 Dungeon Crawl Stone Soup version 0.30.0 (webtiles) character file.

Game seed: 10755347677609097192

1559999 PurpleRed the Archmage (level 27, -1/270 (273) HPs)
             Began as a Meteoran Conjurer on May 13, 2023.
             Was an Initiate of Gozag.
             Slain by a tainted leviathan (10 damage)
             ... while paralysed by a floating eye
             ... on level 23 of a ziggurat on May 16, 2023.
             The game lasted 20:23:08 (240371 turns).

PurpleRed the Archmage (Meteoran Conjurer)        Turns: 240371, Time: 20:23:09

HP:   -1/270 (273)  AC: 55    Str: 23 (24) XL:     27
MP:   56/83         EV:  2    Int: 44      God:    Gozag
Gold: 749477        SH:  0    Dex: 36      Spells: 0/80 levels left

rFire   + + +        j - +8 demon trident "Rift" {distort, reach+}
rCold   + + .        l - +1 tower shield of Infinity {rElec rPois Int+5 SInv}
rNeg    + . .        a - +8 orange crystal plate armour {Archmagi, Int+3 Clar}
rPois   +            W - +3 hat of Pondering {ponderous, Will+ MP+10 Int+5}
rElec   +            U - +1 cloak of the New World {Regen+ Str+4 Slay+6}
rCorr   +            M - +3 pair of gloves of the Dice {Harm Dex+4}
SInv    +            k - +1 pair of boots of Liodashra {rC+ Dex+8 Stlth-}
Will    ++++.        t - macabre finger necklace {Finger+ rN+}
Stlth   ++           Q - ring of the Mage {Wiz Archmagi}
HPRegen 1.45/turn    N - ring "Tank" {rPois rF+ MP+9 Int+6 Stlth+}
MPRegen 0.48/turn    P - ring "Pyes" {rPois rF+ MP+9 Str+6 Dex+3}

%: harm (+30% outgoing, +20% incoming), clarity, wizardry (x1), archmagi
@: paralysed, mighty, brilliant, resistant, contaminated, hasted and slowed,
glowing, studying 3 skills, silenced, lightly drained, slow
A: sense surroundings 3, otherworldly, glowing, explore regen, iridescent scales
1, agile 1
}: 5/15 runes: serpentine, barnacled, slimy, silver, golden
a: Renounce Religion


You were on level 23 of a ziggurat.
You worshipped Gozag.
Gozag was exalted by your worship.
You visited 13 branches of the dungeon, and saw 59 of its levels.
You visited the Abyss 1 time.
You visited 20 ziggurats (completing 19), and saw 536 of their levels.
You also visited: Gauntlet, Ice Cave and Wizlab.

You collected 1152309 gold pieces.
You spent 7896 gold pieces at shops.
You paid 394936 gold pieces to Gozag.

Inventory:

Hand Weapons
 e - the +3 Elemental Staff {rElec rF+ rC+ AC+3}
   (You found it on level 7 of a ziggurat)

   It enhances your fire, ice, earth and air magic.
   AC:        It affects your AC (+3).
   rF:        It protects you from fire.
   rC:        It protects you from cold.
   rElec:     It insulates you from electricity.
 h - the +8 mithril axe "Arga" {speed, Will+}
   (You found it on level 3 of a ziggurat)

   Will:      It increases your willpower.
 j - the +8 demon trident "Rift" (weapon) {distort, reach+}
   (You found it on level 9 of a ziggurat)
 o - the +6 Majin-Bo {spellvamp, MP+6 Int+6}
   (You found it on level 26 of a ziggurat)

   Int:       It affects your intelligence (+6).
   MP:        It affects your magic capacity (+6).
 x - the +11 Singing Sword {sonic wave}
   (You found it on level 26 of a ziggurat)
 E - a +0 dagger
 F - a +0 dagger
Missiles
 v - 924 silver javelins (quivered)
Armour
 a - the +8 orange crystal plate armour (worn) {Archmagi, Int+3 Clar}
   (You found it on level 15 of a ziggurat)

   Int:       It affects your intelligence (+3).
   Clar:      It protects you from confusion, rage, mesmerisation and fear.
 k - the +1 pair of boots of Liodashra (worn) {rC+ Dex+8 Stlth-}
   (You found it on level 26 of a ziggurat)

   Dex:       It affects your dexterity (+8).
   rC:        It protects you from cold.
   Stlth:     It makes you less stealthy.
 l - the +1 tower shield of Infinity (worn) {rElec rPois Int+5 SInv}
   (You took it off a daeva on level 24 of a ziggurat)

   Int:       It affects your intelligence (+5).
   rElec:     It insulates you from electricity.
   rPois:     It protects you from poison.
   SInv:      It lets you see invisible.
 q - the +0 pair of boots "Pewy" {Regen+ Dex+4}
   (You acquired it on level 15 of a ziggurat)

   Dex:       It affects your dexterity (+4).
   Regen:     It increases your rate of health regeneration.
 w - the +10 tower shield of Impermeability {rCorr MP+9 Str-4 Dex+3}
   (You found it on level 6 of a ziggurat)

   Str:       It affects your strength (-4).
   Dex:       It affects your dexterity (+3).
   MP:        It affects your magic capacity (+9).
   rCorr:     It protects you from acid and corrosion.
 z - the +0 pair of boots of an ossuary {rF+ Str+3 Int+4}
   (You found it on level 16 of a ziggurat)

   Str:       It affects your strength (+3).
   Int:       It affects your intelligence (+4).
   rF:        It protects you from fire.
 M - the +3 pair of gloves of the Dice (worn) {Harm Dex+4}
   (You acquired it on level 24 of a ziggurat)

   Dex:       It affects your dexterity (+4).
   Harm:      It increases damage dealt and taken.
 U - the +1 cloak of the New World (worn) {Regen+ Str+4 Slay+6}
   (You found it on level 27 of a ziggurat)

   Str:       It affects your strength (+4).
   Slay:      It affects your accuracy & damage with ranged weapons and melee
   (+6).
   Regen:     It increases your rate of health regeneration.
 W - the +3 hat of Pondering (worn) {ponderous, Will+ MP+10 Int+5}
   (You found it on level 22 of a ziggurat)

   Int:       It affects your intelligence (+5).
   MP:        It affects your magic capacity (+10).
   Will:      It increases your willpower.
Magical Staves
 u - the staff of cold "Den Raq" {+Blink rC+ Will+ Int+6}
   (You found it on level 24 of a ziggurat)

   [staff of cold]

   Base accuracy: +5 Base damage: 5 Base attack delay: 1.2 This weapon's minimum
   attack delay (0.6) is reached at skill level 12.
   Int:       It affects your intelligence (+6).
   rC:        It protects you from cold.
   +Blink:    It lets you blink.
   Will:      It increases your willpower.
   It falls into the 'Staves' category.
   It is a one-handed weapon.
 X - the staff of conjuration "Beys" {rF++ MP+9 Int+2 Dex+2}
   (You found it on level 15 of a ziggurat)

   [staff of conjuration]

   Base accuracy: +5 Base damage: 5 Base attack delay: 1.2 This weapon's minimum
   attack delay (0.6) is reached at skill level 12.
   Int:       It affects your intelligence (+2).
   Dex:       It affects your dexterity (+2).
   rF:        It greatly protects you from fire.
   MP:        It affects your magic capacity (+9).
   It falls into the 'Staves' category.
   It is a one-handed weapon.
Jewellery
 c - the ring of Vugicausae {rElec Will++ rCorr MP+9 Str+3}
   (You found it on level 22 of a ziggurat)

   [ring of magical power]

   Str:       It affects your strength (+3).
   rElec:     It insulates you from electricity.
   MP:        It affects your magic capacity (+9).
   rCorr:     It protects you from acid and corrosion.
   Will:      It greatly increases your willpower.
 d - the ring "Unimm" {+Blink Str+6 Int+5}
   (You found it on level 22 of a ziggurat)

   [ring of strength]

   Str:       It affects your strength (+6).
   Int:       It affects your intelligence (+5).
   +Blink:    It lets you blink.
 r - the ring "Teimnenele" {EV+5 Str+6 Dex+4}
   (You found it on level 25 of a ziggurat)

   [ring of evasion]

   EV:        It affects your evasion (+5).
   Str:       It affects your strength (+6).
   Dex:       It affects your dexterity (+4).
 t - the macabre finger necklace (around neck) {Finger+ rN+}
   (You found it on level 23 of a ziggurat)

   [amulet of nothing]

   Finger+:   It enables you to equip an extra ring.
   rN:        It protects you from negative energy.
 D - the amulet "Ympon" {Reflect Str+4 Int+2 Dex+2 SH+5}
   (You acquired it on level 15 of a ziggurat)

   [amulet of reflection]

   It reflects blocked missile attacks.
   Str:       It affects your strength (+4).
   Int:       It affects your intelligence (+2).
   Dex:       It affects your dexterity (+2).
   SH:        It affects your SH (+5).
 N - the ring "Tank" (right hand) {rPois rF+ MP+9 Int+6 Stlth+}
   (You bought it in a shop on level 1 of the Shoals)

   [ring of protection from fire]

   Int:       It affects your intelligence (+6).
   rF:        It protects you from fire.
   rPois:     It protects you from poison.
   MP:        It affects your magic capacity (+9).
   Stlth:     It makes you more stealthy.
 P - the ring "Pyes" (on amulet) {rPois rF+ MP+9 Str+6 Dex+3}
   (You found it on level 11 of a ziggurat)

   [ring of strength]

   Str:       It affects your strength (+6).
   Dex:       It affects your dexterity (+3).
   rF:        It protects you from fire.
   rPois:     It protects you from poison.
   MP:        It affects your magic capacity (+9).
 Q - the ring of the Mage (left hand) {Wiz Archmagi}
   (You found it on level 14 of a ziggurat)

   [ring of wizardry]

   It improves your spell success rate.
   Archmagi:  It increases the power of your magical spells.
 V - the ring "Qeit" {AC+4 Str+8 Dex+2}
   (You found it on level 11 of a ziggurat)

   [ring of protection]

   AC:        It affects your AC (+4).
   Str:       It affects your strength (+8).
   Dex:       It affects your dexterity (+2).
Wands
 m - a wand of digging (899)
 K - a wand of light (1255)
Scrolls
 y - 48 scrolls of fear
 C - 250 scrolls of enchant armour
 G - 419 scrolls of fog
 H - 203 scrolls of amnesia
 O - 182 scrolls of blinking
 R - 16 scrolls of summoning
 T - 195 scrolls of immolation
 Y - 668 scrolls of teleportation
Potions
 b - 106 potions of magic
 f - 185 potions of haste
 g - 97 potions of curing
 i - 44 potions of flight
 n - 38 potions of brilliance
 p - 45 potions of lignification
 s - 42 potions of might
 A - 21 potions of resistance
 I - 629 potions of mutation
 S - 123 potions of cancellation
 Z - 189 potions of heal wounds
Miscellaneous
 B - a condenser vane
 J - a lightning rod (4/4)
 L - a phial of floods


   Skills:
 O Level 27 Fighting
 O Level 27 Short Blades
 O Level 27 Long Blades
 O Level 27 Axes
 O Level 27 Maces & Flails
 O Level 27 Polearms
 O Level 27 Staves
 O Level 27 Ranged Weapons
 O Level 27 Throwing
 O Level 27 Armour
 O Level 27 Dodging
 O Level 27 Stealth
 O Level 27 Shields
 O Level 27 Unarmed Combat
 O Level 27 Spellcasting
 O Level 27 Conjurations
 O Level 27 Hexes
 O Level 27 Summonings
 O Level 27 Necromancy
 O Level 27 Translocations
 O Level 27 Transmutations
 O Level 27 Fire Magic
 O Level 27 Ice Magic
 O Level 27 Air Magic
 O Level 27 Earth Magic
 O Level 27 Poison Magic
 O Level 27 Invocations
 O Level 27 Evocations


You couldn't memorise any spells.
You knew the following spells:

 Your Spells              Type           Power      Damage    Failure   Level
a - Polar Vortex          Ice            100%       N/A       1%          9
b - Fireball              Conj/Fire      100%       3d36      0%          5
c - Fire Storm            Conj/Fire      100%       8d25      1%          9
d - Iskenderun's Mystic   Conj/Tloc      100%       2d19      0%          4
e - Ignition              Fire           100%       3d25      1%          8
f - Chain Lightning       Conj/Air       100%       3d133     1%          9
g - Iron Shot             Conj/Erth      100%       9d18      0%          6
h - Death's Door          Necr           100%       N/A       1%          9
i - Wereblood             Tmut           100%       N/A       0%          2
s - Shatter               Erth           100%       3d71*     1%          9
t - Necromutation         Tmut/Necr      100%       N/A       1%          8
x - Sublimation of Blood  Necr           100%       N/A       0%          2

Your spell library contained the following spells:

 Spells                   Type           Power      Damage    Failure   Level
 Apportation              Tloc           100%       N/A       0%          1
 Beastly Appendage        Tmut           100%       N/A       0%          1
 Foxfire                  Conj/Fire      100%       2x1d9     0%          1
 Freeze                   Ice            100%       1d10      0%          1
 Kiss of Death            Conj/Necr      100%       2d13      0%          1
 Magic Dart               Conj           100%       1d8       0%          1
 Necrotise                Necr           100%       1d9       0%          1
 Sandblast                Erth           100%       2d20      0%          1
 Shock                    Conj/Air       100%       1d9       0%          1
 Slow                     Hex            100%       N/A       0%          1
 Sting                    Tmut/Pois      100%       1d8       0%          1
 Summon Small Mammal      Summ           100%       N/A       0%          1
 Blink                    Tloc           100%       N/A       0%          2
 Call Imp                 Summ           100%       N/A       0%          2
 Cigotuvi's Dreadful Rot  Necr/Pois/Air  100%       N/A       0%          2
 Ensorcelled Hibernation  Hex/Ice        100%       N/A       0%          2
 Lesser Beckoning         Tloc           100%       N/A       0%          2
 Momentum Strike          Conj/Tloc      100%       3d10      0%          2
 Passwall                 Tmut/Erth      100%       N/A       0%          2
 Poisonous Vapours        Pois/Air       100%       N/A       0%          2
 Scorch                   Fire           100%       2d9       0%          2
 Searing Ray              Conj           100%       2d8       0%          2
 Static Discharge         Conj/Air       100%       2-7/arc   0%          2
 Call Canine Familiar     Summ           100%       N/A       0%          3
 Confusing Touch          Hex            100%       N/A       0%          3
 Dazzling Flash           Conj/Hex       100%       N/A       0%          3
 Frozen Ramparts          Ice            100%       1d16      0%          3
 Gell's Gravitas          Tloc           100%       N/A       0%          3
 Hailstorm                Conj/Ice       100%       3d20      0%          3
 Ignite Poison            Fire/Tmut/Pois 100%       N/A       0%          3
 Inner Flame              Hex/Fire       100%       N/A       0%          3
 Mephitic Cloud           Conj/Pois/Air  100%       N/A       0%          3
 Ozocubu's Armour         Ice            100%       N/A       0%          3
 Portal Projectile        Hex/Tloc       100%       N/A       0%          3
 Spider Form              Tmut/Pois      100%       N/A       0%          3
 Stone Arrow              Conj/Erth      100%       3d13      0%          3
 Summon Guardian Golem    Hex/Summ       100%       N/A       0%          3
 Swiftness                Air            100%       N/A       0%          3
 Teleport Other           Tloc           100%       N/A       0%          3
 Tukima's Dance           Hex            100%       N/A       0%          3
 Vampiric Draining        Necr           100%       2d13      0%          3
 Vhi's Electric Charge    Tloc/Air       100%       N/A       0%          3
 Volatile Blastmotes      Fire/Tloc      100%       2d18      0%          3
 Airstrike                Air            100%       2d(15-31) 0%          4
 Anguish                  Hex/Necr       100%       N/A       0%          4
 Animate Armour           Summ/Erth      100%       N/A       0%          4
 Cause Fear               Hex            100%       N/A       0%          4
 Dispel Undead            Necr           100%       3d31      0%          4
 Flame Wave               Conj/Fire      100%       2d21      0%          4
 Fulminant Prism          Conj/Hex       100%       3d40      0%          4
 Ice Form                 Ice/Tmut       100%       N/A       0%          4
 Leda's Liquefaction      Hex/Erth       100%       N/A       0%          4
 Manifold Assault         Tloc           100%       N/A       0%          4
 Olgreb's Toxic Radiance  Pois           100%       N/A       0%          4
 Passage of Golubria      Tloc           100%       N/A       0%          4
 Petrify                  Tmut/Erth      100%       N/A       0%          4
 Sticky Flame             Conj/Fire      100%       2d11      0%          4
 Summon Ice Beast         Ice/Summ       100%       N/A       0%          4
 Summon Lightning Spire   Summ/Air       100%       N/A       0%          4
 Agony                    Necr           100%       N/A       0%          5
 Alistair's Intoxication  Tmut/Pois      100%       N/A       0%          5
 Arcjolt                  Conj/Air       100%       1d110     0%          5
 Blade Hands              Tmut           100%       N/A       0%          5
 Borgnjor's Vile Clutch   Necr/Erth      100%       N/A       0%          5
 Freezing Cloud           Conj/Ice/Air   100%       6-21      0%          5
 Irradiate                Conj/Tmut      100%       3d45      0%          5
 Iskenderun's Battlesphe  Conj           100%       2d15      0%          5
 Lee's Rapid Deconstruct  Erth           100%       3d44*     0%          5
 Metabolic Englaciation   Hex/Ice        100%       N/A       0%          5
 Silence                  Hex/Air        100%       N/A       0%          5
 Summon Forest            Summ/Tloc      100%       N/A       0%          5
 Summon Mana Viper        Hex/Summ       100%       N/A       0%          5
 Yara's Violent Unravell  Hex/Tmut       100%       3d36      0%          5
 Conjure Ball Lightning   Conj/Air       100%       3x3d38    0%          6
 Death Channel            Necr           100%       N/A       0%          6
 Dispersal                Tloc           100%       N/A       0%          6
 Eringya's Noxious Bog    Tmut/Pois      100%       N/A       0%          6
 Plasma Beam              Fire/Air       100%       2x1d131   0%          6
 Starburst                Conj/Fire      100%       6d25      0%          6
 Statue Form              Tmut/Erth      100%       N/A       0%          6
 Summon Cactus Giant      Summ           100%       N/A       0%          6
 Dragon Form              Tmut           100%       N/A       1%          7
 Enfeeble                 Hex            100%       N/A       1%          7
 Haunt                    Necr/Summ      100%       N/A       1%          7
 Malign Gateway           Summ/Tloc      100%       N/A       1%          7
 Monstrous Menagerie      Summ           100%       N/A       1%          7
 Orb of Destruction       Conj           100%       9d21      1%          7
 Ozocubu's Refrigeration  Ice            100%       4d29      1%          7
 Spellforged Servitor     Conj/Summ      100%       N/A       1%          7
 Storm Form               Tmut/Air       100%       N/A       1%          7
 Summon Hydra             Summ           100%       N/A       1%          7
 Borgnjor's Revivificati  Necr           100%       N/A       1%          8
 Discord                  Hex            100%       N/A       1%          8
 Disjunction              Tloc           100%       N/A       1%          8
 Infestation              Necr           100%       N/A       1%          8
 Lehudib's Crystal Spear  Conj/Erth      100%       10d22     1%          8
 Maxwell's Capacitive Co  Air            100%       ∞         1%          8
 Summon Horrible Things   Summ           100%       N/A       1%          8
 Dragon's Call            Summ           100%       N/A       1%          9
 Animate Dead             Necr           Unusable   N/A       N/A         4
 Simulacrum               Ice/Necr       Unusable   N/A       N/A         6

Dungeon Overview and Level Annotations

Branches:
Dungeon (15/15)            Temple (1/1) D:7            Lair (5/5) D:8
 Shoals (4/4) Lair:3        Snake (4/4) Lair:3        Slime (5/5) Lair:4
    Orc (2/2) D:12            Elf (3/3) Orc:2        Vaults (5/5) D:14
  Crypt (3/3) Vaults:3       Tomb (3/3) Crypt:3      Depths (4/4) D:15
    Zot (5/5) Depths:4      IceCv (visited)          WizLab (visited)
Gauntlet (visited)

Altars:
Ashenzari
Cheibriados
Dithmenos
Fedhas
Gozag
Hepliaklqana
Kikubaaqudgha
Makhleb
Nemelex Xobeh
Okawaru
Qazlal
Ru
Sif Muna
Trog
Uskayaw
Vehumet
Wu Jian
Xom
Yredelemnul
Zin
The Shining One
Jiyva

Shops:
D:2 *   D:7 ?*   D:13 =   Temple [*   Orc:2 !??[   Shoals:1 ?=*!   Shoals:2 ?
Snake:3 :=:(   Vaults:3 (   Depths:1 =**[:   Depths:2 :

Portals:
Hell: Depths:1 Depths:2 Depths:3 Depths:4
Abyss: Elf:2 Depths:3
Pandemonium: Depths:2 Depths:4


Innate Abilities, Weirdness & Mutations

You passively map a large area around you.
You are easily found by Zot.
You glow in the dark.
You regain HP and MP as you explore.
You are partially covered in iridescent scales. (AC +2)
You are agile. (Dex +4, Str/Int -1)


Message History

You feel very sick.
A bone dragon comes into view.
You block the tainted leviathan's attack. x2
A bone dragon comes into view.
The Tzitzimitl calls on the powers of darkness!
Your body is wracked with pain!
* * * LOW HITPOINT WARNING * * *
The tainted leviathan throws a large rock.
The large rock completely misses you.
The large rock hits the tainted leviathan!!
Unknown command.
Okay, then.
Unknown command.
Unknown command.
You feel better.
You are engulfed in dark miasma.
You feel as though you will be slow longer.
* * * LOW HITPOINT WARNING * * *
The Tzitzimitl is no longer distracted by gold.
The profane servitor is no longer distracted by gold.
The Tzitzimitl gestures at you. The bolt of negative energy misses you.
The bolt of negative energy hits the tainted leviathan.
The tainted leviathan completely resists.
A doom hound comes into view.
The putrid mouth howls a warning cry!
A shadow demon comes into view.
You block the tainted leviathan's attack. x2
The Tzitzimitl gestures at you. The bolt of negative energy misses you.
The shadow demon gestures.
The bone dragon bites you but does no damage.
You block the bone dragon's attack.
The bone dragon tramples you but does no damage.
The Tzitzimitl calls on the powers of darkness!
The floating eye convulses!
Your body is wracked with pain!
* * * LOW HITPOINT WARNING * * *
The floating eye gazes piercingly through you!
You suddenly lose the ability to move!
The tainted leviathan hits you!
You die...
Your body crumbles into a pile of gold.

, , ▓...2W2,, ,
▓▓..11WZW○ ,, , ,
▓▓.$W$$###,,
▓..$DA$#G# ,,
▓▓.AD1L$### ,○
▓°W○L2○hW°..DC ,
▓▓°CC11☼☼C1$°11 ,
, ▓.☼☼@DCA°hD$☼2C
,,
▓$$.☼Z☼°$11W°2h ,
▓$.$§C○W$hWD°Wh ,
▓▓.$$☼CC1§°D..○C
,
▓..$21☼C2DC○h°°°
, ,
▓▓.$$22○1h2☼☼☼1C,
,
▓$$$○1W☼☼°h2○○L,,
▓$$....$☼C○h.1.
▓..$$.°$$☼2W.2W
,,


You could see 7 bone dragons, 3 profane servitors, 10 tainted leviathans, 7 doom
hounds, 2 ancient liches, 12 Tzitzimimeh, 3 reapers, 9 putrid mouths, 4 shadow
demons, a shadow wraith (invisible), a spectral caustic shrike (unaware), a
spectral juggernaut, 2 hellions and a floating eye (unsilenced).

Vanquished Creatures
  The ghost of Haitsiopt the Axe Maniac, a legendary DsGl of Makhleb (Zig:20)
  The ghost of Haitsiopt the Axe Maniac, a legendary DsGl of Makhleb (Zig:20)
  The ghost of Haitsiopt the Axe Maniac, a legendary DsGl of Makhleb (Zig:19)
  The ghost of Haitsiopt the Axe Maniac, a legendary DsGl of Makhleb (Zig:23)
  The ghost of Haitsiopt the Axe Maniac, a legendary DsGl of Makhleb (Zig:23)
  The ghost of Haitsiopt the Axe Maniac, a legendary DsGl of Makhleb (Zig:20)
  The ghost of Haitsiopt the Axe Maniac, a legendary DsGl of Makhleb (Zig:26)
  The ghost of Haitsiopt the Axe Maniac, a legendary DsGl of Makhleb (Zig:20)
  The ghost of Haitsiopt the Axe Maniac, a legendary DsGl of Makhleb (Zig:19)
  The ghost of Vuopse the Conqueror, a legendary GnIE of Ashenzari (Zig:23)
  The ghost of Vuopse the Conqueror, a legendary GnIE of Ashenzari (Zig:26)
  The ghost of Vuopse the Conqueror, a legendary GnIE of Ashenzari (Zig:23)
  The ghost of Vuopse the Conqueror, a legendary GnIE of Ashenzari (Zig:6)
  The ghost of Vuopse the Conqueror, a legendary GnIE of Ashenzari (Zig:26)
  The ghost of SevenDeadlySins the Archmage, a legendary DrCj of Vehumet (Zig:26)
  The ghost of SevenDeadlySins the Archmage, a legendary DrCj of Vehumet (Zig:23)
  The ghost of PurpleRed the Archmage, a legendary MeCj of Vehumet (Zig:21)
  the Royal Jelly (Slime:5)
  The ghost of astronautguy the Formicid Barricade, a legendary FoEE of Makhleb (Zig:16)
  The ghost of astronautguy the Formicid Barricade, a legendary FoEE of Makhleb (Zig:20)
  The ghost of astronautguy the Formicid Barricade, a legendary FoEE of Makhleb (Zig:16)
  The ghost of astronautguy the Formicid Barricade, a legendary FoEE of Makhleb (Zig:19)
  The ghost of astronautguy the Formicid Barricade, a legendary FoEE of Makhleb (Zig:26)
  The ghost of astronautguy the Formicid Barricade, a legendary FoEE of Makhleb (Zig:16)
  The ghost of astronautguy the Formicid Barricade, a legendary FoEE of Makhleb (Zig:26)
  The ghost of astronautguy the Formicid Barricade, a legendary FoEE of Makhleb (Zig:19)
  The ghost of astronautguy the Formicid Barricade, a legendary FoEE of Makhleb (Zig:17)
  The ghost of astronautguy the Formicid Barricade, a legendary FoEE of Makhleb (Zig:20)
  The ghost of astronautguy the Formicid Barricade, a legendary FoEE of Makhleb (Zig:20)
  The ghost of scarywalker64 the Petrodigitator, a legendary GrEE of Vehumet (Zig:20)
  The ghost of scarywalker64 the Petrodigitator, a legendary GrEE of Vehumet (Zig:20)
  The ghost of scarywalker64 the Petrodigitator, a legendary GrEE of Vehumet (Zig:19)
  The ghost of scarywalker64 the Petrodigitator, a legendary GrEE of Vehumet (Zig:17)
  The ghost of scarywalker64 the Petrodigitator, a legendary GrEE of Vehumet (Zig:20)
  The ghost of scarywalker64 the Petrodigitator, a legendary GrEE of Vehumet (Zig:19)
  The ghost of Motirgh the Ruinous, a legendary DgHW (Zig:20)
  The ghost of Motirgh the Ruinous, a legendary DgHW (Zig:16)
  The ghost of Motirgh the Ruinous, a legendary DgHW (Zig:19)
  The ghost of Motirgh the Ruinous, a legendary DgHW (Zig:19)
  The ghost of Motirgh the Ruinous, a legendary DgHW (Zig:26)
  The ghost of Motirgh the Ruinous, a legendary DgHW (Zig:26)
  The ghost of Motirgh the Ruinous, a legendary DgHW (Zig:26)
  The ghost of Motirgh the Ruinous, a legendary DgHW (Zig:19)
  The ghost of Nenig the Conqueror, a legendary GnFi of Okawaru (Zig:19)
  The ghost of Nenig the Conqueror, a legendary GnFi of Okawaru (Zig:19)
  The ghost of Nenig the Conqueror, a legendary GnFi of Okawaru (Zig:19)
  The ghost of Nenig the Conqueror, a legendary GnFi of Okawaru (Zig:20)
  The ghost of Nenig the Conqueror, a legendary GnFi of Okawaru (Zig:20)
  The ghost of Nenig the Conqueror, a legendary GnFi of Okawaru (Zig:20)
  The ghost of Xiwu the Conqueror, a legendary MiFi of the Shining One (Zig:16)
  The ghost of Huju the Spawn of Chaos, a legendary HOFi of Makhleb (Zig:20)
  The ghost of Huju the Spawn of Chaos, a legendary HOFi of Makhleb (Zig:17)
  The ghost of Huju the Spawn of Chaos, a legendary HOFi of Makhleb (Zig:17)
  The ghost of Xiwu the Conqueror, a legendary MiFi of the Shining One (Zig:26)
  The ghost of Huju the Spawn of Chaos, a legendary HOFi of Makhleb (Zig:6)
  The ghost of Xiwu the Conqueror, a legendary MiFi of the Shining One (Zig:23)
  The ghost of Huju the Spawn of Chaos, a legendary HOFi of Makhleb (Zig:17)
  The ghost of Xiwu the Conqueror, a legendary MiFi of the Shining One (Zig:26)
  The ghost of Huju the Spawn of Chaos, a legendary HOFi of Makhleb (Zig:19)
  The ghost of Huju the Spawn of Chaos, a legendary HOFi of Makhleb (Zig:19)
  The ghost of Ikusitist the Infernalist, a legendary NaFE of Cheibriados (Zig:16)
  The ghost of Ikusitist the Infernalist, a legendary NaFE of Cheibriados (Zig:26)
  The ghost of Ikusitist the Infernalist, a legendary NaFE of Cheibriados (Zig:20)
  The ghost of Ikusitist the Infernalist, a legendary NaFE of Cheibriados (Zig:19)
  The ghost of Oreexun the Archmage, a legendary DECj of Vehumet (Zig:17)
  The ghost of tigertrap the Metallomancer, a legendary DgHW (Zig:17)
  The ghost of tigertrap the Metallomancer, a legendary DgHW (Zig:20)
  The ghost of tigertrap the Metallomancer, a legendary DgHW (Zig:17)
  627 dread liches
  The ghost of WiseOSalty the Conqueror, a legendary TrGl of Qazlal (Zig:6)
  The ghost of WiseOSalty the Conqueror, a legendary TrGl of Qazlal (Zig:26)
  The ghost of Piginabag the Conqueror, a legendary DsSk of Gozag (Zig:19)
  The ghost of WiseOSalty the Conqueror, a legendary TrGl of Qazlal (Zig:26)
  The ghost of Piginabag the Conqueror, a legendary DsSk of Gozag (Zig:16)
  The ghost of Piginabag the Conqueror, a legendary DsSk of Gozag (Zig:17)
  The ghost of WiseOSalty the Conqueror, a legendary TrGl of Qazlal (Zig:17)
  The ghost of Piginabag the Conqueror, a legendary DsSk of Gozag (Zig:20)
  The ghost of Piginabag the Conqueror, a legendary DsSk of Gozag (Zig:19)
  The ghost of WiseOSalty the Conqueror, a legendary TrGl of Qazlal (Zig:20)
  The ghost of Piginabag the Conqueror, a legendary DsSk of Gozag (Zig:26)
  The ghost of Piginabag the Conqueror, a legendary DsSk of Gozag (Zig:20)
  The ghost of Piginabag the Conqueror, a legendary DsSk of Gozag (Zig:17)
  The ghost of Teaz Xo Upt the Hoplite, a legendary GnFE of Ashenzari (Zig:16)
  The ghost of Teaz Xo Upt the Hoplite, a legendary GnFE of Ashenzari (Zig:16)
  The ghost of Teaz Xo Upt the Hoplite, a legendary GnFE of Ashenzari (Zig:20)
  The ghost of Xuqyot the Conqueror, a legendary DsFi of Jiyva (Zig:19)
  The ghost of Xuqyot the Conqueror, a legendary DsFi of Jiyva (Zig:26)
  The ghost of Xuqyot the Conqueror, a legendary DsFi of Jiyva (Zig:20)
  The ghost of Xuqyot the Conqueror, a legendary DsFi of Jiyva (Zig:23)
  The ghost of Xuqyot the Conqueror, a legendary DsFi of Jiyva (Zig:16)
  The ghost of Diezoyro the Conqueror, a legendary DDNe of Makhleb (Zig:23)
  The ghost of Diezoyro the Conqueror, a legendary DDNe of Makhleb (Zig:19)
  The ghost of Diezoyro the Conqueror, a legendary DDNe of Makhleb (Zig:17)
  The ghost of Diezoyro the Conqueror, a legendary DDNe of Makhleb (Zig:26)
  The ghost of Diezoyro the Conqueror, a legendary DDNe of Makhleb (Zig:6)
  The ghost of Fenir the Acrobat, a legendary GnAE of Ashenzari (Zig:20)
  The ghost of Fenir the Acrobat, a legendary GnAE of Ashenzari (Zig:6)
  The ghost of Fenir the Acrobat, a legendary GnAE of Ashenzari (Zig:19)
  The ghost of Fenir the Acrobat, a legendary GnAE of Ashenzari (Zig:19)
  The ghost of Fenir the Acrobat, a legendary GnAE of Ashenzari (Zig:17)
  The ghost of Fenir the Acrobat, a legendary GnAE of Ashenzari (Zig:23)
  The ghost of Fenir the Acrobat, a legendary GnAE of Ashenzari (Zig:6)
  The ghost of Fenir the Acrobat, a legendary GnAE of Ashenzari (Zig:26)
  The ghost of swap the Archmage, a legendary DEFE of Vehumet (Zig:17)
  The ghost of swap the Archmage, a legendary DEFE of Vehumet (Zig:20)
  The ghost of swap the Archmage, a legendary DEFE of Vehumet (Zig:17)
  The ghost of Marixus the Axe Maniac, a legendary DDFi of Cheibriados (Zig:20)
  The ghost of Marixus the Axe Maniac, a legendary DDFi of Cheibriados (Zig:23)
  The ghost of Marixus the Axe Maniac, a legendary DDFi of Cheibriados (Zig:6)
  The ghost of Marixus the Axe Maniac, a legendary DDFi of Cheibriados (Zig:26)
  The ghost of Marixus the Axe Maniac, a legendary DDFi of Cheibriados (Zig:20)
  The ghost of Marixus the Axe Maniac, a legendary DDFi of Cheibriados (Zig:20)
  Khufu (Crypt:2)
  The ghost of Manman the Conqueror, a legendary HOGl of Makhleb (Zig:17)
  The ghost of Manman the Conqueror, a legendary HOGl of Makhleb (Zig:20)
  The ghost of Manman the Conqueror, a legendary HOGl of Makhleb (Zig:26)
  The ghost of Manman the Conqueror, a legendary HOGl of Makhleb (Zig:16)
  The ghost of Kucykkydd the Axe Maniac, a legendary MiFi of Gozag (Zig:19)
  The ghost of Kucykkydd the Axe Maniac, a legendary MiFi of Gozag (Zig:19)
  The ghost of Kucykkydd the Axe Maniac, a legendary MiFi of Gozag (Zig:19)
  The ghost of Kucykkydd the Axe Maniac, a legendary MiFi of Gozag (Zig:20)
  The ghost of BerryKnight the Divine Blade, a legendary DgFi (Zig:26)
  The ghost of BerryKnight the Divine Blade, a legendary DgFi (Zig:23)
  The ghost of BerryKnight the Divine Blade, a legendary DgFi (Zig:19)
  The ghost of BerryKnight the Divine Blade, a legendary DgFi (Zig:23)
  The ghost of BerryKnight the Divine Blade, a legendary DgFi (Zig:20)
  The ghost of ragingrage the Ruinous, a legendary OpFE of Vehumet (Zig:20)
  The ghost of ragingrage the Ruinous, a legendary OpFE of Vehumet (Zig:19)
  The ghost of ragingrage the Ruinous, a legendary OpFE of Vehumet (Zig:19)
  The ghost of ragingrage the Ruinous, a legendary OpFE of Vehumet (Zig:19)
  The ghost of ragingrage the Ruinous, a legendary OpFE of Vehumet (Zig:19)
  The ghost of ragingrage the Ruinous, a legendary OpFE of Vehumet (Zig:16)
  The ghost of ragingrage the Ruinous, a legendary OpFE of Vehumet (Zig:23)
  The ghost of ragingrage the Ruinous, a legendary OpFE of Vehumet (Zig:20)
  689 ancient liches
  The ghost of Rueful the Heavyweight Champion, a legendary TrWr of Qazlal (Zig:26)
  The ghost of Rueful the Heavyweight Champion, a legendary TrWr of Qazlal (Zig:19)
  The ghost of Rueful the Heavyweight Champion, a legendary TrWr of Qazlal (Zig:26)
  The ghost of Rueful the Heavyweight Champion, a legendary TrWr of Qazlal (Zig:20)
  The ghost of Rueful the Heavyweight Champion, a legendary TrWr of Qazlal (Zig:19)
  The ghost of Rueful the Heavyweight Champion, a legendary TrWr of Qazlal (Zig:20)
  The ghost of Rueful the Heavyweight Champion, a legendary TrWr of Qazlal (Zig:6)
  The ghost of Rueful the Heavyweight Champion, a legendary TrWr of Qazlal (Zig:26)
  The ghost of Rueful the Heavyweight Champion, a legendary TrWr of Qazlal (Zig:23)
  The ghost of Ekeiwkem the Impregnable, a legendary DsFi of Makhleb (Zig:20)
  The ghost of Ekeiwkem the Impregnable, a legendary DsFi of Makhleb (Zig:23)
  The ghost of Ekeiwkem the Impregnable, a legendary DsFi of Makhleb (Zig:19)
  The ghost of Ekeiwkem the Impregnable, a legendary DsFi of Makhleb (Zig:26)
  The ghost of Ekeiwkem the Impregnable, a legendary DsFi of Makhleb (Zig:20)
  The ghost of Boduf the Metallomancer, a legendary FoHu of Cheibriados (Zig:23)
  The ghost of Boduf the Metallomancer, a legendary FoHu of Cheibriados (Zig:19)
  The ghost of Boduf the Metallomancer, a legendary FoHu of Cheibriados (Zig:19)
  Mennas (Vaults:4)
  The ghost of scarywalker64 the Sorcerer, a veteran BaSu of Sif Muna (Zig:17)
  The ghost of scarywalker64 the Sorcerer, a veteran BaSu of Sif Muna (Zig:20)
  The ghost of scarywalker64 the Sorcerer, a veteran BaSu of Sif Muna (Zig:17)
  The ghost of scarywalker64 the Sorcerer, a veteran BaSu of Sif Muna (Zig:20)
  The ghost of scarywalker64 the Sorcerer, a veteran BaSu of Sif Muna (Zig:26)
  The ghost of scarywalker64 the Sorcerer, a veteran BaSu of Sif Muna (Zig:26)
  The ghost of scarywalker64 the Sorcerer, a veteran BaSu of Sif Muna (Zig:6)
  The ghost of scarywalker64 the Sorcerer, a veteran BaSu of Sif Muna (Zig:17)
  180 orbs of fire
  The ghost of Hacvoq the Conqueror, a legendary HOFi of Zin (Zig:19)
  The ghost of reasonance the Anchorite, a legendary HOMo of Zin (Zig:19)
  The ghost of reasonance the Anchorite, a legendary HOMo of Zin (Zig:26)
  The ghost of Dittersdorf the Conqueror, a legendary MiBe of Trog (Zig:23)
  The ghost of reasonance the Anchorite, a legendary HOMo of Zin (Zig:20)
  The ghost of GlasyaLabolas the Conqueror, a legendary MiFi of Dithmenos (Zig:17)
  The ghost of Hacvoq the Conqueror, a legendary HOFi of Zin (Zig:19)
  The ghost of Hacvoq the Conqueror, a legendary HOFi of Zin (Zig:20)
  The ghost of sleeves the Acolyte, a legendary HuSk of the Shining One (Zig:19)
  The ghost of deprived the Acolyte, a legendary HOFi of the Shining One (Zig:26)
  The ghost of Hacvoq the Conqueror, a legendary HOFi of Zin (Zig:20)
  The ghost of Hacvoq the Conqueror, a legendary HOFi of Zin (Zig:19)
  The ghost of Dittersdorf the Conqueror, a legendary MiBe of Trog (Zig:26)
  The ghost of Dittersdorf the Conqueror, a legendary MiBe of Trog (Zig:23)
  The ghost of GlasyaLabolas the Conqueror, a legendary MiFi of Dithmenos (Zig:20)
  The ghost of sleeves the Acolyte, a legendary HuSk of the Shining One (Zig:19)
  The ghost of GlasyaLabolas the Conqueror, a legendary MiFi of Dithmenos (Zig:20)
  The ghost of Hacvoq the Conqueror, a legendary HOFi of Zin (Zig:20)
  The ghost of reasonance the Anchorite, a legendary HOMo of Zin (Zig:6)
  The ghost of deprived the Acolyte, a legendary HOFi of the Shining One (Zig:20)
  The ghost of melllvar the Conqueror, a legendary MiBe of the Shining One (Zig:17)
  The ghost of melllvar the Conqueror, a legendary MiBe of the Shining One (Zig:19)
  The ghost of Hacvoq the Conqueror, a legendary HOFi of Zin (Zig:17)
  The ghost of Dittersdorf the Conqueror, a legendary MiBe of Trog (Zig:19)
  The ghost of deprived the Acolyte, a legendary HOFi of the Shining One (Zig:6)
  The ghost of Hacvoq the Conqueror, a legendary HOFi of Zin (Zig:20)
  The ghost of reasonance the Anchorite, a legendary HOMo of Zin (Zig:16)
  The ghost of Dittersdorf the Conqueror, a legendary MiBe of Trog (Zig:26)
  The ghost of reasonance the Anchorite, a legendary HOMo of Zin (Zig:20)
  The ghost of melllvar the Conqueror, a legendary MiBe of the Shining One (Zig:26)
  The ghost of Dittersdorf the Conqueror, a legendary MiBe of Trog (Zig:23)
  The ghost of deprived the Acolyte, a legendary HOFi of the Shining One (Zig:20)
  The ghost of reasonance the Anchorite, a legendary HOMo of Zin (Zig:20)
  The ghost of Dittersdorf the Conqueror, a legendary MiBe of Trog (Zig:16)
  The ghost of reasonance the Anchorite, a legendary HOMo of Zin (Zig:19)
  The ghost of reasonance the Anchorite, a legendary HOMo of Zin (Zig:17)
  The ghost of sleeves the Acolyte, a legendary HuSk of the Shining One (Zig:16)
  The ghost of GlasyaLabolas the Conqueror, a legendary MiFi of Dithmenos (Zig:19)
  The ghost of Hacvoq the Conqueror, a legendary HOFi of Zin (Zig:19)
  The ghost of Hacvoq the Conqueror, a legendary HOFi of Zin (Zig:20)
  The ghost of deprived the Acolyte, a legendary HOFi of the Shining One (Zig:20)
  The ghost of deprived the Acolyte, a legendary HOFi of the Shining One (Zig:19)
  The ghost of melllvar the Conqueror, a legendary MiBe of the Shining One (Zig:26)
  The ghost of Hacvoq the Conqueror, a legendary HOFi of Zin (Zig:17)
  The ghost of melllvar the Conqueror, a legendary MiBe of the Shining One (Zig:17)
  The ghost of sleeves the Acolyte, a legendary HuSk of the Shining One (Zig:23)
  The ghost of deprived the Acolyte, a legendary HOFi of the Shining One (Zig:23)
  The ghost of Hacvoq the Conqueror, a legendary HOFi of Zin (Zig:20)
  The ghost of Dittersdorf the Conqueror, a legendary MiBe of Trog (Zig:20)
  The ghost of corvin the Slayer, a legendary OgWn of Dithmenos (Zig:19)
  The ghost of corvin the Slayer, a legendary OgWn of Dithmenos (Zig:19)
  The ghost of corvin the Slayer, a legendary OgWn of Dithmenos (Zig:26)
  The ghost of Xorhowon the Invulnerable, a legendary MiBe of Trog (Zig:6)
  The ghost of Xorhowon the Invulnerable, a legendary MiBe of Trog (Zig:19)
  The ghost of Xorhowon the Invulnerable, a legendary MiBe of Trog (Zig:20)
  The ghost of Fouwomub the Sorcerer, a legendary FoEE of Vehumet (Zig:26)
  The ghost of Fouwomub the Sorcerer, a legendary FoEE of Vehumet (Zig:26)
  The ghost of Sext the Conqueror, a legendary MiFi of the Shining One (Zig:26)
  The ghost of Sext the Conqueror, a legendary MiFi of the Shining One (Zig:19)
  The ghost of Sext the Conqueror, a legendary MiFi of the Shining One (Zig:19)
  The ghost of Sext the Conqueror, a legendary MiFi of the Shining One (Zig:17)
  The ghost of Sext the Conqueror, a legendary MiFi of the Shining One (Zig:19)
  The ghost of Sext the Conqueror, a legendary MiFi of the Shining One (Zig:26)
  The ghost of Zonian the Slayer, a legendary HOFi of Beogh (Zig:17)
  The ghost of Zonian the Slayer, a legendary HOFi of Beogh (Zig:20)
  The ghost of Zonian the Slayer, a legendary HOFi of Beogh (Zig:17)
  The ghost of Zonian the Slayer, a legendary HOFi of Beogh (Zig:20)
  The ghost of Zonian the Slayer, a legendary HOFi of Beogh (Zig:19)
  The ghost of Zonian the Slayer, a legendary HOFi of Beogh (Zig:19)
  The ghost of Zonian the Slayer, a legendary HOFi of Beogh (Zig:6)
  The ghost of Xatwola the Axe Maniac, a legendary DDFi of Makhleb (Zig:19)
  The ghost of Xatwola the Axe Maniac, a legendary DDFi of Makhleb (Zig:19)
  The ghost of Ucrups the Swordmaster, a legendary MiFi of the Shining One (Zig:19)
  The ghost of Ucrups the Swordmaster, a legendary MiFi of the Shining One (Zig:21)
  The ghost of Xatwola the Axe Maniac, a legendary DDFi of Makhleb (Zig:26)
  The ghost of Ucrups the Swordmaster, a legendary MiFi of the Shining One (Zig:26)
  The ghost of Xatwola the Axe Maniac, a legendary DDFi of Makhleb (Zig:23)
  The ghost of Fusentrap the Slayer, a legendary MiBe of Makhleb (Zig:26)
  The ghost of Veodywke the Conqueror, a legendary MiBe of the Shining One (Zig:17)
  The ghost of Fusentrap the Slayer, a legendary MiBe of Makhleb (Zig:26)
  The ghost of Fusentrap the Slayer, a legendary MiBe of Makhleb (Zig:23)
  The ghost of Veodywke the Conqueror, a legendary MiBe of the Shining One (Zig:21)
  The ghost of Veodywke the Conqueror, a legendary MiBe of the Shining One (Zig:19)
  The ghost of Veodywke the Conqueror, a legendary MiBe of the Shining One (Zig:20)
  The ghost of Veodywke the Conqueror, a legendary MiBe of the Shining One (Zig:20)
  The ghost of Veodywke the Conqueror, a legendary MiBe of the Shining One (Zig:26)
  The ghost of sleeves the Metallomancer, a legendary HuEE of Vehumet (Zig:20)
  The ghost of sleeves the Metallomancer, a legendary HuEE of Vehumet (Zig:6)
  The ghost of Shayle the Sluggish Gnoll, a legendary GnHW of Cheibriados (Zig:19)
  The ghost of Shayle the Sluggish Gnoll, a legendary GnHW of Cheibriados (Zig:17)
  The ghost of Shayle the Sluggish Gnoll, a legendary GnHW of Cheibriados (Zig:17)
  The ghost of Shayle the Sluggish Gnoll, a legendary GnHW of Cheibriados (Zig:20)
  The ghost of Shayle the Sluggish Gnoll, a legendary GnHW of Cheibriados (Zig:17)
  The ghost of sleeves the Metallomancer, a legendary HuEE of Vehumet (Zig:20)
  The ghost of sleeves the Metallomancer, a legendary HuEE of Vehumet (Zig:19)
  The ghost of Hewasun the Conqueror, a legendary MiBe of the Shining One (Zig:20)
  The ghost of Hewasun the Conqueror, a legendary MiBe of the Shining One (Zig:23)
  The ghost of Hewasun the Conqueror, a legendary MiBe of the Shining One (Zig:21)
  The ghost of Hewasun the Conqueror, a legendary MiBe of the Shining One (Zig:19)
  The ghost of Hewasun the Conqueror, a legendary MiBe of the Shining One (Zig:26)
  The ghost of Hewasun the Conqueror, a legendary MiBe of the Shining One (Zig:17)
  The ghost of agentgt the Executioner, a legendary MiCK of Xom (Zig:6)
  The ghost of agentgt the Executioner, a legendary MiCK of Xom (Zig:19)
  The ghost of agentgt the Executioner, a legendary MiCK of Xom (Zig:19)
  The ghost of agentgt the Executioner, a legendary MiCK of Xom (Zig:26)
  The ghost of strangelove the Metallomancer, a master GrEE of Vehumet (Zig:26)
  The ghost of strangelove the Metallomancer, a master GrEE of Vehumet (Zig:20)
  The ghost of strangelove the Metallomancer, a master GrEE of Vehumet (Zig:19)
  The ghost of thechecker02 the Slayer, a master DDFi of Makhleb (Zig:21)
  The ghost of thechecker02 the Slayer, a master DDFi of Makhleb (Zig:19)
  The ghost of thechecker02 the Slayer, a master DDFi of Makhleb (Zig:19)
  The ghost of thechecker02 the Slayer, a master DDFi of Makhleb (Zig:19)
  The ghost of thechecker02 the Slayer, a master DDFi of Makhleb (Zig:20)
  The ghost of thechecker02 the Slayer, a master DDFi of Makhleb (Zig:16)
  The ghost of thechecker02 the Slayer, a master DDFi of Makhleb (Zig:19)
  The ghost of thechecker02 the Slayer, a master DDFi of Makhleb (Zig:20)
  The ghost of Likado the Gnoll Barricade, a legendary GnSk of the Shining One (Zig:17)
  The ghost of Likado the Gnoll Barricade, a legendary GnSk of the Shining One (Zig:20)
  The ghost of Likado the Gnoll Barricade, a legendary GnSk of the Shining One (Zig:20)
  The ghost of Likado the Gnoll Barricade, a legendary GnSk of the Shining One (Zig:17)
  The ghost of Likado the Gnoll Barricade, a legendary GnSk of the Shining One (Zig:20)
  The ghost of Likado the Gnoll Barricade, a legendary GnSk of the Shining One (Zig:19)
  The ghost of Jeklifit the Conqueror, a legendary FoFi of the Shining One (Zig:20)
  The ghost of Jeklifit the Conqueror, a legendary FoFi of the Shining One (Zig:20)
  The ghost of Jeklifit the Conqueror, a legendary FoFi of the Shining One (Zig:17)
  The ghost of Jeklifit the Conqueror, a legendary FoFi of the Shining One (Zig:26)
  The ghost of Jeklifit the Conqueror, a legendary FoFi of the Shining One (Zig:26)
  The ghost of Giojuova the Slayer, a legendary GnBe of Trog (Zig:26)
  The ghost of Giojuova the Slayer, a legendary GnBe of Trog (Zig:20)
  The ghost of Giojuova the Slayer, a legendary GnBe of Trog (Zig:19)
  The ghost of Giojuova the Slayer, a legendary GnBe of Trog (Zig:19)
  The ghost of Giojuova the Slayer, a legendary GnBe of Trog (Zig:23)
  The ghost of Giojuova the Slayer, a legendary GnBe of Trog (Zig:20)
  The ghost of Giojuova the Slayer, a legendary GnBe of Trog (Zig:26)
  The ghost of Giojuova the Slayer, a legendary GnBe of Trog (Zig:20)
  The ghost of Jargh the Formicid Barricade, a legendary FoFi of the Shining One (Zig:23)
  The ghost of Jargh the Formicid Barricade, a legendary FoFi of the Shining One (Zig:20)
  The ghost of Totuz the Messenger, a legendary HOFi of Beogh (Zig:26)
  The ghost of Totuz the Messenger, a legendary HOFi of Beogh (Zig:20)
  The ghost of Totuz the Messenger, a legendary HOFi of Beogh (Zig:20)
  The ghost of Qeilemp the Conqueror, a legendary HOFi of Beogh (Zig:17)
  The ghost of Totuz the Messenger, a legendary HOFi of Beogh (Zig:19)
  The ghost of Qeilemp the Conqueror, a legendary HOFi of Beogh (Zig:19)
  The ghost of Totuz the Messenger, a legendary HOFi of Beogh (Zig:17)
  The ghost of Qeilemp the Conqueror, a legendary HOFi of Beogh (Zig:20)
  The ghost of Qeilemp the Conqueror, a legendary HOFi of Beogh (Zig:16)
  The ghost of Totuz the Messenger, a legendary HOFi of Beogh (Zig:26)
  The ghost of Qeilemp the Conqueror, a legendary HOFi of Beogh (Zig:19)
  The ghost of Qeilemp the Conqueror, a legendary HOFi of Beogh (Zig:6)
  The ghost of Becvyf the Sluggish Gnoll, a legendary GnFi of Cheibriados (Zig:17)
  The ghost of Becvyf the Sluggish Gnoll, a legendary GnFi of Cheibriados (Zig:6)
  The ghost of Becvyf the Sluggish Gnoll, a legendary GnFi of Cheibriados (Zig:19)
  The ghost of Becvyf the Sluggish Gnoll, a legendary GnFi of Cheibriados (Zig:17)
  The ghost of Becvyf the Sluggish Gnoll, a legendary GnFi of Cheibriados (Zig:26)
  The ghost of Becvyf the Gnoll Aeon, a legendary GnFi of Cheibriados (Zig:21)
  The ghost of Becvyf the Sluggish Gnoll, a legendary GnFi of Cheibriados (Zig:26)
  The ghost of Becvyf the Sluggish Gnoll, a legendary GnFi of Cheibriados (Zig:23)
  The ghost of Unuchuin the Marksgnoll, a legendary GnFi of the Shining One (Zig:17)
  The ghost of Fugi the Sniper, a legendary FoFi of Ashenzari (Zig:26)
  The ghost of Fugi the Sniper, a legendary FoFi of Ashenzari (Zig:19)
  The ghost of Fugi the Sniper, a legendary FoFi of Ashenzari (Zig:19)
  The ghost of Unuchuin the Marksgnoll, a legendary GnFi of the Shining One (Zig:20)
  The ghost of Zenecom the Conqueror, a legendary MiFi of Makhleb (Zig:20)
  The ghost of Fugi the Sniper, a legendary FoFi of Ashenzari (Zig:20)
  The ghost of Unuchuin the Marksgnoll, a legendary GnFi of the Shining One (Zig:26)
  The ghost of Unuchuin the Marksgnoll, a legendary GnFi of the Shining One (Zig:20)
  The ghost of Unuchuin the Marksgnoll, a legendary GnFi of the Shining One (Zig:26)
  The ghost of Fugi the Sniper, a legendary FoFi of Ashenzari (Zig:23)
  The ghost of Unuchuin the Marksgnoll, a legendary GnFi of the Shining One (Zig:23)
  The ghost of Zenecom the Conqueror, a legendary MiFi of Makhleb (Zig:17)
  The ghost of Zenecom the Conqueror, a legendary MiFi of Makhleb (Zig:20)
  The ghost of Unuchuin the Marksgnoll, a legendary GnFi of the Shining One (Zig:16)
  The ghost of Fugi the Sniper, a legendary FoFi of Ashenzari (Zig:26)
  The ghost of Unuchuin the Marksgnoll, a legendary GnFi of the Shining One (Zig:19)
  The ghost of Zenecom the Conqueror, a legendary MiFi of Makhleb (Zig:26)
  The ghost of grandjackal the Rhythm of Life and Death, a legendary DsGl of Uskayaw (Zig:19)
  The ghost of grandjackal the Rhythm of Life and Death, a legendary DsGl of Uskayaw (Zig:26)
  The ghost of grandjackal the Rhythm of Life and Death, a legendary DsGl of Uskayaw (Zig:23)
  The ghost of grandjackal the Rhythm of Life and Death, a legendary DsGl of Uskayaw (Zig:17)
  The ghost of grandjackal the Rhythm of Life and Death, a legendary DsGl of Uskayaw (Zig:19)
  The ghost of grandjackal the Rhythm of Life and Death, a legendary DsGl of Uskayaw (Zig:23)
  The ghost of grandjackal the Rhythm of Life and Death, a legendary DsGl of Uskayaw (Zig:17)
  The ghost of runemage the Impregnable, a legendary GnFi of Gozag (Zig:16)
  The ghost of runemage the Impregnable, a legendary GnFi of Gozag (Zig:17)
  The ghost of runemage the Impregnable, a legendary GnFi of Gozag (Zig:23)
  The ghost of runemage the Impregnable, a legendary GnFi of Gozag (Zig:20)
  The ghost of runemage the Impregnable, a legendary GnFi of Gozag (Zig:20)
  The ghost of runemage the Impregnable, a legendary GnFi of Gozag (Zig:16)
  The ghost of Denobboc the Imperceptible, a legendary OpMo of Jiyva (Zig:20)
  The ghost of Denobboc the Imperceptible, a legendary OpMo of Jiyva (Zig:20)
  The ghost of Denobboc the Imperceptible, a legendary OpMo of Jiyva (Zig:26)
  The ghost of Denobboc the Imperceptible, a legendary OpMo of Jiyva (Zig:26)
  The ghost of Denobboc the Imperceptible, a legendary OpMo of Jiyva (Zig:26)
  The ghost of Denobboc the Imperceptible, a legendary OpMo of Jiyva (Zig:17)
  1936 pandemonium lords
  The ghost of MrChinwatt the Slayer, a legendary DsWn of Qazlal (Zig:19)
  The ghost of MrChinwatt the Slayer, a legendary DsWn of Qazlal (Zig:20)
  The ghost of MrChinwatt the Slayer, a legendary DsWn of Qazlal (Zig:21)
  The ghost of MrChinwatt the Slayer, a legendary DsWn of Qazlal (Zig:17)
  The ghost of MrChinwatt the Slayer, a legendary DsWn of Qazlal (Zig:17)
  The ghost of sleeves the Demonic Mishap, a legendary DsFi of Qazlal (Zig:19)
  The ghost of sleeves the Demonic Mishap, a legendary DsFi of Qazlal (Zig:17)
  The ghost of sleeves the Demonic Mishap, a legendary DsFi of Qazlal (Zig:6)
  The ghost of sleeves the Demonic Mishap, a legendary DsFi of Qazlal (Zig:26)
  The ghost of sleeves the Demonic Mishap, a legendary DsFi of Qazlal (Zig:20)
  The ghost of sleeves the Demonic Mishap, a legendary DsFi of Qazlal (Zig:20)
  The ghost of sleeves the Demonic Mishap, a legendary DsFi of Qazlal (Zig:20)
  The ghost of Ecsetopt the Hawkeye, a legendary BaWn of Cheibriados (Zig:16)
  The ghost of Ecsetopt the Hawkeye, a legendary BaWn of Cheibriados (Zig:23)
  The ghost of Ecsetopt the Hawkeye, a legendary BaWn of Cheibriados (Zig:20)
  The ghost of Ecsetopt the Hawkeye, a legendary BaWn of Cheibriados (Zig:23)
  The ghost of Ecsetopt the Hawkeye, a legendary BaWn of Cheibriados (Zig:20)
  A juggernaut (shapeshifter) (Zig:20)
  The ghost of Fueng the Anchorite, a legendary HOFi of Zin (Zig:20)
  The ghost of Fueng the Anchorite, a legendary HOFi of Zin (Zig:23)
  The ghost of Fueng the Anchorite, a legendary HOFi of Zin (Zig:17)
  The ghost of Kalug the Executioner, a legendary DrFi of Cheibriados (Zig:23)
  The ghost of Kalug the Executioner, a legendary DrFi of Cheibriados (Zig:26)
  The ghost of Kalug the Executioner, a legendary DrFi of Cheibriados (Zig:20)
  The ghost of Kalug the Executioner, a legendary DrFi of Cheibriados (Zig:16)
  The ghost of Kalug the Executioner, a legendary DrFi of Cheibriados (Zig:19)
  The ghost of Fueng the Anchorite, a legendary HOFi of Zin (Zig:17)
  The ghost of Kalug the Executioner, a legendary DrFi of Cheibriados (Zig:19)
  The ghost of Fueng the Anchorite, a legendary HOFi of Zin (Zig:23)
  The ghost of Kalug the Executioner, a legendary DrFi of Cheibriados (Zig:19)
  The ghost of Kalug the Executioner, a legendary DrFi of Cheibriados (Zig:19)
  The ghost of Kalug the Executioner, a legendary DrFi of Cheibriados (Zig:26)
  The ghost of Hillam the Grand Master, a legendary DsTm of Cheibriados (Zig:19)
  The ghost of Hillam the Grand Master, a legendary DsTm of Cheibriados (Zig:19)
  The ghost of Hillam the Grand Master, a legendary DsTm of Cheibriados (Zig:16)
  The ghost of Hillam the Grand Master, a legendary DsTm of Cheibriados (Zig:19)
  The ghost of Hillam the Grand Master, a legendary DsTm of Cheibriados (Zig:23)
  The ghost of Zoplarin the Conqueror, a legendary BaSk of Cheibriados (Zig:21)
  The ghost of Hillam the Grand Master, a legendary DsTm of Cheibriados (Zig:20)
  The ghost of Zoplarin the Conqueror, a legendary BaSk of Cheibriados (Zig:23)
  The ghost of Zoplarin the Conqueror, a legendary BaSk of Cheibriados (Zig:20)
  The ghost of Hillam the Grand Master, a legendary DsTm of Cheibriados (Zig:20)
  The ghost of Hillam the Grand Master, a legendary DsTm of Cheibriados (Zig:20)
  The ghost of Zoplarin the Conqueror, a legendary BaSk of Cheibriados (Zig:19)
  The ghost of Hillam the Grand Master, a legendary DsTm of Cheibriados (Zig:20)
  The ghost of Zoplarin the Conqueror, a legendary BaSk of Cheibriados (Zig:20)
  The ghost of frimble the Slayer, a legendary DsFi of Okawaru (Zig:17)
  The ghost of frimble the Slayer, a legendary DsFi of Okawaru (Zig:17)
  The ghost of frimble the Slayer, a legendary DsFi of Okawaru (Zig:26)
  The ghost of frimble the Slayer, a legendary DsFi of Okawaru (Zig:6)
  The ghost of Xaowkis the Impregnable, a legendary GnWr of Cheibriados (Zig:20)
  The ghost of Xaowkis the Impregnable, a legendary GnWr of Cheibriados (Zig:16)
  The ghost of Xaowkis the Impregnable, a legendary GnWr of Cheibriados (Zig:20)
  The ghost of Xaowkis the Impregnable, a legendary GnWr of Cheibriados (Zig:16)
  The ghost of Xaowkis the Impregnable, a legendary GnWr of Cheibriados (Zig:20)
  The ghost of Xaowkis the Impregnable, a legendary GnWr of Cheibriados (Zig:20)
  The ghost of Xaowkis the Impregnable, a legendary GnWr of Cheibriados (Zig:23)
  The ghost of Zachydoop the Conqueror, a veteran MiMo of Ru (Zig:19)
  The ghost of Zachydoop the Conqueror, a veteran MiMo of Ru (Zig:19)
  The ghost of Zachydoop the Conqueror, a veteran MiMo of Ru (Zig:26)
  The ghost of Wammos the Grand Master, a legendary TeCj of Cheibriados (Zig:20)
  The ghost of Wammos the Grand Master, a legendary TeCj of Cheibriados (Zig:19)
  The ghost of Wammos the Grand Master, a legendary TeCj of Cheibriados (Zig:19)
  The ghost of Wammos the Grand Master, a legendary TeCj of Cheibriados (Zig:19)
  The ghost of Wammos the Grand Master, a legendary TeCj of Cheibriados (Zig:20)
  The ghost of Wammos the Grand Master, a legendary TeCj of Cheibriados (Zig:17)
  The ghost of Wammos the Grand Master, a legendary TeCj of Cheibriados (Zig:19)
  The ghost of Wammos the Grand Master, a legendary TeCj of Cheibriados (Zig:17)
  549 juggernauts
  The ghost of Qupubruts the Slayer, a master HOFi of Okawaru (Zig:23)
  The ghost of Qupubruts the Slayer, a master HOFi of Okawaru (Zig:19)
  The ghost of Qupubruts the Slayer, a master HOFi of Okawaru (Zig:19)
  The ghost of Qupubruts the Slayer, a master HOFi of Okawaru (Zig:19)
  The ghost of Talannal the Sharpshooter, a legendary GnHW of Cheibriados (Zig:23)
  The ghost of Alysiarr the Cutthroat, a legendary KoHu of Okawaru (Zig:26)
  The ghost of Alysiarr the Cutthroat, a legendary KoHu of Okawaru (Zig:19)
  The ghost of Alysiarr the Cutthroat, a legendary KoHu of Okawaru (Zig:19)
  The ghost of Alysiarr the Cutthroat, a legendary KoHu of Okawaru (Zig:17)
  The ghost of Alysiarr the Cutthroat, a legendary KoHu of Okawaru (Zig:17)
  The ghost of Zachydoop the Slayer, a veteran MiGl of Makhleb (Zig:19)
  The ghost of Zachydoop the Slayer, a veteran MiGl of Makhleb (Zig:20)
  The ghost of Zachydoop the Slayer, a veteran MiGl of Makhleb (Zig:20)
  The ghost of Zachydoop the Slayer, a veteran MiGl of Makhleb (Zig:20)
  The ghost of Zachydoop the Slayer, a veteran MiGl of Makhleb (Zig:19)
  The ghost of Zachydoop the Slayer, a veteran MiGl of Makhleb (Zig:17)
  The ghost of Zachydoop the Slayer, a veteran MiGl of Makhleb (Zig:17)
  The ghost of Xocw the Executioner, a legendary GrMo of the Shining One (Zig:26)
  The ghost of Xocw the Executioner, a legendary GrMo of the Shining One (Zig:20)
  The ghost of Xocw the Executioner, a legendary GrMo of the Shining One (Zig:17)
  The ghost of Xocw the Executioner, a legendary GrMo of the Shining One (Zig:19)
  The ghost of Xocw the Executioner, a legendary GrMo of the Shining One (Zig:20)
  The ghost of Xocw the Executioner, a legendary GrMo of the Shining One (Zig:17)
  The ghost of Xocw the Executioner, a legendary GrMo of the Shining One (Zig:26)
  The ghost of TuffENuff the Formicid Mishap, a legendary FoFi of Qazlal (Zig:20)
  The ghost of TuffENuff the Formicid Mishap, a legendary FoFi of Qazlal (Zig:17)
  The ghost of TuffENuff the Formicid Mishap, a legendary FoFi of Qazlal (Zig:16)
  The ghost of TuffENuff the Formicid Mishap, a legendary FoFi of Qazlal (Zig:26)
  The ghost of TuffENuff the Formicid Mishap, a legendary FoFi of Qazlal (Zig:6)
  The ghost of TuffENuff the Formicid Mishap, a legendary FoFi of Qazlal (Zig:23)
  The ghost of blexxed the Conqueror, a legendary DsFi of Makhleb (Zig:23)
  The ghost of blexxed the Conqueror, a legendary DsFi of Makhleb (Zig:17)
  The ghost of blexxed the Conqueror, a legendary DsFi of Makhleb (Zig:20)
  The ghost of blexxed the Conqueror, a legendary DsFi of Makhleb (Zig:19)
  The ghost of blexxed the Conqueror, a legendary DsFi of Makhleb (Zig:20)
  995 royal mummies
  The ghost of arghonaut the Conqueror, a veteran MiGl of Okawaru (Zot:5)
  The ghost of stevelinton the Ninja, a legendary KoBe of Trog (Zig:19)
  The ghost of stevelinton the Ninja, a legendary KoBe of Trog (Zig:20)
  The ghost of stevelinton the Ninja, a legendary KoBe of Trog (Zig:26)
  The ghost of stevelinton the Ninja, a legendary KoBe of Trog (Zig:19)
  The ghost of andrewp the Conqueror, a veteran MiBe of Trog (Zig:19)
  The ghost of andrewp the Conqueror, a veteran MiBe of Trog (Zig:26)
  The ghost of andrewp the Conqueror, a veteran MiBe of Trog (Zig:20)
  The ghost of andrewp the Conqueror, a veteran MiBe of Trog (Zig:17)
  The ghost of andrewp the Conqueror, a veteran MiBe of Trog (Zig:20)
  The ghost of xzight the Conqueror, a legendary MiBe of Trog (Zig:19)
  The ghost of xzight the Conqueror, a legendary MiBe of Trog (Zig:17)
  The ghost of Rirumasy the Octopoid Blade, a legendary OpWn of Gozag (Zig:17)
  The ghost of Rirumasy the Octopoid Blade, a legendary OpWn of Gozag (Zig:20)
  The ghost of Rirumasy the Octopoid Blade, a legendary OpWn of Gozag (Zig:16)
  The ghost of Rirumasy the Octopoid Blade, a legendary OpWn of Gozag (Zig:20)
  The ghost of Rirumasy the Octopoid Blade, a legendary OpWn of Gozag (Zig:19)
  The ghost of Rirumasy the Octopoid Blade, a legendary OpWn of Gozag (Zig:20)
  The ghost of Rirumasy the Octopoid Blade, a legendary OpWn of Gozag (Zig:20)
  The ghost of Walil the Intangible, a veteran MiMo of Dithmenos (Zig:26)
  The ghost of Walil the Intangible, a veteran MiMo of Dithmenos (Zig:20)
  The ghost of Walil the Intangible, a veteran MiMo of Dithmenos (Zig:17)
  The ghost of Walil the Intangible, a veteran MiMo of Dithmenos (Zig:20)
  The ghost of Kufiz the Slayer, a master GrCK of Xom (Zig:19)
  The ghost of Kufiz the Slayer, a master GrCK of Xom (Zig:17)
  The ghost of Kufiz the Slayer, a master GrCK of Xom (Zig:20)
  The ghost of Kufiz the Slayer, a master GrCK of Xom (Zig:26)
  The ghost of Kufiz the Slayer, a master GrCK of Xom (Zig:20)
  The ghost of Kufiz the Slayer, a master GrCK of Xom (Zig:26)
  The ghost of Kufiz the Slayer, a master GrCK of Xom (Zig:20)
  The ghost of thechecker02 the Impregnable, a legendary DDFi of Makhleb (Zig:20)
  The ghost of thechecker02 the Impregnable, a legendary DDFi of Makhleb (Zig:20)
  The ghost of thechecker02 the Impregnable, a legendary DDFi of Makhleb (Zig:23)
  The ghost of thechecker02 the Impregnable, a legendary DDFi of Makhleb (Zig:26)
  The ghost of thechecker02 the Impregnable, a legendary DDFi of Makhleb (Zig:26)
  The ghost of thechecker02 the Impregnable, a legendary DDFi of Makhleb (Zig:19)
  The ghost of thechecker02 the Impregnable, a legendary DDFi of Makhleb (Zig:26)
  The ghost of thechecker02 the Impregnable, a legendary DDFi of Makhleb (Zig:19)
  The ghost of heteroy the Invulnerable, a legendary DsHu of Uskayaw (Zig:17)
  The ghost of heteroy the Invulnerable, a legendary DsHu of Uskayaw (Zig:16)
  The ghost of heteroy the Invulnerable, a legendary DsHu of Uskayaw (Zig:6)
  The ghost of Viugiw the Slayer, a legendary TeBe of the Shining One (Zig:26)
  The ghost of Viugiw the Slayer, a legendary TeBe of the Shining One (Zig:20)
  The ghost of Viugiw the Slayer, a legendary TeBe of the Shining One (Zig:19)
  The ghost of Viugiw the Slayer, a legendary TeBe of the Shining One (Zig:16)
  The ghost of Viugiw the Slayer, a legendary TeBe of the Shining One (Zig:20)
  The ghost of Viugiw the Slayer, a legendary TeBe of the Shining One (Zig:17)
  The ghost of Viugiw the Slayer, a legendary TeBe of the Shining One (Zig:20)
  The ghost of Viugiw the Slayer, a legendary TeBe of the Shining One (Zig:20)
  The ghost of BoringLoser the Acrobat, a veteran TeAE of Ru (Zig:26)
  The ghost of BoringLoser the Acrobat, a veteran TeAE of Ru (Zig:23)
  The ghost of BoringLoser the Acrobat, a veteran TeAE of Ru (Zig:16)
  The ghost of BoringLoser the Acrobat, a veteran TeAE of Ru (Zig:26)
  The ghost of BoringLoser the Acrobat, a veteran TeAE of Ru (Zig:26)
  The ghost of BoringLoser the Acrobat, a veteran TeAE of Ru (Zig:19)
  The ghost of BoringLoser the Acrobat, a veteran TeAE of Ru (Zig:19)
  The ghost of BoringLoser the Acrobat, a veteran TeAE of Ru (Zig:19)
  The ghost of BoringLoser the Acrobat, a veteran TeAE of Ru (Zig:23)
  The ghost of BoringLoser the Acrobat, a veteran TeAE of Ru (Zig:26)
  The ghost of Houmnergh the Rich, a master GnTm of Gozag (Crypt:2)
  The ghost of Waohesse the Slayer, a legendary VSFi of the Shining One (Zig:20)
  The ghost of Waohesse the Slayer, a legendary VSFi of the Shining One (Zig:19)
  The ghost of Waohesse the Slayer, a legendary VSFi of the Shining One (Zig:20)
  The ghost of Evehuixoju the Rhythm of Life and Death, a legendary VSFi of Uskayaw (Zig:20)
  The ghost of Evehuixoju the Rhythm of Life and Death, a legendary VSFi of Uskayaw (Zig:20)
  The ghost of Evehuixoju the Rhythm of Life and Death, a legendary VSFi of Uskayaw (Zig:17)
  Parghit (Depths:3)
  576 Killer Klowns
  The ghost of lukano the Imperceptible, a legendary GrFi of the Shining One (Zig:19)
  The ghost of lukano the Imperceptible, a legendary GrFi of the Shining One (Zig:19)
  The ghost of lukano the Imperceptible, a legendary GrFi of the Shining One (Zig:16)
  The ghost of Dameikh the Hoplite, a veteran FoFi of Nemelex Xobeh (Zig:23)
  The ghost of Dameikh the Hoplite, a veteran FoFi of Nemelex Xobeh (Zig:16)
  The ghost of Dameikh the Hoplite, a veteran FoFi of Nemelex Xobeh (Zig:23)
  The ghost of Dameikh the Hoplite, a veteran FoFi of Nemelex Xobeh (Zig:26)
  The ghost of Dameikh the Hoplite, a veteran FoFi of Nemelex Xobeh (Zig:20)
  The ghost of Dameikh the Hoplite, a veteran FoFi of Nemelex Xobeh (Zig:19)
  The ghost of Godueg the Slayer, a veteran HOFi of the Shining One (Zig:20)
  The ghost of Godueg the Slayer, a veteran HOFi of the Shining One (Zig:19)
  The ghost of Godueg the Slayer, a veteran HOFi of the Shining One (Zig:17)
  The ghost of Godueg the Slayer, a veteran HOFi of the Shining One (Zig:26)
  The ghost of Piginabag the Questioner, a veteran GnMo of Ru (Zig:26)
  The ghost of Piginabag the Questioner, a veteran GnMo of Ru (Zig:26)
  The ghost of Piginabag the Questioner, a veteran GnMo of Ru (Zig:17)
  The ghost of Piginabag the Questioner, a veteran GnMo of Ru (Zig:19)
  The ghost of Piginabag the Questioner, a veteran GnMo of Ru (Zig:20)
  The ghost of Gucom the Sluggish Gnoll, a veteran GnFi of Cheibriados (Zig:20)
  The ghost of Gucom the Sluggish Gnoll, a veteran GnFi of Cheibriados (Zig:6)
  The ghost of Gucom the Sluggish Gnoll, a veteran GnFi of Cheibriados (Zig:19)
  The ghost of Gucom the Sluggish Gnoll, a veteran GnFi of Cheibriados (Zig:26)
  316 shard shrikes
  The ghost of yaoilover the Conqueror, a veteran MiBe of Trog (Zig:16)
  The ghost of yaoilover the Conqueror, a veteran MiBe of Trog (Zig:23)
  The ghost of yaoilover the Conqueror, a veteran MiBe of Trog (Zig:20)
  The ghost of yaoilover the Conqueror, a veteran MiBe of Trog (Zig:20)
  The ghost of yaoilover the Conqueror, a veteran MiBe of Trog (Zig:19)
  The ghost of lmSkywalker the Warrior, an adept DrTm of Okawaru (Zig:17)
  The ghost of lmSkywalker the Warrior, an adept DrTm of Okawaru (Zig:19)
  The ghost of lmSkywalker the Warrior, an adept DrTm of Okawaru (Zig:20)
  The ghost of lmSkywalker the Warrior, an adept DrTm of Okawaru (Zig:26)
  The ghost of lmSkywalker the Warrior, an adept DrTm of Okawaru (Zig:17)
  The ghost of lmSkywalker the Warrior, an adept DrTm of Okawaru (Zig:23)
  The ghost of lmSkywalker the Warrior, an adept DrTm of Okawaru (Zig:19)
  The ghost of lmSkywalker the Warrior, an adept DrTm of Okawaru (Zig:20)
  Margery (Vaults:4)
  The ghost of frimble the Slayer, a legendary GrFi of Okawaru (Zig:20)
  The ghost of frimble the Slayer, a legendary GrFi of Okawaru (Zig:26)
  The ghost of frimble the Slayer, a legendary GrFi of Okawaru (Zig:17)
  The ghost of frimble the Slayer, a legendary GrFi of Okawaru (Zig:19)
  The ghost of frimble the Slayer, a legendary GrFi of Okawaru (Zig:6)
  The ghost of Qatinlae the Archmage, a veteran DEFE of Sif Muna (Zig:20)
  The ghost of Qatinlae the Archmage, a veteran DEFE of Sif Muna (Zig:21)
  The ghost of Qatinlae the Archmage, a veteran DEFE of Sif Muna (Zig:20)
  The ghost of Qatinlae the Archmage, a veteran DEFE of Sif Muna (Zig:19)
  The ghost of Qatinlae the Archmage, a veteran DEFE of Sif Muna (Zig:19)
  The ghost of Qatinlae the Archmage, a veteran DEFE of Sif Muna (Zig:17)
  The ghost of WeeknightWizard the Sorcerer, a veteran DEFE of Vehumet (Zig:20)
  The ghost of WeeknightWizard the Sorcerer, a veteran DEFE of Vehumet (Zig:19)
  The ghost of Ycuhohed the Acrobat, a veteran TeBe of Trog (Zig:19)
  The ghost of Ycuhohed the Acrobat, a veteran TeBe of Trog (Zig:20)
  The ghost of Ycuhohed the Acrobat, a veteran TeBe of Trog (Zig:23)
  The ghost of Ycuhohed the Acrobat, a veteran TeBe of Trog (Zig:26)
  688 caustic shrikes
  The ghost of Pusocauss the Warrior, a legendary VSBe of Trog (Zig:26)
  The ghost of Pusocauss the Warrior, a legendary VSBe of Trog (Zig:20)
  The ghost of Pusocauss the Warrior, a legendary VSBe of Trog (Zig:19)
  The ghost of Pusocauss the Warrior, a legendary VSBe of Trog (Zig:19)
  The ghost of Pusocauss the Warrior, a legendary VSBe of Trog (Zig:20)
  The ghost of Pusocauss the Warrior, a legendary VSBe of Trog (Zig:20)
  The ghost of Pusocauss the Warrior, a legendary VSBe of Trog (Zig:19)
  The ghost of Pusocauss the Warrior, a legendary VSBe of Trog (Zig:19)
  The ghost of meatyocre the Brawler, a veteran TrFi of Uskayaw (Zig:20)
  The ghost of meatyocre the Brawler, a veteran TrFi of Uskayaw (Zig:20)
  The ghost of meatyocre the Brawler, a veteran TrFi of Uskayaw (Zig:20)
  The ghost of meatyocre the Brawler, a veteran TrFi of Uskayaw (Zig:21)
  The ghost of meatyocre the Brawler, a veteran TrFi of Uskayaw (Zig:17)
  The ghost of meatyocre the Brawler, a veteran TrFi of Uskayaw (Zig:26)
  The ghost of meatyocre the Brawler, a veteran TrFi of Uskayaw (Zig:20)
  The ghost of meatyocre the Brawler, a veteran TrFi of Uskayaw (Zig:19)
  The ghost of astronautguy the Purveyor of Pain, a master DEFE of Kikubaaqudgha (Zig:26)
  The ghost of astronautguy the Purveyor of Pain, a master DEFE of Kikubaaqudgha (Zig:19)
  The ghost of astronautguy the Purveyor of Pain, a master DEFE of Kikubaaqudgha (Zig:26)
  The ghost of astronautguy the Purveyor of Pain, a master DEFE of Kikubaaqudgha (Zig:26)
  The ghost of astronautguy the Purveyor of Pain, a master DEFE of Kikubaaqudgha (Zig:23)
  The ghost of astronautguy the Purveyor of Pain, a master DEFE of Kikubaaqudgha (Zig:26)
  The ghost of astronautguy the Purveyor of Pain, a master DEFE of Kikubaaqudgha (Zig:19)
  The ghost of Heartburn the Minotaur Barricade, a veteran MiFi of Okawaru (Zig:23)
  The ghost of Heartburn the Minotaur Barricade, a veteran MiFi of Okawaru (Zig:20)
  7 caustic shrikes (shapeshifter)
  The ghost of EricTams the Hoplite, a veteran MiBe of Trog (Zig:20)
  The ghost of EricTams the Hoplite, a veteran MiBe of Trog (Zig:17)
  The ghost of EricTams the Hoplite, a veteran MiBe of Trog (Zig:26)
  The ghost of EricTams the Hoplite, a veteran MiBe of Trog (Zig:23)
  The ghost of EricTams the Hoplite, a veteran MiBe of Trog (Zig:19)
  The ghost of EricTams the Hoplite, a veteran MiBe of Trog (Zig:26)
  The ghost of EricTams the Hoplite, a veteran MiBe of Trog (Zig:23)
  Vashnia (Snake:4)
  Xtahua (Depths:3)
  The ghost of Janeylunn the Struggler, a veteran GnWn of Okawaru (Zig:19)
  The ghost of Janeylunn the Struggler, a veteran GnWn of Okawaru (Zig:26)
  The ghost of Janeylunn the Struggler, a veteran GnWn of Okawaru (Zig:20)
  The ghost of Janeylunn the Struggler, a veteran GnWn of Okawaru (Zig:17)
  The ghost of Janeylunn the Struggler, a veteran GnWn of Okawaru (Zig:23)
  The ghost of Anafel the Impregnable, a legendary GrFi of the Shining One (Zig:23)
  The ghost of Anafel the Impregnable, a legendary GrFi of the Shining One (Zig:20)
  The ghost of Anafel the Impregnable, a legendary GrFi of the Shining One (Zig:23)
  The ghost of Anafel the Impregnable, a legendary GrFi of the Shining One (Zig:19)
  The ghost of Anafel the Impregnable, a legendary GrFi of the Shining One (Zig:20)
  The ghost of Anafel the Impregnable, a legendary GrFi of the Shining One (Zig:17)
  9 golden dragons (shapeshifter)
  59 curse toes
  The ghost of Wizard1ke the Sorcerer, a veteran DjCj of Makhleb (Zig:26)
  The ghost of Pohawk the Severer, an adept MiGl of the Shining One (Zig:23)
  The ghost of Pohawk the Severer, an adept MiGl of the Shining One (Zig:17)
  The ghost of Pohawk the Severer, an adept MiGl of the Shining One (Zig:19)
  The ghost of Pohawk the Severer, an adept MiGl of the Shining One (Zig:19)
  The ghost of Pohawk the Severer, an adept MiGl of the Shining One (Zig:26)
  The ghost of Soesill the Warrior, an adept DgCj (Depths:1)
  The ghost of Gemnonof the Warrior, an adept DgCj (Zig:19)
  The ghost of Gemnonof the Warrior, an adept DgCj (Zig:26)
  1259 golden dragons
  474 profane servitors
  The ghost of Uhosoup the Slayer, a veteran GrFi of Okawaru (Zig:20)
  The ghost of Uhosoup the Slayer, a veteran GrFi of Okawaru (Zig:23)
  The ghost of Uhosoup the Slayer, a veteran GrFi of Okawaru (Zig:20)
  The ghost of Uhosoup the Slayer, a veteran GrFi of Okawaru (Zig:17)
  The ghost of Uhosoup the Slayer, a veteran GrFi of Okawaru (Zig:20)
  The ghost of Uhosoup the Slayer, a veteran GrFi of Okawaru (Zig:20)
  The ghost of Uhosoup the Slayer, a veteran GrFi of Okawaru (Zig:20)
  The ghost of Uhosoup the Slayer, a veteran GrFi of Okawaru (Zig:20)
  987 bone dragons
  The ghost of Ebassic the Hoplite, a veteran GrFi of the Shining One (Zig:26)
  The ghost of Ebassic the Hoplite, a veteran GrFi of the Shining One (Zig:20)
  The ghost of Ebassic the Hoplite, a veteran GrFi of the Shining One (Zig:21)
  The ghost of Ebassic the Hoplite, a veteran GrFi of the Shining One (Zig:23)
  Jory (Crypt:3)
  The ghost of Rocah the Hoplite, a veteran GrFi of the Shining One (Zig:16)
  The ghost of Rocah the Hoplite, a veteran GrFi of the Shining One (Zig:19)
  The ghost of Rocah the Hoplite, a veteran GrFi of the Shining One (Zig:26)
  The ghost of Rocah the Hoplite, a veteran GrFi of the Shining One (Zig:26)
  513 pearl dragons
  The ghost of Pikuto the Slayer, an adept MiBe of Trog (Zig:17)
  The ghost of Pikuto the Slayer, an adept MiBe of Trog (Zig:26)
  The ghost of Pikuto the Slayer, an adept MiBe of Trog (Zig:23)
  The ghost of Pikuto the Slayer, an adept MiBe of Trog (Zig:26)
  The ghost of Pikuto the Slayer, an adept MiBe of Trog (Zig:26)
  The ghost of Saphesar the Demonic Mishap, a veteran DsFi of Qazlal (Zig:17)
  The ghost of Saphesar the Demonic Mishap, a veteran DsFi of Qazlal (Zig:20)
  The ghost of Saphesar the Demonic Mishap, a veteran DsFi of Qazlal (Zig:20)
  The ghost of Saphesar the Demonic Mishap, a veteran DsFi of Qazlal (Zig:26)
  The ghost of Saphesar the Demonic Mishap, a veteran DsFi of Qazlal (Zig:20)
  The ghost of Saphesar the Demonic Mishap, a veteran DsFi of Qazlal (Zig:17)
  The ghost of Saphesar the Demonic Mishap, a veteran DsFi of Qazlal (Zig:26)
  The ghost of Saphesar the Demonic Mishap, a veteran DsFi of Qazlal (Zig:20)
  The ghost of Saphesar the Demonic Mishap, a veteran DsFi of Qazlal (Zig:17)
  594 iron giants
  322 Tzitzimimeh
  130 doom hounds
  665 Brimstone Fiends
  169 electric golems
  720 hellephants
  The ghost of Xutext the Spry, an adept DsAK of Lugonu (Zig:26)
  The ghost of Xutext the Spry, an adept DsAK of Lugonu (Zig:20)
  The ghost of Xutext the Spry, an adept DsAK of Lugonu (Zig:26)
  The ghost of Xutext the Spry, an adept DsAK of Lugonu (Zig:19)
  The ghost of Xutext the Spry, an adept DsAK of Lugonu (Zig:19)
  The ghost of Xutext the Spry, an adept DsAK of Lugonu (Zig:6)
  The ghost of Xutext the Spry, an adept DsAK of Lugonu (Zig:19)
  The ghost of Xutext the Spry, an adept DsAK of Lugonu (Zig:19)
  The ghost of Xutext the Spry, an adept DsAK of Lugonu (Zig:17)
  The ghost of Xutext the Spry, an adept DsAK of Lugonu (Zig:23)
  1257 tentacled monstrosities
  5 iron giants (shapeshifter)
  775 Ice Fiends
  Rupert (Lair:5)
  12 walking crystal tomes
  128 tainted leviathans
  3 walking earthen tomes
  The ghost of Zeph the Severer, an adept NaFi of Cheibriados (Zig:17)
  The ghost of Zeph the Severer, an adept NaFi of Cheibriados (Zig:19)
  The ghost of Zeph the Severer, an adept NaFi of Cheibriados (Zig:26)
  1093 titans
  617 liches
  25 Orb Guardians (Zot:5)
  979 Hell Sentinels
  420 deep elf blademasters
  A titan (shapeshifter) (Zig:25)
  329 quicksilver dragons
  2 walking frostbound tomes
  521 deep elf master archers
  48 quicksilver dragons (shapeshifter)
  Gastronok (D:9)
  4 acid blobs (shapeshifter)
  42 sphinxes (shapeshifter)
  2292 acid blobs
  442 searing wretches
  9 death cobs
  4 walking divine tomes
  412 tentacled starspawn
  362 Executioners
  11 eldritch tentacles
  889 ancient champions
  The ghost of frimble the Struggler, an adept DsGl of Okawaru (Zig:19)
  The ghost of frimble the Struggler, an adept DsGl of Okawaru (Zig:20)
  The ghost of frimble the Struggler, an adept DsGl of Okawaru (Zig:20)
  The ghost of frimble the Struggler, an adept DsGl of Okawaru (Zig:17)
  The ghost of frimble the Struggler, an adept DsGl of Okawaru (Zig:19)
  Polyphemus (Shoals:4)
  223 sphinxes
  38 shadow dragons (shapeshifter)
  The ghost of Polaczum the Brawler, an adept TrMo of Nemelex Xobeh (Zig:26)
  The ghost of Ubraesch the Brawler, an adept TrMo of Nemelex Xobeh (Zig:26)
  The ghost of Viocziel the Brawler, an adept TrMo of Nemelex Xobeh (Zig:23)
  The ghost of Barug the Brawler, an adept TrMo of Nemelex Xobeh (Zig:26)
  The ghost of Barug the Brawler, an adept TrMo of Nemelex Xobeh (Zig:20)
  The ghost of Ubraesch the Brawler, an adept TrMo of Nemelex Xobeh (Zig:6)
  The ghost of Polaczum the Brawler, an adept TrMo of Nemelex Xobeh (Zig:16)
  The ghost of Polaczum the Brawler, an adept TrMo of Nemelex Xobeh (Zig:17)
  The ghost of Polaczum the Brawler, an adept TrMo of Nemelex Xobeh (Zig:17)
  The ghost of Barug the Brawler, an adept TrMo of Nemelex Xobeh (Zig:26)
  The ghost of Viocziel the Brawler, an adept TrMo of Nemelex Xobeh (Zig:17)
  The ghost of Himmaryad the Brawler, an adept TrMo of Nemelex Xobeh (Zig:26)
  The ghost of Himmaryad the Brawler, an adept TrMo of Nemelex Xobeh (Zig:17)
  The ghost of Amikeex the Brawler, an adept TrMo of Nemelex Xobeh (Zig:20)
  The ghost of Barug the Brawler, an adept TrMo of Nemelex Xobeh (Zig:17)
  The ghost of Amikeex the Brawler, an adept TrMo of Nemelex Xobeh (Zig:20)
  The ghost of Polaczum the Brawler, an adept TrMo of Nemelex Xobeh (Zig:23)
  The ghost of Viocziel the Brawler, an adept TrMo of Nemelex Xobeh (Zig:20)
  The ghost of Ubraesch the Brawler, an adept TrMo of Nemelex Xobeh (Zig:20)
  The ghost of Barug the Brawler, an adept TrMo of Nemelex Xobeh (Zig:17)
  The ghost of Amikeex the Brawler, an adept TrMo of Nemelex Xobeh (Zig:20)
  The ghost of Himmaryad the Brawler, an adept TrMo of Nemelex Xobeh (Zig:20)
  The ghost of Himmaryad the Brawler, an adept TrMo of Nemelex Xobeh (Zig:19)
  The ghost of Amikeex the Brawler, an adept TrMo of Nemelex Xobeh (Zig:26)
  The ghost of Amikeex the Brawler, an adept TrMo of Nemelex Xobeh (Zig:16)
  The ghost of Polaczum the Brawler, an adept TrMo of Nemelex Xobeh (Zig:26)
  The ghost of Himmaryad the Brawler, an adept TrMo of Nemelex Xobeh (Zig:19)
  The ghost of Viocziel the Brawler, an adept TrMo of Nemelex Xobeh (Zig:16)
  The ghost of Ubraesch the Brawler, an adept TrMo of Nemelex Xobeh (Zig:20)
  The ghost of Ubraesch the Brawler, an adept TrMo of Nemelex Xobeh (Zig:19)
  The ghost of Viocziel the Brawler, an adept TrMo of Nemelex Xobeh (Zig:19)
  The ghost of PurpleRed the Bludgeoner, an adept GnAr of Vehumet (Elf:2)
  253 storm dragons
  Agnes (Snake:4)
  9 storm dragons (shapeshifter)
  917 revenants
  115 tengu reavers
  29 thorn hunters
  47 fenstrider witches (shapeshifter)
  192 shadow dragons
  315 demonspawn warmongers
  666 rockslimes
  39 azure jellies (shapeshifter)
  Donald (Orc:2)
  30 fenstrider witches
  615 draconian monks
  748 draconian knights
  284 iron dragons
  404 azure jellies
  418 fire giants
  1387 nagarajas
  423 narguns
  402 daevas
  141 vault wardens
  91 deep elf sorcerers
  643 draconian scorchers
  347 quicksilver elementals
  39 fire giants (shapeshifter)
  Aizul (Snake:2)
  10 emperor scorpions (shapeshifter)
  28 frost giants (shapeshifter)
  1206 balrugs
  The ghost of esran the Fighter, a journeyman TrFi of Okawaru (Orc:2)
  473 emperor scorpions
  6 spectral juggernauts
  5 iron dragons (shapeshifter)
  9 ghost moths (shapeshifter)
  41 deep elf elementalists
  827 ghost moths
  5 spectral caustic shrikes
  675 curse skulls
  314 frost giants
  301 cacodemons
  8 broodmothers (shapeshifter)
  50 juggernaut zombies
  109 ghouls
  250 angels
  45 caustic shrike zombies
  690 orc warlords
  53 broodmothers
  645 draconian shifters
  45 caustic shrike skeletons
  694 draconian annihilators
  661 draconian stormcallers
  37 juggernaut skeletons
  A spriggan defender (Depths:2)
  956 demonspawn corrupters
  330 reapers
  412 quicksilver oozes
  99 ironbound preservers
  218 ophanim
  13 quicksilver oozes (shapeshifter)
  413 vampire knights
  341 demonspawn blood saints
  391 very ugly things
  43 stone giants (shapeshifter)
  512 war gargoyles
  432 demonspawn black suns
  6 ironbound thunderhulks
  267 deep elf demonologists
  136 eleionomae
  265 white draconians
  35 eleionomae (shapeshifter)
  593 stone giants
  224 dire elephants
  460 wendigos
  5 spectral titans
  106 putrid mouths
  212 apis
  282 black draconians
  356 bennus
  A white draconian (shapeshifter) (Zig:24)
  297 green draconians
  6 bunyips (shapeshifter)
  232 lorocyprocas
  267 red draconians
  124 bunyips
  39 dire elephants (shapeshifter)
  153 spark wasps
  275 deep elf death magi
  6 minotaurs (shapeshifter)
  289 purple draconians
  273 yellow draconians
  272 deep elf annihilators
  9 statues (WizLab)
  4 spark wasps (shapeshifter)
  911 green deaths
  2 minotaurs
  604 blizzard demons
  Josephine (Lair:3)
  4 spectral quicksilver dragons
  184 ettins
  7 ettins (shapeshifter)
  494 entropy weavers
  457 merfolk javelineers
  371 iron golems
  78 crystal guardians
  221 fire dragons
  2 fire dragons (shapeshifter)
  4 spectral golden dragons
  606 eidola
  766 mummy priests
  122 merfolk impalers
  69 jiangshi
  1014 shambling mangroves
  The ghost of aor the Fighter, a journeyman MiFi of Ru (D:12)
  5 spectral shadow dragons
  446 deep elf high priests
  17 quicksilver dragon zombies
  7 entropy weavers (shapeshifter)
  5 spectral spriggans
  3 spectral tengu
  31 spriggan zombies
  Fannar (Lair:2)
  6 great orbs of eyes (shapeshifter)
  13 quicksilver dragon skeletons
  9 ice dragons (shapeshifter)
  1143 salamander tyrants
  819 hydras
  189 great orbs of eyes
  14 rakshasas
  183 spriggan air magi
  15 caustic shrike simulacra
  4 peacekeepers
  40 vault guards
  8 catoblepae (shapeshifter)
  278 catoblepae
  59 jorogumos
  A spectral sphinx (Zig:26)
  114 ice dragons
  169 anacondas
  41 ogre magi
  205 yaktaur captains
  4 radroaches (shapeshifter)
  8 jorogumos (shapeshifter)
  176 ghost crabs
  30 anacondas (shapeshifter)
  238 hell beasts
  84 centaur warriors
  9 hydras (shapeshifter)
  2 fenstrider witch skeletons
  71 radroaches
  16 juggernaut simulacra
  A spectral draconian (Zot:5)
  66 boulder beetles
  43 spriggan skeletons
  5 deep troll shamans
  786 merfolk aquamancers
  26 merfolk avatars
  46 stokers
  79 alligators
  43 alligator snapping turtles (shapeshifter)
  6 death knights
  36 death yaks
  22 deep troll earth magi
  400 death scarabs
  6 satyrs (shapeshifter)
  A spectral fire giant (Zig:10)
  11 ironbound frosthearts
  699 dancing weapons
  114 satyrs
  28 two-headed ogres (shapeshifter)
  10 alligators (shapeshifter)
  14 death yaks (shapeshifter)
  4 tengu warriors
  105 alligator snapping turtles
  Urug (Orc:2)
  3 boulder beetles (shapeshifter)
  111 hell hogs
  270 naga warriors
  64 two-headed ogres
  709 orc high priests
  447 vampire magi
  398 thrashing horrors
  4 spectral storm dragons
  417 shock serpents
  72 sun demons
  27 titan zombies
  246 crystal echidnas
  152 hell knights
  27 shock serpents (shapeshifter)
  221 soul eaters
  41 fire crabs
  87 spriggans
  461 deep elf knights
  4 spriggan berserkers
  476 naga sharpshooters
  Sonja (Lair:5)
  12 fire crabs (shapeshifter)
  29 skysharks (shapeshifter)
  86 salamander mystics
  26 storm dragon zombies
  45 titan skeletons
  74 goliath frogs
  1033 wretched stars
  42 golden dragon zombies
  39 iron trolls (shapeshifter)
  151 iron trolls
  140 spatial maelstroms
  2 spectral spark wasps (Zig:10)
  37 skysharks
  38 storm dragon skeletons
  39 skeletal warriors
  3 goliath frogs (shapeshifter)
  145 sixfirhies
  27 sun moths
  112 sea snakes
  2 spark wasp zombies
  11 quicksilver dragon simulacra
  219 shadow wraiths
  141 pharaoh ants
  188 cherubim
  392 spriggan druids
  508 death drakes
  28 orb spiders (shapeshifter)
  93 glowing orange brains
  12 spriggan simulacra
  20 death drakes (shapeshifter)
  574 swamp dragons
  71 deep trolls
  A kraken simulacrum (Shoals:1)
  24 sea snakes (shapeshifter)
  18 deep trolls (shapeshifter)
  47 bog bodies
  468 orb spiders
  17 glowing orange brains (shapeshifter)
  16 swamp dragons (shapeshifter)
  39 golden dragon skeletons
  216 shadow demons
  237 flayed ghosts
  447 deep elf archers
  21 wizards
  33 obsidian statues
  20 steelbarb worms (shapeshifter)
  17 lindwurms
  78 ironbound convokers
  152 mana vipers
  2 harpies (shapeshifter)
  163 naga ritualists
  257 orc knights
  37 orange crystal statues
  29 lindwurms (shapeshifter)
  A wolf spider zombie (Crypt:2)
  22 sphinx zombies
  150 wolf spiders
  24 tengu zombies
  11 fire giant zombies
  36 shadow dragon zombies
  271 phantasmal warriors
  701 deep elf pyromancers
  56 oklob plants
  1220 starcursed masses
  126 steelbarb worms
  236 harpies
  A broodmother zombie (Crypt:2)
  28 necromancers
  23 mana vipers (shapeshifter)
  314 orc sorcerers
  715 deep elf zephyrmancers
  5 glowing shapeshifters
  34 tengu skeletons
  10 frost giant zombies
  21 cyclopes (shapeshifter)
  4 salamanders (shapeshifter)
  20 shining eyes (shapeshifter)
  281 shining eyes
  24 manticores (shapeshifter)
  46 worldbinders
  31 fauns (shapeshifter)
  32 sphinx skeletons
  24 shadow dragon skeletons
  165 fauns
  29 iron dragon zombies
  26 wolf spiders (shapeshifter)
  183 ugly things
  132 will-o-the-wisps
  A stone giant zombie (Zig:2)
  161 cyclopes
  28 elephants (shapeshifter)
  98 salamanders
  A toenail golem (Zig:27)
  126 manticores
  A centaur zombie (Crypt:3)
  442 moths of wrath
  369 guardian serpents
  155 eyes of devastation
  35 elephants
  44 rust devils
  813 black mambas
  31 iron dragon skeletons
  7 fire giant skeletons
  40 ice statues
  20 water nymphs (shapeshifter)
  18 eyes of devastation (shapeshifter)
  25 moths of wrath (shapeshifter)
  113 vault sentinels
  8 frost giant skeletons
  978 slime creatures
  A stone giant skeleton (Zig:3)
  11 black mambas (shapeshifter)
  606 torpor snails
  74 merfolk sirens
  20 titan simulacra
  10 guardian serpents (shapeshifter)
  12 cane toads (shapeshifter)
  449 naga magi
  132 demonic crawlers
  658 water nymphs
  430 apocalypse crabs
  24 gargoyles
  10 storm dragon simulacra
  573 hellions
  106 orange demons
  29 torpor snails (shapeshifter)
  477 smoke demons
  121 cane toads
  3 rime drakes (shapeshifter)
  4 unseen horrors (shapeshifter)
  111 rime drakes
  57 freezing wraiths
  Psyche (D:8)
  14 yaktaurs (shapeshifter)
  51 efreet
  67 yaktaurs
  14 golden dragon simulacra
  12 komodo dragons (shapeshifter)
  2 kobold demonologists (Crypt:2)
  84 komodo dragons
  24 tengu conjurers
  51 ice devils
  516 tormentors
  4 harpy zombies
  A mana viper zombie (Crypt:3)
  6 spectral glowing shapeshifters
  1388 guardian mummies
  2 purple draconian skeletons
  84 red devils
  8 queen bees (shapeshifter)
  6 trolls (shapeshifter)
  472 merfolk
  32 silent spectres
  23 meliai
  76 wind drakes
  20 merfolk (shapeshifter)
  15 tengu simulacra
  A red draconian skeleton (Crypt:2)
  299 trolls
  370 ancient zymes
  53 bloated husks
  8 tarantellas (shapeshifter)
  67 tyrant leeches
  8 polar bears (shapeshifter)
  9 shadow dragon simulacra
  5 tyrant leeches (shapeshifter)
  47 polar bears
  7 meliai (shapeshifter)
  6 wind drakes (shapeshifter)
  5 hornets (shapeshifter)
  A boulder beetle zombie (Crypt:1)
  1611 hornets
  190 raiju
  58 blink frogs
  2 hydra skeletons (Tomb:2)
  2 harpy skeletons
  14 iron dragon simulacra
  137 hellwings
  115 tarantellas
  5 fire giant simulacra
  9 blink frogs (shapeshifter)
  91 snapping turtles
  A stone giant simulacrum (Zig:1)
  4 raiju (shapeshifter)
  18 sphinx simulacra
  An ettin zombie (Tomb:2)
  A frost giant simulacrum (Zig:10)
  16 snapping turtles (shapeshifter)
  30 dream sheep
  86 culicivoras
  16 culicivoras (shapeshifter)
  12 jumping spiders (shapeshifter)
  34 dream sheep (shapeshifter)
  3 centaur simulacra
  A shapeshifter (Zig:21)
  552 flying skulls
  Sigmund (D:6)
  5 shadows
  20 slime creatures (shapeshifter)
  A draconian simulacrum (Zot:5)
  3 ettin skeletons
  3 small abominations (Abyss:2)
  31 wraiths
  90 jumping spiders
  688 large abominations
  31 vampires
  224 ynoxinuls
  331 water elementals
  199 air elementals
  2 wyverns (shapeshifter)
  97 yaks
  Grum (D:8)
  545 ushabtiu
  12 spriggans (shapeshifter)
  An alligator snapping turtle simulacrum (Shoals:1)
  37 wyverns
  The ghost of 333guts333 the Slasher, an amateur MiGl (D:3)
  34 basilisks
  2 fire bats (shapeshifter)
  A golden eye (shapeshifter) (Zig:19)
  10 yaks (shapeshifter)
  173 chaos spawn
  212 fire elementals
  6 basilisks (shapeshifter)
  7 humans (shapeshifter)
  162 golden eyes
  23 redbacks (shapeshifter)
  20 vampire mosquitoes
  277 neqoxecs
  2 sea snake simulacra (Shoals:1)
  27 steam dragons
  8 hogs (shapeshifter)
  158 redbacks
  4 death yak simulacra (Shoals:1)
  317 nagas
  A warg (shapeshifter) (Zig:25)
  2 nagas (shapeshifter)
  29 swamp worms (shapeshifter)
  6 spatial vortices
  20 glowing shapeshifter zombies
  3 harpy simulacra (Shoals:1)
  An acid dragon (shapeshifter) (Zig:19)
  59 hell hounds
  A demonspawn zombie (Crypt:3)
  26 acid dragons
  257 wargs
  2 water moccasins (shapeshifter)
  137 water moccasins
  43 glowing shapeshifter skeletons
  A deep troll skeleton (Crypt:3)
  20 floating eyes (shapeshifter)
  139 floating eyes
  A faun skeleton (Crypt:3)
  13 black bears
  20 ice beasts
  4 black bears (shapeshifter)
  40 swamp drakes
  1310 orc warriors
  656 ogres
  2 sky beasts (shapeshifter)
  The ghost of cpf86 the Trooper, an amateur HOFi (D:3)
  An ice beast (shapeshifter) (Zig:24)
  A sky beast (D:5)
  A tengu (shapeshifter) (Zig:23)
  3 wolves (shapeshifter)
  2 boggarts (Crypt:2)
  A centaur (shapeshifter) (Zig:24)
  35 wolves
  29 centaurs
  A phantom (D:5)
  Blork the orc (D:5)
  4 kobold brigands
  9 necrophages
  8 bullfrogs
  8 gnoll sergeants
  A cyclops zombie (Crypt:3)
  17 glowing shapeshifter simulacra
  2 bullfrogs (shapeshifter)
  176 earth elementals
  A scorpion (shapeshifter) (Zig:25)
  A human simulacrum (Zig:7)
  A merfolk simulacrum (Shoals:1)
  3 scorpions
  A faun simulacrum (Shoals:1)
  5 wights (D:8)
  A shapeshifter zombie (Crypt:3)
  2 snapping turtle simulacra (Shoals:1)
  5 howler monkeys
  A killer bee (shapeshifter) (Zig:20)
  16 killer bees
  5 manticore simulacra (Shoals:1)
  3 electric eels
  10 crimson imps
  2 hounds
  2 quasits (Abyss:2)
  Crazy Yiuf (D:3)
  2 jellies (shapeshifter)
  19 gnoll boudas
  3 human zombies (Crypt:1)
  204 orc priests
  2 cyclops simulacra (Shoals:1)
  3 iguanas
  10 jellies
  2 iguanas (shapeshifter)
  2 human skeletons (Crypt:1)
  A sleepcap (D:6)
  11 hell rats
  198 orc wizards
  13 lightning spires
  An ice beast zombie (Crypt:3)
  A hound skeleton (Crypt:3)
  2210 mummies
  24 gnolls
  9 adders
  6 shadow imps
  A steam dragon skeleton (Crypt:3)
  A white imp (D:7)
  A worm (D:4)
  2 dart slugs
  80 orcs
  3 bats
  8 endoplasms
  2 giant cockroaches
  6 goblins
  9 hobgoblins
  A quokka (shapeshifter) (Zig:22)
  3 quokkas
  A training dummy (Elf:3)
  7 ball pythons
  A ball python zombie (Crypt:2)
  2 frilled lizards (D:3)
  A frilled lizard skeleton (Crypt:2)
  27 kobolds
  2 rats (D:2)
  34 ball lightnings
  56 briar patches
  53 bushes (Lair:2)
  A butterfly (Zot:4)
  294 fire vortices
  2 fungi (Lair:2)
  A lurking horror (Elf:2)
  3 pillars of salt (Zot:4)
  30 plants
  92 starspawn tentacles
102737 creatures vanquished.

Vanquished Creatures (collateral kills)
  2 pandemonium lords
  A royal mummy (Zig:19)
  A Killer Klown (Zig:8)
  A shard shrike (Zig:26)
  Nikola (Vaults:3)
  A tentacled monstrosity (Zig:15)
  2 Ice Fiends
  A lich (Zig:22)
  3 acid blobs
  A revenant (Zig:22)
  2 frost giants
  3 emperor scorpions
  An iron dragon (Zig:27)
  An angel (Zig:23)
  A ghost moth (Zig:27)
  A very ugly thing (Vaults:5)
  A cacodemon (Zig:26)
  A ghoul (Crypt:3)
  A reaper (Crypt:3)
  A vampire knight (Crypt:3)
  2 apis (Zig:23)
  A wendigo (Zig:11)
  A blizzard demon (Zig:17)
  A mummy priest (Zig:19)
  An entropy weaver (Zig:27)
  A yaktaur captain (Vaults:5)
  A catoblepas (Zig:10)
  A merfolk avatar (Zig:9)
  A naga warrior (Snake:4)
  A death scarab (Zig:19)
  A sun moth (Zig:27)
  A shadow demon (Zig:25)
  3 orb spiders
  A spriggan simulacrum (Zig:20)
  A flayed ghost (Crypt:3)
  2 ugly things
  2 moths of wrath
  A fire giant skeleton (Crypt:1)
  A torpor snail (Zig:10)
  A water nymph (Shoals:1)
  An alligator snapping turtle zombie (Crypt:3)
  2 rime drakes
  A meliai (Zig:27)
  A hellwing (Zig:25)
  A tengu simulacrum (Zig:18)
  A frost giant simulacrum (Zig:10)
  2 slime creatures
  A culicivora (Zig:27)
  A jumping spider (Zig:25)
  2 water elementals (Shoals:4)
  A vampire (Crypt:3)
  A golden eye (Slime:5)
  A naga (Snake:4)
  A warg (shapeshifter) (Zig:22)
  2 ice beasts
  An orc warrior (Zig:17)
  2 glowing shapeshifter simulacra
  6 mummies
80 creatures vanquished.

Vanquished Creatures (others)
  47 pandemonium lords
  The ghost of Haitsiopt the Axe Maniac, a legendary DsGl of Makhleb (Zig:26)
  The ghost of Veodywke the Conqueror, a legendary MiBe of the Shining One (Zig:19)
  The ghost of Giojuova the Slayer, a legendary GnBe of Trog (Zig:20)
  The ghost of grandjackal the Rhythm of Life and Death, a legendary DsGl of Uskayaw (Zig:20)
  The ghost of grandjackal the Rhythm of Life and Death, a legendary DsGl of Uskayaw (Zig:20)
  The ghost of Denobboc the Imperceptible, a legendary OpMo of Jiyva (Zig:20)
  The ghost of frimble the Slayer, a legendary DsFi of Okawaru (Zig:19)
  15 Killer Klowns
  2 curse toes (Zig:20)
  A shard shrike (Zig:20)
  The ghost of Heartburn the Minotaur Barricade, a veteran MiFi of Okawaru (Zig:20)
  A golden dragon (shapeshifter) (Zig:24)
  6 golden dragons
  6 Tzitzimimeh
  2 Ice Fiends
  34 tentacled monstrosities
  A quicksilver dragon (Zig:22)
  An acid blob (Zig:19)
  An acid blob (shapeshifter) (Zig:23)
  An eldritch tentacle (Zig:27)
  The ghost of Viocziel the Brawler, an adept TrMo of Nemelex Xobeh (Zig:26)
  A sphinx (shapeshifter) (Zig:7)
  A tengu reaver (Zig:26)
  2 shadow dragons
  6 revenants (Zig:20)
  6 azure jellies (shapeshifter)
  A draconian scorcher (Zig:27)
  2 draconian knights
  A balrug (Zig:15)
  A demonspawn warmonger (Zig:20)
  2 fire giants (shapeshifter)
  A draconian shifter (Zig:21)
  3 curse skulls (Zig:20)
  A reaper (Zig:26)
  2 demonspawn corrupters
  2 quicksilver oozes (shapeshifter) (Zig:27)
  2 cacodemons (Zig:26)
  7 very ugly things
  2 stone giants (shapeshifter) (Zig:24)
  2 dire elephants (shapeshifter)
  5 demonspawn black suns
  A yellow draconian (Zig:12)
  2 lorocyprocas
  2 green deaths
  12 eidola
  A deep elf death mage (Zig:16)
  A merfolk javelineer (Zig:21)
  5 blizzard demons
  7 shambling mangroves
  3 fire dragons
  3 hydras
  2 caustic shrike simulacra
  3 ghost crabs
  An anaconda (shapeshifter) (Zig:24)
  A juggernaut simulacrum (Zig:26)
  An alligator (Zig:2)
  A spriggan air mage (Zig:19)
  A dancing weapon (Zig:12)
  A satyr (shapeshifter) (Zig:25)
  A naga warrior (Zig:21)
  2 soul eaters (Zig:20)
  A sixfirhy (Zig:20)
  6 death drakes
  A bog body (Zig:12)
  2 shadow demons
  A spriggan simulacrum (Zig:17)
  2 spriggan druids
  A goliath frog (shapeshifter) (Zig:24)
  12 swamp dragons
  A sea snake (shapeshifter) (Zig:23)
  2 lindwurms (shapeshifter)
  An orange crystal statue (Zig:20)
  A swamp dragon (shapeshifter) (Zig:26)
  A phantasmal warrior (Zig:20)
  A wolf spider (shapeshifter) (Zig:23)
  A deep elf pyromancer (Zig:17)
  A mana viper (shapeshifter) (Zig:27)
  A shining eye (shapeshifter) (Zig:27)
  8 ugly things
  4 will-o-the-wisps
  4 moths of wrath (shapeshifter)
  A moth of wrath (Zig:27)
  A torpor snail (Zig:25)
  2 eyes of devastation (shapeshifter)
  23 apocalypse crabs
  A titan simulacrum (Zig:16)
  A hellion (Zig:24)
  A komodo dragon (shapeshifter) (Zig:23)
  A tengu conjurer (WizLab)
  A tormentor (Zig:17)
  A merfolk (shapeshifter) (Zig:24)
  A meliai (shapeshifter) (Zig:24)
  2 bloated husks
  40 hornets
  A sphinx simulacrum (Zig:17)
  2 dream sheep (shapeshifter)
  A raiju (shapeshifter) (Zig:20)
  An iron dragon simulacrum (Zig:22)
  3 air elementals
  3 spriggans
  A ynoxinul (Zig:26)
  A spriggan (shapeshifter) (Zig:24)
  7 water elementals
  10 chaos spawn
  2 basilisks (shapeshifter)
  A neqoxec (Zig:26)
  4 fire elementals
  2 golden eyes (shapeshifter)
  A vampire mosquito (Zig:12)
  2 redbacks (shapeshifter)
  A naga (shapeshifter) (Zig:22)
  A naga (Zig:22)
  7 floating eyes (shapeshifter)
  3 swamp drakes
  A black bear (shapeshifter) (Zig:22)
  41 ball lightnings
  3 briar patches
  2 bushes
  1367 fire vortices
  37 foxfires
  131 fulminant prisms
  50 fungi
  A pillar of salt (Zot:4)
  219 plants
  66 starspawn tentacles
  12 withered plants (D:15)
2340 creatures vanquished.

Grand Total: 105157 creatures vanquished

Notes
Turn   | Place    | Note
-------+----------+-------------------------------------------
     0 | D:1      | PurpleRed the Meteoran Conjurer began the quest for the
                  | Orb.
     0 | D:1      | Reached XP level 1. HP: 14/14 MP: 5/5
   102 | D:1      | Reached skill level 5 in Conjurations
   102 | D:1      | Reached XP level 2. HP: 20/20 MP: 2/7
   327 | D:2      | Learned a level 2 spell: Searing Ray
   340 | D:3      | Reached XP level 3. HP: 26/26 MP: 3/9
   403 | D:3      | Found a runed translucent gate.
   403 | D:3      | Found a runed translucent gate.
   404 | D:3      | Found a runed translucent gate.
   405 | D:3      | Noticed cpf86's ghost (amateur HOFi)
   405 | D:3      | Noticed 333guts333's ghost (amateur MiGl)
   509 | D:3      | Found a faded altar of an unknown god.
   513 | D:3      | Found a sparkling altar of Nemelex Xobeh.
   571 | D:4      | Reached XP level 4. HP: 26/33 MP: 4/11
   618 | D:5      | Entered Level 5 of the Dungeon
   683 | D:5      | Noticed a scorpion
   695 | D:5      | Killed a scorpion
   696 | D:5      | Reached XP level 5. HP: 7/38 MP: 3/13
   701 | D:5      | Learned a level 4 spell: Fulminant Prism
   706 | D:5      | Learned a level 4 spell: Iskenderun's Mystic Blast
   730 | D:5      | Reached skill level 5 in Spellcasting
   763 | D:4      | Noticed a black bear
   770 | D:4      | Reached skill level 1 in Hexes
   770 | D:4      | Reached XP level 6. HP: 37/45 MP: 10/14
   770 | D:4      | Killed a black bear
   874 | D:5      | Reached XP level 7. HP: 13/50 MP: 12/16
  1066 | D:4      | Reached XP level 8. HP: 44/57 MP: 13/18
  1280 | D:5      | Noticed Blork the orc
  1286 | D:5      | Killed Blork the orc
  1493 | D:6      | Found a sacrificial altar of Ru.
  1637 | D:7      | Gained mutation: You passively map the area around you.
                  | [Meteoran growth]
  1637 | D:7      | Reached XP level 9. HP: 62/62 MP: 19/22
  1638 | D:7      | Found a staircase to the Ecumenical Temple.
  1645 | Temple   | Entered the Ecumenical Temple
  1659 | Temple   | Became a worshipper of Vehumet
  1765 | D:6      | Reached skill level 10 in Conjurations
  1820 | D:6      | Noticed Sigmund
  1838 | D:6      | Killed Sigmund
  1939 | D:7      | Found Norucledeosch's Serpentskin Sales.
  1946 | D:7      | Bought 3 curare-tipped darts for 43 gold pieces
  1963 | D:7      | Reached * piety under Vehumet
  1963 | D:7      | Offered knowledge of Shock by Vehumet.
  1964 | D:7      | Reached skill level 10 in Spellcasting
  2065 | D:7      | Found Uphoasm's Magic Scroll Emporium.
  2068 | D:7      | Bought a scroll of fear for 48 gold pieces
  2180 | D:8      | Reached XP level 10. HP: 21/69 MP: 16/25
  2345 | D:9      | Offered knowledge of Kiss of Death by Vehumet.
  2346 | D:9      | Reached ** piety under Vehumet
  2424 | D:10     | Entered Level 10 of the Dungeon
  2594 | D:9      | Offered knowledge of Scorch by Vehumet.
  2606 | D:9      | Learned a level 2 spell: Scorch
  2656 | D:9      | Noticed Gastronok
  2678 | D:9      | HP: 3/70 [acid dragon/splash of acid (27)]
  2683 | D:9      | Reached skill level 1 in Fighting
  2683 | D:9      | Reached skill level 1 in Translocations
  2779 | D:8      | Noticed Psyche
  2783 | D:8      | Killed Psyche
  2784 | D:8      | Reached skill level 1 in Fire Magic
  2784 | D:8      | Reached XP level 11. HP: 77/77 MP: 19/28
  2874 | D:8      | Reached *** piety under Vehumet
  3119 | D:8      | Noticed Grum
  3125 | D:8      | Killed Grum
  3389 | D:11     | Offered knowledge of Hailstorm by Vehumet.
  3390 | D:11     | Reached skill level 5 in Dodging
  3401 | D:11     | Noticed a two-headed ogre
  3409 | D:11     | Killed a two-headed ogre
  3416 | D:11     | Noticed a boulder beetle
  3417 | D:11     | Noticed a manticore
  3513 | D:11     | Killed a boulder beetle
  3514 | D:11     | Reached skill level 5 in Fire Magic
  3561 | D:11     | Noticed a red ugly thing
  3568 | D:11     | Killed a red ugly thing
  3569 | D:11     | Reached skill level 5 in Fighting
  3572 | D:11     | Found a gate leading to a gauntlet.
  3586 | Gauntlet | Entered a Gauntlet
  3586 | Gauntlet | Found a transporter.
  3589 | Gauntlet | Found a transporter.
  3591 | Gauntlet | Found a transporter.
  3597 | Gauntlet | Noticed a catoblepas
  3606 | Gauntlet | Found a transporter.
  3607 | Gauntlet | Found a transporter.
  3611 | Gauntlet | Noticed a wizard
  3615 | Gauntlet | Noticed a wizard
  3620 | Gauntlet | Found the +7 lajatang of Order {silver, rMut}
  3621 | Gauntlet | Found a transporter.
  3631 | Gauntlet | Noticed a balrug
  3632 | Gauntlet | Found a transporter.
  3639 | Gauntlet | Noticed a wolf spider
  3640 | Gauntlet | Noticed an entropy weaver
  3642 | Gauntlet | Found a transporter.
  3646 | Gauntlet | Found a transporter.
  3650 | Gauntlet | Found a transporter.
  3655 | Gauntlet | Found a transporter.
  3676 | Gauntlet | Found a transporter.
  3677 | Gauntlet | Found the +4 robe of Folly {Brill Will-∞ Int+8}
  3677 | Gauntlet | Noticed a ghost crab
  3690 | Gauntlet | Found a transporter.
  3702 | Gauntlet | Found a transporter.
  3979 | Abyss:2  | Found a corrupted altar of Lugonu.
  3979 | Abyss:2  | Cast into level 2 of the Abyss (a wizard)
  4044 | Abyss:2  | Reached XP level 12. HP: 17/94 MP: 19/30
  4091 | Abyss:2  | Noticed a bone dragon
  4099 | Abyss:2  | Noticed a large abomination
  4105 | Abyss:2  | Found a corrupted altar of Lugonu.
  4146 | Abyss:2  | Noticed a glowing orange brain
  4150 | Abyss:2  | Noticed a starcursed mass
  4153 | Abyss:2  | Noticed a cyan very ugly thing
  4199 | Abyss:2  | Noticed a starcursed mass
  4202 | Gauntlet | Escaped the Abyss
  4217 | Gauntlet | Killed a wizard
  4217 | Gauntlet | Killed a wizard
  4217 | Gauntlet | Reached **** piety under Vehumet
  4221 | Gauntlet | Identified the +0 pair of boots of Daisies {Will+ rCorr
                  | Int+3}
  4247 | Gauntlet | Noticed a minotaur
  4260 | Gauntlet | Killed a minotaur
  4261 | Gauntlet | Reached skill level 15 in Spellcasting
  4371 | D:11     | Offered knowledge of Sticky Flame by Vehumet.
  4377 | D:11     | Learned a level 4 spell: Sticky Flame
  4729 | D:10     | Found a hazy altar of Hepliaklqana.
  4786 | D:10     | Found a hide-covered altar of Uskayaw.
  4787 | D:10     | Found a bloodstained altar of Trog.
  5551 | D:8      | Found a staircase to the Lair.
  5560 | Lair:1   | Entered Level 1 of the Lair of Beasts
  5581 | Lair:2   | Reached ***** piety under Vehumet
  5633 | Lair:2   | Found a broken altar of Ashenzari.
  5659 | Lair:2   | Learned a level 6 spell: Iron Shot
  5679 | Lair:2   | Noticed Fannar
  5688 | Lair:2   | Offered knowledge of Airstrike by Vehumet.
  5704 | Lair:2   | Killed Fannar
  5705 | Lair:2   | Reached skill level 1 in Earth Magic
  5705 | Lair:2   | Reached XP level 13. HP: 102/102 MP: 26/34
  5901 | Lair:3   | Noticed a boulder beetle
  5910 | Lair:3   | Killed a boulder beetle
  6205 | Lair:3   | Noticed a catoblepas
  6227 | Lair:3   | Killed a catoblepas
  6238 | Lair:3   | Reached skill level 5 in Earth Magic
  6239 | Lair:3   | Found a staircase to the Snake Pit.
  6406 | Lair:5   | Entered Level 5 of the Lair of Beasts
  6407 | Lair:5   | Noticed a seven-headed hydra
  6409 | Lair:5   | Killed a seven-headed hydra
  6473 | Lair:3   | Reached XP level 14. HP: 57/116 MP: 18/35
  6483 | Lair:4   | Found a staircase to the Slime Pits.
  6485 | Lair:4   | Found a viscous altar of Jiyva.
  6608 | Lair:3   | Found a staircase to the Shoals.
  6790 | Lair:5   | Noticed Sonja
  6803 | Lair:5   | Reached skill level 15 in Conjurations
  6805 | Lair:5   | Killed Sonja
  6806 | Lair:5   | Reached skill level 10 in Fire Magic
  6874 | Lair:5   | Offered knowledge of Flame Wave by Vehumet.
  6978 | Lair:5   | Reached skill level 10 in Fighting
  7158 | Lair:5   | Reached skill level 1 in Armour
  7201 | Lair:5   | Reached XP level 15. HP: 93/126 MP: 16/36
  7492 | Lair:5   | Noticed Rupert
  7503 | Lair:5   | Killed Rupert
  7549 | Lair:4   | Found the amulet of the Air {Inacc Air Fly rElec RMsl}
  7764 | D:12     | Learned a level 6 spell: Starburst
  7774 | D:12     | Found a staircase to the Orcish Mines.
  7794 | Orc:1    | Entered Level 1 of the Orcish Mines
  8019 | Orc:2    | Entered Level 2 of the Orcish Mines
  8041 | Orc:2    | Noticed Donald
  8047 | Orc:2    | Killed Donald
  8092 | Orc:1    | Offered knowledge of Fireball by Vehumet.
  8100 | Orc:1    | Learned a level 5 spell: Fireball
  8148 | Orc:2    | Noticed Urug
  8153 | Orc:2    | Killed Urug
  8154 | Orc:2    | Reached skill level 1 in Staves
  8221 | Orc:2    | Found a staircase to the Elven Halls.
  8233 | Orc:2    | Found a runed translucent gate.
  8234 | Orc:2    | Found a runed translucent gate.
  8235 | Orc:2    | Found a runed translucent gate.
  8236 | Orc:2    | Noticed esran's ghost (journeyman TrFi)
  8384 | Orc:2    | Reached ****** piety under Vehumet
  8389 | Orc:2    | Found Jourieh's Magic Scroll Boutique.
  8389 | Orc:2    | Found Nolust's Antique Armour Shop.
  8389 | Orc:2    | Found Ucoeppipn's Magic Scroll Shop.
  8393 | Orc:2    | Found Fesiomno's Distillery.
  8396 | Orc:2    | Bought a scroll of blinking for 105 gold pieces
  8396 | Orc:2    | Bought a scroll of identify for 28 gold pieces
  8400 | Orc:2    | Bought a potion of degeneration for 18 gold pieces
  8400 | Orc:2    | Bought a potion of berserk rage for 90 gold pieces
  8402 | Orc:2    | Bought 2 scrolls of teleportation for 84 gold pieces
  8404 | Orc:2    | Bought 3 scrolls of enchant armour for 315 gold pieces
  8406 | Orc:2    | Bought a scroll of acquirement for 832 gold pieces
  8406 | Orc:2    | Acquired a staff of conjuration
  8476 | Elf:1    | Entered Level 1 of the Elven Halls
  8480 | Elf:1    | Reached XP level 16. HP: 119/134 MP: 31/37
  8483 | Elf:1    | Reached skill level 5 in Staves
  8613 | Elf:2    | Offered knowledge of Yara's Violent Unravelling by Vehumet.
  8634 | Elf:2    | Paralysed by an air elemental for 1 turns
  8656 | Elf:2    | Found a transporter.
  8657 | Elf:2    | Noticed a deep elf blademaster
  8740 | Elf:2    | Noticed a hellephant
  8836 | Elf:2    | Found a transporter.
  8844 | Elf:2    | Noticed a tentacled starspawn
  8847 | Elf:2    | Found a one-way gate to the infinite horrors of the Abyss.
  8847 | Elf:2    | Noticed PurpleRed's ghost (adept GnAr)
  8910 | Elf:3    | Entered Level 3 of the Elven Halls
  8912 | Elf:3    | Identified the +3 ring mail "Ykiadere" {-Tele Will+++}
  9087 | Elf:3    | Reached XP level 17. HP: 83/140 MP: 28/40
  9249 | Elf:3    | Noticed a deep elf blademaster
  9252 | Elf:3    | Reached skill level 15 in Fire Magic
  9253 | Elf:3    | Killed a deep elf blademaster
  9254 | Elf:3    | Noticed a deep elf blademaster
  9257 | Elf:3    | Killed a deep elf blademaster
  9326 | Elf:3    | Offered knowledge of Freezing Cloud by Vehumet.
  9329 | Elf:3    | Noticed a deep elf master archer
  9387 | Elf:3    | Noticed a deep elf master archer
  9447 | Elf:3    | Learned a level 5 spell: Freezing Cloud
  9576 | Elf:3    | Noticed a deep elf master archer
  9579 | Elf:3    | Killed a deep elf master archer
  9595 | Elf:3    | Gained mutation: You passively map a large area around you.
                  | [Meteoran growth]
  9595 | Elf:3    | Reached XP level 18. HP: 37/148 MP: 33/42
  9711 | Elf:3    | Identified the ring of Ifrunk {rC+ Will++ Str+3 Dex-2 SInv}
  9713 | Elf:3    | Identified the +0 plate armour of the Sailor {Will- Int+2
                  | Stlth+}
  9720 | Elf:3    | Killed a deep elf master archer
  9798 | Elf:3    | Got the Cyclopedia of the Overcast Gargoyle
  9866 | Elf:3    | Got the Directory of the Glacier
  9867 | Elf:3    | Identified the +1 hand axe "Itzece Gole" {flame, rElec
                  | rPois rCorr Int-2}
  9874 | Elf:3    | Identified the staff of death "Qarorool" {rElec rN+ Dex+4}
  9875 | Elf:3    | Identified the staff of death "Jomur" {rF+ rN+ Will+ rCorr}
  9882 | Elf:3    | Identified the ring of the Falcon {MP+9 Str+2}
 10153 | D:12     | Found a runed translucent door.
 10159 | D:12     | Found a runed translucent door.
 10178 | D:12     | Noticed a lich
 10179 | D:12     | Noticed aor's ghost (journeyman MiFi)
 10206 | D:12     | Killed aor's ghost
 10208 | D:12     | Killed a lich
 10244 | D:12     | Identified the ring "Hyemuj" {Ice Drain Str+2 Dex+2}
 10312 | D:13     | Found Uvuorriq's Jewellery Boutique.
 10383 | D:13     | Offered knowledge of Iskenderun's Battlesphere by Vehumet.
 10483 | D:13     | Acquired the ring "Zedwith" {rPois rF+ rN+}
 10733 | D:14     | Reached skill level 10 in Staves
 10819 | D:14     | Found a gate to the Vaults.
 10893 | D:15     | Entered Level 15 of the Dungeon
 10909 | D:15     | Reached XP level 19. HP: 154/154 MP: 38/44
 11134 | D:15     | Found a staircase to the Depths.
 11387 | Snake:1  | Entered Level 1 of the Snake Pit
 11478 | Snake:3  | Found Illuf's Book Boutique.
 11479 | Snake:3  | Found Orem's Jewellery Shoppe.
 11482 | Snake:3  | Found Fassium's Book Boutique.
 11501 | Snake:3  | Bought the Unrestrained Analects for 460 gold pieces
 11510 | Snake:3  | Learned a level 8 spell: Ignition
 11587 | Snake:3  | Offered knowledge of Maxwell's Capacitive Coupling by
                  | Vehumet.
 11606 | Snake:3  | Found Caxixoen's Weapon Shop.
 11663 | Snake:4  | Entered Level 4 of the Snake Pit
 11775 | Snake:4  | Found a frozen archway.
 11781 | IceCv    | Entered an ice cave
 11877 | IceCv    | Found the +4 skin of Zhor {*Englaciate rC+++ SInv}
 12095 | IceCv    | Identified the +2 helmet of Rorogh {+Inv Int+3 SInv}
 12156 | Snake:4  | Reached XP level 20. HP: 161/161 MP: 43/46
 12187 | Snake:4  | Offered knowledge of Fire Storm by Vehumet.
 12187 | Snake:4  | Offered knowledge of Shatter by Vehumet.
 12187 | Snake:4  | Offered knowledge of Chain Lightning by Vehumet.
 12210 | Snake:4  | Learned a level 9 spell: Fire Storm
 12341 | Snake:4  | Noticed Agnes
 12342 | Snake:4  | Killed Agnes
 12553 | Snake:4  | Noticed Vashnia
 12557 | Snake:4  | Killed Vashnia
 12668 | Snake:4  | Got a serpentine rune of Zot
 12821 | Shoals:1 | Entered Level 1 of the Shoals
 12882 | Shoals:2 | Reached XP level 21. HP: 168/168 MP: 25/48
 12915 | Shoals:2 | Found Uschicuo's Magic Scroll Shop.
 12924 | Shoals:2 | Bought a scroll of magic mapping for 82 gold pieces
 12924 | Shoals:2 | Bought a scroll of magic mapping for 82 gold pieces
 12924 | Shoals:2 | Bought a scroll of amnesia for 44 gold pieces
 12924 | Shoals:2 | Bought a scroll of teleportation for 33 gold pieces
 13082 | Shoals:4 | Entered Level 4 of the Shoals
 13283 | Shoals:4 | Noticed Polyphemus
 13286 | Shoals:4 | Killed Polyphemus
 13310 | Shoals:4 | Reached XP level 22. HP: 176/176 MP: 36/50
 13368 | Shoals:4 | Got a barnacled rune of Zot
 13373 | Shoals:4 | Identified the +6 spear "Boriroto" {flame, *Slow rElec
                  | rC++}
 13517 | Shoals:4 | Paralysed by an air elemental for 1 turns
 13653 | Shoals:4 | Found a stormy altar of Qazlal.
 13812 | Shoals:1 | Found Wiguf's Jewellery Boutique.
 13822 | Shoals:1 | Bought the ring "Tank" {rPois rF+ MP+9 Int+6 Stlth+} for
                  | 916 gold pieces
 13888 | Lair:3   | Noticed Josephine
 13889 | Lair:3   | Killed Josephine
 13933 | Slime:1  | Entered Level 1 of the Pits of Slime
 13979 | Slime:3  | Reached skill level 5 in Air Magic
 14021 | Slime:5  | Entered Level 5 of the Pits of Slime
 14095 | Slime:5  | Reached skill level 10 in Air Magic
 14143 | Slime:5  | Found a viscous altar of Jiyva.
 14147 | Slime:5  | Found the +10 tower shield of Ignorance {rN+ Int-4}
 14171 | Slime:5  | Noticed the Royal Jelly
 14175 | Slime:5  | Killed the Royal Jelly
 14176 | Slime:5  | Reached XP level 23. HP: 181/181 MP: 46/51
 14203 | Slime:5  | Identified the ring of Mubbei {+Blink Will+ Dex+5}
 14236 | Slime:5  | Identified the +4 scale mail "Lahoy" {+Inv Will+}
 14241 | Slime:5  | Identified the staff of cold "Gaurph" {+Blink rElec rF+++
                  | rC+ Int-5}
 14284 | Slime:5  | Identified the +3 sling of the Enchanting Hawk {drain,
                  | Int+2}
 14286 | Slime:5  | Got a slimy rune of Zot
 14573 | Vaults:1 | Entered Level 1 of the Vaults
 14942 | Vaults:2 | You fall into a shaft and drop 1 floor!
 15006 | Vaults:3 | Noticed Nikola
 15008 | Vaults:3 | Killed Nikola
 15079 | Vaults:3 | Found Cyrchunue's Antique Weapon Emporium.
 15139 | Vaults:3 | Identified the +1 leather armour "Jorevosank" {rF+ Regen+
                  | Str+3 Slay+3}
 15175 | Vaults:3 | Found a magical portal.
 15185 | WizLab   | Entered Iskenderun's Mystic Tower
 15393 | WizLab   | Got Iskenderun's Directory of Striking
 15393 | WizLab   | Got Iskenderun's Almanac of the Volley
 15405 | WizLab   | Got the Discourse on Graupel and Zombies
 15507 | Vaults:3 | Learned a level 9 spell: Chain Lightning
 15537 | Vaults:3 | Reached skill level 10 in Dodging
 15674 | Vaults:5 | Entered Level 5 of the Vaults
 15676 | Vaults:5 | Reached XP level 24. HP: 195/195 MP: 51/51
 15686 | Vaults:5 | Noticed a golden dragon
 15689 | Vaults:5 | Killed a golden dragon
 15726 | Vaults:5 | Noticed a dread lich
 15727 | Vaults:5 | Killed a dread lich
 15792 | Vaults:5 | Got Cegg's Volume of the Winter
 15794 | Vaults:5 | Identified the ring of Vekhleip {*Slow rF- rCorr MP+9
                  | Str+3}
 15919 | Vaults:5 | Got the Treatise on Shocking Concussion
 16005 | Vaults:5 | Reached XP level 25. HP: 154/202 MP: 51/51
 16005 | Vaults:5 | Killed a golden dragon
 16073 | Vaults:5 | Identified the +4 great mace "Vennu Bif" {flame, rElec rF+
                  | Int-4}
 16097 | Vaults:5 | Identified the staff of cold "Fihout" {*Slow rC+ rN++
                  | Str+2}
 16108 | Vaults:5 | Identified the +1 plate armour of the Moneychanger {Harm
                  | rF+ Will+}
 16121 | Vaults:5 | Identified the +5 glaive of the Fox {pain, +Blink rF+}
 16242 | Vaults:5 | Noticed a golden dragon
 16245 | Vaults:5 | Killed a golden dragon
 16319 | Vaults:5 | Got a silver rune of Zot
 16331 | Vaults:5 | Found the +1 cloak of Starlight {*Dazzle EV+4 Stlth--}
 16338 | Vaults:5 | Identified the -1 pair of gloves "Nyodghen" {rElec Will+
                  | Str+3}
 16455 | Vaults:5 | Identified the +2 halberd of the Valley {antimagic, rElec}
 16458 | Vaults:5 | Identified the +1 robe "Fuuphef" {Stlth+}
 16459 | Vaults:5 | Identified the +1 cloak of the Rose {+Inv}
 16702 | Vaults:3 | Found a staircase to the Crypt.
 16708 | Crypt:1  | Entered Level 1 of the Crypt
 16936 | Crypt:2  | Found a large runed translucent door.
 16937 | Crypt:2  | Found a large runed translucent door.
 16939 | Crypt:2  | Noticed Houmnergh's ghost (master GnTm)
 16949 | Crypt:2  | Killed Houmnergh's ghost
 16959 | Crypt:2  | Learned a level 2 spell: Sublimation of Blood
 16975 | Crypt:2  | Reached XP level 26. HP: 203/210 MP: 51/51
 16980 | Crypt:3  | Entered Level 3 of the Crypt
 17060 | Crypt:3  | Reached skill level 1 in Shields
 17233 | Crypt:3  | Identified the ring "Daxtitopsu" {Str-2 Int+4 Dex+9 SInv}
 17238 | Crypt:3  | Identified the staff of earth "Urakayri" {rF+ rC- Dex+6}
 17259 | Crypt:3  | Identified the amulet "Dakinoxu" {Reflect Will+ SH+5}
 17268 | Crypt:3  | Reached skill level 5 in Armour
 17271 | Crypt:3  | Noticed Jory
 17274 | Crypt:3  | Killed Jory
 17284 | Crypt:3  | Reached skill level 5 in Shields
 17290 | Crypt:3  | Identified the +1 dagger of Makhleb's Whim {freeze, *Rage
                  | rElec Str+3} (You took it off a vampire on level 3 of the
                  | Crypt)
 17568 | Crypt:3  | Found a staircase to the Tomb.
 18338 | Depths:1 | Entered Level 1 of the Depths
 18348 | Depths:1 | Reached XP level 27. HP: 218/218 MP: 44/51
 18351 | Depths:1 | Found Hulyt's Assorted Antiques.
 18363 | Depths:1 | Bought a potion of heal wounds for 220 gold pieces
 18363 | Depths:1 | Bought a scroll of fog for 176 gold pieces
 18372 | Depths:1 | Found Tadaat's Jewellery Shoppe.
 18414 | Depths:1 | Found Ismi's General Store.
 18419 | Depths:1 | Bought a potion of haste for 110 gold pieces
 18439 | Depths:1 | Found Zenyot Dueq's Book Emporium.
 18439 | Depths:1 | Found a gateway to Hell.
 18460 | Depths:1 | Found Enwoypem's Armour Shop.
 18512 | Depths:1 | Reached skill level 10 in Earth Magic
 18597 | Depths:2 | Noticed a juggernaut
 18600 | Depths:2 | Killed a juggernaut
 18883 | Depths:2 | Found Xaekil Weacu's Book Boutique.
 18890 | Depths:2 | Bought a manual of Long Blades for 1600 gold pieces
 18911 | Depths:2 | Reached skill level 10 in Shields
 18917 | Depths:2 | Identified the +6 longbow of Fixation {drain, rN+ Stlth+}
 18919 | Depths:2 | Identified the +1 chain mail of the Equator {Dex+3 Slay+3}
 18998 | Depths:2 | Found a one-way gate leading to the halls of Pandemonium.
 19138 | Depths:3 | Noticed Parghit
 19141 | Depths:3 | Killed Parghit
 19158 | Depths:3 | Found a one-way gateway to a ziggurat.
 19173 | Depths:3 | Found a broken altar of Ashenzari.
 19230 | Depths:4 | Entered Level 4 of the Depths
 19300 | Depths:4 | Noticed a caustic shrike
 19303 | Depths:4 | Noticed a caustic shrike
 19304 | Depths:4 | Noticed a caustic shrike
 19305 | Depths:4 | Killed a caustic shrike
 19305 | Depths:4 | Noticed a caustic shrike
 19306 | Depths:4 | Killed a caustic shrike
 19306 | Depths:4 | Killed a caustic shrike
 19307 | Depths:4 | Killed a caustic shrike
 19308 | Depths:4 | Noticed a caustic shrike
 19310 | Depths:4 | Killed a caustic shrike
 19547 | Zig:1    | Entered Level 1 of a ziggurat
 19562 | Zig:2    | Entered Level 2 of a ziggurat
 19563 | Zig:2    | Noticed a royal mummy
 19567 | Zig:2    | Killed a royal mummy
 19580 | Zig:2    | Learned a level 6 spell: Statue Form
 19759 | Zig:3    | Entered Level 3 of a ziggurat
 19783 | Zig:4    | Entered Level 4 of a ziggurat
 19786 | Zig:4    | Paralysed by an air elemental for 1 turns
 19804 | Zig:5    | Entered Level 5 of a ziggurat
 19829 | Zig:5    | Identified the +0 spear of the Egg {flame, Str+4 Int+3}
 19830 | Zig:5    | Identified the +0 sling "Byneduc" {drain, Will+ rCorr
                  | Str+3}
 19836 | Zig:6    | Entered Level 6 of a ziggurat
 19839 | Zig:6    | Reached skill level 10 in Armour
 19882 | Zig:7    | Entered Level 7 of a ziggurat
 19886 | Zig:7    | Noticed Nuusip the pandemonium lord
 19891 | Zig:7    | Killed Nuusip the pandemonium lord
 19937 | Zig:8    | Entered Level 8 of a ziggurat
 19942 | Zig:8    | Noticed a Killer Klown
 19943 | Zig:8    | Noticed a Killer Klown
 19945 | Zig:8    | Killed a Killer Klown
 19947 | Zig:8    | Killed a Killer Klown
 19955 | Zig:8    | Reached skill level 15 in Fighting
 19955 | Zig:8    | Reached skill level 15 in Earth Magic
 19969 | Zig:8    | Identified the +5 longbow of the Mauling Gods {speed, rN+}
 19971 | Zig:8    | Identified the +7 sling of Res Nullius {freeze, rN+ rCorr}
 19972 | Zig:8    | Identified the ring of Juyfeihaus {Drain rN+ rCorr Int-3
                  | Slay+6}
 19998 | Zig:9    | Entered Level 9 of a ziggurat
 20066 | Zig:9    | Acquired the +3 pair of mountain boots {steadfast, rC+}
 20066 | Zig:9    | Found the +3 pair of mountain boots {steadfast, rC+}
 20094 | Zig:10   | Entered Level 10 of a ziggurat
 20100 | Zig:10   | Noticed a caustic shrike
 20100 | Zig:10   | Noticed a caustic shrike
 20101 | Zig:10   | Killed a caustic shrike
 20103 | Zig:10   | Killed a caustic shrike
 20122 | Zig:10   | Identified the +5 rapier "Nohefox" {freeze, rC+ Dex+4}
 20133 | Zig:10   | Identified the ring "Suzinem" {rF++ Will+ MP+9 Int-3}
 20149 | Zig:10   | Identified the +2 hand axe "Lutypops" {pain, rElec rF-
                  | SInv}
 20154 | Zig:11   | Entered Level 11 of a ziggurat
 20166 | Zig:11   | Noticed Gioviqes the pandemonium lord
 20169 | Zig:11   | Reached skill level 15 in Shields
 20174 | Zig:11   | Killed Gioviqes the pandemonium lord
 20202 | Zig:11   | Identified the +6 acid dragon scales of the Everdark {rCorr
                  | Str+3 Int+2 Slay+3 Stlth+}
 20207 | Zig:11   | Got the Encyclopedia of Anaesthesia
 20358 | Zig:12   | Entered Level 12 of a ziggurat
 20398 | Zig:12   | Identified the amulet "Voket" {Reflect Harm *Slow rN+ Str+2
                  | SH+5}
 20402 | Zig:12   | Identified the staff of conjuration "Goaqo" {rPois Int+3
                  | Dex+2}
 20418 | Zig:13   | Entered Level 13 of a ziggurat
 20478 | Zig:13   | Identified the amulet "Nomi" {RegenMP Int-3 Dex+2 SInv}
 20492 | Zig:13   | Identified the ring of Icremp {Wiz rF+ Str+3}
 20508 | Zig:13   | Identified the staff of cold "Yzeb" {rF+ rC+ rCorr}
 20521 | Zig:14   | Entered Level 14 of a ziggurat
 20535 | Zig:14   | Found the +18 shield of the Gong {Loud rN+ Will+ rCorr
                  | EV-5}
 20585 | Zig:14   | Got Sif Muna's Secrets of Ectoplasm and Poison
 20595 | Zig:14   | Identified the staff of poison "Qiolifi" {rPois Int+3}
 20596 | Zig:14   | Identified the amulet of Doefi {Reflect rElec Str+2 Dex-5
                  | SH+5}
 20636 | Zig:15   | Entered Level 15 of a ziggurat
 20652 | Zig:15   | Noticed a shard shrike
 20653 | Zig:15   | Killed a shard shrike
 20653 | Zig:15   | Killed a shard shrike
 20653 | Zig:15   | Killed a shard shrike
 20653 | Zig:15   | Killed a shard shrike
 20672 | Zig:15   | Reached skill level 5 in Necromancy
 20690 | Zig:15   | Identified the staff of poison "Houpuid" {rPois Str+4}
 20695 | Zig:15   | Got Xatzysos's Directory of the Topological Fifth Circle
 20719 | Zig:15   | Learned a level 8 spell: Necromutation
 20782 | Zig:16   | Entered Level 16 of a ziggurat
 20824 | Zig:16   | Identified the +0 great sword "Xasykkid" {elec, rC+ Stlth+}
 20831 | Zig:16   | Identified the staff of fire "Sedup" {rF+ rCorr Int+2
                  | Dex-2}
 20835 | Zig:16   | Identified the ring "Fiecek" {rF+ rN+ MP+9 Str+4}
 20846 | Zig:16   | Got the Elucidation of Beguiling
 20871 | Zig:17   | Entered Level 17 of a ziggurat
 20899 | Zig:17   | Noticed a juggernaut
 20899 | Zig:17   | Noticed a juggernaut
 20900 | Zig:17   | Killed a juggernaut
 20902 | Zig:17   | Killed a juggernaut
 20930 | Zig:17   | Identified the staff of cold "Waju" {rPois rF+ rC+}
 20943 | Zig:17   | Identified the +1 dire flail of Plague {heavy, rPois}
 20950 | Zig:17   | Reached skill level 10 in Transmutations
 20958 | Zig:18   | Entered Level 18 of a ziggurat
 20971 | Zig:18   | Noticed a shard shrike
 20971 | Zig:18   | Noticed a shard shrike
 20973 | Zig:18   | Reached skill level 10 in Necromancy
 20975 | Zig:18   | Killed a shard shrike
 20975 | Zig:18   | Killed a shard shrike
 20995 | Zig:18   | Got the Guide on Hindering Grit
 20996 | Zig:18   | Identified the ring "Dukkuc" {rPois rC+ MP-9 Int+2 SInv}
 20997 | Zig:18   | Identified the +4 battleaxe "Hiahy" {heavy, rElec rF++ SInv
                  | Stlth-}
 20998 | Zig:18   | Identified the +10 scimitar "X" {spect, rPois rF- rC+ rN+}
 21006 | Zig:18   | Identified the ring of Lenwenki {Will+ Int+3 SInv}
 21009 | Zig:18   | Identified the staff of earth "Atiuk" {rC+ Str+3 Dex+4
                  | Stlth-}
 21012 | Zig:18   | Identified the staff of air "Acitzilu" {rElec Will+ Str+7}
 21036 | Zig:19   | Entered Level 19 of a ziggurat
 21046 | Zig:19   | Noticed a royal mummy
 21050 | Zig:19   | Killed a royal mummy
 21051 | Zig:19   | Noticed a royal mummy
 21052 | Zig:19   | Noticed a royal mummy
 21053 | Zig:19   | Killed a royal mummy
 21054 | Zig:19   | Killed a royal mummy
 21056 | Zig:19   | Noticed a royal mummy
 21058 | Zig:19   | Killed a royal mummy
 21078 | Zig:19   | Found the +3 warlock's mirror {omnireflect}
 21085 | Zig:19   | Identified the +8 quarterstaff of the Bear {venom, rPois
                  | rCorr}
 21095 | Zig:19   | Got the Papyrus of Ice and the Commander
 21118 | Zig:19   | Identified the staff of poison "Raoliqyl" {rPois Dex+4}
 21127 | Zig:19   | Got the Parchment of the Sun and the Fault
 21131 | Zig:20   | Entered Level 20 of a ziggurat
 21227 | Zig:20   | Identified the ring of Veupruup {rC- rN+ Dex+3 Slay+5}
 21229 | Zig:20   | Identified the +11 rapier of Gozag {venom, Dex+7}
 21231 | Zig:20   | Reached skill level 15 in Transmutations
 21254 | Zig:21   | Entered Level 21 of a ziggurat
 21269 | Zig:21   | Noticed Veodywke's ghost (legendary MiBe)
 21270 | Zig:21   | Noticed Ebassic's ghost (veteran GrFi)
 21272 | Zig:21   | Noticed Becvyf's ghost (legendary GnFi)
 21272 | Zig:21   | Noticed Zoplarin's ghost (legendary BaSk)
 21273 | Zig:21   | Noticed Hewasun's ghost (legendary MiBe)
 21274 | Zig:21   | Killed Becvyf's ghost
 21274 | Zig:21   | Noticed MrChinwatt's ghost (legendary DsWn)
 21275 | Zig:21   | Noticed Ucrups's ghost (legendary MiFi)
 21277 | Zig:21   | Killed Ebassic's ghost
 21277 | Zig:21   | Killed MrChinwatt's ghost
 21278 | Zig:21   | Killed Zoplarin's ghost
 21278 | Zig:21   | Noticed meatyocre's ghost (veteran TrFi)
 21279 | Zig:21   | Killed Hewasun's ghost
 21281 | Zig:21   | Killed Veodywke's ghost
 21282 | Zig:21   | Reached skill level 15 in Necromancy
 21282 | Zig:21   | Noticed PurpleRed's ghost (legendary MeCj)
 21283 | Zig:21   | Killed Ucrups's ghost
 21283 | Zig:21   | Noticed a curse toe
 21284 | Zig:21   | Killed meatyocre's ghost
 21284 | Zig:21   | Noticed Qatinlae's ghost (veteran DEFE)
 21285 | Zig:21   | Killed a curse toe
 21285 | Zig:21   | Killed Qatinlae's ghost
 21285 | Zig:21   | Noticed thechecker02's ghost (master DDFi)
 21287 | Zig:21   | Killed PurpleRed's ghost
 21289 | Zig:21   | Killed thechecker02's ghost
 21323 | Zig:21   | Got the Volume of Telluric Combustion
 21324 | Zig:21   | Identified the +1 leather armour "Ulitek" {Int+3}
 21334 | Zig:21   | Identified the +2 pair of boots of the Beekeeper {rPois}
 21336 | Zig:21   | Identified the ring of the Traitor {Contam Fly rElec
                  | Stlth+}
 21344 | Zig:21   | Identified the staff of fire "Extarodo" {rF+ Str+6}
 21346 | Zig:21   | Identified the +1 dagger of Corruption {drain, Str+4 Int+3}
 21354 | Zig:21   | Identified the staff of conjuration "Mavoecvy" {Drain rPois
                  | MP+9 Dex+5}
 21380 | Zig:21   | Learned a level 9 spell: Shatter
 21382 | Zig:22   | Entered Level 22 of a ziggurat
 21437 | Zig:22   | Found the +8 storm bow {elec, penet}
 21448 | Zig:22   | Found the +3 hat of Pondering {ponderous, Will+ MP+10
                  | Int+5}
 21455 | Zig:22   | Identified the +9 glaive of Evolution {freeze, Str+3 Dex+2}
 21468 | Zig:22   | Identified the staff of poison "Haxywat" {rPois rC++
                  | Stlth-}
 21498 | Zig:22   | Identified the staff of conjuration "Nigroatz" {rPois rF+++
                  | Str-2 Dex+5}
 21510 | Zig:22   | Identified the amulet "Sebbaw" {Acrobat -Cast +Inv rPois
                  | Str+6}
 21541 | Zig:23   | Entered Level 23 of a ziggurat
 21656 | Zig:23   | Identified the +0 robe of Trial and Error {rPois rF+}
 21703 | Zig:23   | Identified the staff of air "Koanedegg" {Drain rElec rPois
                  | rC+ Dex+5}
 21720 | Zig:24   | Entered Level 24 of a ziggurat
 21735 | Zig:24   | Noticed a caustic shrike
 21737 | Zig:24   | Reached skill level 1 in Long Blades
 21737 | Zig:24   | Noticed a caustic shrike
 21738 | Zig:24   | Killed a caustic shrike
 21738 | Zig:24   | Noticed a caustic shrike
 21740 | Zig:24   | Killed a caustic shrike
 21740 | Zig:24   | Killed a caustic shrike
 21742 | Zig:24   | Noticed a caustic shrike
 21743 | Zig:24   | Reached skill level 5 in Long Blades
 21743 | Zig:24   | Noticed a caustic shrike
 21745 | Zig:24   | Killed a caustic shrike
 21745 | Zig:24   | Killed a caustic shrike
 21782 | Zig:24   | Noticed an ancient lich
 21786 | Zig:24   | Killed an ancient lich
 21848 | Zig:24   | Got Xabiaw's Tome of Combustion and Nephomancy
 21853 | Zig:24   | Identified the +4 robe "Beutam" {rC- rCorr Dex+4}
 21878 | Zig:25   | Entered Level 25 of a ziggurat
 21894 | Zig:25   | Reached skill level 10 in Long Blades
 21958 | Zig:25   | Identified the +8 sling "Onkica" {antimagic, Int+3}
 21961 | Zig:25   | Identified the amulet "Sonuyjyph" {Regen+ rCorr Dex+3}
 22006 | Zig:25   | Identified the +10 dire flail "Goblinslayer" {elec, Will+
                  | rCorr}
 22007 | Zig:25   | Identified the +2 pair of gloves "Forget-Me-Not" {Will+
                  | Int+2}
 22026 | Zig:25   | Got the Lessons on Earthen Evolution
 22030 | Zig:25   | Acquired 787 gold pieces
 22037 | Zig:26   | Entered Level 26 of a ziggurat
 22051 | Zig:26   | Noticed a royal mummy
 22054 | Zig:26   | Noticed a royal mummy
 22055 | Zig:26   | Killed a royal mummy
 22058 | Zig:26   | Noticed a royal mummy
 22059 | Zig:26   | Killed a royal mummy
 22060 | Zig:26   | Reached skill level 15 in Long Blades
 22060 | Zig:26   | Noticed a royal mummy
 22060 | Zig:26   | Noticed a royal mummy
 22062 | Zig:26   | Killed a royal mummy
 22062 | Zig:26   | Killed a royal mummy
 22062 | Zig:26   | Killed a royal mummy
 22063 | Zig:26   | Noticed a royal mummy
 22063 | Zig:26   | Noticed a royal mummy
 22064 | Zig:26   | Noticed a royal mummy
 22064 | Zig:26   | Noticed a royal mummy
 22065 | Zig:26   | Killed a royal mummy
 22065 | Zig:26   | Noticed a royal mummy
 22065 | Zig:26   | Noticed a royal mummy
 22066 | Zig:26   | Killed a royal mummy
 22067 | Zig:26   | Killed a royal mummy
 22067 | Zig:26   | Killed a royal mummy
 22067 | Zig:26   | Killed a royal mummy
 22067 | Zig:26   | Noticed a royal mummy
 22068 | Zig:26   | Killed a royal mummy
 22068 | Zig:26   | Noticed a royal mummy
 22069 | Zig:26   | Noticed a royal mummy
 22070 | Zig:26   | Killed a royal mummy
 22070 | Zig:26   | Noticed a royal mummy
 22071 | Zig:26   | Noticed a royal mummy
 22071 | Zig:26   | Noticed a royal mummy
 22072 | Zig:26   | Killed a royal mummy
 22072 | Zig:26   | Noticed a royal mummy
 22073 | Zig:26   | Killed a royal mummy
 22073 | Zig:26   | Killed a royal mummy
 22073 | Zig:26   | Killed a royal mummy
 22073 | Zig:26   | Noticed a royal mummy
 22074 | Zig:26   | Killed a royal mummy
 22075 | Zig:26   | Killed a royal mummy
 22076 | Zig:26   | Killed a royal mummy
 22118 | Zig:26   | Identified the staff of cold "Uhyekket" {rElec rC+ Str+3}
 22122 | Zig:26   | Identified the +6 chain mail of Good Intentions {Drain
                  | Str+4}
 22127 | Zig:26   | Identified the +2 ring mail of the Valley of Death {Int+3}
 22142 | Zig:26   | Identified the +6 flail of Valiance {drain, Dex+2 Stlth+}
 22143 | Zig:26   | Identified the staff of cold "Xutizood" {rF+ rC+ Will+
                  | Str+4 Dex+4}
 22157 | Zig:27   | Entered Level 27 of a ziggurat
 22167 | Zig:27   | Noticed a caustic shrike
 22168 | Zig:27   | Noticed a caustic shrike
 22170 | Zig:27   | Killed a caustic shrike
 22170 | Zig:27   | Killed a caustic shrike
 22175 | Zig:27   | Noticed a caustic shrike
 22177 | Zig:27   | Killed a caustic shrike
 22178 | Zig:27   | Noticed a caustic shrike
 22179 | Zig:27   | Noticed a caustic shrike
 22179 | Zig:27   | Noticed a caustic shrike
 22180 | Zig:27   | Killed a caustic shrike
 22181 | Zig:27   | Killed a caustic shrike
 22181 | Zig:27   | Killed a caustic shrike
 22187 | Zig:27   | Noticed a caustic shrike
 22188 | Zig:27   | Killed a caustic shrike
 22251 | Zig:27   | Identified the +7 great sword "Danyb" {flame, rF- Will+
                  | rCorr Int+4}
 22252 | Zig:27   | Identified the +0 buckler of the Cuttlefish {-Tele rCorr
                  | Dex+6 Slay+3}
 22274 | Zig:27   | Got the Papyrus of the Combative Shapeshifter
 22298 | Zig:27   | Identified the staff of conjuration "Damuahod" {rElec Will+
                  | Int+3 Stlth+}
 22303 | Zig:27   | Got the Papyrus of Non-Euclidean Incineration
 22315 | Zig:27   | Acquired 877 gold pieces
 22378 | Depths:3 | Learned a level 9 spell: Polar Vortex
 22509 | Depths:3 | Found a sacrificial altar of Ru.
 22554 | Depths:3 | Noticed Xtahua
 22556 | Depths:3 | Killed Xtahua
 23054 | Depths:4 | Found a gate to the Realm of Zot.
 23313 | Depths:4 | Identified the +0 pair of boots "Zueh" {Harm rPois Dex+4}
 24465 | Depths:1 | Found a runed translucent door.
 24467 | Depths:1 | Noticed Soesill's ghost (adept DgCj)
 24550 | Depths:1 | Reached skill level 27 in Spellcasting
 24671 | Depths:1 | Killed Soesill's ghost
 26178 | D:12     | Found the +2 shield of Resistance {rF++ rC++ Will++}
 26314 | D:12     | Identified the +0 mace "Ethitav" {venom, rCorr}
 28667 | D:5      | Found a stormy altar of Qazlal.
 29623 | D:3      | Killed 333guts333's ghost
 29625 | D:3      | Killed cpf86's ghost
 29659 | D:3      | Found a runed translucent door.
 29661 | D:3      | Noticed Crazy Yiuf
 29682 | D:3      | Killed Crazy Yiuf
 30140 | D:2      | Found Imykuj's Assorted Antiques.
 30146 | D:2      | Bought a scroll of teleportation for 69 gold pieces
 31945 | Orc:2    | Killed esran's ghost
 32011 | Elf:1    | Identified the +0 scale mail of Wasted Space {rN+ Str+3}
 32184 | Elf:1    | Got the Treatise on the Boggart
 32668 | Elf:2    | Killed PurpleRed's ghost
 32669 | Elf:2    | Paralysed by an air elemental for 1 turns
 32729 | Elf:2    | Identified the +1 pair of boots of the Carved God {*Slow
                  | rC+ MP+9 Int+3}
 33006 | Elf:2    | Found a huge runed translucent gate.
 33006 | Elf:2    | Found a huge runed translucent gate.
 33006 | Elf:2    | Found a huge runed translucent gate.
 33006 | Elf:2    | Found a huge runed translucent gate.
 33006 | Elf:2    | Found a huge runed translucent gate.
 34310 | D:9      | Killed Gastronok
 36223 | Snake:1  | Reached skill level 1 in Evocations
 36742 | Snake:2  | Noticed Aizul
 36744 | Snake:2  | Killed Aizul
 37349 | Snake:3  | Reached skill level 5 in Evocations
 38270 | Shoals:1 | Found Ubruckoh's Magic Scroll Emporium.
 38288 | Shoals:1 | Bought a scroll of teleportation for 33 gold pieces
 38288 | Shoals:1 | Bought a scroll of summoning for 104 gold pieces
 38288 | Shoals:1 | Bought a scroll of fear for 44 gold pieces
 38288 | Shoals:1 | Bought 2 scrolls of enchant armour for 165 gold pieces
 38288 | Shoals:1 | Bought a scroll of acquirement for 572 gold pieces
 38288 | Shoals:1 | Acquired a manual of Dodging
 38442 | Shoals:1 | Found Linumm's Distillery.
 38450 | Shoals:1 | Bought a potion of haste for 130 gold pieces
 38450 | Shoals:1 | Bought a potion of haste for 130 gold pieces
 38450 | Shoals:1 | Bought a potion of heal wounds for 65 gold pieces
 38450 | Shoals:1 | Bought a potion of magic for 104 gold pieces
 38450 | Shoals:1 | Bought a potion of curing for 39 gold pieces
 38450 | Shoals:1 | Bought a potion of curing for 39 gold pieces
 38450 | Shoals:1 | Bought a potion of brilliance for 52 gold pieces
 38503 | Shoals:1 | Found a runed translucent gate.
 38503 | Shoals:1 | Found a runed translucent gate.
 38503 | Shoals:1 | Found a runed translucent gate.
 38578 | Shoals:1 | Found Gegocl Impo's General Store.
 38586 | Shoals:1 | Bought a potion of magic for 112 gold pieces
 38586 | Shoals:1 | Bought a scroll of fog for 56 gold pieces
 39720 | Lair:4   | Identified the +0 sling of the Jolly Lovers {elec, rElec
                  | rF+ Will-}
 41346 | Vaults:1 | Got Laf Xopla's Directory of Configuration
 41781 | Vaults:2 | Reached skill level 10 in Evocations
 42614 | Vaults:3 | Identified the +2 scale mail of Gestures {rF+ rN+}
 43381 | Vaults:4 | Noticed Mennas
 43385 | Vaults:4 | Killed Mennas
 43625 | Vaults:4 | Noticed an ancient lich
 43693 | Vaults:4 | Noticed Margery
 43697 | Vaults:4 | Killed Margery
 43698 | Vaults:4 | Reached skill level 15 in Evocations
 43859 | Vaults:4 | Killed an ancient lich
 44207 | Vaults:5 | Identified the +3 leather armour of Imperfection {rC+}
 45256 | Crypt:2  | Noticed a dread lich
 45258 | Crypt:2  | Killed a dread lich
 45462 | Crypt:2  | Noticed a royal mummy
 45462 | Crypt:2  | Identified the amulet of Lies {Acrobat Str-3 Dex+5 SInv}
 45462 | Crypt:2  | Noticed Khufu
 45462 | Crypt:2  | Found a shimmering blue altar of Sif Muna.
 45463 | Crypt:2  | Identified the +8 quarterstaff of Accord {freeze, rC++
                  | SInv}
 45465 | Crypt:2  | Killed a royal mummy
 45466 | Crypt:2  | Killed Khufu
 46467 | Zot:1    | Entered Level 1 of the Realm of Zot
 46846 | Zot:1    | Identified the orb "Vounoi" {*Rage, Contam Harm rC+++
                  | Str-2}
 47323 | Zot:2    | You fall into a shaft and drop 2 floors!
 47401 | Zot:4    | Identified the +4 plate armour "Veyliut" {rF+ Will+ Dex+3}
 47518 | Zot:4    | Noticed a Killer Klown
 47518 | Zot:4    | Found a shimmering altar of Xom.
 47521 | Zot:4    | Killed a Killer Klown
 47522 | Zot:4    | Found a shimmering altar of Xom.
 47522 | Zot:4    | Noticed a Killer Klown
 47525 | Zot:4    | Killed a Killer Klown
 47525 | Zot:4    | Noticed a Killer Klown
 47528 | Zot:4    | Killed a Killer Klown
 47554 | Zot:4    | Noticed a curse toe
 47564 | Zot:4    | Killed a curse toe
 47574 | Zot:4    | Found a shimmering altar of Xom.
 47576 | Zot:4    | Found a glowing silver altar of Zin.
 48332 | Zot:3    | Noticed a Killer Klown
 48335 | Zot:3    | Killed a Killer Klown
 49023 | Zot:2    | Noticed an orb of fire
 49024 | Zot:2    | Gained mutation: You occasionally lose the ability to drink
                  | potions when taking damage. [an orb of fire]
 49028 | Zot:2    | Killed an orb of fire
 49087 | Zot:2    | Identified the +0 helmet of Beogh's Displeasure {Str+5
                  | Int-4}
 49286 | Zot:2    | Lost mutation: You occasionally lose the ability to drink
                  | potions when taking damage. [potion of mutation]
 49286 | Zot:2    | Gained mutation: Armour fits poorly on your strangely
                  | shaped body. [potion of mutation]
 49286 | Zot:2    | Gained mutation: Your movements are slightly less
                  | encumbered by armour. (ER -2) [potion of mutation]
 49286 | Zot:2    | Gained mutation: Your flesh is heat resistant. (rF+)
                  | [potion of mutation]
 49286 | Zot:2    | Gained mutation: You have supernaturally acute eyesight.
                  | (SInv) [potion of mutation]
 49359 | Zot:5    | Entered Level 5 of the Realm of Zot
 49375 | Zot:5    | Found a transporter.
 49378 | Zot:5    | Noticed arghonaut's ghost (veteran MiGl)
 49380 | Zot:5    | Noticed a dread lich
 49396 | Zot:5    | Noticed a dread lich
 49410 | Zot:5    | Killed a dread lich
 49410 | Zot:5    | Found a transporter.
 49411 | Zot:5    | Killed a dread lich
 49414 | Zot:5    | Killed arghonaut's ghost
 49459 | Zot:5    | Identified the +7 flail "Sepuorejoh" {holy, rElec Str+5
                  | Dex+2}
 49552 | Zot:5    | Noticed a dread lich
 49553 | Zot:5    | Noticed a Killer Klown
 49554 | Zot:5    | Killed a dread lich
 49555 | Zot:5    | Reached skill level 27 in Fighting
 49555 | Zot:5    | Killed a Killer Klown
 49602 | Zot:5    | Noticed a dread lich
 49602 | Zot:5    | Noticed a Killer Klown
 49604 | Zot:5    | Killed a Killer Klown
 49604 | Zot:5    | Killed a dread lich
 49613 | Zot:5    | Noticed a dread lich
 49615 | Zot:5    | Noticed an orb of fire
 49616 | Zot:5    | Noticed a Killer Klown
 49617 | Zot:5    | Killed a dread lich
 49618 | Zot:5    | Noticed a dread lich
 49620 | Zot:5    | Killed an orb of fire
 49620 | Zot:5    | Killed a dread lich
 49620 | Zot:5    | Killed a Killer Klown
 49624 | Zot:5    | Noticed an ancient lich
 49627 | Zot:5    | Killed an ancient lich
 49629 | Zot:5    | Noticed an ancient lich
 49633 | Zot:5    | Killed an ancient lich
 49794 | Zot:5    | Noticed an orb of fire
 49799 | Zot:5    | Killed an orb of fire
 49896 | Zot:5    | Noticed a dread lich
 49899 | Zot:5    | Killed a dread lich
 50063 | Zot:5    | Noticed an ancient lich
 50067 | Zot:5    | Killed an ancient lich
 50095 | Zot:5    | Noticed an orb of fire
 50098 | Zot:5    | Killed an orb of fire
 50098 | Zot:5    | Noticed an ancient lich
 50105 | Zot:5    | Killed an ancient lich
 50106 | Zot:5    | Noticed a dread lich
 50109 | Zot:5    | Killed a dread lich
 50148 | Zot:5    | Identified the +1 battleaxe of Punishment {freeze, rC++
                  | Int-3 Dex+5}
 50186 | Zot:5    | Reached skill level 27 in Evocations
 50205 | Zot:5    | Noticed a Killer Klown
 50207 | Zot:5    | Killed a Killer Klown
 50841 | Tomb:1   | Entered Level 1 of the Tomb of the Ancients
 50859 | Tomb:1   | Noticed a royal mummy
 50861 | Tomb:1   | Noticed a royal mummy
 50862 | Tomb:1   | Noticed a royal mummy
 50863 | Tomb:1   | Killed a royal mummy
 50863 | Tomb:1   | Killed a royal mummy
 50864 | Tomb:1   | Reached skill level 15 in Dodging
 50864 | Tomb:1   | Noticed a royal mummy
 50866 | Tomb:1   | Killed a royal mummy
 50869 | Tomb:1   | Killed a royal mummy
 50883 | Tomb:1   | Noticed a royal mummy
 50885 | Tomb:1   | Killed a royal mummy
 50892 | Tomb:1   | Noticed a royal mummy
 50895 | Tomb:1   | Noticed a royal mummy
 50896 | Tomb:1   | Noticed a royal mummy
 50896 | Tomb:1   | Noticed a royal mummy
 50898 | Tomb:1   | Noticed a royal mummy
 50899 | Tomb:1   | Killed a royal mummy
 50899 | Tomb:1   | Killed a royal mummy
 50899 | Tomb:1   | Killed a royal mummy
 50899 | Tomb:1   | Noticed a royal mummy
 50900 | Tomb:1   | Killed a royal mummy
 50900 | Tomb:1   | Killed a royal mummy
 50902 | Tomb:1   | Killed a royal mummy
 50903 | Tomb:1   | Noticed a royal mummy
 50908 | Tomb:1   | Killed a royal mummy
 50914 | Tomb:1   | Noticed a royal mummy
 50914 | Tomb:1   | Noticed a royal mummy
 50917 | Tomb:1   | Noticed a royal mummy
 50918 | Tomb:1   | Noticed a royal mummy
 50919 | Tomb:1   | Killed a royal mummy
 50919 | Tomb:1   | Killed a royal mummy
 50920 | Tomb:1   | Killed a royal mummy
 50921 | Tomb:1   | Noticed a royal mummy
 50921 | Tomb:1   | Noticed a royal mummy
 50924 | Tomb:1   | Killed a royal mummy
 50925 | Tomb:1   | Killed a royal mummy
 50925 | Tomb:1   | Killed a royal mummy
 50926 | Tomb:1   | Noticed a royal mummy
 50930 | Tomb:1   | Killed a royal mummy
 51554 | Tomb:2   | Noticed a royal mummy
 51554 | Tomb:2   | Noticed a royal mummy
 51554 | Tomb:2   | Noticed a royal mummy
 51554 | Tomb:2   | Noticed a royal mummy
 51557 | Tomb:2   | Killed a royal mummy
 51557 | Tomb:2   | Killed a royal mummy
 51558 | Tomb:2   | Killed a royal mummy
 51558 | Tomb:2   | Killed a royal mummy
 51883 | Tomb:3   | Entered Level 3 of the Tomb of the Ancients
 51897 | Tomb:3   | Noticed a royal mummy
 51897 | Tomb:3   | Noticed a royal mummy
 51898 | Tomb:3   | Noticed a royal mummy
 51898 | Tomb:3   | Noticed a royal mummy
 51898 | Tomb:3   | Noticed a royal mummy
 51899 | Tomb:3   | Killed a royal mummy
 51899 | Tomb:3   | Noticed a royal mummy
 51900 | Tomb:3   | Noticed a royal mummy
 51901 | Tomb:3   | Killed a royal mummy
 51902 | Tomb:3   | Noticed a royal mummy
 51903 | Tomb:3   | Killed a royal mummy
 51904 | Tomb:3   | Killed a royal mummy
 51904 | Tomb:3   | Killed a royal mummy
 51904 | Tomb:3   | Noticed a royal mummy
 51905 | Tomb:3   | Killed a royal mummy
 51905 | Tomb:3   | Killed a royal mummy
 51905 | Tomb:3   | Killed a royal mummy
 51907 | Tomb:3   | Killed a royal mummy
 51938 | Tomb:3   | Got a golden rune of Zot
 51990 | Tomb:3   | Found the ring of Shadows {Umbra +Inv Stlth+}
 52041 | Tomb:3   | Identified the staff of conjuration "Koletih" {Dex+5}
 52046 | Tomb:3   | Identified the +5 great sword "Guboplenn" {protect, Int-4
                  | SInv Stlth+}
 52051 | Tomb:3   | Got Iskenderun's Compilation of Impulse
 52058 | Tomb:3   | Identified the ring of Vyon {rElec AC+4}
 52074 | Tomb:3   | Identified the staff of conjuration "Wuit" {Contam rPois
                  | rC+ Will+}
 52094 | Tomb:3   | Identified the ring "Geolyc" {rC+ EV+5 Slay+2 SInv}
 52237 | Tomb:3   | Identified the staff of cold "Siczuk" {*Corrode rElec rC+
                  | Will+++ Str-3}
 53002 | Temple   | Fell from the grace of Vehumet
 53002 | Temple   | Became a worshipper of Gozag Ym Sagoz the Greedy
 53006 | Temple   | Bought a faintly glowing ring mail for 396 gold pieces
 53006 | Temple   | Identified the +3 ring mail of the Morning Star {Harm
                  | +Blink rC+ rCorr Slay-4} (You bought it in a shop in the
                  | Ecumenical Temple)
 53007 | Temple   | Bought a distressingly furry robe for 250 gold pieces
 53007 | Temple   | Identified the +1 robe of Sunlight {Regen+} (You bought it
                  | in a shop in the Ecumenical Temple)
 53008 | Temple   | Bought an ichor-stained robe for 250 gold pieces
 53008 | Temple   | Identified the +0 robe "Fodyugg" {Int+3} (You bought it in
                  | a shop in the Ecumenical Temple)
 53207 | Zig:1    | Entered Level 1 of a ziggurat
 53213 | Zig:1    | Identified the +6 great mace of Dithmenos's Wrath {venom,
                  | *Corrode rF++}
 53223 | Zig:2    | Entered Level 2 of a ziggurat
 53264 | Zig:3    | Entered Level 3 of a ziggurat
 53331 | Zig:4    | Entered Level 4 of a ziggurat
 53370 | Zig:5    | Entered Level 5 of a ziggurat
 53394 | Zig:5    | Identified the +8 chain mail of Patience {rF+++}
 53416 | Zig:6    | Entered Level 6 of a ziggurat
 53466 | Zig:7    | Entered Level 7 of a ziggurat
 53467 | Zig:7    | Noticed a royal mummy
 53468 | Zig:7    | Noticed a royal mummy
 53469 | Zig:7    | Found the +3 pair of seven-league boots {Rampage+∞}
 53471 | Zig:7    | Killed a royal mummy
 53473 | Zig:7    | Killed a royal mummy
 53478 | Zig:7    | Found the +5 scythe "Finisher" {speed, execute}
 53506 | Zig:7    | Identified the +10 arbalest of Putrescence {drain, rCorr}
 53550 | Zig:8    | Entered Level 8 of a ziggurat
 53747 | Zig:8    | Got Jen Jio's Opusculum on Location and the Commander
 53761 | Zig:9    | Entered Level 9 of a ziggurat
 53767 | Zig:9    | Noticed an ancient lich
 53768 | Zig:9    | Noticed a dread lich
 53768 | Zig:9    | Noticed a dread lich
 53768 | Zig:9    | Noticed a dread lich
 53769 | Zig:9    | Killed an ancient lich
 53769 | Zig:9    | Killed a dread lich
 53770 | Zig:9    | Killed a dread lich
 53771 | Zig:9    | Killed a dread lich
 53793 | Zig:9    | Identified the +4 long sword "Usan" {protect, rPois Int+3}
 53797 | Zig:9    | Identified the +1 morningstar of Raphid {flame, Contam
                  | Str+7 Int+2 Dex+3}
 53798 | Zig:9    | Identified the ring "Moxoqi" {rC+ Int+4}
 53865 | Zig:10   | Entered Level 10 of a ziggurat
 53873 | Zig:10   | Noticed a caustic shrike
 53877 | Zig:10   | Killed a caustic shrike
 53897 | Zig:10   | Identified the +5 plate armour of Dimolib {rPois MP-9
                  | Str+3}
 53911 | Zig:10   | Identified the +0 battleaxe "Kofruxoetz" {elec, *Rage rPois
                  | rF+ rN+++}
 53948 | Zig:11   | Entered Level 11 of a ziggurat
 53955 | Zig:11   | Paralysed by a wendigo for 1 turns
 53957 | Zig:11   | Reached skill level 1 in Throwing
 53976 | Zig:11   | Identified the +3 mace of Chaos {freeze, Fragile rC- rN+
                  | Will+++}
 53988 | Zig:11   | Identified the +4 chain mail of the Hills {+Blink rC+ Will-
                  | Int+4}
 54013 | Zig:11   | Identified the +11 rapier of the Median {heavy, SInv}
 54031 | Zig:11   | Got the Thoughts on Xenomorphic Rime
 54052 | Zig:12   | Entered Level 12 of a ziggurat
 54059 | Zig:12   | Noticed a shard shrike
 54061 | Zig:12   | Killed a shard shrike
 54065 | Zig:12   | Reached skill level 5 in Throwing
 54065 | Zig:12   | Reached skill level 27 in Conjurations
 54110 | Zig:12   | Identified the staff of conjuration "Inkuha Eda" {Will+
                  | Str+3 Int+3}
 54114 | Zig:12   | Identified the +4 morningstar of Income {speed, *Slow rPois
                  | rN+ Dex+3}
 54116 | Zig:12   | Identified the +9 quarterstaff of Dim Light {flame, rN+}
 54118 | Zig:12   | Identified the ring of Aqafen {rPois rF+}
 54121 | Zig:12   | Identified the +0 plate armour "Tuefrim" {-Tele MP+9 Dex+4}
 54142 | Zig:13   | Entered Level 13 of a ziggurat
 54148 | Zig:13   | Noticed a Killer Klown
 54148 | Zig:13   | Noticed a Killer Klown
 54148 | Zig:13   | Noticed Xoaqaset the pandemonium lord
 54148 | Zig:13   | Noticed Agaoxtie the pandemonium lord
 54149 | Zig:13   | Noticed a Killer Klown
 54150 | Zig:13   | Killed Xoaqaset the pandemonium lord
 54150 | Zig:13   | Noticed a Killer Klown
 54150 | Zig:13   | Noticed a Killer Klown
 54151 | Zig:13   | Killed a Killer Klown
 54151 | Zig:13   | Killed a Killer Klown
 54151 | Zig:13   | Killed a Killer Klown
 54152 | Zig:13   | Killed Agaoxtie the pandemonium lord
 54153 | Zig:13   | Noticed Capeshreac the pandemonium lord
 54153 | Zig:13   | Noticed Caos the pandemonium lord
 54155 | Zig:13   | Killed a Killer Klown
 54157 | Zig:13   | Killed a Killer Klown
 54158 | Zig:13   | Killed Caos the pandemonium lord
 54158 | Zig:13   | Killed Capeshreac the pandemonium lord
 54246 | Zig:13   | Identified the +0 shortbow "Posuleim" {heavy, Fragile rPois
                  | rCorr MP+9}
 54264 | Zig:13   | Got Jyhunwil's Compilation of Configuration
 54277 | Zig:14   | Entered Level 14 of a ziggurat
 54290 | Zig:14   | Found the +4 moon troll leather armour {Spirit, Regen++
                  | MP+5}
 54296 | Zig:14   | Reached skill level 10 in Throwing
 54341 | Zig:14   | Identified the ring of Happiness {Fire MP+9 Dex+3}
 54380 | Zig:14   | Identified the +0 helmet "Esenecs" {rElec rC+ SInv}
 54386 | Zig:14   | Identified the staff of conjuration "Gehuchul" {rC+}
 54389 | Zig:14   | Identified the +6 short sword of Insufficient Pleasure
                  | {venom, rPois rF+ rC+}
 54400 | Zig:15   | Entered Level 15 of a ziggurat
 54418 | Zig:15   | Found the +0 mask of the Dragon {Will+ Slay+3 SInv}
 54696 | Zig:15   | Got Sif Muna's Quarto of Brilliant Darkness
 54700 | Zig:16   | Entered Level 16 of a ziggurat
 54723 | Zig:16   | Reached skill level 1 in Ice Magic
 54731 | Zig:16   | Reached skill level 5 in Ice Magic
 55002 | Zig:16   | Got Sif Muna's Vellum of Bewitching Anemomancy
 55003 | Zig:16   | Identified the +4 quick blade of Capital Punishment
                  | {freeze, Will- rCorr Str+2 Int+3}
 55012 | Zig:16   | Identified the +5 great sword "Ezomp" {protect, rElec
                  | Stlth+}
 55013 | Zig:16   | Identified the staff of conjuration "Poely" {rElec Int+2}
 55041 | Zig:17   | Entered Level 17 of a ziggurat
 55053 | Zig:17   | Noticed an ancient lich
 55054 | Zig:17   | Killed an ancient lich
 55055 | Zig:17   | Noticed an ancient lich
 55056 | Zig:17   | Noticed an ancient lich
 55057 | Zig:17   | Killed an ancient lich
 55057 | Zig:17   | Killed an ancient lich
 55060 | Zig:17   | Reached skill level 10 in Ice Magic
 55080 | Zig:17   | Identified the staff of poison "Feiruet" {rPois rF- rC+
                  | Will+ Stlth+}
 55091 | Zig:17   | Identified the staff of earth "Nafu" {rElec rF+ Will+
                  | Dex-4}
 55104 | Zig:17   | Identified the +8 chain mail "Vomadywk" {Harm rElec Dex-4}
 55106 | Zig:17   | Identified the +2 hand axe "Susustray" {flame, Str+5 Dex+6
                  | Stlth+}
 55177 | Zig:18   | Entered Level 18 of a ziggurat
 55186 | Zig:18   | Noticed a caustic shrike
 55186 | Zig:18   | Noticed a caustic shrike
 55186 | Zig:18   | Noticed a caustic shrike
 55188 | Zig:18   | Killed a caustic shrike
 55188 | Zig:18   | Noticed a caustic shrike
 55189 | Zig:18   | Killed a caustic shrike
 55189 | Zig:18   | Killed a caustic shrike
 55191 | Zig:18   | Killed a caustic shrike
 55191 | Zig:18   | Noticed a caustic shrike
 55196 | Zig:18   | Reached skill level 15 in Throwing
 55197 | Zig:18   | Killed a caustic shrike
 55309 | Zig:18   | Found the +27 heavy crossbow "Sniper" {heavy, Acc+∞ SInv}
 55319 | Zig:18   | Identified the ring "Fuibradd" {Ice rElec}
 55321 | Zig:18   | Got the Dissertation on Collective Iniquitous Words
 55327 | Zig:18   | Identified the +8 lajatang of Kanei {speed, Str+3}
 55339 | Zig:18   | Identified the +6 halberd of Conscience {flame, rElec MP+9}
 55356 | Zig:19   | Entered Level 19 of a ziggurat
 55373 | Zig:19   | Noticed a dread lich
 55378 | Zig:19   | Killed a dread lich
 55380 | Zig:19   | Reached skill level 15 in Ice Magic
 55387 | Zig:19   | Found the +15 Maxwell's patent armour {-Cast -Tele rElec
                  | Will+ rCorr}
 55472 | Zig:19   | Identified the +7 shortbow "Kewuyfysk" {flame, rPois}
 55478 | Zig:19   | Identified the +4 mace of Desertification {speed, rElec
                  | rPois rC+ rN+ SInv}
 55633 | Zig:20   | Entered Level 20 of a ziggurat
 55650 | Zig:20   | Paralysed by accursed screaming for 1 turns
 55665 | Zig:20   | Found the +8 autumn katana {manifold assault}
 55669 | Zig:20   | Found the +10 morningstar "Eos" {elec, Halo rElec}
 55777 | Zig:20   | Identified the ring "Zagut" {*Slow rC+ Int+7}
 55778 | Zig:20   | Identified the +1 longbow "Viotzuo" {flame, Contam rElec
                  | Dex+3}
 55795 | Zig:20   | Identified the +4 broad axe of Ru's Delight {heavy, *Noise
                  | rN+ rCorr Int+3}
 55800 | Zig:20   | Identified the +5 flail of Vanity {venom, rPois}
 55801 | Zig:20   | Identified the ring "Sod Juq" {rF+ rC+ MP+9 Int+2 Dex+3}
 55855 | Zig:21   | Entered Level 21 of a ziggurat
 55894 | Zig:21   | Found the +8 longbow "Zephyr" {speed, Dex+3 SInv}
 55896 | Zig:21   | Found the +9 sword of Power {lifebolt}
 55900 | Zig:21   | Found the +1 robe of Vines {NoPotionHeal Regen++++}
 55940 | Zig:21   | Identified the +2 war axe "Xircher" {freeze, *Slow Dex+8
                  | Stlth+}
 55944 | Zig:21   | Identified the +4 scale mail of Moxtad {Harm}
 55955 | Zig:21   | Identified the +8 mace "Tuyj" {heavy, rN+ Will+ MP+9 Dex+2}
 56044 | Zig:21   | Identified the +6 trident "Qomodiel" {flame, rF+ SInv}
 56045 | Zig:21   | Identified the +2 dagger of a volcano {flame, *Corrode
                  | Will+++ Str-3 Int+6}
 56048 | Zig:21   | Identified the staff of cold "Dubbuef" {rC+ rCorr Int+3
                  | SInv}
 56074 | Zig:22   | Entered Level 22 of a ziggurat
 56085 | Zig:22   | Noticed a Killer Klown
 56089 | Zig:22   | Noticed Wefuh the pandemonium lord
 56091 | Zig:22   | Noticed Sazxymao the pandemonium lord
 56091 | Zig:22   | Noticed a Killer Klown
 56092 | Zig:22   | Noticed Ligis the pandemonium lord
 56093 | Zig:22   | Noticed Zophet the pandemonium lord
 56093 | Zig:22   | Noticed Numaxaf the pandemonium lord
 56093 | Zig:22   | Noticed Effukh the pandemonium lord
 56094 | Zig:22   | Killed a Killer Klown
 56094 | Zig:22   | Killed a Killer Klown
 56094 | Zig:22   | Noticed Heonaruu the pandemonium lord
 56095 | Zig:22   | Killed Sazxymao the pandemonium lord
 56095 | Zig:22   | Killed Wefuh the pandemonium lord
 56095 | Zig:22   | Killed Zophet the pandemonium lord
 56095 | Zig:22   | Noticed a Killer Klown
 56096 | Zig:22   | Killed Ligis the pandemonium lord
 56096 | Zig:22   | Noticed Penkom the pandemonium lord
 56097 | Zig:22   | Killed Effukh the pandemonium lord
 56097 | Zig:22   | Killed a Killer Klown
 56097 | Zig:22   | Killed Numaxaf the pandemonium lord
 56097 | Zig:22   | Noticed Liyz the pandemonium lord
 56097 | Zig:22   | Noticed Luuv the pandemonium lord
 56097 | Zig:22   | Noticed a Killer Klown
 56097 | Zig:22   | Noticed Exosi the pandemonium lord
 56097 | Zig:22   | Noticed Kab Reecs the pandemonium lord
 56098 | Zig:22   | Noticed a Killer Klown
 56099 | Zig:22   | Killed a Killer Klown
 56099 | Zig:22   | Noticed Bainoops the pandemonium lord
 56100 | Zig:22   | Noticed Waqonn the pandemonium lord
 56100 | Zig:22   | Killed Heonaruu the pandemonium lord
 56102 | Zig:22   | Noticed a Killer Klown
 56103 | Zig:22   | Noticed Xiakarphu the pandemonium lord
 56103 | Zig:22   | Killed Kab Reecs the pandemonium lord
 56104 | Zig:22   | Killed Luuv the pandemonium lord
 56104 | Zig:22   | Killed a Killer Klown
 56105 | Zig:22   | Noticed Jusm the pandemonium lord
 56105 | Zig:22   | Killed Penkom the pandemonium lord
 56105 | Zig:22   | Killed Exosi the pandemonium lord
 56105 | Zig:22   | Killed Liyz the pandemonium lord
 56105 | Zig:22   | Noticed a Killer Klown
 56106 | Zig:22   | Killed Waqonn the pandemonium lord
 56106 | Zig:22   | Killed a Killer Klown
 56106 | Zig:22   | Killed a Killer Klown
 56106 | Zig:22   | Noticed a Killer Klown
 56107 | Zig:22   | Noticed Fuweichu the pandemonium lord
 56108 | Zig:22   | Killed Bainoops the pandemonium lord
 56108 | Zig:22   | Killed Jusm the pandemonium lord
 56108 | Zig:22   | Noticed Xoleun the pandemonium lord
 56109 | Zig:22   | Noticed a Killer Klown
 56110 | Zig:22   | Killed Xiakarphu the pandemonium lord
 56110 | Zig:22   | Killed Fuweichu the pandemonium lord
 56111 | Zig:22   | Noticed Kuicloih the pandemonium lord
 56112 | Zig:22   | Killed a Killer Klown
 56113 | Zig:22   | Killed Xoleun the pandemonium lord
 56115 | Zig:22   | Killed Kuicloih the pandemonium lord
 56120 | Zig:22   | Killed a Killer Klown
 56240 | Zig:22   | Paralysed by a floating eye for 4 turns
 56245 | Zig:22   | Paralysed by a floating eye for 2 turns
 56266 | Zig:22   | Identified the +2 cloak of Wimpiw Siagg {Will- rCorr
                  | Stlth+}
 56274 | Zig:22   | Identified the ring of Uruom Medy {rPois rF++ rC- rCorr
                  | Int+6}
 56287 | Zig:22   | Identified the +1 short sword of the Radish {venom, *Rage
                  | Int+4 Dex+5}
 56331 | Zig:23   | Entered Level 23 of a ziggurat
 56546 | Zig:23   | Identified the ring "Ehegar" {Str+6 Dex+2}
 56547 | Zig:23   | Identified the +3 glaive of Diewucku {holy, Dex+2 SInv}
 56561 | Zig:23   | Got Sif Muna's Anthology of the Vexatious Gestalt
 56569 | Zig:23   | Identified the +0 arbalest of Qazlal's Benevolence {drain,
                  | rC+}
 56595 | Zig:23   | Learned a level 9 spell: Death's Door
 56605 | Zig:24   | Entered Level 24 of a ziggurat
 56623 | Zig:24   | Noticed an ancient lich
 56625 | Zig:24   | Noticed an ancient lich
 56626 | Zig:24   | Killed an ancient lich
 56627 | Zig:24   | Killed an ancient lich
 56628 | Zig:24   | Reached skill level 15 in Armour
 56629 | Zig:24   | Reached skill level 5 in Stealth
 56629 | Zig:24   | Noticed a dread lich
 56629 | Zig:24   | Noticed a dread lich
 56630 | Zig:24   | Killed a dread lich
 56632 | Zig:24   | Killed a dread lich
 56635 | Zig:24   | Noticed a dread lich
 56635 | Zig:24   | Noticed an ancient lich
 56636 | Zig:24   | Killed an ancient lich
 56637 | Zig:24   | Killed a dread lich
 56716 | Zig:24   | Identified the +4 halberd "Goblinslayer" {heavy, Fragile
                  | rPois rCorr Int+2}
 56719 | Zig:24   | Identified the staff of cold "Den Raq" {+Blink rC+ Will+
                  | Int+6}
 56740 | Zig:24   | Identified the staff of conjuration "Enosyl" {Contam Will+
                  | Dex+2 Stlth+}
 56862 | Zig:24   | Got the Quarto of the Caves and Position
 56888 | Zig:25   | Entered Level 25 of a ziggurat
 56915 | Zig:25   | Noticed Qorgh the pandemonium lord
 56916 | Zig:25   | Reached skill level 10 in Stealth
 56920 | Zig:25   | Killed Qorgh the pandemonium lord
 56936 | Zig:25   | Found the ring of the Tortoise {AC+8}
 57200 | Zig:25   | Got Jamahiaf's Anthology of Reformed Infection
 57215 | Zig:25   | Identified the ring of Brilliance {rElec rC+ Str+6 Dex+3}
 57223 | Zig:25   | Identified the +5 falchion of Gosiep {venom, rF+}
 57229 | Zig:25   | Identified the +3 mace "Dilop" {spect, Int+2}
 57260 | Zig:26   | Entered Level 26 of a ziggurat
 57275 | Zig:26   | Noticed a shard shrike
 57279 | Zig:26   | Killed a shard shrike
 57283 | Zig:26   | Noticed a shard shrike
 57286 | Zig:26   | Killed a shard shrike
 57287 | Zig:26   | Noticed a dread lich
 57287 | Zig:26   | Noticed a shard shrike
 57289 | Zig:26   | Killed a dread lich
 57290 | Zig:26   | Noticed a shard shrike
 57291 | Zig:26   | Reached skill level 27 in Throwing
 57293 | Zig:26   | Killed a shard shrike
 57294 | Zig:26   | Paralysed by a wendigo for 1 turns
 57295 | Zig:26   | Killed a shard shrike
 57444 | Zig:26   | Identified the +8 long sword "Ymunet" {heavy, Str+3}
 57450 | Zig:26   | Identified the +11 battleaxe of the Priest {heavy, Stlth+}
 57453 | Zig:26   | Identified the +0 chain mail "Joibbet" {Rampage rC+}
 57467 | Zig:26   | Identified the staff of fire "Lujit" {rF+ rN+ Int+2 Dex-2
                  | Stlth+}
 57471 | Zig:26   | Identified the +3 ring mail of the Turtledove {Str+7}
 57473 | Zig:26   | Identified the staff of cold "Jawivo Keet" {rF+ rC+ rN+
                  | Str+2 Int-5}
 57474 | Zig:26   | Identified the staff of death "Ysohan" {rN+ Stlth+}
 57510 | Zig:26   | Acquired the ring of Cefiviesk {Will+ MP+9 Str+4 Int+4}
 57511 | Zig:26   | Acquired 569 gold pieces
 57528 | Zig:27   | Entered Level 27 of a ziggurat
 57538 | Zig:27   | Noticed Waraxzidu the pandemonium lord
 57563 | Zig:27   | Killed Waraxzidu the pandemonium lord
 57571 | Zig:27   | Noticed Xuol the pandemonium lord
 57572 | Zig:27   | Noticed Luemn the pandemonium lord
 57573 | Zig:27   | Noticed a Killer Klown
 57574 | Zig:27   | Noticed Peluot the pandemonium lord
 57575 | Zig:27   | Killed Xuol the pandemonium lord
 57575 | Zig:27   | Noticed Oraonwimm the pandemonium lord
 57576 | Zig:27   | Reached skill level 15 in Stealth
 57576 | Zig:27   | Killed a Killer Klown
 57576 | Zig:27   | Noticed Ematatt the pandemonium lord
 57577 | Zig:27   | Killed Peluot the pandemonium lord
 57577 | Zig:27   | Noticed a Killer Klown
 57578 | Zig:27   | Noticed Mebbodgha the pandemonium lord
 57578 | Zig:27   | Noticed a Killer Klown
 57578 | Zig:27   | Noticed Udwoh the pandemonium lord
 57579 | Zig:27   | Killed Ematatt the pandemonium lord
 57579 | Zig:27   | Killed Luemn the pandemonium lord
 57579 | Zig:27   | Noticed Nuutiz the pandemonium lord
 57580 | Zig:27   | Killed Udwoh the pandemonium lord
 57580 | Zig:27   | Killed a Killer Klown
 57580 | Zig:27   | Noticed Biecoo the pandemonium lord
 57581 | Zig:27   | Killed Mebbodgha the pandemonium lord
 57581 | Zig:27   | Noticed Tudoar the pandemonium lord
 57581 | Zig:27   | Noticed a Killer Klown
 57582 | Zig:27   | Killed a Killer Klown
 57582 | Zig:27   | Killed Nuutiz the pandemonium lord
 57582 | Zig:27   | Killed Biecoo the pandemonium lord
 57583 | Zig:27   | Killed Tudoar the pandemonium lord
 57583 | Zig:27   | Killed a Killer Klown
 57583 | Zig:27   | Noticed Dot Soal the pandemonium lord
 57595 | Zig:27   | Killed Dot Soal the pandemonium lord
 57601 | Zig:27   | Noticed Atarac the pandemonium lord
 57601 | Zig:27   | Noticed Catry the pandemonium lord
 57602 | Zig:27   | Noticed Xihus the pandemonium lord
 57603 | Zig:27   | Noticed Namonk the pandemonium lord
 57603 | Zig:27   | Killed Oraonwimm the pandemonium lord
 57604 | Zig:27   | Killed Xihus the pandemonium lord
 57604 | Zig:27   | Noticed Vetzima the pandemonium lord
 57604 | Zig:27   | Noticed Gagrugy the pandemonium lord
 57604 | Zig:27   | Noticed Zeoticee the pandemonium lord
 57604 | Zig:27   | Noticed Selalof the pandemonium lord
 57605 | Zig:27   | Killed Atarac the pandemonium lord
 57605 | Zig:27   | Killed Selalof the pandemonium lord
 57606 | Zig:27   | Killed Catry the pandemonium lord
 57606 | Zig:27   | Noticed Meng the pandemonium lord
 57606 | Zig:27   | Noticed Ream the pandemonium lord
 57606 | Zig:27   | Noticed Amuturih the pandemonium lord
 57607 | Zig:27   | Noticed a Killer Klown
 57607 | Zig:27   | Noticed Woyssyc Lang the pandemonium lord
 57607 | Zig:27   | Noticed Giliddaj the pandemonium lord
 57609 | Zig:27   | Noticed a Killer Klown
 57610 | Zig:27   | Noticed Plog the pandemonium lord
 57611 | Zig:27   | Killed Namonk the pandemonium lord
 57613 | Zig:27   | Killed a Killer Klown
 57614 | Zig:27   | Killed Ream the pandemonium lord
 57616 | Zig:27   | Killed Gagrugy the pandemonium lord
 57616 | Zig:27   | Killed Woyssyc Lang the pandemonium lord
 57617 | Zig:27   | Killed Amuturih the pandemonium lord
 57617 | Zig:27   | Killed Meng the pandemonium lord
 57620 | Zig:27   | Killed Zeoticee the pandemonium lord
 57621 | Zig:27   | Killed Plog the pandemonium lord
 57621 | Zig:27   | Killed a Killer Klown
 57622 | Zig:27   | Noticed Xijuawn the pandemonium lord
 57622 | Zig:27   | Noticed Ufudir the pandemonium lord
 57623 | Zig:27   | Killed Giliddaj the pandemonium lord
 57624 | Zig:27   | Killed Ufudir the pandemonium lord
 57624 | Zig:27   | Killed Xijuawn the pandemonium lord
 57625 | Zig:27   | Killed Vetzima the pandemonium lord
 57625 | Zig:27   | Noticed Ycau the pandemonium lord
 57627 | Zig:27   | Killed Ycau the pandemonium lord
 57826 | Zig:27   | Identified the +1 broad axe of Terror {vamp, rC++ SInv}
 57834 | Zig:27   | Identified the +0 pair of gloves of the Okapi {SInv}
 57845 | Zig:27   | Identified the +1 cloak of the New World {Regen+ Str+4
                  | Slay+6}
 57866 | Zig:27   | Identified the amulet "Voceshot" {Reflect rF++ rCorr Int-5
                  | SH+5 SInv}
 57877 | Zig:27   | Identified the +7 arbalest "Xucufoem" {heavy, rC+ Dex+4}
 57887 | Zig:27   | Acquired the -2 hat of the Alchemist {rElec rPois rF+ rC+
                  | rN+ Will+ rMut rCorr}
 57887 | Zig:27   | Found the -2 hat of the Alchemist {rElec rPois rF+ rC+ rN+
                  | Will+ rMut rCorr}
 58338 | Zig:1    | Entered Level 1 of a ziggurat
 58433 | Zig:2    | Entered Level 2 of a ziggurat
 58433 | Zig:2    | Noticed Ycvil the pandemonium lord
 58436 | Zig:2    | Killed Ycvil the pandemonium lord
 58454 | Zig:3    | Entered Level 3 of a ziggurat
 58454 | Zig:3    | Found the +8 mithril axe "Arga" {speed, Will+}
 58485 | Zig:4    | Entered Level 4 of a ziggurat
 58485 | Zig:4    | Noticed a royal mummy
 58491 | Zig:4    | Killed a royal mummy
 58545 | Zig:5    | Entered Level 5 of a ziggurat
 58612 | Zig:6    | Entered Level 6 of a ziggurat
 58655 | Zig:6    | Identified the +0 robe of Fortitude {rF- rN++ Will++}
 58665 | Zig:6    | Got Sif Muna's Compendium of Malediction
 58720 | Zig:7    | Entered Level 7 of a ziggurat
 58722 | Zig:7    | Noticed Tumanab the pandemonium lord
 58722 | Zig:7    | Noticed Dattul the pandemonium lord
 58723 | Zig:7    | Noticed a Killer Klown
 58723 | Zig:7    | Noticed a Killer Klown
 58726 | Zig:7    | Killed a Killer Klown
 58726 | Zig:7    | Killed a Killer Klown
 58727 | Zig:7    | Killed Dattul the pandemonium lord
 58727 | Zig:7    | Killed Tumanab the pandemonium lord
 58747 | Zig:7    | Identified the staff of air "Tiogyc" {Fly rElec rF+}
 58764 | Zig:7    | Identified the staff of cold "Zopniuwk" {rElec rF- rC+
                  | rN+++ Stlth+}
 58794 | Zig:8    | Entered Level 8 of a ziggurat
 58828 | Zig:8    | Found the +9 staff of Olgreb {rPois∞}
 58908 | Zig:8    | Identified the +1 plate armour "Emmapin" {Rampage Str-5
                  | SInv}
 58909 | Zig:8    | Identified the staff of air "Minibboxt" {*Slow rElec Str+2
                  | Int+3}
 58935 | Zig:9    | Entered Level 9 of a ziggurat
 58965 | Zig:9    | Identified the +1 flail of Muhissocita {heavy, rPois rN+
                  | Str+5}
 58970 | Zig:9    | Identified the staff of air "Xedutt" {rElec rC+}
 59067 | Zig:10   | Entered Level 10 of a ziggurat
 59074 | Zig:10   | Noticed a shard shrike
 59074 | Zig:10   | Noticed a shard shrike
 59074 | Zig:10   | Noticed a shard shrike
 59076 | Zig:10   | Killed a shard shrike
 59076 | Zig:10   | Killed a shard shrike
 59079 | Zig:10   | Killed a shard shrike
 59211 | Zig:11   | Entered Level 11 of a ziggurat
 59218 | Zig:11   | Noticed an ancient lich
 59218 | Zig:11   | Found the +7 sceptre of Torment {pain, torment}
 59221 | Zig:11   | Killed an ancient lich
 59229 | Zig:11   | Found the +9 sword of Zonguldrok {reap}
 59355 | Zig:12   | Entered Level 12 of a ziggurat
 59427 | Zig:12   | Identified the +6 hand axe "Roawk" {drain, Fragile rC+
                  | Dex+4}
 59493 | Zig:13   | Entered Level 13 of a ziggurat
 59501 | Zig:13   | Noticed an ancient lich
 59501 | Zig:13   | Noticed a dread lich
 59501 | Zig:13   | Noticed a dread lich
 59502 | Zig:13   | Noticed an ancient lich
 59503 | Zig:13   | Noticed a dread lich
 59503 | Zig:13   | Killed an ancient lich
 59504 | Zig:13   | Reached skill level 27 in Air Magic
 59504 | Zig:13   | Killed a dread lich
 59504 | Zig:13   | Killed a dread lich
 59504 | Zig:13   | Killed an ancient lich
 59504 | Zig:13   | Killed a dread lich
 59504 | Zig:13   | Noticed an ancient lich
 59507 | Zig:13   | Killed an ancient lich
 59540 | Zig:13   | Identified the +4 sling of Trial by Ordeal {elec, Will+
                  | Str+2 Stlth+}
 59542 | Zig:13   | Identified the +8 mace "Wistostryck" {venom, Str+4 Stlth+}
 59640 | Zig:13   | Got Uwoul's Tractate on the Queen Bee and Variation
 59658 | Zig:14   | Entered Level 14 of a ziggurat
 59681 | Zig:14   | Found the ring of the Mage {Wiz Archmagi}
 59731 | Zig:14   | Identified the +1 helmet of Ekuifukk {rElec Will- Int+9}
 59739 | Zig:14   | Identified the staff of cold "Ogunag" {rC+ Str+5 Dex+3}
 59748 | Zig:14   | Identified the staff of conjuration "Qoggitz" {Int+3 Dex+3}
 59831 | Zig:14   | Was forgiven by Vehumet
 59860 | Zig:14   | Got Qoddamuu's Handbook of the Sepulchral Body
 59903 | Zig:15   | Entered Level 15 of a ziggurat
 59911 | Zig:15   | Noticed a juggernaut
 59911 | Zig:15   | Noticed a juggernaut
 59912 | Zig:15   | Noticed a juggernaut
 59915 | Zig:15   | Killed a juggernaut
 59915 | Zig:15   | Killed a juggernaut
 59915 | Zig:15   | Killed a juggernaut
 59915 | Zig:15   | Noticed a juggernaut
 59918 | Zig:15   | Killed a juggernaut
 59982 | Zig:15   | Identified the +5 dagger "Diraruz" {flame, Str+3}
 59985 | Zig:15   | Identified the ring "Temiruux" {rC+ Will+}
 59999 | Zig:15   | Identified the +3 steam dragon scales "Zabbivam" {Int+6}
 60004 | Zig:15   | Identified the +5 eveningstar "Yjogowk" {distort, Stlth+}
 60145 | Zig:16   | Entered Level 16 of a ziggurat
 60159 | Zig:16   | Noticed Gorchoip the pandemonium lord
 60194 | Zig:16   | Killed Gorchoip the pandemonium lord
 60342 | Zig:16   | Acquired 875 gold pieces
 60346 | Zig:16   | Identified the +2 quarterstaff of Uskayaw's Supremacy
                  | {flame, rPois Int+2}
 60348 | Zig:16   | Reached skill level 27 in Dodging
 60352 | Zig:16   | Identified the +8 battleaxe of Heasyothay {venom, *Rage Fly
                  | rF++}
 60361 | Zig:16   | Identified the +7 trident of Obbian {venom, Str+3}
 60395 | Zig:17   | Entered Level 17 of a ziggurat
 60405 | Zig:17   | Noticed a caustic shrike
 60406 | Zig:17   | Noticed a caustic shrike
 60406 | Zig:17   | Noticed a caustic shrike
 60406 | Zig:17   | Noticed a caustic shrike
 60407 | Zig:17   | Noticed a caustic shrike
 60407 | Zig:17   | Noticed a caustic shrike
 60408 | Zig:17   | Killed a caustic shrike
 60408 | Zig:17   | Killed a caustic shrike
 60408 | Zig:17   | Noticed a caustic shrike
 60409 | Zig:17   | Noticed a caustic shrike
 60409 | Zig:17   | Killed a caustic shrike
 60409 | Zig:17   | Killed a caustic shrike
 60409 | Zig:17   | Killed a caustic shrike
 60409 | Zig:17   | Killed a caustic shrike
 60410 | Zig:17   | Killed a caustic shrike
 60413 | Zig:17   | Killed a caustic shrike
 60425 | Zig:17   | Found the +5 Storm Queen's Shield {shock, Fly rElec}
 60488 | Zig:17   | Identified the staff of air "Giebemy" {rElec rPois rF-
                  | Int+7 Dex+3}
 60625 | Zig:17   | Got Sif Muna's Verses on the Twisted Cure
 60638 | Zig:17   | Reached skill level 27 in Shields
 60681 | Zig:18   | Entered Level 18 of a ziggurat
 60800 | Zig:18   | Identified the +0 robe of the Loofah {Harm}
 60801 | Zig:18   | Identified the ring of the Endless Expanse {rPois rC+ Int+6
                  | Dex-4}
 60804 | Zig:18   | Identified the staff of poison "Piaraa" {rPois rF+ rC+
                  | Dex+2 Stlth+}
 60809 | Zig:18   | Identified the staff of fire "Gol Hyixt" {rF+ Int+3}
 60816 | Zig:18   | Identified the +2 plate armour of Classification {rCorr}
 60908 | Zig:19   | Entered Level 19 of a ziggurat
 60935 | Zig:19   | Found the +3 giant club "Skullcrusher" {speed, Str+7}
 60943 | Zig:19   | Killed a starcursed mass
 60948 | Zig:19   | Found the brooch of Shielding {Spirit SH+8}
 60965 | Zig:19   | Identified the +2 arbalest "Worm's Wrath" {penet, rF+
                  | Int+2}
 60980 | Zig:19   | Identified the ring of Hookh {Drain rPois rN++ Int+6}
 60992 | Zig:19   | Identified the ring "Luwn" {*Corrode rElec rF- rC+ Dex+6}
 61227 | Zig:20   | Entered Level 20 of a ziggurat
 61240 | Zig:20   | Noticed an ancient lich
 61241 | Zig:20   | Noticed a dread lich
 61241 | Zig:20   | Noticed a dread lich
 61242 | Zig:20   | Killed a dread lich
 61243 | Zig:20   | Killed an ancient lich
 61243 | Zig:20   | Killed a dread lich
 61243 | Zig:20   | Noticed a dread lich
 61245 | Zig:20   | Noticed an ancient lich
 61247 | Zig:20   | Noticed a dread lich
 61248 | Zig:20   | Killed a dread lich
 61248 | Zig:20   | Killed an ancient lich
 61248 | Zig:20   | Noticed an ancient lich
 61249 | Zig:20   | Killed a dread lich
 61252 | Zig:20   | Killed an ancient lich
 61350 | Zig:20   | Identified the +1 demon trident of Context {freeze, Fly
                  | rPois Str-5 Stlth+}
 61362 | Zig:20   | Identified the +2 ring mail of Pion {rPois Str+5 Slay+5
                  | Stlth+}
 61363 | Zig:20   | Identified the ring "Wese Fuscha" {Will+ rCorr Str+2
                  | Stlth-}
 61370 | Zig:20   | Identified the staff of death "Runa" {rN+ MP+9}
 61376 | Zig:20   | Identified the +0 robe "Uruis" {rC- Str+6 Dex+5}
 61378 | Zig:20   | Identified the +1 hand axe "Gehumoni" {drain, rF+ rC-
                  | Will++}
 61506 | Zig:21   | Entered Level 21 of a ziggurat
 61519 | Zig:21   | Noticed an ancient lich
 61519 | Zig:21   | Noticed an ancient lich
 61520 | Zig:21   | Killed an ancient lich
 61523 | Zig:21   | Killed an ancient lich
 61524 | Zig:21   | Reached skill level 27 in Long Blades
 61525 | Zig:21   | Noticed a dread lich
 61529 | Zig:21   | Found the +3 crown of Dyrovepreva {rElec Int+2 SInv}
 61531 | Zig:21   | Killed a dread lich
 61667 | Zig:21   | Identified the +7 dagger "Iteuroed" {freeze, Dex+8}
 61671 | Zig:21   | Identified the staff of fire "Qapej" {Fly rElec rF+ rN++
                  | Int-5}
 61676 | Zig:21   | Identified the staff of air "Zeixt" {rElec Int+2 Stlth+}
 61678 | Zig:21   | Identified the staff of air "Cijel" {rElec rN+ Will+}
 61680 | Zig:21   | Identified the staff of fire "Maprusei" {rF+ Str+2 Int+3}
 61824 | Zig:22   | Entered Level 22 of a ziggurat
 61835 | Zig:22   | Noticed a shard shrike
 61837 | Zig:22   | Noticed a shard shrike
 61838 | Zig:22   | Noticed a shard shrike
 61841 | Zig:22   | Killed a shard shrike
 61842 | Zig:22   | Killed a shard shrike
 61842 | Zig:22   | Killed a shard shrike
 61842 | Zig:22   | Paralysed by a wendigo for 1 turns
 61844 | Zig:22   | Reached skill level 27 in Necromancy
 61844 | Zig:22   | Noticed a dread lich
 61845 | Zig:22   | Noticed an ancient lich
 61847 | Zig:22   | Killed a dread lich
 61848 | Zig:22   | Killed an ancient lich
 61854 | Zig:22   | Noticed a shard shrike
 61879 | Zig:22   | Found the +8 Wrath of Trog {antimagic, *Rage Rampage}
 61892 | Zig:22   | Killed a shard shrike
 61990 | Zig:22   | Identified the +7 spear of the Boiling Point {elec, rElec
                  | rF+++ Int-4 Dex-5}
 61992 | Zig:22   | Identified the +6 dagger "Blob" {heavy, +Blink rPois rN++
                  | Str-5}
 62020 | Zig:22   | Identified the ring "Wiomiba" {rElec rF++ Will++ Int+6}
 62058 | Zig:22   | Identified the +10 arbalest of Charity {elec, rC+ Str+3}
 62062 | Zig:22   | Identified the +6 flail "Ynet" {freeze, Fragile rC+++
                  | Stlth+}
 62069 | Zig:22   | Identified the +5 ring mail "Dagamor" {Rampage rF++}
 62070 | Zig:22   | Identified the +9 hand crossbow of Fortitude {antimagic,
                  | Fly Str+3}
 62071 | Zig:22   | Identified the +3 scale mail of the Trilobite {Dex+2}
 62078 | Zig:22   | Identified the amulet "Xolup" {Reflect Dex+3 SH+5}
 62088 | Zig:22   | Identified the ring of the Final Chapter {rF+ rC+ rCorr}
 62117 | Zig:23   | Entered Level 23 of a ziggurat
 62139 | Zig:23   | Reached skill level 27 in Fire Magic
 62139 | Zig:23   | Reached skill level 27 in Ice Magic
 62355 | Zig:23   | Identified the +6 glaive "Xaeroir" {flame, rPois Str+3}
 62397 | Zig:23   | Identified the +4 quarterstaff "Jevoyf" {flame, rPois}
 62400 | Zig:23   | Identified the +2 leather armour "Silop" {Rampage +Blink}
 62407 | Zig:23   | Identified the ring of the Ban {rElec rPois rC+ Str+3
                  | Int+2}
 62419 | Zig:24   | Entered Level 24 of a ziggurat
 62437 | Zig:24   | Noticed a dread lich
 62437 | Zig:24   | Noticed a dread lich
 62438 | Zig:24   | Noticed a dread lich
 62438 | Zig:24   | Noticed a dread lich
 62439 | Zig:24   | Killed a dread lich
 62439 | Zig:24   | Killed a dread lich
 62440 | Zig:24   | Killed a dread lich
 62440 | Zig:24   | Killed a dread lich
 62440 | Zig:24   | Noticed an ancient lich
 62441 | Zig:24   | Killed an ancient lich
 62441 | Zig:24   | Noticed an ancient lich
 62441 | Zig:24   | Noticed a dread lich
 62442 | Zig:24   | Noticed an ancient lich
 62442 | Zig:24   | Killed an ancient lich
 62442 | Zig:24   | Noticed an ancient lich
 62442 | Zig:24   | Noticed an ancient lich
 62443 | Zig:24   | Noticed a dread lich
 62443 | Zig:24   | Noticed an ancient lich
 62443 | Zig:24   | Noticed an ancient lich
 62443 | Zig:24   | Noticed a dread lich
 62444 | Zig:24   | Killed a dread lich
 62444 | Zig:24   | Noticed an ancient lich
 62445 | Zig:24   | Killed an ancient lich
 62445 | Zig:24   | Killed a dread lich
 62445 | Zig:24   | Killed an ancient lich
 62445 | Zig:24   | Killed an ancient lich
 62445 | Zig:24   | Killed a dread lich
 62446 | Zig:24   | Killed an ancient lich
 62446 | Zig:24   | Killed an ancient lich
 62446 | Zig:24   | Killed an ancient lich
 62530 | Zig:24   | Identified the +1 chain mail "Joduy" {rCorr}
 62539 | Zig:24   | Identified the staff of cold "Edeav" {Fragile Fly rC+ Will+
                  | Stlth+}
 62583 | Zig:24   | Identified the staff of death "Nueharui" {rN+ Dex+2}
 62584 | Zig:24   | Identified the +6 ring mail of Mumblety Peg {Dex+3}
 62606 | Zig:24   | Identified the staff of death "Futocydu" {Drain rF+ rN+
                  | Int+3}
 62611 | Zig:24   | Acquired the +3 pair of gloves of the Dice {Harm Dex+4}
 62623 | Zig:25   | Entered Level 25 of a ziggurat
 62639 | Zig:25   | Paralysed by an air elemental for 1 turns
 62649 | Zig:25   | Reached skill level 27 in Earth Magic
 62756 | Zig:25   | Identified the ring of the Jackalope {rF+ Dex+6 Stlth+}
 62761 | Zig:25   | Identified the +4 chain mail "Pusapl Meas" {Regen+ Str+3
                  | Dex+2}
 62766 | Zig:25   | Identified the +8 chain mail of Misanthropy {rF- rC+++
                  | Dex+3 Stlth+}
 62767 | Zig:25   | Identified the +4 spear of Debeze {freeze, rF+ rCorr}
 62771 | Zig:25   | Identified the +7 flail of Evisceration {heavy, rN+}
 63075 | Zig:26   | Entered Level 26 of a ziggurat
 63099 | Zig:26   | Noticed an ancient lich
 63099 | Zig:26   | Noticed an ancient lich
 63100 | Zig:26   | Killed an ancient lich
 63101 | Zig:26   | Killed an ancient lich
 63102 | Zig:26   | Noticed a dread lich
 63104 | Zig:26   | Noticed an ancient lich
 63105 | Zig:26   | Noticed an ancient lich
 63105 | Zig:26   | Noticed a dread lich
 63106 | Zig:26   | Noticed an ancient lich
 63106 | Zig:26   | Killed a dread lich
 63106 | Zig:26   | Killed an ancient lich
 63106 | Zig:26   | Killed an ancient lich
 63106 | Zig:26   | Killed a dread lich
 63106 | Zig:26   | Killed an ancient lich
 63107 | Zig:26   | Reached skill level 15 in Staves
 63107 | Zig:26   | Noticed an ancient lich
 63109 | Zig:26   | Killed an ancient lich
 63110 | Zig:26   | Noticed a dread lich
 63111 | Zig:26   | Killed a dread lich
 63284 | Zig:26   | Identified the ring "Jear" {rElec rN+ rCorr Dex+6}
 63345 | Zig:26   | Identified the staff of cold "Muross" {rC+ Dex+2}
 63350 | Zig:26   | Identified the +7 falchion of Patterns {venom, Will+ Str+7}
 63362 | Zig:26   | Identified the +7 glaive of Gunu {venom, SInv}
 63381 | Zig:26   | Identified the staff of conjuration "Owosua" {Dex+4}
 63388 | Zig:26   | Got the Folio of Arcane Weapons
 63399 | Zig:27   | Entered Level 27 of a ziggurat
 63421 | Zig:27   | Reached skill level 27 in Armour
 63539 | Zig:27   | Identified the staff of death "Taxaoptel" {*Slow rElec rN+
                  | Str+3 Int+4}
 63540 | Zig:27   | Identified the +1 robe of the Robin {Str+6}
 63541 | Zig:27   | Identified the staff of conjuration "Agyxt" {Fragile rElec
                  | Str+3 SInv}
 63542 | Zig:27   | Identified the +5 mace of Twilight {elec, Stlth+}
 63544 | Zig:27   | Identified the +5 robe of Liberalism {Drain rN+ Dex+10
                  | Stlth+}
 63690 | Zig:27   | Identified the amulet "Tanow" {Reflect MP+9 SH+5}
 63694 | Zig:27   | Identified the ring "Fetoxa" {rC- EV+5 Str+3 Stlth+}
 63698 | Zig:27   | Identified the +5 scale mail "Runamaro" {Rampage Int+4}
 63704 | Zig:27   | Identified the staff of death "Fucoh" {rPois rN+ Str+4}
 63717 | Zig:27   | Identified the ring "Ysestosire" {rC+ rN++ Str+2}
 63723 | Zig:27   | Identified the +5 broad axe "Hesiq" {flame, rPois Str+3
                  | Dex-3 Stlth+}
 63814 | Zig:1    | Entered Level 1 of a ziggurat
 63842 | Zig:2    | Entered Level 2 of a ziggurat
 63843 | Zig:2    | Noticed an ancient lich
 63845 | Zig:2    | Killed an ancient lich
 63881 | Zig:3    | Entered Level 3 of a ziggurat
 63884 | Zig:3    | Noticed a caustic shrike
 63884 | Zig:3    | Noticed a caustic shrike
 63885 | Zig:3    | Killed a caustic shrike
 63885 | Zig:3    | Killed a caustic shrike
 63949 | Zig:4    | Entered Level 4 of a ziggurat
 64005 | Zig:4    | Acquired 727 gold pieces
 64009 | Zig:5    | Entered Level 5 of a ziggurat
 64113 | Zig:5    | Noticed a dread lich
 64115 | Zig:5    | Noticed an ancient lich
 64117 | Zig:5    | Killed a dread lich
 64117 | Zig:5    | Killed an ancient lich
 64238 | Zig:6    | Entered Level 6 of a ziggurat
 64241 | Zig:6    | Noticed a Killer Klown
 64241 | Zig:6    | Noticed Jaulijiwn the pandemonium lord
 64241 | Zig:6    | Noticed Mekulot the pandemonium lord
 64242 | Zig:6    | Noticed Leghauff the pandemonium lord
 64243 | Zig:6    | Noticed a Killer Klown
 64243 | Zig:6    | Noticed a Killer Klown
 64244 | Zig:6    | Killed a Killer Klown
 64245 | Zig:6    | Killed a Killer Klown
 64246 | Zig:6    | Killed Jaulijiwn the pandemonium lord
 64246 | Zig:6    | Killed Mekulot the pandemonium lord
 64247 | Zig:6    | Killed a Killer Klown
 64248 | Zig:6    | Killed Leghauff the pandemonium lord
 64306 | Zig:6    | Identified the +4 halberd "Nifrety" {freeze, rC++ rCorr
                  | Int-3 SInv}
 64332 | Zig:7    | Entered Level 7 of a ziggurat
 64464 | Zig:8    | Entered Level 8 of a ziggurat
 64528 | Zig:8    | Identified the +8 war axe of Termination {heavy, *Noise
                  | rElec Str-2 SInv}
 64529 | Zig:8    | Identified the +3 spear of the Skies Above {freeze, rPois
                  | SInv}
 64537 | Zig:8    | Identified the +9 trident "Xono" {venom, rPois rF- rN+}
 64550 | Zig:8    | Identified the +4 buckler of Hide-and-Seek {+Inv}
 64624 | Zig:9    | Entered Level 9 of a ziggurat
 64638 | Zig:9    | Found the necklace of Bloodlust {Fury *Rage Will++ Int-3
                  | Slay+6}
 64701 | Zig:9    | Identified the +0 scale mail "Nouleecs" {rPois rF+ rC-}
 64723 | Zig:9    | Identified the +12 arbalest "Celyufol" {drain, rElec}
 64731 | Zig:9    | Got the Vellum of Wildfire and the Evil Eye
 64738 | Zig:10   | Entered Level 10 of a ziggurat
 64913 | Zig:10   | Identified the staff of earth "Wuaruog" {rElec rCorr Int-5
                  | SInv}
 64940 | Zig:10   | Identified the staff of poison "Qarumaw" {Drain +Blink
                  | rElec rPois Str+6}
 64970 | Zig:11   | Entered Level 11 of a ziggurat
 64975 | Zig:11   | Noticed a dread lich
 64977 | Zig:11   | Killed a dread lich
 64979 | Zig:11   | Noticed an ancient lich
 64979 | Zig:11   | Noticed a dread lich
 64979 | Zig:11   | Noticed a dread lich
 64982 | Zig:11   | Killed an ancient lich
 64982 | Zig:11   | Killed a dread lich
 64983 | Zig:11   | Killed a dread lich
 65071 | Zig:11   | Identified the staff of poison "Puereqy" {rPois Str+2
                  | Int+4}
 65080 | Zig:11   | Identified the +3 hand axe of Usawent {freeze, *Noise Drain
                  | rPois Dex+7}
 65081 | Zig:11   | Identified the +4 plate armour of Resourcefulness {rCorr
                  | Str+4 Dex+3}
 65082 | Zig:11   | Identified the ring "Baqegg" {Will+ Str+6}
 65093 | Zig:12   | Entered Level 12 of a ziggurat
 65105 | Zig:12   | Reached skill level 27 in Stealth
 65167 | Zig:12   | Identified the +5 short sword "Acul Cops" {drain, Will+
                  | Int+2 Dex+2 Stlth+}
 65188 | Zig:12   | Identified the staff of poison "Lum Jude" {rElec rPois
                  | Dex+5}
 65189 | Zig:12   | Identified the +0 broad axe of Profit {drain, Str-3 Int+5}
 65223 | Zig:12   | Reached skill level 27 in Staves
 65231 | Zig:13   | Entered Level 13 of a ziggurat
 65241 | Zig:13   | Reached skill level 1 in Ranged Weapons
 65242 | Zig:13   | Noticed a dread lich
 65243 | Zig:13   | Noticed a dread lich
 65244 | Zig:13   | Noticed an ancient lich
 65244 | Zig:13   | Killed a dread lich
 65244 | Zig:13   | Killed a dread lich
 65245 | Zig:13   | Reached skill level 5 in Axes
 65245 | Zig:13   | Reached skill level 5 in Summonings
 65245 | Zig:13   | Killed an ancient lich
 65247 | Zig:13   | Noticed a dread lich
 65249 | Zig:13   | Found the +2 pair of slick slippers {slick, slippery, EV+4}
 65252 | Zig:13   | Reached skill level 5 in Ranged Weapons
 65253 | Zig:13   | Killed a dread lich
 65297 | Zig:13   | Identified the +2 quarterstaff of the Vestibule of Hell
                  | {freeze, Int-4 Dex+4 SInv}
 65311 | Zig:13   | Identified the staff of earth "Popeeps" {rF+ rC+ Str+3}
 65408 | Zig:14   | Entered Level 14 of a ziggurat
 65419 | Zig:14   | Noticed a caustic shrike
 65420 | Zig:14   | Noticed a caustic shrike
 65420 | Zig:14   | Noticed a caustic shrike
 65420 | Zig:14   | Noticed a caustic shrike
 65421 | Zig:14   | Killed a caustic shrike
 65421 | Zig:14   | Killed a caustic shrike
 65421 | Zig:14   | Noticed a caustic shrike
 65421 | Zig:14   | Noticed a caustic shrike
 65423 | Zig:14   | Killed a caustic shrike
 65423 | Zig:14   | Killed a caustic shrike
 65423 | Zig:14   | Noticed a caustic shrike
 65423 | Zig:14   | Noticed a caustic shrike
 65424 | Zig:14   | Noticed a caustic shrike
 65424 | Zig:14   | Noticed a caustic shrike
 65425 | Zig:14   | Killed a caustic shrike
 65425 | Zig:14   | Killed a caustic shrike
 65426 | Zig:14   | Reached skill level 10 in Axes
 65426 | Zig:14   | Reached skill level 10 in Summonings
 65426 | Zig:14   | Killed a caustic shrike
 65426 | Zig:14   | Killed a caustic shrike
 65426 | Zig:14   | Killed a caustic shrike
 65426 | Zig:14   | Killed a caustic shrike
 65543 | Zig:14   | Identified the +1 scale mail of Goasop {Fly rF+}
 65611 | Zig:15   | Entered Level 15 of a ziggurat
 65639 | Zig:15   | Noticed Ziuhuawu the pandemonium lord
 65643 | Zig:15   | Killed Ziuhuawu the pandemonium lord
 65797 | Zig:15   | Identified the ring of Levity {rF+ Dex+3}
 65798 | Zig:15   | Identified the staff of conjuration "Beys" {rF++ MP+9 Int+2
                  | Dex+2}
 65816 | Zig:15   | Identified the +1 long sword of Nawiegg {protect, Will-
                  | Str+5 Dex+5}
 65817 | Zig:15   | Identified the +8 plate armour of Seaff {Contam rN++ Str+3}
 65826 | Zig:15   | Identified the staff of cold "Xataezef" {rC+ rN+ Dex+4}
 65835 | Zig:15   | Identified the +11 shadow dragon scales of the Festooned
                  | God {Harm Dex-4 Slay+2 SInv Stlth++++}
 65837 | Zig:15   | Got the Grimoire of Battling
 65850 | Zig:16   | Entered Level 16 of a ziggurat
 65869 | Zig:16   | Reached skill level 15 in Axes
 65869 | Zig:16   | Reached skill level 10 in Ranged Weapons
 65869 | Zig:16   | Reached skill level 15 in Summonings
 65978 | Zig:16   | Identified the +3 dagger of Beogh's Castigation {speed,
                  | Int-5 Dex+3 SInv}
 65990 | Zig:16   | Identified the +1 plate armour of Magic {Regen+}
 66068 | Zig:17   | Entered Level 17 of a ziggurat
 66075 | Zig:17   | Noticed a juggernaut
 66081 | Zig:17   | Killed a juggernaut
 66158 | Zig:17   | Found the +10 dark maul {heavy}
 66311 | Zig:17   | Identified the ring of the Queen {rElec rPois rF- Int+2
                  | Slay+4}
 66317 | Zig:17   | Identified the +7 quarterstaff of the Land of Plenty {pain,
                  | Int+3}
 66323 | Zig:17   | Identified the amulet "Ikuviqenk" {Acrobat Dex+5 SInv}
 66326 | Zig:17   | Identified the amulet "Ylitasua" {Reflect Str+2 Int+2 SH+5}
 66364 | Zig:17   | Identified the +1 scale mail "Ofomuf Hutith" {Fly rElec
                  | rC+}
 66374 | Zig:18   | Entered Level 18 of a ziggurat
 66429 | Zig:18   | Noticed a dread lich
 66432 | Zig:18   | Killed a dread lich
 66438 | Zig:18   | Found the +6 lightning scales {swift, rElec}
 66565 | Zig:18   | Identified the ring of Ephemeral Luck {rPois rN+ rCorr
                  | Int+4}
 66602 | Zig:18   | Identified the +7 rapier "Vavituje" {vamp, Str+3}
 66608 | Zig:18   | Identified the ring "Luaqajau" {Ice MP-9 Int+7}
 66609 | Zig:18   | Identified the +8 longbow of Vaihuucyha {elec, rC++ rCorr
                  | Str+4}
 66614 | Zig:18   | Got the Codex of Austromancy and Heat
 66628 | Zig:19   | Entered Level 19 of a ziggurat
 66650 | Zig:19   | Paralysed by accursed screaming for 1 turns
 66682 | Zig:19   | Found the +2 Maxwell's thermic engine {flame, freeze, rev}
 66744 | Zig:19   | Identified the +6 short sword of Tatwur {holy, rC+ MP+9
                  | Dex-3}
 66747 | Zig:19   | Identified the +1 robe of a bailey {Rampage rC+ rN+}
 66954 | Zig:19   | Identified the ring "Miupsut" {rC+ Dex+6 Slay+6 Stlth+}
 66997 | Zig:19   | Identified the amulet "Ompin" {RegenMP +Blink SInv}
 67043 | Zig:20   | Entered Level 20 of a ziggurat
 67053 | Zig:20   | Noticed a shard shrike
 67058 | Zig:20   | Killed a shard shrike
 67062 | Zig:20   | Noticed a shard shrike
 67062 | Zig:20   | Noticed a shard shrike
 67062 | Zig:20   | Noticed a shard shrike
 67063 | Zig:20   | Noticed a shard shrike
 67064 | Zig:20   | Killed a shard shrike
 67065 | Zig:20   | Reached skill level 15 in Ranged Weapons
 67066 | Zig:20   | Killed a shard shrike
 67067 | Zig:20   | Noticed a shard shrike
 67069 | Zig:20   | Killed a shard shrike
 67069 | Zig:20   | Killed a shard shrike
 67070 | Zig:20   | Noticed a shard shrike
 67071 | Zig:20   | Killed a shard shrike
 67074 | Zig:20   | Noticed a shard shrike
 67076 | Zig:20   | Killed a shard shrike
 67077 | Zig:20   | Killed a shard shrike
 67084 | Zig:20   | Reached skill level 27 in Transmutations
 67099 | Zig:20   | Noticed a shard shrike
 67099 | Zig:20   | Noticed a shard shrike
 67100 | Zig:20   | Killed a shard shrike
 67100 | Zig:20   | Killed a shard shrike
 67125 | Zig:20   | Noticed a shard shrike
 67127 | Zig:20   | Killed a shard shrike
 67128 | Zig:20   | Noticed a shard shrike
 67129 | Zig:20   | Killed a shard shrike
 67133 | Zig:20   | Noticed a shard shrike
 67134 | Zig:20   | Noticed a shard shrike
 67134 | Zig:20   | Noticed a shard shrike
 67136 | Zig:20   | Killed a shard shrike
 67136 | Zig:20   | Killed a shard shrike
 67136 | Zig:20   | Killed a shard shrike
 67262 | Zig:20   | Found the +3 salamander hide armour {Flames, rFlCloud rF++
                  | rC--}
 67274 | Zig:20   | Identified the staff of fire "Gap Vuxe" {rF+ rC+ Int+2
                  | Dex+6}
 67293 | Zig:20   | Identified the ring "Pyel" {rPois rCorr Str+3}
 67313 | Zig:20   | Identified the +0 flail of the Present {venom, rC+ rN+
                  | Dex+3 Stlth+}
 67314 | Zig:20   | Identified the +2 cloak "Ijeeg" {Dex+2}
 67315 | Zig:20   | Identified the ring of Amelioration {rPois rF+ rN++ rCorr
                  | Dex-5}
 67348 | Zig:21   | Entered Level 21 of a ziggurat
 67520 | Zig:21   | Identified the amulet of Vehumet's Vengeance {Acrobat Int+5
                  | Dex-5 Slay+3}
 67554 | Zig:21   | Identified the +2 robe "Akasheka" {rF+}
 67557 | Zig:21   | Identified the +4 flail of Ciagaitu {vamp, *Slow rC- Int+2
                  | Dex+9}
 67617 | Zig:21   | Identified the ring "Jefrylie" {rC+ rCorr MP-9 Dex+8}
 67750 | Zig:21   | Got the Anthology of Meteoric Scree
 67755 | Zig:21   | Identified the +5 robe "Poxazuvo" {MP+9 Int+2}
 67768 | Zig:21   | Identified the +8 quarterstaff "Teliklewk" {drain, rC+
                  | Dex+4}
 67769 | Zig:21   | Identified the +8 chain mail "Tonoiteny" {Str+2 Dex+4}
 67792 | Zig:21   | Identified the +4 hand axe "Ararchezu" {vamp, *Slow +Blink
                  | rC+ Str+2}
 67795 | Zig:21   | Identified the ring of Waiv Coc {Dex+2 SInv}
 67802 | Zig:21   | Acquired 776 gold pieces
 67828 | Zig:22   | Entered Level 22 of a ziggurat
 67843 | Zig:22   | Noticed a Killer Klown
 67844 | Zig:22   | Noticed a Killer Klown
 67845 | Zig:22   | Noticed Uliolef the pandemonium lord
 67846 | Zig:22   | Killed a Killer Klown
 67846 | Zig:22   | Killed a Killer Klown
 67846 | Zig:22   | Noticed Roic the pandemonium lord
 67848 | Zig:22   | Killed Roic the pandemonium lord
 67849 | Zig:22   | Killed Uliolef the pandemonium lord
 67850 | Zig:22   | Noticed Vesuorph the pandemonium lord
 67851 | Zig:22   | Noticed Doikady the pandemonium lord
 67852 | Zig:22   | Noticed Lihowyam the pandemonium lord
 67852 | Zig:22   | Noticed a Killer Klown
 67852 | Zig:22   | Noticed Tepaan the pandemonium lord
 67853 | Zig:22   | Killed Vesuorph the pandemonium lord
 67853 | Zig:22   | Noticed Yreb the pandemonium lord
 67854 | Zig:22   | Killed Doikady the pandemonium lord
 67854 | Zig:22   | Killed a Killer Klown
 67854 | Zig:22   | Killed Tepaan the pandemonium lord
 67854 | Zig:22   | Noticed Baatsam the pandemonium lord
 67854 | Zig:22   | Noticed a Killer Klown
 67855 | Zig:22   | Noticed Gawaeff the pandemonium lord
 67856 | Zig:22   | Killed Lihowyam the pandemonium lord
 67856 | Zig:22   | Killed a Killer Klown
 67856 | Zig:22   | Noticed a Killer Klown
 67857 | Zig:22   | Killed Baatsam the pandemonium lord
 67857 | Zig:22   | Killed Yreb the pandemonium lord
 67857 | Zig:22   | Noticed Boarogh the pandemonium lord
 67857 | Zig:22   | Noticed Inatia the pandemonium lord
 67858 | Zig:22   | Killed Gawaeff the pandemonium lord
 67858 | Zig:22   | Killed a Killer Klown
 67858 | Zig:22   | Noticed a Killer Klown
 67858 | Zig:22   | Noticed Hocwop the pandemonium lord
 67859 | Zig:22   | Killed Inatia the pandemonium lord
 67859 | Zig:22   | Killed Hocwop the pandemonium lord
 67860 | Zig:22   | Killed a Killer Klown
 67860 | Zig:22   | Killed Boarogh the pandemonium lord
 67860 | Zig:22   | Noticed Ocziwnuv the pandemonium lord
 67860 | Zig:22   | Noticed Fuojuq the pandemonium lord
 67860 | Zig:22   | Noticed a Killer Klown
 67860 | Zig:22   | Noticed Leulegiq the pandemonium lord
 67867 | Zig:22   | Noticed Cocyugig the pandemonium lord
 67867 | Zig:22   | Noticed Wantym the pandemonium lord
 67869 | Zig:22   | Killed a Killer Klown
 67869 | Zig:22   | Killed Cocyugig the pandemonium lord
 67869 | Zig:22   | Killed Fuojuq the pandemonium lord
 67870 | Zig:22   | Killed Wantym the pandemonium lord
 67870 | Zig:22   | Killed Leulegiq the pandemonium lord
 67872 | Zig:22   | Noticed Vaunen Uvica the pandemonium lord
 67873 | Zig:22   | Killed Ocziwnuv the pandemonium lord
 67873 | Zig:22   | Noticed Dubamipu the pandemonium lord
 67875 | Zig:22   | Noticed Lapeosail the pandemonium lord
 67888 | Zig:22   | Killed Dubamipu the pandemonium lord
 67889 | Zig:22   | Noticed a Killer Klown
 67889 | Zig:22   | Noticed Zuyrphes the pandemonium lord
 67889 | Zig:22   | Noticed Sucic the pandemonium lord
 67890 | Zig:22   | Noticed a Killer Klown
 67891 | Zig:22   | Killed a Killer Klown
 67891 | Zig:22   | Noticed Caatuken the pandemonium lord
 67892 | Zig:22   | Killed a Killer Klown
 67892 | Zig:22   | Killed Lapeosail the pandemonium lord
 67892 | Zig:22   | Killed Vaunen Uvica the pandemonium lord
 67892 | Zig:22   | Noticed a Killer Klown
 67893 | Zig:22   | Killed Zuyrphes the pandemonium lord
 67893 | Zig:22   | Killed Caatuken the pandemonium lord
 67893 | Zig:22   | Noticed Iraminukh the pandemonium lord
 67894 | Zig:22   | Killed Sucic the pandemonium lord
 67894 | Zig:22   | Killed a Killer Klown
 67905 | Zig:22   | Noticed Kirgh the pandemonium lord
 67905 | Zig:22   | Killed Iraminukh the pandemonium lord
 67906 | Zig:22   | Noticed a caustic shrike
 67906 | Zig:22   | a caustic shrike changed into an iron giant
 67906 | Zig:22   | Noticed Cusyag Cyczo the pandemonium lord
 67906 | Zig:22   | Noticed a Killer Klown
 67907 | Zig:22   | Killed Kirgh the pandemonium lord
 67908 | Zig:22   | Killed a Killer Klown
 67909 | Zig:22   | Noticed a Killer Klown
 67910 | Zig:22   | Noticed a Killer Klown
 67911 | Zig:22   | Killed Cusyag Cyczo the pandemonium lord
 67913 | Zig:22   | Killed a Killer Klown
 67914 | Zig:22   | Killed a Killer Klown
 67916 | Zig:22   | Noticed Hohios the pandemonium lord
 67918 | Zig:22   | Noticed Puhituyr the pandemonium lord
 67920 | Zig:22   | Killed Hohios the pandemonium lord
 67921 | Zig:22   | Killed Puhituyr the pandemonium lord
 68071 | Zig:22   | Identified the staff of fire "Ryones" {rF+ rN+}
 68155 | Zig:22   | Identified the ring of Qatucse {rElec rCorr MP+9}
 68164 | Zig:22   | Identified the staff of cold "Con Odd" {rElec rC+ Str+3
                  | Int+3}
 68175 | Zig:22   | Identified the staff of fire "Femej" {+Blink rF+ rCorr
                  | Str+5 SInv}
 68184 | Zig:22   | Identified the staff of death "Dadghiqor" {rN+ rCorr}
 68194 | Zig:22   | Identified the ring of Pesahivyl {rF+ Dex+3}
 68216 | Zig:23   | Entered Level 23 of a ziggurat
 68222 | Zig:23   | Noticed a caustic shrike
 68222 | Zig:23   | Noticed a caustic shrike
 68222 | Zig:23   | Noticed a caustic shrike
 68222 | Zig:23   | Noticed a caustic shrike
 68226 | Zig:23   | Killed a caustic shrike
 68226 | Zig:23   | Killed a caustic shrike
 68226 | Zig:23   | Killed a caustic shrike
 68227 | Zig:23   | Killed a caustic shrike
 68229 | Zig:23   | Noticed a caustic shrike
 68230 | Zig:23   | Noticed a caustic shrike
 68230 | Zig:23   | Noticed a caustic shrike
 68230 | Zig:23   | Noticed a caustic shrike
 68232 | Zig:23   | Noticed a caustic shrike
 68232 | Zig:23   | Noticed a caustic shrike
 68232 | Zig:23   | Noticed a caustic shrike
 68233 | Zig:23   | Noticed a caustic shrike
 68234 | Zig:23   | Noticed a caustic shrike
 68235 | Zig:23   | Killed a caustic shrike
 68235 | Zig:23   | Killed a caustic shrike
 68235 | Zig:23   | Killed a caustic shrike
 68235 | Zig:23   | Killed a caustic shrike
 68235 | Zig:23   | Killed a caustic shrike
 68235 | Zig:23   | Killed a caustic shrike
 68235 | Zig:23   | Killed a caustic shrike
 68235 | Zig:23   | Killed a caustic shrike
 68235 | Zig:23   | Killed a caustic shrike
 68235 | Zig:23   | Noticed a caustic shrike
 68236 | Zig:23   | Noticed a caustic shrike
 68236 | Zig:23   | Noticed a caustic shrike
 68238 | Zig:23   | Killed a caustic shrike
 68238 | Zig:23   | Killed a caustic shrike
 68238 | Zig:23   | Noticed a caustic shrike
 68239 | Zig:23   | Noticed a caustic shrike
 68241 | Zig:23   | Killed a caustic shrike
 68243 | Zig:23   | Killed a caustic shrike
 68243 | Zig:23   | Killed a caustic shrike
 68247 | Zig:23   | Reached skill level 27 in Axes
 68472 | Zig:23   | Identified the +1 quarterstaff of Generosity {freeze, rElec
                  | rC+++ Int-5 Stlth-}
 68473 | Zig:23   | Identified the staff of fire "Acenanev" {rF+ Int+5 Dex+2}
 68490 | Zig:23   | Got the Atlas of Transposition and Feathers
 68494 | Zig:23   | Identified the staff of air "Hila" {rElec rPois rN+}
 68514 | Zig:24   | Entered Level 24 of a ziggurat
 68542 | Zig:24   | Reached skill level 27 in Summonings
 68735 | Zig:24   | Identified the +1 leather armour "Yrappo" {rPois Int+3}
 68926 | Zig:24   | Identified the +6 leather armour "Jikor" {Slay+2}
 68951 | Zig:24   | Got Adwesush's Guide on the Queen Bee
 68952 | Zig:24   | Identified the +10 great mace of Widyqi Seig {heavy, Int+2}
 68968 | Zig:25   | Entered Level 25 of a ziggurat
 68999 | Zig:25   | Reached skill level 27 in Ranged Weapons
 68999 | Zig:25   | Reached skill level 1 in Poison Magic
 69000 | Zig:25   | Reached skill level 5 in Poison Magic
 69002 | Zig:25   | Reached skill level 5 in Hexes
 69002 | Zig:25   | Reached skill level 5 in Translocations
 69068 | Zig:25   | Reached skill level 10 in Poison Magic
 69371 | Zig:25   | Found the +10 Black Knight's barding {ponderous, rPois rN+}
 69568 | Zig:25   | Got Mnoleg's Opusculum on the Familiar
 69572 | Zig:25   | Identified the +0 barding of Soft Rains {Str+4}
 69578 | Zig:25   | Got Asmodeus's Lectures on Traumaturgy
 69581 | Zig:25   | Identified the +4 scimitar "X" {flame, rPois rCorr}
 69591 | Zig:25   | Identified the +2 rapier "Eprul" {freeze, +Blink rPois rF-
                  | Str+6}
 69592 | Zig:25   | Identified the +1 hand axe "Nolit" {pain, Fragile rPois rF+
                  | Will+}
 69599 | Zig:25   | Identified the staff of air "Qetouk" {rElec rPois rF+
                  | Will-}
 69617 | Zig:25   | Identified the staff of fire "Zygur" {rElec rF+ Will+ rCorr
                  | MP+9}
 69618 | Zig:25   | Identified the +10 dagger of Midnight {freeze, Will- Int+3
                  | SInv}
 69619 | Zig:25   | Identified the ring of Evaekahi {rPois rF+ Str+6 Stlth+}
 69622 | Zig:25   | Identified the ring of Ryikhey {Fly rF- MP+9 Int+6}
 69629 | Zig:26   | Entered Level 26 of a ziggurat
 69645 | Zig:26   | Noticed a shard shrike
 69646 | Zig:26   | Noticed a shard shrike
 69651 | Zig:26   | Killed a shard shrike
 69652 | Zig:26   | Noticed a shard shrike
 69653 | Zig:26   | Killed a shard shrike
 69655 | Zig:26   | Killed a shard shrike
 69656 | Zig:26   | Reached skill level 10 in Hexes
 69656 | Zig:26   | Noticed a shard shrike
 69656 | Zig:26   | Noticed a shard shrike
 69657 | Zig:26   | Killed a shard shrike
 69657 | Zig:26   | Killed a shard shrike
 69657 | Zig:26   | Noticed a shard shrike
 69658 | Zig:26   | Reached skill level 10 in Translocations
 69658 | Zig:26   | Killed a shard shrike
 69659 | Zig:26   | Noticed a shard shrike
 69659 | Zig:26   | Noticed a shard shrike
 69660 | Zig:26   | Noticed a shard shrike
 69669 | Zig:26   | Killed a shard shrike
 69669 | Zig:26   | Killed a shard shrike
 69671 | Zig:26   | Reached skill level 15 in Poison Magic
 69671 | Zig:26   | Noticed a dread lich
 69673 | Zig:26   | Killed a shard shrike
 69675 | Zig:26   | Killed a dread lich
 69683 | Zig:26   | Noticed a shard shrike
 69683 | Zig:26   | Noticed a shard shrike
 69686 | Zig:26   | Killed a shard shrike
 69687 | Zig:26   | Killed a shard shrike
 69790 | Zig:26   | Found the +7 mace of Variability {chaos, chaos arc}
 69825 | Zig:26   | Found the +9 scales of the Dragon King {rPois rF+ rC+
                  | Will+}
 69826 | Zig:26   | Found the +6 Majin-Bo {spellvamp, MP+6 Int+6}
 69837 | Zig:26   | Identified the staff of poison "Egeizuy" {rPois rN+ Str+2
                  | Int+3}
 69906 | Zig:26   | Identified the +5 short sword of Rubbish {heavy, Dex+2}
 69909 | Zig:26   | Identified the +1 pair of boots of Liodashra {rC+ Dex+8
                  | Stlth-}
 69932 | Zig:26   | Identified the +0 robe of Death Resistance {rC+ rN+ Int+2}
 69942 | Zig:26   | Got the Vademecum on Black Deeds and Pollution
 69977 | Zig:26   | Identified the +3 lajatang "Beetleslayer" {heavy, rElec rF-
                  | rCorr Dex+7}
 70114 | Zig:27   | Entered Level 27 of a ziggurat
 70138 | Zig:27   | Reached skill level 15 in Translocations
 70144 | Zig:27   | Reached skill level 15 in Hexes
 70160 | Zig:27   | Noticed Qenaat the pandemonium lord
 70163 | Zig:27   | Killed Qenaat the pandemonium lord
 70442 | Zig:27   | Got the Codex of the Mutagenic Swarm
 70455 | Zig:27   | Identified the +0 pair of gloves of Faj Xot {rC+}
 70456 | Zig:27   | Identified the staff of fire "Ymotuawk" {rF+ Int+3 Dex+3}
 70460 | Zig:27   | Got the Papyrus of the Hornet and Nonlocality
 70468 | Zig:27   | Identified the amulet of Agru {Acrobat rF+ Regen+ Slay-3
                  | Stlth+}
 70493 | Zig:27   | Identified the staff of poison "Kieczupo" {rPois Will+}
 70593 | Zig:1    | Entered Level 1 of a ziggurat
 70608 | Zig:2    | Entered Level 2 of a ziggurat
 70633 | Zig:3    | Entered Level 3 of a ziggurat
 70706 | Zig:4    | Entered Level 4 of a ziggurat
 70722 | Zig:4    | Identified the +1 hand axe "Pantu Nyank" {holy, rC- Str+6
                  | Stlth-}
 70734 | Zig:4    | Identified the +11 halberd "Ruff" {venom, rN+ Will+ Dex-3}
 70764 | Zig:5    | Entered Level 5 of a ziggurat
 70792 | Zig:5    | Identified the +5 trident of Lies {venom, Will+ Int+5}
 70841 | Zig:6    | Entered Level 6 of a ziggurat
 70848 | Zig:6    | Noticed Juurghioll the pandemonium lord
 70849 | Zig:6    | Killed Juurghioll the pandemonium lord
 70875 | Zig:6    | Identified the +0 mace of Plunder {spect, rElec rPois rC+
                  | Str+2}
 70894 | Zig:6    | Identified the amulet "Vineenept" {Spirit rF+}
 70912 | Zig:6    | Got the Spellbook of Transition
 70924 | Zig:7    | Entered Level 7 of a ziggurat
 70991 | Zig:7    | Identified the +1 quarterstaff of Ancient Evil {antimagic,
                  | rF+ Will+++ Int-3 Stlth-}
 71080 | Zig:8    | Entered Level 8 of a ziggurat
 71082 | Zig:8    | Noticed a juggernaut
 71094 | Zig:8    | Killed a juggernaut
 71206 | Zig:8    | Identified the +1 morningstar "Revuureh" {antimagic, Str-4
                  | Int+4 Dex+3}
 71225 | Zig:8    | Identified the +3 spear "Lodietwi" {venom, Dex+4}
 71289 | Zig:9    | Entered Level 9 of a ziggurat
 71465 | Zig:9    | Got the Codex of Kindling and the Rocks
 71468 | Zig:9    | Got the Guidebook on the Relocated Burn
 71472 | Zig:10   | Entered Level 10 of a ziggurat
 71474 | Zig:10   | Noticed a juggernaut
 71475 | Zig:10   | Noticed a juggernaut
 71475 | Zig:10   | Noticed a juggernaut
 71480 | Zig:10   | Killed a juggernaut
 71480 | Zig:10   | Killed a juggernaut
 71480 | Zig:10   | Noticed a juggernaut
 71481 | Zig:10   | Killed a juggernaut
 71485 | Zig:10   | Killed a juggernaut
 71622 | Zig:10   | Identified the ring "Umpa" {rPois rCorr MP+9 Str+3 Dex-3}
 71667 | Zig:10   | Identified the +3 plate armour of Anarchy {rN+ Int+3 Dex+2}
 71673 | Zig:11   | Entered Level 11 of a ziggurat
 71681 | Zig:11   | Noticed an ancient lich
 71682 | Zig:11   | Noticed an ancient lich
 71683 | Zig:11   | Noticed an ancient lich
 71684 | Zig:11   | Killed an ancient lich
 71685 | Zig:11   | Killed an ancient lich
 71685 | Zig:11   | Killed an ancient lich
 71716 | Zig:11   | Identified the +0 ring mail "Ullirram" {+Blink Regen+}
 71724 | Zig:11   | Identified the ring of Untruth {Str+6 SInv Stlth+}
 71775 | Zig:11   | Identified the ring "Qaluren" {Will+ Int+3}
 71850 | Zig:11   | Identified the +8 scimitar of Yredelemnul's Grace {distort,
                  | *Corrode Str+3 Dex+2}
 71861 | Zig:12   | Entered Level 12 of a ziggurat
 72053 | Zig:12   | Got the Grimoire of the Transformed Atmosphere
 72060 | Zig:13   | Entered Level 13 of a ziggurat
 72132 | Zig:13   | Identified the +7 rapier of Witsived {flame, rElec rC++ rN+
                  | Dex-2}
 72140 | Zig:13   | Identified the +6 short sword of the Tundras {flame, rF+
                  | Dex+4 Stlth-}
 72141 | Zig:13   | Identified the +0 lajatang "Worm's Wrath" {freeze, +Blink
                  | Fly rC++ Dex-4}
 72144 | Zig:13   | Identified the +3 ring mail of the Thirteen Runes {rElec
                  | rCorr Dex+3}
 72155 | Zig:13   | Identified the +9 short sword "Sudiuff" {spect, Int+3
                  | Stlth+}
 72225 | Zig:13   | Identified the +9 dagger of Impermanence {venom, Int+3}
 72258 | Zig:14   | Entered Level 14 of a ziggurat
 72436 | Zig:14   | Identified the +6 spear "Uvauss" {freeze, Int+5}
 72440 | Zig:14   | Identified the ring of Accord {rF- rC++ rN+ Int+6}
 72475 | Zig:14   | Identified the +7 flail of Impeachment {protect, rElec rN+
                  | Stlth-}
 72485 | Zig:14   | Identified the amulet of Upeter {rElec Regen+ rCorr}
 72494 | Zig:15   | Entered Level 15 of a ziggurat
 72500 | Zig:15   | Noticed an ancient lich
 72504 | Zig:15   | Killed an ancient lich
 72504 | Zig:15   | Noticed an ancient lich
 72504 | Zig:15   | Noticed an ancient lich
 72510 | Zig:15   | Killed an ancient lich
 72510 | Zig:15   | Killed an ancient lich
 72518 | Zig:15   | Found the +8 orange crystal plate armour {Archmagi, Int+3
                  | Clar}
 72533 | Zig:15   | Identified the +5 great mace "Xoiger" {vamp, rPois Will-
                  | Str+3 Int+3}
 72540 | Zig:15   | Identified the +1 leather armour of Taxen {Int+3}
 72545 | Zig:15   | Identified the ring "Feohakai" {Fire Dex+4 Stlth+}
 72727 | Zig:15   | Got the Directory of the Discharge
 72844 | Zig:16   | Entered Level 16 of a ziggurat
 72850 | Zig:16   | Noticed Sulilaef the pandemonium lord
 72851 | Zig:16   | Noticed Bailes the pandemonium lord
 72853 | Zig:16   | Killed Sulilaef the pandemonium lord
 72854 | Zig:16   | Reached skill level 27 in Translocations
 72854 | Zig:16   | Killed Bailes the pandemonium lord
 72855 | Zig:16   | Reached skill level 27 in Poison Magic
 72856 | Zig:16   | Noticed Zaleuz the pandemonium lord
 72856 | Zig:16   | Noticed a Killer Klown
 72857 | Zig:16   | Killed a Killer Klown
 72858 | Zig:16   | Noticed a Killer Klown
 72858 | Zig:16   | Noticed Piogatz the pandemonium lord
 72859 | Zig:16   | Noticed Cunka the pandemonium lord
 72859 | Zig:16   | Noticed a Killer Klown
 72861 | Zig:16   | Killed Zaleuz the pandemonium lord
 72861 | Zig:16   | Killed a Killer Klown
 72861 | Zig:16   | Killed a Killer Klown
 72861 | Zig:16   | Noticed a Killer Klown
 72861 | Zig:16   | Noticed Qunec the pandemonium lord
 72861 | Zig:16   | Noticed Fiereit the pandemonium lord
 72863 | Zig:16   | Killed Cunka the pandemonium lord
 72864 | Zig:16   | Killed Piogatz the pandemonium lord
 72864 | Zig:16   | Noticed Licidu the pandemonium lord
 72864 | Zig:16   | Noticed Kiut Qoa the pandemonium lord
 72865 | Zig:16   | Killed a Killer Klown
 72865 | Zig:16   | Killed Fiereit the pandemonium lord
 72865 | Zig:16   | Noticed Baheo the pandemonium lord
 72867 | Zig:16   | Killed Kiut Qoa the pandemonium lord
 72867 | Zig:16   | Killed Qunec the pandemonium lord
 72867 | Zig:16   | Noticed Radghy the pandemonium lord
 72867 | Zig:16   | Noticed Igrut the pandemonium lord
 72867 | Zig:16   | Noticed Ericeh the pandemonium lord
 72868 | Zig:16   | Killed Baheo the pandemonium lord
 72868 | Zig:16   | Killed Igrut the pandemonium lord
 72869 | Zig:16   | Killed Licidu the pandemonium lord
 72869 | Zig:16   | Killed Radghy the pandemonium lord
 72870 | Zig:16   | Killed Ericeh the pandemonium lord
 72881 | Zig:16   | Noticed Xolub the pandemonium lord
 72882 | Zig:16   | Noticed a Killer Klown
 72882 | Zig:16   | Noticed a Killer Klown
 72882 | Zig:16   | Noticed Guskiff the pandemonium lord
 72884 | Zig:16   | Killed a Killer Klown
 72884 | Zig:16   | Noticed a Killer Klown
 72885 | Zig:16   | Reached skill level 27 in Hexes
 72885 | Zig:16   | Noticed Gemitacu the pandemonium lord
 72886 | Zig:16   | Killed Xolub the pandemonium lord
 72887 | Zig:16   | Reached skill level 1 in Short Blades
 72887 | Zig:16   | Reached skill level 1 in Polearms
 72887 | Zig:16   | Reached skill level 1 in Unarmed Combat
 72887 | Zig:16   | Reached skill level 1 in Invocations
 72887 | Zig:16   | Noticed a Killer Klown
 72887 | Zig:16   | Killed Guskiff the pandemonium lord
 72887 | Zig:16   | Killed a Killer Klown
 72887 | Zig:16   | Killed a Killer Klown
 72887 | Zig:16   | Noticed a Killer Klown
 72888 | Zig:16   | Killed Gemitacu the pandemonium lord
 72889 | Zig:16   | Noticed Jueguso the pandemonium lord
 72890 | Zig:16   | Killed a Killer Klown
 72890 | Zig:16   | Killed a Killer Klown
 72891 | Zig:16   | Reached skill level 5 in Maces & Flails
 72893 | Zig:16   | Killed Jueguso the pandemonium lord
 72894 | Zig:16   | Reached skill level 5 in Polearms
 72990 | Zig:16   | Identified the +1 morningstar of the Original Sin {drain,
                  | rElec rF+ rCorr Dex-3}
 72995 | Zig:16   | Identified the +6 great mace "Etonar" {venom, rC+ rN+
                  | Dex+2}
 72998 | Zig:16   | Identified the +3 shortbow "Cesued" {drain, rCorr Str+3}
 73002 | Zig:16   | Identified the staff of cold "Baydesesk" {rF+ rC+ Will++
                  | Int+2 Stlth+}
 73004 | Zig:16   | Identified the +9 great mace of a Thousand Deaths {heavy,
                  | Dex+5}
 73007 | Zig:16   | Identified the staff of poison "Pemai" {rPois Dex+2}
 73012 | Zig:16   | Identified the staff of cold "Zuepih" {rF++ rC+ Int+3
                  | Dex+2}
 73015 | Zig:16   | Identified the staff of fire "Seagiruq" {rF+ MP+9 Str-5
                  | Int+5 SInv}
 73112 | Zig:16   | Got Ycipt's Anthology of Infection and the Snowflakes
 73129 | Zig:17   | Entered Level 17 of a ziggurat
 73142 | Zig:17   | Noticed a royal mummy
 73142 | Zig:17   | Noticed a royal mummy
 73143 | Zig:17   | Noticed a royal mummy
 73144 | Zig:17   | Noticed a royal mummy
 73147 | Zig:17   | Killed a royal mummy
 73147 | Zig:17   | Noticed a royal mummy
 73148 | Zig:17   | Reached skill level 5 in Invocations
 73148 | Zig:17   | Killed a royal mummy
 73148 | Zig:17   | Killed a royal mummy
 73149 | Zig:17   | Reached skill level 5 in Unarmed Combat
 73149 | Zig:17   | Noticed a royal mummy
 73149 | Zig:17   | Killed a royal mummy
 73149 | Zig:17   | Killed a royal mummy
 73149 | Zig:17   | Noticed a royal mummy
 73149 | Zig:17   | Noticed an ancient lich
 73151 | Zig:17   | Noticed a royal mummy
 73151 | Zig:17   | Noticed a royal mummy
 73151 | Zig:17   | Noticed a royal mummy
 73152 | Zig:17   | Noticed a royal mummy
 73153 | Zig:17   | Noticed a royal mummy
 73153 | Zig:17   | Killed an ancient lich
 73154 | Zig:17   | Killed a royal mummy
 73154 | Zig:17   | Killed a royal mummy
 73154 | Zig:17   | Killed a royal mummy
 73155 | Zig:17   | Reached skill level 10 in Maces & Flails
 73155 | Zig:17   | Killed a royal mummy
 73155 | Zig:17   | Killed a royal mummy
 73155 | Zig:17   | Killed a royal mummy
 73155 | Zig:17   | Killed a royal mummy
 73156 | Zig:17   | Reached skill level 10 in Polearms
 73160 | Zig:17   | Found the sphere of Battle
 73182 | Zig:17   | Identified the +2 battleaxe of the Viper {flame, *Slow rF+
                  | rN++ Str+2}
 73196 | Zig:17   | Identified the ring "Iqoirph" {Int+6 Dex+2}
 73199 | Zig:17   | Identified the +5 war axe of the Sage {drain, Dex+3}
 73207 | Zig:17   | Identified the +9 demon trident of Putrescence {flame,
                  | *Noise Will+ Int+5}
 73214 | Zig:17   | Identified the +0 robe "Ecog" {Fly rPois rC+ Str-4 SInv}
 73242 | Zig:17   | Identified the +2 ring mail of Maodiurph {Dex+3 Slay+2}
 73248 | Zig:17   | Identified the staff of death "Buis Uhesh" {rC+ rN+ Int+2
                  | Dex-2}
 73426 | Zig:17   | Identified the +1 ring mail of the Maze {rF+++ Dex+6
                  | Slay-5}
 73450 | Zig:17   | Reached skill level 10 in Short Blades
 73477 | Zig:17   | Got the Handbook of Putrescence and Locality
 73492 | Zig:18   | Entered Level 18 of a ziggurat
 73500 | Zig:18   | Noticed Zoubb the pandemonium lord
 73502 | Zig:18   | Noticed Oluiwk the pandemonium lord
 73502 | Zig:18   | Noticed a Killer Klown
 73503 | Zig:18   | Noticed Yceaciam the pandemonium lord
 73503 | Zig:18   | Noticed a Killer Klown
 73504 | Zig:18   | Noticed a Killer Klown
 73504 | Zig:18   | Noticed a Killer Klown
 73505 | Zig:18   | Noticed Yluci the pandemonium lord
 73505 | Zig:18   | Noticed a Killer Klown
 73506 | Zig:18   | Killed Zoubb the pandemonium lord
 73506 | Zig:18   | Noticed Qazebas the pandemonium lord
 73506 | Zig:18   | Noticed Omoehi the pandemonium lord
 73506 | Zig:18   | Noticed a Killer Klown
 73507 | Zig:18   | Noticed Arufiw the pandemonium lord
 73507 | Zig:18   | Killed a Killer Klown
 73507 | Zig:18   | Killed Oluiwk the pandemonium lord
 73507 | Zig:18   | Killed a Killer Klown
 73508 | Zig:18   | Killed a Killer Klown
 73508 | Zig:18   | Killed Arufiw the pandemonium lord
 73508 | Zig:18   | Killed a Killer Klown
 73508 | Zig:18   | Killed a Killer Klown
 73508 | Zig:18   | Killed Yceaciam the pandemonium lord
 73508 | Zig:18   | Noticed Fuefro the pandemonium lord
 73508 | Zig:18   | Noticed a Killer Klown
 73509 | Zig:18   | Reached skill level 10 in Invocations
 73509 | Zig:18   | Killed a Killer Klown
 73509 | Zig:18   | Killed Qazebas the pandemonium lord
 73509 | Zig:18   | Noticed Ugiddurr the pandemonium lord
 73509 | Zig:18   | Noticed a Killer Klown
 73510 | Zig:18   | Killed Fuefro the pandemonium lord
 73510 | Zig:18   | Killed a Killer Klown
 73510 | Zig:18   | Killed a Killer Klown
 73510 | Zig:18   | Noticed Vunesod the pandemonium lord
 73510 | Zig:18   | Noticed a Killer Klown
 73510 | Zig:18   | Noticed Noxkyet the pandemonium lord
 73511 | Zig:18   | Noticed Neeceid the pandemonium lord
 73512 | Zig:18   | Killed Omoehi the pandemonium lord
 73512 | Zig:18   | Killed a Killer Klown
 73512 | Zig:18   | Noticed Mimaoc the pandemonium lord
 73512 | Zig:18   | Noticed a Killer Klown
 73513 | Zig:18   | Killed Noxkyet the pandemonium lord
 73513 | Zig:18   | Killed Neeceid the pandemonium lord
 73513 | Zig:18   | Noticed Eleat the pandemonium lord
 73513 | Zig:18   | Noticed a Killer Klown
 73513 | Zig:18   | Noticed Zedoptu the pandemonium lord
 73514 | Zig:18   | Reached skill level 15 in Maces & Flails
 73514 | Zig:18   | Reached skill level 10 in Unarmed Combat
 73514 | Zig:18   | Killed Vunesod the pandemonium lord
 73514 | Zig:18   | Killed Mimaoc the pandemonium lord
 73514 | Zig:18   | Killed a Killer Klown
 73518 | Zig:18   | Noticed Otionk the pandemonium lord
 73519 | Zig:18   | Noticed Pysenu Nuwis the pandemonium lord
 73519 | Zig:18   | Noticed Coipiqeb the pandemonium lord
 73519 | Zig:18   | Noticed a Killer Klown
 73520 | Zig:18   | Killed Otionk the pandemonium lord
 73522 | Zig:18   | Killed Pysenu Nuwis the pandemonium lord
 73522 | Zig:18   | Noticed a Killer Klown
 73523 | Zig:18   | Killed a Killer Klown
 73524 | Zig:18   | Killed a Killer Klown
 73526 | Zig:18   | Noticed a Killer Klown
 73526 | Zig:18   | Noticed Fuelim the pandemonium lord
 73528 | Zig:18   | Killed Yluci the pandemonium lord
 73529 | Zig:18   | Killed Coipiqeb the pandemonium lord
 73530 | Zig:18   | Reached skill level 15 in Polearms
 73530 | Zig:18   | Killed a Killer Klown
 73530 | Zig:18   | Killed Ugiddurr the pandemonium lord
 73531 | Zig:18   | Noticed a Killer Klown
 73531 | Zig:18   | Killed Zedoptu the pandemonium lord
 73531 | Zig:18   | Killed Fuelim the pandemonium lord
 73532 | Zig:18   | Killed a Killer Klown
 73533 | Zig:18   | Noticed a Killer Klown
 73533 | Zig:18   | Noticed Mocaomyni the pandemonium lord
 73533 | Zig:18   | Noticed a Killer Klown
 73534 | Zig:18   | Killed a Killer Klown
 73534 | Zig:18   | Killed a Killer Klown
 73535 | Zig:18   | Killed Eleat the pandemonium lord
 73536 | Zig:18   | Killed Mocaomyni the pandemonium lord
 73536 | Zig:18   | Noticed Ziyhieh the pandemonium lord
 73537 | Zig:18   | Killed Ziyhieh the pandemonium lord
 73553 | Zig:18   | Killed a Killer Klown
 73557 | Zig:18   | Reached skill level 15 in Short Blades
 73557 | Zig:18   | Noticed a Killer Klown
 73560 | Zig:18   | Killed a Killer Klown
 73709 | Zig:18   | Identified the ring "Zuzua" {rElec rPois}
 73746 | Zig:18   | Got the Encyclopedia of Unspeakable Rituals
 73748 | Zig:18   | Got Sif Muna's Writings on Unspeakable Mysteries and
                  | Hypothermia
 73760 | Zig:18   | Identified the staff of earth "Plog" {Str+2}
 73761 | Zig:18   | Identified the amulet "Wichinuo" {Harm Regen+}
 73781 | Zig:18   | Identified the +3 sling of Liorento {speed, Dex+5}
 73782 | Zig:18   | Identified the ring of Springtime {Dex+2 SInv}
 73802 | Zig:19   | Entered Level 19 of a ziggurat
 73812 | Zig:19   | Paralysed by an air elemental for 1 turns
 73833 | Zig:19   | Found the amulet of the Four Winds {rN+ Will+++ Clar}
 74089 | Zig:19   | Identified the staff of poison "Itifou" {rPois Will- Str+7
                  | Dex+2}
 74097 | Zig:19   | Identified the staff of cold "Recuon" {*Slow rF+ rC+ Will+
                  | Dex+4}
 74098 | Zig:19   | Identified the staff of poison "Eziujien" {rPois Str+5}
 74105 | Zig:19   | Reached skill level 15 in Invocations
 74108 | Zig:19   | Identified the ring "Nym Wieq" {rCorr Dex+6}
 74117 | Zig:19   | Identified the +4 sling "Ocvyvegg" {drain, rF- Will+ Str+2}
 74139 | Zig:20   | Entered Level 20 of a ziggurat
 74149 | Zig:20   | Noticed a juggernaut
 74150 | Zig:20   | Noticed a juggernaut
 74154 | Zig:20   | Noticed a juggernaut
 74154 | Zig:20   | Noticed a juggernaut
 74156 | Zig:20   | Noticed a juggernaut
 74157 | Zig:20   | Killed a juggernaut
 74157 | Zig:20   | Killed a juggernaut
 74157 | Zig:20   | Killed a juggernaut
 74158 | Zig:20   | Killed a juggernaut
 74161 | Zig:20   | Killed a juggernaut
 74162 | Zig:20   | Reached skill level 15 in Unarmed Combat
 74530 | Zig:20   | Identified the ring "Jothrud" {Int+6 Stlth+}
 74532 | Zig:20   | Identified the ring "Waceymuw" {rF+ Str+3 Int+4 Dex+6}
 74539 | Zig:20   | Identified the +1 robe "Ibokk" {rN+ Will+ Slay+2}
 74556 | Zig:21   | Entered Level 21 of a ziggurat
 74566 | Zig:21   | Noticed an ancient lich
 74567 | Zig:21   | Noticed a dread lich
 74568 | Zig:21   | Noticed a dread lich
 74572 | Zig:21   | Killed a dread lich
 74572 | Zig:21   | Killed an ancient lich
 74572 | Zig:21   | Killed a dread lich
 74573 | Zig:21   | Noticed an ancient lich
 74574 | Zig:21   | Noticed an ancient lich
 74575 | Zig:21   | Killed an ancient lich
 74575 | Zig:21   | Killed an ancient lich
 74575 | Zig:21   | Noticed an ancient lich
 74575 | Zig:21   | Noticed a dread lich
 74576 | Zig:21   | Noticed a dread lich
 74576 | Zig:21   | Noticed an ancient lich
 74577 | Zig:21   | Killed a dread lich
 74577 | Zig:21   | Killed an ancient lich
 74577 | Zig:21   | Killed a dread lich
 74577 | Zig:21   | Killed an ancient lich
 74578 | Zig:21   | Noticed a dread lich
 74579 | Zig:21   | Killed a dread lich
 74580 | Zig:21   | Noticed a dread lich
 74583 | Zig:21   | Killed a dread lich
 74684 | Zig:21   | Found the +3 greatsling "Punk" {acid, rCorr}
 74810 | Zig:21   | Identified the +3 leather armour "Izal" {rF+}
 74815 | Zig:21   | Identified the staff of cold "Yzuosut" {rF+ rC+ rN+ Dex+5}
 74849 | Zig:21   | Identified the +1 great mace "Desif" {drain, rElec Dex+5}
 74881 | Zig:21   | Identified the +4 halberd of Success {protect, Str+3}
 74892 | Zig:21   | Identified the amulet "Ohidoxziawas" {Reflect rF+ Int+2
                  | SH+5}
 74911 | Zig:22   | Entered Level 22 of a ziggurat
 74948 | Zig:22   | Reached skill level 27 in Maces & Flails
 75122 | Zig:22   | Found the +5 demon whip "Spellbinder" {antimagic, disrupt,
                  | Will+}
 75122 | Zig:22   | Found the +11 plutonium sword {Contam Stlth-}
 75122 | Zig:22   | Found the crystal ball of Wucad Mu {*channel}
 75280 | Zig:22   | Identified the +7 long sword of Xomoimma {heavy, Will-
                  | Str+3 Dex+3}
 75297 | Zig:22   | Identified the +0 scale mail "Veaveon" {+Blink Will- Str+3}
 75299 | Zig:22   | Identified the staff of fire "Vetweud" {rF+ rCorr Dex+4}
 75338 | Zig:23   | Entered Level 23 of a ziggurat
 75347 | Zig:23   | Noticed a caustic shrike
 75349 | Zig:23   | Noticed a caustic shrike
 75352 | Zig:23   | Killed a caustic shrike
 75352 | Zig:23   | Noticed a caustic shrike
 75352 | Zig:23   | Noticed a caustic shrike
 75352 | Zig:23   | Noticed a caustic shrike
 75352 | Zig:23   | Noticed a caustic shrike
 75352 | Zig:23   | Noticed a caustic shrike
 75353 | Zig:23   | Noticed a caustic shrike
 75353 | Zig:23   | Noticed a caustic shrike
 75354 | Zig:23   | Killed a caustic shrike
 75354 | Zig:23   | Killed a caustic shrike
 75354 | Zig:23   | Killed a caustic shrike
 75354 | Zig:23   | Noticed a caustic shrike
 75354 | Zig:23   | Noticed a caustic shrike
 75356 | Zig:23   | Killed a caustic shrike
 75356 | Zig:23   | Killed a caustic shrike
 75356 | Zig:23   | Killed a caustic shrike
 75356 | Zig:23   | Noticed a caustic shrike
 75356 | Zig:23   | Noticed a caustic shrike
 75357 | Zig:23   | Noticed a caustic shrike
 75357 | Zig:23   | Noticed a caustic shrike
 75358 | Zig:23   | Killed a caustic shrike
 75358 | Zig:23   | Killed a caustic shrike
 75358 | Zig:23   | Killed a caustic shrike
 75358 | Zig:23   | Killed a caustic shrike
 75358 | Zig:23   | Noticed a caustic shrike
 75358 | Zig:23   | Noticed a caustic shrike
 75359 | Zig:23   | Killed a caustic shrike
 75359 | Zig:23   | Killed a caustic shrike
 75359 | Zig:23   | Killed a caustic shrike
 75359 | Zig:23   | Killed a caustic shrike
 75362 | Zig:23   | Killed a caustic shrike
 75362 | Zig:23   | Killed a caustic shrike
 75368 | Zig:23   | Noticed a caustic shrike
 75373 | Zig:23   | Killed a caustic shrike
 75722 | Zig:23   | Identified the +5 triple sword of Wyxoaxu {pain, rElec rC+
                  | Int+3}
 75726 | Zig:23   | Identified the scarf of Impressiveness {+Inv, Will+}
 75739 | Zig:23   | Identified the staff of poison "Tiykij" {rPois rF- rCorr
                  | Dex+2 SInv}
 75747 | Zig:23   | Identified the +1 robe of the Untouchables {Rampage rElec
                  | rPois Regen+}
 75754 | Zig:23   | Identified the +9 shortbow of Foolhardiness {drain, rC+
                  | Str+3}
 75759 | Zig:24   | Entered Level 24 of a ziggurat
 75775 | Zig:24   | Noticed an orb of fire
 75780 | Zig:24   | Noticed an orb of fire
 75781 | Zig:24   | Noticed an orb of fire
 75781 | Zig:24   | Noticed an orb of fire
 75781 | Zig:24   | Noticed an orb of fire
 75782 | Zig:24   | Killed an orb of fire
 75783 | Zig:24   | Noticed an orb of fire
 75783 | Zig:24   | Noticed an orb of fire
 75783 | Zig:24   | Noticed an orb of fire
 75784 | Zig:24   | Killed an orb of fire
 75784 | Zig:24   | Killed an orb of fire
 75784 | Zig:24   | Noticed an orb of fire
 75785 | Zig:24   | Killed an orb of fire
 75785 | Zig:24   | Killed an orb of fire
 75785 | Zig:24   | Killed an orb of fire
 75785 | Zig:24   | Killed an orb of fire
 75785 | Zig:24   | Noticed an orb of fire
 75786 | Zig:24   | Killed an orb of fire
 75786 | Zig:24   | Killed an orb of fire
 75786 | Zig:24   | Noticed an orb of fire
 75786 | Zig:24   | Noticed an orb of fire
 75786 | Zig:24   | Noticed an orb of fire
 75787 | Zig:24   | Noticed an orb of fire
 75788 | Zig:24   | Noticed an orb of fire
 75788 | Zig:24   | Noticed an orb of fire
 75788 | Zig:24   | Noticed an orb of fire
 75789 | Zig:24   | Killed an orb of fire
 75789 | Zig:24   | Killed an orb of fire
 75790 | Zig:24   | Killed an orb of fire
 75790 | Zig:24   | Killed an orb of fire
 75790 | Zig:24   | Killed an orb of fire
 75790 | Zig:24   | Killed an orb of fire
 75792 | Zig:24   | Killed an orb of fire
 75792 | Zig:24   | Noticed an orb of fire
 75792 | Zig:24   | Noticed an orb of fire
 75793 | Zig:24   | Killed an orb of fire
 75793 | Zig:24   | Noticed an orb of fire
 75795 | Zig:24   | Noticed an orb of fire
 75796 | Zig:24   | Killed an orb of fire
 75796 | Zig:24   | Killed an orb of fire
 75797 | Zig:24   | Killed an orb of fire
 75798 | Zig:24   | Killed an orb of fire
 75798 | Zig:24   | Noticed an orb of fire
 75824 | Zig:24   | Killed an orb of fire
 75833 | Zig:24   | Noticed an orb of fire
 75838 | Zig:24   | Killed an orb of fire
 76026 | Zig:24   | Identified the ring of the Distant Future {rN+ AC+4 Dex+2}
 76041 | Zig:24   | Identified the staff of poison "Julits" {rElec rPois rCorr
                  | Str+3}
 76059 | Zig:24   | Identified the +5 quarterstaff of the Apocalypse {vamp,
                  | Int+5 Stlth-}
 76062 | Zig:24   | Identified the +9 mace of the Mushroom {freeze, rElec rPois
                  | SInv}
 76066 | Zig:24   | Identified the +3 leather armour of Boiling Hail {Dex+2}
 76070 | Zig:24   | Identified the amulet of Yweragg {RegenMP rF++}
 76071 | Zig:24   | Identified the ring "Unihogeo" {Fire Fly MP-9 Int+3 SInv}
 76072 | Zig:24   | Identified the staff of earth "Bitoziqi" {Str+9}
 76073 | Zig:24   | Identified the staff of air "Casi" {rElec Str+2}
 76079 | Zig:24   | Identified the +1 robe of Ashenzari's Whim {-Tele rC++ MP+9
                  | SInv}
 76083 | Zig:24   | Reached skill level 27 in Polearms
 76111 | Zig:25   | Entered Level 25 of a ziggurat
 76154 | Zig:25   | Found the ring of the Octopus King
 76269 | Zig:25   | Found the +0 pair of fencer's gloves {Riposte Dex+3}
 76491 | Zig:25   | Identified the +4 scale mail "Qaqun" {Stlth+}
 76495 | Zig:25   | Identified a ring of the Octopus King {HP+2 AC+2 EV+2 SH+2
                  | SInv}
 76516 | Zig:25   | Identified the staff of air "Conkidgha" {+Blink rElec rC-
                  | rCorr}
 76530 | Zig:25   | Identified the +0 barding "Doczomuc" {rF+ rC++ Str+3 Int-5}
 76542 | Zig:25   | Identified the ring "Fifix" {rElec rPois Will+ Str+2}
 76559 | Zig:26   | Entered Level 26 of a ziggurat
 76578 | Zig:26   | Noticed an ancient lich
 76579 | Zig:26   | Noticed a dread lich
 76580 | Zig:26   | Noticed a dread lich
 76581 | Zig:26   | Killed an ancient lich
 76581 | Zig:26   | Killed a dread lich
 76581 | Zig:26   | Noticed a dread lich
 76582 | Zig:26   | Killed a dread lich
 76583 | Zig:26   | Noticed an ancient lich
 76584 | Zig:26   | Noticed a dread lich
 76584 | Zig:26   | Noticed a dread lich
 76585 | Zig:26   | Killed a dread lich
 76585 | Zig:26   | Killed an ancient lich
 76585 | Zig:26   | Killed a dread lich
 76586 | Zig:26   | Reached skill level 27 in Invocations
 76586 | Zig:26   | Killed a dread lich
 76586 | Zig:26   | Noticed an ancient lich
 76588 | Zig:26   | Noticed an ancient lich
 76589 | Zig:26   | Noticed an ancient lich
 76590 | Zig:26   | Noticed a dread lich
 76591 | Zig:26   | Killed an ancient lich
 76591 | Zig:26   | Killed a dread lich
 76591 | Zig:26   | Killed an ancient lich
 76591 | Zig:26   | Noticed an ancient lich
 76592 | Zig:26   | Killed an ancient lich
 76593 | Zig:26   | Reached skill level 27 in Unarmed Combat
 76594 | Zig:26   | Killed an ancient lich
 76595 | Zig:26   | Reached skill level 27 in Short Blades
 76780 | Zig:26   | Identified the +3 arbalest "Xudiyzul" {heavy, rF+ SInv}
 76781 | Zig:26   | Identified the +0 scale mail of the Iron Devil {*Slow rElec
                  | Stlth+}
 76782 | Zig:26   | Identified the staff of poison "Deges" {Fly rPois rF-
                  | Int+2}
 76784 | Zig:26   | Identified the staff of air "Sujylab" {rElec rF- rN+ Will+
                  | rCorr}
 76892 | Zig:26   | Identified the staff of death "Luomata" {rElec rPois rC+++
                  | rN+ Dex-3}
 76895 | Zig:26   | Identified the +1 pair of boots of Classification {Str+3
                  | Slay+5 Stlth-}
 76937 | Zig:26   | Identified the ring of the Empty Page {Will+ Str+6}
 76958 | Zig:26   | Identified the +9 longbow of Ytseah {freeze, rPois rF+ rC+
                  | Str+2 SInv}
 76970 | Zig:27   | Entered Level 27 of a ziggurat
 76983 | Zig:27   | Noticed an ancient lich
 76986 | Zig:27   | Noticed a dread lich
 76988 | Zig:27   | Noticed a dread lich
 76988 | Zig:27   | Noticed a dread lich
 76990 | Zig:27   | Killed a dread lich
 76990 | Zig:27   | Killed a dread lich
 76990 | Zig:27   | Noticed a dread lich
 76991 | Zig:27   | Killed an ancient lich
 76991 | Zig:27   | Killed a dread lich
 76991 | Zig:27   | Killed a dread lich
 76991 | Zig:27   | Noticed a dread lich
 76992 | Zig:27   | Noticed an ancient lich
 76992 | Zig:27   | Noticed a dread lich
 76992 | Zig:27   | Noticed a dread lich
 76992 | Zig:27   | Noticed a dread lich
 76993 | Zig:27   | Noticed an ancient lich
 76993 | Zig:27   | Noticed an ancient lich
 76993 | Zig:27   | Noticed an ancient lich
 76994 | Zig:27   | Noticed an ancient lich
 76995 | Zig:27   | Killed a dread lich
 76995 | Zig:27   | Killed an ancient lich
 76996 | Zig:27   | Killed a dread lich
 76996 | Zig:27   | Killed a dread lich
 76996 | Zig:27   | Killed a dread lich
 76996 | Zig:27   | Killed an ancient lich
 76996 | Zig:27   | Killed an ancient lich
 76996 | Zig:27   | Killed an ancient lich
 76996 | Zig:27   | Killed an ancient lich
 76996 | Zig:27   | Noticed a dread lich
 76997 | Zig:27   | Killed a dread lich
 76997 | Zig:27   | Noticed a dread lich
 76998 | Zig:27   | Noticed a dread lich
 76999 | Zig:27   | Killed a dread lich
 76999 | Zig:27   | Noticed a dread lich
 77000 | Zig:27   | Killed a dread lich
 77001 | Zig:27   | Noticed a dread lich
 77002 | Zig:27   | Noticed an ancient lich
 77003 | Zig:27   | Killed a dread lich
 77003 | Zig:27   | Killed an ancient lich
 77004 | Zig:27   | Noticed an ancient lich
 77005 | Zig:27   | Killed a dread lich
 77006 | Zig:27   | Killed an ancient lich
 77007 | Zig:27   | Noticed a dread lich
 77010 | Zig:27   | Killed a dread lich
 77302 | Zig:27   | Found the ring of the Octopus King
 77377 | Zig:27   | Acquired 795 gold pieces
 77401 | Zig:27   | Identified the +2 robe of Defence {rElec rF+++ MP-9 Int-4}
 77402 | Zig:27   | Identified the staff of poison "Aredak" {rPois rC+ Int+3}
 77405 | Zig:27   | Identified the +4 quarterstaff of the Aged Yaks {spect,
                  | Str+3 Int+4}
 77408 | Zig:27   | Identified the staff of poison "Pealudou" {rPois Will+}
 77410 | Zig:27   | Identified the +0 long sword "Woce" {speed, Str+4}
 77420 | Zig:27   | Identified a ring of the Octopus King {Wiz HP+2 AC+2 EV+2
                  | SH+2}
 77485 | Zig:1    | Entered Level 1 of a ziggurat
 77522 | Zig:2    | Entered Level 2 of a ziggurat
 77570 | Zig:2    | Got the Parchment of the Forsaken Beds
 77578 | Zig:3    | Entered Level 3 of a ziggurat
 77605 | Zig:3    | Identified the +8 short sword of the Messenger {freeze,
                  | rPois Int+3 Stlth+}
 77638 | Zig:4    | Entered Level 4 of a ziggurat
 77638 | Zig:4    | Noticed a dread lich
 77639 | Zig:4    | Noticed a dread lich
 77641 | Zig:4    | Killed a dread lich
 77641 | Zig:4    | Noticed an ancient lich
 77642 | Zig:4    | Killed a dread lich
 77644 | Zig:4    | Killed an ancient lich
 77701 | Zig:4    | Got the Encyclopedia of the Zebra
 77709 | Zig:5    | Entered Level 5 of a ziggurat
 77712 | Zig:5    | Noticed a dread lich
 77712 | Zig:5    | Killed a dread lich
 77752 | Zig:5    | Identified the +1 quarterstaff of Valour {holy, rF++ rC-
                  | Str+8 Stlth-}
 77780 | Zig:5    | Got Sif Muna's Almanac of the Salvo and Changes
 77783 | Zig:6    | Entered Level 6 of a ziggurat
 77787 | Zig:6    | Noticed a caustic shrike
 77789 | Zig:6    | Noticed a caustic shrike
 77792 | Zig:6    | Killed a caustic shrike
 77792 | Zig:6    | Killed a caustic shrike
 77848 | Zig:6    | Identified the +0 pair of boots of Fun and Games {Contam
                  | Harm rPois rN+}
 77880 | Zig:7    | Entered Level 7 of a ziggurat
 77925 | Zig:7    | Identified the +0 ring mail "Rayff" {rN+ Stlth+}
 78002 | Zig:7    | Got the Incunable of Metallic Forms
 78007 | Zig:8    | Entered Level 8 of a ziggurat
 78109 | Zig:8    | Identified the ring of the Distant Future {Ice MP+9 Slay+3}
 78155 | Zig:9    | Entered Level 9 of a ziggurat
 78157 | Zig:9    | Noticed a juggernaut
 78160 | Zig:9    | Killed a juggernaut
 78162 | Zig:9    | Noticed a juggernaut
 78164 | Zig:9    | Killed a juggernaut
 78199 | Zig:9    | Identified the ring of Jaukutio {Wiz Str-3 Int+6 Dex+3}
 78209 | Zig:9    | Identified the staff of poison "Wesch" {rPois Will+ Int+5}
 78363 | Zig:9    | Got the Vademecum on Combustion and Leadership
 78435 | Zig:10   | Entered Level 10 of a ziggurat
 78440 | Zig:10   | Noticed a caustic shrike
 78442 | Zig:10   | Noticed a caustic shrike
 78442 | Zig:10   | Noticed a caustic shrike
 78445 | Zig:10   | Killed a caustic shrike
 78445 | Zig:10   | Killed a caustic shrike
 78446 | Zig:10   | Killed a caustic shrike
 78605 | Zig:11   | Entered Level 11 of a ziggurat
 78610 | Zig:11   | Noticed a caustic shrike
 78611 | Zig:11   | Noticed a caustic shrike
 78611 | Zig:11   | Noticed a caustic shrike
 78612 | Zig:11   | Killed a caustic shrike
 78612 | Zig:11   | Noticed a caustic shrike
 78614 | Zig:11   | Killed a caustic shrike
 78614 | Zig:11   | Killed a caustic shrike
 78615 | Zig:11   | Noticed a caustic shrike
 78616 | Zig:11   | Killed a caustic shrike
 78618 | Zig:11   | Killed a caustic shrike
 78668 | Zig:11   | Identified the +1 leather armour of Okawaru's Inspiration
                  | {Str+3}
 78671 | Zig:11   | Identified the +5 dire flail "Beetleslayer" {holy, +Blink
                  | rF+ Str+3}
 78679 | Zig:11   | Identified the ring "Juizxain" {Int+4 Dex+6}
 78681 | Zig:11   | Identified the +5 mace of Defilement {freeze, rC++ Dex+3}
 78719 | Zig:11   | Identified the +5 robe "Sareshif" {Regen+ Int-3 SInv
                  | Archmagi}
 78720 | Zig:11   | Identified the +0 pair of boots of the Other World {Str+2
                  | Dex+3}
 78743 | Zig:11   | Identified the ring "Pyes" {rPois rF+ MP+9 Str+6 Dex+3}
 78814 | Zig:12   | Entered Level 12 of a ziggurat
 78814 | Zig:12   | Noticed a royal mummy
 78814 | Zig:12   | Noticed a royal mummy
 78816 | Zig:12   | Noticed a royal mummy
 78816 | Zig:12   | Noticed a royal mummy
 78817 | Zig:12   | Noticed a royal mummy
 78817 | Zig:12   | Noticed a royal mummy
 78819 | Zig:12   | Killed a royal mummy
 78819 | Zig:12   | Noticed a royal mummy
 78820 | Zig:12   | Killed a royal mummy
 78820 | Zig:12   | Killed a royal mummy
 78820 | Zig:12   | Killed a royal mummy
 78820 | Zig:12   | Killed a royal mummy
 78820 | Zig:12   | Killed a royal mummy
 78821 | Zig:12   | Noticed a royal mummy
 78821 | Zig:12   | Noticed a royal mummy
 78823 | Zig:12   | Noticed a royal mummy
 78824 | Zig:12   | Noticed a royal mummy
 78824 | Zig:12   | Killed a royal mummy
 78824 | Zig:12   | Killed a royal mummy
 78825 | Zig:12   | Killed a royal mummy
 78825 | Zig:12   | Killed a royal mummy
 78827 | Zig:12   | Killed a royal mummy
 78827 | Zig:12   | Noticed a royal mummy
 78829 | Zig:12   | Killed a royal mummy
 78996 | Zig:12   | Identified the +11 shortbow of Aziuh {freeze, Int+2}
 78999 | Zig:12   | Identified the staff of fire "Xumu" {+Blink rElec rF+ rC+
                  | Dex+4}
 79079 | Zig:12   | Got the Monograph on Doom and Coordinates
 79083 | Zig:13   | Entered Level 13 of a ziggurat
 79084 | Zig:13   | Noticed a caustic shrike
 79084 | Zig:13   | Noticed a caustic shrike
 79085 | Zig:13   | Noticed a caustic shrike
 79086 | Zig:13   | Noticed a caustic shrike
 79086 | Zig:13   | Noticed a caustic shrike
 79088 | Zig:13   | Killed a caustic shrike
 79088 | Zig:13   | Killed a caustic shrike
 79088 | Zig:13   | Killed a caustic shrike
 79088 | Zig:13   | Killed a caustic shrike
 79088 | Zig:13   | Noticed a caustic shrike
 79088 | Zig:13   | Noticed a caustic shrike
 79089 | Zig:13   | Noticed a caustic shrike
 79089 | Zig:13   | Noticed a caustic shrike
 79090 | Zig:13   | Noticed a caustic shrike
 79090 | Zig:13   | Killed a caustic shrike
 79091 | Zig:13   | Killed a caustic shrike
 79091 | Zig:13   | Killed a caustic shrike
 79091 | Zig:13   | Killed a caustic shrike
 79093 | Zig:13   | Killed a caustic shrike
 79095 | Zig:13   | Killed a caustic shrike
 79191 | Zig:13   | Identified the +2 robe "Nobbuomaj" {-Cast rElec rN+}
 79244 | Zig:13   | Identified the staff of air "Ezoil" {rElec Int+6}
 79246 | Zig:13   | Identified the amulet "Sunugui" {Reflect rPois rF++ rN+
                  | Int-3 SH+5}
 79315 | Zig:14   | Entered Level 14 of a ziggurat
 79447 | Zig:14   | Identified the +0 plate armour "Nufyucho" {rElec rC- Dex+3}
 79463 | Zig:14   | Identified the +0 hand axe of Owkewef {flame, Str+2}
 79464 | Zig:14   | Identified the ring "Nehil" {rElec MP-9 EV+5 Dex+5}
 79467 | Zig:14   | Identified the +1 robe "Beikepuj" {Regen+ Stlth+}
 79470 | Zig:14   | Identified the +0 buckler of Qocevac {rF+++ rC++ Str-5
                  | Dex-2}
 79476 | Zig:14   | Identified the staff of cold "Zonyemi" {rC+ Dex+3}
 79538 | Zig:14   | Got the Verses on Air and Doom
 79570 | Zig:15   | Entered Level 15 of a ziggurat
 79627 | Zig:15   | Identified the +3 dagger of Etzes {holy, Fly rCorr Int+4}
 79628 | Zig:15   | Identified the +3 rapier of Red Tortfeasance {spect, rElec
                  | rC+}
 79644 | Zig:15   | Identified the staff of fire "Zygenk" {rPois rF+}
 79741 | Zig:15   | Identified the +0 cloak "Bojyatt" {-Tele rC+ Str+3 Dex+5}
 79757 | Zig:15   | Got the Grimoire of Sidekicks
 79781 | Zig:15   | Got the Parchment of Kindled Bad Luck
 79788 | Zig:16   | Entered Level 16 of a ziggurat
 79788 | Zig:16   | Noticed a royal mummy
 79788 | Zig:16   | Noticed a royal mummy
 79788 | Zig:16   | Noticed a royal mummy
 79788 | Zig:16   | Noticed a royal mummy
 79788 | Zig:16   | Noticed a royal mummy
 79788 | Zig:16   | Noticed a royal mummy
 79788 | Zig:16   | Noticed a royal mummy
 79788 | Zig:16   | Noticed a royal mummy
 79789 | Zig:16   | Noticed a royal mummy
 79789 | Zig:16   | Noticed a royal mummy
 79789 | Zig:16   | Noticed a royal mummy
 79790 | Zig:16   | Noticed a royal mummy
 79790 | Zig:16   | Noticed a royal mummy
 79792 | Zig:16   | Noticed a royal mummy
 79793 | Zig:16   | Killed a royal mummy
 79793 | Zig:16   | Killed a royal mummy
 79793 | Zig:16   | Killed a royal mummy
 79793 | Zig:16   | Killed a royal mummy
 79794 | Zig:16   | Killed a royal mummy
 79794 | Zig:16   | Killed a royal mummy
 79794 | Zig:16   | Killed a royal mummy
 79794 | Zig:16   | Killed a royal mummy
 79794 | Zig:16   | Killed a royal mummy
 79794 | Zig:16   | Killed a royal mummy
 79794 | Zig:16   | Noticed a royal mummy
 79794 | Zig:16   | Noticed a royal mummy
 79795 | Zig:16   | Killed a royal mummy
 79795 | Zig:16   | Killed a royal mummy
 79795 | Zig:16   | Killed a royal mummy
 79796 | Zig:16   | Killed a royal mummy
 79796 | Zig:16   | Noticed a royal mummy
 79797 | Zig:16   | Noticed a royal mummy
 79798 | Zig:16   | Killed a royal mummy
 79798 | Zig:16   | Killed a royal mummy
 79798 | Zig:16   | Noticed a royal mummy
 79799 | Zig:16   | Noticed a royal mummy
 79799 | Zig:16   | Noticed a royal mummy
 79799 | Zig:16   | Noticed a royal mummy
 79799 | Zig:16   | Noticed a royal mummy
 79800 | Zig:16   | Noticed a royal mummy
 79800 | Zig:16   | Noticed a royal mummy
 79801 | Zig:16   | Killed a royal mummy
 79801 | Zig:16   | Killed a royal mummy
 79802 | Zig:16   | Killed a royal mummy
 79802 | Zig:16   | Killed a royal mummy
 79802 | Zig:16   | Noticed a royal mummy
 79803 | Zig:16   | Killed a royal mummy
 79803 | Zig:16   | Killed a royal mummy
 79803 | Zig:16   | Killed a royal mummy
 79803 | Zig:16   | Killed a royal mummy
 79803 | Zig:16   | Killed a royal mummy
 79808 | Zig:16   | Killed a royal mummy
 79936 | Zig:16   | Identified the +1 mace "Grim Tooth" {heavy, rN+ SInv}
 80047 | Zig:16   | Identified the +9 broad axe "Komovux" {freeze, *Corrode
                  | Will++}
 80055 | Zig:16   | Identified the +4 chain mail "Siwkas" {rN+ Will- Slay+2
                  | Stlth+}
 80066 | Zig:16   | Identified the staff of conjuration "Ajantitone" {rElec}
 80075 | Zig:16   | Identified the +0 ring mail of Precision Catastrophes
                  | {-Tele rElec Regen+}
 80169 | Zig:17   | Entered Level 17 of a ziggurat
 80240 | Zig:17   | Found the +2 hat of the Bear Spirit {Spirit, Bear, *Rage
                  | Will++}
 80276 | Zig:17   | Identified the +7 plate armour of the Evening {Rampage
                  | rElec Str+3}
 80278 | Zig:17   | Identified the +0 plate armour "Hyjem" {MP+9}
 80293 | Zig:17   | Identified the ring "Zaucuif" {rF+ AC+4}
 80294 | Zig:17   | Identified the +2 robe "Mureupur" {rF+}
 80356 | Zig:17   | Identified the amulet of Zaorghapn {Spirit Fragile rF+++
                  | Will+++ Dex-3}
 80417 | Zig:17   | Got the Octavo of Direction
 80420 | Zig:17   | Got the Papyrus of Intoxicating Attendants
 80427 | Zig:18   | Entered Level 18 of a ziggurat
 80607 | Zig:18   | Identified the +1 rapier of Mayhem {drain, Will+}
 80611 | Zig:18   | Identified the staff of air "Mavar" {rElec Int+2}
 80615 | Zig:18   | Identified the +0 scale mail "Bafekh" {rCorr Int+3}
 80628 | Zig:18   | Identified the +8 plate armour "Zeuses" {Int+2 Dex+3}
 80641 | Zig:18   | Identified the +7 mace "Vuhiqeycye" {pain, rElec rPois}
 80643 | Zig:18   | Identified the ring of Kaenes {Ice rElec}
 80673 | Zig:18   | Got the Parchment of Blinking Flames
 80706 | Zig:18   | Got Niweor's Compendium of Frozen Destruction
 80718 | Zig:19   | Entered Level 19 of a ziggurat
 80727 | Zig:19   | Noticed an ancient lich
 80728 | Zig:19   | Noticed an ancient lich
 80729 | Zig:19   | Killed an ancient lich
 80729 | Zig:19   | Killed an ancient lich
 80731 | Zig:19   | Noticed an ancient lich
 80733 | Zig:19   | Killed an ancient lich
 80734 | Zig:19   | Noticed an ancient lich
 80736 | Zig:19   | Killed an ancient lich
 80815 | Zig:19   | Identified the staff of death "Ogetwyil" {rElec rN+ MP+9
                  | Int+2 Dex-5}
 80819 | Zig:19   | Identified the ring of Qesas {+Blink AC+4 Int-5 Dex+9}
 80957 | Zig:19   | Got Rimut's Quarto of Stormy Outbursts
 80962 | Zig:20   | Entered Level 20 of a ziggurat
 80977 | Zig:20   | Noticed Zaofes the pandemonium lord
 80979 | Zig:20   | Killed Zaofes the pandemonium lord
 81186 | Zig:20   | Identified the +7 hand axe of the Wolf {speed, Str+5}
 81198 | Zig:20   | Identified the +4 chain mail "Laerital" {+Blink rC- Dex+2}
 81258 | Zig:20   | Got the Secrets of Nasty Sidekicks
 81275 | Zig:21   | Entered Level 21 of a ziggurat
 81277 | Zig:21   | Noticed a royal mummy
 81277 | Zig:21   | Noticed a royal mummy
 81278 | Zig:21   | Noticed a royal mummy
 81278 | Zig:21   | Noticed a royal mummy
 81279 | Zig:21   | Noticed a royal mummy
 81279 | Zig:21   | Noticed a royal mummy
 81279 | Zig:21   | Noticed a royal mummy
 81279 | Zig:21   | Noticed a royal mummy
 81282 | Zig:21   | Noticed a royal mummy
 81282 | Zig:21   | Noticed a royal mummy
 81282 | Zig:21   | Noticed a royal mummy
 81282 | Zig:21   | Noticed a royal mummy
 81284 | Zig:21   | Noticed a royal mummy
 81284 | Zig:21   | Noticed a royal mummy
 81284 | Zig:21   | Noticed a royal mummy
 81284 | Zig:21   | Killed a royal mummy
 81284 | Zig:21   | Noticed a royal mummy
 81285 | Zig:21   | Noticed a royal mummy
 81285 | Zig:21   | Killed a royal mummy
 81286 | Zig:21   | Noticed a royal mummy
 81286 | Zig:21   | Killed a royal mummy
 81286 | Zig:21   | Killed a royal mummy
 81286 | Zig:21   | Noticed a royal mummy
 81287 | Zig:21   | Killed a royal mummy
 81287 | Zig:21   | Killed a royal mummy
 81287 | Zig:21   | Killed a royal mummy
 81287 | Zig:21   | Killed a royal mummy
 81287 | Zig:21   | Killed a royal mummy
 81287 | Zig:21   | Killed a royal mummy
 81287 | Zig:21   | Noticed a royal mummy
 81287 | Zig:21   | Noticed a royal mummy
 81287 | Zig:21   | Noticed a royal mummy
 81288 | Zig:21   | Killed a royal mummy
 81288 | Zig:21   | Killed a royal mummy
 81288 | Zig:21   | Killed a royal mummy
 81288 | Zig:21   | Killed a royal mummy
 81288 | Zig:21   | Killed a royal mummy
 81288 | Zig:21   | Killed a royal mummy
 81288 | Zig:21   | Killed a royal mummy
 81288 | Zig:21   | Killed a royal mummy
 81288 | Zig:21   | Noticed a royal mummy
 81289 | Zig:21   | Killed a royal mummy
 81289 | Zig:21   | Killed a royal mummy
 81289 | Zig:21   | Noticed a royal mummy
 81289 | Zig:21   | Noticed a royal mummy
 81290 | Zig:21   | Killed a royal mummy
 81290 | Zig:21   | Noticed a royal mummy
 81290 | Zig:21   | Noticed a royal mummy
 81291 | Zig:21   | Noticed a royal mummy
 81292 | Zig:21   | Killed a royal mummy
 81292 | Zig:21   | Killed a royal mummy
 81292 | Zig:21   | Noticed a royal mummy
 81292 | Zig:21   | Noticed a royal mummy
 81292 | Zig:21   | Noticed a royal mummy
 81293 | Zig:21   | Killed a royal mummy
 81299 | Zig:21   | Killed a royal mummy
 81299 | Zig:21   | Killed a royal mummy
 81299 | Zig:21   | Killed a royal mummy
 81299 | Zig:21   | Killed a royal mummy
 81301 | Zig:21   | Noticed a royal mummy
 81303 | Zig:21   | Killed a royal mummy
 81303 | Zig:21   | Killed a royal mummy
 81303 | Zig:21   | Killed a royal mummy
 81303 | Zig:21   | Noticed a royal mummy
 81304 | Zig:21   | Killed a royal mummy
 81305 | Zig:21   | Killed a royal mummy
 81305 | Zig:21   | Noticed a royal mummy
 81308 | Zig:21   | Noticed a royal mummy
 81309 | Zig:21   | Noticed a royal mummy
 81310 | Zig:21   | Killed a royal mummy
 81310 | Zig:21   | Killed a royal mummy
 81310 | Zig:21   | Noticed a royal mummy
 81311 | Zig:21   | Noticed a royal mummy
 81312 | Zig:21   | Killed a royal mummy
 81313 | Zig:21   | Killed a royal mummy
 81313 | Zig:21   | Killed a royal mummy
 81612 | Zig:21   | Found the ring of the Octopus King
 81633 | Zig:21   | Identified the staff of poison "Laawi" {rPois Will++ Dex+7}
 81634 | Zig:21   | Identified the +2 flail "Ypoep" {holy, Drain rC+ Int+5
                  | SInv}
 81641 | Zig:21   | Identified the staff of fire "Beemuh" {rF+ rN+ Str+2}
 81650 | Zig:21   | Identified the ring of Fiabip {rPois rC+}
 81651 | Zig:21   | Identified a ring of the Octopus King {HP+2 MP+9 AC+2 EV+2
                  | SH+2}
 81660 | Zig:21   | Got the Volume of the Gathering and the Deep Freeze
 81666 | Zig:22   | Entered Level 22 of a ziggurat
 81908 | Zig:22   | Identified the +9 hand axe of the Golden God {freeze, rC+}
 81916 | Zig:22   | Identified the +4 war axe "Lohus" {antimagic, rElec Stlth+}
 81918 | Zig:22   | Identified the +0 leather armour of the Tired Friends {rC+
                  | rN+ Dex+3}
 81924 | Zig:22   | Identified the staff of fire "Wufomuj" {*Slow rF+ rC+ rN+}
 81930 | Zig:22   | Identified the +6 flail "Beastbane" {venom, Dex+4 Stlth+}
 81934 | Zig:22   | Identified the amulet "Ceuroeth" {Spirit rCorr}
 81936 | Zig:22   | Identified the staff of earth "Xoozir" {Stlth+}
 81948 | Zig:22   | Identified the +4 triple sword "Vipliekh" {spect, Dex+3}
 82036 | Zig:23   | Entered Level 23 of a ziggurat
 82039 | Zig:23   | Noticed Yryo the pandemonium lord
 82042 | Zig:23   | Noticed Qieppiso the pandemonium lord
 82042 | Zig:23   | Noticed Ojuti the pandemonium lord
 82042 | Zig:23   | Noticed Kyuta Pekka the pandemonium lord
 82043 | Zig:23   | Noticed Sawodgh the pandemonium lord
 82043 | Zig:23   | Noticed Mucveaj the pandemonium lord
 82043 | Zig:23   | Noticed Ylinubi the pandemonium lord
 82044 | Zig:23   | Killed Yryo the pandemonium lord
 82044 | Zig:23   | Noticed Hirraet the pandemonium lord
 82044 | Zig:23   | Noticed Met Liso the pandemonium lord
 82044 | Zig:23   | Noticed Fadoikhli the pandemonium lord
 82045 | Zig:23   | Noticed Ynynwieth the pandemonium lord
 82045 | Zig:23   | Killed Ojuti the pandemonium lord
 82045 | Zig:23   | Killed Mucveaj the pandemonium lord
 82045 | Zig:23   | Killed Sawodgh the pandemonium lord
 82045 | Zig:23   | Killed Kyuta Pekka the pandemonium lord
 82045 | Zig:23   | Killed Hirraet the pandemonium lord
 82045 | Zig:23   | Noticed Degecw the pandemonium lord
 82045 | Zig:23   | Noticed Wyithoarch the pandemonium lord
 82045 | Zig:23   | Killed Ylinubi the pandemonium lord
 82046 | Zig:23   | Noticed a Killer Klown
 82046 | Zig:23   | Killed a Killer Klown
 82046 | Zig:23   | Killed Degecw the pandemonium lord
 82046 | Zig:23   | Killed Met Liso the pandemonium lord
 82046 | Zig:23   | Noticed Ymicom the pandemonium lord
 82046 | Zig:23   | Noticed a Killer Klown
 82046 | Zig:23   | Noticed Fisul the pandemonium lord
 82047 | Zig:23   | Killed a Killer Klown
 82047 | Zig:23   | Noticed Nicuox the pandemonium lord
 82047 | Zig:23   | Noticed a Killer Klown
 82047 | Zig:23   | Noticed Keuwah Rewn the pandemonium lord
 82048 | Zig:23   | Killed Ynynwieth the pandemonium lord
 82048 | Zig:23   | Killed Fadoikhli the pandemonium lord
 82048 | Zig:23   | Killed a Killer Klown
 82048 | Zig:23   | Killed Fisul the pandemonium lord
 82048 | Zig:23   | Killed Ymicom the pandemonium lord
 82048 | Zig:23   | Killed Nicuox the pandemonium lord
 82048 | Zig:23   | Noticed Bustek the pandemonium lord
 82048 | Zig:23   | Noticed Gopp the pandemonium lord
 82048 | Zig:23   | Noticed Kuapuoj the pandemonium lord
 82048 | Zig:23   | Noticed a Killer Klown
 82049 | Zig:23   | Killed Wyithoarch the pandemonium lord
 82049 | Zig:23   | Noticed Ylim the pandemonium lord
 82050 | Zig:23   | Noticed Dasi the pandemonium lord
 82050 | Zig:23   | Killed Dasi the pandemonium lord
 82050 | Zig:23   | Noticed Lodydih the pandemonium lord
 82050 | Zig:23   | Noticed Ustrelebb the pandemonium lord
 82050 | Zig:23   | Noticed Nucs the pandemonium lord
 82051 | Zig:23   | Killed Qieppiso the pandemonium lord
 82051 | Zig:23   | Killed Ustrelebb the pandemonium lord
 82051 | Zig:23   | Killed a Killer Klown
 82051 | Zig:23   | Noticed Sedut the pandemonium lord
 82051 | Zig:23   | Killed Ylim the pandemonium lord
 82051 | Zig:23   | Noticed Yfuqy the pandemonium lord
 82051 | Zig:23   | Noticed Iloil the pandemonium lord
 82052 | Zig:23   | Noticed Fewkiew the pandemonium lord
 82053 | Zig:23   | Killed Keuwah Rewn the pandemonium lord
 82053 | Zig:23   | Killed Kuapuoj the pandemonium lord
 82053 | Zig:23   | Killed Bustek the pandemonium lord
 82053 | Zig:23   | Noticed a Killer Klown
 82053 | Zig:23   | Noticed a Killer Klown
 82054 | Zig:23   | Killed Sedut the pandemonium lord
 82054 | Zig:23   | Killed Gopp the pandemonium lord
 82055 | Zig:23   | Killed Lodydih the pandemonium lord
 82055 | Zig:23   | Killed Iloil the pandemonium lord
 82055 | Zig:23   | Killed Yfuqy the pandemonium lord
 82055 | Zig:23   | Killed a Killer Klown
 82055 | Zig:23   | Noticed a Killer Klown
 82055 | Zig:23   | Noticed a Killer Klown
 82056 | Zig:23   | Killed Fewkiew the pandemonium lord
 82056 | Zig:23   | Killed Nucs the pandemonium lord
 82056 | Zig:23   | Killed a Killer Klown
 82057 | Zig:23   | Noticed Eddung the pandemonium lord
 82057 | Zig:23   | Noticed a Killer Klown
 82058 | Zig:23   | Noticed Oviosch the pandemonium lord
 82058 | Zig:23   | Killed a Killer Klown
 82058 | Zig:23   | Killed a Killer Klown
 82058 | Zig:23   | Killed a Killer Klown
 82058 | Zig:23   | Noticed Fak Vote the pandemonium lord
 82059 | Zig:23   | Noticed Yxterch the pandemonium lord
 82059 | Zig:23   | Noticed a Killer Klown
 82059 | Zig:23   | Noticed Jekuuch the pandemonium lord
 82060 | Zig:23   | Noticed a Killer Klown
 82060 | Zig:23   | Noticed a Killer Klown
 82061 | Zig:23   | Killed a Killer Klown
 82061 | Zig:23   | Killed a Killer Klown
 82061 | Zig:23   | Killed a Killer Klown
 82061 | Zig:23   | Killed Oviosch the pandemonium lord
 82061 | Zig:23   | Killed Eddung the pandemonium lord
 82061 | Zig:23   | Noticed a Killer Klown
 82062 | Zig:23   | Killed Yxterch the pandemonium lord
 82062 | Zig:23   | Killed Fak Vote the pandemonium lord
 82062 | Zig:23   | Noticed Diwn the pandemonium lord
 82062 | Zig:23   | Noticed Umnucodi the pandemonium lord
 82062 | Zig:23   | Gained mutation: Your spells are a little easier to cast,
                  | but a little less powerful. [a cacodemon]
 82062 | Zig:23   | Noticed Filugy the pandemonium lord
 82064 | Zig:23   | Killed a Killer Klown
 82064 | Zig:23   | Killed Jekuuch the pandemonium lord
 82064 | Zig:23   | Noticed Plog the pandemonium lord
 82065 | Zig:23   | Killed Filugy the pandemonium lord
 82066 | Zig:23   | Noticed Tauxanwa the pandemonium lord
 82066 | Zig:23   | Noticed Vismiho the pandemonium lord
 82066 | Zig:23   | Noticed Weuloddy the pandemonium lord
 82066 | Zig:23   | Noticed Ezazyquh the pandemonium lord
 82066 | Zig:23   | Noticed Ewakivuh the pandemonium lord
 82067 | Zig:23   | Killed Plog the pandemonium lord
 82067 | Zig:23   | Killed Umnucodi the pandemonium lord
 82067 | Zig:23   | Noticed Zatone the pandemonium lord
 82067 | Zig:23   | Noticed Watoutei the pandemonium lord
 82069 | Zig:23   | Killed Tauxanwa the pandemonium lord
 82069 | Zig:23   | Killed Diwn the pandemonium lord
 82070 | Zig:23   | Killed Ewakivuh the pandemonium lord
 82070 | Zig:23   | Killed Vismiho the pandemonium lord
 82070 | Zig:23   | Killed Watoutei the pandemonium lord
 82070 | Zig:23   | Noticed Toqaezxu the pandemonium lord
 82071 | Zig:23   | Noticed Rifecrak the pandemonium lord
 82072 | Zig:23   | Killed Ezazyquh the pandemonium lord
 82074 | Zig:23   | Killed Zatone the pandemonium lord
 82074 | Zig:23   | Killed Weuloddy the pandemonium lord
 82074 | Zig:23   | Killed Rifecrak the pandemonium lord
 82076 | Zig:23   | Killed Toqaezxu the pandemonium lord
 82119 | Zig:23   | Found the macabre finger necklace {Finger+ rN+}
 82143 | Zig:23   | Identified the +5 battleaxe "Lifebane" {speed, rPois
                  | Stlth+}
 82149 | Zig:23   | Identified the ring of Zeidunwa {rF+ rC- rN+ Int+8 Dex+2}
 82336 | Zig:23   | Identified the +10 broad axe of Zuer {pain, *Corrode rPois
                  | rC+ Str+3 Dex-2}
 82338 | Zig:23   | Identified the +2 rapier "Tuic" {pain, rC+ Int+5 Dex+3}
 82351 | Zig:23   | Identified the staff of conjuration "Hen Pau" {Contam rPois
                  | Will+++ MP+9}
 82361 | Zig:23   | Identified the +6 spear of Frustration {speed, Dex+3}
 82369 | Zig:23   | Identified the +1 lajatang of Ybrymm {freeze, Int-2 Dex+4}
 82371 | Zig:23   | Got Yhaete's Disquisition on the Sphinx
 82383 | Zig:23   | Identified the +9 plate armour of the Turtledove {rPois
                  | Regen+ Str+3 Stlth-}
 82384 | Zig:23   | Identified the amulet of Neezxoff {RegenMP rElec Str-3
                  | Slay+4}
 82413 | Zig:24   | Entered Level 24 of a ziggurat
 82438 | Zig:24   | Found the amulet of Vitality {RegenMP++ Regen++}
 82672 | Zig:24   | Identified the ring "Wuuraeb" {rC+ Dex+6 SInv}
 82716 | Zig:24   | Identified the ring of Saukkoan {rN+ Str+6 Dex+3}
 82730 | Zig:24   | Got the Catalogue of Flesh
 82732 | Zig:24   | Identified the +9 mace "Inylaxoq" {spect, rPois rCorr
                  | Dex+2}
 82735 | Zig:24   | Identified the +1 great mace of Faci {drain, Dex+2}
 82740 | Zig:24   | Identified the +2 pair of boots of Elitism {*Corrode Slay+4
                  | SInv Stlth+}
 82743 | Zig:24   | Identified the ring of Qinusaih {Fly Will+ Str+6 Int+2
                  | Dex-4}
 82746 | Zig:24   | Identified the amulet "Ylexaq" {Faith Rampage Int+3 Stlth-}
 82756 | Zig:24   | Identified the +7 morningstar of Intimidation {heavy, Will-
                  | Str+8 SInv}
 82758 | Zig:24   | Got the Spellbook of Lightning
 82760 | Zig:24   | Got Further Progress in the Arcane Arts
 82762 | Zig:24   | Identified the +4 war axe of the Globe {heavy, rF+ Dex+3}
 82772 | Zig:25   | Entered Level 25 of a ziggurat
 83076 | Zig:25   | Found the +5 Lochaber axe {reach-cleave, Poleaxe Drain}
 83079 | Zig:25   | Identified the staff of earth "Tiequ" {rF+ rC+ Int+4}
 83102 | Zig:25   | Identified the ring of Winter {*Slow Fly Int+3 SInv}
 83105 | Zig:25   | Identified the +8 chain mail of the Lobster {Dex+3 Stlth+}
 83108 | Zig:25   | Identified the staff of death "Hokehytt" {rN+ Int+3}
 83136 | Zig:25   | Identified the +8 battleaxe of Kaupp {spect, +Blink rC+ rN+
                  | Str-5}
 83149 | Zig:26   | Entered Level 26 of a ziggurat
 83155 | Zig:26   | Noticed an ancient lich
 83156 | Zig:26   | Killed an ancient lich
 83159 | Zig:26   | Paralysed by accursed screaming for 1 turns
 83432 | Zig:26   | Identified the staff of air "Emaytinn" {rElec rPois rF-
                  | Dex+9}
 83531 | Zig:26   | Identified the +11 lajatang of the Manifold Lovers {heavy,
                  | +Blink}
 83533 | Zig:26   | Identified the staff of air "Zaew" {rElec rF- Str+2 Dex+3}
 83534 | Zig:26   | Identified the +9 dagger of Ebuts {heavy, rPois rN+++ Int-4
                  | Stlth+}
 83558 | Zig:26   | Identified the staff of poison "Nutwes" {Fragile rPois
                  | Will+++ Str-3 SInv}
 83563 | Zig:26   | Identified the amulet "Eklalecs" {Spirit Contam Str+4
                  | Stlth+}
 83567 | Zig:26   | Identified the +1 demon trident "Undertaker" {freeze, rC++
                  | Int+5 Dex+4}
 83573 | Zig:27   | Entered Level 27 of a ziggurat
 83577 | Zig:27   | Noticed a Killer Klown
 83578 | Zig:27   | Noticed a Killer Klown
 83578 | Zig:27   | Noticed Pysok the pandemonium lord
 83578 | Zig:27   | Noticed Gohisiom the pandemonium lord
 83578 | Zig:27   | Noticed Odacey the pandemonium lord
 83578 | Zig:27   | Noticed Umetwamy the pandemonium lord
 83579 | Zig:27   | Noticed Soshraw the pandemonium lord
 83579 | Zig:27   | Noticed Ywabon the pandemonium lord
 83580 | Zig:27   | Killed a Killer Klown
 83580 | Zig:27   | Noticed Orawnisi the pandemonium lord
 83580 | Zig:27   | Noticed a Killer Klown
 83581 | Zig:27   | Killed Umetwamy the pandemonium lord
 83581 | Zig:27   | Killed Odacey the pandemonium lord
 83581 | Zig:27   | Noticed Acosymp the pandemonium lord
 83581 | Zig:27   | Noticed Fischo the pandemonium lord
 83584 | Zig:27   | Killed a Killer Klown
 83585 | Zig:27   | Killed Pysok the pandemonium lord
 83585 | Zig:27   | Killed Gohisiom the pandemonium lord
 83585 | Zig:27   | Killed a Killer Klown
 83589 | Zig:27   | Killed Acosymp the pandemonium lord
 83590 | Zig:27   | Killed Soshraw the pandemonium lord
 83590 | Zig:27   | Killed Ywabon the pandemonium lord
 83590 | Zig:27   | Killed Fischo the pandemonium lord
 83590 | Zig:27   | Noticed a Killer Klown
 83591 | Zig:27   | Noticed Seuli the pandemonium lord
 83591 | Zig:27   | Noticed Qusokyr the pandemonium lord
 83592 | Zig:27   | Killed a Killer Klown
 83593 | Zig:27   | Noticed a Killer Klown
 83594 | Zig:27   | Killed Qusokyr the pandemonium lord
 83594 | Zig:27   | Killed a Killer Klown
 83594 | Zig:27   | Noticed a Killer Klown
 83595 | Zig:27   | Killed Seuli the pandemonium lord
 83595 | Zig:27   | Killed a Killer Klown
 83595 | Zig:27   | Noticed Qivo Ripa the pandemonium lord
 83598 | Zig:27   | Noticed Afolih the pandemonium lord
 83598 | Zig:27   | Noticed Wiar Lepiu the pandemonium lord
 83599 | Zig:27   | Killed Qivo Ripa the pandemonium lord
 83599 | Zig:27   | Noticed Wemacyd the pandemonium lord
 83599 | Zig:27   | Noticed Darysitoo the pandemonium lord
 83599 | Zig:27   | Noticed a Killer Klown
 83600 | Zig:27   | Killed a Killer Klown
 83600 | Zig:27   | Killed Orawnisi the pandemonium lord
 83600 | Zig:27   | Noticed Ningoel the pandemonium lord
 83600 | Zig:27   | Noticed Kyisibei the pandemonium lord
 83600 | Zig:27   | Noticed Ontaih the pandemonium lord
 83601 | Zig:27   | Killed Afolih the pandemonium lord
 83601 | Zig:27   | Killed Darysitoo the pandemonium lord
 83602 | Zig:27   | Killed Ningoel the pandemonium lord
 83602 | Zig:27   | Killed Wiar Lepiu the pandemonium lord
 83602 | Zig:27   | Killed Kyisibei the pandemonium lord
 83602 | Zig:27   | Noticed Orphi the pandemonium lord
 83602 | Zig:27   | Noticed Woudergh the pandemonium lord
 83603 | Zig:27   | Noticed Ubbolol the pandemonium lord
 83603 | Zig:27   | Noticed Dul Muvi the pandemonium lord
 83604 | Zig:27   | Noticed Puizxig the pandemonium lord
 83604 | Zig:27   | Killed Wemacyd the pandemonium lord
 83604 | Zig:27   | Killed Ontaih the pandemonium lord
 83604 | Zig:27   | Killed Woudergh the pandemonium lord
 83604 | Zig:27   | Noticed Etel the pandemonium lord
 83605 | Zig:27   | Killed Puizxig the pandemonium lord
 83605 | Zig:27   | Killed Dul Muvi the pandemonium lord
 83605 | Zig:27   | Noticed Hungyn the pandemonium lord
 83606 | Zig:27   | Noticed Bab Meit the pandemonium lord
 83607 | Zig:27   | Noticed Curifila the pandemonium lord
 83607 | Zig:27   | Noticed Sasall the pandemonium lord
 83609 | Zig:27   | Killed Ubbolol the pandemonium lord
 83609 | Zig:27   | Killed Bab Meit the pandemonium lord
 83609 | Zig:27   | Noticed Dutul the pandemonium lord
 83610 | Zig:27   | Killed Etel the pandemonium lord
 83610 | Zig:27   | Killed Curifila the pandemonium lord
 83610 | Zig:27   | Killed Sasall the pandemonium lord
 83610 | Zig:27   | Killed Orphi the pandemonium lord
 83610 | Zig:27   | Killed Hungyn the pandemonium lord
 83610 | Zig:27   | Noticed Puxt the pandemonium lord
 83610 | Zig:27   | Noticed Iblilab the pandemonium lord
 83610 | Zig:27   | Noticed Peafarok the pandemonium lord
 83611 | Zig:27   | Killed Dutul the pandemonium lord
 83612 | Zig:27   | Killed Iblilab the pandemonium lord
 83612 | Zig:27   | Killed Puxt the pandemonium lord
 83612 | Zig:27   | Noticed Rimidykh the pandemonium lord
 83612 | Zig:27   | Noticed a Killer Klown
 83613 | Zig:27   | Noticed Iguon the pandemonium lord
 83613 | Zig:27   | Killed Peafarok the pandemonium lord
 83613 | Zig:27   | Killed a Killer Klown
 83613 | Zig:27   | Noticed a Killer Klown
 83614 | Zig:27   | Noticed a Killer Klown
 83615 | Zig:27   | Noticed Misij the pandemonium lord
 83615 | Zig:27   | Killed a Killer Klown
 83616 | Zig:27   | Noticed Inahix the pandemonium lord
 83616 | Zig:27   | Noticed Wobraze the pandemonium lord
 83616 | Zig:27   | Noticed a Killer Klown
 83616 | Zig:27   | Noticed Lakemaz the pandemonium lord
 83616 | Zig:27   | Noticed a Killer Klown
 83616 | Zig:27   | Noticed Jaigecar the pandemonium lord
 83616 | Zig:27   | Noticed Inetizimn the pandemonium lord
 83616 | Zig:27   | Noticed a Killer Klown
 83616 | Zig:27   | Noticed Beitylil the pandemonium lord
 83616 | Zig:27   | Noticed Ridaoz the pandemonium lord
 83616 | Zig:27   | Noticed Jiam the pandemonium lord
 83616 | Zig:27   | Noticed a Killer Klown
 83616 | Zig:27   | Noticed Ikheoc the pandemonium lord
 83616 | Zig:27   | Noticed Erreger the pandemonium lord
 83617 | Zig:27   | Killed a Killer Klown
 83617 | Zig:27   | a Killer Klown changed into a shard shrike
 83617 | Zig:27   | Noticed a shard shrike
 83618 | Zig:27   | Killed Iguon the pandemonium lord
 83618 | Zig:27   | Killed Rimidykh the pandemonium lord
 83618 | Zig:27   | Killed Inetizimn the pandemonium lord
 83618 | Zig:27   | Killed a Killer Klown
 83618 | Zig:27   | Killed Ridaoz the pandemonium lord
 83618 | Zig:27   | Noticed Dahuh the pandemonium lord
 83619 | Zig:27   | Noticed Veymanae the pandemonium lord
 83619 | Zig:27   | Killed Wobraze the pandemonium lord
 83619 | Zig:27   | Killed Jaigecar the pandemonium lord
 83619 | Zig:27   | Killed a shard shrike
 83619 | Zig:27   | Killed Ikheoc the pandemonium lord
 83619 | Zig:27   | Noticed Liyqing the pandemonium lord
 83619 | Zig:27   | Noticed Anlisch the pandemonium lord
 83619 | Zig:27   | Noticed Naodoluna the pandemonium lord
 83620 | Zig:27   | Noticed Lugg the pandemonium lord
 83620 | Zig:27   | Killed Inahix the pandemonium lord
 83620 | Zig:27   | Killed Misij the pandemonium lord
 83620 | Zig:27   | Killed Beitylil the pandemonium lord
 83620 | Zig:27   | Killed a Killer Klown
 83620 | Zig:27   | Noticed a Killer Klown
 83620 | Zig:27   | Noticed a Killer Klown
 83621 | Zig:27   | Noticed Zeseg the pandemonium lord
 83622 | Zig:27   | Killed Jiam the pandemonium lord
 83622 | Zig:27   | Killed Erreger the pandemonium lord
 83622 | Zig:27   | Killed a Killer Klown
 83622 | Zig:27   | Noticed a Killer Klown
 83622 | Zig:27   | Noticed Cetucol the pandemonium lord
 83623 | Zig:27   | Killed a Killer Klown
 83623 | Zig:27   | Killed Naodoluna the pandemonium lord
 83623 | Zig:27   | Killed Liyqing the pandemonium lord
 83623 | Zig:27   | Killed Veymanae the pandemonium lord
 83623 | Zig:27   | Killed a Killer Klown
 83624 | Zig:27   | Killed Dahuh the pandemonium lord
 83624 | Zig:27   | Killed Lakemaz the pandemonium lord
 83624 | Zig:27   | Killed a Killer Klown
 83624 | Zig:27   | Killed Anlisch the pandemonium lord
 83624 | Zig:27   | Noticed Fymu the pandemonium lord
 83624 | Zig:27   | Noticed a Killer Klown
 83624 | Zig:27   | Noticed Vaeng the pandemonium lord
 83625 | Zig:27   | Killed Zeseg the pandemonium lord
 83625 | Zig:27   | Killed Lugg the pandemonium lord
 83625 | Zig:27   | Killed Cetucol the pandemonium lord
 83625 | Zig:27   | Noticed a Killer Klown
 83625 | Zig:27   | Noticed Irhon the pandemonium lord
 83625 | Zig:27   | Noticed Yfacs the pandemonium lord
 83626 | Zig:27   | Noticed Ekhaceli the pandemonium lord
 83626 | Zig:27   | Noticed Xaaff the pandemonium lord
 83628 | Zig:27   | Killed Irhon the pandemonium lord
 83628 | Zig:27   | Killed a Killer Klown
 83628 | Zig:27   | Killed a Killer Klown
 83629 | Zig:27   | Killed Fymu the pandemonium lord
 83629 | Zig:27   | Killed Yfacs the pandemonium lord
 83629 | Zig:27   | Killed Ekhaceli the pandemonium lord
 83629 | Zig:27   | Killed Xaaff the pandemonium lord
 83629 | Zig:27   | Noticed Moecavali the pandemonium lord
 83629 | Zig:27   | Noticed a Killer Klown
 83630 | Zig:27   | Killed Vaeng the pandemonium lord
 83630 | Zig:27   | Killed Moecavali the pandemonium lord
 83630 | Zig:27   | Killed a Killer Klown
 83637 | Zig:27   | Noticed a Killer Klown
 83640 | Zig:27   | Killed a Killer Klown
 83650 | Zig:27   | Found the +12 glaive of Prune {freeze, Prune}
 83651 | Zig:27   | Found the +5 glaive of the Guard {elec, spectral, AC+5}
 83861 | Zig:27   | Found the +4 consecrated labrys {holy, Valiant Fragile Fly
                  | SInv}
 83878 | Zig:27   | Identified the +8 hand axe "Uhanouri" {freeze, rC++ Int+2}
 83880 | Zig:27   | Identified the +8 battleaxe of Duty {venom, MP+9}
 83924 | Zig:27   | Identified the +0 pair of gloves of the Last Mystics {Str+4
                  | Dex+2}
 84005 | Zig:1    | Entered Level 1 of a ziggurat
 84055 | Zig:2    | Entered Level 2 of a ziggurat
 84092 | Zig:2    | Identified the -2 kite shield "Citwedd" {+Inv Fly Stlth+}
 84098 | Zig:3    | Entered Level 3 of a ziggurat
 84118 | Zig:3    | Identified the +10 spear of Minniock {elec, rElec}
 84119 | Zig:3    | Identified the +4 hand axe of Symmetry {protect, rElec}
 84121 | Zig:3    | Identified the +2 spear of Fixation {freeze, MP+9}
 84161 | Zig:4    | Entered Level 4 of a ziggurat
 84161 | Zig:4    | Noticed a juggernaut
 84163 | Zig:4    | Noticed a juggernaut
 84163 | Zig:4    | Killed a juggernaut
 84164 | Zig:4    | Killed a juggernaut
 84164 | Zig:4    | Noticed a juggernaut
 84167 | Zig:4    | Killed a juggernaut
 84198 | Zig:4    | Identified the staff of earth "Yfast" {*Corrode Fly Dex+7}
 84226 | Zig:5    | Entered Level 5 of a ziggurat
 84226 | Zig:5    | Noticed a caustic shrike
 84228 | Zig:5    | Noticed a caustic shrike
 84230 | Zig:5    | Noticed a caustic shrike
 84230 | Zig:5    | Killed a caustic shrike
 84231 | Zig:5    | Killed a caustic shrike
 84232 | Zig:5    | Killed a caustic shrike
 84340 | Zig:6    | Entered Level 6 of a ziggurat
 84343 | Zig:6    | Noticed Mynausk the pandemonium lord
 84343 | Zig:6    | Noticed Pacoeref the pandemonium lord
 84343 | Zig:6    | Noticed Ufaephuyff the pandemonium lord
 84344 | Zig:6    | Noticed a Killer Klown
 84344 | Zig:6    | Noticed Gadepen the pandemonium lord
 84344 | Zig:6    | Killed Ufaephuyff the pandemonium lord
 84344 | Zig:6    | Noticed Rohiwk the pandemonium lord
 84344 | Zig:6    | Noticed a Killer Klown
 84345 | Zig:6    | Noticed a Killer Klown
 84345 | Zig:6    | Noticed a Killer Klown
 84346 | Zig:6    | Killed a Killer Klown
 84346 | Zig:6    | Noticed a Killer Klown
 84346 | Zig:6    | Noticed Xaalosag the pandemonium lord
 84346 | Zig:6    | Noticed a Killer Klown
 84347 | Zig:6    | Killed Mynausk the pandemonium lord
 84347 | Zig:6    | Noticed a Killer Klown
 84347 | Zig:6    | Noticed Kaogh the pandemonium lord
 84348 | Zig:6    | Killed a Killer Klown
 84348 | Zig:6    | Killed a Killer Klown
 84348 | Zig:6    | Killed a Killer Klown
 84349 | Zig:6    | Killed Rohiwk the pandemonium lord
 84349 | Zig:6    | Killed a Killer Klown
 84349 | Zig:6    | Killed Kaogh the pandemonium lord
 84349 | Zig:6    | Killed a Killer Klown
 84349 | Zig:6    | Killed Pacoeref the pandemonium lord
 84349 | Zig:6    | Killed a Killer Klown
 84349 | Zig:6    | Noticed a Killer Klown
 84350 | Zig:6    | Noticed Teygyst the pandemonium lord
 84351 | Zig:6    | Killed Gadepen the pandemonium lord
 84351 | Zig:6    | Killed a Killer Klown
 84351 | Zig:6    | Killed Teygyst the pandemonium lord
 84352 | Zig:6    | Killed Xaalosag the pandemonium lord
 84413 | Zig:6    | Identified the +6 chain mail of Defence {rElec Dex+3}
 84438 | Zig:6    | Got Sif Muna's Omnibus of Doomed Coordinates
 84441 | Zig:6    | Got the Anthology of Vile Exhalation
 84496 | Zig:7    | Entered Level 7 of a ziggurat
 84547 | Zig:7    | Identified the staff of earth "Hyggu" {*Corrode rC+ rN+
                  | Str+4}
 84623 | Zig:7    | Got the Grimoire of the Snowflakes
 84636 | Zig:8    | Entered Level 8 of a ziggurat
 84645 | Zig:8    | Noticed Ysel the pandemonium lord
 84647 | Zig:8    | Killed Ysel the pandemonium lord
 84651 | Zig:8    | Found the +5 woodcutter's axe
 84701 | Zig:8    | Identified the amulet "Ogein" {Faith rF+ Str+3}
 84704 | Zig:8    | Identified the +14 plate armour of Hangman {rPois}
 84736 | Zig:8    | Identified the +7 sling "Motap" {elec, rPois rC+ MP-9
                  | Str+4}
 84743 | Zig:8    | Identified the +2 morningstar "Paseg" {flame, rF+ rC+}
 84764 | Zig:9    | Entered Level 9 of a ziggurat
 84784 | Zig:9    | Found the +8 demon trident "Rift" {distort, reach+}
 84867 | Zig:9    | Identified the +5 shortbow "Zeicaar" {antimagic, Str+3}
 84868 | Zig:9    | Identified the staff of cold "Rirpholi" {rC+ Str+4}
 84899 | Zig:10   | Entered Level 10 of a ziggurat
 84901 | Zig:10   | Noticed Jurph the pandemonium lord
 84901 | Zig:10   | Noticed Zuipi the pandemonium lord
 84902 | Zig:10   | Noticed Ceiteut the pandemonium lord
 84902 | Zig:10   | Noticed a Killer Klown
 84902 | Zig:10   | Noticed a Killer Klown
 84903 | Zig:10   | Killed Jurph the pandemonium lord
 84903 | Zig:10   | Killed Ceiteut the pandemonium lord
 84903 | Zig:10   | Killed a Killer Klown
 84903 | Zig:10   | Noticed Pomyfir the pandemonium lord
 84903 | Zig:10   | Noticed Busamun the pandemonium lord
 84903 | Zig:10   | Noticed a Killer Klown
 84903 | Zig:10   | Noticed a Killer Klown
 84904 | Zig:10   | Noticed Cutog the pandemonium lord
 84905 | Zig:10   | Killed a Killer Klown
 84905 | Zig:10   | Killed a Killer Klown
 84905 | Zig:10   | Killed a Killer Klown
 84905 | Zig:10   | Noticed a Killer Klown
 84905 | Zig:10   | Noticed Dunoim the pandemonium lord
 84906 | Zig:10   | Killed Zuipi the pandemonium lord
 84906 | Zig:10   | Killed Pomyfir the pandemonium lord
 84906 | Zig:10   | Killed Cutog the pandemonium lord
 84907 | Zig:10   | Killed Busamun the pandemonium lord
 84907 | Zig:10   | Killed a Killer Klown
 84907 | Zig:10   | Noticed Sycriff the pandemonium lord
 84907 | Zig:10   | Noticed Ylobas the pandemonium lord
 84907 | Zig:10   | Noticed a Killer Klown
 84908 | Zig:10   | Killed Dunoim the pandemonium lord
 84908 | Zig:10   | Killed Ylobas the pandemonium lord
 84908 | Zig:10   | Noticed Hirorghi the pandemonium lord
 84908 | Zig:10   | Noticed Ecipsoig the pandemonium lord
 84909 | Zig:10   | Killed a Killer Klown
 84909 | Zig:10   | Killed Hirorghi the pandemonium lord
 84909 | Zig:10   | Noticed Nohoi the pandemonium lord
 84909 | Zig:10   | Noticed a Killer Klown
 84910 | Zig:10   | Noticed Lodualum the pandemonium lord
 84910 | Zig:10   | Noticed Tuchace the pandemonium lord
 84911 | Zig:10   | Noticed a Killer Klown
 84911 | Zig:10   | Noticed Yryuqeeq the pandemonium lord
 84912 | Zig:10   | Noticed a Killer Klown
 84912 | Zig:10   | Killed a Killer Klown
 84912 | Zig:10   | Killed Sycriff the pandemonium lord
 84913 | Zig:10   | Killed Ecipsoig the pandemonium lord
 84913 | Zig:10   | Killed Yryuqeeq the pandemonium lord
 84913 | Zig:10   | Killed Tuchace the pandemonium lord
 84913 | Zig:10   | Killed a Killer Klown
 84913 | Zig:10   | Killed a Killer Klown
 84913 | Zig:10   | Killed Lodualum the pandemonium lord
 84914 | Zig:10   | Noticed a Killer Klown
 84915 | Zig:10   | Noticed a Killer Klown
 84915 | Zig:10   | Noticed Puskuit the pandemonium lord
 84916 | Zig:10   | Killed Puskuit the pandemonium lord
 84917 | Zig:10   | Killed Nohoi the pandemonium lord
 84917 | Zig:10   | Killed a Killer Klown
 84925 | Zig:10   | Killed a Killer Klown
 84990 | Zig:10   | Identified the +6 trident of Sulphur {elec, rCorr Str+4
                  | Int+3 Stlth-}
 85051 | Zig:10   | Got the Disquisition on the Called Volley
 85056 | Zig:10   | Got Sif Muna's Handbook of Fascination
 85072 | Zig:10   | Got the Quarto of Radiant Companions
 85085 | Zig:11   | Entered Level 11 of a ziggurat
 85095 | Zig:11   | Noticed Kiwk the pandemonium lord
 85097 | Zig:11   | Killed Kiwk the pandemonium lord
 85231 | Zig:11   | Identified the +10 shortbow of Ymeicwo {freeze, Drain rElec
                  | rPois Dex+6}
 85244 | Zig:11   | Identified the amulet of Qifax {Faith rF+ Regen+}
 85253 | Zig:11   | Identified the +4 scimitar of Gozag, Uplifting {speed,
                  | Drain rPois rC- MP+9}
 85255 | Zig:11   | Identified the +1 swamp dragon scales "Paahor" {+Blink
                  | rPois}
 85293 | Zig:12   | Entered Level 12 of a ziggurat
 85459 | Zig:12   | Identified the +2 robe of Zumil {Int+3}
 85466 | Zig:12   | Identified the +0 chain mail "Solulija" {+Blink rN+}
 85468 | Zig:12   | Identified the +1 broad axe "Lalat" {drain, *Rage rElec
                  | rPois rF++}
 85469 | Zig:12   | Identified the +10 spear of Caguvi Caun {antimagic, rCorr
                  | Str+3}
 85525 | Zig:12   | Got the Catalogue of Cunning Location
 85553 | Zig:13   | Entered Level 13 of a ziggurat
 85633 | Zig:13   | Identified the staff of air "Iheumur" {+Blink rElec SInv}
 85764 | Zig:13   | Got Cumet's Enchiridion on Gusty Clay
 85771 | Zig:14   | Entered Level 14 of a ziggurat
 85789 | Zig:14   | Paralysed by you for 5 turns
 85933 | Zig:14   | Identified the +6 scimitar of the Immovable Curses {freeze,
                  | rF+ Str+2}
 85935 | Zig:14   | Identified the +1 trident of Gallantry {speed, rElec rCorr
                  | Stlth+}
 85937 | Zig:14   | Identified the +0 plate armour "Ipugen" {+Inv Fly}
 85939 | Zig:14   | Identified the +7 short sword "Suez Vum" {freeze, Str+2
                  | Int+3}
 85941 | Zig:14   | Identified the +10 trident of the Hated {heavy, +Blink
                  | rElec Int-3}
 85943 | Zig:14   | Identified the ring of Desertification {+Blink rN+ rCorr}
 85953 | Zig:14   | Identified the +10 sling of the Messenger {drain, Fragile
                  | rF++ Will+ SInv}
 86025 | Zig:15   | Entered Level 15 of a ziggurat
 86027 | Zig:15   | Noticed Piuhoipp the pandemonium lord
 86027 | Zig:15   | Noticed Nuenwioh the pandemonium lord
 86027 | Zig:15   | Noticed Cosep the pandemonium lord
 86027 | Zig:15   | Noticed Ahan the pandemonium lord
 86027 | Zig:15   | Noticed Bithrox the pandemonium lord
 86027 | Zig:15   | Noticed Baem Eno the pandemonium lord
 86028 | Zig:15   | Noticed Loiriso the pandemonium lord
 86028 | Zig:15   | Noticed Podis the pandemonium lord
 86028 | Zig:15   | Noticed a Killer Klown
 86028 | Zig:15   | Noticed Keim the pandemonium lord
 86028 | Zig:15   | Noticed Iwkuwirr the pandemonium lord
 86028 | Zig:15   | Noticed Riubal the pandemonium lord
 86028 | Zig:15   | Noticed Zoosum the pandemonium lord
 86029 | Zig:15   | Noticed Sicer the pandemonium lord
 86029 | Zig:15   | Noticed Qyan the pandemonium lord
 86030 | Zig:15   | Noticed Haxajiel the pandemonium lord
 86030 | Zig:15   | Killed Cosep the pandemonium lord
 86030 | Zig:15   | Killed Keim the pandemonium lord
 86030 | Zig:15   | Killed Loiriso the pandemonium lord
 86030 | Zig:15   | Killed Piuhoipp the pandemonium lord
 86030 | Zig:15   | Killed a Killer Klown
 86030 | Zig:15   | Killed Nuenwioh the pandemonium lord
 86030 | Zig:15   | Noticed Sourhych the pandemonium lord
 86030 | Zig:15   | Noticed a Killer Klown
 86030 | Zig:15   | Noticed a Killer Klown
 86031 | Zig:15   | Killed Ahan the pandemonium lord
 86031 | Zig:15   | Killed Zoosum the pandemonium lord
 86031 | Zig:15   | Killed Qyan the pandemonium lord
 86031 | Zig:15   | Killed Haxajiel the pandemonium lord
 86031 | Zig:15   | Killed Podis the pandemonium lord
 86031 | Zig:15   | Killed a Killer Klown
 86031 | Zig:15   | Killed Sicer the pandemonium lord
 86031 | Zig:15   | Killed Iwkuwirr the pandemonium lord
 86031 | Zig:15   | Noticed a Killer Klown
 86031 | Zig:15   | Noticed Ziov the pandemonium lord
 86031 | Zig:15   | Noticed a Killer Klown
 86031 | Zig:15   | Noticed Zixacomoade the pandemonium lord
 86031 | Zig:15   | Noticed Xulac the pandemonium lord
 86031 | Zig:15   | Noticed a Killer Klown
 86032 | Zig:15   | Killed a Killer Klown
 86032 | Zig:15   | Killed Bithrox the pandemonium lord
 86032 | Zig:15   | Killed a Killer Klown
 86032 | Zig:15   | Killed Baem Eno the pandemonium lord
 86032 | Zig:15   | Killed a Killer Klown
 86032 | Zig:15   | Killed Ziov the pandemonium lord
 86033 | Zig:15   | Killed a Killer Klown
 86033 | Zig:15   | Noticed Filuejuu the pandemonium lord
 86034 | Zig:15   | Killed Sourhych the pandemonium lord
 86034 | Zig:15   | Killed Xulac the pandemonium lord
 86034 | Zig:15   | Noticed Xutaizo the pandemonium lord
 86034 | Zig:15   | Noticed a Killer Klown
 86034 | Zig:15   | Noticed Gurregin the pandemonium lord
 86035 | Zig:15   | Killed Zixacomoade the pandemonium lord
 86035 | Zig:15   | Killed Riubal the pandemonium lord
 86035 | Zig:15   | Noticed Zuleifab the pandemonium lord
 86035 | Zig:15   | Noticed Zuowagh the pandemonium lord
 86035 | Zig:15   | Noticed a Killer Klown
 86037 | Zig:15   | Noticed Fitwoicyaj the pandemonium lord
 86037 | Zig:15   | Noticed a Killer Klown
 86037 | Zig:15   | Noticed Teuschikeu the pandemonium lord
 86038 | Zig:15   | Noticed Ypremoer the pandemonium lord
 86039 | Zig:15   | Noticed Motrud the pandemonium lord
 86039 | Zig:15   | Noticed a Killer Klown
 86040 | Zig:15   | Killed Xutaizo the pandemonium lord
 86040 | Zig:15   | Killed Filuejuu the pandemonium lord
 86040 | Zig:15   | Killed a Killer Klown
 86040 | Zig:15   | Noticed a Killer Klown
 86041 | Zig:15   | Killed Zuowagh the pandemonium lord
 86041 | Zig:15   | Killed a Killer Klown
 86041 | Zig:15   | Killed Ypremoer the pandemonium lord
 86041 | Zig:15   | Killed Fitwoicyaj the pandemonium lord
 86041 | Zig:15   | Killed a Killer Klown
 86041 | Zig:15   | Killed a Killer Klown
 86042 | Zig:15   | Noticed a Killer Klown
 86043 | Zig:15   | Killed a Killer Klown
 86043 | Zig:15   | Killed Gurregin the pandemonium lord
 86043 | Zig:15   | Killed Zuleifab the pandemonium lord
 86043 | Zig:15   | Noticed Vumpoat the pandemonium lord
 86044 | Zig:15   | Killed Teuschikeu the pandemonium lord
 86044 | Zig:15   | Killed Motrud the pandemonium lord
 86047 | Zig:15   | Noticed a Killer Klown
 86047 | Zig:15   | Noticed a caustic shrike
 86048 | Zig:15   | Killed a caustic shrike
 86048 | Zig:15   | Killed a Killer Klown
 86049 | Zig:15   | Killed a Killer Klown
 86051 | Zig:15   | Killed Vumpoat the pandemonium lord
 86053 | Zig:15   | Noticed a Killer Klown
 86054 | Zig:15   | Killed a Killer Klown
 86163 | Zig:15   | Identified the +0 plate armour of Daisies {Harm}
 86170 | Zig:15   | Identified the staff of poison "Qitolinu" {rPois Str+2}
 86240 | Zig:15   | Identified the amulet "Zierr" {Faith Contam +Blink +Inv
                  | Str+2 Int+3}
 86242 | Zig:15   | Identified the amulet "Curer" {RegenMP Will++ Int-4 Dex+3}
 86297 | Zig:16   | Entered Level 16 of a ziggurat
 86299 | Zig:16   | Noticed a dread lich
 86299 | Zig:16   | Noticed a dread lich
 86300 | Zig:16   | Noticed an ancient lich
 86300 | Zig:16   | Noticed a dread lich
 86301 | Zig:16   | Noticed a dread lich
 86301 | Zig:16   | Killed an ancient lich
 86301 | Zig:16   | Noticed an ancient lich
 86302 | Zig:16   | Killed a dread lich
 86302 | Zig:16   | Killed a dread lich
 86302 | Zig:16   | Killed a dread lich
 86302 | Zig:16   | Killed a dread lich
 86302 | Zig:16   | Killed an ancient lich
 86302 | Zig:16   | Noticed an ancient lich
 86302 | Zig:16   | Noticed a dread lich
 86303 | Zig:16   | Noticed a dread lich
 86304 | Zig:16   | Noticed a dread lich
 86304 | Zig:16   | Noticed an ancient lich
 86304 | Zig:16   | Noticed an ancient lich
 86304 | Zig:16   | Noticed a dread lich
 86305 | Zig:16   | Killed a dread lich
 86305 | Zig:16   | Killed an ancient lich
 86305 | Zig:16   | Killed an ancient lich
 86306 | Zig:16   | Killed a dread lich
 86306 | Zig:16   | Killed a dread lich
 86306 | Zig:16   | Killed an ancient lich
 86306 | Zig:16   | Killed a dread lich
 86306 | Zig:16   | Noticed an ancient lich
 86307 | Zig:16   | Killed an ancient lich
 86307 | Zig:16   | Noticed an ancient lich
 86308 | Zig:16   | Noticed an ancient lich
 86309 | Zig:16   | Noticed a dread lich
 86310 | Zig:16   | Killed a dread lich
 86312 | Zig:16   | Killed an ancient lich
 86313 | Zig:16   | Killed an ancient lich
 86457 | Zig:16   | Identified the staff of earth "Wittafu" {Fragile rC+++
                  | Str+2 Dex+3}
 86460 | Zig:16   | Identified the amulet of Equivalence {RegenMP rF+ Str+7
                  | Int-3 Stlth+}
 86497 | Zig:17   | Entered Level 17 of a ziggurat
 86570 | Zig:17   | Identified the staff of cold "Juidihuxt" {Fly rC+ rCorr}
 86577 | Zig:17   | Identified the staff of conjuration "Qyfuyb" {rElec rC-
                  | Str+5}
 86579 | Zig:17   | Identified the ring "Niuf" {rF+ Will+ Int+5 SInv Stlth-}
 86584 | Zig:17   | Identified the ring "Xyxohyzi" {Dex+6 Stlth+}
 86585 | Zig:17   | Identified the staff of earth "Noihabes" {Int+2}
 86591 | Zig:17   | Identified the +3 scale mail of Liucraf {Str+3}
 86766 | Zig:17   | Got the Textbook on the Iceberg
 86769 | Zig:17   | Got the Commentary on Unspeakable Words and the Switch
 86778 | Zig:18   | Entered Level 18 of a ziggurat
 86779 | Zig:18   | Noticed a shard shrike
 86781 | Zig:18   | Noticed a shard shrike
 86782 | Zig:18   | Noticed a shard shrike
 86783 | Zig:18   | Noticed a shard shrike
 86785 | Zig:18   | Noticed a shard shrike
 86787 | Zig:18   | Noticed a shard shrike
 86787 | Zig:18   | Noticed a shard shrike
 86787 | Zig:18   | Noticed a shard shrike
 86787 | Zig:18   | Killed a shard shrike
 86787 | Zig:18   | Killed a shard shrike
 86787 | Zig:18   | Noticed a shard shrike
 86788 | Zig:18   | Killed a shard shrike
 86788 | Zig:18   | Killed a shard shrike
 86789 | Zig:18   | Killed a shard shrike
 86789 | Zig:18   | Killed a shard shrike
 86789 | Zig:18   | Noticed a shard shrike
 86790 | Zig:18   | Killed a shard shrike
 86790 | Zig:18   | Noticed a shard shrike
 86791 | Zig:18   | Killed a shard shrike
 86791 | Zig:18   | Killed a shard shrike
 86791 | Zig:18   | Noticed a shard shrike
 86792 | Zig:18   | Paralysed by a wendigo for 1 turns
 86794 | Zig:18   | Killed a shard shrike
 86794 | Zig:18   | Killed a shard shrike
 86795 | Zig:18   | Killed a shard shrike
 86795 | Zig:18   | Noticed an ancient lich
 86798 | Zig:18   | Killed an ancient lich
 86799 | Zig:18   | Noticed a shard shrike
 86801 | Zig:18   | Killed a shard shrike
 86973 | Zig:18   | Identified the +4 sling "Poam" {speed, rC- Int+6 Dex+3}
 86978 | Zig:18   | Identified the +4 mace of Makhleb, Destroying {freeze,
                  | *Noise rCorr Int+4}
 86986 | Zig:18   | Identified the +7 trident of Suefraas {freeze, Fragile
                  | rCorr Str+8 Dex-2}
 86987 | Zig:18   | Identified the staff of death "Koociffo" {rN+ MP+9 Str+7}
 86988 | Zig:18   | Identified the staff of poison "Wiopseil" {rElec rPois
                  | Str+8 Dex-2 Stlth-}
 87002 | Zig:18   | Identified the +12 dagger of Day {pain, Dex+3}
 87068 | Zig:18   | Got the Octavo of the Cumulonimbus and Transposition
 87075 | Zig:19   | Entered Level 19 of a ziggurat
 87170 | Zig:19   | Acquired 619 gold pieces
 87171 | Zig:19   | Acquired 493 gold pieces
 87176 | Zig:19   | Identified the +7 morningstar "Vew Syrel" {heavy, *Slow
                  | Int+6}
 87180 | Zig:19   | Identified the ring of Xumiasac {Fire Stlth+}
 87185 | Zig:19   | Identified the +0 pair of gloves "Utairchu" {*Corrode rC+
                  | Int+4}
 87186 | Zig:19   | Identified the ring of the Blushing Gods {Fire rN+ Int+2}
 87447 | Zig:20   | Entered Level 20 of a ziggurat
 87447 | Zig:20   | Noticed a juggernaut
 87447 | Zig:20   | Noticed a juggernaut
 87449 | Zig:20   | Noticed a juggernaut
 87450 | Zig:20   | Noticed a juggernaut
 87452 | Zig:20   | Noticed a juggernaut
 87453 | Zig:20   | Noticed a juggernaut
 87454 | Zig:20   | Noticed a juggernaut
 87454 | Zig:20   | Noticed a juggernaut
 87454 | Zig:20   | Killed a juggernaut
 87454 | Zig:20   | Killed a juggernaut
 87454 | Zig:20   | Killed a juggernaut
 87454 | Zig:20   | Killed a juggernaut
 87457 | Zig:20   | Killed a juggernaut
 87457 | Zig:20   | Killed a juggernaut
 87457 | Zig:20   | Killed a juggernaut
 87457 | Zig:20   | Killed a juggernaut
 87457 | Zig:20   | Noticed a juggernaut
 87461 | Zig:20   | Killed a juggernaut
 87752 | Zig:20   | Found the +8 Vampire's Tooth {megavamp}
 87835 | Zig:20   | Identified the staff of earth "Feraphop" {rC+ rN++}
 87841 | Zig:20   | Identified the ring "Kuerob" {Ice Drain rElec rCorr}
 87843 | Zig:20   | Identified the +3 falchion of Honour {spect, Will+ Str+2}
 87846 | Zig:20   | Identified the +7 short sword of Wrath {elec, Int+4}
 87847 | Zig:20   | Identified the +0 broad axe "Waesiopt" {flame, Dex+5}
 87865 | Zig:20   | Identified the +4 great sword "Yratagut" {heavy, Str+3}
 87866 | Zig:20   | Identified the staff of fire "Cenun" {rF+ rN++ Will+ Int-3
                  | Dex+2}
 87874 | Zig:20   | Identified the +0 great sword of Blood {venom, *Rage rC++
                  | Dex+4}
 87925 | Zig:20   | Got the Quarto of Translocation
 87936 | Zig:21   | Entered Level 21 of a ziggurat
 87936 | Zig:21   | Noticed a royal mummy
 87936 | Zig:21   | Noticed a royal mummy
 87936 | Zig:21   | Noticed a royal mummy
 87936 | Zig:21   | Noticed a royal mummy
 87938 | Zig:21   | Noticed a royal mummy
 87938 | Zig:21   | Noticed a royal mummy
 87939 | Zig:21   | Noticed a royal mummy
 87940 | Zig:21   | Killed a royal mummy
 87940 | Zig:21   | Noticed a royal mummy
 87940 | Zig:21   | Noticed a royal mummy
 87941 | Zig:21   | Noticed a royal mummy
 87941 | Zig:21   | Noticed a royal mummy
 87942 | Zig:21   | Killed a royal mummy
 87942 | Zig:21   | Killed a royal mummy
 87942 | Zig:21   | Killed a royal mummy
 87942 | Zig:21   | Killed a royal mummy
 87943 | Zig:21   | Noticed a royal mummy
 87944 | Zig:21   | Killed a royal mummy
 87944 | Zig:21   | Killed a royal mummy
 87944 | Zig:21   | Killed a royal mummy
 87944 | Zig:21   | Killed a royal mummy
 87944 | Zig:21   | Killed a royal mummy
 87944 | Zig:21   | Noticed a royal mummy
 87944 | Zig:21   | Noticed a royal mummy
 87945 | Zig:21   | Noticed a royal mummy
 87945 | Zig:21   | Noticed a royal mummy
 87945 | Zig:21   | Noticed a royal mummy
 87946 | Zig:21   | Noticed a royal mummy
 87946 | Zig:21   | Killed a royal mummy
 87946 | Zig:21   | Killed a royal mummy
 87947 | Zig:21   | Noticed a royal mummy
 87947 | Zig:21   | Noticed a royal mummy
 87948 | Zig:21   | Killed a royal mummy
 87948 | Zig:21   | Killed a royal mummy
 87948 | Zig:21   | Killed a royal mummy
 87948 | Zig:21   | Killed a royal mummy
 87948 | Zig:21   | Killed a royal mummy
 87948 | Zig:21   | Killed a royal mummy
 87948 | Zig:21   | Noticed a royal mummy
 87948 | Zig:21   | Noticed a royal mummy
 87949 | Zig:21   | Noticed a royal mummy
 87950 | Zig:21   | Killed a royal mummy
 87950 | Zig:21   | Killed a royal mummy
 87950 | Zig:21   | Noticed a royal mummy
 87951 | Zig:21   | Noticed a royal mummy
 87952 | Zig:21   | Killed a royal mummy
 87952 | Zig:21   | Killed a royal mummy
 87952 | Zig:21   | Killed a royal mummy
 87953 | Zig:21   | Noticed a royal mummy
 87954 | Zig:21   | Noticed a royal mummy
 87955 | Zig:21   | Noticed a royal mummy
 87955 | Zig:21   | Killed a royal mummy
 87956 | Zig:21   | Killed a royal mummy
 87956 | Zig:21   | Killed a royal mummy
 87956 | Zig:21   | Noticed a royal mummy
 87957 | Zig:21   | Noticed a royal mummy
 87957 | Zig:21   | Killed a royal mummy
 87958 | Zig:21   | Killed a royal mummy
 87958 | Zig:21   | Killed a royal mummy
 87958 | Zig:21   | Noticed a royal mummy
 87959 | Zig:21   | Noticed a royal mummy
 87960 | Zig:21   | Killed a royal mummy
 87961 | Zig:21   | Noticed a royal mummy
 87962 | Zig:21   | Killed a royal mummy
 87962 | Zig:21   | Noticed a royal mummy
 87964 | Zig:21   | Killed a royal mummy
 87966 | Zig:21   | Killed a royal mummy
 87966 | Zig:21   | Noticed a royal mummy
 87968 | Zig:21   | Killed a royal mummy
 87970 | Zig:21   | Killed a royal mummy
 88067 | Zig:21   | Identified the +5 flail of Xom's Approval {freeze, rPois
                  | rN+ Will+ SInv}
 88069 | Zig:21   | Identified the staff of conjuration "Hiefas" {rPois rC+
                  | Str-4 Stlth+}
 88070 | Zig:21   | Identified the staff of poison "Voune" {*Corrode rPois
                  | Int+6}
 88436 | Zig:22   | Entered Level 22 of a ziggurat
 88443 | Zig:22   | Noticed an orb of fire
 88443 | Zig:22   | Noticed an orb of fire
 88443 | Zig:22   | Noticed an orb of fire
 88443 | Zig:22   | Noticed an orb of fire
 88444 | Zig:22   | Noticed an orb of fire
 88445 | Zig:22   | Noticed an orb of fire
 88445 | Zig:22   | Noticed an orb of fire
 88445 | Zig:22   | Noticed an orb of fire
 88446 | Zig:22   | Noticed an orb of fire
 88446 | Zig:22   | Killed an orb of fire
 88446 | Zig:22   | Killed an orb of fire
 88446 | Zig:22   | Noticed an orb of fire
 88446 | Zig:22   | Noticed an orb of fire
 88447 | Zig:22   | Killed an orb of fire
 88447 | Zig:22   | Killed an orb of fire
 88447 | Zig:22   | Killed an orb of fire
 88447 | Zig:22   | Killed an orb of fire
 88447 | Zig:22   | Killed an orb of fire
 88447 | Zig:22   | Killed an orb of fire
 88447 | Zig:22   | Noticed an orb of fire
 88447 | Zig:22   | Noticed an orb of fire
 88447 | Zig:22   | Noticed an orb of fire
 88448 | Zig:22   | Killed an orb of fire
 88448 | Zig:22   | Killed an orb of fire
 88448 | Zig:22   | Noticed an orb of fire
 88448 | Zig:22   | Noticed an orb of fire
 88448 | Zig:22   | Noticed an orb of fire
 88448 | Zig:22   | Noticed an orb of fire
 88449 | Zig:22   | Noticed an orb of fire
 88449 | Zig:22   | Noticed an orb of fire
 88449 | Zig:22   | Noticed an orb of fire
 88450 | Zig:22   | Noticed an orb of fire
 88450 | Zig:22   | Noticed an orb of fire
 88450 | Zig:22   | Noticed an orb of fire
 88450 | Zig:22   | Noticed an orb of fire
 88450 | Zig:22   | Noticed an orb of fire
 88450 | Zig:22   | Noticed an orb of fire
 88451 | Zig:22   | Noticed an orb of fire
 88451 | Zig:22   | Killed an orb of fire
 88451 | Zig:22   | Noticed an orb of fire
 88451 | Zig:22   | Noticed an orb of fire
 88451 | Zig:22   | Noticed an orb of fire
 88452 | Zig:22   | Killed an orb of fire
 88452 | Zig:22   | Killed an orb of fire
 88452 | Zig:22   | Killed an orb of fire
 88452 | Zig:22   | Killed an orb of fire
 88452 | Zig:22   | Killed an orb of fire
 88452 | Zig:22   | Killed an orb of fire
 88452 | Zig:22   | Killed an orb of fire
 88452 | Zig:22   | Noticed an orb of fire
 88453 | Zig:22   | Killed an orb of fire
 88453 | Zig:22   | Killed an orb of fire
 88453 | Zig:22   | Killed an orb of fire
 88453 | Zig:22   | Killed an orb of fire
 88453 | Zig:22   | Killed an orb of fire
 88453 | Zig:22   | Noticed an orb of fire
 88454 | Zig:22   | Killed an orb of fire
 88454 | Zig:22   | Killed an orb of fire
 88454 | Zig:22   | Killed an orb of fire
 88454 | Zig:22   | Killed an orb of fire
 88454 | Zig:22   | Killed an orb of fire
 88454 | Zig:22   | Killed an orb of fire
 88454 | Zig:22   | Noticed an orb of fire
 88454 | Zig:22   | Noticed an orb of fire
 88454 | Zig:22   | Noticed an orb of fire
 88455 | Zig:22   | Noticed an orb of fire
 88455 | Zig:22   | Killed an orb of fire
 88455 | Zig:22   | Killed an orb of fire
 88456 | Zig:22   | Killed an orb of fire
 88456 | Zig:22   | Noticed an orb of fire
 88456 | Zig:22   | Noticed an orb of fire
 88457 | Zig:22   | Killed an orb of fire
 88457 | Zig:22   | Killed an orb of fire
 88457 | Zig:22   | Killed an orb of fire
 88457 | Zig:22   | Killed an orb of fire
 88457 | Zig:22   | Killed an orb of fire
 88458 | Zig:22   | Killed an orb of fire
 88458 | Zig:22   | Noticed an orb of fire
 88459 | Zig:22   | Noticed an orb of fire
 88459 | Zig:22   | Killed an orb of fire
 88460 | Zig:22   | Killed an orb of fire
 88462 | Zig:22   | Noticed an orb of fire
 88462 | Zig:22   | Killed an orb of fire
 88466 | Zig:22   | Killed an orb of fire
 88589 | Zig:22   | Found the +7 great mace "Firestarter" {flame, immolate,
                  | rFlCloud rF++}
 88596 | Zig:22   | Identified the +1 morningstar of Mulunn {flame, rC+}
 88616 | Zig:22   | Got the Catalogue of Assembled Charms
 88620 | Zig:22   | Identified the +3 scimitar of the Twisting Gods {freeze,
                  | Fragile +Blink rPois rF++}
 88622 | Zig:22   | Identified the +0 leather armour of the Evening {Dex+2}
 88638 | Zig:22   | Identified the ring "Bitiecued" {rPois rN+ rCorr}
 88647 | Zig:22   | Identified the +6 war axe "Reriur" {holy, Str-3 Int+2
                  | Dex+9}
 88653 | Zig:22   | Identified the staff of death "Uquas" {rPois rN+ Str+2}
 88668 | Zig:22   | Identified the +6 sling of Sezaxut {freeze, rF+ Int+3}
 88689 | Zig:22   | Identified the +8 whip of the Throat {venom, SInv}
 88693 | Zig:23   | Entered Level 23 of a ziggurat
 88715 | Zig:23   | Found the +3 robe of Clouds {*Thunder rCloud rElec}
 88760 | Zig:23   | Found the +7 Throatcutter {drain, coup de grace}
 88780 | Zig:23   | Identified the staff of cold "Yrythro" {rC+ MP-9 Int+3
                  | Dex+3}
 88791 | Zig:23   | Identified the +8 hand axe "Zylargh" {venom, rElec}
 88801 | Zig:23   | Identified the +0 plate armour of Hide-and-Seek {Rampage
                  | *Slow rF++ Regen+}
 88803 | Zig:23   | Identified the +1 robe "Irouseo" {Will+}
 89071 | Zig:23   | Identified the +0 scale mail of Kikubaaqudgha's Esteem
                  | {+Inv rElec Dex-3}
 89101 | Zig:23   | Got the Tome of the Roasted Icicle
 89118 | Zig:23   | Got the Grimoire of the Stony Charnel House
 89123 | Zig:23   | Identified the +3 giant spiked club of the Hurling Gods
                  | {flame, rElec Str+3}
 89146 | Zig:24   | Entered Level 24 of a ziggurat
 89175 | Zig:24   | Noticed Lifask the pandemonium lord
 89197 | Zig:24   | Killed Lifask the pandemonium lord
 89414 | Zig:24   | Identified the +1 spear of Zosso {protect, Fragile Str+2
                  | Int+2}
 89422 | Zig:24   | Identified the ring "Jipsymej" {rF+ rCorr Stlth+}
 89435 | Zig:24   | Identified the +5 plate armour of Dithmenos's Favour
                  | {Contam Harm rPois Slay-3}
 89438 | Zig:24   | Identified the +1 glaive of the Inviting Eel {distort, rN+
                  | Will+}
 89442 | Zig:24   | Identified the staff of cold "Ihuupn Xeuk" {rC+ Int+3
                  | Dex+2}
 89443 | Zig:24   | Identified the ring "Dietuuf" {Ice rN+}
 89445 | Zig:24   | Identified the ring of Nokecaegh {rCorr Int+6}
 89454 | Zig:25   | Entered Level 25 of a ziggurat
 89470 | Zig:25   | Noticed an ancient lich
 89470 | Zig:25   | Killed an ancient lich
 89476 | Zig:25   | Paralysed by accursed screaming for 1 turns
 89560 | Zig:25   | Found the +7 Spriggan's Knife {stab, EV+4 Stlth+}
 89571 | Zig:25   | Identified the +9 chain mail "Doahigg" {rElec Will++ MP-9
                  | Slay+2}
 89586 | Zig:25   | Identified the +10 falchion "Uvias" {freeze, *Slow +Blink
                  | Fly rElec}
 89604 | Zig:25   | Identified the staff of fire "Qaunef" {rPois rF+ MP+9}
 89927 | Zig:25   | Got A Thorough Guide to Hocus-Pocus
 89946 | Zig:25   | Got the Atlas of Reshaped Kindling
 89969 | Zig:26   | Entered Level 26 of a ziggurat
 90263 | Zig:26   | Identified the +2 leather armour "Equsyic" {rF+ rN+ Dex+2}
 90278 | Zig:26   | Got the Commentary on the Frore Pyre
 90289 | Zig:26   | Identified the +5 longbow "Byisamiw" {heavy, +Blink rC-
                  | Int+6 SInv}
 90295 | Zig:26   | Identified the -1 cloak of Hepliaklqana's Outrage {rElec
                  | rCorr}
 90324 | Zig:27   | Entered Level 27 of a ziggurat
 90340 | Zig:27   | Noticed an ancient lich
 90345 | Zig:27   | Killed an ancient lich
 90503 | Zig:27   | Found the +8 trishula "Condemnation" {holy, anguish, *Noise
                  | Fly rN+}
 90503 | Zig:27   | Found the +5 robe of Night {Dark Will+ SInv}
 90509 | Zig:27   | Found the +2 hood of the Assassin {Detect Stab+ Stlth++}
 90831 | Zig:27   | Identified the +1 leather armour "Ximo" {Str+5}
 90834 | Zig:27   | Identified the +1 great sword "Dupa" {elec, *Slow rF+ Int+4
                  | Dex+3}
 90839 | Zig:27   | Identified the staff of fire "Siruzekh" {Fly rF+}
 90863 | Zig:27   | Identified the +6 arbalest of the Depths {penet, SInv}
 90881 | Zig:27   | Identified the +9 dagger of Kalioh {spect, rF- rC+ rN++
                  | Will+}
 90887 | Zig:27   | Identified the staff of conjuration "Pustruwn" {Int+5}
 90896 | Zig:27   | Identified the staff of cold "Maetipno" {rElec rC+ Will++
                  | Int-2}
 90968 | Zig:1    | Entered Level 1 of a ziggurat
 91021 | Zig:2    | Entered Level 2 of a ziggurat
 91062 | Zig:3    | Entered Level 3 of a ziggurat
 91090 | Zig:3    | Identified the +1 robe of Bitterness {rElec rN+ Will+}
 91146 | Zig:4    | Entered Level 4 of a ziggurat
 91148 | Zig:4    | Noticed Jarriej the pandemonium lord
 91151 | Zig:4    | Killed Jarriej the pandemonium lord
 91189 | Zig:4    | Identified the +4 double sword of Dividends {elec, rElec
                  | rF- rC++}
 91205 | Zig:4    | Identified the staff of death "Hupimeuj" {rN+ MP+9}
 91240 | Zig:5    | Entered Level 5 of a ziggurat
 91242 | Zig:5    | Noticed a caustic shrike
 91243 | Zig:5    | Noticed a caustic shrike
 91243 | Zig:5    | Noticed a caustic shrike
 91246 | Zig:5    | Killed a caustic shrike
 91246 | Zig:5    | Killed a caustic shrike
 91246 | Zig:5    | Noticed a caustic shrike
 91247 | Zig:5    | Killed a caustic shrike
 91247 | Zig:5    | Killed a caustic shrike
 91284 | Zig:5    | Identified the +7 chain mail "Sasoasch" {+Inv Dex+4}
 91285 | Zig:5    | Identified the ring of Atieqi {rN+ Dex+6}
 91286 | Zig:5    | Identified the +5 scimitar of Indomitability {freeze, rPois
                  | rN+++ Dex-3 SInv}
 91338 | Zig:6    | Entered Level 6 of a ziggurat
 91451 | Zig:6    | Identified the ring "Xuoge" {Fly rCorr Str+4}
 91479 | Zig:6    | Got Sif Muna's Volume of the Wind and the Assassin
 91487 | Zig:7    | Entered Level 7 of a ziggurat
 91572 | Zig:7    | Identified the staff of conjuration "Jom Jegg" {Str+4 SInv}
 91714 | Zig:8    | Entered Level 8 of a ziggurat
 91725 | Zig:8    | Found the +8 whip "Snakebite" {venom, curare, rPois}
 91826 | Zig:8    | Identified the +6 dire flail of Paviof {heavy, rElec Str+6
                  | Dex-2}
 91931 | Zig:8    | Got the Vellum of Beyond
 91938 | Zig:9    | Entered Level 9 of a ziggurat
 92153 | Zig:9    | Identified the +4 giant club "Qyat" {flame, rN+}
 92163 | Zig:10   | Entered Level 10 of a ziggurat
 92331 | Zig:10   | Identified the +8 morningstar of the Pariah {flame, Drain
                  | rPois Dex+3}
 92337 | Zig:10   | Identified the +6 flail of Untruth {drain, rPois Int+2}
 92338 | Zig:10   | Identified the staff of death "Ipnuafe" {rN+ Int+2}
 92410 | Zig:11   | Entered Level 11 of a ziggurat
 92412 | Zig:11   | Noticed a royal mummy
 92413 | Zig:11   | Noticed a royal mummy
 92416 | Zig:11   | Noticed a royal mummy
 92416 | Zig:11   | Noticed a royal mummy
 92417 | Zig:11   | Noticed a royal mummy
 92417 | Zig:11   | Noticed a royal mummy
 92417 | Zig:11   | Noticed a royal mummy
 92417 | Zig:11   | Noticed a royal mummy
 92417 | Zig:11   | Noticed a royal mummy
 92418 | Zig:11   | Killed a royal mummy
 92418 | Zig:11   | Killed a royal mummy
 92419 | Zig:11   | Noticed a royal mummy
 92420 | Zig:11   | Noticed a royal mummy
 92420 | Zig:11   | Noticed a royal mummy
 92421 | Zig:11   | Killed a royal mummy
 92422 | Zig:11   | Killed a royal mummy
 92422 | Zig:11   | Killed a royal mummy
 92422 | Zig:11   | Killed a royal mummy
 92422 | Zig:11   | Killed a royal mummy
 92422 | Zig:11   | Killed a royal mummy
 92422 | Zig:11   | Killed a royal mummy
 92423 | Zig:11   | Noticed a royal mummy
 92423 | Zig:11   | Noticed a royal mummy
 92423 | Zig:11   | Noticed a royal mummy
 92423 | Zig:11   | Noticed a royal mummy
 92424 | Zig:11   | Noticed a royal mummy
 92424 | Zig:11   | Noticed a royal mummy
 92424 | Zig:11   | Killed a royal mummy
 92424 | Zig:11   | Killed a royal mummy
 92425 | Zig:11   | Killed a royal mummy
 92428 | Zig:11   | Killed a royal mummy
 92428 | Zig:11   | Killed a royal mummy
 92428 | Zig:11   | Killed a royal mummy
 92429 | Zig:11   | Killed a royal mummy
 92429 | Zig:11   | Killed a royal mummy
 92429 | Zig:11   | Killed a royal mummy
 92430 | Zig:11   | Noticed a royal mummy
 92431 | Zig:11   | Killed a royal mummy
 92529 | Zig:11   | Identified the ring of Ingum {Fly Will++ Str+4 Dex+3
                  | Stlth-}
 92532 | Zig:11   | Identified the staff of earth "Jimoul" {*Slow rElec rC+
                  | Int+3}
 92536 | Zig:11   | Identified the scarf of Suixaoj {+Inv, Fly rElec rPois
                  | Str-5}
 92756 | Zig:12   | Entered Level 12 of a ziggurat
 92772 | Zig:12   | Found the +8 arc blade {discharge, rElec}
 92775 | Zig:12   | Found the +8 lance "Wyrmbane" {slay drac, rPois rF+ rC+
                  | AC+3}
 92777 | Zig:12   | Found the +2 ratskin cloak {*Rats rPois rN+ Str-1 Int-1
                  | Dex+1}
 92965 | Zig:12   | Identified the ring "Jelaruhe" {rC- rN+++ EV+5 Str+4}
 92982 | Zig:12   | Identified the +8 flail of Wisdom {speed, Fly rF+}
 92985 | Zig:12   | Identified the ring "Hynkoem" {rCorr Str+4 Int-5 Slay+2}
 92986 | Zig:12   | Identified the +10 sling of Doom {heavy, *Slow rN+ Str+6}
 93060 | Zig:13   | Entered Level 13 of a ziggurat
 93062 | Zig:13   | Noticed a juggernaut
 93062 | Zig:13   | Noticed a juggernaut
 93062 | Zig:13   | Noticed a juggernaut
 93062 | Zig:13   | Noticed a juggernaut
 93063 | Zig:13   | Noticed a juggernaut
 93064 | Zig:13   | Noticed a juggernaut
 93064 | Zig:13   | Noticed a juggernaut
 93066 | Zig:13   | Killed a juggernaut
 93066 | Zig:13   | Killed a juggernaut
 93066 | Zig:13   | Killed a juggernaut
 93066 | Zig:13   | Killed a juggernaut
 93067 | Zig:13   | Killed a juggernaut
 93067 | Zig:13   | Killed a juggernaut
 93067 | Zig:13   | Killed a juggernaut
 93067 | Zig:13   | Noticed a juggernaut
 93069 | Zig:13   | Noticed a juggernaut
 93073 | Zig:13   | Killed a juggernaut
 93074 | Zig:13   | Killed a juggernaut
 93075 | Zig:13   | Noticed a juggernaut
 93078 | Zig:13   | Killed a juggernaut
 93138 | Zig:13   | Found the +7 captain's cutlass {speed, disarm}
 93145 | Zig:13   | Identified the +2 chain mail of the Gate {rF+ Regen+ Str+2
                  | Stlth+}
 93148 | Zig:13   | Identified the +0 chain mail of Lethargy {rElec Regen+
                  | Int-5}
 93152 | Zig:13   | Identified the +8 chain mail of Lugonu's Generosity
                  | {Regen+}
 93156 | Zig:13   | Identified the staff of death "Vaekakki" {rF+ rN+ Int+2
                  | Dex+2}
 93437 | Zig:14   | Entered Level 14 of a ziggurat
 93443 | Zig:14   | Noticed a juggernaut
 93443 | Zig:14   | Noticed a juggernaut
 93444 | Zig:14   | Noticed a juggernaut
 93446 | Zig:14   | Noticed a juggernaut
 93447 | Zig:14   | Noticed a juggernaut
 93448 | Zig:14   | Noticed a juggernaut
 93448 | Zig:14   | Killed a juggernaut
 93448 | Zig:14   | Killed a juggernaut
 93448 | Zig:14   | Killed a juggernaut
 93448 | Zig:14   | Noticed a juggernaut
 93449 | Zig:14   | Noticed a juggernaut
 93449 | Zig:14   | Noticed a juggernaut
 93449 | Zig:14   | Killed a juggernaut
 93451 | Zig:14   | Killed a juggernaut
 93451 | Zig:14   | Killed a juggernaut
 93451 | Zig:14   | Killed a juggernaut
 93451 | Zig:14   | Killed a juggernaut
 93452 | Zig:14   | Killed a juggernaut
 93521 | Zig:14   | Found the +16 obsidian axe {drain, demonic, Mesm Drain Fly
                  | SInv}
 93696 | Zig:14   | Identified the staff of air "Riluguuf" {*Slow rElec rF+
                  | Will++}
 93697 | Zig:14   | Identified the +3 hand axe of Jyshoese {chaos, Str-5 Int+7}
 93702 | Zig:14   | Identified the +7 halberd "Fuocla" {antimagic, rElec rF-
                  | Str+6}
 93748 | Zig:14   | Identified the +1 robe of the Comet {rN++ rCorr}
 93757 | Zig:14   | Identified the staff of earth "Aniasche" {rF+ rC+ Str+3}
 93766 | Zig:14   | Identified the +0 cloak of Okawaru, Stopping {+Blink Will+
                  | Str+2 Slay-5}
 93803 | Zig:14   | Got the Compilation of Igneous Displacement
 93822 | Zig:14   | Got Sif Muna's Vademecum on Pneumatic Bombardment
 93866 | Zig:15   | Entered Level 15 of a ziggurat
 94051 | Zig:15   | Identified the +4 scale mail of a Gauntlet {rN+ Dex+5 SInv}
 94060 | Zig:15   | Identified the staff of air "Tioh" {Drain rElec rN+ Dex+2
                  | Stlth+}
 94078 | Zig:15   | Identified the ring "Ampuew" {rF+ MP+9}
 94083 | Zig:15   | Identified the ring "Rehy" {Ice rElec Str+3 Dex+4}
 94089 | Zig:15   | Got the Compilation of Traumaturgy and the Tundra
 94121 | Zig:16   | Entered Level 16 of a ziggurat
 94129 | Zig:16   | Noticed an ancient lich
 94131 | Zig:16   | Killed an ancient lich
 94131 | Zig:16   | Noticed a dread lich
 94133 | Zig:16   | Noticed an ancient lich
 94134 | Zig:16   | Noticed a dread lich
 94134 | Zig:16   | Noticed a dread lich
 94136 | Zig:16   | Killed a dread lich
 94136 | Zig:16   | Killed a dread lich
 94137 | Zig:16   | Killed an ancient lich
 94137 | Zig:16   | Killed a dread lich
 94137 | Zig:16   | Noticed an ancient lich
 94138 | Zig:16   | Noticed a dread lich
 94138 | Zig:16   | Killed a dread lich
 94140 | Zig:16   | Noticed an ancient lich
 94141 | Zig:16   | Noticed an ancient lich
 94142 | Zig:16   | Killed an ancient lich
 94142 | Zig:16   | Killed an ancient lich
 94145 | Zig:16   | Killed an ancient lich
 94147 | Zig:16   | Noticed an ancient lich
 94147 | Zig:16   | Noticed an ancient lich
 94148 | Zig:16   | Killed an ancient lich
 94149 | Zig:16   | Killed an ancient lich
 94354 | Zig:16   | Identified the +1 mace of the Puffin {holy, rC- rN+ Will+}
 94361 | Zig:16   | Identified the +4 longbow "Osocoam" {speed, Drain Str+4
                  | Dex+3 Stlth+}
 94363 | Zig:16   | Identified the staff of earth "Ubbidd" {rCorr}
 94364 | Zig:16   | Identified the staff of fire "Atuanab" {rF+ rC+ MP+9}
 94365 | Zig:16   | Identified the +5 war axe "Wiareid" {drain, rElec MP+9
                  | Str+6 Int-5}
 94368 | Zig:16   | Identified the +7 falchion "Heegusuf" {freeze, Str+3}
 94417 | Zig:16   | Got the Omnibus of Shadowy Formation
 94419 | Zig:16   | Got Wulecufav's Parchment of Impulse
 94428 | Zig:16   | Got Gumnau's Folio of Energy
 94435 | Zig:17   | Entered Level 17 of a ziggurat
 94445 | Zig:17   | Noticed a shard shrike
 94446 | Zig:17   | Killed a shard shrike
 94451 | Zig:17   | Noticed a shard shrike
 94452 | Zig:17   | Killed a shard shrike
 94455 | Zig:17   | Noticed a shard shrike
 94455 | Zig:17   | Noticed a shard shrike
 94456 | Zig:17   | Killed a shard shrike
 94456 | Zig:17   | Killed a shard shrike
 94456 | Zig:17   | Noticed a shard shrike
 94457 | Zig:17   | Killed a shard shrike
 94462 | Zig:17   | Noticed a shard shrike
 94464 | Zig:17   | Killed a shard shrike
 94477 | Zig:17   | Noticed a shard shrike
 94480 | Zig:17   | Killed a shard shrike
 94543 | Zig:17   | Identified the ring of the Sharing Gods {Fly rF- Will++
                  | Slay+6}
 94550 | Zig:17   | Identified the +2 troll leather armour of Xihauxt {rPois
                  | Regen+ Dex+2}
 94590 | Zig:17   | Identified the ring "Achaavoa" {rPois rN+}
 94596 | Zig:17   | Identified the ring of the Countless Allies {rElec rF+
                  | Dex+2}
 94604 | Zig:17   | Identified the ring of Birdsong {Ice Drain rCorr Dex+4
                  | Stlth+}
 94815 | Zig:18   | Entered Level 18 of a ziggurat
 94845 | Zig:18   | Killed a starcursed mass
 94981 | Zig:18   | Found the dreamshard necklace {*Dream Drain}
 95105 | Zig:18   | Identified the ring "Wiynyofain" {Wiz Str+3}
 95107 | Zig:18   | Identified the staff of poison "Nustui" {rPois Will+ rCorr
                  | Dex-2}
 95114 | Zig:18   | Identified the +7 fire dragon scales of Bursted Happiness
                  | {Fly rF++ rC- Regen+ Str+4}
 95130 | Zig:18   | Identified the +6 falchion "Qaisuoq" {drain, *Rage Will+
                  | rCorr Dex+4}
 95135 | Zig:18   | Identified the +6 whip "Molarit" {venom, rC- Dex+6 Stlth+}
 95220 | Zig:19   | Entered Level 19 of a ziggurat
 95224 | Zig:19   | Noticed a caustic shrike
 95227 | Zig:19   | Noticed a caustic shrike
 95228 | Zig:19   | Noticed a caustic shrike
 95230 | Zig:19   | Noticed a caustic shrike
 95231 | Zig:19   | Killed a caustic shrike
 95231 | Zig:19   | Noticed a caustic shrike
 95233 | Zig:19   | Killed a caustic shrike
 95233 | Zig:19   | Killed a caustic shrike
 95233 | Zig:19   | Killed a caustic shrike
 95234 | Zig:19   | Killed a caustic shrike
 95235 | Zig:19   | Noticed a caustic shrike
 95238 | Zig:19   | Noticed a caustic shrike
 95238 | Zig:19   | Noticed a caustic shrike
 95239 | Zig:19   | Noticed a caustic shrike
 95240 | Zig:19   | Noticed a caustic shrike
 95241 | Zig:19   | Noticed a caustic shrike
 95242 | Zig:19   | Killed a caustic shrike
 95242 | Zig:19   | Killed a caustic shrike
 95242 | Zig:19   | Killed a caustic shrike
 95243 | Zig:19   | Killed a caustic shrike
 95243 | Zig:19   | Killed a caustic shrike
 95243 | Zig:19   | Killed a caustic shrike
 95244 | Zig:19   | Noticed a caustic shrike
 95245 | Zig:19   | Noticed a caustic shrike
 95245 | Zig:19   | Noticed a caustic shrike
 95246 | Zig:19   | Killed a caustic shrike
 95247 | Zig:19   | Killed a caustic shrike
 95247 | Zig:19   | Noticed a caustic shrike
 95248 | Zig:19   | Killed a caustic shrike
 95251 | Zig:19   | Killed a caustic shrike
 95256 | Zig:19   | Noticed a caustic shrike
 95257 | Zig:19   | Killed a caustic shrike
 95516 | Zig:19   | Identified the +7 trident of Arycuo {elec, rElec}
 95522 | Zig:19   | Got the Papyrus of Transmutation
 95541 | Zig:19   | Got the Compendium of Felsic Changing
 95551 | Zig:19   | Identified the ring "Elitz" {Ice *Slow rElec rPois Int+4}
 95559 | Zig:19   | Identified the +1 dagger of the Endless Blessings {freeze,
                  | Fragile rPois Str+5 Dex+3}
 95560 | Zig:19   | Identified the +1 robe of Pan-Flutes {rN+ Regen+ Str-4}
 95563 | Zig:19   | Got the Papyrus of Fire and the Black Widow
 95564 | Zig:19   | Identified the staff of earth "Wowet" {rF+ Will- Int+5}
 95566 | Zig:19   | Identified the +10 bardiche of Wealth {freeze, rPois rF+}
 95575 | Zig:20   | Entered Level 20 of a ziggurat
 95608 | Zig:20   | Found the +8 frozen axe "Frostbite" {freeze, freezing
                  | cloud, *Noise Fly rC+}
 95876 | Zig:20   | Identified the +6 chain mail of Fedhas's Regard {*Slow
                  | rElec rPois Will-}
 95881 | Zig:20   | Identified the +1 scale mail of Nageifid {*Slow rN+++
                  | Int+6}
 95896 | Zig:20   | Identified the staff of cold "Sithrali" {rC+ Str+2}
 95921 | Zig:20   | Identified the +5 ring mail of Eternal Vigilance {Contam
                  | rC++ rCorr Str+2}
 95923 | Zig:20   | Identified the +8 dagger of Semp {elec, rElec Dex+3}
 96045 | Zig:20   | Got the Anthology of Minerals
 96058 | Zig:20   | Got the Folio of Anemomancy
 96085 | Zig:21   | Entered Level 21 of a ziggurat
 96089 | Zig:21   | Noticed a juggernaut
 96091 | Zig:21   | Noticed a juggernaut
 96091 | Zig:21   | Noticed a juggernaut
 96092 | Zig:21   | Noticed a juggernaut
 96092 | Zig:21   | Noticed a juggernaut
 96093 | Zig:21   | Killed a juggernaut
 96093 | Zig:21   | Noticed a juggernaut
 96094 | Zig:21   | Killed a juggernaut
 96094 | Zig:21   | Noticed a juggernaut
 96095 | Zig:21   | Noticed a juggernaut
 96095 | Zig:21   | Noticed a juggernaut
 96096 | Zig:21   | Noticed a juggernaut
 96096 | Zig:21   | Noticed a juggernaut
 96097 | Zig:21   | Noticed a juggernaut
 96097 | Zig:21   | Killed a juggernaut
 96098 | Zig:21   | Killed a juggernaut
 96099 | Zig:21   | Noticed a juggernaut
 96099 | Zig:21   | Noticed a juggernaut
 96099 | Zig:21   | Noticed a juggernaut
 96101 | Zig:21   | Killed a juggernaut
 96101 | Zig:21   | Killed a juggernaut
 96101 | Zig:21   | Killed a juggernaut
 96101 | Zig:21   | Killed a juggernaut
 96101 | Zig:21   | Killed a juggernaut
 96101 | Zig:21   | Killed a juggernaut
 96103 | Zig:21   | Killed a juggernaut
 96103 | Zig:21   | Killed a juggernaut
 96103 | Zig:21   | Killed a juggernaut
 96104 | Zig:21   | Noticed a juggernaut
 96105 | Zig:21   | Noticed a juggernaut
 96106 | Zig:21   | Noticed a juggernaut
 96106 | Zig:21   | Killed a juggernaut
 96106 | Zig:21   | Killed a juggernaut
 96106 | Zig:21   | Killed a juggernaut
 96108 | Zig:21   | Killed a juggernaut
 96108 | Zig:21   | Killed a juggernaut
 96110 | Zig:21   | Noticed a juggernaut
 96113 | Zig:21   | Killed a juggernaut
 96249 | Zig:21   | Identified the staff of air "Usooqet" {rElec rPois Will-
                  | Int+3 Dex+5}
 96255 | Zig:21   | Identified the staff of cold "Zaimn" {Contam rPois rC+
                  | rCorr Int-3}
 96256 | Zig:21   | Identified the +8 long sword "Emaweapo" {freeze, Int+7
                  | Stlth-}
 96259 | Zig:21   | Identified the staff of conjuration "Maereum" {Int+2}
 96265 | Zig:21   | Identified the +11 longbow "Gistra Jaum" {elec, Will++
                  | rCorr Dex-3 Stlth+}
 96266 | Zig:21   | Identified the staff of poison "Quvvouce" {rPois Int+5
                  | Dex+3}
 96275 | Zig:21   | Identified the staff of cold "Seijae" {rF- rC+ MP+9 Int+2}
 96638 | Zig:21   | Got the Atlas of Arctic Bombardment
 96649 | Zig:22   | Entered Level 22 of a ziggurat
 96930 | Zig:22   | Identified the ring "Etuolu" {rPois rN++ Will+ Int-3}
 96933 | Zig:22   | Identified the +8 war axe "Leipt" {antimagic, +Blink rF-
                  | rN+ Will++}
 96940 | Zig:22   | Got Zojokem's Almanac of the Fey Nimbus
 96963 | Zig:22   | Got Sif Muna's Advanced Guide to Mysticism
 96964 | Zig:22   | Identified the +8 quarterstaff of Nepaghif {freeze, rPois
                  | rC+}
 96968 | Zig:22   | Identified the staff of cold "Sifroddi" {Fly rC+ rN++}
 96980 | Zig:22   | Identified the staff of fire "Jeimow" {rF+ Str+9 Int-4}
 96988 | Zig:22   | Identified the staff of death "Vojayfea" {rElec rN+ Will+}
 97001 | Zig:22   | Identified the staff of fire "Ogokha Muju" {Fly rF+ Str+2}
 97025 | Zig:23   | Entered Level 23 of a ziggurat
 97036 | Zig:23   | Noticed BoringLoser's ghost (veteran TeAE)
 97037 | Zig:23   | Noticed Marixus's ghost (legendary DDFi)
 97037 | Zig:23   | Noticed Fueng's ghost (legendary HOFi)
 97038 | Zig:23   | Noticed Fugi's ghost (legendary FoFi)
 97039 | Zig:23   | Noticed Giojuova's ghost (legendary GnBe)
 97040 | Zig:23   | Noticed Zoplarin's ghost (legendary BaSk)
 97040 | Zig:23   | Noticed SevenDeadlySins's ghost (legendary DrCj)
 97040 | Zig:23   | Noticed Rueful's ghost (legendary TrWr)
 97041 | Zig:23   | Killed BoringLoser's ghost
 97042 | Zig:23   | Noticed Viocziel's ghost (adept TrMo)
 97042 | Zig:23   | Noticed Vuopse's ghost (legendary GnIE)
 97042 | Zig:23   | Noticed runemage's ghost (legendary GnFi)
 97043 | Zig:23   | Noticed TuffENuff's ghost (legendary FoFi)
 97043 | Zig:23   | Killed Giojuova's ghost
 97043 | Zig:23   | Killed Zoplarin's ghost
 97043 | Zig:23   | Killed Fueng's ghost
 97044 | Zig:23   | Noticed Dittersdorf's ghost (legendary MiBe)
 97044 | Zig:23   | Killed Marixus's ghost
 97045 | Zig:23   | Killed Fugi's ghost
 97045 | Zig:23   | Killed SevenDeadlySins's ghost
 97045 | Zig:23   | Killed Rueful's ghost
 97046 | Zig:23   | Noticed Dittersdorf's ghost (legendary MiBe)
 97046 | Zig:23   | Killed runemage's ghost
 97046 | Zig:23   | Killed Dittersdorf's ghost
 97046 | Zig:23   | Killed Viocziel's ghost
 97047 | Zig:23   | Killed TuffENuff's ghost
 97048 | Zig:23   | Noticed Xaowkis's ghost (legendary GnWr)
 97048 | Zig:23   | Noticed a curse toe
 97048 | Zig:23   | Noticed thechecker02's ghost (legendary DDFi)
 97048 | Zig:23   | Noticed Becvyf's ghost (legendary GnFi)
 97049 | Zig:23   | Killed Vuopse's ghost
 97049 | Zig:23   | Killed a curse toe
 97049 | Zig:23   | Killed thechecker02's ghost
 97050 | Zig:23   | Noticed Xatwola's ghost (legendary DDFi)
 97050 | Zig:23   | Killed Xaowkis's ghost
 97051 | Zig:23   | Killed Dittersdorf's ghost
 97051 | Zig:23   | Noticed Unuchuin's ghost (legendary GnFi)
 97051 | Zig:23   | Noticed Haitsiopt's ghost (legendary DsGl)
 97052 | Zig:23   | Killed Becvyf's ghost
 97052 | Zig:23   | Noticed a curse toe
 97052 | Zig:23   | Noticed ragingrage's ghost (legendary OpFE)
 97053 | Zig:23   | Killed a curse toe
 97054 | Zig:23   | Killed Unuchuin's ghost
 97054 | Zig:23   | Killed Xatwola's ghost
 97054 | Zig:23   | Noticed Fueng's ghost (legendary HOFi)
 97054 | Zig:23   | Noticed a curse toe
 97055 | Zig:23   | Killed ragingrage's ghost
 97055 | Zig:23   | Killed a curse toe
 97055 | Zig:23   | Noticed Jargh's ghost (legendary FoFi)
 97056 | Zig:23   | Killed Fueng's ghost
 97056 | Zig:23   | Noticed Ecsetopt's ghost (legendary BaWn)
 97056 | Zig:23   | Noticed Kalug's ghost (legendary DrFi)
 97056 | Zig:23   | Noticed Qupubruts's ghost (master HOFi)
 97056 | Zig:23   | Noticed deprived's ghost (legendary HOFi)
 97057 | Zig:23   | Killed Haitsiopt's ghost
 97059 | Zig:23   | Noticed a curse toe
 97059 | Zig:23   | Noticed Fenir's ghost (legendary GnAE)
 97059 | Zig:23   | Noticed grandjackal's ghost (legendary DsGl)
 97059 | Zig:23   | Noticed EricTams's ghost (veteran MiBe)
 97059 | Zig:23   | Noticed Xutext's ghost (adept DsAK)
 97060 | Zig:23   | Noticed Ycuhohed's ghost (veteran TeBe)
 97060 | Zig:23   | Noticed Ebassic's ghost (veteran GrFi)
 97060 | Zig:23   | Noticed astronautguy's ghost (master DEFE)
 97061 | Zig:23   | Killed Kalug's ghost
 97061 | Zig:23   | Killed Qupubruts's ghost
 97061 | Zig:23   | Noticed Pikuto's ghost (adept MiBe)
 97061 | Zig:23   | Noticed Dittersdorf's ghost (legendary MiBe)
 97061 | Zig:23   | Noticed BerryKnight's ghost (legendary DgFi)
 97062 | Zig:23   | Noticed EricTams's ghost (veteran MiBe)
 97063 | Zig:23   | Killed grandjackal's ghost
 97063 | Zig:23   | Killed Ecsetopt's ghost
 97063 | Zig:23   | Killed Jargh's ghost
 97063 | Zig:23   | Killed Xutext's ghost
 97064 | Zig:23   | Killed deprived's ghost
 97064 | Zig:23   | Killed EricTams's ghost
 97064 | Zig:23   | Killed astronautguy's ghost
 97064 | Zig:23   | Killed Ycuhohed's ghost
 97064 | Zig:23   | Noticed BerryKnight's ghost (legendary DgFi)
 97064 | Zig:23   | Noticed Haitsiopt's ghost (legendary DsGl)
 97064 | Zig:23   | Noticed Fenir's ghost (legendary GnAE)
 97065 | Zig:23   | Killed Ebassic's ghost
 97065 | Zig:23   | Noticed Dameikh's ghost (veteran FoFi)
 97066 | Zig:23   | Noticed Talannal's ghost (legendary GnHW)
 97066 | Zig:23   | Noticed lmSkywalker's ghost (adept DrTm)
 97067 | Zig:23   | Noticed Ekeiwkem's ghost (legendary DsFi)
 97067 | Zig:23   | Noticed Xuqyot's ghost (legendary DsFi)
 97067 | Zig:23   | Noticed Vuopse's ghost (legendary GnIE)
 97067 | Zig:23   | Noticed Polaczum's ghost (adept TrMo)
 97067 | Zig:23   | Noticed sleeves's ghost (legendary HuSk)
 97068 | Zig:23   | Killed BerryKnight's ghost
 97068 | Zig:23   | Killed EricTams's ghost
 97068 | Zig:23   | Killed Pikuto's ghost
 97068 | Zig:23   | Killed Dittersdorf's ghost
 97068 | Zig:23   | Killed Fenir's ghost
 97068 | Zig:23   | Noticed Fusentrap's ghost (legendary MiBe)
 97069 | Zig:23   | Noticed Pohawk's ghost (adept MiGl)
 97069 | Zig:23   | Killed BerryKnight's ghost
 97069 | Zig:23   | Killed Dameikh's ghost
 97069 | Zig:23   | Killed Talannal's ghost
 97069 | Zig:23   | Killed Polaczum's ghost
 97070 | Zig:23   | Noticed Diezoyro's ghost (legendary DDNe)
 97070 | Zig:23   | Noticed grandjackal's ghost (legendary DsGl)
 97070 | Zig:23   | Noticed Janeylunn's ghost (veteran GnWn)
 97070 | Zig:23   | Noticed a curse toe
 97070 | Zig:23   | Noticed Uhosoup's ghost (veteran GrFi)
 97070 | Zig:23   | Noticed Heartburn's ghost (veteran MiFi)
 97070 | Zig:23   | Noticed Anafel's ghost (legendary GrFi)
 97070 | Zig:23   | Noticed Ecsetopt's ghost (legendary BaWn)
 97071 | Zig:23   | Noticed blexxed's ghost (legendary DsFi)
 97071 | Zig:23   | Noticed Hillam's ghost (legendary DsTm)
 97071 | Zig:23   | Noticed Dameikh's ghost (veteran FoFi)
 97072 | Zig:23   | Killed Vuopse's ghost
 97072 | Zig:23   | Killed lmSkywalker's ghost
 97072 | Zig:23   | Killed Ekeiwkem's ghost
 97072 | Zig:23   | Killed Haitsiopt's ghost
 97073 | Zig:23   | Noticed yaoilover's ghost (veteran MiBe)
 97073 | Zig:23   | Killed Diezoyro's ghost
 97073 | Zig:23   | Killed Fusentrap's ghost
 97073 | Zig:23   | Killed Uhosoup's ghost
 97073 | Zig:23   | Killed Heartburn's ghost
 97073 | Zig:23   | Killed Pohawk's ghost
 97073 | Zig:23   | Killed Janeylunn's ghost
 97073 | Zig:23   | Killed blexxed's ghost
 97073 | Zig:23   | Killed a curse toe
 97074 | Zig:23   | Noticed Xiwu's ghost (legendary MiFi)
 97074 | Zig:23   | Noticed BoringLoser's ghost (veteran TeAE)
 97075 | Zig:23   | Noticed a curse toe
 97075 | Zig:23   | Noticed Boduf's ghost (legendary FoHu)
 97076 | Zig:23   | Noticed Hewasun's ghost (legendary MiBe)
 97077 | Zig:23   | Killed grandjackal's ghost
 97077 | Zig:23   | Killed Xuqyot's ghost
 97080 | Zig:23   | Killed yaoilover's ghost
 97080 | Zig:23   | Killed a curse toe
 97080 | Zig:23   | Killed Anafel's ghost
 97083 | Zig:23   | Killed Xiwu's ghost
 97083 | Zig:23   | Killed sleeves's ghost
 97083 | Zig:23   | Killed Dameikh's ghost
 97083 | Zig:23   | Killed Hillam's ghost
 97089 | Zig:23   | Killed Boduf's ghost
 97089 | Zig:23   | Killed BoringLoser's ghost
 97089 | Zig:23   | Killed Ecsetopt's ghost
 97090 | Zig:23   | Noticed Anafel's ghost (legendary GrFi)
 97091 | Zig:23   | Killed Hewasun's ghost
 97093 | Zig:23   | Noticed a curse toe
 97095 | Zig:23   | Killed Anafel's ghost
 97095 | Zig:23   | Killed a curse toe
 97103 | Zig:23   | Found the +10 zealot's sword {holy, Zealotry, *Rage rN+
                  | EV+3}
 97287 | Zig:23   | Found the +6 arbalest "Damnation" {damnation}
 97358 | Zig:23   | Identified the ring "Imaefowu" {rF+ rN+ rCorr Int-3 Dex+6}
 97363 | Zig:23   | Identified the ring of Doubts {Will+ EV+5 Str+2 Int-5}
 97372 | Zig:23   | Got the Book of Combustion
 97384 | Zig:23   | Identified the staff of death "Enoifir" {rN+ Str+3}
 97394 | Zig:23   | Identified the staff of earth "Otiydd" {rPois Int+2 Dex+2}
 97400 | Zig:23   | Identified the staff of fire "Calinor" {rPois rF+}
 97420 | Zig:24   | Entered Level 24 of a ziggurat
 97426 | Zig:24   | Noticed Zeekk the pandemonium lord
 97429 | Zig:24   | Noticed Diups the pandemonium lord
 97431 | Zig:24   | Noticed Bair the pandemonium lord
 97432 | Zig:24   | Noticed Icorch the pandemonium lord
 97432 | Zig:24   | Noticed Anysunk the pandemonium lord
 97433 | Zig:24   | Noticed a Killer Klown
 97433 | Zig:24   | Noticed Taremn the pandemonium lord
 97434 | Zig:24   | Noticed Ekezoi the pandemonium lord
 97434 | Zig:24   | Noticed Huiwon the pandemonium lord
 97434 | Zig:24   | Noticed a Killer Klown
 97434 | Zig:24   | Noticed Negrutil the pandemonium lord
 97434 | Zig:24   | Noticed Gauss the pandemonium lord
 97435 | Zig:24   | Killed Anysunk the pandemonium lord
 97435 | Zig:24   | Killed Bair the pandemonium lord
 97435 | Zig:24   | Killed a Killer Klown
 97435 | Zig:24   | Noticed a Killer Klown
 97435 | Zig:24   | Noticed Zomulahu the pandemonium lord
 97435 | Zig:24   | Noticed Hosaext the pandemonium lord
 97436 | Zig:24   | Noticed Oskaafe the pandemonium lord
 97436 | Zig:24   | Noticed Fuxies the pandemonium lord
 97436 | Zig:24   | Noticed Jeraf Xoy the pandemonium lord
 97436 | Zig:24   | Noticed Buag the pandemonium lord
 97436 | Zig:24   | Noticed a Killer Klown
 97438 | Zig:24   | Killed Icorch the pandemonium lord
 97439 | Zig:24   | Killed Diups the pandemonium lord
 97439 | Zig:24   | Killed a Killer Klown
 97439 | Zig:24   | Killed a Killer Klown
 97439 | Zig:24   | Killed Huiwon the pandemonium lord
 97439 | Zig:24   | Noticed Afoiwan the pandemonium lord
 97440 | Zig:24   | Killed Jeraf Xoy the pandemonium lord
 97440 | Zig:24   | Killed Fuxies the pandemonium lord
 97441 | Zig:24   | Killed Ekezoi the pandemonium lord
 97441 | Zig:24   | Killed Oskaafe the pandemonium lord
 97441 | Zig:24   | Killed Gauss the pandemonium lord
 97441 | Zig:24   | Noticed Ydaecomi the pandemonium lord
 97442 | Zig:24   | Noticed a Killer Klown
 97443 | Zig:24   | Noticed a Killer Klown
 97443 | Zig:24   | Noticed Anasae the pandemonium lord
 97443 | Zig:24   | Noticed a Killer Klown
 97443 | Zig:24   | Noticed Fatyer the pandemonium lord
 97444 | Zig:24   | Killed Afoiwan the pandemonium lord
 97444 | Zig:24   | Killed a Killer Klown
 97444 | Zig:24   | Killed a Killer Klown
 97444 | Zig:24   | Killed a Killer Klown
 97444 | Zig:24   | Noticed Owkuzu the pandemonium lord
 97445 | Zig:24   | Killed Fatyer the pandemonium lord
 97445 | Zig:24   | Killed Anasae the pandemonium lord
 97445 | Zig:24   | Killed Negrutil the pandemonium lord
 97445 | Zig:24   | Killed Ydaecomi the pandemonium lord
 97445 | Zig:24   | Killed Zomulahu the pandemonium lord
 97445 | Zig:24   | Noticed a Killer Klown
 97445 | Zig:24   | Noticed Riugyrgh the pandemonium lord
 97446 | Zig:24   | Noticed Wuatratz the pandemonium lord
 97446 | Zig:24   | Killed a Killer Klown
 97446 | Zig:24   | Noticed a Killer Klown
 97446 | Zig:24   | Noticed a Killer Klown
 97447 | Zig:24   | Killed Taremn the pandemonium lord
 97447 | Zig:24   | Noticed a Killer Klown
 97448 | Zig:24   | Noticed Ecoppe the pandemonium lord
 97449 | Zig:24   | Noticed Susav the pandemonium lord
 97449 | Zig:24   | Noticed Seocraw the pandemonium lord
 97449 | Zig:24   | Killed Buag the pandemonium lord
 97449 | Zig:24   | Killed a Killer Klown
 97449 | Zig:24   | Killed a Killer Klown
 97449 | Zig:24   | Killed Riugyrgh the pandemonium lord
 97449 | Zig:24   | Killed Wuatratz the pandemonium lord
 97449 | Zig:24   | Noticed a Killer Klown
 97449 | Zig:24   | Noticed a Killer Klown
 97449 | Zig:24   | Noticed Aluj the pandemonium lord
 97450 | Zig:24   | Noticed Guquh the pandemonium lord
 97450 | Zig:24   | Killed Zeekk the pandemonium lord
 97450 | Zig:24   | Noticed Kuasyv the pandemonium lord
 97451 | Zig:24   | Noticed Quatytig the pandemonium lord
 97451 | Zig:24   | Noticed Nausyedi the pandemonium lord
 97451 | Zig:24   | Noticed Ojuaghil the pandemonium lord
 97451 | Zig:24   | Noticed Wisuacw Soex the pandemonium lord
 97451 | Zig:24   | Noticed Serrim the pandemonium lord
 97451 | Zig:24   | Noticed Giubea Bolown the pandemonium lord
 97451 | Zig:24   | Noticed a Killer Klown
 97451 | Zig:24   | Noticed Sowkid the pandemonium lord
 97451 | Zig:24   | Noticed Teishun the pandemonium lord
 97452 | Zig:24   | Killed Giubea Bolown the pandemonium lord
 97452 | Zig:24   | Noticed Ceiwudin the pandemonium lord
 97452 | Zig:24   | Noticed Vesmumeh the pandemonium lord
 97453 | Zig:24   | Killed a Killer Klown
 97453 | Zig:24   | Killed Quatytig the pandemonium lord
 97453 | Zig:24   | Killed Teishun the pandemonium lord
 97453 | Zig:24   | Killed Kuasyv the pandemonium lord
 97453 | Zig:24   | Killed a Killer Klown
 97453 | Zig:24   | Killed Serrim the pandemonium lord
 97453 | Zig:24   | Noticed Inner the pandemonium lord
 97453 | Zig:24   | Noticed Meffec the pandemonium lord
 97453 | Zig:24   | Noticed Voicit the pandemonium lord
 97453 | Zig:24   | Noticed Homemoqe the pandemonium lord
 97454 | Zig:24   | Killed Ojuaghil the pandemonium lord
 97454 | Zig:24   | Killed Hosaext the pandemonium lord
 97454 | Zig:24   | Killed Owkuzu the pandemonium lord
 97455 | Zig:24   | Noticed a Killer Klown
 97455 | Zig:24   | Killed Guquh the pandemonium lord
 97455 | Zig:24   | Noticed Ygitz the pandemonium lord
 97455 | Zig:24   | Noticed Joun the pandemonium lord
 97456 | Zig:24   | Noticed Puytoatu the pandemonium lord
 97456 | Zig:24   | Killed Wisuacw Soex the pandemonium lord
 97456 | Zig:24   | Killed Vesmumeh the pandemonium lord
 97456 | Zig:24   | Killed Homemoqe the pandemonium lord
 97456 | Zig:24   | Killed Voicit the pandemonium lord
 97456 | Zig:24   | Noticed a Killer Klown
 97456 | Zig:24   | Noticed Huwat the pandemonium lord
 97456 | Zig:24   | Noticed Jaqaf the pandemonium lord
 97457 | Zig:24   | Noticed Apryept the pandemonium lord
 97458 | Zig:24   | Killed Ceiwudin the pandemonium lord
 97458 | Zig:24   | Killed a Killer Klown
 97458 | Zig:24   | Noticed a Killer Klown
 97458 | Zig:24   | Noticed Potzeokk the pandemonium lord
 97458 | Zig:24   | Noticed Azaameteff the pandemonium lord
 97459 | Zig:24   | Noticed Joab the pandemonium lord
 97459 | Zig:24   | Noticed a Killer Klown
 97459 | Zig:24   | Noticed a Killer Klown
 97459 | Zig:24   | Noticed Sifoh the pandemonium lord
 97459 | Zig:24   | Noticed Iputimirph the pandemonium lord
 97459 | Zig:24   | Noticed Bapn the pandemonium lord
 97459 | Zig:24   | Noticed a Killer Klown
 97459 | Zig:24   | Noticed Kogrit the pandemonium lord
 97459 | Zig:24   | Noticed a Killer Klown
 97459 | Zig:24   | Noticed Boarr the pandemonium lord
 97459 | Zig:24   | Noticed Boptiwneic the pandemonium lord
 97459 | Zig:24   | Noticed a Killer Klown
 97459 | Zig:24   | Noticed Qytom the pandemonium lord
 97459 | Zig:24   | Noticed Udomoimp the pandemonium lord
 97459 | Zig:24   | Noticed a Killer Klown
 97459 | Zig:24   | Noticed a Killer Klown
 97459 | Zig:24   | Noticed Gibask the pandemonium lord
 97459 | Zig:24   | Noticed Suod the pandemonium lord
 97459 | Zig:24   | Noticed Hiehim the pandemonium lord
 97459 | Zig:24   | Noticed a Killer Klown
 97459 | Zig:24   | Noticed a Killer Klown
 97459 | Zig:24   | Noticed Lunudoi the pandemonium lord
 97459 | Zig:24   | Noticed Wyerefaur the pandemonium lord
 97459 | Zig:24   | Noticed Ecvuh the pandemonium lord
 97460 | Zig:24   | Noticed Etzichok the pandemonium lord
 97460 | Zig:24   | Noticed Citism the pandemonium lord
 97463 | Zig:25   | Entered Level 25 of a ziggurat
 97471 | Zig:25   | Noticed an ancient lich
 97475 | Zig:25   | Killed an ancient lich
 97476 | Zig:25   | Noticed an ancient lich
 97477 | Zig:25   | Noticed an ancient lich
 97478 | Zig:25   | Killed an ancient lich
 97478 | Zig:25   | Noticed an ancient lich
 97479 | Zig:25   | Noticed an ancient lich
 97479 | Zig:25   | Noticed an ancient lich
 97480 | Zig:25   | Killed an ancient lich
 97480 | Zig:25   | Killed an ancient lich
 97480 | Zig:25   | Killed an ancient lich
 97482 | Zig:25   | Killed an ancient lich
 97484 | Zig:25   | Noticed an ancient lich
 97485 | Zig:25   | Killed an ancient lich
 97486 | Zig:25   | Noticed an ancient lich
 97487 | Zig:25   | Killed an ancient lich
 97488 | Zig:25   | Noticed an ancient lich
 97489 | Zig:25   | Killed an ancient lich
 97490 | Zig:25   | Noticed an ancient lich
 97490 | Zig:25   | Noticed an ancient lich
 97495 | Zig:25   | Noticed an ancient lich
 97496 | Zig:25   | Killed an ancient lich
 97496 | Zig:25   | Killed an ancient lich
 97497 | Zig:25   | Noticed an ancient lich
 97497 | Zig:25   | Noticed an ancient lich
 97497 | Zig:25   | Noticed an ancient lich
 97498 | Zig:25   | Killed an ancient lich
 97498 | Zig:25   | Killed an ancient lich
 97498 | Zig:25   | Killed an ancient lich
 97498 | Zig:25   | Killed an ancient lich
 97499 | Zig:25   | Noticed an ancient lich
 97499 | Zig:25   | Noticed an ancient lich
 97502 | Zig:25   | Killed an ancient lich
 97506 | Zig:25   | Killed an ancient lich
 97511 | Zig:25   | Found the +13 scythe of Curses {drain, curses, Drain}
 97615 | Zig:25   | Found the ring of the Octopus King
 97623 | Zig:25   | Identified the staff of fire "Weyl" {rElec rF+ rN+ rCorr
                  | Str-5}
 97624 | Zig:25   | Identified the +1 scale mail "Niotta" {-Cast rElec rN+
                  | Stlth+}
 97632 | Zig:25   | Identified the +6 rapier "Xasenn" {vamp, Dex+3}
 97646 | Zig:25   | Identified the +0 leather armour of Sonowek {Str+2}
 97652 | Zig:25   | Identified the staff of death "Boeso" {Fly rN+}
 97654 | Zig:25   | Identified the +4 mace of the Disbelieving Gods {antimagic,
                  | Str+5 Dex-4 Stlth+}
 97655 | Zig:25   | Identified a ring of the Octopus King {rC+ HP+2 AC+2 EV+2
                  | SH+2}
 97657 | Zig:25   | Identified the +1 great sword "Xihitiocvu" {venom, rElec
                  | rN+}
 97663 | Zig:25   | Identified the +9 scimitar of Rirywkint {antimagic, rF+
                  | Int+5 SInv}
 98010 | Zig:25   | Got Woplel's Lectures on Abominable Secrets and Flame
 98045 | Zig:26   | Entered Level 26 of a ziggurat
 98065 | Zig:26   | Noticed an ancient lich
 98066 | Zig:26   | Killed an ancient lich
 98066 | Zig:26   | Noticed a dread lich
 98067 | Zig:26   | Noticed an ancient lich
 98067 | Zig:26   | Noticed an ancient lich
 98068 | Zig:26   | Killed an ancient lich
 98068 | Zig:26   | Killed an ancient lich
 98069 | Zig:26   | Killed a dread lich
 98069 | Zig:26   | Noticed an ancient lich
 98071 | Zig:26   | Killed an ancient lich
 98073 | Zig:26   | Noticed a dread lich
 98073 | Zig:26   | Noticed a dread lich
 98073 | Zig:26   | Noticed a dread lich
 98074 | Zig:26   | Noticed a dread lich
 98074 | Zig:26   | Killed a dread lich
 98074 | Zig:26   | Killed a dread lich
 98076 | Zig:26   | Noticed an ancient lich
 98077 | Zig:26   | Killed a dread lich
 98077 | Zig:26   | Killed an ancient lich
 98077 | Zig:26   | Killed a dread lich
 98079 | Zig:26   | Noticed a dread lich
 98079 | Zig:26   | Noticed a dread lich
 98080 | Zig:26   | Killed a dread lich
 98080 | Zig:26   | Noticed a dread lich
 98081 | Zig:26   | Noticed an ancient lich
 98081 | Zig:26   | Noticed a dread lich
 98082 | Zig:26   | Noticed a dread lich
 98082 | Zig:26   | Noticed a dread lich
 98082 | Zig:26   | Noticed a dread lich
 98082 | Zig:26   | Noticed a dread lich
 98082 | Zig:26   | Noticed an ancient lich
 98083 | Zig:26   | Noticed a dread lich
 98083 | Zig:26   | Noticed an ancient lich
 98083 | Zig:26   | Noticed an ancient lich
 98083 | Zig:26   | Noticed a dread lich
 98085 | Zig:26   | Killed a dread lich
 98085 | Zig:26   | Killed a dread lich
 98085 | Zig:26   | Killed a dread lich
 98085 | Zig:26   | Killed an ancient lich
 98085 | Zig:26   | Killed a dread lich
 98085 | Zig:26   | Noticed a dread lich
 98085 | Zig:26   | Noticed an ancient lich
 98085 | Zig:26   | Noticed an ancient lich
 98085 | Zig:26   | Noticed a dread lich
 98086 | Zig:26   | Killed a dread lich
 98086 | Zig:26   | Killed a dread lich
 98086 | Zig:26   | Killed a dread lich
 98086 | Zig:26   | Killed a dread lich
 98086 | Zig:26   | Killed an ancient lich
 98086 | Zig:26   | Killed an ancient lich
 98086 | Zig:26   | Killed an ancient lich
 98086 | Zig:26   | Killed an ancient lich
 98086 | Zig:26   | Killed a dread lich
 98086 | Zig:26   | Killed a dread lich
 98086 | Zig:26   | Noticed a dread lich
 98086 | Zig:26   | Noticed a dread lich
 98086 | Zig:26   | Noticed an ancient lich
 98087 | Zig:26   | Noticed an ancient lich
 98087 | Zig:26   | Noticed a dread lich
 98087 | Zig:26   | Noticed a dread lich
 98088 | Zig:26   | Noticed an ancient lich
 98088 | Zig:26   | Noticed an ancient lich
 98090 | Zig:26   | Killed an ancient lich
 98090 | Zig:26   | Killed an ancient lich
 98090 | Zig:26   | Killed a dread lich
 98090 | Zig:26   | Killed an ancient lich
 98090 | Zig:26   | Killed a dread lich
 98090 | Zig:26   | Killed an ancient lich
 98091 | Zig:26   | Killed a dread lich
 98091 | Zig:26   | Killed a dread lich
 98091 | Zig:26   | Killed an ancient lich
 98091 | Zig:26   | Killed a dread lich
 98352 | Zig:26   | Found the +11 Singing Sword {sonic wave}
 98368 | Zig:26   | Identified the ring "Luyckur" {rF+ rN+}
 98376 | Zig:26   | Identified the +9 long sword "Ditic" {flame, rN++}
 98381 | Zig:26   | Identified the +2 pair of gloves of the Eleven Beds {rCorr
                  | Str+5}
 98452 | Zig:26   | Identified the ring "Torureir" {Fly rPois rN+ Dex-2}
 98454 | Zig:26   | Identified the +1 sling of Reinforcement {flame, Str+5
                  | SInv}
 98459 | Zig:26   | Got the Directory of Abominable Acts
 98477 | Zig:26   | Identified the +7 battleaxe of Ycyliq {vamp, Fly rPois
                  | Int-3}
 98525 | Zig:26   | Identified the +5 shortbow "Napraut" {freeze, rF+}
 98531 | Zig:26   | Got the Guidebook on Evil
 98537 | Zig:26   | Identified the +0 war axe of Dishonour {drain, *Noise rF+
                  | Int+7 Stlth-}
 98547 | Zig:27   | Entered Level 27 of a ziggurat
 98954 | Zig:27   | Found the +12 pair of quick blades "Gyre" and "Gimble"
                  | {protect}
 98956 | Zig:27   | Found the +8 demon blade "Leech" {evervamp, Harm Drain rN+}
 98971 | Zig:27   | Identified the +6 war axe "Lafetubi" {holy, rF++ Stlth+}
 98983 | Zig:27   | Identified the ring of Intercession {rPois rF+++ Will+
                  | Str-5 Dex-3}
 98992 | Zig:27   | Identified the +3 sling "Jenluig" {elec, rC+ Str+3}
 99008 | Zig:27   | Identified the +4 hand axe of Xuteoj {protect, +Blink Will-
                  | Dex+3}
 99016 | Zig:27   | Identified the +9 great sword "Ibuk Aka" {pain, rElec rF+}
 99018 | Zig:27   | Identified the +2 leather armour "Puqor" {Contam rC+
                  | Will+++}
 99027 | Zig:27   | Got the Cyclopedia of Deathly Terra Firma
 99031 | Zig:27   | Got the Essays on Kindling and Summoning
 99032 | Zig:27   | Identified the staff of death "Noez" {rN+ Int+2}
 99034 | Zig:27   | Got the Elucidation of Distorted Ectoplasm
 99098 | Zig:1    | Entered Level 1 of a ziggurat
 99136 | Zig:2    | Entered Level 2 of a ziggurat
 99240 | Zig:3    | Entered Level 3 of a ziggurat
 99240 | Zig:3    | Noticed a dread lich
 99241 | Zig:3    | Noticed a dread lich
 99241 | Zig:3    | Noticed an ancient lich
 99242 | Zig:3    | Killed a dread lich
 99242 | Zig:3    | Killed an ancient lich
 99244 | Zig:3    | Killed a dread lich
 99282 | Zig:3    | Identified the +8 mace of Ososuapea {speed, rPois}
 99318 | Zig:4    | Entered Level 4 of a ziggurat
 99381 | Zig:4    | Identified the +1 robe of Spite {Harm rF++ rC- rCorr}
 99404 | Zig:4    | Got Gekuc Vauvor's Catalogue of Evolved Orientation
 99415 | Zig:5    | Entered Level 5 of a ziggurat
 99466 | Zig:5    | Identified the +4 spear of the Conjuring Blowfly {heavy,
                  | rCorr Str+5 Dex-3}
 99467 | Zig:5    | Identified the staff of air "Qitiloda" {rElec rF- Dex+5}
 99470 | Zig:5    | Identified the +5 great sword of the Tent {heavy, Str+3}
 99565 | Zig:6    | Entered Level 6 of a ziggurat
 99714 | Zig:6    | Identified the staff of poison "Kuwnoej" {Drain rPois Int+8
                  | Dex+3}
 99721 | Zig:6    | Identified the +4 flail of Action {heavy, rF+ rCorr Dex+3
                  | Stlth+}
 99739 | Zig:6    | Identified the +11 spear "Well" {venom, Str+5}
 99773 | Zig:7    | Entered Level 7 of a ziggurat
 99775 | Zig:7    | Noticed an ancient lich
 99775 | Zig:7    | Noticed an ancient lich
 99776 | Zig:7    | Noticed a dread lich
 99776 | Zig:7    | Noticed a dread lich
 99777 | Zig:7    | Noticed a dread lich
 99777 | Zig:7    | Noticed a dread lich
 99778 | Zig:7    | Noticed a dread lich
 99778 | Zig:7    | Killed an ancient lich
 99778 | Zig:7    | Killed a dread lich
 99778 | Zig:7    | Killed a dread lich
 99778 | Zig:7    | Killed a dread lich
 99779 | Zig:7    | Killed a dread lich
 99779 | Zig:7    | Killed an ancient lich
 99779 | Zig:7    | Killed a dread lich
 99779 | Zig:7    | Noticed an ancient lich
 99780 | Zig:7    | Noticed a dread lich
 99780 | Zig:7    | Killed an ancient lich
 99780 | Zig:7    | Killed a dread lich
 99780 | Zig:7    | Noticed an ancient lich
 99783 | Zig:7    | Found the +3 Elemental Staff {rElec rF+ rC+ AC+3}
 99784 | Zig:7    | Killed an ancient lich
 99828 | Zig:7    | Identified the staff of cold "Xunta" {rC+ rN+ MP+9 Str-3
                  | SInv}
 99832 | Zig:7    | Identified the +2 trident of Midghoub {drain, +Blink Str-2
                  | Int+3}
 99833 | Zig:7    | Identified the +2 great mace of the Feather {antimagic,
                  | rPois Str-4 Int+5}
 99849 | Zig:8    | Entered Level 8 of a ziggurat
 99861 | Zig:8    | Noticed Xeiqiner the pandemonium lord
 99868 | Zig:8    | Killed Xeiqiner the pandemonium lord
 99964 | Zig:8    | Identified the +1 robe "Tistuyx" {rElec rN+ Will+ Int+3}
 99967 | Zig:8    | Identified the staff of conjuration "Jeocami" {Str+6 Int-4
                  | SInv}
100023 | Zig:8    | Got Sif Muna's Quarto of the Unified Figure
100055 | Zig:9    | Entered Level 9 of a ziggurat
100058 | Zig:9    | Noticed a dread lich
100059 | Zig:9    | Noticed a dread lich
100059 | Zig:9    | Noticed an ancient lich
100059 | Zig:9    | Noticed a dread lich
100059 | Zig:9    | Noticed a dread lich
100060 | Zig:9    | Killed a dread lich
100060 | Zig:9    | Killed a dread lich
100060 | Zig:9    | Killed a dread lich
100060 | Zig:9    | Killed an ancient lich
100061 | Zig:9    | Killed a dread lich
100061 | Zig:9    | Noticed a dread lich
100063 | Zig:9    | Noticed an ancient lich
100063 | Zig:9    | Noticed a dread lich
100065 | Zig:9    | Killed an ancient lich
100065 | Zig:9    | Killed a dread lich
100065 | Zig:9    | Killed a dread lich
100094 | Zig:9    | Identified the +5 morningstar of the Shouting Gods {heavy,
                  | Int+4 Dex-3}
100102 | Zig:9    | Identified the +4 flail "Oxoor" {freeze, Int+4}
100114 | Zig:9    | Identified the +9 morningstar of the Elven Halls {heavy,
                  | +Blink rElec Will-}
100245 | Zig:10   | Entered Level 10 of a ziggurat
100249 | Zig:10   | Noticed a curse toe
100252 | Zig:10   | Noticed an ancient lich
100252 | Zig:10   | Killed an ancient lich
100254 | Zig:10   | Killed a curse toe
100258 | Zig:10   | Noticed a curse toe
100259 | Zig:10   | Killed a curse toe
100262 | Zig:10   | Found the +7 great mace "Undeadhunter" {deathbane, rN+}
100355 | Zig:10   | Identified the +1 robe "Voext" {-Cast rPois rCorr Dex-2}
100361 | Zig:10   | Identified the staff of earth "Ediab" {rPois Will+ Dex+3}
100367 | Zig:10   | Identified the +4 scale mail of Kinywuru {Slay+5}
100368 | Zig:10   | Identified the +1 plate armour of a sewer {rElec rCorr}
100370 | Zig:10   | Identified the +7 sling of Triumph {heavy, Dex+3}
100373 | Zig:10   | Identified the +0 ring mail of Hedging {Str+4}
100397 | Zig:10   | Got the Parchment of Contaminated Arcane Combat
100399 | Zig:10   | Got Bophaus's Elucidation of Clouds
100401 | Zig:10   | Got the Catalogue of the Body
100416 | Zig:11   | Entered Level 11 of a ziggurat
100443 | Zig:11   | Found the +8 trident of the Octopus King {venom, rElec
                  | rPois}
100486 | Zig:11   | Identified the +1 halberd "Nibewnixt" {flame, rC++ Str+3
                  | Dex+3}
100488 | Zig:11   | Identified the +9 short sword of the Onslaught {heavy,
                  | Will+}
100623 | Zig:11   | Identified the +10 dagger "Kages" {venom, rN+ Str+4}
100644 | Zig:11   | Got the Parchment of Enchantment
100674 | Zig:12   | Entered Level 12 of a ziggurat
100819 | Zig:12   | Identified the +5 hand axe "Murmur" {elec, Str+4 Stlth-}
100821 | Zig:12   | Identified the +2 crystal plate armour of the Shining Light
                  | {rC+ Stlth+}
100823 | Zig:12   | Identified the +8 spear of Fedhas, Dancing {elec, rN+}
100826 | Zig:12   | Identified the +1 plate armour of Ocoem {rElec}
100827 | Zig:12   | Identified the +7 great sword of Liemyor {venom, Will++
                  | Int-5 Dex+3}
100834 | Zig:12   | Identified the +1 short sword of Laumyun {holy, Int+4 Dex+5
                  | Stlth+}
100848 | Zig:12   | Identified the +5 plate armour "Xigotiw" {Harm rPois rN++
                  | Int-3}
100888 | Zig:12   | Got the Thoughts on Unholy Locality
100901 | Zig:12   | Got the Meditations on Hyperborean Wounds
100915 | Zig:12   | Got the Omnibus of Calling and the Tempest
100925 | Zig:13   | Entered Level 13 of a ziggurat
101049 | Zig:13   | Identified the +2 leather armour of the Wasteland {rPois
                  | rCorr Dex+3}
101062 | Zig:13   | Identified the +7 ring mail of the Wild Haggis {rC++ Will-
                  | rCorr}
101289 | Zig:13   | Identified the ring of Poojokka {Str+2 Dex+6}
101340 | Zig:14   | Entered Level 14 of a ziggurat
101589 | Zig:14   | Identified the staff of air "Laedun" {rElec rCorr}
101621 | Zig:14   | Identified the +0 double sword "Weyth" {vamp, Drain rPois
                  | rCorr Int+6 Dex+2}
101690 | Zig:14   | Got the Encyclopedia of the Tropics and Trauma
101718 | Zig:15   | Entered Level 15 of a ziggurat
101782 | Zig:15   | Found the +6 shillelagh "Devastator" {shatter}
101988 | Zig:15   | Identified the staff of earth "Ceder" {rN+}
101989 | Zig:15   | Identified the staff of cold "Tangewn" {Contam rC+ rN+
                  | Str+3 Dex+3}
102004 | Zig:15   | Identified the +1 plate armour of Baoxyme {rPois}
102005 | Zig:15   | Identified the ring of Kef Roq {rC+ rCorr}
102009 | Zig:15   | Identified the +2 spear "Ultimatum" {pain, Drain rF+ Int+2}
102010 | Zig:15   | Identified the ring of Wirokk {Str+3 Slay+4}
102013 | Zig:15   | Identified the staff of poison "Xefi" {rPois rF- rN+ rCorr
                  | Int+2}
102014 | Zig:15   | Identified the +0 robe of Resonance {rElec Str+2 Slay+2}
102018 | Zig:15   | Identified the ring "Yxuamor" {Fly rF+ Str+3}
102031 | Zig:15   | Identified the +0 tower shield "Vaacah" {*Slow Str+7
                  | Slay+2}
102032 | Zig:15   | Identified the ring of Puowaiss {rCorr Int+3}
102044 | Zig:16   | Entered Level 16 of a ziggurat
102053 | Zig:16   | Noticed BoringLoser's ghost (veteran TeAE)
102053 | Zig:16   | Noticed heteroy's ghost (legendary DsHu)
102053 | Zig:16   | Noticed a curse toe
102053 | Zig:16   | Noticed Ikusitist's ghost (legendary NaFE)
102053 | Zig:16   | Noticed Unuchuin's ghost (legendary GnFi)
102053 | Zig:16   | Noticed Manman's ghost (legendary HOGl)
102053 | Zig:16   | Noticed Teaz Xo Upt's ghost (legendary GnFE)
102054 | Zig:16   | Noticed reasonance's ghost (legendary HOMo)
102055 | Zig:16   | Noticed thechecker02's ghost (master DDFi)
102055 | Zig:16   | Noticed runemage's ghost (legendary GnFi)
102057 | Zig:16   | Killed a curse toe
102057 | Zig:16   | Killed Teaz Xo Upt's ghost
102058 | Zig:16   | Killed Unuchuin's ghost
102058 | Zig:16   | Noticed Qeilemp's ghost (legendary HOFi)
102058 | Zig:16   | Noticed ragingrage's ghost (legendary OpFE)
102058 | Zig:16   | Noticed Polaczum's ghost (adept TrMo)
102059 | Zig:16   | Killed BoringLoser's ghost
102059 | Zig:16   | Killed thechecker02's ghost
102059 | Zig:16   | Killed reasonance's ghost
102059 | Zig:16   | Killed Ikusitist's ghost
102059 | Zig:16   | Noticed Xaowkis's ghost (legendary GnWr)
102060 | Zig:16   | Killed heteroy's ghost
102061 | Zig:16   | Killed runemage's ghost
102061 | Zig:16   | Killed ragingrage's ghost
102061 | Zig:16   | Killed Polaczum's ghost
102061 | Zig:16   | Noticed astronautguy's ghost (legendary FoEE)
102062 | Zig:16   | Noticed Hillam's ghost (legendary DsTm)
102064 | Zig:16   | Killed Qeilemp's ghost
102064 | Zig:16   | Killed Xaowkis's ghost
102064 | Zig:16   | Noticed Xaowkis's ghost (legendary GnWr)
102065 | Zig:16   | Noticed Rirumasy's ghost (legendary OpWn)
102066 | Zig:16   | Killed Hillam's ghost
102066 | Zig:16   | Killed Xaowkis's ghost
102066 | Zig:16   | Noticed astronautguy's ghost (legendary FoEE)
102066 | Zig:16   | Noticed lukano's ghost (legendary GrFi)
102066 | Zig:16   | Noticed Viugiw's ghost (legendary TeBe)
102066 | Zig:16   | Noticed runemage's ghost (legendary GnFi)
102067 | Zig:16   | Killed astronautguy's ghost
102070 | Zig:16   | Killed runemage's ghost
102071 | Zig:16   | Killed Rirumasy's ghost
102071 | Zig:16   | Killed astronautguy's ghost
102071 | Zig:16   | Noticed Dittersdorf's ghost (legendary MiBe)
102071 | Zig:16   | Noticed Piginabag's ghost (legendary DsSk)
102071 | Zig:16   | Noticed yaoilover's ghost (veteran MiBe)
102071 | Zig:16   | Noticed Teaz Xo Upt's ghost (legendary GnFE)
102073 | Zig:16   | Killed lukano's ghost
102074 | Zig:16   | Killed Viugiw's ghost
102074 | Zig:16   | Killed yaoilover's ghost
102074 | Zig:16   | Noticed sleeves's ghost (legendary HuSk)
102075 | Zig:16   | Noticed astronautguy's ghost (legendary FoEE)
102075 | Zig:16   | Noticed Viocziel's ghost (adept TrMo)
102075 | Zig:16   | Noticed TuffENuff's ghost (legendary FoFi)
102076 | Zig:16   | Killed Teaz Xo Upt's ghost
102077 | Zig:16   | Killed Dittersdorf's ghost
102077 | Zig:16   | Killed Piginabag's ghost
102077 | Zig:16   | Killed sleeves's ghost
102077 | Zig:16   | Noticed Rocah's ghost (veteran GrFi)
102077 | Zig:16   | Noticed Dameikh's ghost (veteran FoFi)
102078 | Zig:16   | Killed Viocziel's ghost
102078 | Zig:16   | Noticed Kalug's ghost (legendary DrFi)
102079 | Zig:16   | Killed astronautguy's ghost
102079 | Zig:16   | Killed TuffENuff's ghost
102079 | Zig:16   | Noticed a curse toe
102081 | Zig:16   | Noticed Amikeex's ghost (adept TrMo)
102082 | Zig:16   | Killed Dameikh's ghost
102083 | Zig:16   | Killed Kalug's ghost
102084 | Zig:16   | Killed a curse toe
102084 | Zig:16   | Killed Rocah's ghost
102084 | Zig:16   | Noticed Xuqyot's ghost (legendary DsFi)
102085 | Zig:16   | Noticed Motirgh's ghost (legendary DgHW)
102087 | Zig:16   | Killed Amikeex's ghost
102087 | Zig:16   | Noticed Xiwu's ghost (legendary MiFi)
102096 | Zig:16   | Killed Motirgh's ghost
102096 | Zig:16   | Noticed a curse toe
102098 | Zig:16   | Killed Xuqyot's ghost
102098 | Zig:16   | Killed a curse toe
102099 | Zig:16   | Killed Xiwu's ghost
102103 | Zig:16   | Noticed Ecsetopt's ghost (legendary BaWn)
102105 | Zig:16   | Killed Manman's ghost
102112 | Zig:16   | Noticed a curse toe
102119 | Zig:16   | Killed Ecsetopt's ghost
102131 | Zig:16   | Killed a curse toe
102331 | Zig:16   | Identified the +13 plate armour of Soant {Stlth+}
102337 | Zig:16   | Identified the staff of death "Xaxuacoi" {rPois rN+ MP-9
                  | Str+3 Dex+3}
102343 | Zig:16   | Identified the +0 pair of boots of an ossuary {rF+ Str+3
                  | Int+4}
102357 | Zig:17   | Entered Level 17 of a ziggurat
102361 | Zig:17   | Noticed a royal mummy
102363 | Zig:17   | Noticed a royal mummy
102363 | Zig:17   | Noticed a royal mummy
102363 | Zig:17   | Noticed a royal mummy
102363 | Zig:17   | Noticed a royal mummy
102363 | Zig:17   | Noticed a royal mummy
102364 | Zig:17   | Noticed a royal mummy
102364 | Zig:17   | Noticed a royal mummy
102364 | Zig:17   | Noticed a royal mummy
102364 | Zig:17   | Noticed a royal mummy
102364 | Zig:17   | Noticed a royal mummy
102366 | Zig:17   | Killed a royal mummy
102366 | Zig:17   | Killed a royal mummy
102367 | Zig:17   | Killed a royal mummy
102367 | Zig:17   | Noticed a royal mummy
102368 | Zig:17   | Noticed a royal mummy
102369 | Zig:17   | Killed a royal mummy
102369 | Zig:17   | Killed a royal mummy
102369 | Zig:17   | Killed a royal mummy
102369 | Zig:17   | Killed a royal mummy
102369 | Zig:17   | Killed a royal mummy
102369 | Zig:17   | Killed a royal mummy
102369 | Zig:17   | Killed a royal mummy
102369 | Zig:17   | Noticed a royal mummy
102369 | Zig:17   | Noticed a royal mummy
102369 | Zig:17   | Noticed a royal mummy
102370 | Zig:17   | Killed a royal mummy
102370 | Zig:17   | Killed a royal mummy
102370 | Zig:17   | Killed a royal mummy
102370 | Zig:17   | Noticed a royal mummy
102370 | Zig:17   | Noticed a royal mummy
102370 | Zig:17   | Noticed a royal mummy
102371 | Zig:17   | Killed a royal mummy
102371 | Zig:17   | Killed a royal mummy
102371 | Zig:17   | Killed a royal mummy
102371 | Zig:17   | Noticed a royal mummy
102371 | Zig:17   | Noticed a royal mummy
102371 | Zig:17   | Noticed a royal mummy
102372 | Zig:17   | Noticed a royal mummy
102372 | Zig:17   | Noticed a royal mummy
102372 | Zig:17   | Noticed a royal mummy
102373 | Zig:17   | Killed a royal mummy
102373 | Zig:17   | Killed a royal mummy
102373 | Zig:17   | Killed a royal mummy
102373 | Zig:17   | Killed a royal mummy
102373 | Zig:17   | Noticed a royal mummy
102374 | Zig:17   | Killed a royal mummy
102374 | Zig:17   | Killed a royal mummy
102374 | Zig:17   | Killed a royal mummy
102374 | Zig:17   | Killed a royal mummy
102374 | Zig:17   | Killed a royal mummy
102374 | Zig:17   | Killed a royal mummy
102374 | Zig:17   | Noticed a royal mummy
102376 | Zig:17   | Noticed a royal mummy
102377 | Zig:17   | Noticed a royal mummy
102379 | Zig:17   | Killed a royal mummy
102379 | Zig:17   | Killed a royal mummy
102379 | Zig:17   | Killed a royal mummy
102380 | Zig:17   | Noticed a royal mummy
102383 | Zig:17   | Noticed an ancient lich
102383 | Zig:17   | Noticed a royal mummy
102383 | Zig:17   | Noticed a royal mummy
102384 | Zig:17   | Killed a royal mummy
102384 | Zig:17   | Killed an ancient lich
102384 | Zig:17   | Noticed a royal mummy
102384 | Zig:17   | Noticed a royal mummy
102387 | Zig:17   | Killed a royal mummy
102387 | Zig:17   | Killed a royal mummy
102387 | Zig:17   | Killed a royal mummy
102387 | Zig:17   | Noticed a royal mummy
102390 | Zig:17   | Killed a royal mummy
102391 | Zig:17   | Found the +5 Force Lance {heavy, knockback}
102394 | Zig:17   | Killed a royal mummy
102495 | Zig:17   | Identified the staff of cold "Nalylur" {Contam rElec rC+
                  | Will+ Str+3}
102503 | Zig:17   | Identified the staff of death "Casath" {rN+ Will+ Int+5}
102509 | Zig:17   | Identified the +1 pair of boots of Welaodow {Int-2 Dex+8}
102513 | Zig:17   | Identified the +6 scimitar of Rotor {flame, rF- Will++}
102515 | Zig:17   | Identified the amulet of Dopac {Reflect Will+ rCorr SH+5
                  | SInv}
102823 | Zig:17   | Got the Grimoire of Imprecation and Topomancy
102863 | Zig:18   | Entered Level 18 of a ziggurat
102863 | Zig:18   | Noticed a juggernaut
102863 | Zig:18   | Noticed a juggernaut
102865 | Zig:18   | Noticed a juggernaut
102865 | Zig:18   | Noticed a juggernaut
102865 | Zig:18   | Noticed a juggernaut
102867 | Zig:18   | Killed a juggernaut
102868 | Zig:18   | Killed a juggernaut
102868 | Zig:18   | Killed a juggernaut
102868 | Zig:18   | Killed a juggernaut
102868 | Zig:18   | Noticed a juggernaut
102869 | Zig:18   | Noticed a juggernaut
102870 | Zig:18   | Noticed a juggernaut
102870 | Zig:18   | Noticed a juggernaut
102872 | Zig:18   | Killed a juggernaut
102872 | Zig:18   | Killed a juggernaut
102873 | Zig:18   | Noticed a juggernaut
102875 | Zig:18   | Killed a juggernaut
102875 | Zig:18   | Killed a juggernaut
102875 | Zig:18   | Noticed a juggernaut
102878 | Zig:18   | Noticed a juggernaut
102879 | Zig:18   | Killed a juggernaut
102879 | Zig:18   | Killed a juggernaut
102879 | Zig:18   | Noticed a juggernaut
102882 | Zig:18   | Killed a juggernaut
102882 | Zig:18   | Killed a juggernaut
102882 | Zig:18   | Noticed a juggernaut
102885 | Zig:18   | Killed a juggernaut
102886 | Zig:18   | Killed a juggernaut
103184 | Zig:18   | Identified the +6 falchion of Resumed Hostilities {protect,
                  | *Noise rPois Will++}
103188 | Zig:18   | Identified the +12 broad axe of the Grave {venom, Contam
                  | rN++ Str+4 Dex+2}
103196 | Zig:18   | Identified the amulet "Geeckon" {Spirit rC- rCorr Dex+2}
103263 | Zig:18   | Identified the +7 dagger "Duofui" {freeze, Stlth+}
103320 | Zig:18   | Identified the +8 falchion of the Dungeon {flame, rElec
                  | rPois rN+ Str+3}
103407 | Zig:18   | Identified the +3 leather armour "Rugucudur" {Harm rPois
                  | rC+++ Stlth-}
103415 | Zig:18   | Identified the +9 great sword of Seass {venom, *Corrode rF+
                  | Str+4}
103492 | Zig:18   | Identified the +1 morningstar "Ydey" {protect, rCorr Str+4
                  | Int+3}
103553 | Zig:18   | Got Opaupt's Directory of Felsic Fumes
103604 | Zig:18   | Identified the staff of poison "Vusmoamu" {rElec rPois
                  | Int+3 Dex+3}
103609 | Zig:18   | Identified the staff of earth "Virylexe" {+Blink Str-4
                  | Int+5 Stlth+}
103610 | Zig:18   | Identified the ring of the Harvest {Fly rN+ rCorr Int+7}
103611 | Zig:18   | Identified the +0 bardiche "Rikliokk" {freeze, MP-9 Str+3
                  | Stlth+}
103623 | Zig:19   | Entered Level 19 of a ziggurat
103635 | Zig:19   | Noticed Ciosk the pandemonium lord
103635 | Zig:19   | Noticed Kem Kiur the pandemonium lord
103635 | Zig:19   | Noticed Ujeoq the pandemonium lord
103635 | Zig:19   | Noticed a Killer Klown
103635 | Zig:19   | Noticed a Killer Klown
103635 | Zig:19   | Noticed Kuezxafigy the pandemonium lord
103635 | Zig:19   | Noticed Bimuink the pandemonium lord
103635 | Zig:19   | Noticed Ytudweow the pandemonium lord
103636 | Zig:19   | Noticed a Killer Klown
103642 | Zig:19   | Killed Ytudweow the pandemonium lord
103642 | Zig:19   | Killed Ciosk the pandemonium lord
103642 | Zig:19   | Killed Kem Kiur the pandemonium lord
103643 | Zig:19   | Noticed Igiron the pandemonium lord
103643 | Zig:19   | Noticed Nooss the pandemonium lord
103644 | Zig:19   | Killed a Killer Klown
103644 | Zig:19   | Noticed a Killer Klown
103645 | Zig:19   | Killed Ujeoq the pandemonium lord
103645 | Zig:19   | Noticed Wismaph the pandemonium lord
103646 | Zig:19   | Killed a Killer Klown
103646 | Zig:19   | Killed a Killer Klown
103646 | Zig:19   | Noticed Ulexzu the pandemonium lord
103646 | Zig:19   | Noticed Neter the pandemonium lord
103647 | Zig:19   | Killed Nooss the pandemonium lord
103647 | Zig:19   | Noticed a Killer Klown
103648 | Zig:19   | Killed Ulexzu the pandemonium lord
103648 | Zig:19   | Killed Igiron the pandemonium lord
103648 | Zig:19   | Noticed Okir the pandemonium lord
103649 | Zig:19   | Killed Wismaph the pandemonium lord
103649 | Zig:19   | Killed a Killer Klown
103650 | Zig:19   | Noticed Faasi the pandemonium lord
103650 | Zig:19   | Noticed Alomeunyv the pandemonium lord
103650 | Zig:19   | Noticed Pisyzuuh the pandemonium lord
103650 | Zig:19   | Noticed a Killer Klown
103650 | Zig:19   | Noticed Hylef the pandemonium lord
103650 | Zig:19   | Killed Neter the pandemonium lord
103651 | Zig:19   | Killed Faasi the pandemonium lord
103651 | Zig:19   | Killed Pisyzuuh the pandemonium lord
103652 | Zig:19   | Noticed Jatabue the pandemonium lord
103652 | Zig:19   | Noticed Peafuky the pandemonium lord
103652 | Zig:19   | Killed a Killer Klown
103652 | Zig:19   | Killed Okir the pandemonium lord
103652 | Zig:19   | Killed Kuezxafigy the pandemonium lord
103652 | Zig:19   | Noticed a Killer Klown
103652 | Zig:19   | Noticed a Killer Klown
103653 | Zig:19   | Killed Alomeunyv the pandemonium lord
103653 | Zig:19   | Killed a Killer Klown
103653 | Zig:19   | Killed a Killer Klown
103654 | Zig:19   | Killed Hylef the pandemonium lord
103654 | Zig:19   | Noticed Uteppof the pandemonium lord
103654 | Zig:19   | Noticed Oreicov the pandemonium lord
103654 | Zig:19   | Noticed Qoufecko the pandemonium lord
103655 | Zig:19   | Noticed Heelaski the pandemonium lord
103655 | Zig:19   | Noticed Nyheb the pandemonium lord
103655 | Zig:19   | Killed Peafuky the pandemonium lord
103655 | Zig:19   | Killed Jatabue the pandemonium lord
103655 | Zig:19   | Killed a Killer Klown
103655 | Zig:19   | Noticed Impugo the pandemonium lord
103655 | Zig:19   | Noticed Sieqysy the pandemonium lord
103656 | Zig:19   | Killed Nyheb the pandemonium lord
103656 | Zig:19   | Killed Uteppof the pandemonium lord
103656 | Zig:19   | Killed Oreicov the pandemonium lord
103656 | Zig:19   | Noticed Useos the pandemonium lord
103656 | Zig:19   | Noticed a Killer Klown
103657 | Zig:19   | Noticed a Killer Klown
103657 | Zig:19   | Noticed Zoymmoyx the pandemonium lord
103658 | Zig:19   | Noticed Qyporigg the pandemonium lord
103659 | Zig:19   | Killed Qoufecko the pandemonium lord
103659 | Zig:19   | Killed a Killer Klown
103659 | Zig:19   | Killed Sieqysy the pandemonium lord
103659 | Zig:19   | Killed Heelaski the pandemonium lord
103659 | Zig:19   | Noticed Ijiep the pandemonium lord
103660 | Zig:19   | Killed a Killer Klown
103660 | Zig:19   | Killed Impugo the pandemonium lord
103660 | Zig:19   | Killed Useos the pandemonium lord
103660 | Zig:19   | Killed Zoymmoyx the pandemonium lord
103667 | Zig:19   | Noticed Hauq the pandemonium lord
103669 | Zig:19   | Noticed a Killer Klown
103669 | Zig:19   | Noticed Edut the pandemonium lord
103671 | Zig:19   | Noticed Soorchepy the pandemonium lord
103671 | Zig:19   | Noticed a Killer Klown
103671 | Zig:19   | Noticed Bauxuwk the pandemonium lord
103671 | Zig:19   | Noticed Xuod the pandemonium lord
103671 | Zig:19   | Noticed Fitsiys the pandemonium lord
103672 | Zig:19   | Noticed Demiague the pandemonium lord
103672 | Zig:19   | Killed Ijiep the pandemonium lord
103672 | Zig:19   | Noticed Yloph the pandemonium lord
103673 | Zig:19   | Killed Qyporigg the pandemonium lord
103673 | Zig:19   | Killed Edut the pandemonium lord
103673 | Zig:19   | Killed Bimuink the pandemonium lord
103673 | Zig:19   | Noticed a Killer Klown
103673 | Zig:19   | Noticed Roturary the pandemonium lord
103673 | Zig:19   | Noticed Hituoguy the pandemonium lord
103674 | Zig:19   | Noticed Yghum the pandemonium lord
103674 | Zig:19   | Noticed Fuwn the pandemonium lord
103674 | Zig:19   | Noticed Ypuofar the pandemonium lord
103674 | Zig:19   | Noticed Lajihaijiab the pandemonium lord
103674 | Zig:19   | Killed a Killer Klown
103674 | Zig:19   | Noticed a Killer Klown
103674 | Zig:19   | Noticed Sourudwoge the pandemonium lord
103675 | Zig:19   | Noticed Narutif the pandemonium lord
103675 | Zig:19   | Killed Hauq the pandemonium lord
103676 | Zig:19   | Killed Yloph the pandemonium lord
103676 | Zig:19   | Killed Xuod the pandemonium lord
103676 | Zig:19   | Killed Roturary the pandemonium lord
103676 | Zig:19   | Killed Bauxuwk the pandemonium lord
103676 | Zig:19   | Killed Hituoguy the pandemonium lord
103676 | Zig:19   | Noticed Kioss the pandemonium lord
103676 | Zig:19   | Noticed Qaipuol the pandemonium lord
103676 | Zig:19   | Noticed a Killer Klown
103677 | Zig:19   | Killed Sourudwoge the pandemonium lord
103677 | Zig:19   | Killed Ypuofar the pandemonium lord
103677 | Zig:19   | Killed Demiague the pandemonium lord
103677 | Zig:19   | Killed Soorchepy the pandemonium lord
103677 | Zig:19   | Killed a Killer Klown
103677 | Zig:19   | Killed Narutif the pandemonium lord
103677 | Zig:19   | Killed a Killer Klown
103677 | Zig:19   | Killed a Killer Klown
103677 | Zig:19   | Noticed a Killer Klown
103681 | Zig:19   | Killed Fitsiys the pandemonium lord
103687 | Zig:19   | Noticed Lyxametal the pandemonium lord
103688 | Zig:19   | Killed a Killer Klown
103689 | Zig:19   | Killed Fuwn the pandemonium lord
103689 | Zig:19   | Killed Lajihaijiab the pandemonium lord
103689 | Zig:19   | Killed Lyxametal the pandemonium lord
103689 | Zig:19   | Killed Kioss the pandemonium lord
103689 | Zig:19   | Noticed Newavis the pandemonium lord
103690 | Zig:19   | Noticed Zutadgh the pandemonium lord
103690 | Zig:19   | Noticed a Killer Klown
103692 | Zig:19   | Noticed Fuotrath the pandemonium lord
103692 | Zig:19   | Noticed a Killer Klown
103693 | Zig:19   | Noticed Lacwasewn the pandemonium lord
103694 | Zig:19   | Killed Fuotrath the pandemonium lord
103694 | Zig:19   | Killed a Killer Klown
103694 | Zig:19   | Noticed Seaxzoyt the pandemonium lord
103694 | Zig:19   | Noticed Ashriryeh the pandemonium lord
103695 | Zig:19   | Killed Newavis the pandemonium lord
103695 | Zig:19   | Killed Zutadgh the pandemonium lord
103695 | Zig:19   | Killed a Killer Klown
103695 | Zig:19   | Noticed Jegagus the pandemonium lord
103696 | Zig:19   | Noticed Xayjoxke the pandemonium lord
103696 | Zig:19   | Noticed Vauroc the pandemonium lord
103698 | Zig:19   | Noticed a Killer Klown
103699 | Zig:19   | Noticed Sedi the pandemonium lord
103699 | Zig:19   | Noticed Neiges the pandemonium lord
103699 | Zig:19   | Noticed Saschaer the pandemonium lord
103700 | Zig:19   | Noticed a Killer Klown
103708 | Zig:19   | Killed Sedi the pandemonium lord
103709 | Zig:19   | Killed a Killer Klown
103709 | Zig:19   | Killed Yghum the pandemonium lord
103709 | Zig:19   | Killed a Killer Klown
103709 | Zig:19   | Killed Lacwasewn the pandemonium lord
103711 | Zig:19   | Killed Neiges the pandemonium lord
103711 | Zig:19   | Killed Qaipuol the pandemonium lord
103714 | Zig:19   | Killed Saschaer the pandemonium lord
103715 | Zig:19   | Killed Xayjoxke the pandemonium lord
103715 | Zig:19   | Killed Vauroc the pandemonium lord
103716 | Zig:19   | Killed Ashriryeh the pandemonium lord
103718 | Zig:19   | Killed a Killer Klown
103718 | Zig:19   | Noticed Nusulus the pandemonium lord
103719 | Zig:19   | Killed Seaxzoyt the pandemonium lord
103719 | Zig:19   | Killed Jegagus the pandemonium lord
103719 | Zig:19   | Noticed a Killer Klown
103727 | Zig:19   | Noticed a Killer Klown
103728 | Zig:19   | Killed Nusulus the pandemonium lord
103728 | Zig:19   | Killed a Killer Klown
103729 | Zig:19   | Killed a Killer Klown
103731 | Zig:19   | Noticed Xykkoal the pandemonium lord
103733 | Zig:19   | Killed Xykkoal the pandemonium lord
103738 | Zig:19   | Noticed Geon the pandemonium lord
103741 | Zig:19   | Killed Geon the pandemonium lord
103982 | Zig:19   | Found the +7 staff of the Meek {protect, meekguard}
103995 | Zig:19   | Identified the +3 scale mail "Kyveull" {rPois Str+3}
103996 | Zig:19   | Identified the +1 robe of Alyatom {Int+2}
103998 | Zig:19   | Identified the ring of Huvve {EV+5 Str+7}
104029 | Zig:19   | Identified the +7 giant club of Integrity {protect, rElec
                  | Stlth+}
104039 | Zig:19   | Identified the amulet "Gunot" {RegenMP rPois Str+4 SInv}
104048 | Zig:19   | Identified the ring "Ysmyuven" {Drain +Blink rF+ Int+3
                  | Dex+3}
104065 | Zig:19   | Identified the +7 rapier of Purpose {drain, Contam Fly rF+
                  | rC+}
104121 | Zig:19   | Learned a level 2 spell: Wereblood
104128 | Zig:20   | Entered Level 20 of a ziggurat
104135 | Zig:20   | Noticed a Killer Klown
104136 | Zig:20   | Noticed Zentyng the pandemonium lord
104138 | Zig:20   | Killed a Killer Klown
104139 | Zig:20   | Noticed Duci the pandemonium lord
104140 | Zig:20   | Noticed Yceb the pandemonium lord
104140 | Zig:20   | Noticed Zytavag the pandemonium lord
104140 | Zig:20   | Noticed a Killer Klown
104141 | Zig:20   | Noticed Rodwun the pandemonium lord
104142 | Zig:20   | Killed Zentyng the pandemonium lord
104142 | Zig:20   | Noticed Baraad the pandemonium lord
104143 | Zig:20   | Killed Zytavag the pandemonium lord
104143 | Zig:20   | Noticed a Killer Klown
104143 | Zig:20   | Noticed Rirromm the pandemonium lord
104144 | Zig:20   | Killed Duci the pandemonium lord
104144 | Zig:20   | Killed a Killer Klown
104144 | Zig:20   | Killed a Killer Klown
104145 | Zig:20   | Killed Yceb the pandemonium lord
104145 | Zig:20   | Noticed Paklairu the pandemonium lord
104145 | Zig:20   | Noticed Caegah the pandemonium lord
104145 | Zig:20   | Noticed Kaibbuck the pandemonium lord
104145 | Zig:20   | Noticed Geju Sio the pandemonium lord
104146 | Zig:20   | Killed Rirromm the pandemonium lord
104146 | Zig:20   | Noticed Jyprapn the pandemonium lord
104146 | Zig:20   | Noticed Vorhab the pandemonium lord
104146 | Zig:20   | Noticed a Killer Klown
104147 | Zig:20   | Killed a Killer Klown
104147 | Zig:20   | Killed Baraad the pandemonium lord
104147 | Zig:20   | Killed Kaibbuck the pandemonium lord
104147 | Zig:20   | Killed Rodwun the pandemonium lord
104147 | Zig:20   | Noticed Ydauvein the pandemonium lord
104148 | Zig:20   | Killed Caegah the pandemonium lord
104148 | Zig:20   | Noticed Kuggoch the pandemonium lord
104149 | Zig:20   | Noticed Hiavve Futu the pandemonium lord
104149 | Zig:20   | Killed Geju Sio the pandemonium lord
104149 | Zig:20   | Killed Paklairu the pandemonium lord
104150 | Zig:20   | Killed Vorhab the pandemonium lord
104150 | Zig:20   | Killed Ydauvein the pandemonium lord
104150 | Zig:20   | Noticed Juegim the pandemonium lord
104150 | Zig:20   | Noticed Lofyir the pandemonium lord
104151 | Zig:20   | Killed Jyprapn the pandemonium lord
104151 | Zig:20   | Killed Kuggoch the pandemonium lord
104151 | Zig:20   | Noticed Hosch the pandemonium lord
104152 | Zig:20   | Killed Hiavve Futu the pandemonium lord
104152 | Zig:20   | Killed Juegim the pandemonium lord
104152 | Zig:20   | Noticed a Killer Klown
104153 | Zig:20   | Noticed Vabba the pandemonium lord
104153 | Zig:20   | Noticed Oqoul the pandemonium lord
104153 | Zig:20   | Noticed Tiegrofi the pandemonium lord
104153 | Zig:20   | Noticed a Killer Klown
104153 | Zig:20   | Noticed Sieshroh the pandemonium lord
104154 | Zig:20   | Noticed a Killer Klown
104154 | Zig:20   | Killed Hosch the pandemonium lord
104154 | Zig:20   | Killed a Killer Klown
104154 | Zig:20   | Noticed a Killer Klown
104154 | Zig:20   | Noticed Gawour the pandemonium lord
104154 | Zig:20   | Noticed Ozuta the pandemonium lord
104154 | Zig:20   | Noticed Cielewon the pandemonium lord
104155 | Zig:20   | Killed a Killer Klown
104155 | Zig:20   | Killed Lofyir the pandemonium lord
104155 | Zig:20   | Killed a Killer Klown
104155 | Zig:20   | Noticed Tudu the pandemonium lord
104156 | Zig:20   | Killed Tiegrofi the pandemonium lord
104156 | Zig:20   | Killed a Killer Klown
104156 | Zig:20   | Killed Vabba the pandemonium lord
104156 | Zig:20   | Noticed a Killer Klown
104157 | Zig:20   | Killed Ozuta the pandemonium lord
104157 | Zig:20   | Noticed Zycut the pandemonium lord
104157 | Zig:20   | Noticed Buvis the pandemonium lord
104160 | Zig:20   | Killed Oqoul the pandemonium lord
104161 | Zig:20   | Killed Sieshroh the pandemonium lord
104161 | Zig:20   | Killed a Killer Klown
104161 | Zig:20   | Killed Tudu the pandemonium lord
104161 | Zig:20   | Noticed Weojotirgh the pandemonium lord
104162 | Zig:20   | Killed Zycut the pandemonium lord
104162 | Zig:20   | Noticed a caustic shrike
104163 | Zig:20   | Killed Buvis the pandemonium lord
104163 | Zig:20   | Killed Gawour the pandemonium lord
104163 | Zig:20   | Killed a caustic shrike
104164 | Zig:20   | Noticed Emaowuof the pandemonium lord
104164 | Zig:20   | Noticed Peptaad the pandemonium lord
104165 | Zig:20   | Noticed Zuokk the pandemonium lord
104167 | Zig:20   | Noticed Nelalu the pandemonium lord
104170 | Zig:20   | Killed Weojotirgh the pandemonium lord
104171 | Zig:20   | Killed Cielewon the pandemonium lord
104173 | Zig:20   | Noticed Geheuzxox the pandemonium lord
104173 | Zig:20   | Killed Nelalu the pandemonium lord
104174 | Zig:20   | Noticed a Killer Klown
104174 | Zig:20   | Noticed Qale the pandemonium lord
104174 | Zig:20   | Noticed Suel the pandemonium lord
104175 | Zig:20   | Noticed a Killer Klown
104175 | Zig:20   | Noticed Coatuen the pandemonium lord
104175 | Zig:20   | Noticed a Killer Klown
104175 | Zig:20   | Noticed Nanulem the pandemonium lord
104176 | Zig:20   | Noticed Jubihup the pandemonium lord
104176 | Zig:20   | Noticed Kuitwis the pandemonium lord
104176 | Zig:20   | Noticed Xoqaugann the pandemonium lord
104176 | Zig:20   | Noticed Nabbahol the pandemonium lord
104176 | Zig:20   | Noticed Roxus the pandemonium lord
104177 | Zig:20   | Noticed Dael the pandemonium lord
104177 | Zig:20   | Noticed Myusoc the pandemonium lord
104177 | Zig:20   | Noticed a Killer Klown
104177 | Zig:20   | Noticed Nionadoh the pandemonium lord
104177 | Zig:20   | Noticed Sunnephyunu the pandemonium lord
104177 | Zig:20   | Noticed Uxzal the pandemonium lord
104177 | Zig:20   | Noticed a Killer Klown
104177 | Zig:20   | Noticed Ponor the pandemonium lord
104177 | Zig:20   | Noticed Genoc the pandemonium lord
104178 | Zig:20   | Killed a Killer Klown
104178 | Zig:20   | Killed a Killer Klown
104178 | Zig:20   | Killed Geheuzxox the pandemonium lord
104178 | Zig:20   | Killed a Killer Klown
104178 | Zig:20   | Noticed a Killer Klown
104178 | Zig:20   | Noticed a Killer Klown
104179 | Zig:20   | Killed Emaowuof the pandemonium lord
104179 | Zig:20   | Killed Nanulem the pandemonium lord
104179 | Zig:20   | Killed Zuokk the pandemonium lord
104179 | Zig:20   | Killed Uxzal the pandemonium lord
104179 | Zig:20   | Killed Myusoc the pandemonium lord
104179 | Zig:20   | Killed a Killer Klown
104180 | Zig:20   | Killed Suel the pandemonium lord
104180 | Zig:20   | Killed Coatuen the pandemonium lord
104180 | Zig:20   | Killed Kuitwis the pandemonium lord
104180 | Zig:20   | Killed Peptaad the pandemonium lord
104180 | Zig:20   | Killed Nabbahol the pandemonium lord
104180 | Zig:20   | Killed Genoc the pandemonium lord
104180 | Zig:20   | Killed Ponor the pandemonium lord
104180 | Zig:20   | Killed Dael the pandemonium lord
104181 | Zig:20   | Noticed Zupocr Rekesch the pandemonium lord
104181 | Zig:20   | Killed Qale the pandemonium lord
104181 | Zig:20   | Killed Nionadoh the pandemonium lord
104181 | Zig:20   | Killed Jubihup the pandemonium lord
104181 | Zig:20   | Killed a Killer Klown
104181 | Zig:20   | Killed Sunnephyunu the pandemonium lord
104181 | Zig:20   | Killed a Killer Klown
104181 | Zig:20   | Killed Roxus the pandemonium lord
104181 | Zig:20   | Killed a Killer Klown
104181 | Zig:20   | Noticed a Killer Klown
104181 | Zig:20   | Noticed Itasiog the pandemonium lord
104181 | Zig:20   | Noticed Riapni the pandemonium lord
104182 | Zig:20   | Noticed a Killer Klown
104182 | Zig:20   | Noticed Xal Botynewk the pandemonium lord
104183 | Zig:20   | Noticed Luxtus the pandemonium lord
104183 | Zig:20   | Noticed Tyfoef the pandemonium lord
104183 | Zig:20   | Noticed Mureop the pandemonium lord
104184 | Zig:20   | Killed Xoqaugann the pandemonium lord
104184 | Zig:20   | Killed a Killer Klown
104184 | Zig:20   | Killed a Killer Klown
104184 | Zig:20   | Noticed Eboumma the pandemonium lord
104185 | Zig:20   | Killed Riapni the pandemonium lord
104185 | Zig:20   | Killed Zupocr Rekesch the pandemonium lord
104185 | Zig:20   | Killed Tyfoef the pandemonium lord
104185 | Zig:20   | Killed Itasiog the pandemonium lord
104185 | Zig:20   | Noticed Kocagun the pandemonium lord
104186 | Zig:20   | Noticed Egguac the pandemonium lord
104186 | Zig:20   | Noticed Goghehe the pandemonium lord
104186 | Zig:20   | Noticed Soirchov the pandemonium lord
104186 | Zig:20   | Noticed Tawunon the pandemonium lord
104186 | Zig:20   | Noticed a juggernaut
104187 | Zig:20   | Noticed a Killer Klown
104187 | Zig:20   | Noticed a Killer Klown
104187 | Zig:20   | Noticed Voloif the pandemonium lord
104188 | Zig:20   | Noticed Xeklaiwij the pandemonium lord
104188 | Zig:20   | Killed Xal Botynewk the pandemonium lord
104188 | Zig:20   | Killed Mureop the pandemonium lord
104188 | Zig:20   | Killed Tawunon the pandemonium lord
104188 | Zig:20   | Noticed Oqups the pandemonium lord
104189 | Zig:20   | Killed a Killer Klown
104189 | Zig:20   | Killed Voloif the pandemonium lord
104189 | Zig:20   | Killed Soirchov the pandemonium lord
104189 | Zig:20   | Killed Eboumma the pandemonium lord
104189 | Zig:20   | Noticed Loamn the pandemonium lord
104189 | Zig:20   | Noticed Xiefoh the pandemonium lord
104189 | Zig:20   | Noticed Vaijel the pandemonium lord
104190 | Zig:20   | Killed Goghehe the pandemonium lord
104190 | Zig:20   | Killed Vaijel the pandemonium lord
104190 | Zig:20   | Killed a Killer Klown
104190 | Zig:20   | Killed Xeklaiwij the pandemonium lord
104190 | Zig:20   | Killed Luxtus the pandemonium lord
104190 | Zig:20   | Noticed Cahumoinez the pandemonium lord
104191 | Zig:20   | Noticed Eraixzy the pandemonium lord
104191 | Zig:20   | Noticed Mibiy the pandemonium lord
104191 | Zig:20   | Killed Cahumoinez the pandemonium lord
104191 | Zig:20   | Killed Xiefoh the pandemonium lord
104193 | Zig:20   | Noticed Kaaraqi the pandemonium lord
104193 | Zig:20   | Noticed Yjoklodd the pandemonium lord
104194 | Zig:20   | Noticed Vaen the pandemonium lord
104194 | Zig:20   | Killed Mibiy the pandemonium lord
104194 | Zig:20   | Killed Kocagun the pandemonium lord
104194 | Zig:20   | Killed Oqups the pandemonium lord
104195 | Zig:20   | Noticed Loanauts the pandemonium lord
104195 | Zig:20   | Noticed Bin Hotu the pandemonium lord
104195 | Zig:20   | Noticed Mava the pandemonium lord
104195 | Zig:20   | Killed Egguac the pandemonium lord
104195 | Zig:20   | Killed Loamn the pandemonium lord
104195 | Zig:20   | Killed a juggernaut
104196 | Zig:20   | Killed Eraixzy the pandemonium lord
104196 | Zig:20   | Killed Yjoklodd the pandemonium lord
104197 | Zig:20   | Killed Vaen the pandemonium lord
104197 | Zig:20   | Killed Kaaraqi the pandemonium lord
104200 | Zig:20   | Killed Loanauts the pandemonium lord
104200 | Zig:20   | Killed Bin Hotu the pandemonium lord
104201 | Zig:20   | Killed Mava the pandemonium lord
104412 | Zig:20   | Identified the +6 rapier of Extermination {freeze, rElec
                  | rC+ Will+ Dex+3}
104417 | Zig:20   | Identified the +6 shortbow "Yptaesm" {drain, MP+9 Str+4
                  | Dex+2 SInv}
104420 | Zig:20   | Identified the +5 short sword "Imisim" {speed, rElec Int+2}
104430 | Zig:20   | Identified the +3 sling "Zicaqaatt" {antimagic, Will+}
104437 | Zig:20   | Identified the staff of air "Qytux" {rElec rCorr Str+3}
104440 | Zig:20   | Identified the +7 sling of Dim Light {drain, rCorr MP+9
                  | Dex+2}
104444 | Zig:20   | Identified the staff of cold "Lofupan" {rC+ rN+}
104445 | Zig:20   | Identified the ring of Feteiryu {rElec rF+ Will+ Dex-3
                  | SInv}
104455 | Zig:20   | Got Carecou's Elucidation of the Generative Vector
104460 | Zig:20   | Identified the +4 spear of the Heavens {speed, rN+ rCorr
                  | Int+3}
104463 | Zig:20   | Identified the +4 scimitar "Posaen" {spect, rCorr}
104472 | Zig:20   | Identified the +1 rapier "Ultimatum" {heavy, rC+ Dex+2}
104477 | Zig:20   | Identified the ring of the Smoking Messenger {Drain Fly
                  | rElec Will+++ rCorr}
104479 | Zig:20   | Got the Secrets of the Shift and the Jaunt
104483 | Zig:20   | Got The Penultimate Guide to Hermetics
104504 | Zig:21   | Entered Level 21 of a ziggurat
104507 | Zig:21   | Noticed a royal mummy
104508 | Zig:21   | Noticed a royal mummy
104510 | Zig:21   | Noticed a royal mummy
104510 | Zig:21   | Noticed a royal mummy
104511 | Zig:21   | Noticed a royal mummy
104511 | Zig:21   | Noticed a royal mummy
104511 | Zig:21   | Noticed a royal mummy
104512 | Zig:21   | Noticed a royal mummy
104512 | Zig:21   | Noticed a royal mummy
104512 | Zig:21   | Noticed a royal mummy
104513 | Zig:21   | Killed a royal mummy
104513 | Zig:21   | Killed a royal mummy
104513 | Zig:21   | Killed a royal mummy
104513 | Zig:21   | Killed a royal mummy
104513 | Zig:21   | Killed a royal mummy
104513 | Zig:21   | Killed a royal mummy
104513 | Zig:21   | Killed a royal mummy
104514 | Zig:21   | Noticed a royal mummy
104514 | Zig:21   | Noticed a royal mummy
104514 | Zig:21   | Noticed a royal mummy
104515 | Zig:21   | Noticed a royal mummy
104516 | Zig:21   | Noticed a royal mummy
104516 | Zig:21   | Noticed a royal mummy
104517 | Zig:21   | Noticed a royal mummy
104517 | Zig:21   | Killed a royal mummy
104518 | Zig:21   | Noticed a royal mummy
104518 | Zig:21   | Noticed a royal mummy
104518 | Zig:21   | Noticed a royal mummy
104518 | Zig:21   | Killed a royal mummy
104518 | Zig:21   | Killed a royal mummy
104518 | Zig:21   | Noticed a royal mummy
104519 | Zig:21   | Noticed a royal mummy
104519 | Zig:21   | Killed a royal mummy
104519 | Zig:21   | Noticed a royal mummy
104519 | Zig:21   | Noticed a royal mummy
104519 | Zig:21   | Noticed a royal mummy
104520 | Zig:21   | Killed a royal mummy
104520 | Zig:21   | Killed a royal mummy
104520 | Zig:21   | Killed a royal mummy
104520 | Zig:21   | Killed a royal mummy
104520 | Zig:21   | Killed a royal mummy
104520 | Zig:21   | Killed a royal mummy
104520 | Zig:21   | Killed a royal mummy
104520 | Zig:21   | Killed a royal mummy
104520 | Zig:21   | Killed a royal mummy
104520 | Zig:21   | Killed a royal mummy
104520 | Zig:21   | Noticed a royal mummy
104520 | Zig:21   | Noticed a royal mummy
104520 | Zig:21   | Noticed a royal mummy
104521 | Zig:21   | Killed a royal mummy
104521 | Zig:21   | Killed a royal mummy
104521 | Zig:21   | Killed a royal mummy
104521 | Zig:21   | Killed a royal mummy
104521 | Zig:21   | Killed a royal mummy
104521 | Zig:21   | Killed a royal mummy
104521 | Zig:21   | Noticed a royal mummy
104521 | Zig:21   | Noticed a royal mummy
104521 | Zig:21   | Noticed a royal mummy
104522 | Zig:21   | Noticed a royal mummy
104522 | Zig:21   | Noticed a royal mummy
104522 | Zig:21   | Noticed a royal mummy
104522 | Zig:21   | Noticed a royal mummy
104523 | Zig:21   | Noticed a royal mummy
104523 | Zig:21   | Noticed a royal mummy
104524 | Zig:21   | Noticed a royal mummy
104524 | Zig:21   | Noticed a royal mummy
104524 | Zig:21   | Noticed a royal mummy
104525 | Zig:21   | Noticed a royal mummy
104525 | Zig:21   | Noticed a royal mummy
104526 | Zig:21   | Killed a royal mummy
104526 | Zig:21   | Killed a royal mummy
104526 | Zig:21   | Killed a royal mummy
104526 | Zig:21   | Killed a royal mummy
104526 | Zig:21   | Killed a royal mummy
104526 | Zig:21   | Killed a royal mummy
104526 | Zig:21   | Killed a royal mummy
104526 | Zig:21   | Killed a royal mummy
104526 | Zig:21   | Killed a royal mummy
104526 | Zig:21   | Killed a royal mummy
104526 | Zig:21   | Killed a royal mummy
104526 | Zig:21   | Killed a royal mummy
104527 | Zig:21   | Killed a royal mummy
104527 | Zig:21   | Killed a royal mummy
104528 | Zig:21   | Killed a royal mummy
104528 | Zig:21   | Noticed a royal mummy
104529 | Zig:21   | Noticed a royal mummy
104529 | Zig:21   | Noticed a royal mummy
104529 | Zig:21   | Noticed a royal mummy
104531 | Zig:21   | Noticed a royal mummy
104531 | Zig:21   | Noticed a royal mummy
104531 | Zig:21   | Noticed a royal mummy
104531 | Zig:21   | Noticed a royal mummy
104533 | Zig:21   | Killed a royal mummy
104533 | Zig:21   | Killed a royal mummy
104533 | Zig:21   | Killed a royal mummy
104533 | Zig:21   | Noticed a royal mummy
104534 | Zig:21   | Killed a royal mummy
104534 | Zig:21   | Killed a royal mummy
104534 | Zig:21   | Killed a royal mummy
104534 | Zig:21   | Killed a royal mummy
104534 | Zig:21   | Killed a royal mummy
104534 | Zig:21   | Killed a royal mummy
104534 | Zig:21   | Noticed a royal mummy
104540 | Zig:21   | Killed a royal mummy
104639 | Zig:21   | Identified the +1 triple crossbow "Enawykup" {penet, rC++}
104640 | Zig:21   | Identified the +2 arbalest of Bexipn {freeze, rC+ Will+
                  | Int+4 Stlth+}
104648 | Zig:21   | Identified the +7 chain mail of Lugonu's Regard {rF+ Int+5}
104654 | Zig:21   | Identified the +1 flail "Widowermaker" {freeze, +Blink
                  | Will++}
104655 | Zig:21   | Identified the +3 war axe of Cheibriados {flame, rPois
                  | Will+ Str+4}
105104 | Zig:21   | Got the Precepts of the Cemetery
105123 | Zig:22   | Entered Level 22 of a ziggurat
105160 | Zig:22   | Found the +3 Mad Mage's Maulers {Infuse+∞ VampMP -Cast}
105491 | Zig:22   | Identified the +7 rapier of Regicide {freeze, rF+ Str+9
                  | Int-2 SInv}
105493 | Zig:22   | Identified the +9 falchion of Tenacity {venom, rElec rF+
                  | Int+4}
105501 | Zig:22   | Identified the +1 quarterstaff of Disintegration {flame,
                  | rPois rN+ Int+2}
105503 | Zig:22   | Identified the +0 rapier "Etoruefu" {elec, *Noise rElec
                  | rPois Dex+2}
105513 | Zig:22   | Identified the +5 fire dragon scales of Slimy Wonder {rF++
                  | rC- rN++ Stlth-}
105519 | Zig:22   | Identified the ring "Qeopp" {Will+ Str+6 Int+2 Dex+4}
105524 | Zig:22   | Identified the +7 lajatang of Houpnif {vamp, rElec rPois
                  | rN+++ Dex-2}
105537 | Zig:22   | Identified the +6 plate armour of the Apprentice {rF+++
                  | Int-5 Dex+2 SInv}
105550 | Zig:22   | Identified the ring of Nihilism {rF+ Dex+6}
105553 | Zig:22   | Identified the +0 buckler of the Guild-Master {rC+ rCorr
                  | Str+5}
105705 | Zig:23   | Entered Level 23 of a ziggurat
105769 | Zig:23   | Identified the +0 buckler of Demons {Harm rElec rPois
                  | Stlth+}
105770 | Zig:23   | Identified the +0 cloak "Cicec" {Fly Str+4 Int-3}
105791 | Zig:23   | Identified the +10 gold dragon scales of Gluttony {rPois
                  | rF+ rC+ Dex+2}
105792 | Zig:23   | Identified the +3 flail of Dowdy Duty {heavy, rC+}
105804 | Zig:23   | Identified the +4 spear of Uduejifi {freeze, rPois rN+
                  | Str+3 Int-5}
105815 | Zig:23   | Identified the +2 hand axe of Ru, Howling {drain, rElec
                  | rCorr}
105817 | Zig:23   | Identified the +8 hand axe "Gakoalu" {freeze, Fly rN+ Dex+3
                  | SInv}
105837 | Zig:23   | Identified the ring of Psychosis {rN+ Int+2 Dex-2 SInv}
106198 | Zig:23   | Identified the +0 dagger of a bailey {drain, rC+ Will-
                  | Dex+2}
106203 | Zig:23   | Got the Almanac of the Barrage and Frost
106207 | Zig:23   | Got the Book of the Remoulded Queen Bee
106260 | Zig:23   | Got Sif Muna's Compilation of the Bloody Compass
106262 | Zig:23   | Got the Tractate on the Wendigo and Nephomancy
106308 | Zig:24   | Entered Level 24 of a ziggurat
106343 | Zig:24   | Identified the +1 tower shield of Infinity {rElec rPois
                  | Int+5 SInv}
106368 | Zig:24   | Identified the +5 tower shield "Efyawou" {Str+3 Int+3
                  | Slay+5}
106371 | Zig:24   | Identified the +8 tower shield "Nops" {rPois Stlth+}
106637 | Zig:24   | Identified the +2 hand axe of Disgust {vamp, rC+ Int-5
                  | Dex+4}
106638 | Zig:24   | Identified the staff of death "Hodwoxuu" {rN+ Will- Dex+2
                  | Stlth+}
106639 | Zig:24   | Identified the +3 spear of the Demagogue {protect, Drain
                  | rN+ rCorr SInv}
106643 | Zig:24   | Identified the +6 quarterstaff of Dominance {heavy, Dex+9}
106644 | Zig:24   | Identified the +1 robe of Jett {Str+2 Int+4}
106649 | Zig:24   | Identified the amulet "Vuytzexi" {RegenMP rC++ Will-}
106656 | Zig:24   | Identified the amulet of Fuixoig {RegenMP rC+ Int+5}
106664 | Zig:24   | Identified the +8 plate armour "Muba" {Rampage rF- Dex+3
                  | SInv}
106749 | Zig:24   | Identified the ring of Honesty {rC++ Int-5 Dex+3 SInv}
106824 | Zig:24   | Got the Vellum of the Peccant Comitatus
106855 | Zig:24   | Got the Octavo of the Welkin
106883 | Zig:25   | Entered Level 25 of a ziggurat
106891 | Zig:25   | Noticed Ziquokij the pandemonium lord
106891 | Zig:25   | Noticed a Killer Klown
106892 | Zig:25   | Noticed Washoa the pandemonium lord
106892 | Zig:25   | Noticed Imukhleku the pandemonium lord
106893 | Zig:25   | Killed Washoa the pandemonium lord
106893 | Zig:25   | Noticed Dyshiwext the pandemonium lord
106894 | Zig:25   | Killed a Killer Klown
106894 | Zig:25   | Noticed Ipeokk the pandemonium lord
106895 | Zig:25   | Noticed Udotem the pandemonium lord
106895 | Zig:25   | Noticed Kueq the pandemonium lord
106895 | Zig:25   | Noticed Ponairph the pandemonium lord
106895 | Zig:25   | Noticed Esiusuc the pandemonium lord
106895 | Zig:25   | Killed Ziquokij the pandemonium lord
106895 | Zig:25   | Noticed Ostigy the pandemonium lord
106896 | Zig:25   | Killed Dyshiwext the pandemonium lord
106896 | Zig:25   | Noticed Ytzemoj the pandemonium lord
106896 | Zig:25   | Noticed Arghilets the pandemonium lord
106896 | Zig:25   | Noticed Muaqugg the pandemonium lord
106896 | Zig:25   | Noticed Rorhub the pandemonium lord
106897 | Zig:25   | Killed Esiusuc the pandemonium lord
106897 | Zig:25   | Noticed Yziduewn the pandemonium lord
106898 | Zig:25   | Noticed Iskorr the pandemonium lord
106898 | Zig:25   | Killed Ostigy the pandemonium lord
106898 | Zig:25   | Killed Muaqugg the pandemonium lord
106898 | Zig:25   | Killed Ytzemoj the pandemonium lord
106898 | Zig:25   | Noticed Jith the pandemonium lord
106899 | Zig:25   | Killed Kueq the pandemonium lord
106899 | Zig:25   | Killed Ponairph the pandemonium lord
106899 | Zig:25   | Killed Rorhub the pandemonium lord
106899 | Zig:25   | Killed Udotem the pandemonium lord
106899 | Zig:25   | Noticed Figug the pandemonium lord
106899 | Zig:25   | Noticed Xizioly the pandemonium lord
106899 | Zig:25   | Noticed Box Jax the pandemonium lord
106899 | Zig:25   | Noticed Kusuesm the pandemonium lord
106899 | Zig:25   | Noticed Gygoabupt the pandemonium lord
106902 | Zig:25   | Noticed Horgh the pandemonium lord
106902 | Zig:25   | Noticed Meebuuge the pandemonium lord
106902 | Zig:25   | Noticed Naduapp the pandemonium lord
106902 | Zig:25   | Noticed Havoagyc the pandemonium lord
106902 | Zig:25   | Noticed Porueff the pandemonium lord
106903 | Zig:25   | Noticed Zacileb the pandemonium lord
106903 | Zig:25   | Killed Arghilets the pandemonium lord
106903 | Zig:25   | Killed Ipeokk the pandemonium lord
106903 | Zig:25   | Killed Yziduewn the pandemonium lord
106903 | Zig:25   | Killed Iskorr the pandemonium lord
106903 | Zig:25   | Killed Kusuesm the pandemonium lord
106903 | Zig:25   | Killed Meebuuge the pandemonium lord
106904 | Zig:25   | Noticed Uhannaann the pandemonium lord
106904 | Zig:25   | Noticed Umicoos the pandemonium lord
106904 | Zig:25   | Killed Imukhleku the pandemonium lord
106904 | Zig:25   | Killed Naduapp the pandemonium lord
106904 | Zig:25   | Killed Uhannaann the pandemonium lord
106904 | Zig:25   | Killed Box Jax the pandemonium lord
106904 | Zig:25   | Noticed a Killer Klown
106904 | Zig:25   | Noticed a Killer Klown
106904 | Zig:25   | Noticed a Killer Klown
106904 | Zig:25   | Noticed a Killer Klown
106905 | Zig:25   | Noticed Hieq Wuc the pandemonium lord
106905 | Zig:25   | Noticed Papapha the pandemonium lord
106905 | Zig:25   | Noticed Xavustrua the pandemonium lord
106905 | Zig:25   | Noticed Ciraat the pandemonium lord
106905 | Zig:25   | Noticed Buelel the pandemonium lord
106906 | Zig:25   | Killed Gygoabupt the pandemonium lord
106906 | Zig:25   | Killed Figug the pandemonium lord
106906 | Zig:25   | Killed Xizioly the pandemonium lord
106906 | Zig:25   | Killed Zacileb the pandemonium lord
106906 | Zig:25   | Noticed Zeemo the pandemonium lord
106907 | Zig:25   | Killed a Killer Klown
106907 | Zig:25   | Killed a Killer Klown
106907 | Zig:25   | Killed Porueff the pandemonium lord
106907 | Zig:25   | Killed a Killer Klown
106907 | Zig:25   | Killed Ciraat the pandemonium lord
106907 | Zig:25   | Killed a Killer Klown
106907 | Zig:25   | Killed Jith the pandemonium lord
106907 | Zig:25   | Noticed Addivuerch the pandemonium lord
106908 | Zig:25   | Killed Xavustrua the pandemonium lord
106908 | Zig:25   | Killed Horgh the pandemonium lord
106908 | Zig:25   | Killed Umicoos the pandemonium lord
106908 | Zig:25   | Noticed Ijomm the pandemonium lord
106908 | Zig:25   | Noticed Zahom the pandemonium lord
106909 | Zig:25   | Noticed a Killer Klown
106909 | Zig:25   | Killed Hieq Wuc the pandemonium lord
106909 | Zig:25   | Noticed Icei the pandemonium lord
106909 | Zig:25   | Noticed Illitoge the pandemonium lord
106909 | Zig:25   | Noticed Exeakotz the pandemonium lord
106910 | Zig:25   | Killed Zeemo the pandemonium lord
106910 | Zig:25   | Killed Buelel the pandemonium lord
106910 | Zig:25   | Killed a Killer Klown
106910 | Zig:25   | Noticed Saely the pandemonium lord
106911 | Zig:25   | Killed Addivuerch the pandemonium lord
106911 | Zig:25   | Killed Illitoge the pandemonium lord
106911 | Zig:25   | Killed Exeakotz the pandemonium lord
106911 | Zig:25   | Noticed Neabbajuv the pandemonium lord
106912 | Zig:25   | Killed Ijomm the pandemonium lord
106912 | Zig:25   | Killed Zahom the pandemonium lord
106912 | Zig:25   | Killed Papapha the pandemonium lord
106912 | Zig:25   | Killed Neabbajuv the pandemonium lord
106912 | Zig:25   | Killed Havoagyc the pandemonium lord
106912 | Zig:25   | Noticed Xiuzeu the pandemonium lord
106912 | Zig:25   | Noticed Roanuff the pandemonium lord
106913 | Zig:25   | Noticed Xutz the pandemonium lord
106914 | Zig:25   | Noticed Rekofusch the pandemonium lord
106914 | Zig:25   | Noticed Gam Cutecufa the pandemonium lord
106914 | Zig:25   | Noticed Gunaif the pandemonium lord
106914 | Zig:25   | Noticed Juhiet the pandemonium lord
106914 | Zig:25   | Noticed Paffoted the pandemonium lord
106914 | Zig:25   | Noticed Kutiyd the pandemonium lord
106914 | Zig:25   | Noticed Zeacwom the pandemonium lord
106914 | Zig:25   | Noticed a Killer Klown
106915 | Zig:25   | Killed Roanuff the pandemonium lord
106915 | Zig:25   | Killed Gunaif the pandemonium lord
106915 | Zig:25   | Killed Paffoted the pandemonium lord
106915 | Zig:25   | Killed Xiuzeu the pandemonium lord
106915 | Zig:25   | Killed Gam Cutecufa the pandemonium lord
106915 | Zig:25   | Killed a Killer Klown
106915 | Zig:25   | Noticed Itoafan the pandemonium lord
106916 | Zig:25   | Killed Saely the pandemonium lord
106916 | Zig:25   | Killed Icei the pandemonium lord
106916 | Zig:25   | Noticed Edacw the pandemonium lord
106917 | Zig:25   | Killed Xutz the pandemonium lord
106917 | Zig:25   | Killed Kutiyd the pandemonium lord
106917 | Zig:25   | Killed Itoafan the pandemonium lord
106917 | Zig:25   | Noticed a Killer Klown
106917 | Zig:25   | Noticed a Killer Klown
106917 | Zig:25   | Noticed Bixam Tiess the pandemonium lord
106917 | Zig:25   | Noticed a Killer Klown
106918 | Zig:25   | Noticed Mofiur the pandemonium lord
106918 | Zig:25   | Noticed Ragurchah the pandemonium lord
106919 | Zig:25   | Noticed Muuloysu the pandemonium lord
106919 | Zig:25   | Noticed a Killer Klown
106919 | Zig:25   | Noticed a Killer Klown
106919 | Zig:25   | Noticed Firy the pandemonium lord
106919 | Zig:25   | Noticed Afrasofey the pandemonium lord
106920 | Zig:25   | Noticed Mojed the pandemonium lord
106920 | Zig:25   | Noticed Qiarop the pandemonium lord
106920 | Zig:25   | Killed Zeacwom the pandemonium lord
106920 | Zig:25   | Noticed Fobae the pandemonium lord
106920 | Zig:25   | Noticed Gaulea the pandemonium lord
106921 | Zig:25   | Killed Edacw the pandemonium lord
106921 | Zig:25   | Killed Rekofusch the pandemonium lord
106921 | Zig:25   | Killed Juhiet the pandemonium lord
106921 | Zig:25   | Killed a Killer Klown
106921 | Zig:25   | Noticed Nusuhuor the pandemonium lord
106921 | Zig:25   | Noticed a Killer Klown
106922 | Zig:25   | Noticed Juzaizu the pandemonium lord
106922 | Zig:25   | Noticed Yresh the pandemonium lord
106922 | Zig:25   | Noticed Xeqo Tocw the pandemonium lord
106922 | Zig:25   | Noticed Mijapek the pandemonium lord
106922 | Zig:25   | Killed a Killer Klown
106922 | Zig:25   | Killed a Killer Klown
106922 | Zig:25   | Killed a Killer Klown
106923 | Zig:25   | Killed Firy the pandemonium lord
106923 | Zig:25   | Killed Ragurchah the pandemonium lord
106923 | Zig:25   | Killed a Killer Klown
106923 | Zig:25   | Killed Muuloysu the pandemonium lord
106923 | Zig:25   | Killed Afrasofey the pandemonium lord
106923 | Zig:25   | Killed Mofiur the pandemonium lord
106923 | Zig:25   | Killed Gaulea the pandemonium lord
106923 | Zig:25   | Noticed Xedeggef the pandemonium lord
106924 | Zig:25   | Noticed a Killer Klown
106924 | Zig:25   | Noticed Ovaing the pandemonium lord
106924 | Zig:25   | Noticed a Killer Klown
106924 | Zig:25   | Noticed Gohi the pandemonium lord
106924 | Zig:25   | Noticed a Killer Klown
106924 | Zig:25   | Noticed a Killer Klown
106925 | Zig:25   | Noticed Qaps the pandemonium lord
106925 | Zig:25   | Killed Bixam Tiess the pandemonium lord
106925 | Zig:25   | Killed Mojed the pandemonium lord
106925 | Zig:25   | Killed a Killer Klown
106925 | Zig:25   | Killed Fobae the pandemonium lord
106925 | Zig:25   | Noticed Lualigas the pandemonium lord
106925 | Zig:25   | Noticed Cuefysi the pandemonium lord
106925 | Zig:25   | Noticed Zafuw the pandemonium lord
106926 | Zig:25   | Killed Qiarop the pandemonium lord
106926 | Zig:25   | Killed Nusuhuor the pandemonium lord
106926 | Zig:25   | Killed a Killer Klown
106926 | Zig:25   | Killed Yresh the pandemonium lord
106926 | Zig:25   | Noticed a Killer Klown
106927 | Zig:25   | Noticed Beaciem the pandemonium lord
106927 | Zig:25   | Killed Xedeggef the pandemonium lord
106927 | Zig:25   | Killed Mijapek the pandemonium lord
106927 | Zig:25   | Killed Xeqo Tocw the pandemonium lord
106927 | Zig:25   | Killed Juzaizu the pandemonium lord
106927 | Zig:25   | Killed a Killer Klown
106927 | Zig:25   | Killed a Killer Klown
106927 | Zig:25   | Noticed Boiren the pandemonium lord
106928 | Zig:25   | Killed a Killer Klown
106928 | Zig:25   | Killed Lualigas the pandemonium lord
106928 | Zig:25   | Noticed a Killer Klown
106929 | Zig:25   | Noticed Uqacu the pandemonium lord
106932 | Zig:25   | Killed a Killer Klown
106934 | Zig:25   | Noticed Empojaraosm the pandemonium lord
106935 | Zig:25   | Killed Gohi the pandemonium lord
106935 | Zig:25   | Killed Ovaing the pandemonium lord
106935 | Zig:25   | Killed Qaps the pandemonium lord
106935 | Zig:25   | Killed Cuefysi the pandemonium lord
106935 | Zig:25   | Killed a Killer Klown
106935 | Zig:25   | Noticed Ylemauca the pandemonium lord
106936 | Zig:25   | Noticed Lanihufe the pandemonium lord
106937 | Zig:25   | Noticed Osus the pandemonium lord
106937 | Zig:25   | Killed Boiren the pandemonium lord
106937 | Zig:25   | Killed Beaciem the pandemonium lord
106938 | Zig:25   | Noticed Soghoskeucw the pandemonium lord
106939 | Zig:25   | Killed Ylemauca the pandemonium lord
106939 | Zig:25   | Killed Empojaraosm the pandemonium lord
106939 | Zig:25   | Killed Lanihufe the pandemonium lord
106939 | Zig:25   | Killed Osus the pandemonium lord
106939 | Zig:25   | Killed Zafuw the pandemonium lord
106940 | Zig:25   | Noticed Neufasuce the pandemonium lord
106941 | Zig:25   | Killed Uqacu the pandemonium lord
106942 | Zig:25   | Noticed Nereuj the pandemonium lord
106942 | Zig:25   | Noticed Kinakus Juex the pandemonium lord
106942 | Zig:25   | Noticed Miyplug the pandemonium lord
106943 | Zig:25   | Noticed Ybintazes the pandemonium lord
106943 | Zig:25   | Killed Soghoskeucw the pandemonium lord
106943 | Zig:25   | Noticed a Killer Klown
106945 | Zig:25   | Noticed Ughuoxky the pandemonium lord
106953 | Zig:25   | Killed a Killer Klown
106953 | Zig:25   | Killed Ughuoxky the pandemonium lord
106954 | Zig:25   | Killed Miyplug the pandemonium lord
106954 | Zig:25   | Killed Nereuj the pandemonium lord
106955 | Zig:25   | Noticed Suqestre the pandemonium lord
106956 | Zig:25   | Noticed Cimikhoug the pandemonium lord
106957 | Zig:25   | Noticed Faudass the pandemonium lord
106958 | Zig:25   | Killed Neufasuce the pandemonium lord
106958 | Zig:25   | Noticed Jiomp the pandemonium lord
106958 | Zig:25   | Noticed a Killer Klown
106959 | Zig:25   | Killed Kinakus Juex the pandemonium lord
106960 | Zig:25   | Killed Ybintazes the pandemonium lord
106960 | Zig:25   | Killed Suqestre the pandemonium lord
106960 | Zig:25   | Killed Cimikhoug the pandemonium lord
106960 | Zig:25   | Killed a Killer Klown
106962 | Zig:25   | Killed Faudass the pandemonium lord
106963 | Zig:25   | Killed Jiomp the pandemonium lord
106977 | Zig:25   | Found the +4 robe of Augmentation {Str+4 Int+4 Dex+4}
107276 | Zig:25   | Identified the +7 broad axe "Igun Ril" {flame, rC++ Int-5
                  | SInv}
107299 | Zig:25   | Identified the ring of Gybyeppu {Fire rPois Int+3 Dex+4
                  | SInv}
107303 | Zig:25   | Got the Almanac of Evil and Glaciation
107304 | Zig:25   | Identified the staff of conjuration "Hogix" {rElec rPois
                  | Will+ rCorr}
107306 | Zig:25   | Identified the ring "Jint" {rF+++ rC- rN+ Str+6 Stlth+}
107308 | Zig:25   | Identified the ring "Wyuklen" {rC+ rCorr Str+4 Dex-5}
107312 | Zig:25   | Got the Exposition on the Compass
107315 | Zig:25   | Identified the +3 dagger "Worm" {chaos, Str+2 Dex+4}
107327 | Zig:25   | Got the Anthology of Transmutation and Coordinates
107332 | Zig:25   | Identified the staff of poison "Kecugit" {*Slow rPois Str+7
                  | Dex+2}
107333 | Zig:25   | Identified the staff of poison "Qecsoth" {Contam rPois rF+
                  | rCorr Dex+5}
107334 | Zig:25   | Identified the +8 lajatang "Gideelu" {drain, rElec rN+
                  | Str+3}
107363 | Zig:26   | Entered Level 26 of a ziggurat
107418 | Zig:26   | Noticed Judola the pandemonium lord
107422 | Zig:26   | Killed Judola the pandemonium lord
107862 | Zig:26   | Identified the staff of air "Puafemih" {rElec rCorr}
107864 | Zig:26   | Identified the +1 lajatang of Hatred {drain, *Noise rC+
                  | Str+3 Int+7}
107865 | Zig:26   | Identified the +8 flail of the Middle {pain, Drain Dex+4}
107876 | Zig:26   | Identified the +7 plate armour of the Cicada {Rampage
                  | Will++}
107887 | Zig:26   | Identified the +1 robe "Pijo" {+Blink rPois Int-3 Slay+3}
108093 | Zig:27   | Entered Level 27 of a ziggurat
108164 | Zig:27   | Found the ring of the Octopus King
108534 | Zig:27   | Identified a ring of the Octopus King {rN+ HP+2 AC+2 EV+2
                  | SH+2}
108538 | Zig:27   | Identified the +1 chain mail "Doicetycs" {rC- Str+5}
108552 | Zig:27   | Identified the ring "Leuzaor" {EV+5 Dex+3}
108559 | Zig:27   | Identified the +5 plate armour of Purpose {Regen+ Int+2
                  | Dex-2}
108562 | Zig:27   | Got Sif Muna's Anthology of Bones and Malediction
108568 | Zig:27   | Identified the +2 halberd of Honour {flame, +Blink Will++
                  | Str-2}
108571 | Zig:27   | Got Olicziesk's Handbook of Coarse Freezing
108575 | Zig:27   | Identified the +3 halberd of Vocrel {spect, Int+4 Stlth-}
108579 | Zig:27   | Identified the +7 war axe "Xiybrana" {venom, Dex+4}
108591 | Zig:27   | Identified the +0 scale mail "Trusted Companion" {rF- SInv
                  | Stlth+}
108600 | Zig:27   | Got the Teachings on Mercurial Momentum
108602 | Zig:27   | Identified the +0 sling of Armageddon {heavy, Int+2}
108605 | Zig:27   | Identified the staff of earth "Ohueleanu" {rElec rC+ Dex+3
                  | Stlth-}
108611 | Zig:27   | Identified the staff of poison "Nees" {Contam rPois rCorr
                  | Int+2 SInv}
108712 | Zig:1    | Entered Level 1 of a ziggurat
108712 | Zig:1    | Noticed a juggernaut
108712 | Zig:1    | Noticed a juggernaut
108712 | Zig:1    | Noticed a juggernaut
108714 | Zig:1    | Killed a juggernaut
108714 | Zig:1    | Killed a juggernaut
108715 | Zig:1    | Killed a juggernaut
108747 | Zig:2    | Entered Level 2 of a ziggurat
108747 | Zig:2    | Noticed an orb of fire
108747 | Zig:2    | Noticed an orb of fire
108748 | Zig:2    | Noticed an orb of fire
108750 | Zig:2    | Killed an orb of fire
108750 | Zig:2    | Killed an orb of fire
108751 | Zig:2    | Killed an orb of fire
108823 | Zig:3    | Entered Level 3 of a ziggurat
108825 | Zig:3    | Noticed Vipiwk the pandemonium lord
108827 | Zig:3    | Killed Vipiwk the pandemonium lord
108862 | Zig:3    | Identified the +6 shortbow "Demonbane" {drain, Fly rF+
                  | Stlth-}
108918 | Zig:3    | Identified the +3 hand axe of the Land of Plenty {protect,
                  | rF+ Will- Int+8 Dex-2}
108919 | Zig:3    | Identified the +6 sling of Pexzeeto {heavy, Fly rPois rCorr
                  | Dex+3}
108943 | Zig:4    | Entered Level 4 of a ziggurat
108943 | Zig:4    | Noticed a dread lich
108944 | Zig:4    | Killed a dread lich
108945 | Zig:4    | Noticed a dread lich
108948 | Zig:4    | Killed a dread lich
109030 | Zig:4    | Acquired 548 gold pieces
109031 | Zig:4    | Acquired 925 gold pieces
109051 | Zig:5    | Entered Level 5 of a ziggurat
109108 | Zig:5    | Identified the +8 flail "Killer Klown's Bane" {flame,
                  | +Blink rElec Str-4 Dex+3}
109212 | Zig:6    | Entered Level 6 of a ziggurat
109385 | Zig:6    | Identified the +5 shortbow "Uta Wiol" {drain, +Blink rC-
                  | Will+}
109414 | Zig:7    | Entered Level 7 of a ziggurat
109543 | Zig:7    | Identified the staff of earth "Nim Aloi" {Dex+4}
109546 | Zig:7    | Got the Vademecum on Undead Alteration
109548 | Zig:7    | Identified the ring "Hufikel" {Fly Will+}
109554 | Zig:8    | Entered Level 8 of a ziggurat
109744 | Zig:8    | Identified the staff of fire "Meul" {Fragile rF+ rN+ Will+
                  | Int+2}
109747 | Zig:8    | Identified the +2 dagger of a bazaar {venom, Fragile rPois
                  | rC+ Int+3}
109768 | Zig:8    | Identified the +0 chain mail "Diwnaf" {rElec rN+++ Str+2
                  | Dex-2}
109822 | Zig:9    | Entered Level 9 of a ziggurat
109922 | Zig:9    | Identified the staff of poison "Yxkopih" {Fly rPois rC-
                  | Str+4}
110094 | Zig:10   | Entered Level 10 of a ziggurat
110095 | Zig:10   | Noticed an ancient lich
110100 | Zig:10   | Killed an ancient lich
110105 | Zig:10   | Noticed an ancient lich
110106 | Zig:10   | Paralysed by accursed screaming for 1 turns
110109 | Zig:10   | Killed an ancient lich
110302 | Zig:10   | Identified the staff of air "Iwomoan" {rElec rN+}
110303 | Zig:10   | Identified the ring of Buqodd {EV+5 Dex+2 Slay+2}
110304 | Zig:10   | Identified the +4 scale mail "Asuqout" {-Tele rElec Will+++
                  | Int-2}
110354 | Zig:10   | Got the Verses on the Gang and Evil Spells
110388 | Zig:11   | Entered Level 11 of a ziggurat
110448 | Zig:11   | Identified the +1 short sword "Giadoant" {heavy, Will++
                  | Int-2 Dex+3 Stlth+}
110453 | Zig:11   | Identified the +6 long sword of Popular Demand {speed,
                  | Dex+4}
110454 | Zig:11   | Identified the +8 bardiche "Milic" {freeze, *Noise Int+4}
110455 | Zig:11   | Identified the +6 morningstar "Nyasteoh" {flame, Fragile
                  | rN+ Int+5}
110457 | Zig:11   | Identified the +1 chain mail of Moleenay {rElec rF+}
110633 | Zig:11   | Got the Textbook on Foggy Alteration
110658 | Zig:12   | Entered Level 12 of a ziggurat
110864 | Zig:12   | Identified the +3 sling "Voguoq" {freeze, rPois}
110910 | Zig:12   | Identified the +3 scale mail of Dishonour {Str+2 Dex+5}
110924 | Zig:12   | Identified the staff of earth "Reofa" {rElec rC- Int+3}
110971 | Zig:12   | Got the Textbook on Frosty Alteration
111002 | Zig:13   | Entered Level 13 of a ziggurat
111101 | Zig:13   | Identified the +3 hand axe of Tomorrow {freeze, rElec
                  | Int+3}
111106 | Zig:13   | Identified the ring "Ineemyal" {Str+3 Int+6}
111107 | Zig:13   | Identified the +0 scale mail of the Spheres {Will+ Str+2
                  | Int+3}
111110 | Zig:13   | Identified the staff of death "Goeso" {rPois rN+ Dex+2}
111115 | Zig:13   | Identified the +10 short sword of Lust {freeze, rF- rC+
                  | Int+3 Stlth+}
111120 | Zig:13   | Identified the +3 war axe of the Ancients {freeze, rN+
                  | Str+5 Dex+4}
111385 | Zig:14   | Entered Level 14 of a ziggurat
111638 | Zig:14   | Identified the +1 robe of the Known World {rF+}
111640 | Zig:14   | Got the Papyrus of the Mortuary
111655 | Zig:14   | Got the Spellbook of Hyperbolic Hexes
111659 | Zig:14   | Got the Folio of Cunning Command
111666 | Zig:14   | Identified the +0 buckler "Adisis" {rF- rC+ SInv}
111672 | Zig:14   | Identified the +6 war axe of the Wheel {venom, Str+2 Int+3
                  | SInv}
111685 | Zig:14   | Identified the +7 shortbow of Charmed Duty {elec, rPois
                  | rCorr Int+3}
111708 | Zig:14   | Identified the +0 troll leather armour of Broken Taboos
                  | {Regen+ rCorr Dex+5}
111726 | Zig:15   | Entered Level 15 of a ziggurat
111991 | Zig:15   | Identified the +2 leather armour of Detuhuxu {Dex+5}
112001 | Zig:15   | Identified the -1 buckler "Guaviycrow" {rPois Str+3 Int+3}
112015 | Zig:15   | Identified the staff of cold "Utroqel" {rPois rC+ rCorr
                  | Str-4}
112044 | Zig:15   | Identified the +5 spear of the Real Monster {distort,
                  | Contam rPois Dex+3}
112057 | Zig:15   | Identified the +1 leather armour of Yesterday {Str+5}
112081 | Zig:16   | Entered Level 16 of a ziggurat
112088 | Zig:16   | Noticed a dread lich
112089 | Zig:16   | Noticed a dread lich
112089 | Zig:16   | Noticed a dread lich
112090 | Zig:16   | Noticed a dread lich
112090 | Zig:16   | Noticed an ancient lich
112091 | Zig:16   | Killed a dread lich
112091 | Zig:16   | Killed a dread lich
112091 | Zig:16   | Killed an ancient lich
112091 | Zig:16   | Killed a dread lich
112091 | Zig:16   | Noticed a dread lich
112092 | Zig:16   | Noticed a dread lich
112093 | Zig:16   | Noticed a dread lich
112093 | Zig:16   | Noticed a dread lich
112094 | Zig:16   | Killed a dread lich
112094 | Zig:16   | Killed a dread lich
112094 | Zig:16   | Killed a dread lich
112094 | Zig:16   | Killed a dread lich
112094 | Zig:16   | Killed a dread lich
112095 | Zig:16   | Noticed an ancient lich
112095 | Zig:16   | Noticed a dread lich
112096 | Zig:16   | Noticed a dread lich
112097 | Zig:16   | Killed an ancient lich
112097 | Zig:16   | Killed a dread lich
112097 | Zig:16   | Killed a dread lich
112101 | Zig:16   | Noticed an ancient lich
112103 | Zig:16   | Killed an ancient lich
112305 | Zig:16   | Identified the +8 great mace "Odym" {freeze, Fly MP+9 Str+4
                  | Int-4}
112313 | Zig:16   | Identified the +0 robe of Sunlight {Slay+2}
112349 | Zig:16   | Identified the +3 rapier of Classification {flame, Int+5}
112357 | Zig:16   | Identified the ring of Koin Pia {rCorr Dex+7}
112359 | Zig:16   | Identified the +0 ring mail of Uhetirug {rC+ Will- Regen+
                  | Str+7}
112360 | Zig:16   | Identified the staff of poison "Gaebbiny" {rElec rPois rN+
                  | Dex-5}
112361 | Zig:16   | Identified the amulet "Uwaupp" {Reflect *Corrode rPois rF++
                  | Regen+ SH+5}
112364 | Zig:16   | Identified the +6 bardiche "Jeolur" {elec, Dex+4}
112369 | Zig:16   | Identified the ring "Ogipsy Yffe" {Fly rPois}
112384 | Zig:16   | Identified the +7 trident of Corporal Punishment {drain,
                  | Drain rC+ rN++}
112511 | Zig:17   | Entered Level 17 of a ziggurat
112517 | Zig:17   | Noticed a caustic shrike
112517 | Zig:17   | Noticed a caustic shrike
112517 | Zig:17   | Noticed a caustic shrike
112518 | Zig:17   | Noticed a caustic shrike
112518 | Zig:17   | Noticed a caustic shrike
112518 | Zig:17   | Noticed a caustic shrike
112518 | Zig:17   | Noticed a caustic shrike
112518 | Zig:17   | Noticed a caustic shrike
112519 | Zig:17   | Noticed a caustic shrike
112519 | Zig:17   | Noticed a caustic shrike
112519 | Zig:17   | Noticed a caustic shrike
112519 | Zig:17   | Noticed a caustic shrike
112520 | Zig:17   | Noticed a caustic shrike
112520 | Zig:17   | Noticed a caustic shrike
112520 | Zig:17   | Noticed a caustic shrike
112520 | Zig:17   | Noticed a caustic shrike
112520 | Zig:17   | Noticed a caustic shrike
112520 | Zig:17   | Noticed a caustic shrike
112521 | Zig:17   | Noticed a caustic shrike
112522 | Zig:17   | Noticed a caustic shrike
112522 | Zig:17   | Noticed a caustic shrike
112522 | Zig:17   | Noticed a caustic shrike
112522 | Zig:17   | Noticed a caustic shrike
112522 | Zig:17   | Killed a caustic shrike
112522 | Zig:17   | Noticed a caustic shrike
112522 | Zig:17   | Noticed a caustic shrike
112523 | Zig:17   | Noticed a caustic shrike
112523 | Zig:17   | Noticed a caustic shrike
112523 | Zig:17   | Killed a caustic shrike
112523 | Zig:17   | Killed a caustic shrike
112523 | Zig:17   | Killed a caustic shrike
112523 | Zig:17   | Killed a caustic shrike
112523 | Zig:17   | Killed a caustic shrike
112523 | Zig:17   | Killed a caustic shrike
112523 | Zig:17   | Killed a caustic shrike
112523 | Zig:17   | Noticed a caustic shrike
112524 | Zig:17   | Killed a caustic shrike
112524 | Zig:17   | Killed a caustic shrike
112524 | Zig:17   | Killed a caustic shrike
112524 | Zig:17   | Killed a caustic shrike
112524 | Zig:17   | Killed a caustic shrike
112524 | Zig:17   | Noticed a caustic shrike
112525 | Zig:17   | Noticed a caustic shrike
112525 | Zig:17   | Killed a caustic shrike
112525 | Zig:17   | Killed a caustic shrike
112525 | Zig:17   | Killed a caustic shrike
112525 | Zig:17   | Killed a caustic shrike
112525 | Zig:17   | Killed a caustic shrike
112525 | Zig:17   | Killed a caustic shrike
112525 | Zig:17   | Killed a caustic shrike
112525 | Zig:17   | Killed a caustic shrike
112525 | Zig:17   | Killed a caustic shrike
112525 | Zig:17   | Killed a caustic shrike
112525 | Zig:17   | Killed a caustic shrike
112525 | Zig:17   | Killed a caustic shrike
112525 | Zig:17   | Noticed a caustic shrike
112525 | Zig:17   | Noticed a caustic shrike
112525 | Zig:17   | Noticed a caustic shrike
112526 | Zig:17   | Noticed a caustic shrike
112526 | Zig:17   | Killed a caustic shrike
112526 | Zig:17   | Killed a caustic shrike
112527 | Zig:17   | Noticed a caustic shrike
112527 | Zig:17   | Killed a caustic shrike
112527 | Zig:17   | Noticed a caustic shrike
112527 | Zig:17   | Noticed a caustic shrike
112527 | Zig:17   | Noticed a caustic shrike
112528 | Zig:17   | Killed a caustic shrike
112528 | Zig:17   | Killed a caustic shrike
112528 | Zig:17   | Killed a caustic shrike
112528 | Zig:17   | Killed a caustic shrike
112528 | Zig:17   | Killed a caustic shrike
112528 | Zig:17   | Killed a caustic shrike
112530 | Zig:17   | Noticed a caustic shrike
112530 | Zig:17   | Killed a caustic shrike
112530 | Zig:17   | Killed a caustic shrike
112530 | Zig:17   | Killed a caustic shrike
112530 | Zig:17   | Killed a caustic shrike
112530 | Zig:17   | Noticed a caustic shrike
112533 | Zig:17   | Killed a caustic shrike
112534 | Zig:17   | Killed a caustic shrike
112649 | Zig:17   | Identified the +0 ring mail "Deutouz" {rC+}
112658 | Zig:17   | Identified the ring of the Trilobite {*Slow rC++ rCorr
                  | Dex+3}
112661 | Zig:17   | Identified the +10 rapier "Sugraklo" {freeze, *Noise rC+++
                  | rN+ Stlth-}
112687 | Zig:17   | Identified the +2 arbalest of the Key {heavy, rC+ Will+}
112699 | Zig:17   | Identified the staff of conjuration "Fiefa" {rC+ Int+3}
112701 | Zig:17   | Identified the ring of Welaoxuep {rCorr Str+5}
112710 | Zig:17   | Identified the staff of death "Arazagg" {rN+ Str+2 Int+2}
112934 | Zig:17   | Got the Spellbook of the Shocking Sphinx
112970 | Zig:17   | Got the Quarto of Location
113001 | Zig:18   | Entered Level 18 of a ziggurat
113007 | Zig:18   | Noticed Dunyguola the pandemonium lord
113008 | Zig:18   | Noticed a Killer Klown
113008 | Zig:18   | Noticed Netyuluz the pandemonium lord
113008 | Zig:18   | Noticed a Killer Klown
113008 | Zig:18   | Noticed a Killer Klown
113008 | Zig:18   | Noticed Woestriun the pandemonium lord
113009 | Zig:18   | Noticed Daityam the pandemonium lord
113009 | Zig:18   | Noticed Hemadeoclitz the pandemonium lord
113009 | Zig:18   | Noticed a Killer Klown
113009 | Zig:18   | Noticed Lilecej the pandemonium lord
113010 | Zig:18   | Killed Woestriun the pandemonium lord
113010 | Zig:18   | Noticed Vegaeken the pandemonium lord
113010 | Zig:18   | Noticed Ceexet the pandemonium lord
113010 | Zig:18   | Noticed a Killer Klown
113010 | Zig:18   | Noticed Qiehuosa the pandemonium lord
113011 | Zig:18   | Noticed a Killer Klown
113011 | Zig:18   | Noticed Neasakum the pandemonium lord
113011 | Zig:18   | Noticed Ebufial the pandemonium lord
113011 | Zig:18   | Noticed Goluutol the pandemonium lord
113012 | Zig:18   | Noticed Vyfiff the pandemonium lord
113012 | Zig:18   | Killed a Killer Klown
113012 | Zig:18   | Killed a Killer Klown
113012 | Zig:18   | Killed a Killer Klown
113012 | Zig:18   | Killed Daityam the pandemonium lord
113012 | Zig:18   | Noticed Bootut the pandemonium lord
113012 | Zig:18   | Noticed Ickasongyo the pandemonium lord
113012 | Zig:18   | Noticed Exaesm the pandemonium lord
113012 | Zig:18   | Noticed Remoterph the pandemonium lord
113012 | Zig:18   | Noticed Paugo the pandemonium lord
113013 | Zig:18   | Killed a Killer Klown
113013 | Zig:18   | Killed a Killer Klown
113013 | Zig:18   | Killed Qiehuosa the pandemonium lord
113013 | Zig:18   | Killed Bootut the pandemonium lord
113013 | Zig:18   | Killed Vyfiff the pandemonium lord
113013 | Zig:18   | Killed Ebufial the pandemonium lord
113013 | Zig:18   | Noticed Heitif the pandemonium lord
113013 | Zig:18   | Noticed Titei the pandemonium lord
113013 | Zig:18   | Noticed Edit the pandemonium lord
113013 | Zig:18   | Noticed Kech the pandemonium lord
113014 | Zig:18   | Noticed Itsar the pandemonium lord
113014 | Zig:18   | Noticed a Killer Klown
113014 | Zig:18   | Noticed Cuqoh the pandemonium lord
113014 | Zig:18   | Noticed Wixaack the pandemonium lord
113014 | Zig:18   | Noticed Udghapn the pandemonium lord
113014 | Zig:18   | Killed Hemadeoclitz the pandemonium lord
113015 | Zig:18   | Noticed Baisetei the pandemonium lord
113015 | Zig:18   | Killed Netyuluz the pandemonium lord
113015 | Zig:18   | Killed Paugo the pandemonium lord
113015 | Zig:18   | Noticed Xauffox the pandemonium lord
113015 | Zig:18   | Noticed Vuad the pandemonium lord
113015 | Zig:18   | Noticed Buzedod the pandemonium lord
113016 | Zig:18   | Killed Lilecej the pandemonium lord
113016 | Zig:18   | Killed Ceexet the pandemonium lord
113016 | Zig:18   | Killed Exaesm the pandemonium lord
113016 | Zig:18   | Killed Dunyguola the pandemonium lord
113016 | Zig:18   | Killed a Killer Klown
113017 | Zig:18   | Noticed Imoraim the pandemonium lord
113017 | Zig:18   | Noticed Lesiyddiy the pandemonium lord
113017 | Zig:18   | Noticed a Killer Klown
113017 | Zig:18   | Noticed Moleheam the pandemonium lord
113017 | Zig:18   | Noticed Zyogydio the pandemonium lord
113017 | Zig:18   | Noticed a Killer Klown
113017 | Zig:18   | Killed Neasakum the pandemonium lord
113017 | Zig:18   | Killed Vegaeken the pandemonium lord
113017 | Zig:18   | Noticed Ritezux the pandemonium lord
113017 | Zig:18   | Noticed Feumpekh the pandemonium lord
113017 | Zig:18   | Noticed a Killer Klown
113017 | Zig:18   | Noticed Kimotz the pandemonium lord
113018 | Zig:18   | Noticed Lualug the pandemonium lord
113018 | Zig:18   | Noticed Wolym the pandemonium lord
113018 | Zig:18   | Killed Ickasongyo the pandemonium lord
113018 | Zig:18   | Killed Edit the pandemonium lord
113018 | Zig:18   | Killed Wixaack the pandemonium lord
113018 | Zig:18   | Killed Cuqoh the pandemonium lord
113018 | Zig:18   | Killed Remoterph the pandemonium lord
113018 | Zig:18   | Killed Kech the pandemonium lord
113018 | Zig:18   | Killed Baisetei the pandemonium lord
113018 | Zig:18   | Killed a Killer Klown
113018 | Zig:18   | Noticed a Killer Klown
113018 | Zig:18   | Noticed Tomo the pandemonium lord
113018 | Zig:18   | Noticed Keynt the pandemonium lord
113019 | Zig:18   | Killed Vuad the pandemonium lord
113019 | Zig:18   | Killed Heitif the pandemonium lord
113019 | Zig:18   | Killed a Killer Klown
113019 | Zig:18   | Killed a Killer Klown
113019 | Zig:18   | Killed Itsar the pandemonium lord
113019 | Zig:18   | Killed Titei the pandemonium lord
113020 | Zig:18   | Killed Xauffox the pandemonium lord
113020 | Zig:18   | Killed Wolym the pandemonium lord
113020 | Zig:18   | Killed Ritezux the pandemonium lord
113020 | Zig:18   | Killed Goluutol the pandemonium lord
113020 | Zig:18   | Killed Imoraim the pandemonium lord
113020 | Zig:18   | Killed Udghapn the pandemonium lord
113020 | Zig:18   | Killed a Killer Klown
113020 | Zig:18   | Noticed a Killer Klown
113021 | Zig:18   | Noticed Vetaojupt the pandemonium lord
113021 | Zig:18   | Noticed Suemac the pandemonium lord
113021 | Zig:18   | Noticed Qalloaj the pandemonium lord
113021 | Zig:18   | Noticed Kuoruut the pandemonium lord
113021 | Zig:18   | Noticed Isuifan the pandemonium lord
113021 | Zig:18   | Noticed Owyv the pandemonium lord
113021 | Zig:18   | Noticed Paiserih the pandemonium lord
113021 | Zig:18   | Noticed a Killer Klown
113021 | Zig:18   | Noticed Foch the pandemonium lord
113022 | Zig:18   | Killed a Killer Klown
113022 | Zig:18   | Killed Moleheam the pandemonium lord
113022 | Zig:18   | Killed Tomo the pandemonium lord
113022 | Zig:18   | Killed Zyogydio the pandemonium lord
113022 | Zig:18   | Killed Kimotz the pandemonium lord
113022 | Zig:18   | Killed a Killer Klown
113022 | Zig:18   | Noticed a Killer Klown
113022 | Zig:18   | Killed a Killer Klown
113023 | Zig:18   | Noticed Xekhlit the pandemonium lord
113023 | Zig:18   | Noticed Beod the pandemonium lord
113023 | Zig:18   | Killed Foch the pandemonium lord
113023 | Zig:18   | Killed Feumpekh the pandemonium lord
113023 | Zig:18   | Killed Buzedod the pandemonium lord
113023 | Zig:18   | Killed Lualug the pandemonium lord
113023 | Zig:18   | Killed Keynt the pandemonium lord
113023 | Zig:18   | Killed Lesiyddiy the pandemonium lord
113023 | Zig:18   | Killed Owyv the pandemonium lord
113023 | Zig:18   | Noticed Kocliag the pandemonium lord
113023 | Zig:18   | Noticed Samp the pandemonium lord
113024 | Zig:18   | Killed Xekhlit the pandemonium lord
113024 | Zig:18   | Killed Beod the pandemonium lord
113024 | Zig:18   | Killed Paiserih the pandemonium lord
113024 | Zig:18   | Noticed a Killer Klown
113024 | Zig:18   | Noticed Ging the pandemonium lord
113025 | Zig:18   | Noticed Avaypheboxt the pandemonium lord
113025 | Zig:18   | Killed Qalloaj the pandemonium lord
113025 | Zig:18   | Killed Kuoruut the pandemonium lord
113025 | Zig:18   | Killed Isuifan the pandemonium lord
113025 | Zig:18   | Killed Samp the pandemonium lord
113025 | Zig:18   | Killed Kocliag the pandemonium lord
113025 | Zig:18   | Killed a Killer Klown
113025 | Zig:18   | Noticed Jurringotann the pandemonium lord
113025 | Zig:18   | Noticed a Killer Klown
113025 | Zig:18   | Noticed a Killer Klown
113026 | Zig:18   | Noticed Maddaed the pandemonium lord
113027 | Zig:18   | Noticed a Killer Klown
113027 | Zig:18   | Noticed Gosytust the pandemonium lord
113028 | Zig:18   | Noticed a Killer Klown
113028 | Zig:18   | Noticed Lyus the pandemonium lord
113028 | Zig:18   | Noticed a Killer Klown
113028 | Zig:18   | Noticed Nasedgh the pandemonium lord
113028 | Zig:18   | Noticed Redaisoa the pandemonium lord
113028 | Zig:18   | Noticed Puruv the pandemonium lord
113028 | Zig:18   | Noticed Imuhoczo the pandemonium lord
113028 | Zig:18   | Noticed Hurocew the pandemonium lord
113030 | Zig:18   | Noticed Loarph the pandemonium lord
113031 | Zig:18   | Noticed Nengyiqa the pandemonium lord
113031 | Zig:18   | Noticed a Killer Klown
113031 | Zig:18   | Noticed Leujimas the pandemonium lord
113031 | Zig:18   | Killed Vetaojupt the pandemonium lord
113031 | Zig:18   | Killed a Killer Klown
113031 | Zig:18   | Killed Ging the pandemonium lord
113032 | Zig:18   | Killed Jurringotann the pandemonium lord
113032 | Zig:18   | Killed Suemac the pandemonium lord
113032 | Zig:18   | Killed a Killer Klown
113032 | Zig:18   | Killed Avaypheboxt the pandemonium lord
113032 | Zig:18   | Killed a Killer Klown
113032 | Zig:18   | Killed a Killer Klown
113032 | Zig:18   | Killed Loarph the pandemonium lord
113032 | Zig:18   | Killed Gosytust the pandemonium lord
113032 | Zig:18   | Noticed Wehif the pandemonium lord
113032 | Zig:18   | Noticed Inolaf the pandemonium lord
113032 | Zig:18   | Noticed a Killer Klown
113033 | Zig:18   | Noticed a Killer Klown
113033 | Zig:18   | Noticed Ongo the pandemonium lord
113035 | Zig:18   | Killed Leujimas the pandemonium lord
113035 | Zig:18   | Killed a Killer Klown
113035 | Zig:18   | Killed Nasedgh the pandemonium lord
113035 | Zig:18   | Killed Hurocew the pandemonium lord
113035 | Zig:18   | Killed Puruv the pandemonium lord
113035 | Zig:18   | Killed Nengyiqa the pandemonium lord
113035 | Zig:18   | Killed Ongo the pandemonium lord
113035 | Zig:18   | Killed a Killer Klown
113036 | Zig:18   | Killed Redaisoa the pandemonium lord
113036 | Zig:18   | Killed a Killer Klown
113036 | Zig:18   | Killed Wehif the pandemonium lord
113036 | Zig:18   | Killed Lyus the pandemonium lord
113036 | Zig:18   | Killed a Killer Klown
113037 | Zig:18   | Killed Inolaf the pandemonium lord
113037 | Zig:18   | Killed Imuhoczo the pandemonium lord
113037 | Zig:18   | Killed a Killer Klown
113037 | Zig:18   | Noticed a Killer Klown
113041 | Zig:18   | Killed a Killer Klown
113043 | Zig:18   | Killed Maddaed the pandemonium lord
113045 | Zig:18   | Noticed Fuxol the pandemonium lord
113046 | Zig:18   | Noticed Qiheipal the pandemonium lord
113048 | Zig:18   | Killed Fuxol the pandemonium lord
113051 | Zig:18   | Killed Qiheipal the pandemonium lord
113300 | Zig:18   | Identified the amulet "Xiopnah" {Acrobat Rampage rCorr
                  | Str-3 Dex+3}
113331 | Zig:18   | Identified the amulet of Zin's Felicitations {Reflect SH+5
                  | Stlth+}
113340 | Zig:18   | Identified the staff of air "Soehod" {rElec Int+3}
113341 | Zig:18   | Identified the +6 hand axe of Terra Nullius {heavy,
                  | *Corrode rPois Dex+7}
113350 | Zig:18   | Identified the +0 chain mail of the Depths {rElec}
113352 | Zig:18   | Identified the ring "Anocs" {rPois Str+6}
113357 | Zig:18   | Identified the staff of fire "Mijaug" {rElec rF+ rCorr
                  | Str+4 SInv}
113358 | Zig:18   | Identified the ring of Uskayaw's Respect {Will+ Int+3}
113370 | Zig:19   | Entered Level 19 of a ziggurat
113379 | Zig:19   | Paralysed by a floating eye for 4 turns
113402 | Zig:19   | Found the ring of the Octopus King
113549 | Zig:19   | Identified the staff of earth "Pintac" {rF++}
113551 | Zig:19   | Identified the +11 longbow of the Globe {speed, rElec
                  | Str+2}
113554 | Zig:19   | Identified the +5 plate armour "Iczivao" {Contam Str+4
                  | Slay+3}
113555 | Zig:19   | Identified the +0 pair of gloves of Amelioration {Int+4}
113567 | Zig:19   | Identified the staff of conjuration "Moempaj" {rF++ rC-
                  | MP+9}
113581 | Zig:19   | Identified the staff of cold "Urhel" {rC+ Dex+6}
113587 | Zig:19   | Identified a ring of the Octopus King {Fly HP+2 AC+2 EV+2
                  | SH+2}
113591 | Zig:19   | Identified the staff of fire "Hoijedgh" {rF+ Str+2 Int+5}
113746 | Zig:19   | Identified the staff of death "Waorghaa" {Fly rN+ MP+9}
113827 | Zig:19   | Got Quto's Vellum of Voltage
113854 | Zig:19   | Got the Disquisition on the Tesseract
113888 | Zig:20   | Entered Level 20 of a ziggurat
113900 | Zig:20   | Noticed an ancient lich
113901 | Zig:20   | Killed an ancient lich
113903 | Zig:20   | Noticed an ancient lich
113907 | Zig:20   | Killed an ancient lich
113909 | Zig:20   | Noticed a dread lich
113909 | Zig:20   | Noticed a dread lich
113910 | Zig:20   | Killed a dread lich
113912 | Zig:20   | Killed a dread lich
113915 | Zig:20   | Noticed a dread lich
113916 | Zig:20   | Noticed a dread lich
113917 | Zig:20   | Killed a dread lich
113917 | Zig:20   | Killed a dread lich
114185 | Zig:20   | Identified the +3 scale mail "Joesu" {Str+4}
114336 | Zig:20   | Acquired 763 gold pieces
114337 | Zig:20   | Acquired 887 gold pieces
114338 | Zig:20   | Acquired 1185 gold pieces
114349 | Zig:20   | Got the Information on Enchantment and Striking
114362 | Zig:20   | Got the Textbook on Transportation
114374 | Zig:21   | Entered Level 21 of a ziggurat
114504 | Zig:21   | Found the +2 cloak of the Thief {*Fog Slay-2 SInv Stlth+}
114524 | Zig:21   | Identified the ring "Doodugh" {rC+ Dex+6}
114530 | Zig:21   | Identified the +1 battleaxe of Wamy {venom, +Blink Int-3
                  | Dex+3}
114532 | Zig:21   | Identified the ring of Voprimonn {Fire Int+3 Dex+3}
114533 | Zig:21   | Identified the +6 scimitar "Vayttol" {heavy, Int-2 Dex+4
                  | Stlth+}
115006 | Zig:21   | Identified the +1 scale mail of the Imp {Fly rPois Dex+4}
115107 | Zig:22   | Entered Level 22 of a ziggurat
115115 | Zig:22   | Noticed Olysafafi the pandemonium lord
115116 | Zig:22   | Noticed Mezyrowipp the pandemonium lord
115116 | Zig:22   | Noticed Huryun the pandemonium lord
115117 | Zig:22   | Killed Olysafafi the pandemonium lord
115118 | Zig:22   | Noticed a Killer Klown
115118 | Zig:22   | Noticed Gomup the pandemonium lord
115118 | Zig:22   | Noticed a Killer Klown
115118 | Zig:22   | Noticed Baggaaro the pandemonium lord
115118 | Zig:22   | Noticed a Killer Klown
115118 | Zig:22   | Noticed Wigath the pandemonium lord
115118 | Zig:22   | Noticed a caustic shrike
115119 | Zig:22   | Killed Huryun the pandemonium lord
115119 | Zig:22   | Killed a Killer Klown
115119 | Zig:22   | Noticed Nacveic the pandemonium lord
115119 | Zig:22   | Noticed a Killer Klown
115119 | Zig:22   | Noticed a Killer Klown
115119 | Zig:22   | Noticed Mufygg Cunu the pandemonium lord
115119 | Zig:22   | Noticed Baicy the pandemonium lord
115120 | Zig:22   | Noticed Necemm the pandemonium lord
115120 | Zig:22   | Killed a Killer Klown
115120 | Zig:22   | Killed a Killer Klown
115120 | Zig:22   | Killed a Killer Klown
115120 | Zig:22   | Killed Mezyrowipp the pandemonium lord
115121 | Zig:22   | Noticed Ronlait the pandemonium lord
115122 | Zig:22   | Killed a caustic shrike
115122 | Zig:22   | Killed Baicy the pandemonium lord
115122 | Zig:22   | Killed Mufygg Cunu the pandemonium lord
115122 | Zig:22   | Killed Baggaaro the pandemonium lord
115122 | Zig:22   | Noticed Hawuem the pandemonium lord
115122 | Zig:22   | Noticed a Killer Klown
115122 | Zig:22   | Noticed a Killer Klown
115122 | Zig:22   | Noticed a Killer Klown
115123 | Zig:22   | Noticed a Killer Klown
115123 | Zig:22   | Noticed Neckuan the pandemonium lord
115123 | Zig:22   | Noticed a Killer Klown
115124 | Zig:22   | Noticed Fohanol the pandemonium lord
115124 | Zig:22   | Killed a Killer Klown
115124 | Zig:22   | Killed Necemm the pandemonium lord
115124 | Zig:22   | Noticed Xaedwir the pandemonium lord
115125 | Zig:22   | Noticed Lyomyg the pandemonium lord
115125 | Zig:22   | Killed Nacveic the pandemonium lord
115125 | Zig:22   | Killed Wigath the pandemonium lord
115125 | Zig:22   | Killed Gomup the pandemonium lord
115125 | Zig:22   | Killed a Killer Klown
115125 | Zig:22   | Killed a Killer Klown
115125 | Zig:22   | Noticed Boemic the pandemonium lord
115125 | Zig:22   | Noticed a Killer Klown
115126 | Zig:22   | Noticed a Killer Klown
115126 | Zig:22   | Noticed a Killer Klown
115126 | Zig:22   | Noticed Geajaol the pandemonium lord
115126 | Zig:22   | Noticed a Killer Klown
115126 | Zig:22   | Noticed a Killer Klown
115126 | Zig:22   | Noticed Uhomua the pandemonium lord
115126 | Zig:22   | Noticed Yranlun the pandemonium lord
115126 | Zig:22   | Noticed Zuuxton the pandemonium lord
115126 | Zig:22   | Noticed Qupatol the pandemonium lord
115126 | Zig:22   | Noticed Moybia the pandemonium lord
115127 | Zig:22   | Killed Neckuan the pandemonium lord
115127 | Zig:22   | Killed a Killer Klown
115127 | Zig:22   | Killed Ronlait the pandemonium lord
115127 | Zig:22   | Noticed Luorghecw the pandemonium lord
115127 | Zig:22   | Noticed a Killer Klown
115128 | Zig:22   | Killed Hawuem the pandemonium lord
115128 | Zig:22   | Killed a Killer Klown
115128 | Zig:22   | Killed a Killer Klown
115128 | Zig:22   | Killed Fohanol the pandemonium lord
115128 | Zig:22   | Killed a Killer Klown
115128 | Zig:22   | Killed Lyomyg the pandemonium lord
115128 | Zig:22   | Killed a Killer Klown
115128 | Zig:22   | Noticed a Killer Klown
115129 | Zig:22   | Killed a Killer Klown
115129 | Zig:22   | Killed Zuuxton the pandemonium lord
115129 | Zig:22   | Killed a Killer Klown
115129 | Zig:22   | Killed a Killer Klown
115129 | Zig:22   | Killed Geajaol the pandemonium lord
115129 | Zig:22   | Killed Yranlun the pandemonium lord
115129 | Zig:22   | Killed Boemic the pandemonium lord
115129 | Zig:22   | Noticed Geuzxec the pandemonium lord
115129 | Zig:22   | Noticed a Killer Klown
115130 | Zig:22   | Noticed Yttam the pandemonium lord
115130 | Zig:22   | Noticed Hutablolie the pandemonium lord
115130 | Zig:22   | Noticed Izxedep the pandemonium lord
115131 | Zig:22   | Noticed Qeps the pandemonium lord
115131 | Zig:22   | Noticed Reinog the pandemonium lord
115131 | Zig:22   | Killed Uhomua the pandemonium lord
115131 | Zig:22   | Noticed Vofas the pandemonium lord
115131 | Zig:22   | Noticed Boex the pandemonium lord
115132 | Zig:22   | Killed Xaedwir the pandemonium lord
115132 | Zig:22   | Killed a Killer Klown
115132 | Zig:22   | Killed Qupatol the pandemonium lord
115132 | Zig:22   | Killed Boex the pandemonium lord
115132 | Zig:22   | Killed a Killer Klown
115132 | Zig:22   | Noticed Geupt the pandemonium lord
115132 | Zig:22   | Noticed Umiehuxewk the pandemonium lord
115132 | Zig:22   | Noticed a Killer Klown
115133 | Zig:22   | Killed Moybia the pandemonium lord
115133 | Zig:22   | Killed a Killer Klown
115133 | Zig:22   | Killed a Killer Klown
115133 | Zig:22   | Killed Reinog the pandemonium lord
115133 | Zig:22   | Killed Izxedep the pandemonium lord
115133 | Zig:22   | Noticed Ywky the pandemonium lord
115133 | Zig:22   | Noticed Coes the pandemonium lord
115133 | Zig:22   | Noticed Meir the pandemonium lord
115134 | Zig:22   | Noticed Kyhe the pandemonium lord
115134 | Zig:22   | Killed Yttam the pandemonium lord
115134 | Zig:22   | Killed Vofas the pandemonium lord
115134 | Zig:22   | Killed Geuzxec the pandemonium lord
115134 | Zig:22   | Killed Coes the pandemonium lord
115134 | Zig:22   | Killed Hutablolie the pandemonium lord
115135 | Zig:22   | Noticed Benyux the pandemonium lord
115136 | Zig:22   | Noticed Elinwed the pandemonium lord
115136 | Zig:22   | Killed Geupt the pandemonium lord
115136 | Zig:22   | Killed Umiehuxewk the pandemonium lord
115136 | Zig:22   | Killed Luorghecw the pandemonium lord
115136 | Zig:22   | Noticed Jytzufe the pandemonium lord
115136 | Zig:22   | Noticed Weliproe the pandemonium lord
115136 | Zig:22   | Noticed Ukkek the pandemonium lord
115137 | Zig:22   | Killed Kyhe the pandemonium lord
115137 | Zig:22   | Killed Qeps the pandemonium lord
115137 | Zig:22   | Killed Ywky the pandemonium lord
115137 | Zig:22   | Killed Meir the pandemonium lord
115137 | Zig:22   | Killed Elinwed the pandemonium lord
115137 | Zig:22   | Noticed a Killer Klown
115137 | Zig:22   | Noticed Lika the pandemonium lord
115138 | Zig:22   | Noticed Retup the pandemonium lord
115138 | Zig:22   | Killed Jytzufe the pandemonium lord
115138 | Zig:22   | Noticed Joliost the pandemonium lord
115138 | Zig:22   | Noticed Oczipin the pandemonium lord
115139 | Zig:22   | Killed Benyux the pandemonium lord
115139 | Zig:22   | Killed Lika the pandemonium lord
115139 | Zig:22   | Killed a Killer Klown
115139 | Zig:22   | Killed Joliost the pandemonium lord
115139 | Zig:22   | Killed Weliproe the pandemonium lord
115139 | Zig:22   | Noticed Liupt the pandemonium lord
115140 | Zig:22   | Noticed Pesaihutt the pandemonium lord
115140 | Zig:22   | Noticed Neomelun the pandemonium lord
115142 | Zig:22   | Noticed Udaraet the pandemonium lord
115142 | Zig:22   | Noticed Baschoem the pandemonium lord
115143 | Zig:22   | Noticed Osozut Ycsu the pandemonium lord
115143 | Zig:22   | Killed Oczipin the pandemonium lord
115143 | Zig:22   | Killed Retup the pandemonium lord
115143 | Zig:22   | Killed Ukkek the pandemonium lord
115144 | Zig:22   | Noticed Duinav the pandemonium lord
115145 | Zig:22   | Noticed Serrekle the pandemonium lord
115145 | Zig:22   | Killed Liupt the pandemonium lord
115145 | Zig:22   | Killed Neomelun the pandemonium lord
115145 | Zig:22   | Killed Pesaihutt the pandemonium lord
115145 | Zig:22   | Noticed a Killer Klown
115145 | Zig:22   | Noticed Jixob the pandemonium lord
115146 | Zig:22   | Noticed Zucu the pandemonium lord
115146 | Zig:22   | Noticed a Killer Klown
115146 | Zig:22   | Noticed Uromi the pandemonium lord
115147 | Zig:22   | Killed a Killer Klown
115147 | Zig:22   | Killed Udaraet the pandemonium lord
115147 | Zig:22   | Noticed Moluekopra the pandemonium lord
115147 | Zig:22   | Noticed Ywastraq the pandemonium lord
115147 | Zig:22   | Noticed a Killer Klown
115148 | Zig:22   | Noticed a Killer Klown
115148 | Zig:22   | Noticed Xodytu the pandemonium lord
115148 | Zig:22   | Killed Serrekle the pandemonium lord
115148 | Zig:22   | Killed Duinav the pandemonium lord
115148 | Zig:22   | Killed a Killer Klown
115148 | Zig:22   | Killed Uromi the pandemonium lord
115148 | Zig:22   | Killed Osozut Ycsu the pandemonium lord
115148 | Zig:22   | Killed Ywastraq the pandemonium lord
115148 | Zig:22   | Killed a Killer Klown
115148 | Zig:22   | Killed a Killer Klown
115148 | Zig:22   | Noticed Voif the pandemonium lord
115148 | Zig:22   | Noticed Ynneirei the pandemonium lord
115148 | Zig:22   | Noticed Pamedumn the pandemonium lord
115149 | Zig:22   | Noticed Plog the pandemonium lord
115149 | Zig:22   | Noticed a Killer Klown
115149 | Zig:22   | Noticed a Killer Klown
115149 | Zig:22   | Noticed Yguw the pandemonium lord
115149 | Zig:22   | Noticed Mifod the pandemonium lord
115149 | Zig:22   | Noticed Tashigha the pandemonium lord
115150 | Zig:22   | Noticed Lilach the pandemonium lord
115150 | Zig:22   | Noticed a Killer Klown
115150 | Zig:22   | Noticed Banelu the pandemonium lord
115150 | Zig:22   | Noticed a Killer Klown
115150 | Zig:22   | Noticed a Killer Klown
115150 | Zig:22   | Noticed Duphops the pandemonium lord
115150 | Zig:22   | Killed Jixob the pandemonium lord
115150 | Zig:22   | Killed Xodytu the pandemonium lord
115150 | Zig:22   | Killed Baschoem the pandemonium lord
115151 | Zig:22   | Killed Zucu the pandemonium lord
115151 | Zig:22   | Killed Moluekopra the pandemonium lord
115151 | Zig:22   | Killed a Killer Klown
115151 | Zig:22   | Killed Voif the pandemonium lord
115151 | Zig:22   | Killed Lilach the pandemonium lord
115151 | Zig:22   | Killed a Killer Klown
115151 | Zig:22   | Killed Tashigha the pandemonium lord
115151 | Zig:22   | Noticed a Killer Klown
115152 | Zig:22   | Noticed Waurphuk the pandemonium lord
115152 | Zig:22   | Killed Pamedumn the pandemonium lord
115152 | Zig:22   | Killed Mifod the pandemonium lord
115152 | Zig:22   | Killed a Killer Klown
115152 | Zig:22   | Killed a Killer Klown
115152 | Zig:22   | Noticed Xame the pandemonium lord
115152 | Zig:22   | Noticed Exkaso the pandemonium lord
115152 | Zig:22   | Noticed Xoefaecy the pandemonium lord
115152 | Zig:22   | Noticed Uffubeat the pandemonium lord
115153 | Zig:22   | Killed Plog the pandemonium lord
115153 | Zig:22   | Killed Ynneirei the pandemonium lord
115153 | Zig:22   | Killed Waurphuk the pandemonium lord
115153 | Zig:22   | Killed a Killer Klown
115153 | Zig:22   | Killed Yguw the pandemonium lord
115153 | Zig:22   | Noticed Tuefiyli the pandemonium lord
115154 | Zig:22   | Noticed Root the pandemonium lord
115154 | Zig:22   | Killed Banelu the pandemonium lord
115154 | Zig:22   | Killed Xoefaecy the pandemonium lord
115154 | Zig:22   | Killed Xame the pandemonium lord
115154 | Zig:22   | Noticed a Killer Klown
115154 | Zig:22   | Noticed Fephud the pandemonium lord
115154 | Zig:22   | Noticed Baybit the pandemonium lord
115155 | Zig:22   | Noticed a Killer Klown
115155 | Zig:22   | Noticed Bibu the pandemonium lord
115155 | Zig:22   | Noticed a Killer Klown
115157 | Zig:22   | Noticed Kypsal the pandemonium lord
115158 | Zig:22   | Killed a Killer Klown
115158 | Zig:22   | Killed Tuefiyli the pandemonium lord
115158 | Zig:22   | Killed Uffubeat the pandemonium lord
115158 | Zig:22   | Killed a Killer Klown
115158 | Zig:22   | Killed Exkaso the pandemonium lord
115158 | Zig:22   | Killed Root the pandemonium lord
115158 | Zig:22   | Noticed Ukhloaf the pandemonium lord
115159 | Zig:22   | Killed Baybit the pandemonium lord
115159 | Zig:22   | Killed Bibu the pandemonium lord
115159 | Zig:22   | Killed a Killer Klown
115159 | Zig:22   | Killed Fephud the pandemonium lord
115159 | Zig:22   | Killed Kypsal the pandemonium lord
115159 | Zig:22   | Killed a Killer Klown
115159 | Zig:22   | Noticed Ziffail the pandemonium lord
115159 | Zig:22   | Noticed Loapametweo the pandemonium lord
115160 | Zig:22   | Noticed Ydetampe the pandemonium lord
115160 | Zig:22   | Noticed Aviqios the pandemonium lord
115162 | Zig:22   | Noticed a Killer Klown
115162 | Zig:22   | Noticed Homijudyst the pandemonium lord
115162 | Zig:22   | Killed Duphops the pandemonium lord
115162 | Zig:22   | Killed Ukhloaf the pandemonium lord
115163 | Zig:22   | Killed Loapametweo the pandemonium lord
115164 | Zig:22   | Killed Ydetampe the pandemonium lord
115164 | Zig:22   | Killed a Killer Klown
115164 | Zig:22   | Noticed Kikh the pandemonium lord
115165 | Zig:22   | Killed Ziffail the pandemonium lord
115165 | Zig:22   | Killed Homijudyst the pandemonium lord
115165 | Zig:22   | Killed Aviqios the pandemonium lord
115167 | Zig:22   | Killed Kikh the pandemonium lord
115455 | Zig:22   | Identified the ring of Ratannokh {Drain rC++ Will+ Dex+6}
115469 | Zig:22   | Identified the -2 pair of boots "Vexkaow" {rF+ Regen+}
115488 | Zig:22   | Got the Dissertation on Metamorphic Astrapomancy
115489 | Zig:22   | Identified the ring of Leaves {rPois rF- rN+++}
115490 | Zig:22   | Identified the +1 broad axe "PurpleRed's Doom" {flame,
                  | *Corrode rN++ Str+5}
115491 | Zig:22   | Identified the ring "Ucocsant" {rC+ MP+9 AC+4 Slay-2}
115498 | Zig:22   | Identified the +5 spear of Intense Offence {venom, Str+2}
115502 | Zig:22   | Identified the staff of earth "Pilewk" {Will- Int+6}
115507 | Zig:22   | Identified the amulet of Accord {Reflect +Inv Will+ Dex+2
                  | SH+5 Stlth-}
115517 | Zig:22   | Identified the +3 flail "Maehaa" {elec, Will+ Stlth+}
115533 | Zig:22   | Got Tuthrof's Teachings on the Ground and Assembling
115542 | Zig:22   | Identified the +1 chain mail of the Morning Star {rPois
                  | rN++ Int-4}
115554 | Zig:23   | Entered Level 23 of a ziggurat
115564 | Zig:23   | Identified the +4 tower shield "Luysh" {Rampage rElec
                  | Dex+3}
115629 | Zig:23   | Identified the +0 buckler "Waref" {rPois rF- Regen+ Stlth+}
115793 | Zig:23   | Identified the +6 tower shield "Toimui" {Fly rPois rF- rC+}
                  | (You took it off a daeva on level 23 of a ziggurat)
115995 | Zig:23   | Identified the +4 rapier "Worm's Wrath" {heavy, rElec rPois
                  | Int-5 Dex+3}
116000 | Zig:23   | Identified the +9 plate armour of the Moon {rElec}
116003 | Zig:23   | Identified the +0 pair of boots of Experimentation {Dex+6}
116015 | Zig:23   | Identified the staff of earth "Setiud" {rElec rN+ Int+3
                  | Dex-5}
116045 | Zig:23   | Identified the staff of fire "Hiptuvvo" {Fly rElec rF+
                  | Will+ Str-2}
116088 | Zig:24   | Entered Level 24 of a ziggurat
116096 | Zig:24   | Noticed Hollamapn the pandemonium lord
116097 | Zig:24   | Noticed Bari the pandemonium lord
116097 | Zig:24   | Noticed a Killer Klown
116098 | Zig:24   | Noticed Cudue the pandemonium lord
116099 | Zig:24   | Noticed a Killer Klown
116099 | Zig:24   | Noticed Ecacax the pandemonium lord
116099 | Zig:24   | Noticed Kaaqyh the pandemonium lord
116099 | Zig:24   | Noticed Kiedaath the pandemonium lord
116099 | Zig:24   | Noticed Tirruoma the pandemonium lord
116099 | Zig:24   | Noticed a Killer Klown
116099 | Zig:24   | Noticed Edutuff the pandemonium lord
116100 | Zig:24   | Noticed Qiojaiz the pandemonium lord
116100 | Zig:24   | Killed a Killer Klown
116100 | Zig:24   | Noticed Ykuereuv the pandemonium lord
116100 | Zig:24   | Noticed Rajiwnopp the pandemonium lord
116100 | Zig:24   | Noticed Duptezucri the pandemonium lord
116100 | Zig:24   | Noticed Pyfa the pandemonium lord
116101 | Zig:24   | Killed a Killer Klown
116101 | Zig:24   | Killed Kaaqyh the pandemonium lord
116101 | Zig:24   | Killed Tirruoma the pandemonium lord
116101 | Zig:24   | Killed a Killer Klown
116101 | Zig:24   | Killed Hollamapn the pandemonium lord
116101 | Zig:24   | Noticed Wedofrim the pandemonium lord
116101 | Zig:24   | Noticed Uhakatol the pandemonium lord
116101 | Zig:24   | Noticed a Killer Klown
116101 | Zig:24   | Noticed Ofunt the pandemonium lord
116102 | Zig:24   | Noticed Foefol the pandemonium lord
116102 | Zig:24   | Noticed Zig Lola the pandemonium lord
116102 | Zig:24   | Noticed Xukhlianu the pandemonium lord
116102 | Zig:24   | Noticed Yttos the pandemonium lord
116102 | Zig:24   | Killed Qiojaiz the pandemonium lord
116102 | Zig:24   | Killed Rajiwnopp the pandemonium lord
116102 | Zig:24   | Killed Bari the pandemonium lord
116102 | Zig:24   | Noticed Mohergh the pandemonium lord
116102 | Zig:24   | Noticed Teocel the pandemonium lord
116102 | Zig:24   | Noticed a Killer Klown
116102 | Zig:24   | Noticed Horesit the pandemonium lord
116102 | Zig:24   | Noticed Popelies the pandemonium lord
116102 | Zig:24   | Noticed a Killer Klown
116103 | Zig:24   | Killed Kiedaath the pandemonium lord
116103 | Zig:24   | Killed Foefol the pandemonium lord
116103 | Zig:24   | Killed Yttos the pandemonium lord
116103 | Zig:24   | Killed Zig Lola the pandemonium lord
116103 | Zig:24   | Killed Xukhlianu the pandemonium lord
116103 | Zig:24   | Killed Cudue the pandemonium lord
116104 | Zig:24   | Killed Ykuereuv the pandemonium lord
116104 | Zig:24   | Killed Edutuff the pandemonium lord
116104 | Zig:24   | Killed a Killer Klown
116104 | Zig:24   | Killed Duptezucri the pandemonium lord
116104 | Zig:24   | Noticed a Killer Klown
116104 | Zig:24   | Noticed Orraphia the pandemonium lord
116105 | Zig:24   | Noticed Akuguec the pandemonium lord
116105 | Zig:24   | Noticed Ythreuti the pandemonium lord
116105 | Zig:24   | Noticed Tuasuk the pandemonium lord
116105 | Zig:24   | Noticed Molaas the pandemonium lord
116105 | Zig:24   | Noticed Vaj Emimife the pandemonium lord
116105 | Zig:24   | Noticed Lythetoh the pandemonium lord
116105 | Zig:24   | Killed Uhakatol the pandemonium lord
116105 | Zig:24   | Killed Popelies the pandemonium lord
116105 | Zig:24   | Noticed a Killer Klown
116105 | Zig:24   | Noticed a Killer Klown
116105 | Zig:24   | Noticed Sioligig the pandemonium lord
116106 | Zig:24   | Noticed Taoshaim the pandemonium lord
116106 | Zig:24   | Noticed Waics the pandemonium lord
116106 | Zig:24   | Killed Ecacax the pandemonium lord
116106 | Zig:24   | Killed Horesit the pandemonium lord
116106 | Zig:24   | Killed Pyfa the pandemonium lord
116106 | Zig:24   | Killed Mohergh the pandemonium lord
116106 | Zig:24   | Killed a Killer Klown
116106 | Zig:24   | Killed a Killer Klown
116107 | Zig:24   | Noticed a Killer Klown
116107 | Zig:24   | Noticed Ruaver the pandemonium lord
116107 | Zig:24   | Noticed a Killer Klown
116107 | Zig:24   | Killed Waics the pandemonium lord
116107 | Zig:24   | Killed a Killer Klown
116107 | Zig:24   | Killed Taoshaim the pandemonium lord
116107 | Zig:24   | Killed Teocel the pandemonium lord
116107 | Zig:24   | Noticed Loateah the pandemonium lord
116107 | Zig:24   | Noticed Vitwat the pandemonium lord
116107 | Zig:24   | Noticed a Killer Klown
116107 | Zig:24   | Noticed Adwa the pandemonium lord
116108 | Zig:24   | Killed Ruaver the pandemonium lord
116108 | Zig:24   | Killed Wedofrim the pandemonium lord
116108 | Zig:24   | Killed a Killer Klown
116108 | Zig:24   | Killed a Killer Klown
116108 | Zig:24   | Noticed Ollapuy the pandemonium lord
116109 | Zig:24   | Noticed Butic the pandemonium lord
116109 | Zig:24   | Killed Vaj Emimife the pandemonium lord
116109 | Zig:24   | Killed Ythreuti the pandemonium lord
116109 | Zig:24   | Killed Ofunt the pandemonium lord
116109 | Zig:24   | Killed a Killer Klown
116109 | Zig:24   | Killed Tuasuk the pandemonium lord
116109 | Zig:24   | Killed Molaas the pandemonium lord
116109 | Zig:24   | Noticed Qefi the pandemonium lord
116109 | Zig:24   | Noticed a Killer Klown
116109 | Zig:24   | Noticed Doptops the pandemonium lord
116110 | Zig:24   | Killed a Killer Klown
116110 | Zig:24   | Killed a Killer Klown
116110 | Zig:24   | Killed Orraphia the pandemonium lord
116111 | Zig:24   | Killed Akuguec the pandemonium lord
116111 | Zig:24   | Killed Loateah the pandemonium lord
116111 | Zig:24   | Noticed Uveemor the pandemonium lord
116111 | Zig:24   | Noticed Onauphum the pandemonium lord
116111 | Zig:24   | Noticed Vyiz the pandemonium lord
116112 | Zig:24   | Killed Sioligig the pandemonium lord
116112 | Zig:24   | Killed Lythetoh the pandemonium lord
116112 | Zig:24   | Killed a Killer Klown
116112 | Zig:24   | Noticed Viymn the pandemonium lord
116113 | Zig:24   | Killed Ollapuy the pandemonium lord
116113 | Zig:24   | Killed Vyiz the pandemonium lord
116113 | Zig:24   | Killed Vitwat the pandemonium lord
116113 | Zig:24   | Noticed a Killer Klown
116113 | Zig:24   | Noticed a Killer Klown
116113 | Zig:24   | Noticed a Killer Klown
116113 | Zig:24   | Noticed Engut the pandemonium lord
116113 | Zig:24   | Noticed Danayvu the pandemonium lord
116113 | Zig:24   | Noticed a Killer Klown
116114 | Zig:24   | Noticed Soj Sobaiss the pandemonium lord
116114 | Zig:24   | Killed Butic the pandemonium lord
116114 | Zig:24   | Noticed Atzuyc the pandemonium lord
116114 | Zig:24   | Noticed Leqacwout the pandemonium lord
116114 | Zig:24   | Noticed Bolymaci the pandemonium lord
116115 | Zig:24   | Noticed Pots the pandemonium lord
116115 | Zig:24   | Noticed a Killer Klown
116116 | Zig:24   | Noticed a Killer Klown
116117 | Zig:24   | Noticed Cevvyod the pandemonium lord
116117 | Zig:24   | Noticed Yllanufu the pandemonium lord
116117 | Zig:24   | Noticed a Killer Klown
116118 | Zig:24   | Killed Qefi the pandemonium lord
116118 | Zig:24   | Killed Doptops the pandemonium lord
116118 | Zig:24   | Killed a Killer Klown
116118 | Zig:24   | Killed a Killer Klown
116118 | Zig:24   | Killed Uveemor the pandemonium lord
116118 | Zig:24   | Noticed Nuusomid the pandemonium lord
116118 | Zig:24   | Noticed a Killer Klown
116119 | Zig:24   | Noticed Mankaog the pandemonium lord
116119 | Zig:24   | Noticed Nabreich the pandemonium lord
116119 | Zig:24   | Noticed Qewavasha the pandemonium lord
116119 | Zig:24   | Noticed a Killer Klown
116119 | Zig:24   | Noticed Acen Ynoplew the pandemonium lord
116119 | Zig:24   | Killed a Killer Klown
116120 | Zig:24   | Noticed Niopoi the pandemonium lord
116120 | Zig:24   | Noticed Tooschifa the pandemonium lord
116120 | Zig:24   | Killed Bolymaci the pandemonium lord
116120 | Zig:24   | Killed Pots the pandemonium lord
116120 | Zig:24   | Killed Danayvu the pandemonium lord
116120 | Zig:24   | Killed a Killer Klown
116120 | Zig:24   | Killed a Killer Klown
116120 | Zig:24   | Noticed Xemox the pandemonium lord
116121 | Zig:24   | Noticed Qaytrere the pandemonium lord
116121 | Zig:24   | Noticed Biurefiq the pandemonium lord
116121 | Zig:24   | Noticed Jud Awkanois the pandemonium lord
116122 | Zig:24   | Killed Nuusomid the pandemonium lord
116122 | Zig:24   | Killed Nabreich the pandemonium lord
116122 | Zig:24   | Killed Qewavasha the pandemonium lord
116122 | Zig:24   | Killed a Killer Klown
116122 | Zig:24   | Killed Cevvyod the pandemonium lord
116122 | Zig:24   | Killed a Killer Klown
116122 | Zig:24   | Killed Onauphum the pandemonium lord
116122 | Zig:24   | Killed Adwa the pandemonium lord
116122 | Zig:24   | Killed Tooschifa the pandemonium lord
116122 | Zig:24   | Noticed a Killer Klown
116123 | Zig:24   | Killed Engut the pandemonium lord
116123 | Zig:24   | Killed a Killer Klown
116123 | Zig:24   | Killed Qaytrere the pandemonium lord
116123 | Zig:24   | Killed Acen Ynoplew the pandemonium lord
116123 | Zig:24   | Killed a Killer Klown
116123 | Zig:24   | Killed Mankaog the pandemonium lord
116123 | Zig:24   | Killed Xemox the pandemonium lord
116123 | Zig:24   | Killed Yllanufu the pandemonium lord
116123 | Zig:24   | Noticed Ceffa the pandemonium lord
116123 | Zig:24   | Noticed Geujekk the pandemonium lord
116123 | Zig:24   | Noticed Hafrosyx the pandemonium lord
116123 | Zig:24   | Noticed Cidag the pandemonium lord
116124 | Zig:24   | Killed Niopoi the pandemonium lord
116124 | Zig:24   | Noticed Ofuidakhlaa the pandemonium lord
116125 | Zig:24   | Noticed Kobodd the pandemonium lord
116125 | Zig:24   | Noticed a Killer Klown
116126 | Zig:24   | Noticed Ogoinudeabe the pandemonium lord
116126 | Zig:24   | Noticed Ofan the pandemonium lord
116127 | Zig:24   | Noticed Kaep the pandemonium lord
116127 | Zig:24   | Noticed Dutetol the pandemonium lord
116127 | Zig:24   | Noticed Usuet the pandemonium lord
116127 | Zig:24   | Noticed a Killer Klown
116127 | Zig:24   | Noticed Leuhusm the pandemonium lord
116127 | Zig:24   | Killed Dutetol the pandemonium lord
116127 | Zig:24   | Killed Hafrosyx the pandemonium lord
116127 | Zig:24   | Killed Ceffa the pandemonium lord
116127 | Zig:24   | Killed a Killer Klown
116127 | Zig:24   | Killed Jud Awkanois the pandemonium lord
116127 | Zig:24   | Killed a Killer Klown
116127 | Zig:24   | Noticed Hekkiam the pandemonium lord
116127 | Zig:24   | Noticed Geddaappa the pandemonium lord
116128 | Zig:24   | Noticed Ediducha the pandemonium lord
116128 | Zig:24   | Noticed Liriw the pandemonium lord
116128 | Zig:24   | Killed Usuet the pandemonium lord
116128 | Zig:24   | Killed Cidag the pandemonium lord
116128 | Zig:24   | Killed Leqacwout the pandemonium lord
116128 | Zig:24   | Killed Biurefiq the pandemonium lord
116128 | Zig:24   | Noticed Ixef the pandemonium lord
116129 | Zig:24   | Noticed Cykung the pandemonium lord
116129 | Zig:24   | Noticed Vareu the pandemonium lord
116131 | Zig:24   | Noticed Ruaqes the pandemonium lord
116135 | Zig:24   | Noticed Aveenesk the pandemonium lord
116136 | Zig:24   | Killed Ediducha the pandemonium lord
116136 | Zig:24   | Killed Leuhusm the pandemonium lord
116136 | Zig:24   | Killed Viymn the pandemonium lord
116138 | Zig:24   | Noticed Joowkadgh the pandemonium lord
116138 | Zig:24   | Killed Geujekk the pandemonium lord
116138 | Zig:24   | Killed Ruaqes the pandemonium lord
116138 | Zig:24   | Killed Cykung the pandemonium lord
116139 | Zig:24   | Noticed Danetos the pandemonium lord
116139 | Zig:24   | Noticed Ganas the pandemonium lord
116139 | Zig:24   | Noticed a Killer Klown
116140 | Zig:24   | Killed a Killer Klown
116140 | Zig:24   | Killed Kaep the pandemonium lord
116141 | Zig:24   | Noticed Yjij the pandemonium lord
116141 | Zig:24   | Killed Joowkadgh the pandemonium lord
116141 | Zig:24   | Killed Aveenesk the pandemonium lord
116141 | Zig:24   | Killed Ixef the pandemonium lord
116141 | Zig:24   | Killed Hekkiam the pandemonium lord
116141 | Zig:24   | Killed Ogoinudeabe the pandemonium lord
116141 | Zig:24   | Killed Ofan the pandemonium lord
116141 | Zig:24   | Killed Kobodd the pandemonium lord
116141 | Zig:24   | Noticed a Killer Klown
116141 | Zig:24   | Noticed Bacisex the pandemonium lord
116141 | Zig:24   | Noticed Bufos the pandemonium lord
116142 | Zig:24   | Killed Atzuyc the pandemonium lord
116142 | Zig:24   | Killed Soj Sobaiss the pandemonium lord
116142 | Zig:24   | Noticed a Killer Klown
116143 | Zig:24   | Noticed Yshrakk the pandemonium lord
116143 | Zig:24   | Noticed Fopp the pandemonium lord
116143 | Zig:24   | Noticed Haunar the pandemonium lord
116144 | Zig:24   | Noticed Ruirol the pandemonium lord
116144 | Zig:24   | Killed Danetos the pandemonium lord
116145 | Zig:24   | Killed Geddaappa the pandemonium lord
116145 | Zig:24   | Killed Ganas the pandemonium lord
116145 | Zig:24   | Killed a Killer Klown
116145 | Zig:24   | Killed Bacisex the pandemonium lord
116145 | Zig:24   | Killed Yjij the pandemonium lord
116145 | Zig:24   | Killed a Killer Klown
116145 | Zig:24   | Killed a Killer Klown
116146 | Zig:24   | Killed Bufos the pandemonium lord
116146 | Zig:24   | Killed Vareu the pandemonium lord
116146 | Zig:24   | Killed Haunar the pandemonium lord
116146 | Zig:24   | Noticed a Killer Klown
116146 | Zig:24   | Noticed Irizuory the pandemonium lord
116146 | Zig:24   | Noticed Xaetoig the pandemonium lord
116147 | Zig:24   | Killed Ofuidakhlaa the pandemonium lord
116147 | Zig:24   | Killed Ruirol the pandemonium lord
116147 | Zig:24   | Killed Fopp the pandemonium lord
116147 | Zig:24   | Killed a Killer Klown
116147 | Zig:24   | Noticed Ataoxenn the pandemonium lord
116147 | Zig:24   | Noticed a Killer Klown
116147 | Zig:24   | Noticed Pusmotto the pandemonium lord
116150 | Zig:24   | Noticed Kypuetseese the pandemonium lord
116158 | Zig:24   | Killed Yshrakk the pandemonium lord
116159 | Zig:24   | Killed Irizuory the pandemonium lord
116161 | Zig:24   | Killed Pusmotto the pandemonium lord
116162 | Zig:24   | Noticed Qaocw the pandemonium lord
116165 | Zig:24   | Noticed Loaduosa the pandemonium lord
116166 | Zig:24   | Noticed Fygg the pandemonium lord
116166 | Zig:24   | Killed Ataoxenn the pandemonium lord
116166 | Zig:24   | Killed Xaetoig the pandemonium lord
116168 | Zig:24   | Killed Liriw the pandemonium lord
116170 | Zig:24   | Noticed Joyp the pandemonium lord
116170 | Zig:24   | Noticed Xure the pandemonium lord
116170 | Zig:24   | Noticed a Killer Klown
116170 | Zig:24   | Noticed Kutteev the pandemonium lord
116171 | Zig:24   | Noticed Idimerph the pandemonium lord
116172 | Zig:24   | Killed Fygg the pandemonium lord
116173 | Zig:24   | Killed a Killer Klown
116173 | Zig:24   | Killed Qaocw the pandemonium lord
116173 | Zig:24   | Noticed Uklunn the pandemonium lord
116174 | Zig:24   | Noticed Qyidoz the pandemonium lord
116175 | Zig:24   | Killed Joyp the pandemonium lord
116175 | Zig:24   | Killed Loaduosa the pandemonium lord
116175 | Zig:24   | Killed Qyidoz the pandemonium lord
116175 | Zig:24   | Noticed Noroof the pandemonium lord
116176 | Zig:24   | Killed Idimerph the pandemonium lord
116176 | Zig:24   | Killed Xure the pandemonium lord
116176 | Zig:24   | Killed Kutteev the pandemonium lord
116176 | Zig:24   | Killed a Killer Klown
116182 | Zig:24   | Killed Kypuetseese the pandemonium lord
116183 | Zig:24   | Killed Noroof the pandemonium lord
116183 | Zig:24   | Killed Uklunn the pandemonium lord
116538 | Zig:24   | Identified the amulet of the Everdark {RegenMP +Inv rF+
                  | Int+3}
116611 | Zig:24   | Got the Quarto of Transmogrification and the Quake
116626 | Zig:24   | Identified the ring of Uskayaw's Reproof {Wiz Will+}
116631 | Zig:24   | Identified the +3 war axe of Oklor {holy, Dex+3}
116652 | Zig:25   | Entered Level 25 of a ziggurat
116836 | Zig:25   | Identified the +4 chain mail of Gravitas {rElec Str+3}
116838 | Zig:25   | Identified the +5 lajatang of Dishonesty {freeze, rPois rC-
                  | Str+6 Int+2}
116843 | Zig:25   | Identified the +11 hand axe of Icse {flame, rC- rN+ rCorr
                  | Str+4}
116844 | Zig:25   | Identified the staff of air "Vaghut" {rElec Int+3}
116848 | Zig:25   | Identified the +2 bardiche "Nioqememn" {drain, rElec}
116857 | Zig:25   | Identified the ring "Bamnyir" {Ice rN++ Int+2 Dex+3 Stlth+}
116981 | Zig:25   | Identified the +0 scale mail of Sif Muna's Regard {rC+
                  | Dex+2}
117084 | Zig:25   | Identified the +1 chain mail of the Divine Grue {rC+ rN+
                  | Will+ Int-2}
117087 | Zig:25   | Identified the +5 mace "Ziabusam" {protect, rF+ Stlth+}
117174 | Zig:25   | Identified the +3 ring mail of Jycio {Dex+2}
117240 | Zig:25   | Identified the staff of earth "Maasuva" {Contam rPois Will-
                  | rCorr}
117309 | Zig:25   | Identified the ring of Ungak {Fly Will+++ rCorr Dex-4 SInv}
117316 | Zig:25   | Identified the ring "Vela" {rC+++ rCorr MP+9 Slay-4}
117325 | Zig:25   | Identified the +6 war axe "Loemul" {freeze, rElec rPois
                  | Will+ Dex+2}
117613 | Zig:25   | Got the Precepts of Fluctuating Dislocation
117673 | Zig:25   | Identified the ring "Samuga Ybuob" {rN+ rCorr Str-4 Dex+6}
117695 | Zig:25   | Identified the +8 quarterstaff of Wualli {flame, Contam rF+
                  | Will+}
117697 | Zig:25   | Got Zole's Collected Works on Venin and Kindling
117724 | Zig:26   | Entered Level 26 of a ziggurat
117894 | Zig:26   | Identified the +3 scale mail of Love and Death {Fly rCorr
                  | Dex-3 SInv}
117934 | Zig:26   | Paralysed by accursed screaming for 1 turns
118314 | Zig:26   | Identified the +2 pair of gloves "Anneakir" {rC+ rCorr
                  | Slay-3}
118477 | Zig:26   | Identified the +1 pair of gloves of Bitterness {rElec
                  | Int+4}
118490 | Zig:26   | Identified the staff of fire "Purizuip" {rElec rPois rF+
                  | Int+2 Dex+2}
118494 | Zig:26   | Identified the +1 broad axe "Daduwk" {freeze, rCorr}
118503 | Zig:26   | Got the Almanac of Glowing Voltage
118505 | Zig:26   | Got the Notes on the Windy Shot
118515 | Zig:26   | Identified the +1 falchion "Ruitiud" {distort, Fly SInv}
118520 | Zig:26   | Identified the +1 quarterstaff of Huuxa {drain, +Blink
                  | Stlth+}
118524 | Zig:26   | Identified the +9 scimitar "Komm" {heavy, rElec Str+9 Int-5
                  | Dex+2}
118526 | Zig:26   | Identified the ring of Conformity {rPois rCorr Str+6 Int+3}
118534 | Zig:26   | Identified the staff of earth "Ogyif" {rCorr}
118542 | Zig:26   | Identified the +5 ice dragon scales of Grace {-Tele Harm
                  | Rampage rF- rC++ Str+6}
118564 | Zig:26   | Got Boaqinot's Lessons on Star-crossed Direction
118573 | Zig:26   | Identified the staff of cold "Guelie" {rPois rC+ rCorr
                  | Int+2 Dex+3}
118574 | Zig:26   | Identified the +1 scale mail "Cumedgh" {Str+5}
118579 | Zig:26   | Identified the +2 plate armour "Niushu Lawke" {Dex+4 SInv}
118590 | Zig:27   | Entered Level 27 of a ziggurat
118600 | Zig:27   | Noticed an ancient lich
118601 | Zig:27   | Noticed a dread lich
118603 | Zig:27   | Killed a dread lich
118604 | Zig:27   | Killed an ancient lich
118606 | Zig:27   | Noticed an ancient lich
118607 | Zig:27   | Noticed an ancient lich
118607 | Zig:27   | Noticed an ancient lich
118607 | Zig:27   | Noticed a dread lich
118609 | Zig:27   | Killed an ancient lich
118609 | Zig:27   | Killed an ancient lich
118609 | Zig:27   | Killed an ancient lich
118609 | Zig:27   | Killed a dread lich
118610 | Zig:27   | Noticed a dread lich
118610 | Zig:27   | Noticed an ancient lich
118611 | Zig:27   | Noticed an ancient lich
118612 | Zig:27   | Noticed an ancient lich
118612 | Zig:27   | Noticed an ancient lich
118613 | Zig:27   | Killed a dread lich
118613 | Zig:27   | Killed an ancient lich
118614 | Zig:27   | Killed an ancient lich
118614 | Zig:27   | Killed an ancient lich
118614 | Zig:27   | Killed an ancient lich
118614 | Zig:27   | Noticed an ancient lich
118614 | Zig:27   | Noticed a dread lich
118614 | Zig:27   | Noticed an ancient lich
118617 | Zig:27   | Noticed an ancient lich
118617 | Zig:27   | Noticed a dread lich
118618 | Zig:27   | Killed an ancient lich
118618 | Zig:27   | Killed a dread lich
118618 | Zig:27   | Killed an ancient lich
118618 | Zig:27   | Killed an ancient lich
118618 | Zig:27   | Killed a dread lich
118620 | Zig:27   | Noticed an ancient lich
118620 | Zig:27   | Noticed an ancient lich
118621 | Zig:27   | Noticed an ancient lich
118621 | Zig:27   | Noticed an ancient lich
118622 | Zig:27   | Killed an ancient lich
118622 | Zig:27   | Killed an ancient lich
118622 | Zig:27   | Noticed an ancient lich
118623 | Zig:27   | Killed an ancient lich
118623 | Zig:27   | Killed an ancient lich
118623 | Zig:27   | Noticed an ancient lich
118624 | Zig:27   | Killed an ancient lich
118625 | Zig:27   | Noticed a dread lich
118626 | Zig:27   | Noticed an ancient lich
118627 | Zig:27   | Killed an ancient lich
118627 | Zig:27   | Killed an ancient lich
118629 | Zig:27   | Killed a dread lich
118634 | Zig:27   | Found the ring of the Octopus King
118785 | Zig:27   | Identified the +3 chain mail "Paki" {Harm rElec}
118935 | Zig:27   | Identified a ring of the Octopus King {rF+ HP+2 AC+2 EV+2
                  | SH+2}
118946 | Zig:27   | Identified the staff of earth "Ugivugue" {rF+++ rC+++
                  | Int-2}
118949 | Zig:27   | Identified the staff of cold "Ylawahec" {rC+ Str+3 SInv}
119040 | Zig:27   | Identified the +0 bardiche of Conscience {elec, Contam
                  | rN++}
119041 | Zig:27   | Identified the ring "Horchutur" {rPois Str+3 Int-2 SInv}
119317 | Zig:27   | Identified the +10 mace of Qijemeoj {elec, rC+ Str-5 Dex+6}
119324 | Zig:27   | Identified the +7 arbalest of Hacking and Slashing {flame,
                  | Dex+3}
119327 | Zig:27   | Identified the +4 glaive of Massacring {venom, Dex+4}
119450 | Zig:27   | Got the Secrets of the Unclean Charnel House
119466 | Zig:27   | Identified the ring "Uheonun" {rN+ SInv}
119473 | Zig:27   | Identified the +4 scimitar "Axke" {flame, rElec rF+}
119516 | Zig:27   | Identified the staff of fire "Roafup" {rF+ Int+3}
119524 | Zig:27   | Identified the +3 ring mail "Qannumn" {rC++}
119526 | Zig:27   | Got Sif Muna's Quarto of the Feathery Geodesic
119534 | Zig:27   | Identified the staff of poison "Ijioc" {Fragile rPois rN+
                  | Will+ Str+3}
119535 | Zig:27   | Identified the staff of poison "Wyenn" {rPois Will+}
119537 | Zig:27   | Got the Handbook of Iniquitous Arts
119581 | Zig:1    | Entered Level 1 of a ziggurat
119628 | Zig:2    | Entered Level 2 of a ziggurat
119694 | Zig:2    | Got the Anthology of Transformation
119698 | Zig:2    | Acquired 902 gold pieces
119703 | Zig:3    | Entered Level 3 of a ziggurat
119703 | Zig:3    | Noticed a caustic shrike
119703 | Zig:3    | Noticed a caustic shrike
119703 | Zig:3    | Noticed an ancient lich
119704 | Zig:3    | Killed an ancient lich
119706 | Zig:3    | Killed a caustic shrike
119707 | Zig:3    | Killed a caustic shrike
119787 | Zig:4    | Entered Level 4 of a ziggurat
119787 | Zig:4    | Noticed an ancient lich
119787 | Zig:4    | Noticed an ancient lich
119787 | Zig:4    | Noticed an ancient lich
119787 | Zig:4    | Noticed an ancient lich
119787 | Zig:4    | Noticed an ancient lich
119787 | Zig:4    | Noticed a dread lich
119787 | Zig:4    | Noticed a dread lich
119787 | Zig:4    | Noticed an ancient lich
119787 | Zig:4    | Noticed a dread lich
119787 | Zig:4    | Noticed an ancient lich
119787 | Zig:4    | Noticed an ancient lich
119788 | Zig:4    | Killed an ancient lich
119788 | Zig:4    | Killed an ancient lich
119789 | Zig:4    | Killed a dread lich
119789 | Zig:4    | Killed an ancient lich
119789 | Zig:4    | Killed a dread lich
119789 | Zig:4    | Killed an ancient lich
119789 | Zig:4    | Killed an ancient lich
119789 | Zig:4    | Killed an ancient lich
119789 | Zig:4    | Killed an ancient lich
119790 | Zig:4    | Killed an ancient lich
119790 | Zig:4    | Killed a dread lich
119911 | Zig:5    | Entered Level 5 of a ziggurat
119911 | Zig:5    | Noticed a caustic shrike
119911 | Zig:5    | Noticed a caustic shrike
119911 | Zig:5    | Noticed a caustic shrike
119913 | Zig:5    | Killed a caustic shrike
119913 | Zig:5    | Noticed a caustic shrike
119914 | Zig:5    | Killed a caustic shrike
119914 | Zig:5    | Killed a caustic shrike
119915 | Zig:5    | Killed a caustic shrike
120042 | Zig:5    | Got Teaf's Information on Bewitchment
120052 | Zig:6    | Entered Level 6 of a ziggurat
120198 | Zig:6    | Identified the ring "Pitad" {*Slow Will+++ AC+4 Str+5
                  | Dex-5}
120214 | Zig:6    | Identified the +4 war axe of Jelurr {flame, Stlth+}
120228 | Zig:6    | Identified the amulet "Lomnifem" {Reflect rElec rN+ Dex+3
                  | SH+5}
120258 | Zig:6    | Got Advanced Steps in Mysticism
120292 | Zig:6    | Got the Anthology of the Stormy Tundra
120307 | Zig:7    | Entered Level 7 of a ziggurat
120409 | Zig:7    | Identified the +1 dagger of the Blowfly {heavy, rN+++ SInv
                  | Stlth+}
120475 | Zig:7    | Acquired 980 gold pieces
120480 | Zig:8    | Entered Level 8 of a ziggurat
120625 | Zig:8    | Identified the +0 chain mail of the Sultana {Slay+2}
120697 | Zig:8    | Identified the amulet "Arraegah" {Reflect Rampage rPois
                  | SH+5}
120706 | Zig:8    | Identified the ring "Sonnedoetz" {rPois rF+ rC+ Str+4}
120771 | Zig:9    | Entered Level 9 of a ziggurat
120771 | Zig:9    | Noticed a dread lich
120771 | Zig:9    | Noticed an ancient lich
120771 | Zig:9    | Noticed an ancient lich
120771 | Zig:9    | Noticed an ancient lich
120771 | Zig:9    | Noticed a dread lich
120771 | Zig:9    | Noticed a dread lich
120771 | Zig:9    | Noticed a dread lich
120771 | Zig:9    | Noticed an ancient lich
120771 | Zig:9    | Noticed a dread lich
120771 | Zig:9    | Noticed a dread lich
120772 | Zig:9    | Noticed a dread lich
120773 | Zig:9    | Noticed an ancient lich
120773 | Zig:9    | Noticed a dread lich
120773 | Zig:9    | Noticed an ancient lich
120774 | Zig:9    | Killed a dread lich
120774 | Zig:9    | Killed a dread lich
120774 | Zig:9    | Killed a dread lich
120774 | Zig:9    | Killed a dread lich
120774 | Zig:9    | Killed an ancient lich
120774 | Zig:9    | Killed an ancient lich
120774 | Zig:9    | Killed an ancient lich
120775 | Zig:9    | Killed a dread lich
120775 | Zig:9    | Killed a dread lich
120775 | Zig:9    | Killed a dread lich
120775 | Zig:9    | Killed an ancient lich
120775 | Zig:9    | Killed an ancient lich
120775 | Zig:9    | Killed a dread lich
120775 | Zig:9    | Killed an ancient lich
120775 | Zig:9    | Noticed an ancient lich
120777 | Zig:9    | Noticed a dread lich
120778 | Zig:9    | Noticed a dread lich
120781 | Zig:9    | Killed an ancient lich
120781 | Zig:9    | Killed a dread lich
120781 | Zig:9    | Killed a dread lich
120810 | Zig:9    | Identified the amulet of Udachop {Contam Fragile rPois
                  | rC+++ Regen+}
120811 | Zig:9    | Identified the +8 battleaxe of Kacuageo {flame, *Slow rElec
                  | rCorr}
120814 | Zig:9    | Identified the ring of the Mauling Genius {rN+ Str+2}
120820 | Zig:9    | Identified the +3 chain mail of the Flying Gods {Str+2
                  | Int+2 Slay+3 Stlth+}
120954 | Zig:9    | Identified the staff of conjuration "Dofio" {rF++ rC-
                  | Str+4}
120996 | Zig:9    | Got the Elucidation of Stormy Orogeny
121002 | Zig:10   | Entered Level 10 of a ziggurat
121218 | Zig:10   | Identified the ring "Ecylu" {Fire Str+3 Int+5}
121251 | Zig:10   | Identified the +5 spear of Havoc {freeze, *Slow Int+5}
121255 | Zig:10   | Identified the +2 pair of boots "Wighite" {rElec rC+ Str-4
                  | Dex+5}
121261 | Zig:10   | Identified the +5 lajatang of Karma {flame, Will+}
121382 | Zig:11   | Entered Level 11 of a ziggurat
121384 | Zig:11   | Noticed a dread lich
121385 | Zig:11   | Noticed an ancient lich
121386 | Zig:11   | Noticed an ancient lich
121387 | Zig:11   | Killed an ancient lich
121387 | Zig:11   | Killed a dread lich
121387 | Zig:11   | Killed an ancient lich
121387 | Zig:11   | Noticed a dread lich
121389 | Zig:11   | Noticed a dread lich
121389 | Zig:11   | Noticed an ancient lich
121391 | Zig:11   | Killed an ancient lich
121391 | Zig:11   | Killed a dread lich
121391 | Zig:11   | Killed a dread lich
121392 | Zig:11   | Noticed a dread lich
121392 | Zig:11   | Noticed an ancient lich
121393 | Zig:11   | Killed a dread lich
121393 | Zig:11   | Noticed an ancient lich
121394 | Zig:11   | Noticed a dread lich
121394 | Zig:11   | Noticed a dread lich
121394 | Zig:11   | Noticed a dread lich
121394 | Zig:11   | Killed an ancient lich
121395 | Zig:11   | Killed a dread lich
121395 | Zig:11   | Killed a dread lich
121397 | Zig:11   | Killed a dread lich
121397 | Zig:11   | Killed an ancient lich
121399 | Zig:11   | Found the ring of the Octopus King
121485 | Zig:11   | Identified a ring of the Octopus King {rCorr HP+2 AC+2 EV+2
                  | SH+2}
121495 | Zig:11   | Identified the +2 leather armour "Hyxuineo" {rN++ Str-4
                  | Dex+3}
121497 | Zig:11   | Identified the +1 robe of Vexation {Fly SInv}
121499 | Zig:11   | Identified the staff of earth "Momijiaxe" {*Slow rPois
                  | Will+++ Int-5}
121692 | Zig:12   | Entered Level 12 of a ziggurat
121692 | Zig:12   | Noticed a juggernaut
121692 | Zig:12   | Noticed a juggernaut
121692 | Zig:12   | Noticed a juggernaut
121692 | Zig:12   | Noticed a juggernaut
121693 | Zig:12   | Killed a juggernaut
121693 | Zig:12   | Noticed a juggernaut
121694 | Zig:12   | Noticed a juggernaut
121696 | Zig:12   | Killed a juggernaut
121696 | Zig:12   | Killed a juggernaut
121696 | Zig:12   | Killed a juggernaut
121696 | Zig:12   | Noticed a juggernaut
121697 | Zig:12   | Killed a juggernaut
121697 | Zig:12   | Killed a juggernaut
121697 | Zig:12   | Killed a juggernaut
121700 | Zig:12   | Noticed a juggernaut
121700 | Zig:12   | Noticed a juggernaut
121701 | Zig:12   | Noticed a juggernaut
121702 | Zig:12   | Killed a juggernaut
121707 | Zig:12   | Killed a juggernaut
121710 | Zig:12   | Killed a juggernaut
122131 | Zig:12   | Identified the staff of earth "Zogyfi" {Dex+4}
122147 | Zig:12   | Identified the +2 leather armour of Pandemonium {rC+ rN+
                  | Will- Int+2}
122149 | Zig:12   | Identified the +6 sling of Tomorrow {drain, rC+++ Str+4
                  | Dex-5}
122255 | Zig:13   | Entered Level 13 of a ziggurat
122355 | Zig:13   | Identified the staff of poison "Saraqo" {rPois Will+}
122363 | Zig:13   | Identified the +1 robe "Pauf" {+Blink rC+++ Int-2 Stlth+}
122365 | Zig:13   | Identified the amulet "Uluirghina" {Rampage rPois Regen+
                  | Str+5}
122378 | Zig:13   | Identified the staff of death "Nomuum" {Fly rN+ Dex+4}
122426 | Zig:13   | Identified the ring "Darpha" {rPois rF+}
122676 | Zig:13   | Got Sif Muna's Compilation of Amorphous Degeneration
122695 | Zig:14   | Entered Level 14 of a ziggurat
122695 | Zig:14   | Noticed a juggernaut
122695 | Zig:14   | Noticed a juggernaut
122695 | Zig:14   | Noticed a juggernaut
122695 | Zig:14   | Noticed a juggernaut
122698 | Zig:14   | Killed a juggernaut
122698 | Zig:14   | Killed a juggernaut
122698 | Zig:14   | Killed a juggernaut
122698 | Zig:14   | Noticed a juggernaut
122698 | Zig:14   | Noticed a juggernaut
122698 | Zig:14   | Noticed a juggernaut
122700 | Zig:14   | Noticed a juggernaut
122700 | Zig:14   | Noticed a juggernaut
122701 | Zig:14   | Noticed a juggernaut
122701 | Zig:14   | Noticed a juggernaut
122702 | Zig:14   | Killed a juggernaut
122702 | Zig:14   | Killed a juggernaut
122702 | Zig:14   | Killed a juggernaut
122702 | Zig:14   | Killed a juggernaut
122703 | Zig:14   | Killed a juggernaut
122703 | Zig:14   | Killed a juggernaut
122703 | Zig:14   | Killed a juggernaut
122703 | Zig:14   | Killed a juggernaut
122703 | Zig:14   | Noticed a juggernaut
122705 | Zig:14   | Noticed a juggernaut
122708 | Zig:14   | Killed a juggernaut
122709 | Zig:14   | Killed a juggernaut
123023 | Zig:14   | Identified the staff of cold "Mab Equt" {rC+ Str+4}
123151 | Zig:14   | Identified the +6 dire flail of Ciwkocyx {speed, rF+}
123154 | Zig:14   | Identified the ring of Ziqogeqo {Ice rElec rN++ Dex+3}
123283 | Zig:15   | Entered Level 15 of a ziggurat
123283 | Zig:15   | Noticed a royal mummy
123283 | Zig:15   | Noticed a dread lich
123283 | Zig:15   | Noticed a royal mummy
123285 | Zig:15   | Noticed a royal mummy
123286 | Zig:15   | Noticed a royal mummy
123286 | Zig:15   | Noticed a royal mummy
123287 | Zig:15   | Noticed a royal mummy
123289 | Zig:15   | Killed a royal mummy
123289 | Zig:15   | Killed a royal mummy
123289 | Zig:15   | Killed a royal mummy
123289 | Zig:15   | Killed a royal mummy
123289 | Zig:15   | Killed a royal mummy
123290 | Zig:15   | Killed a dread lich
123291 | Zig:15   | Noticed a royal mummy
123291 | Zig:15   | Noticed a royal mummy
123291 | Zig:15   | Noticed a royal mummy
123292 | Zig:15   | Noticed a royal mummy
123292 | Zig:15   | Noticed a royal mummy
123292 | Zig:15   | Noticed a royal mummy
123292 | Zig:15   | Noticed a royal mummy
123292 | Zig:15   | Noticed a royal mummy
123292 | Zig:15   | Noticed a royal mummy
123293 | Zig:15   | Noticed a royal mummy
123294 | Zig:15   | Noticed a royal mummy
123294 | Zig:15   | Noticed a royal mummy
123295 | Zig:15   | Killed a royal mummy
123295 | Zig:15   | Killed a royal mummy
123295 | Zig:15   | Killed a royal mummy
123295 | Zig:15   | Killed a royal mummy
123295 | Zig:15   | Killed a royal mummy
123295 | Zig:15   | Killed a royal mummy
123295 | Zig:15   | Killed a royal mummy
123295 | Zig:15   | Killed a royal mummy
123295 | Zig:15   | Killed a royal mummy
123295 | Zig:15   | Killed a royal mummy
123295 | Zig:15   | Noticed an ancient lich
123295 | Zig:15   | Noticed a royal mummy
123297 | Zig:15   | Noticed a royal mummy
123297 | Zig:15   | Noticed a royal mummy
123298 | Zig:15   | Noticed a royal mummy
123298 | Zig:15   | Noticed a royal mummy
123298 | Zig:15   | Noticed a royal mummy
123299 | Zig:15   | Noticed a royal mummy
123299 | Zig:15   | Noticed a royal mummy
123299 | Zig:15   | Noticed a royal mummy
123300 | Zig:15   | Noticed a royal mummy
123300 | Zig:15   | Killed an ancient lich
123300 | Zig:15   | Noticed a royal mummy
123301 | Zig:15   | Killed a royal mummy
123301 | Zig:15   | Noticed a royal mummy
123302 | Zig:15   | Killed a royal mummy
123302 | Zig:15   | Killed a royal mummy
123302 | Zig:15   | Killed a royal mummy
123302 | Zig:15   | Killed a royal mummy
123302 | Zig:15   | Killed a royal mummy
123302 | Zig:15   | Killed a royal mummy
123302 | Zig:15   | Killed a royal mummy
123302 | Zig:15   | Killed a royal mummy
123302 | Zig:15   | Killed a royal mummy
123302 | Zig:15   | Killed a royal mummy
123302 | Zig:15   | Killed a royal mummy
123302 | Zig:15   | Killed a royal mummy
123303 | Zig:15   | Killed a royal mummy
123304 | Zig:15   | Killed a royal mummy
123304 | Zig:15   | Noticed a royal mummy
123304 | Zig:15   | Noticed a royal mummy
123305 | Zig:15   | Noticed a royal mummy
123305 | Zig:15   | Noticed a royal mummy
123305 | Zig:15   | Noticed a royal mummy
123305 | Zig:15   | Noticed a royal mummy
123306 | Zig:15   | Noticed a royal mummy
123307 | Zig:15   | Noticed a royal mummy
123308 | Zig:15   | Killed a royal mummy
123308 | Zig:15   | Killed a royal mummy
123308 | Zig:15   | Killed a royal mummy
123308 | Zig:15   | Killed a royal mummy
123308 | Zig:15   | Killed a royal mummy
123308 | Zig:15   | Killed a royal mummy
123308 | Zig:15   | Killed a royal mummy
123308 | Zig:15   | Killed a royal mummy
123310 | Zig:15   | Noticed a royal mummy
123314 | Zig:15   | Killed a royal mummy
123404 | Zig:15   | Identified the staff of air "Lyschu Tath" {rElec SInv}
123405 | Zig:15   | Identified the staff of conjuration "Jounuasch" {rCorr}
123408 | Zig:15   | Identified the +6 arbalest of Coykod {freeze, Fly rCorr
                  | Str+2 Stlth-}
123417 | Zig:15   | Identified the +1 falchion of Okawaru {freeze, rPois rF+
                  | Dex+3}
123425 | Zig:15   | Identified the +0 plate armour "Goall" {Will+ Str+6 Dex+3
                  | Stlth+}
123863 | Zig:15   | Got the Incunable of the Squall
123865 | Zig:15   | Acquired the +18 Lear's hauberk
123865 | Zig:15   | Found the +18 Lear's hauberk
123866 | Zig:15   | Acquired the +7 tower shield of Kleptomania {rElec rPois
                  | rC+}
123910 | Zig:15   | Got the Vellum of Filthy Places
123935 | Zig:16   | Entered Level 16 of a ziggurat
123959 | Zig:16   | Found the amulet of Elemental Vulnerability {rPois rF--
                  | rC-- AC+8}
124279 | Zig:16   | Identified the +4 rapier of the Exceptional God {drain,
                  | +Blink Str+3}
124281 | Zig:16   | Identified the +5 ring mail of Qorutz {rPois rC- SInv}
124286 | Zig:16   | Identified the staff of fire "Zijecsen" {Contam rF+ Str+3
                  | Int+2}
124288 | Zig:16   | Identified the +3 ring mail of the Sparrow {Str+4 Int+6}
124289 | Zig:16   | Identified the +5 morningstar of Pride {pain, Str+5 Dex+3}
124296 | Zig:16   | Identified the staff of poison "Tuisojec" {rPois Will++}
124300 | Zig:16   | Identified the +10 spear of Ycehee {flame, rPois}
124305 | Zig:16   | Identified the staff of poison "Zicla" {rPois Dex+4 Stlth+}
124308 | Zig:16   | Identified the amulet "Xoixtaiz" {RegenMP rCorr Str+3
                  | Int-2}
124309 | Zig:16   | Identified the +8 hand axe "Brush" {pain, *Rage rF+ rCorr}
124325 | Zig:16   | Identified the +7 sling of the Lamprey {flame, rF++ rC-
                  | Str+3}
124329 | Zig:16   | Identified the ring of Salvation {rC+ Int+5}
124365 | Zig:16   | Got the Notes on Windy Tephra
124400 | Zig:16   | Got Sif Muna's Quarto of Venomous Chilblains
124448 | Zig:17   | Entered Level 17 of a ziggurat
124811 | Zig:17   | Identified the +4 flail of Untimely Demise {freeze, rF+++
                  | Will++ Int+2 Stlth-}
124814 | Zig:17   | Identified the +2 scale mail of Thoughtfulness {Rampage rC-
                  | Will+++ Dex+4}
124816 | Zig:17   | Identified the ring of the Saviour {rCorr Str+6 Int+3
                  | Stlth-}
124819 | Zig:17   | Identified the +6 rapier of Annoyance {elec, Fragile MP+9
                  | Stlth+}
124824 | Zig:17   | Identified the staff of air "Omuivum" {rElec rC+ Will+
                  | SInv}
124825 | Zig:17   | Identified the +11 gold dragon scales of the Pure Xenops
                  | {+Blink Fly rPois rF+ rC+ Str+2 Int+3 Dex-3}
124830 | Zig:17   | Identified the ring of the Original Sin {rElec rPois EV+5
                  | Str+2}
124839 | Zig:17   | Got Liaddon's Teachings on Congealing Elsewhere
124844 | Zig:17   | Got the Catalogue of Terrain and the Tropics
124858 | Zig:17   | Identified the ring of Bisubuph {Wiz rC- rN+ Int+5}
124860 | Zig:17   | Got the Secrets of Snowy Breccia
124869 | Zig:17   | Identified the ring of Happiness {rCorr Int+4 Slay+4
                  | Stlth-}
124877 | Zig:17   | Identified the +10 falchion "Embalmer" {vamp, rC+ Dex+4}
124879 | Zig:17   | Identified the +10 triple sword of Koan {flame, rElec
                  | Str+2}
124890 | Zig:18   | Entered Level 18 of a ziggurat
125290 | Zig:18   | Identified the +0 leather armour of Infinity {Str+3}
125297 | Zig:18   | Identified the ring "Vumogis" {+Blink rC- MP+9 Dex+5}
125301 | Zig:18   | Identified the +1 robe of the Eternal Fruit {Harm rElec
                  | Will-}
125303 | Zig:18   | Identified the +7 dagger of the Sneaky Heavens {freeze, rN+
                  | Will+ Dex+2}
125311 | Zig:18   | Identified the staff of fire "Qisseot" {rF+ Will+}
125316 | Zig:18   | Identified the +5 longbow of the New World {heavy, Fly rN+
                  | Stlth-}
125321 | Zig:18   | Identified the staff of air "Weiss" {rElec SInv Stlth+}
125328 | Zig:18   | Identified the staff of fire "Feick" {rF+ Int+3 Stlth+}
125331 | Zig:18   | Identified the +8 scimitar of the Shifting Blowfly {heavy,
                  | Int+3 Dex-5 SInv Stlth+}
125442 | Zig:18   | Got the Atlas of Hurtful Oxidation
125466 | Zig:19   | Entered Level 19 of a ziggurat
125565 | Zig:19   | Identified the staff of air "Noacegh" {rElec rC+ rN+ Will+
                  | Int+3}
125577 | Zig:19   | Identified the ring "Jaasmiz" {Fly rC+ Int+5 Dex+2}
125591 | Zig:19   | Identified the +9 glaive "Jisi" {antimagic, *Slow rN+ Int+3
                  | Stlth+}
125593 | Zig:19   | Identified the +2 dire flail "Ughimoit" {antimagic, *Rage
                  | rPois rCorr}
125594 | Zig:19   | Identified the +1 leather armour "Xufihyg" {+Inv Fly Regen+
                  | Dex+3}
125603 | Zig:19   | Identified the staff of earth "Noyrin" {rN+ Dex+6}
125628 | Zig:19   | Identified the +5 hand axe "Kemn" {drain, Fly Str-3 Int+2
                  | Stlth+}
125636 | Zig:19   | Identified the staff of poison "Ecerytz" {rPois Str+5 Int-2
                  | Dex+6}
125814 | Zig:19   | Identified the amulet of Aneugr Galu {Spirit Dex+3}
125819 | Zig:19   | Identified the +9 war axe of the Heavens {vamp, Dex+8
                  | Stlth+}
125825 | Zig:19   | Identified the staff of fire "Ilamin" {rF+ Will- Dex+5}
126001 | Zig:19   | Got the Vellum of Cadavers
126026 | Zig:19   | Got Sif Muna's Notes on the Elliptic Squall
126044 | Zig:20   | Entered Level 20 of a ziggurat
126325 | Zig:20   | Identified the +0 scimitar "Nuonny" {freeze, rC+}
126430 | Zig:20   | Identified the ring "Tillyesy" {Drain rC+ Int+3 Dex+6 SInv}
126431 | Zig:20   | Identified the scarf "Tayxkim" {rC+ rF+, Rampage Str+3}
126436 | Zig:20   | Identified the ring "Vaak" {Fly EV+5 Int+3 SInv}
126506 | Zig:20   | Identified the amulet of the Bruised Xenops {Acrobat -Cast
                  | rC++ Regen+ SInv}
126511 | Zig:20   | Got the Almanac of the Salamander and Position
126534 | Zig:20   | Acquired 918 gold pieces
126607 | Zig:21   | Entered Level 21 of a ziggurat
126611 | Zig:21   | Noticed a caustic shrike
126612 | Zig:21   | Noticed a caustic shrike
126613 | Zig:21   | Noticed a caustic shrike
126614 | Zig:21   | Noticed a caustic shrike
126614 | Zig:21   | Noticed a caustic shrike
126615 | Zig:21   | Noticed a caustic shrike
126616 | Zig:21   | Noticed a caustic shrike
126616 | Zig:21   | Noticed a caustic shrike
126616 | Zig:21   | Noticed a caustic shrike
126617 | Zig:21   | Killed a caustic shrike
126617 | Zig:21   | Noticed a caustic shrike
126618 | Zig:21   | Killed a caustic shrike
126618 | Zig:21   | Killed a caustic shrike
126618 | Zig:21   | Killed a caustic shrike
126618 | Zig:21   | Killed a caustic shrike
126619 | Zig:21   | Killed a caustic shrike
126619 | Zig:21   | Killed a caustic shrike
126619 | Zig:21   | Noticed a caustic shrike
126620 | Zig:21   | Killed a caustic shrike
126620 | Zig:21   | Killed a caustic shrike
126620 | Zig:21   | Noticed a caustic shrike
126620 | Zig:21   | Noticed a caustic shrike
126621 | Zig:21   | Noticed a caustic shrike
126621 | Zig:21   | Noticed a dread lich
126621 | Zig:21   | Noticed a caustic shrike
126621 | Zig:21   | Noticed an ancient lich
126622 | Zig:21   | Killed an ancient lich
126622 | Zig:21   | Killed a dread lich
126623 | Zig:21   | Killed a caustic shrike
126623 | Zig:21   | Noticed a caustic shrike
126624 | Zig:21   | Killed a caustic shrike
126624 | Zig:21   | Killed a caustic shrike
126625 | Zig:21   | Killed a caustic shrike
126625 | Zig:21   | Noticed a caustic shrike
126627 | Zig:21   | Killed a caustic shrike
126631 | Zig:21   | Killed a caustic shrike
126634 | Zig:21   | Killed a caustic shrike
126634 | Zig:21   | Killed a caustic shrike
126637 | Zig:21   | Noticed a caustic shrike
126639 | Zig:21   | Noticed a caustic shrike
126642 | Zig:21   | Noticed an ancient lich
126644 | Zig:21   | Noticed a caustic shrike
126644 | Zig:21   | Killed a caustic shrike
126644 | Zig:21   | Killed a caustic shrike
126645 | Zig:21   | Noticed a caustic shrike
126646 | Zig:21   | Killed an ancient lich
126647 | Zig:21   | Killed a caustic shrike
126648 | Zig:21   | Killed a caustic shrike
126788 | Zig:21   | Identified the +2 long sword "Duriufot" {heavy, *Slow rN+
                  | Int+5 Stlth+}
126809 | Zig:21   | Identified the staff of air "Bievuf" {rElec rC++ Str+4
                  | Int+2 Stlth+}
126811 | Zig:21   | Identified the +4 dagger of the Spinneret {freeze, rPois
                  | rC+ Str+2}
126813 | Zig:21   | Identified the staff of earth "Ywuakan" {Fly rC- SInv}
126819 | Zig:21   | Identified the staff of death "Bihoun" {rF+++ rN+ Str+5
                  | Dex-2}
126820 | Zig:21   | Identified the amulet "Icaehe" {Spirit rCorr}
126834 | Zig:21   | Identified the +0 ring mail of Vexation {Harm Str+3}
126840 | Zig:21   | Identified the +3 pair of boots "Ynwojiatzi" {Harm rF-
                  | Will++}
126842 | Zig:21   | Identified the +2 short sword of Weracim {drain, rN+}
127104 | Zig:21   | Got the Volume of Infection
127128 | Zig:21   | Got the Compendium of Spelunking
127179 | Zig:22   | Entered Level 22 of a ziggurat
127187 | Zig:22   | Paralysed by accursed screaming for 1 turns
127695 | Zig:22   | Identified the +9 sling of the Crafting Seeker {heavy, rF+
                  | Str+3}
127790 | Zig:22   | Got Jaduj's Commentary on the Petrified Queen Bee
127804 | Zig:22   | Got Cisasaem's Almanac of Enthralling Power
127817 | Zig:23   | Entered Level 23 of a ziggurat
127828 | Zig:23   | Paralysed by accursed screaming for 2 turns
127835 | Zig:23   | Paralysed by accursed screaming for 1 turns
127837 | Zig:23   | Noticed a dread lich
127838 | Zig:23   | Killed a dread lich
128382 | Zig:23   | Identified the staff of cold "Kuozxege" {rC+ Dex+4}
128383 | Zig:23   | Identified the +12 morningstar "Sest" {heavy, rN+ Str+3
                  | Dex+3}
128386 | Zig:23   | Identified the ring "Giozaega" {rF- rC+ Str+6 Int-3}
128521 | Zig:23   | Got the Codex of the Lobster
128535 | Zig:24   | Entered Level 24 of a ziggurat
128540 | Zig:24   | Noticed a royal mummy
128541 | Zig:24   | Noticed a royal mummy
128541 | Zig:24   | Noticed a royal mummy
128541 | Zig:24   | Noticed a royal mummy
128543 | Zig:24   | Noticed a royal mummy
128544 | Zig:24   | Noticed a royal mummy
128545 | Zig:24   | Killed a royal mummy
128545 | Zig:24   | Killed a royal mummy
128545 | Zig:24   | Killed a royal mummy
128545 | Zig:24   | Killed a royal mummy
128545 | Zig:24   | Noticed a royal mummy
128545 | Zig:24   | Noticed a royal mummy
128545 | Zig:24   | Noticed a royal mummy
128546 | Zig:24   | Noticed a royal mummy
128546 | Zig:24   | Noticed a royal mummy
128547 | Zig:24   | Noticed a royal mummy
128548 | Zig:24   | Noticed a royal mummy
128548 | Zig:24   | Noticed a royal mummy
128548 | Zig:24   | Killed a royal mummy
128549 | Zig:24   | Noticed a royal mummy
128549 | Zig:24   | Noticed a royal mummy
128549 | Zig:24   | Noticed a royal mummy
128549 | Zig:24   | Noticed a royal mummy
128550 | Zig:24   | Noticed a royal mummy
128550 | Zig:24   | Noticed a dread lich
128550 | Zig:24   | Noticed a royal mummy
128550 | Zig:24   | Killed a royal mummy
128550 | Zig:24   | Killed a royal mummy
128550 | Zig:24   | Noticed a royal mummy
128551 | Zig:24   | Killed a royal mummy
128551 | Zig:24   | Killed a royal mummy
128551 | Zig:24   | Killed a dread lich
128551 | Zig:24   | Killed a royal mummy
128551 | Zig:24   | Killed a royal mummy
128551 | Zig:24   | Killed a royal mummy
128551 | Zig:24   | Killed a royal mummy
128551 | Zig:24   | Killed a royal mummy
128551 | Zig:24   | Killed a royal mummy
128551 | Zig:24   | Noticed a royal mummy
128551 | Zig:24   | Noticed a royal mummy
128552 | Zig:24   | Noticed a royal mummy
128552 | Zig:24   | Noticed a royal mummy
128552 | Zig:24   | Noticed a royal mummy
128553 | Zig:24   | Killed a royal mummy
128553 | Zig:24   | Killed a royal mummy
128553 | Zig:24   | Killed a royal mummy
128553 | Zig:24   | Killed a royal mummy
128553 | Zig:24   | Killed a royal mummy
128553 | Zig:24   | Killed a royal mummy
128553 | Zig:24   | Killed a royal mummy
128553 | Zig:24   | Killed a royal mummy
128553 | Zig:24   | Noticed a royal mummy
128553 | Zig:24   | Noticed a royal mummy
128553 | Zig:24   | Noticed a royal mummy
128553 | Zig:24   | Noticed a royal mummy
128554 | Zig:24   | Noticed a royal mummy
128554 | Zig:24   | Noticed a royal mummy
128554 | Zig:24   | Noticed a royal mummy
128554 | Zig:24   | Noticed a royal mummy
128555 | Zig:24   | Killed a royal mummy
128555 | Zig:24   | Killed a royal mummy
128555 | Zig:24   | Noticed a royal mummy
128555 | Zig:24   | Noticed a royal mummy
128555 | Zig:24   | Noticed a royal mummy
128555 | Zig:24   | Noticed a royal mummy
128555 | Zig:24   | Noticed a royal mummy
128556 | Zig:24   | Noticed a royal mummy
128557 | Zig:24   | Killed a royal mummy
128557 | Zig:24   | Killed a royal mummy
128557 | Zig:24   | Killed a royal mummy
128557 | Zig:24   | Killed a royal mummy
128557 | Zig:24   | Killed a royal mummy
128557 | Zig:24   | Killed a royal mummy
128557 | Zig:24   | Killed a royal mummy
128557 | Zig:24   | Killed a royal mummy
128557 | Zig:24   | Killed a royal mummy
128557 | Zig:24   | Killed a royal mummy
128557 | Zig:24   | Noticed a royal mummy
128558 | Zig:24   | Killed a royal mummy
128558 | Zig:24   | Noticed a royal mummy
128558 | Zig:24   | Noticed a royal mummy
128558 | Zig:24   | Noticed a royal mummy
128559 | Zig:24   | Noticed a royal mummy
128559 | Zig:24   | Noticed a royal mummy
128559 | Zig:24   | Noticed a royal mummy
128559 | Zig:24   | Noticed a royal mummy
128560 | Zig:24   | Noticed a royal mummy
128560 | Zig:24   | Noticed a royal mummy
128560 | Zig:24   | Noticed a royal mummy
128560 | Zig:24   | Noticed a royal mummy
128561 | Zig:24   | Noticed a royal mummy
128561 | Zig:24   | Killed a royal mummy
128561 | Zig:24   | Noticed a royal mummy
128561 | Zig:24   | Noticed a royal mummy
128562 | Zig:24   | Killed a royal mummy
128562 | Zig:24   | Killed a royal mummy
128562 | Zig:24   | Killed a royal mummy
128562 | Zig:24   | Killed a royal mummy
128562 | Zig:24   | Killed a royal mummy
128562 | Zig:24   | Killed a royal mummy
128562 | Zig:24   | Killed a royal mummy
128562 | Zig:24   | Killed a royal mummy
128562 | Zig:24   | Killed a royal mummy
128562 | Zig:24   | Killed a royal mummy
128562 | Zig:24   | Killed a royal mummy
128562 | Zig:24   | Killed a royal mummy
128562 | Zig:24   | Killed a royal mummy
128562 | Zig:24   | Noticed a royal mummy
128562 | Zig:24   | Noticed a royal mummy
128563 | Zig:24   | Killed a royal mummy
128563 | Zig:24   | Killed a royal mummy
128563 | Zig:24   | Killed a royal mummy
128563 | Zig:24   | Killed a royal mummy
128563 | Zig:24   | Killed a royal mummy
128563 | Zig:24   | Noticed a royal mummy
128563 | Zig:24   | Noticed a royal mummy
128564 | Zig:24   | Noticed a royal mummy
128564 | Zig:24   | Noticed a royal mummy
128564 | Zig:24   | Noticed a royal mummy
128564 | Zig:24   | Noticed a royal mummy
128564 | Zig:24   | Noticed a royal mummy
128565 | Zig:24   | Noticed a royal mummy
128565 | Zig:24   | Noticed a royal mummy
128565 | Zig:24   | Noticed a royal mummy
128565 | Zig:24   | Noticed a royal mummy
128566 | Zig:24   | Killed a royal mummy
128566 | Zig:24   | Killed a royal mummy
128566 | Zig:24   | Killed a royal mummy
128566 | Zig:24   | Killed a royal mummy
128566 | Zig:24   | Killed a royal mummy
128566 | Zig:24   | Killed a royal mummy
128566 | Zig:24   | Killed a royal mummy
128566 | Zig:24   | Noticed a royal mummy
128567 | Zig:24   | Killed a royal mummy
128567 | Zig:24   | Killed a royal mummy
128567 | Zig:24   | Killed a royal mummy
128567 | Zig:24   | Killed a royal mummy
128567 | Zig:24   | Killed a royal mummy
128567 | Zig:24   | Noticed a royal mummy
128568 | Zig:24   | Killed a royal mummy
128568 | Zig:24   | Killed a royal mummy
128568 | Zig:24   | Killed a royal mummy
128568 | Zig:24   | Noticed a royal mummy
128568 | Zig:24   | Noticed a royal mummy
128568 | Zig:24   | Noticed a royal mummy
128570 | Zig:24   | Noticed a royal mummy
128570 | Zig:24   | Noticed a royal mummy
128572 | Zig:24   | Noticed a royal mummy
128572 | Zig:24   | Noticed a royal mummy
128573 | Zig:24   | Killed a royal mummy
128573 | Zig:24   | Killed a royal mummy
128573 | Zig:24   | Killed a royal mummy
128573 | Zig:24   | Killed a royal mummy
128573 | Zig:24   | Killed a royal mummy
128574 | Zig:24   | Killed a royal mummy
128575 | Zig:24   | Killed a royal mummy
128579 | Zig:24   | Noticed a royal mummy
128580 | Zig:24   | Killed a royal mummy
129038 | Zig:24   | Identified the staff of earth "Wotiegef" {rCorr Str+5}
129040 | Zig:24   | Identified the ring of the Rose {rC+ rN+ MP-9 SInv}
129050 | Zig:24   | Identified the staff of death "Isteom Isch" {rF+ rN+}
129051 | Zig:24   | Identified the +0 leather armour of Vampiric Thralls {rN+
                  | Dex+2 Stlth+}
129113 | Zig:24   | Identified the +10 morningstar "Icsu" {speed, rC+}
129114 | Zig:24   | Identified the staff of fire "Latzapin" {rF+ rC+}
129127 | Zig:24   | Identified the +3 arbalest "Pendulum" {flame, rElec rF+
                  | SInv}
129131 | Zig:24   | Identified the +1 falchion of a sewer {protect, rC+}
129133 | Zig:24   | Identified the staff of death "Qusk" {rN+ MP+9 Stlth+}
129136 | Zig:24   | Identified the +7 plate armour "Ammen" {Int+2}
129145 | Zig:24   | Identified the +0 shortbow of Doom {freeze, Str+2 Int+3
                  | Dex-5}
129146 | Zig:24   | Identified the staff of fire "Zem Tewue" {rF+ Str+7 Int+2
                  | Dex-2 SInv}
129148 | Zig:24   | Identified the amulet of Sixt {RegenMP rN+ Regen+ Dex-4
                  | SInv}
129157 | Zig:24   | Identified the staff of death "Wisyan" {+Blink rC+ rN+
                  | SInv}
129170 | Zig:24   | Identified the staff of cold "Gubretid" {Fragile rC+ Will-
                  | Str+5 Int+3 Stlth+}
129299 | Zig:24   | Got The Parchment of Greatest Risks and Utility
129301 | Zig:24   | Got Simple Awakened Knowledge
129321 | Zig:24   | Got Sif Muna's Vellum of the Transmuted Tincture
129362 | Zig:25   | Entered Level 25 of a ziggurat
129366 | Zig:25   | Noticed a royal mummy
129366 | Zig:25   | Noticed a royal mummy
129366 | Zig:25   | Noticed a royal mummy
129367 | Zig:25   | Noticed a royal mummy
129367 | Zig:25   | Noticed a royal mummy
129367 | Zig:25   | Noticed a royal mummy
129368 | Zig:25   | Noticed a royal mummy
129369 | Zig:25   | Noticed a royal mummy
129369 | Zig:25   | Noticed a royal mummy
129369 | Zig:25   | Noticed a royal mummy
129369 | Zig:25   | Noticed a royal mummy
129370 | Zig:25   | Noticed a royal mummy
129370 | Zig:25   | Noticed a royal mummy
129370 | Zig:25   | Noticed a royal mummy
129371 | Zig:25   | Killed a royal mummy
129371 | Zig:25   | Killed a royal mummy
129371 | Zig:25   | Killed a royal mummy
129371 | Zig:25   | Killed a royal mummy
129371 | Zig:25   | Killed a royal mummy
129371 | Zig:25   | Killed a royal mummy
129371 | Zig:25   | Killed a royal mummy
129371 | Zig:25   | Killed a royal mummy
129371 | Zig:25   | Killed a royal mummy
129371 | Zig:25   | Killed a royal mummy
129371 | Zig:25   | Killed a royal mummy
129371 | Zig:25   | Killed a royal mummy
129371 | Zig:25   | Noticed a royal mummy
129372 | Zig:25   | Noticed a royal mummy
129372 | Zig:25   | Noticed a royal mummy
129373 | Zig:25   | Killed a royal mummy
129374 | Zig:25   | Noticed a royal mummy
129374 | Zig:25   | Noticed a royal mummy
129374 | Zig:25   | Noticed a royal mummy
129374 | Zig:25   | Killed a royal mummy
129374 | Zig:25   | Noticed a royal mummy
129374 | Zig:25   | Noticed a royal mummy
129375 | Zig:25   | Noticed a royal mummy
129375 | Zig:25   | Noticed a royal mummy
129375 | Zig:25   | Noticed a royal mummy
129376 | Zig:25   | Noticed a royal mummy
129376 | Zig:25   | Noticed a royal mummy
129376 | Zig:25   | Noticed a royal mummy
129377 | Zig:25   | Killed a royal mummy
129377 | Zig:25   | Killed a royal mummy
129377 | Zig:25   | Killed a royal mummy
129377 | Zig:25   | Killed a royal mummy
129377 | Zig:25   | Killed a royal mummy
129377 | Zig:25   | Killed a royal mummy
129377 | Zig:25   | Killed a royal mummy
129377 | Zig:25   | Killed a royal mummy
129377 | Zig:25   | Killed a royal mummy
129377 | Zig:25   | Killed a royal mummy
129377 | Zig:25   | Killed a royal mummy
129377 | Zig:25   | Killed a royal mummy
129378 | Zig:25   | Noticed a royal mummy
129378 | Zig:25   | Noticed a royal mummy
129378 | Zig:25   | Noticed a royal mummy
129378 | Zig:25   | Noticed a royal mummy
129378 | Zig:25   | Noticed a royal mummy
129379 | Zig:25   | Noticed a royal mummy
129379 | Zig:25   | Noticed a royal mummy
129379 | Zig:25   | Noticed a royal mummy
129380 | Zig:25   | Killed a royal mummy
129380 | Zig:25   | Killed a royal mummy
129380 | Zig:25   | Killed a royal mummy
129380 | Zig:25   | Noticed a royal mummy
129380 | Zig:25   | Noticed a royal mummy
129380 | Zig:25   | Noticed a royal mummy
129380 | Zig:25   | Noticed a royal mummy
129381 | Zig:25   | Killed a royal mummy
129381 | Zig:25   | Killed a royal mummy
129381 | Zig:25   | Killed a royal mummy
129381 | Zig:25   | Killed a royal mummy
129381 | Zig:25   | Noticed a royal mummy
129381 | Zig:25   | Noticed a royal mummy
129382 | Zig:25   | Killed a royal mummy
129382 | Zig:25   | Killed a royal mummy
129382 | Zig:25   | Killed a royal mummy
129382 | Zig:25   | Noticed a royal mummy
129382 | Zig:25   | Noticed a royal mummy
129382 | Zig:25   | Noticed a royal mummy
129383 | Zig:25   | Noticed a royal mummy
129383 | Zig:25   | Noticed a royal mummy
129383 | Zig:25   | Noticed a royal mummy
129383 | Zig:25   | Noticed a royal mummy
129384 | Zig:25   | Noticed an ancient lich
129384 | Zig:25   | Killed a royal mummy
129384 | Zig:25   | Killed a royal mummy
129384 | Zig:25   | Noticed a royal mummy
129384 | Zig:25   | Noticed an ancient lich
129385 | Zig:25   | Noticed a royal mummy
129385 | Zig:25   | Noticed a royal mummy
129385 | Zig:25   | Noticed a royal mummy
129386 | Zig:25   | Noticed a royal mummy
129386 | Zig:25   | Noticed a royal mummy
129386 | Zig:25   | Noticed a royal mummy
129386 | Zig:25   | Noticed a royal mummy
129387 | Zig:25   | Killed a royal mummy
129387 | Zig:25   | Killed a royal mummy
129387 | Zig:25   | Killed a royal mummy
129387 | Zig:25   | Killed a royal mummy
129387 | Zig:25   | Killed a royal mummy
129387 | Zig:25   | Killed a royal mummy
129387 | Zig:25   | Killed a royal mummy
129387 | Zig:25   | Killed a royal mummy
129387 | Zig:25   | Killed an ancient lich
129387 | Zig:25   | Killed a royal mummy
129387 | Zig:25   | Killed a royal mummy
129387 | Zig:25   | Killed a royal mummy
129387 | Zig:25   | Killed a royal mummy
129387 | Zig:25   | Killed a royal mummy
129387 | Zig:25   | Killed a royal mummy
129387 | Zig:25   | Killed a royal mummy
129387 | Zig:25   | Killed a royal mummy
129387 | Zig:25   | Killed a royal mummy
129387 | Zig:25   | Noticed a royal mummy
129387 | Zig:25   | Noticed a royal mummy
129387 | Zig:25   | Noticed a royal mummy
129387 | Zig:25   | Noticed a royal mummy
129387 | Zig:25   | Noticed a royal mummy
129388 | Zig:25   | Noticed a royal mummy
129388 | Zig:25   | Noticed a royal mummy
129388 | Zig:25   | Noticed a royal mummy
129389 | Zig:25   | Noticed a royal mummy
129390 | Zig:25   | Noticed a royal mummy
129390 | Zig:25   | Noticed a royal mummy
129391 | Zig:25   | Noticed a royal mummy
129391 | Zig:25   | Killed a royal mummy
129392 | Zig:25   | Killed a royal mummy
129392 | Zig:25   | Killed a royal mummy
129392 | Zig:25   | Killed a royal mummy
129392 | Zig:25   | Killed a royal mummy
129392 | Zig:25   | Killed a royal mummy
129392 | Zig:25   | Killed a royal mummy
129392 | Zig:25   | Killed a royal mummy
129392 | Zig:25   | Killed a royal mummy
129392 | Zig:25   | Killed a royal mummy
129392 | Zig:25   | Killed a royal mummy
129392 | Zig:25   | Killed a royal mummy
129392 | Zig:25   | Killed an ancient lich
129392 | Zig:25   | Killed a royal mummy
129392 | Zig:25   | Noticed a royal mummy
129392 | Zig:25   | Noticed a royal mummy
129393 | Zig:25   | Noticed a royal mummy
129393 | Zig:25   | Noticed a royal mummy
129394 | Zig:25   | Noticed a royal mummy
129394 | Zig:25   | Noticed a royal mummy
129394 | Zig:25   | Killed a royal mummy
129394 | Zig:25   | Noticed a royal mummy
129394 | Zig:25   | Noticed a royal mummy
129394 | Zig:25   | Noticed a royal mummy
129394 | Zig:25   | Noticed a royal mummy
129394 | Zig:25   | Noticed a royal mummy
129394 | Zig:25   | Noticed a royal mummy
129395 | Zig:25   | Noticed a royal mummy
129396 | Zig:25   | Killed a royal mummy
129396 | Zig:25   | Killed a royal mummy
129396 | Zig:25   | Killed a royal mummy
129396 | Zig:25   | Killed a royal mummy
129396 | Zig:25   | Killed a royal mummy
129396 | Zig:25   | Killed a royal mummy
129399 | Zig:25   | Killed a royal mummy
129399 | Zig:25   | Killed a royal mummy
129399 | Zig:25   | Killed a royal mummy
129399 | Zig:25   | Killed a royal mummy
129399 | Zig:25   | Killed a royal mummy
129400 | Zig:25   | Killed a royal mummy
129400 | Zig:25   | Killed a royal mummy
129401 | Zig:25   | Noticed a royal mummy
129401 | Zig:25   | Noticed a royal mummy
129404 | Zig:25   | Killed a royal mummy
129404 | Zig:25   | Killed a royal mummy
129405 | Zig:25   | Noticed a royal mummy
129409 | Zig:25   | Killed a royal mummy
129463 | Zig:25   | Identified the staff of cold "Cuzxer" {rElec rF++ rC+
                  | Dex+2}
129466 | Zig:25   | Identified the ring of Sikkerogh {Str+6 Stlth+}
129467 | Zig:25   | Identified the +8 falchion of Tumult {heavy, rF+ Int+2}
129472 | Zig:25   | Identified the +5 rapier of Kucri {venom, rC- Int+5}
129479 | Zig:25   | Identified the staff of earth "Huhahisomo" {MP+9 Stlth+}
129481 | Zig:25   | Identified the +7 dagger "Dunoydil" {holy, *Rage Fragile
                  | rN+++ rCorr}
129486 | Zig:25   | Identified the +1 chain mail of the Marlin {Harm Fly rN+
                  | rCorr}
129492 | Zig:25   | Identified the +11 quarterstaff of Calamity {vamp, rCorr
                  | Str+3 Int+2 Dex-4}
129495 | Zig:25   | Identified the +7 mace of Jyutathuvo {flame, Will+ rCorr
                  | Int-2}
129496 | Zig:25   | Identified the ring of Zollent {rC+ Slay+3 SInv Stlth+}
129503 | Zig:25   | Identified the staff of poison "Awuggu" {rPois Int+2}
129525 | Zig:25   | Identified the +0 leather armour of the Volcano {rCorr}
129542 | Zig:25   | Identified the +0 robe "Nunka" {*Slow rPois rC+ rCorr}
130059 | Zig:25   | Identified the +7 great sword of Infection {flame, rF++}
130075 | Zig:25   | Identified the amulet "Urumoz" {Acrobat Harm Fly Regen+
                  | Dex-3}
130236 | Zig:25   | Got Levagic's Elucidation of the Red-Hot Traveller
130247 | Zig:26   | Entered Level 26 of a ziggurat
130258 | Zig:26   | Noticed Unuchuin's ghost (legendary GnFi)
130258 | Zig:26   | Noticed a curse toe
130259 | Zig:26   | Noticed strangelove's ghost (master GrEE)
130260 | Zig:26   | Noticed Haitsiopt's ghost (legendary DsGl)
130261 | Zig:26   | Noticed reasonance's ghost (legendary HOMo)
130261 | Zig:26   | Noticed Vuopse's ghost (legendary GnIE)
130261 | Zig:26   | Noticed Denobboc's ghost (legendary OpMo)
130271 | Zig:26   | Killed a curse toe
130272 | Zig:26   | Killed strangelove's ghost
130272 | Zig:26   | Killed Vuopse's ghost
130273 | Zig:26   | Killed Unuchuin's ghost
130273 | Zig:26   | Noticed Polaczum's ghost (adept TrMo)
130276 | Zig:26   | Killed Haitsiopt's ghost
130277 | Zig:26   | Killed reasonance's ghost
130277 | Zig:26   | Killed Denobboc's ghost
130277 | Zig:26   | Killed Polaczum's ghost
130278 | Zig:26   | Noticed Xiwu's ghost (legendary MiFi)
130279 | Zig:26   | Noticed Zenecom's ghost (legendary MiFi)
130279 | Zig:26   | Noticed Xatwola's ghost (legendary DDFi)
130280 | Zig:26   | Noticed Pikuto's ghost (adept MiBe)
130281 | Zig:26   | Noticed thechecker02's ghost (legendary DDFi)
130281 | Zig:26   | Noticed Ycuhohed's ghost (veteran TeBe)
130281 | Zig:26   | Noticed Haitsiopt's ghost (legendary DsGl)
130282 | Zig:26   | Noticed WiseOSalty's ghost (legendary TrGl)
130282 | Zig:26   | Noticed Rueful's ghost (legendary TrWr)
130282 | Zig:26   | Noticed frimble's ghost (legendary DsFi)
130283 | Zig:26   | Killed Zenecom's ghost
130283 | Zig:26   | Killed Pikuto's ghost
130283 | Zig:26   | Noticed Kalug's ghost (legendary DrFi)
130283 | Zig:26   | Noticed Rueful's ghost (legendary TrWr)
130283 | Zig:26   | Noticed thechecker02's ghost (legendary DDFi)
130283 | Zig:26   | Noticed Denobboc's ghost (legendary OpMo)
130283 | Zig:26   | Noticed Fugi's ghost (legendary FoFi)
130283 | Zig:26   | Noticed astronautguy's ghost (master DEFE)
130284 | Zig:26   | Killed Xatwola's ghost
130284 | Zig:26   | Killed thechecker02's ghost
130284 | Zig:26   | Noticed melllvar's ghost (legendary MiBe)
130284 | Zig:26   | Noticed Fouwomub's ghost (legendary FoEE)
130285 | Zig:26   | Noticed Fusentrap's ghost (legendary MiBe)
130285 | Zig:26   | Noticed TuffENuff's ghost (legendary FoFi)
130285 | Zig:26   | Noticed Gemnonof's ghost (adept DgCj)
130285 | Zig:26   | Noticed Ikusitist's ghost (legendary NaFE)
130285 | Zig:26   | Noticed Pusocauss's ghost (legendary VSBe)
130286 | Zig:26   | Killed Xiwu's ghost
130286 | Zig:26   | Killed Ycuhohed's ghost
130286 | Zig:26   | Noticed andrewp's ghost (veteran MiBe)
130286 | Zig:26   | Noticed Xuqyot's ghost (legendary DsFi)
130286 | Zig:26   | Noticed BoringLoser's ghost (veteran TeAE)
130286 | Zig:26   | Noticed Motirgh's ghost (legendary DgHW)
130286 | Zig:26   | Noticed Motirgh's ghost (legendary DgHW)
130287 | Zig:26   | Noticed Ebassic's ghost (veteran GrFi)
130288 | Zig:26   | Noticed Dittersdorf's ghost (legendary MiBe)
130290 | Zig:26   | Killed Rueful's ghost
130291 | Zig:26   | Killed WiseOSalty's ghost
130291 | Zig:26   | Noticed Barug's ghost (adept TrMo)
130294 | Zig:26   | Noticed Becvyf's ghost (legendary GnFi)
130298 | Zig:26   | Killed Denobboc's ghost
130298 | Zig:26   | Killed Haitsiopt's ghost
130298 | Zig:26   | Killed thechecker02's ghost
130298 | Zig:26   | Killed Gemnonof's ghost
130299 | Zig:26   | Killed Ikusitist's ghost
130299 | Zig:26   | Killed Pusocauss's ghost
130302 | Zig:26   | Noticed Diezoyro's ghost (legendary DDNe)
130302 | Zig:26   | Noticed stevelinton's ghost (legendary KoBe)
130302 | Zig:26   | Noticed Totuz's ghost (legendary HOFi)
130302 | Zig:26   | Noticed Amikeex's ghost (adept TrMo)
130302 | Zig:26   | Noticed Fugi's ghost (legendary FoFi)
130303 | Zig:26   | Noticed Piginabag's ghost (legendary DsSk)
130303 | Zig:26   | Noticed Rocah's ghost (veteran GrFi)
130303 | Zig:26   | Noticed BoringLoser's ghost (veteran TeAE)
130303 | Zig:26   | Noticed Becvyf's ghost (legendary GnFi)
130304 | Zig:26   | Noticed Zachydoop's ghost (veteran MiMo)
130305 | Zig:26   | Noticed Sext's ghost (legendary MiFi)
130305 | Zig:26   | Noticed Kalug's ghost (legendary DrFi)
130305 | Zig:26   | Noticed Motirgh's ghost (legendary DgHW)
130305 | Zig:26   | Noticed Ekeiwkem's ghost (legendary DsFi)
130305 | Zig:26   | Noticed Piginabag's ghost (veteran GnMo)
130305 | Zig:26   | Noticed Dittersdorf's ghost (legendary MiBe)
130305 | Zig:26   | Noticed astronautguy's ghost (master DEFE)
130305 | Zig:26   | Noticed Pohawk's ghost (adept MiGl)
130305 | Zig:26   | Noticed a curse toe
130305 | Zig:26   | Killed Amikeex's ghost
130305 | Zig:26   | Killed BoringLoser's ghost
130305 | Zig:26   | Noticed Hewasun's ghost (legendary MiBe)
130305 | Zig:26   | Noticed Jeklifit's ghost (legendary FoFi)
130305 | Zig:26   | Noticed Unuchuin's ghost (legendary GnFi)
130305 | Zig:26   | Noticed Saphesar's ghost (veteran DsFi)
130305 | Zig:26   | Noticed Zeph's ghost (adept NaFi)
130306 | Zig:26   | Noticed Piginabag's ghost (veteran GnMo)
130306 | Zig:26   | Noticed Totuz's ghost (legendary HOFi)
130307 | Zig:26   | Noticed Janeylunn's ghost (veteran GnWn)
130307 | Zig:26   | Noticed Saphesar's ghost (veteran DsFi)
130307 | Zig:26   | Noticed deprived's ghost (legendary HOFi)
130308 | Zig:26   | Noticed astronautguy's ghost (master DEFE)
130308 | Zig:26   | Noticed corvin's ghost (legendary OgWn)
130309 | Zig:26   | Noticed WiseOSalty's ghost (legendary TrGl)
130309 | Zig:26   | Noticed EricTams's ghost (veteran MiBe)
130309 | Zig:26   | Noticed Viugiw's ghost (legendary TeBe)
130310 | Zig:26   | Noticed Himmaryad's ghost (adept TrMo)
130312 | Zig:26   | Noticed astronautguy's ghost (legendary FoEE)
130313 | Zig:26   | Noticed frimble's ghost (legendary GrFi)
130313 | Zig:26   | Noticed a curse toe
130313 | Zig:26   | Noticed a curse toe
130313 | Zig:26   | Noticed Veodywke's ghost (legendary MiBe)
130314 | Zig:26   | Noticed Sext's ghost (legendary MiFi)
130315 | Zig:26   | Killed Rocah's ghost
130316 | Zig:26   | Killed a curse toe
130316 | Zig:26   | Killed a curse toe
130316 | Zig:26   | Killed a curse toe
130316 | Zig:26   | Killed Hewasun's ghost
130317 | Zig:26   | Killed Dittersdorf's ghost
130317 | Zig:26   | Killed astronautguy's ghost
130317 | Zig:26   | Killed Veodywke's ghost
130317 | Zig:26   | Killed Saphesar's ghost
130317 | Zig:26   | Killed Pohawk's ghost
130317 | Zig:26   | Killed Zeph's ghost
130317 | Zig:26   | Killed Becvyf's ghost
130317 | Zig:26   | Killed Piginabag's ghost
130317 | Zig:26   | Killed astronautguy's ghost
130317 | Zig:26   | Killed Jeklifit's ghost
130317 | Zig:26   | Killed stevelinton's ghost
130317 | Zig:26   | Noticed a curse toe
130318 | Zig:26   | Killed Viugiw's ghost
130318 | Zig:26   | Killed frimble's ghost
130318 | Zig:26   | Killed astronautguy's ghost
130318 | Zig:26   | Killed EricTams's ghost
130318 | Zig:26   | Killed Diezoyro's ghost
130318 | Zig:26   | Killed Ekeiwkem's ghost
130318 | Zig:26   | Killed Kalug's ghost
130318 | Zig:26   | Killed Zachydoop's ghost
130318 | Zig:26   | Noticed SevenDeadlySins's ghost (legendary DrCj)
130318 | Zig:26   | Noticed Jeklifit's ghost (legendary FoFi)
130319 | Zig:26   | Killed Sext's ghost
130319 | Zig:26   | Noticed a curse toe
130319 | Zig:26   | Noticed Walil's ghost (veteran MiMo)
130320 | Zig:26   | Noticed BerryKnight's ghost (legendary DgFi)
130321 | Zig:26   | Noticed grandjackal's ghost (legendary DsGl)
130321 | Zig:26   | Noticed Dameikh's ghost (veteran FoFi)
130322 | Zig:26   | Killed WiseOSalty's ghost
130322 | Zig:26   | Killed Totuz's ghost
130322 | Zig:26   | Killed Piginabag's ghost
130322 | Zig:26   | Killed deprived's ghost
130322 | Zig:26   | Killed Himmaryad's ghost
130322 | Zig:26   | Killed Rueful's ghost
130322 | Zig:26   | Noticed Fusentrap's ghost (legendary MiBe)
130322 | Zig:26   | Noticed Xocw's ghost (legendary GrMo)
130322 | Zig:26   | Noticed agentgt's ghost (legendary MiCK)
130323 | Zig:26   | Killed a curse toe
130323 | Zig:26   | Killed Walil's ghost
130323 | Zig:26   | Killed a curse toe
130323 | Zig:26   | Killed Piginabag's ghost
130323 | Zig:26   | Killed corvin's ghost
130324 | Zig:26   | Killed Fusentrap's ghost
130324 | Zig:26   | Killed BerryKnight's ghost
130324 | Zig:26   | Killed Motirgh's ghost
130324 | Zig:26   | Killed grandjackal's ghost
130324 | Zig:26   | Killed Fouwomub's ghost
130324 | Zig:26   | Noticed Vuopse's ghost (legendary GnIE)
130324 | Zig:26   | Noticed Giojuova's ghost (legendary GnBe)
130325 | Zig:26   | Killed SevenDeadlySins's ghost
130325 | Zig:26   | Killed Jeklifit's ghost
130325 | Zig:26   | Killed Dameikh's ghost
130325 | Zig:26   | Killed astronautguy's ghost
130325 | Zig:26   | Killed Totuz's ghost
130325 | Zig:26   | Noticed melllvar's ghost (legendary MiBe)
130325 | Zig:26   | Noticed Xocw's ghost (legendary GrMo)
130326 | Zig:26   | Killed Fugi's ghost
130326 | Zig:26   | Killed Motirgh's ghost
130326 | Zig:26   | Killed Saphesar's ghost
130326 | Zig:26   | Noticed Godueg's ghost (veteran HOFi)
130326 | Zig:26   | Noticed Fouwomub's ghost (legendary FoEE)
130327 | Zig:26   | Noticed Denobboc's ghost (legendary OpMo)
130327 | Zig:26   | Noticed Rueful's ghost (legendary TrWr)
130329 | Zig:26   | Noticed EricTams's ghost (veteran MiBe)
130329 | Zig:26   | Noticed BoringLoser's ghost (veteran TeAE)
130329 | Zig:26   | Noticed Manman's ghost (legendary HOGl)
130330 | Zig:26   | Killed Vuopse's ghost
130330 | Zig:26   | Killed Fugi's ghost
130330 | Zig:26   | Killed agentgt's ghost
130330 | Zig:26   | Killed Xocw's ghost
130330 | Zig:26   | Noticed sleeves's ghost (legendary DsFi)
130331 | Zig:26   | Noticed Wizard1ke's ghost (veteran DjCj)
130331 | Zig:26   | Noticed a curse toe
130331 | Zig:26   | Noticed Ucrups's ghost (legendary MiFi)
130331 | Zig:26   | Noticed Giojuova's ghost (legendary GnBe)
130332 | Zig:26   | Noticed scarywalker64's ghost (veteran BaSu)
130332 | Zig:26   | Noticed Alysiarr's ghost (legendary KoHu)
130332 | Zig:26   | Noticed BoringLoser's ghost (veteran TeAE)
130332 | Zig:26   | Noticed Viocziel's ghost (adept TrMo)
130333 | Zig:26   | Noticed lmSkywalker's ghost (adept DrTm)
130333 | Zig:26   | Killed Giojuova's ghost
130333 | Zig:26   | Killed BoringLoser's ghost
130333 | Zig:26   | Noticed Fenir's ghost (legendary GnAE)
130334 | Zig:26   | Killed Godueg's ghost
130334 | Zig:26   | Killed Denobboc's ghost
130334 | Zig:26   | Killed Becvyf's ghost
130334 | Zig:26   | Killed Fouwomub's ghost
130334 | Zig:26   | Killed Wizard1ke's ghost
130334 | Zig:26   | Killed EricTams's ghost
130334 | Zig:26   | Killed Kalug's ghost
130334 | Zig:26   | Noticed astronautguy's ghost (legendary FoEE)
130334 | Zig:26   | Noticed Rocah's ghost (veteran GrFi)
130335 | Zig:26   | Killed Xocw's ghost
130335 | Zig:26   | Killed Dittersdorf's ghost
130335 | Zig:26   | Killed sleeves's ghost
130335 | Zig:26   | Killed melllvar's ghost
130335 | Zig:26   | Killed Barug's ghost
130336 | Zig:26   | Noticed Kufiz's ghost (master GrCK)
130336 | Zig:26   | Noticed thechecker02's ghost (legendary DDFi)
130338 | Zig:26   | Killed BoringLoser's ghost
130338 | Zig:26   | Killed a curse toe
130338 | Zig:26   | Noticed a curse toe
130338 | Zig:26   | Noticed Barug's ghost (adept TrMo)
130339 | Zig:26   | Killed Viocziel's ghost
130339 | Zig:26   | Noticed meatyocre's ghost (veteran TrFi)
130340 | Zig:26   | Killed Ucrups's ghost
130340 | Zig:26   | Killed Giojuova's ghost
130340 | Zig:26   | Killed TuffENuff's ghost
130340 | Zig:26   | Killed Fenir's ghost
130340 | Zig:26   | Noticed Ubraesch's ghost (adept TrMo)
130341 | Zig:26   | Killed Fusentrap's ghost
130341 | Zig:26   | Killed Barug's ghost
130341 | Zig:26   | Killed Ebassic's ghost
130341 | Zig:26   | Killed a curse toe
130341 | Zig:26   | Killed Alysiarr's ghost
130341 | Zig:26   | Killed Xuqyot's ghost
130341 | Zig:26   | Killed lmSkywalker's ghost
130341 | Zig:26   | Noticed Pikuto's ghost (adept MiBe)
130341 | Zig:26   | Noticed Xiwu's ghost (legendary MiFi)
130342 | Zig:26   | Noticed Kufiz's ghost (master GrCK)
130342 | Zig:26   | Noticed Gucom's ghost (veteran GnFi)
130342 | Zig:26   | Noticed Xutext's ghost (adept DsAK)
130343 | Zig:26   | Noticed Xutext's ghost (adept DsAK)
130343 | Zig:26   | Killed Sext's ghost
130343 | Zig:26   | Killed andrewp's ghost
130343 | Zig:26   | Killed Motirgh's ghost
130343 | Zig:26   | Killed BoringLoser's ghost
130343 | Zig:26   | Killed Rocah's ghost
130344 | Zig:26   | Noticed Polaczum's ghost (adept TrMo)
130344 | Zig:26   | Killed Manman's ghost
130344 | Zig:26   | Killed melllvar's ghost
130344 | Zig:26   | Killed meatyocre's ghost
130346 | Zig:26   | Noticed scarywalker64's ghost (veteran BaSu)
130353 | Zig:26   | Identified the staff of air "Azilazopn" {rElec MP+9 Str+2}
130355 | Zig:26   | Killed Unuchuin's ghost
130355 | Zig:26   | Killed Polaczum's ghost
130355 | Zig:26   | Noticed astronautguy's ghost (master DEFE)
130356 | Zig:26   | Killed Pikuto's ghost
130356 | Zig:26   | Killed Ubraesch's ghost
130356 | Zig:26   | Noticed Marixus's ghost (legendary DDFi)
130356 | Zig:26   | Noticed a curse toe
130357 | Zig:26   | Killed Gucom's ghost
130357 | Zig:26   | Killed Janeylunn's ghost
130357 | Zig:26   | Killed Xutext's ghost
130357 | Zig:26   | Killed Kufiz's ghost
130357 | Zig:26   | Killed frimble's ghost
130357 | Zig:26   | Killed scarywalker64's ghost
130357 | Zig:26   | Killed thechecker02's ghost
130357 | Zig:26   | Killed scarywalker64's ghost
130358 | Zig:26   | Killed astronautguy's ghost
130358 | Zig:26   | Killed Xiwu's ghost
130358 | Zig:26   | Killed a curse toe
130359 | Zig:26   | Killed astronautguy's ghost
130360 | Zig:26   | Noticed a curse toe
130360 | Zig:26   | Noticed Pikuto's ghost (adept MiBe)
130363 | Zig:26   | Killed Kufiz's ghost
130365 | Zig:26   | Killed Pikuto's ghost
130365 | Zig:26   | Killed Xutext's ghost
130365 | Zig:26   | Killed a curse toe
130368 | Zig:26   | Killed Rueful's ghost
130378 | Zig:26   | Killed Marixus's ghost
130586 | Zig:26   | Identified the staff of earth "Faed" {rC+}
130618 | Zig:26   | Identified the +0 spear of Kindness {venom, rPois rC+}
130637 | Zig:26   | Identified the staff of death "Doguddea" {rElec rN+ Will+}
130640 | Zig:26   | Identified the staff of cold "Liokkeg" {rC+ Dex+3 Stlth+}
130662 | Zig:26   | Identified the +8 scimitar of the Flying Gods {flame, rC+}
130669 | Zig:26   | Identified the ring of Evauvoo {MP+9 Str-3 Int+5}
130672 | Zig:26   | Identified the ring of Ashreist {rC+ rCorr Str+7 Stlth-}
130680 | Zig:26   | Identified the +1 ring mail of Coled {rPois rC+}
130952 | Zig:26   | Got the Parchment of the Atmosphere and Hurting
130962 | Zig:26   | Acquired 442 gold pieces
131001 | Zig:26   | Got the Spellbook of the Salvo and the Storm
131011 | Zig:26   | Got the Almanac of Composition
131045 | Zig:27   | Entered Level 27 of a ziggurat
131158 | Zig:27   | Identified the staff of cold "Umomot" {rC+ Dex+3}
131166 | Zig:27   | Identified the +3 long sword of Descent {flame, rC- Str+4
                  | Int+3}
131177 | Zig:27   | Identified the +6 arbalest of Arhusk {freeze, rElec Str-2
                  | Dex+5 SInv}
131178 | Zig:27   | Identified the +1 cloak "Vavaemoh" {rElec rPois Str-4
                  | Slay+2}
131193 | Zig:27   | Identified the ring "Lamo" {Ice rPois rN+ Stlth+}
131199 | Zig:27   | Identified the +6 trident "Ylamp" {spect, rElec rPois}
131242 | Zig:27   | Identified the -2 pair of gloves of Weightlessness {rC+}
131244 | Zig:27   | Identified the ring of the Burgomaster {Int+6 Dex+3}
131260 | Zig:27   | Identified the +0 scale mail "Piusol" {rElec Int+3 Dex+8
                  | Slay-3}
131686 | Zig:27   | Identified the +1 ring mail "Ujiohil" {rF+}
131847 | Zig:1    | Entered Level 1 of a ziggurat
131847 | Zig:1    | Noticed a juggernaut
131850 | Zig:1    | Killed a juggernaut
131933 | Zig:2    | Entered Level 2 of a ziggurat
131934 | Zig:2    | Noticed Benymo the pandemonium lord
131939 | Zig:2    | Killed Benymo the pandemonium lord
131970 | Zig:2    | Identified the +9 halberd "Piroxou" {venom, Str+3 Int+3
                  | Dex+2}
132006 | Zig:3    | Entered Level 3 of a ziggurat
132008 | Zig:3    | Noticed an ancient lich
132009 | Zig:3    | Killed an ancient lich
132009 | Zig:3    | Noticed a dread lich
132011 | Zig:3    | Killed a dread lich
132073 | Zig:3    | Identified the +2 hand axe of Zimostopt {venom, +Blink
                  | Will+ Str+3}
132125 | Zig:4    | Entered Level 4 of a ziggurat
132125 | Zig:4    | Noticed an ancient lich
132125 | Zig:4    | Noticed a dread lich
132126 | Zig:4    | Noticed a dread lich
132127 | Zig:4    | Noticed a dread lich
132127 | Zig:4    | Killed a dread lich
132127 | Zig:4    | Killed a dread lich
132127 | Zig:4    | Killed an ancient lich
132129 | Zig:4    | Killed a dread lich
132208 | Zig:4    | Identified the +11 trident of Isadghio {freeze, Dex+4}
132264 | Zig:5    | Entered Level 5 of a ziggurat
132269 | Zig:5    | Found the +4 Cigotuvi's embrace {Corpsefed rMiasma Drain
                  | rN+}
132344 | Zig:5    | Identified the ring "Ukefua" {rPois rF+ rN+ Str-5 Slay+6}
132407 | Zig:6    | Entered Level 6 of a ziggurat
132407 | Zig:6    | Noticed a juggernaut
132407 | Zig:6    | Noticed a juggernaut
132407 | Zig:6    | Noticed a juggernaut
132407 | Zig:6    | Noticed a juggernaut
132411 | Zig:6    | Noticed a juggernaut
132413 | Zig:6    | Killed a juggernaut
132413 | Zig:6    | Killed a juggernaut
132413 | Zig:6    | Killed a juggernaut
132413 | Zig:6    | Killed a juggernaut
132413 | Zig:6    | Noticed a juggernaut
132413 | Zig:6    | Noticed a juggernaut
132416 | Zig:6    | Killed a juggernaut
132416 | Zig:6    | Killed a juggernaut
132416 | Zig:6    | Killed a juggernaut
132559 | Zig:6    | Identified the ring "Gasing" {rF- EV+5 Int+6 SInv Stlth-}
132596 | Zig:6    | Identified the +5 mace of Kuhufeuc {venom, Dex+2 Stlth+}
132655 | Zig:6    | Acquired 586 gold pieces
132662 | Zig:7    | Entered Level 7 of a ziggurat
132662 | Zig:7    | Noticed a royal mummy
132662 | Zig:7    | Noticed a royal mummy
132662 | Zig:7    | Noticed a royal mummy
132663 | Zig:7    | Killed a royal mummy
132663 | Zig:7    | Killed a royal mummy
132663 | Zig:7    | Killed a royal mummy
132665 | Zig:7    | Noticed a royal mummy
132665 | Zig:7    | Noticed a royal mummy
132665 | Zig:7    | Noticed a royal mummy
132666 | Zig:7    | Noticed a royal mummy
132668 | Zig:7    | Noticed a royal mummy
132669 | Zig:7    | Noticed a royal mummy
132670 | Zig:7    | Killed a royal mummy
132670 | Zig:7    | Killed a royal mummy
132670 | Zig:7    | Killed a royal mummy
132670 | Zig:7    | Killed a royal mummy
132670 | Zig:7    | Killed a royal mummy
132670 | Zig:7    | Killed a royal mummy
132747 | Zig:7    | Identified the +0 leather armour "Rilanaiv" {Stlth+}
132756 | Zig:7    | Identified the +1 war axe "Impbane" {vamp, rPois}
132768 | Zig:7    | Identified the ring of the Death Scarab {rElec MP+9}
132770 | Zig:7    | Identified the +9 long sword of the Trees {heavy, *Noise
                  | rElec rF+}
133011 | Zig:8    | Entered Level 8 of a ziggurat
133271 | Zig:9    | Entered Level 9 of a ziggurat
133271 | Zig:9    | Noticed a Killer Klown
133271 | Zig:9    | Noticed a Killer Klown
133271 | Zig:9    | Noticed Sirobaxzet the pandemonium lord
133271 | Zig:9    | Noticed Alosed the pandemonium lord
133271 | Zig:9    | Noticed a Killer Klown
133272 | Zig:9    | Noticed Fewug the pandemonium lord
133272 | Zig:9    | Noticed Locru the pandemonium lord
133272 | Zig:9    | Noticed Tucomidu the pandemonium lord
133272 | Zig:9    | Noticed Idok Gaf the pandemonium lord
133272 | Zig:9    | Noticed Diog Raq the pandemonium lord
133272 | Zig:9    | Noticed a Killer Klown
133274 | Zig:9    | Killed a Killer Klown
133274 | Zig:9    | Killed a Killer Klown
133275 | Zig:9    | Killed a Killer Klown
133275 | Zig:9    | Killed Diog Raq the pandemonium lord
133275 | Zig:9    | Killed Fewug the pandemonium lord
133275 | Zig:9    | Killed Idok Gaf the pandemonium lord
133275 | Zig:9    | Noticed a Killer Klown
133275 | Zig:9    | Noticed Itityur the pandemonium lord
133275 | Zig:9    | Noticed Faxeceasm the pandemonium lord
133275 | Zig:9    | Noticed Vuocidig the pandemonium lord
133275 | Zig:9    | Noticed a Killer Klown
133275 | Zig:9    | Noticed Zeoxih the pandemonium lord
133276 | Zig:9    | Killed Tucomidu the pandemonium lord
133276 | Zig:9    | Killed Alosed the pandemonium lord
133276 | Zig:9    | Killed a Killer Klown
133277 | Zig:9    | Killed Sirobaxzet the pandemonium lord
133277 | Zig:9    | Killed Locru the pandemonium lord
133277 | Zig:9    | Killed Faxeceasm the pandemonium lord
133277 | Zig:9    | Noticed Qosizautuo the pandemonium lord
133277 | Zig:9    | Noticed a Killer Klown
133278 | Zig:9    | Noticed a Killer Klown
133278 | Zig:9    | Noticed Ewkaurur the pandemonium lord
133278 | Zig:9    | Noticed Varauwna the pandemonium lord
133278 | Zig:9    | Noticed Qierhin the pandemonium lord
133278 | Zig:9    | Noticed Sakk the pandemonium lord
133278 | Zig:9    | Noticed Osaugu the pandemonium lord
133278 | Zig:9    | Noticed Buhuset the pandemonium lord
133278 | Zig:9    | Noticed Mietoitt the pandemonium lord
133278 | Zig:9    | Noticed a Killer Klown
133279 | Zig:9    | Noticed Exti the pandemonium lord
133279 | Zig:9    | Killed a Killer Klown
133279 | Zig:9    | Noticed Fivaczah the pandemonium lord
133279 | Zig:9    | Noticed Tiubiu the pandemonium lord
133280 | Zig:9    | Killed Itityur the pandemonium lord
133280 | Zig:9    | Killed a Killer Klown
133280 | Zig:9    | Killed a Killer Klown
133280 | Zig:9    | Killed Vuocidig the pandemonium lord
133281 | Zig:9    | Noticed Koiseaps the pandemonium lord
133282 | Zig:9    | Killed Qosizautuo the pandemonium lord
133282 | Zig:9    | Killed Qierhin the pandemonium lord
133282 | Zig:9    | Killed a Killer Klown
133282 | Zig:9    | Killed Mietoitt the pandemonium lord
133282 | Zig:9    | Noticed a Killer Klown
133282 | Zig:9    | Noticed Fitsiom the pandemonium lord
133282 | Zig:9    | Noticed Kohekhlun the pandemonium lord
133284 | Zig:9    | Noticed Jiosoik the pandemonium lord
133284 | Zig:9    | Noticed Jilulom the pandemonium lord
133284 | Zig:9    | Noticed Kuvimu the pandemonium lord
133284 | Zig:9    | Noticed a Killer Klown
133284 | Zig:9    | Noticed Wafoz the pandemonium lord
133284 | Zig:9    | Killed Varauwna the pandemonium lord
133284 | Zig:9    | Noticed a Killer Klown
133285 | Zig:9    | Killed Osaugu the pandemonium lord
133285 | Zig:9    | Killed Zeoxih the pandemonium lord
133285 | Zig:9    | Killed Exti the pandemonium lord
133285 | Zig:9    | Killed Tiubiu the pandemonium lord
133285 | Zig:9    | Killed Ewkaurur the pandemonium lord
133285 | Zig:9    | Killed Buhuset the pandemonium lord
133285 | Zig:9    | Killed a Killer Klown
133285 | Zig:9    | Noticed Medoos the pandemonium lord
133285 | Zig:9    | Noticed a Killer Klown
133286 | Zig:9    | Killed Fitsiom the pandemonium lord
133286 | Zig:9    | Killed Jiosoik the pandemonium lord
133286 | Zig:9    | Killed Sakk the pandemonium lord
133286 | Zig:9    | Killed Jilulom the pandemonium lord
133286 | Zig:9    | Killed a Killer Klown
133286 | Zig:9    | Killed Fivaczah the pandemonium lord
133286 | Zig:9    | Killed Koiseaps the pandemonium lord
133286 | Zig:9    | Killed a Killer Klown
133286 | Zig:9    | Noticed a Killer Klown
133286 | Zig:9    | Noticed a Killer Klown
133286 | Zig:9    | Noticed Adev the pandemonium lord
133287 | Zig:9    | Killed a Killer Klown
133288 | Zig:9    | Killed a Killer Klown
133288 | Zig:9    | Killed Wafoz the pandemonium lord
133288 | Zig:9    | Killed Kuvimu the pandemonium lord
133289 | Zig:9    | Killed Adev the pandemonium lord
133289 | Zig:9    | Killed Kohekhlun the pandemonium lord
133290 | Zig:9    | Killed a Killer Klown
133290 | Zig:9    | Killed a Killer Klown
133290 | Zig:9    | Killed Medoos the pandemonium lord
133290 | Zig:9    | Noticed a Killer Klown
133290 | Zig:9    | Noticed Kinudet the pandemonium lord
133291 | Zig:9    | Noticed a Killer Klown
133292 | Zig:9    | Killed Kinudet the pandemonium lord
133292 | Zig:9    | Killed a Killer Klown
133294 | Zig:9    | Killed a Killer Klown
133294 | Zig:9    | Noticed a Killer Klown
133294 | Zig:9    | Noticed Xeiprahe the pandemonium lord
133296 | Zig:9    | Killed Xeiprahe the pandemonium lord
133296 | Zig:9    | Killed a Killer Klown
133446 | Zig:9    | Identified the amulet "Cewal" {Regen+ Str+4}
133457 | Zig:9    | Identified the staff of conjuration "Roipn" {Fly}
133508 | Zig:10   | Entered Level 10 of a ziggurat
133508 | Zig:10   | Noticed a juggernaut
133508 | Zig:10   | Noticed a juggernaut
133508 | Zig:10   | Noticed a juggernaut
133509 | Zig:10   | Killed a juggernaut
133509 | Zig:10   | Killed a juggernaut
133509 | Zig:10   | Killed a juggernaut
133509 | Zig:10   | Noticed a juggernaut
133511 | Zig:10   | Noticed a juggernaut
133514 | Zig:10   | Noticed a juggernaut
133514 | Zig:10   | Noticed a juggernaut
133514 | Zig:10   | Noticed a juggernaut
133516 | Zig:10   | Killed a juggernaut
133516 | Zig:10   | Killed a juggernaut
133516 | Zig:10   | Killed a juggernaut
133516 | Zig:10   | Killed a juggernaut
133516 | Zig:10   | Killed a juggernaut
133518 | Zig:10   | Noticed a juggernaut
133522 | Zig:10   | Killed a juggernaut
133880 | Zig:10   | Identified the +3 plate armour "Sigets" {Will+}
133897 | Zig:10   | Identified the +1 leather armour of Perfidy {rElec rN+}
133955 | Zig:10   | Got the Meditations on Places
133987 | Zig:11   | Entered Level 11 of a ziggurat
133990 | Zig:11   | Noticed a juggernaut
133991 | Zig:11   | Noticed a juggernaut
133991 | Zig:11   | Noticed a juggernaut
133992 | Zig:11   | Noticed a juggernaut
133992 | Zig:11   | Noticed a juggernaut
133992 | Zig:11   | Noticed a juggernaut
133993 | Zig:11   | Killed a juggernaut
133993 | Zig:11   | Killed a juggernaut
133993 | Zig:11   | Killed a juggernaut
133994 | Zig:11   | Killed a juggernaut
133994 | Zig:11   | Killed a juggernaut
133994 | Zig:11   | Noticed a juggernaut
133995 | Zig:11   | Killed a juggernaut
133996 | Zig:11   | Noticed a juggernaut
133997 | Zig:11   | Killed a juggernaut
133997 | Zig:11   | Noticed a juggernaut
133998 | Zig:11   | Killed a juggernaut
133998 | Zig:11   | Noticed a juggernaut
133998 | Zig:11   | Noticed a juggernaut
134000 | Zig:11   | Noticed a juggernaut
134001 | Zig:11   | Killed a juggernaut
134002 | Zig:11   | Killed a juggernaut
134002 | Zig:11   | Killed a juggernaut
134002 | Zig:11   | Killed a juggernaut
134003 | Zig:11   | Noticed a juggernaut
134003 | Zig:11   | Noticed a juggernaut
134004 | Zig:11   | Noticed a juggernaut
134005 | Zig:11   | Killed a juggernaut
134005 | Zig:11   | Killed a juggernaut
134007 | Zig:11   | Killed a juggernaut
134033 | Zig:11   | Identified the +6 short sword of the Sun {protect, Int+2
                  | Dex-5 SInv}
134044 | Zig:11   | Identified the +0 chain mail "Ywiqoelox" {*Slow rC+++
                  | Stlth+}
134045 | Zig:11   | Identified the +4 quarterstaff of the Extremes {venom, Fly
                  | rC+}
134060 | Zig:11   | Identified the +5 arbalest "Litri" {heavy, rF+ rCorr Str+2}
134249 | Zig:11   | Got the Cyclopedia of Reconstruction and Convocation
134293 | Zig:12   | Entered Level 12 of a ziggurat
134295 | Zig:12   | Noticed an ancient lich
134295 | Zig:12   | Noticed a dread lich
134296 | Zig:12   | Noticed a dread lich
134297 | Zig:12   | Noticed a dread lich
134298 | Zig:12   | Killed an ancient lich
134298 | Zig:12   | Killed a dread lich
134299 | Zig:12   | Noticed a dread lich
134299 | Zig:12   | Noticed an ancient lich
134299 | Zig:12   | Noticed a dread lich
134299 | Zig:12   | Noticed an ancient lich
134300 | Zig:12   | Killed a dread lich
134300 | Zig:12   | Killed an ancient lich
134300 | Zig:12   | Killed a dread lich
134300 | Zig:12   | Killed a dread lich
134300 | Zig:12   | Killed a dread lich
134301 | Zig:12   | Noticed a dread lich
134301 | Zig:12   | Noticed an ancient lich
134301 | Zig:12   | Noticed a dread lich
134302 | Zig:12   | Killed a dread lich
134302 | Zig:12   | Killed a dread lich
134302 | Zig:12   | Killed an ancient lich
134302 | Zig:12   | Noticed an ancient lich
134302 | Zig:12   | Noticed a dread lich
134303 | Zig:12   | Killed an ancient lich
134304 | Zig:12   | Killed a dread lich
134304 | Zig:12   | Killed an ancient lich
134304 | Zig:12   | Noticed a dread lich
134305 | Zig:12   | Noticed a dread lich
134305 | Zig:12   | Killed a dread lich
134305 | Zig:12   | Killed a dread lich
134305 | Zig:12   | Killed a dread lich
134305 | Zig:12   | Noticed a dread lich
134306 | Zig:12   | Noticed an ancient lich
134306 | Zig:12   | Noticed an ancient lich
134307 | Zig:12   | Noticed a dread lich
134307 | Zig:12   | Noticed a dread lich
134308 | Zig:12   | Killed a dread lich
134309 | Zig:12   | Noticed a dread lich
134309 | Zig:12   | Noticed a dread lich
134310 | Zig:12   | Killed a dread lich
134310 | Zig:12   | Killed an ancient lich
134310 | Zig:12   | Killed an ancient lich
134310 | Zig:12   | Killed a dread lich
134310 | Zig:12   | Killed a dread lich
134310 | Zig:12   | Killed a dread lich
134310 | Zig:12   | Noticed an ancient lich
134311 | Zig:12   | Killed an ancient lich
134314 | Zig:12   | Noticed a dread lich
134320 | Zig:12   | Killed a dread lich
134486 | Zig:12   | Identified the +1 long sword of Prudence {flame, rCorr}
134506 | Zig:12   | Identified the ring "Bighoep" {Fire Int+3}
134514 | Zig:12   | Identified the ring "Cuomnaga" {rElec rF+ rC+ Int+2}
134527 | Zig:12   | Identified the +10 mace of Twilight {drain, rElec rF++ rN+
                  | Will- MP+9}
134528 | Zig:12   | Identified the +8 triple crossbow of Zin's Approval {heavy,
                  | rElec}
134530 | Zig:12   | Identified the +6 short sword of Umemauzo {heavy, rC+ Will+
                  | Int+4}
134532 | Zig:12   | Identified the +7 spear "Ifaekh" {drain, rN+}
134539 | Zig:12   | Identified the +3 rapier "Kimag" {speed, Dex+3}
134559 | Zig:12   | Identified the staff of poison "Nozufoang" {Drain rElec
                  | rPois Int+2}
134668 | Zig:13   | Entered Level 13 of a ziggurat
134668 | Zig:13   | Noticed a royal mummy
134668 | Zig:13   | Noticed a royal mummy
134668 | Zig:13   | Noticed a royal mummy
134668 | Zig:13   | Noticed a royal mummy
134668 | Zig:13   | Noticed a royal mummy
134668 | Zig:13   | Noticed a royal mummy
134668 | Zig:13   | Noticed a royal mummy
134668 | Zig:13   | Noticed a royal mummy
134668 | Zig:13   | Noticed a royal mummy
134669 | Zig:13   | Killed a royal mummy
134669 | Zig:13   | Killed a royal mummy
134669 | Zig:13   | Killed a royal mummy
134669 | Zig:13   | Killed a royal mummy
134669 | Zig:13   | Killed a royal mummy
134669 | Zig:13   | Killed a royal mummy
134669 | Zig:13   | Killed a royal mummy
134669 | Zig:13   | Killed a royal mummy
134671 | Zig:13   | Noticed a royal mummy
134671 | Zig:13   | Noticed a royal mummy
134672 | Zig:13   | Noticed a royal mummy
134672 | Zig:13   | Noticed a royal mummy
134672 | Zig:13   | Noticed a royal mummy
134672 | Zig:13   | Noticed a royal mummy
134673 | Zig:13   | Noticed a royal mummy
134673 | Zig:13   | Noticed a royal mummy
134674 | Zig:13   | Noticed a royal mummy
134674 | Zig:13   | Killed a royal mummy
134675 | Zig:13   | Killed a royal mummy
134675 | Zig:13   | Killed a royal mummy
134676 | Zig:13   | Noticed a royal mummy
134676 | Zig:13   | Noticed a royal mummy
134677 | Zig:13   | Killed a royal mummy
134677 | Zig:13   | Killed a royal mummy
134677 | Zig:13   | Killed a royal mummy
134677 | Zig:13   | Killed a royal mummy
134677 | Zig:13   | Killed a royal mummy
134677 | Zig:13   | Killed a royal mummy
134677 | Zig:13   | Killed a royal mummy
134677 | Zig:13   | Killed a royal mummy
134678 | Zig:13   | Killed a royal mummy
134680 | Zig:13   | Noticed a royal mummy
134680 | Zig:13   | Noticed a royal mummy
134681 | Zig:13   | Noticed a royal mummy
134683 | Zig:13   | Noticed a royal mummy
134683 | Zig:13   | Noticed a royal mummy
134683 | Zig:13   | Killed a royal mummy
134685 | Zig:13   | Noticed a royal mummy
134686 | Zig:13   | Killed a royal mummy
134686 | Zig:13   | Killed a royal mummy
134686 | Zig:13   | Killed a royal mummy
134686 | Zig:13   | Killed a royal mummy
134686 | Zig:13   | Killed a royal mummy
134687 | Zig:13   | Noticed a royal mummy
134688 | Zig:13   | Killed a royal mummy
134690 | Zig:13   | Killed a royal mummy
134710 | Zig:13   | Identified the +4 short sword of Eqet {speed, Str+5}
134711 | Zig:13   | Identified the +2 chain mail of Yguym {Will- Str+4}
134735 | Zig:13   | Identified the staff of death "Dodoget" {rC- rN+ Will-
                  | Int+3 Dex+7}
134741 | Zig:13   | Identified the ring "Honu" {rC+ rCorr EV+5 Dex-3 Slay+5}
134748 | Zig:13   | Identified the +0 robe "Trusted Companion" {Int+7}
134752 | Zig:13   | Identified the +5 longbow "Fuq Ceast" {flame, rPois}
135183 | Zig:13   | Got the Monograph on Sinister Obstruction
135202 | Zig:14   | Entered Level 14 of a ziggurat
135491 | Zig:14   | Identified the +6 falchion "Coogagikh" {drain, rElec rF+
                  | Will+ Int-3}
135494 | Zig:14   | Identified the +4 flail "Joene" {heavy, Drain rC++ Int+4}
135498 | Zig:14   | Identified the +8 mace of Twilight {flame, rC++}
135508 | Zig:14   | Identified the +0 scale mail "Feow" {Int+3}
135525 | Zig:14   | Identified the +7 flail "Ziuluyrchyrr" {flame, rF+}
135604 | Zig:15   | Entered Level 15 of a ziggurat
135628 | Zig:15   | Noticed Senupn the pandemonium lord
135633 | Zig:15   | Killed Senupn the pandemonium lord
135691 | Zig:15   | Identified the +4 dagger "Erusagre" {freeze, Int+3 SInv
                  | Stlth+}
135694 | Zig:15   | Identified the ring of the Ghostly God {Str+6 SInv}
135704 | Zig:15   | Identified the staff of poison "Umpaupn" {rPois Int+4
                  | Dex+2}
135708 | Zig:15   | Identified the +0 ring mail "Koynn" {Contam rPois rC-
                  | Int+9}
135713 | Zig:15   | Identified the +1 hand axe "Caxeap" {antimagic, Int+4}
135719 | Zig:15   | Identified the ring "Hereqimou" {EV+5 Int+2 Stlth+}
136003 | Zig:15   | Identified the staff of poison "Fuef" {Fragile rPois rC-
                  | Will++ Int+5}
136009 | Zig:15   | Got the Information on Energy
136026 | Zig:15   | Got the Discursus on Spellbinding
136034 | Zig:15   | Got the Textbook on the Weathered Volcano
136063 | Zig:15   | Got the Book of Frostbound Fever
136076 | Zig:16   | Entered Level 16 of a ziggurat
136085 | Zig:16   | Identified the +1 tower shield of the Minstrel {+Blink rF-
                  | Int+2}
136097 | Zig:16   | Identified the +7 tower shield "Tom Sir" {+Inv rElec}
136101 | Zig:16   | Found the Hermit's Pendant {Faith Invo=14 Evo=0 MP+5}
136300 | Zig:16   | Identified the +2 tower shield of Eternal Vigilance {Will+
                  | Slay+2} (You took it off a daeva on level 16 of a ziggurat)
136378 | Zig:16   | Identified the ring "Xamoh" {rPois rF+ Str+6 Int-2 Stlth+}
136380 | Zig:16   | Identified the +9 scimitar "Buasub" {freeze, rF+ rN++ rCorr
                  | Int-5}
136420 | Zig:16   | Identified the +9 shortbow of Sytohof {elec, rN++ Will+}
136427 | Zig:16   | Identified the +9 great sword of Due Proportion {pain, rC+
                  | Dex+2}
136534 | Zig:16   | Got Sif Muna's Octavo of Creation
136539 | Zig:16   | Got the Compilation of Limited Liability
136550 | Zig:17   | Entered Level 17 of a ziggurat
136553 | Zig:17   | Noticed a shard shrike
136553 | Zig:17   | Noticed a shard shrike
136554 | Zig:17   | Noticed an ancient lich
136554 | Zig:17   | Noticed a shard shrike
136555 | Zig:17   | Killed a shard shrike
136555 | Zig:17   | Killed a shard shrike
136556 | Zig:17   | Noticed a shard shrike
136556 | Zig:17   | Noticed a shard shrike
136556 | Zig:17   | Paralysed by a wendigo for 1 turns
136557 | Zig:17   | Noticed a shard shrike
136558 | Zig:17   | Noticed a dread lich
136558 | Zig:17   | Killed a shard shrike
136558 | Zig:17   | Killed a shard shrike
136558 | Zig:17   | Killed a shard shrike
136558 | Zig:17   | Noticed a shard shrike
136559 | Zig:17   | Noticed a shard shrike
136559 | Zig:17   | Noticed a shard shrike
136561 | Zig:17   | Killed an ancient lich
136561 | Zig:17   | Killed a shard shrike
136561 | Zig:17   | Killed a dread lich
136561 | Zig:17   | Noticed a shard shrike
136563 | Zig:17   | Noticed a shard shrike
136563 | Zig:17   | Killed a shard shrike
136563 | Zig:17   | Noticed a shard shrike
136564 | Zig:17   | Killed a shard shrike
136564 | Zig:17   | Killed a shard shrike
136564 | Zig:17   | Killed a shard shrike
136564 | Zig:17   | Killed a shard shrike
136564 | Zig:17   | Killed a shard shrike
136564 | Zig:17   | Killed a shard shrike
136565 | Zig:17   | Noticed a shard shrike
136565 | Zig:17   | Noticed a shard shrike
136565 | Zig:17   | Noticed a shard shrike
136565 | Zig:17   | Noticed a shard shrike
136565 | Zig:17   | Paralysed by a wendigo for 1 turns
136566 | Zig:17   | Noticed a shard shrike
136566 | Zig:17   | Noticed a shard shrike
136567 | Zig:17   | Noticed a shard shrike
136568 | Zig:17   | Killed a shard shrike
136568 | Zig:17   | Killed a shard shrike
136568 | Zig:17   | Killed a shard shrike
136568 | Zig:17   | Killed a shard shrike
136568 | Zig:17   | Noticed a shard shrike
136569 | Zig:17   | Noticed an ancient lich
136569 | Zig:17   | Noticed a shard shrike
136570 | Zig:17   | Killed a shard shrike
136570 | Zig:17   | Killed a shard shrike
136570 | Zig:17   | Killed a shard shrike
136570 | Zig:17   | Killed a shard shrike
136570 | Zig:17   | Noticed a shard shrike
136570 | Zig:17   | Noticed a shard shrike
136570 | Zig:17   | Noticed a shard shrike
136571 | Zig:17   | Noticed a shard shrike
136571 | Zig:17   | Noticed a shard shrike
136573 | Zig:17   | Killed a shard shrike
136573 | Zig:17   | Killed an ancient lich
136573 | Zig:17   | Killed a shard shrike
136573 | Zig:17   | Killed a shard shrike
136573 | Zig:17   | Killed a shard shrike
136573 | Zig:17   | Killed a shard shrike
136573 | Zig:17   | Killed a shard shrike
136574 | Zig:17   | Noticed a shard shrike
136576 | Zig:17   | Noticed a shard shrike
136577 | Zig:17   | Killed a shard shrike
136577 | Zig:17   | Killed a shard shrike
136577 | Zig:17   | Killed a shard shrike
136577 | Zig:17   | Killed a shard shrike
136605 | Zig:17   | Identified the ring of Plog {rPois Str+2}
136629 | Zig:17   | Identified the ring of the Scarab {Will+ Str+3 Dex+6}
136638 | Zig:17   | Identified the +5 ring mail "Vidafa" {Harm Stlth+}
136949 | Zig:17   | Got Siumegum's Folio of Puissant Iniquitous Rites
136952 | Zig:17   | Got Fifes's Collected Works on Phantasms
136963 | Zig:18   | Entered Level 18 of a ziggurat
136972 | Zig:18   | Noticed a dread lich
136974 | Zig:18   | Killed a dread lich
137005 | Zig:18   | Noticed a dread lich
137019 | Zig:18   | Killed a dread lich
137298 | Zig:18   | Got Doazorph's Omnibus of Misfortune
137299 | Zig:18   | Identified the +1 shortbow "Hell-Harrower" {antimagic,
                  | rPois rN++ Dex-4}
137307 | Zig:18   | Identified the staff of earth "Loifemam" {Str-2 Int+2
                  | Dex+4}
137313 | Zig:18   | Identified the staff of earth "Loesa" {rF+ Will+}
137315 | Zig:18   | Identified the staff of death "Zoabecu" {rN+ rCorr}
137316 | Zig:18   | Identified the +3 flail of the Fresh God {spect, rElec rC-
                  | rCorr}
137318 | Zig:18   | Identified the +8 rapier "Orb Guardian's Regret" {elec,
                  | rElec rPois rCorr Dex-5}
137319 | Zig:18   | Identified the staff of cold "Atiust Qumae" {rPois rC+
                  | Dex+3}
137320 | Zig:18   | Identified the +11 long sword "Bupu Kuim" {holy, rC+ rCorr
                  | SInv}
137323 | Zig:18   | Identified the ring of Noenial {rPois Slay+3}
137325 | Zig:18   | Identified the +4 falchion of the Forest {drain, rPois}
137329 | Zig:18   | Identified the +8 quarterstaff of Domination {spect, rF+
                  | rN+}
137346 | Zig:18   | Got Sif Muna's Lectures on Underground Snow
137347 | Zig:18   | Identified the +4 shortbow "Dragonslayer" {elec, Fly rN+
                  | Int+4}
137348 | Zig:18   | Identified the staff of death "Ederphi Roxt" {+Blink rPois
                  | rN+ Int-4 Dex+6}
137354 | Zig:18   | Identified the +4 shadow dragon scales of the Zebra {Slay+5
                  | Stlth++++}
137355 | Zig:18   | Identified the +2 triple crossbow of Eternal Night {elec,
                  | rPois rN++ Int+2 Stlth+}
137366 | Zig:19   | Entered Level 19 of a ziggurat
137519 | Zig:19   | Identified the +2 helmet of Impressiveness {Fly rCorr Str-5
                  | Slay+4}
137530 | Zig:19   | Identified the +2 spear of Death's Door {holy, rF+ rN+
                  | SInv}
137872 | Zig:19   | Got the Vellum of Diablerie and Elsewhere
137903 | Zig:20   | Entered Level 20 of a ziggurat
137947 | Zig:20   | Identified the +6 rapier of Yblyzu {freeze, *Rage *Corrode
                  | MP+9 Str+9}
138242 | Zig:20   | Identified the +4 scale mail of New Discoveries {Harm rPois
                  | Will-}
138244 | Zig:20   | Identified the +4 hand axe "Gaxej" {vamp, Dex+2}
138252 | Zig:20   | Identified the +0 plate armour "Buong" {rPois rF+}
138254 | Zig:20   | Identified the ring of Unuihitz {Drain rF+ Will++ SInv}
138257 | Zig:20   | Identified the +10 executioner's axe of Departure {vamp,
                  | rPois Will+ Str+2}
138269 | Zig:20   | Identified the staff of fire "Axaexesm" {rF+ Will+++ Int+3
                  | Stlth+}
138271 | Zig:20   | Identified the +1 ring mail of the Camelopard {rElec rC+}
138279 | Zig:20   | Identified the +5 ring mail "Fiockuju" {Regen+ Str-4 Dex+2}
138290 | Zig:20   | Identified the +0 hand axe of the Battered Mouths {protect,
                  | rF+ rC+}
138293 | Zig:20   | Identified the staff of conjuration "Bodoypp" {rN+ Str-2
                  | Dex+4 Stlth+}
138355 | Zig:20   | Got Sif Muna's Tome of Altruism
138363 | Zig:20   | Acquired 1270 gold pieces
138430 | Zig:21   | Entered Level 21 of a ziggurat
138436 | Zig:21   | Noticed a dread lich
138436 | Zig:21   | Noticed an ancient lich
138436 | Zig:21   | Noticed a dread lich
138436 | Zig:21   | Noticed a dread lich
138437 | Zig:21   | Noticed an ancient lich
138437 | Zig:21   | Noticed a dread lich
138438 | Zig:21   | Noticed a dread lich
138439 | Zig:21   | Noticed an ancient lich
138439 | Zig:21   | Noticed a dread lich
138439 | Zig:21   | Noticed an ancient lich
138439 | Zig:21   | Killed a dread lich
138439 | Zig:21   | Killed an ancient lich
138439 | Zig:21   | Killed a dread lich
138440 | Zig:21   | Noticed a dread lich
138440 | Zig:21   | Noticed an ancient lich
138440 | Zig:21   | Noticed a dread lich
138441 | Zig:21   | Noticed a dread lich
138441 | Zig:21   | Noticed a dread lich
138441 | Zig:21   | Killed an ancient lich
138441 | Zig:21   | Killed a dread lich
138441 | Zig:21   | Killed a dread lich
138441 | Zig:21   | Killed a dread lich
138441 | Zig:21   | Killed a dread lich
138441 | Zig:21   | Killed an ancient lich
138441 | Zig:21   | Killed a dread lich
138441 | Zig:21   | Killed an ancient lich
138441 | Zig:21   | Noticed a dread lich
138441 | Zig:21   | Noticed a dread lich
138441 | Zig:21   | Noticed an ancient lich
138442 | Zig:21   | Killed an ancient lich
138442 | Zig:21   | Killed a dread lich
138442 | Zig:21   | Killed a dread lich
138442 | Zig:21   | Killed a dread lich
138442 | Zig:21   | Killed an ancient lich
138442 | Zig:21   | Killed a dread lich
138442 | Zig:21   | Killed a dread lich
138443 | Zig:21   | Noticed a dread lich
138443 | Zig:21   | Noticed an ancient lich
138443 | Zig:21   | Noticed a dread lich
138444 | Zig:21   | Noticed a dread lich
138444 | Zig:21   | Noticed a dread lich
138444 | Zig:21   | Noticed an ancient lich
138445 | Zig:21   | Killed a dread lich
138445 | Zig:21   | Killed an ancient lich
138445 | Zig:21   | Noticed a dread lich
138446 | Zig:21   | Noticed an ancient lich
138446 | Zig:21   | Noticed a dread lich
138446 | Zig:21   | Noticed a dread lich
138446 | Zig:21   | Noticed a dread lich
138446 | Zig:21   | Noticed a dread lich
138447 | Zig:21   | Killed an ancient lich
138447 | Zig:21   | Killed a dread lich
138447 | Zig:21   | Killed an ancient lich
138447 | Zig:21   | Killed a dread lich
138447 | Zig:21   | Killed a dread lich
138447 | Zig:21   | Killed a dread lich
138447 | Zig:21   | Killed a dread lich
138448 | Zig:21   | Killed a dread lich
138448 | Zig:21   | Killed a dread lich
138448 | Zig:21   | Noticed a dread lich
138448 | Zig:21   | Noticed a dread lich
138448 | Zig:21   | Noticed an ancient lich
138448 | Zig:21   | Noticed an ancient lich
138448 | Zig:21   | Noticed a dread lich
138449 | Zig:21   | Noticed an ancient lich
138449 | Zig:21   | Noticed an ancient lich
138449 | Zig:21   | Noticed an ancient lich
138449 | Zig:21   | Noticed an ancient lich
138449 | Zig:21   | Noticed a dread lich
138450 | Zig:21   | Noticed an ancient lich
138450 | Zig:21   | Noticed an ancient lich
138451 | Zig:21   | Killed a dread lich
138451 | Zig:21   | Killed an ancient lich
138451 | Zig:21   | Killed a dread lich
138451 | Zig:21   | Killed a dread lich
138451 | Zig:21   | Killed a dread lich
138451 | Zig:21   | Killed an ancient lich
138452 | Zig:21   | Killed an ancient lich
138452 | Zig:21   | Killed an ancient lich
138452 | Zig:21   | Killed an ancient lich
138452 | Zig:21   | Killed a dread lich
138452 | Zig:21   | Killed an ancient lich
138452 | Zig:21   | Killed an ancient lich
138452 | Zig:21   | Killed an ancient lich
138452 | Zig:21   | Noticed a dread lich
138453 | Zig:21   | Killed a dread lich
138454 | Zig:21   | Noticed a dread lich
138454 | Zig:21   | Noticed an ancient lich
138454 | Zig:21   | Noticed an ancient lich
138455 | Zig:21   | Noticed an ancient lich
138455 | Zig:21   | Noticed an ancient lich
138455 | Zig:21   | Noticed an ancient lich
138455 | Zig:21   | Noticed an ancient lich
138455 | Zig:21   | Noticed a dread lich
138455 | Zig:21   | Noticed an ancient lich
138455 | Zig:21   | Noticed a dread lich
138456 | Zig:21   | Killed a dread lich
138456 | Zig:21   | Killed an ancient lich
138456 | Zig:21   | Killed an ancient lich
138456 | Zig:21   | Killed an ancient lich
138456 | Zig:21   | Noticed an ancient lich
138457 | Zig:21   | Killed an ancient lich
138457 | Zig:21   | Killed a dread lich
138457 | Zig:21   | Killed a dread lich
138457 | Zig:21   | Killed an ancient lich
138457 | Zig:21   | Killed an ancient lich
138457 | Zig:21   | Killed an ancient lich
138457 | Zig:21   | Killed an ancient lich
138458 | Zig:21   | Noticed a dread lich
138458 | Zig:21   | Noticed an ancient lich
138459 | Zig:21   | Noticed an ancient lich
138459 | Zig:21   | Noticed an ancient lich
138459 | Zig:21   | Noticed a dread lich
138459 | Zig:21   | Noticed a dread lich
138459 | Zig:21   | Noticed a dread lich
138460 | Zig:21   | Killed a dread lich
138461 | Zig:21   | Killed an ancient lich
138461 | Zig:21   | Killed a dread lich
138461 | Zig:21   | Killed a dread lich
138461 | Zig:21   | Killed an ancient lich
138461 | Zig:21   | Killed an ancient lich
138461 | Zig:21   | Killed a dread lich
138558 | Zig:21   | Identified the ring of Fonirreff {*Corrode Will++ Dex+6}
138572 | Zig:21   | Identified the +0 chain mail of the Ego {Str+3}
138575 | Zig:21   | Identified the amulet "Dygiw" {Faith rElec rF+}
138578 | Zig:21   | Identified the +12 dagger of Darkness {freeze, rPois}
138586 | Zig:21   | Identified the +8 trident of Hell's Wrath {speed, rPois
                  | Int+4}
138587 | Zig:21   | Identified the staff of air "Fonwuofe" {Fly rElec rN+}
138588 | Zig:21   | Identified the ring "Gitu" {rPois rN+ Dex+7}
138594 | Zig:21   | Identified the ring of Xikka {rC+ AC+4 Stlth+}
138942 | Zig:21   | Got the Lessons on the Grounded Winter
138966 | Zig:21   | Got Wesokk's Almanac of the Feathery Panacea
138975 | Zig:21   | Got Sif Muna's Lessons on Warped Teratogeny
139008 | Zig:22   | Entered Level 22 of a ziggurat
139355 | Zig:22   | Identified the +0 pair of boots "Zudiorru" {Fly rN+ Dex+4
                  | Stlth+}
139388 | Zig:22   | Identified the staff of air "Miucaseo" {rElec Will++ Dex+3}
139398 | Zig:22   | Identified the +6 shortbow of Focus {elec, rC- rN+ Int+2
                  | Dex+8}
139412 | Zig:22   | Identified the +1 chain mail of the Lobster {+Blink rF+
                  | Slay-3}
139438 | Zig:22   | Identified the staff of fire "Ewyqinawk" {rF+ rCorr}
139482 | Zig:22   | Identified the ring "Ryttavot" {Fire Slay+3}
139486 | Zig:22   | Identified the ring "Engoo" {Wiz Slay+5 Stlth+}
139498 | Zig:22   | Identified the +2 whip "Wieschoryu" {speed, rCorr Int+4}
139504 | Zig:22   | Identified the staff of fire "Oczaf" {rF+ Stlth+}
139529 | Zig:22   | Identified the +2 chain mail of Zeudwes {rF+ rCorr}
139532 | Zig:22   | Identified the +7 flail of Fuaxzy {antimagic, *Rage rElec
                  | Int+2}
139537 | Zig:22   | Identified the amulet "Keerghest" {Regen+ Dex+3}
139541 | Zig:22   | Identified the +11 longbow "Xopnelut" {elec, Str+3}
139542 | Zig:22   | Identified the ring of Luaguf {rN+ rCorr}
139619 | Zig:22   | Got the Tome of Beguiling Locality
139658 | Zig:22   | Got the Directory of the Gargoyle
139683 | Zig:22   | Got the Papyrus of Enchantment and Despicable Mysteries
139708 | Zig:23   | Entered Level 23 of a ziggurat
139729 | Zig:23   | Paralysed by an air elemental for 1 turns
139971 | Zig:23   | Identified the staff of poison "Hebri" {rPois rC+ Str+3
                  | Stlth+}
139975 | Zig:23   | Identified the amulet "Nekyim" {Acrobat -Tele rC- Regen+
                  | rCorr}
139993 | Zig:23   | Identified the +0 robe "Mastalaf" {Dex+2 Stlth+}
139995 | Zig:23   | Identified the staff of fire "Ciudd" {Fly rF+ Int+4 Stlth-}
139998 | Zig:23   | Identified the +2 cloak of the Saviour {rPois}
139999 | Zig:23   | Identified the ring "Xeunuu" {Ice Will+}
140001 | Zig:23   | Identified the +7 eveningstar of Overwhelming Force
                  | {freeze, Int+4 Dex+5}
140005 | Zig:23   | Identified the ring of the Winnowing Saviour {Int+6 Dex+3}
140007 | Zig:23   | Identified the +3 shortbow of the Sharing Ass {flame, rElec
                  | rPois rCorr Stlth+}
140026 | Zig:23   | Identified the +5 scale mail of Orthodoxy {rF+ Int-3 Dex+3
                  | SInv}
140027 | Zig:23   | Identified the amulet "Penyhu" {Spirit Fly Str+4 Dex+5}
140028 | Zig:23   | Identified the staff of air "Buunilo" {rElec Int+3}
140029 | Zig:23   | Identified the +10 eveningstar "Oxaikh" {drain, rN+ Will+}
140032 | Zig:23   | Identified the staff of conjuration "Torocyec" {Dex+5}
140058 | Zig:23   | Identified the +2 longbow of the Eternal Void {drain,
                  | +Blink rN++}
140405 | Zig:23   | Got the Compilation of the Gusty Cemetery
140407 | Zig:23   | Got the Parchment of Boreal Hexes
140409 | Zig:23   | Got Kolonoit's Precepts of Fascination and the Atmosphere
140437 | Zig:23   | Got the Elucidation of Last Rites
140458 | Zig:23   | Got the Catalogue of the Tropics
140489 | Zig:24   | Entered Level 24 of a ziggurat
140489 | Zig:24   | Noticed a royal mummy
140489 | Zig:24   | Noticed a royal mummy
140489 | Zig:24   | Noticed a royal mummy
140489 | Zig:24   | Noticed a royal mummy
140489 | Zig:24   | Noticed a royal mummy
140489 | Zig:24   | Noticed a royal mummy
140489 | Zig:24   | Noticed a royal mummy
140489 | Zig:24   | Noticed a royal mummy
140489 | Zig:24   | Noticed a royal mummy
140489 | Zig:24   | Noticed a royal mummy
140489 | Zig:24   | Noticed a royal mummy
140489 | Zig:24   | Noticed a royal mummy
140489 | Zig:24   | Noticed a royal mummy
140489 | Zig:24   | Noticed a royal mummy
140489 | Zig:24   | Noticed a royal mummy
140489 | Zig:24   | Noticed a royal mummy
140490 | Zig:24   | Killed a royal mummy
140490 | Zig:24   | Killed a royal mummy
140490 | Zig:24   | Killed a royal mummy
140490 | Zig:24   | Killed a royal mummy
140490 | Zig:24   | Killed a royal mummy
140490 | Zig:24   | Killed a royal mummy
140490 | Zig:24   | Killed a royal mummy
140490 | Zig:24   | Killed a royal mummy
140490 | Zig:24   | Killed a royal mummy
140490 | Zig:24   | Killed a royal mummy
140490 | Zig:24   | Killed a royal mummy
140490 | Zig:24   | Killed a royal mummy
140490 | Zig:24   | Killed a royal mummy
140490 | Zig:24   | Killed a royal mummy
140490 | Zig:24   | Killed a royal mummy
140490 | Zig:24   | Killed a royal mummy
140491 | Zig:24   | Noticed a royal mummy
140491 | Zig:24   | Noticed a royal mummy
140491 | Zig:24   | Noticed a royal mummy
140494 | Zig:24   | Noticed a royal mummy
140495 | Zig:24   | Noticed a royal mummy
140495 | Zig:24   | Noticed a royal mummy
140496 | Zig:24   | Killed a royal mummy
140496 | Zig:24   | Killed a royal mummy
140496 | Zig:24   | Killed a royal mummy
140496 | Zig:24   | Killed a royal mummy
140496 | Zig:24   | Noticed a royal mummy
140497 | Zig:24   | Noticed a royal mummy
140498 | Zig:24   | Noticed a royal mummy
140498 | Zig:24   | Noticed a royal mummy
140499 | Zig:24   | Noticed a royal mummy
140499 | Zig:24   | Noticed a royal mummy
140500 | Zig:24   | Noticed a royal mummy
140500 | Zig:24   | Killed a royal mummy
140500 | Zig:24   | Noticed a royal mummy
140500 | Zig:24   | Noticed a royal mummy
140501 | Zig:24   | Noticed a royal mummy
140501 | Zig:24   | Noticed a royal mummy
140501 | Zig:24   | Noticed a royal mummy
140501 | Zig:24   | Noticed a royal mummy
140501 | Zig:24   | Killed a royal mummy
140502 | Zig:24   | Noticed a royal mummy
140502 | Zig:24   | Noticed a royal mummy
140502 | Zig:24   | Noticed a royal mummy
140502 | Zig:24   | Killed a royal mummy
140502 | Zig:24   | Killed a royal mummy
140503 | Zig:24   | Noticed a royal mummy
140503 | Zig:24   | Noticed a royal mummy
140503 | Zig:24   | Noticed a royal mummy
140503 | Zig:24   | Noticed a royal mummy
140503 | Zig:24   | Killed a royal mummy
140503 | Zig:24   | Killed a royal mummy
140504 | Zig:24   | Killed a royal mummy
140504 | Zig:24   | Killed a royal mummy
140504 | Zig:24   | Killed a royal mummy
140504 | Zig:24   | Killed a royal mummy
140504 | Zig:24   | Killed a royal mummy
140504 | Zig:24   | Killed a royal mummy
140504 | Zig:24   | Killed a royal mummy
140504 | Zig:24   | Killed a royal mummy
140504 | Zig:24   | Killed a royal mummy
140504 | Zig:24   | Killed a royal mummy
140504 | Zig:24   | Killed a royal mummy
140504 | Zig:24   | Killed a royal mummy
140504 | Zig:24   | Noticed a royal mummy
140504 | Zig:24   | Noticed a royal mummy
140504 | Zig:24   | Noticed a royal mummy
140505 | Zig:24   | Noticed a royal mummy
140506 | Zig:24   | Noticed a royal mummy
140506 | Zig:24   | Noticed a royal mummy
140506 | Zig:24   | Noticed a royal mummy
140507 | Zig:24   | Noticed a royal mummy
140507 | Zig:24   | Noticed a royal mummy
140508 | Zig:24   | Noticed a royal mummy
140508 | Zig:24   | Killed a royal mummy
140508 | Zig:24   | Killed a royal mummy
140509 | Zig:24   | Killed a royal mummy
140509 | Zig:24   | Killed a royal mummy
140509 | Zig:24   | Killed a royal mummy
140509 | Zig:24   | Killed a royal mummy
140509 | Zig:24   | Killed a royal mummy
140509 | Zig:24   | Killed a royal mummy
140509 | Zig:24   | Noticed a royal mummy
140509 | Zig:24   | Noticed a royal mummy
140510 | Zig:24   | Noticed a royal mummy
140510 | Zig:24   | Noticed a royal mummy
140510 | Zig:24   | Noticed a royal mummy
140510 | Zig:24   | Killed a royal mummy
140510 | Zig:24   | Killed a royal mummy
140510 | Zig:24   | Killed a royal mummy
140510 | Zig:24   | Noticed a royal mummy
140510 | Zig:24   | Noticed a royal mummy
140510 | Zig:24   | Noticed a royal mummy
140511 | Zig:24   | Noticed a royal mummy
140511 | Zig:24   | Noticed a royal mummy
140511 | Zig:24   | Noticed a royal mummy
140511 | Zig:24   | Killed a royal mummy
140511 | Zig:24   | Noticed a royal mummy
140512 | Zig:24   | Noticed a royal mummy
140512 | Zig:24   | Noticed a royal mummy
140512 | Zig:24   | Noticed a royal mummy
140512 | Zig:24   | Noticed a royal mummy
140512 | Zig:24   | Noticed a royal mummy
140512 | Zig:24   | Noticed a royal mummy
140513 | Zig:24   | Killed a royal mummy
140513 | Zig:24   | Killed a royal mummy
140513 | Zig:24   | Killed a royal mummy
140513 | Zig:24   | Killed a royal mummy
140513 | Zig:24   | Killed a royal mummy
140513 | Zig:24   | Killed a royal mummy
140513 | Zig:24   | Killed a royal mummy
140513 | Zig:24   | Killed a royal mummy
140513 | Zig:24   | Killed a royal mummy
140513 | Zig:24   | Noticed a royal mummy
140514 | Zig:24   | Noticed a royal mummy
140514 | Zig:24   | Noticed a royal mummy
140514 | Zig:24   | Noticed a royal mummy
140514 | Zig:24   | Noticed a royal mummy
140515 | Zig:24   | Killed a royal mummy
140515 | Zig:24   | Killed a royal mummy
140515 | Zig:24   | Killed a royal mummy
140515 | Zig:24   | Killed a royal mummy
140515 | Zig:24   | Killed a royal mummy
140515 | Zig:24   | Killed a royal mummy
140515 | Zig:24   | Killed a royal mummy
140515 | Zig:24   | Killed a royal mummy
140515 | Zig:24   | Killed a royal mummy
140515 | Zig:24   | Noticed a royal mummy
140516 | Zig:24   | Noticed a royal mummy
140517 | Zig:24   | Noticed a royal mummy
140517 | Zig:24   | Killed a royal mummy
140517 | Zig:24   | Killed a royal mummy
140517 | Zig:24   | Noticed a royal mummy
140518 | Zig:24   | Noticed a royal mummy
140518 | Zig:24   | Noticed a royal mummy
140518 | Zig:24   | Noticed a royal mummy
140518 | Zig:24   | Noticed a royal mummy
140519 | Zig:24   | Killed a royal mummy
140519 | Zig:24   | Killed a royal mummy
140519 | Zig:24   | Killed a royal mummy
140519 | Zig:24   | Killed a royal mummy
140519 | Zig:24   | Killed a royal mummy
140519 | Zig:24   | Killed a royal mummy
140519 | Zig:24   | Killed a royal mummy
140519 | Zig:24   | Killed a royal mummy
140519 | Zig:24   | Killed a royal mummy
140520 | Zig:24   | Noticed a royal mummy
140520 | Zig:24   | Noticed a royal mummy
140520 | Zig:24   | Killed a royal mummy
140520 | Zig:24   | Killed a royal mummy
140520 | Zig:24   | Noticed a royal mummy
140521 | Zig:24   | Killed a royal mummy
140521 | Zig:24   | Noticed a royal mummy
140521 | Zig:24   | Noticed a royal mummy
140522 | Zig:24   | Killed a royal mummy
140522 | Zig:24   | Noticed a royal mummy
140523 | Zig:24   | Noticed a royal mummy
140523 | Zig:24   | Noticed a royal mummy
140524 | Zig:24   | Killed a royal mummy
140524 | Zig:24   | Killed a royal mummy
140524 | Zig:24   | Killed a royal mummy
140524 | Zig:24   | Killed a royal mummy
140524 | Zig:24   | Killed a royal mummy
140524 | Zig:24   | Noticed a royal mummy
140526 | Zig:24   | Noticed a royal mummy
140526 | Zig:24   | Noticed a royal mummy
140527 | Zig:24   | Noticed a royal mummy
140528 | Zig:24   | Killed a royal mummy
140528 | Zig:24   | Killed a royal mummy
140529 | Zig:24   | Killed a royal mummy
140529 | Zig:24   | Killed a royal mummy
140529 | Zig:24   | Killed a royal mummy
140530 | Zig:24   | Killed a royal mummy
140530 | Zig:24   | Killed a royal mummy
141250 | Zig:24   | Identified the +1 quarterstaff "Leajutho" {drain, Contam
                  | rC+++}
141300 | Zig:24   | Identified the +1 glaive of Contradiction {venom, rC+}
141314 | Zig:24   | Identified the ring of Huan {rElec Will+ Int+4}
141323 | Zig:24   | Identified the staff of fire "Heveec Jixi" {rF+ Dex+3}
141350 | Zig:24   | Identified the staff of fire "Uheqor" {rF+ rC+ Str+2}
141352 | Zig:24   | Identified the +8 dire flail of Cyxtufegh {drain, rPois
                  | Int+2}
141364 | Zig:24   | Identified the amulet of the Suburbs {Faith Fragile rF+
                  | Int+4}
141442 | Zig:24   | Got Vonoaqeh's Power of Words, Part Six
141471 | Zig:24   | Got the Omnibus of Viridian Transmogrification
141482 | Zig:25   | Entered Level 25 of a ziggurat
141560 | Zig:25   | Identified the +8 battleaxe of Eddos {chaos, Dex+3 Stlth+}
141562 | Zig:25   | Identified the +4 long sword of the Eternal Warrior
                  | {freeze, Int+5}
141564 | Zig:25   | Identified the +12 halberd "Mubiffuf" {vamp, rN+}
141565 | Zig:25   | Identified the amulet of Vomoc {Faith Harm Fly rPois Dex-4}
141569 | Zig:25   | Identified the +4 scale mail of Wu Jian's Envy {Str+3}
141570 | Zig:25   | Identified the +5 war axe "Eviscerator" {heavy, rN+}
141577 | Zig:25   | Identified the +3 shortbow "Boweatov" {heavy, Drain rN+
                  | Dex+4}
141578 | Zig:25   | Identified the +4 pair of gloves of Discretion {+Blink
                  | rElec rN+}
141581 | Zig:25   | Identified the staff of fire "Hycrisch" {rF+ rCorr Int-2
                  | Dex+2}
141585 | Zig:25   | Identified the staff of death "Took" {rElec rC- rN+ Int-2
                  | Dex+8}
141586 | Zig:25   | Identified the +1 chain mail of Moucok {Fly rElec Dex-2
                  | SInv}
141587 | Zig:25   | Identified the +7 rapier of Imminent Death {freeze, rF+ rN+
                  | Dex+2}
141593 | Zig:25   | Identified the staff of poison "Hokog" {*Slow rElec rPois
                  | rN+}
141608 | Zig:25   | Identified the +11 hand axe "Teoqost" {venom, rPois Will+
                  | Int+4}
141635 | Zig:25   | Identified the +5 ring mail "Puemoted" {Will- Int+6 Dex+2
                  | Stlth-}
142165 | Zig:25   | Got the Compendium of Chthonic Bewitchment
142224 | Zig:26   | Entered Level 26 of a ziggurat
142737 | Zig:26   | Identified the staff of fire "Itedaerr" {*Corrode rF+
                  | Will++ Dex+4}
142753 | Zig:26   | Identified the amulet "Lamaf" {Harm Regen+}
142758 | Zig:26   | Identified the +5 hand axe "Sagujuoz" {heavy, Str+4 Int+3}
142776 | Zig:26   | Identified the +1 robe of Viryuj {rN+ Will++}
142781 | Zig:26   | Identified the +7 great sword of Valuable Assets {drain,
                  | Will+++ MP+9 Dex-2 SInv}
142784 | Zig:26   | Identified the staff of earth "Mired" {rPois rC+ Will-
                  | Dex+2}
142785 | Zig:26   | Identified the +1 whip of Siwolu {heavy, rPois rN+ Int-5
                  | Dex+3}
142934 | Zig:26   | Got the Directory of Brumal Accelerants
142948 | Zig:27   | Entered Level 27 of a ziggurat
142951 | Zig:27   | Noticed a royal mummy
142951 | Zig:27   | Noticed a royal mummy
142951 | Zig:27   | Noticed a royal mummy
142952 | Zig:27   | Noticed a royal mummy
142953 | Zig:27   | Noticed a royal mummy
142953 | Zig:27   | Noticed a royal mummy
142955 | Zig:27   | Noticed a royal mummy
142957 | Zig:27   | Noticed a royal mummy
142957 | Zig:27   | Noticed a royal mummy
142957 | Zig:27   | Noticed a royal mummy
142958 | Zig:27   | Killed a royal mummy
142959 | Zig:27   | Killed a royal mummy
142959 | Zig:27   | Noticed a royal mummy
142959 | Zig:27   | Noticed a royal mummy
142960 | Zig:27   | Noticed a royal mummy
142960 | Zig:27   | Noticed a royal mummy
142960 | Zig:27   | Killed a royal mummy
142960 | Zig:27   | Killed a royal mummy
142960 | Zig:27   | Noticed a royal mummy
142961 | Zig:27   | Killed a royal mummy
142961 | Zig:27   | Killed a royal mummy
142961 | Zig:27   | Killed a royal mummy
142961 | Zig:27   | Killed a royal mummy
142961 | Zig:27   | Killed a royal mummy
142961 | Zig:27   | Killed a royal mummy
142961 | Zig:27   | Killed a royal mummy
142961 | Zig:27   | Killed a royal mummy
142961 | Zig:27   | Killed a royal mummy
142961 | Zig:27   | Noticed a royal mummy
142962 | Zig:27   | Noticed a royal mummy
142962 | Zig:27   | Noticed a royal mummy
142962 | Zig:27   | Noticed a royal mummy
142962 | Zig:27   | Killed a royal mummy
142962 | Zig:27   | Noticed a royal mummy
142962 | Zig:27   | Noticed a royal mummy
142963 | Zig:27   | Noticed a royal mummy
142963 | Zig:27   | Noticed a royal mummy
142964 | Zig:27   | Killed a royal mummy
142964 | Zig:27   | Killed a royal mummy
142964 | Zig:27   | Killed a royal mummy
142964 | Zig:27   | Killed a royal mummy
142964 | Zig:27   | Killed a royal mummy
142964 | Zig:27   | Killed a royal mummy
142964 | Zig:27   | Killed a royal mummy
142964 | Zig:27   | Killed a royal mummy
142964 | Zig:27   | Noticed a royal mummy
142964 | Zig:27   | Noticed a royal mummy
142964 | Zig:27   | Noticed a royal mummy
142965 | Zig:27   | Killed a royal mummy
142965 | Zig:27   | Noticed a royal mummy
142966 | Zig:27   | Noticed a royal mummy
142966 | Zig:27   | Noticed a royal mummy
142966 | Zig:27   | Noticed a royal mummy
142967 | Zig:27   | Noticed a royal mummy
142967 | Zig:27   | Noticed a royal mummy
142968 | Zig:27   | Noticed a royal mummy
142968 | Zig:27   | Noticed a royal mummy
142969 | Zig:27   | Noticed a royal mummy
142970 | Zig:27   | Killed a royal mummy
142970 | Zig:27   | Killed a royal mummy
142970 | Zig:27   | Killed a royal mummy
142970 | Zig:27   | Killed a royal mummy
142970 | Zig:27   | Killed a royal mummy
142970 | Zig:27   | Killed a royal mummy
142970 | Zig:27   | Killed a royal mummy
142970 | Zig:27   | Killed a royal mummy
142970 | Zig:27   | Killed a royal mummy
142970 | Zig:27   | Noticed a royal mummy
142971 | Zig:27   | Noticed a royal mummy
142971 | Zig:27   | Noticed a royal mummy
142971 | Zig:27   | Killed a royal mummy
142971 | Zig:27   | Noticed a royal mummy
142971 | Zig:27   | Noticed a royal mummy
142971 | Zig:27   | Noticed a royal mummy
142971 | Zig:27   | Noticed a royal mummy
142972 | Zig:27   | Noticed a royal mummy
142973 | Zig:27   | Killed a royal mummy
142973 | Zig:27   | Killed a royal mummy
142973 | Zig:27   | Killed a royal mummy
142973 | Zig:27   | Killed a royal mummy
142973 | Zig:27   | Killed a royal mummy
142973 | Zig:27   | Killed a royal mummy
142973 | Zig:27   | Killed a royal mummy
142973 | Zig:27   | Killed a royal mummy
142973 | Zig:27   | Killed a royal mummy
142973 | Zig:27   | Killed a royal mummy
142973 | Zig:27   | Killed a royal mummy
142973 | Zig:27   | Noticed a royal mummy
142973 | Zig:27   | Noticed a royal mummy
142973 | Zig:27   | Noticed a royal mummy
142974 | Zig:27   | Noticed a royal mummy
142974 | Zig:27   | Noticed a royal mummy
142974 | Zig:27   | Noticed a royal mummy
142975 | Zig:27   | Noticed a royal mummy
142975 | Zig:27   | Noticed a royal mummy
142975 | Zig:27   | Noticed a royal mummy
142975 | Zig:27   | Noticed a royal mummy
142975 | Zig:27   | Noticed a royal mummy
142975 | Zig:27   | Noticed a royal mummy
142975 | Zig:27   | Noticed a royal mummy
142976 | Zig:27   | Killed a royal mummy
142976 | Zig:27   | Killed a royal mummy
142976 | Zig:27   | Killed a royal mummy
142976 | Zig:27   | Killed a royal mummy
142976 | Zig:27   | Killed a royal mummy
142976 | Zig:27   | Killed a royal mummy
142976 | Zig:27   | Killed a royal mummy
142976 | Zig:27   | Killed a royal mummy
142976 | Zig:27   | Killed a royal mummy
142976 | Zig:27   | Noticed a royal mummy
142976 | Zig:27   | Noticed a royal mummy
142977 | Zig:27   | Noticed a royal mummy
142977 | Zig:27   | Noticed a royal mummy
142977 | Zig:27   | Noticed a royal mummy
142977 | Zig:27   | Noticed a royal mummy
142978 | Zig:27   | Noticed a royal mummy
142978 | Zig:27   | Noticed a royal mummy
142978 | Zig:27   | Noticed a royal mummy
142978 | Zig:27   | Noticed a royal mummy
142978 | Zig:27   | Noticed a royal mummy
142978 | Zig:27   | Killed a royal mummy
142978 | Zig:27   | Killed a royal mummy
142979 | Zig:27   | Noticed a royal mummy
142979 | Zig:27   | Noticed a royal mummy
142980 | Zig:27   | Noticed a royal mummy
142980 | Zig:27   | Noticed a royal mummy
142980 | Zig:27   | Killed a royal mummy
142980 | Zig:27   | Killed a royal mummy
142980 | Zig:27   | Killed a royal mummy
142980 | Zig:27   | Noticed a royal mummy
142981 | Zig:27   | Killed a royal mummy
142981 | Zig:27   | Killed a royal mummy
142981 | Zig:27   | Killed a royal mummy
142981 | Zig:27   | Killed a royal mummy
142981 | Zig:27   | Killed a royal mummy
142981 | Zig:27   | Killed a royal mummy
142981 | Zig:27   | Killed a royal mummy
142981 | Zig:27   | Killed a royal mummy
142981 | Zig:27   | Killed a royal mummy
142981 | Zig:27   | Killed a royal mummy
142981 | Zig:27   | Killed a royal mummy
142981 | Zig:27   | Killed a royal mummy
142981 | Zig:27   | Killed a royal mummy
142981 | Zig:27   | Killed a royal mummy
142981 | Zig:27   | Noticed a royal mummy
142982 | Zig:27   | Noticed a royal mummy
142982 | Zig:27   | Noticed a royal mummy
142982 | Zig:27   | Noticed a royal mummy
142982 | Zig:27   | Noticed a royal mummy
142982 | Zig:27   | Noticed a royal mummy
142982 | Zig:27   | Killed a royal mummy
142982 | Zig:27   | Noticed a royal mummy
142983 | Zig:27   | Noticed a royal mummy
142984 | Zig:27   | Killed a royal mummy
142984 | Zig:27   | Killed a royal mummy
142984 | Zig:27   | Killed a royal mummy
142984 | Zig:27   | Killed a royal mummy
142984 | Zig:27   | Killed a royal mummy
142984 | Zig:27   | Killed a royal mummy
142984 | Zig:27   | Noticed a royal mummy
142984 | Zig:27   | Noticed a royal mummy
142984 | Zig:27   | Noticed a royal mummy
142985 | Zig:27   | Noticed a royal mummy
142986 | Zig:27   | Noticed a royal mummy
142986 | Zig:27   | Noticed a royal mummy
142986 | Zig:27   | Killed a royal mummy
142986 | Zig:27   | Noticed a royal mummy
142987 | Zig:27   | Killed a royal mummy
142988 | Zig:27   | Noticed a royal mummy
142988 | Zig:27   | Noticed a royal mummy
142988 | Zig:27   | Killed a royal mummy
142988 | Zig:27   | Noticed a royal mummy
142989 | Zig:27   | Noticed a royal mummy
142990 | Zig:27   | Killed a royal mummy
142990 | Zig:27   | Killed a royal mummy
142990 | Zig:27   | Killed a royal mummy
142990 | Zig:27   | Killed a royal mummy
142990 | Zig:27   | Killed a royal mummy
142990 | Zig:27   | Killed a royal mummy
142990 | Zig:27   | Killed a royal mummy
142990 | Zig:27   | Killed a royal mummy
142990 | Zig:27   | Killed a royal mummy
142990 | Zig:27   | Noticed a royal mummy
142991 | Zig:27   | Killed a royal mummy
142992 | Zig:27   | Killed a royal mummy
142992 | Zig:27   | Killed a royal mummy
142993 | Zig:27   | Noticed a royal mummy
142993 | Zig:27   | Noticed a royal mummy
142994 | Zig:27   | Killed a royal mummy
142995 | Zig:27   | Killed a royal mummy
142995 | Zig:27   | Killed a royal mummy
142996 | Zig:27   | Noticed a royal mummy
142996 | Zig:27   | Noticed a royal mummy
142996 | Zig:27   | Noticed a royal mummy
142998 | Zig:27   | Killed a royal mummy
142999 | Zig:27   | Noticed a royal mummy
142999 | Zig:27   | Noticed a royal mummy
142999 | Zig:27   | Noticed a royal mummy
143001 | Zig:27   | Killed a royal mummy
143001 | Zig:27   | Killed a royal mummy
143004 | Zig:27   | Killed a royal mummy
143004 | Zig:27   | Killed a royal mummy
143005 | Zig:27   | Killed a royal mummy
143046 | Zig:27   | Identified the staff of death "Qemur" {rElec rPois rC+++
                  | rN+ Int-5}
143053 | Zig:27   | Identified the +7 demon whip "Xos Goit" {drain, Int+2}
143054 | Zig:27   | Identified the ring "Samume" {*Slow rC+ Str+6 Slay+4}
143056 | Zig:27   | Identified the amulet "Doliem" {rF+ Regen+ Int+5}
143057 | Zig:27   | Identified the staff of earth "Vaguapiu" {rElec rPois Int-3
                  | Stlth+}
143069 | Zig:27   | Identified the +6 trident of Byveidy {spect, Dex+3}
143071 | Zig:27   | Identified the +0 short sword of Rikeu {heavy, Dex+3
                  | Stlth+}
143072 | Zig:27   | Identified the +6 war axe of the Enchanted Forest {venom,
                  | *Slow rF- rC++ Dex+2}
143074 | Zig:27   | Identified the +1 dagger of Loskob {flame, Str+4}
143086 | Zig:27   | Identified the ring of Wusuti {Wiz Dex+4}
143091 | Zig:27   | Identified the ring "Jalionk" {rF- rN+++ Will+ Slay+3}
143092 | Zig:27   | Identified the staff of conjuration "Jomy" {rPois rN+++
                  | Will- Int+3 Dex+3}
143902 | Zig:27   | Got the Dissertation on the Polar Plateau
143904 | Zig:27   | Got the Catalogue of Chilling Nephomancy
143969 | Zig:1    | Entered Level 1 of a ziggurat
143985 | Zig:1    | Paralysed by accursed screaming for 1 turns
144052 | Zig:2    | Entered Level 2 of a ziggurat
144052 | Zig:2    | Noticed a caustic shrike
144052 | Zig:2    | Noticed a caustic shrike
144052 | Zig:2    | Noticed a caustic shrike
144055 | Zig:2    | Killed a caustic shrike
144056 | Zig:2    | Killed a caustic shrike
144056 | Zig:2    | Killed a caustic shrike
144114 | Zig:2    | Identified the +5 mace of Waedec {freeze, Str+3 Int+2}
144153 | Zig:3    | Entered Level 3 of a ziggurat
144153 | Zig:3    | Noticed a royal mummy
144153 | Zig:3    | Noticed a royal mummy
144153 | Zig:3    | Noticed a royal mummy
144154 | Zig:3    | Killed a royal mummy
144154 | Zig:3    | Killed a royal mummy
144154 | Zig:3    | Killed a royal mummy
144154 | Zig:3    | Noticed a royal mummy
144161 | Zig:3    | Killed a royal mummy
144188 | Zig:3    | Identified the +8 mace "Trog's Indignation" {drain, Dex+8}
144197 | Zig:3    | Identified the +7 trident of Sudden Death {freeze, rN+
                  | Dex+5}
144334 | Zig:4    | Entered Level 4 of a ziggurat
144334 | Zig:4    | Noticed an ancient lich
144334 | Zig:4    | Noticed an ancient lich
144334 | Zig:4    | Noticed an ancient lich
144334 | Zig:4    | Noticed a dread lich
144334 | Zig:4    | Noticed a dread lich
144336 | Zig:4    | Killed a dread lich
144336 | Zig:4    | Killed an ancient lich
144336 | Zig:4    | Killed an ancient lich
144336 | Zig:4    | Killed an ancient lich
144337 | Zig:4    | Killed a dread lich
144339 | Zig:4    | Noticed an ancient lich
144341 | Zig:4    | Killed an ancient lich
144457 | Zig:5    | Entered Level 5 of a ziggurat
144457 | Zig:5    | Noticed a dread lich
144457 | Zig:5    | Noticed a dread lich
144457 | Zig:5    | Noticed an ancient lich
144457 | Zig:5    | Noticed a dread lich
144457 | Zig:5    | Noticed an ancient lich
144457 | Zig:5    | Noticed a dread lich
144459 | Zig:5    | Noticed a dread lich
144459 | Zig:5    | Killed a dread lich
144459 | Zig:5    | Killed a dread lich
144459 | Zig:5    | Killed a dread lich
144459 | Zig:5    | Killed a dread lich
144459 | Zig:5    | Noticed an ancient lich
144460 | Zig:5    | Noticed an ancient lich
144461 | Zig:5    | Killed a dread lich
144461 | Zig:5    | Killed an ancient lich
144461 | Zig:5    | Killed an ancient lich
144461 | Zig:5    | Killed an ancient lich
144461 | Zig:5    | Killed an ancient lich
144461 | Zig:5    | Noticed a dread lich
144462 | Zig:5    | Killed a dread lich
144573 | Zig:5    | Identified the staff of air "Lett" {rElec MP-9 Int+3}
144644 | Zig:6    | Entered Level 6 of a ziggurat
144644 | Zig:6    | Noticed a shard shrike
144644 | Zig:6    | Noticed a shard shrike
144645 | Zig:6    | Killed a shard shrike
144645 | Zig:6    | Killed a shard shrike
144645 | Zig:6    | Killed a shard shrike
144645 | Zig:6    | Killed a shard shrike
144645 | Zig:6    | Noticed a shard shrike
144646 | Zig:6    | Noticed an ancient lich
144646 | Zig:6    | Noticed a shard shrike
144647 | Zig:6    | Noticed a shard shrike
144648 | Zig:6    | Noticed a shard shrike
144649 | Zig:6    | Killed a shard shrike
144649 | Zig:6    | Killed a shard shrike
144649 | Zig:6    | Killed a shard shrike
144649 | Zig:6    | Noticed a shard shrike
144649 | Zig:6    | Noticed a shard shrike
144651 | Zig:6    | Killed a shard shrike
144651 | Zig:6    | Killed an ancient lich
144652 | Zig:6    | Killed a shard shrike
144652 | Zig:6    | Killed a shard shrike
144752 | Zig:6    | Identified the +9 long sword of Buoguu {vamp, rElec rCorr}
144760 | Zig:6    | Identified the ring "Veype" {Fly Will++ rCorr Str+3}
144763 | Zig:6    | Identified the +4 long sword of Cusut {heavy, +Blink rPois
                  | rF- MP+9}
144776 | Zig:6    | Identified the staff of conjuration "Dityaz" {*Slow rCorr
                  | MP+9 Dex+3}
144808 | Zig:6    | Got the Incunabulum of Relocation
144826 | Zig:6    | Got Washei's Handbook of the Retinue
144833 | Zig:7    | Entered Level 7 of a ziggurat
144896 | Zig:7    | Identified the ring "Duol" {*Slow rPois rF++ rC+ Int+6}
145123 | Zig:7    | Got Sif Muna's Papyrus of Transition
145157 | Zig:8    | Entered Level 8 of a ziggurat
145157 | Zig:8    | Noticed a royal mummy
145157 | Zig:8    | Noticed a royal mummy
145157 | Zig:8    | Noticed a royal mummy
145157 | Zig:8    | Noticed a royal mummy
145157 | Zig:8    | Noticed a royal mummy
145157 | Zig:8    | Noticed a royal mummy
145157 | Zig:8    | Noticed a royal mummy
145157 | Zig:8    | Noticed a royal mummy
145157 | Zig:8    | Noticed a royal mummy
145157 | Zig:8    | Noticed a royal mummy
145157 | Zig:8    | Noticed a royal mummy
145158 | Zig:8    | Killed a royal mummy
145158 | Zig:8    | Killed a royal mummy
145158 | Zig:8    | Killed a royal mummy
145158 | Zig:8    | Killed a royal mummy
145158 | Zig:8    | Killed a royal mummy
145158 | Zig:8    | Killed a royal mummy
145158 | Zig:8    | Killed a royal mummy
145158 | Zig:8    | Killed a royal mummy
145158 | Zig:8    | Killed a royal mummy
145158 | Zig:8    | Killed a royal mummy
145158 | Zig:8    | Killed a royal mummy
145159 | Zig:8    | Noticed a royal mummy
145160 | Zig:8    | Noticed a royal mummy
145160 | Zig:8    | Noticed a royal mummy
145162 | Zig:8    | Noticed a royal mummy
145163 | Zig:8    | Killed a royal mummy
145163 | Zig:8    | Killed a royal mummy
145163 | Zig:8    | Killed a royal mummy
145163 | Zig:8    | Noticed a royal mummy
145163 | Zig:8    | Noticed a royal mummy
145164 | Zig:8    | Noticed a royal mummy
145164 | Zig:8    | Noticed a royal mummy
145165 | Zig:8    | Noticed a royal mummy
145166 | Zig:8    | Killed a royal mummy
145166 | Zig:8    | Killed a royal mummy
145166 | Zig:8    | Killed a royal mummy
145167 | Zig:8    | Killed a royal mummy
145167 | Zig:8    | Killed a royal mummy
145167 | Zig:8    | Killed a royal mummy
145167 | Zig:8    | Noticed a royal mummy
145173 | Zig:8    | Killed a royal mummy
145468 | Zig:8    | Identified the +11 great mace of the Harvest {elec, Will-
                  | rCorr Dex+3}
145469 | Zig:8    | Identified the +1 great sword "Jiluq" {heavy, rF+}
145506 | Zig:9    | Entered Level 9 of a ziggurat
145600 | Zig:9    | Identified the ring "Qemi Kote" {Fly rC++ Will- Dex+3 SInv}
145603 | Zig:9    | Identified the ring "Meusm" {+Blink rF+ rC+ Will+}
145605 | Zig:9    | Identified the +0 mace "Mulaghye" {venom, MP+9 Str+5 Dex-3}
145612 | Zig:9    | Identified the +7 scimitar of Miecirphe {heavy, Will+
                  | Int+2}
145615 | Zig:9    | Identified the ring of the Kraken {rPois rF+ Int+3 Dex+3}
145620 | Zig:9    | Identified the +2 chain mail of the Ancient Visions {Str+3
                  | Int+2 Dex-4}
145622 | Zig:9    | Identified the +0 ring mail of the Dwarven Hall {Int+3}
145762 | Zig:9    | Acquired 785 gold pieces
145764 | Zig:9    | Acquired 1274 gold pieces
145776 | Zig:9    | Got the Tractate on Familiar Necromancy
145789 | Zig:10   | Entered Level 10 of a ziggurat
146066 | Zig:10   | Identified the +10 plate armour of Yredelemnul's Outrage
                  | {+Inv Stlth+}
146068 | Zig:10   | Identified the quicksilver dragon scales of Tender Moments
                  | {rN++ Will+ Slay-2}
146093 | Zig:10   | Identified the staff of earth "Tanu" {Contam rC+++ Str-5
                  | Dex+5}
146095 | Zig:10   | Identified the staff of conjuration "Cogypyob" {rN+ rCorr
                  | Str+2 Int+3}
146100 | Zig:10   | Identified the -2 helmet of Qazlal's Pride {Harm Will+}
146158 | Zig:10   | Got Sif Muna's Textbook on Ensnaring Talus
146161 | Zig:10   | Got the Tractate on Sinister Deeds and Mud
146192 | Zig:11   | Entered Level 11 of a ziggurat
146194 | Zig:11   | Noticed a caustic shrike
146194 | Zig:11   | Noticed a caustic shrike
146196 | Zig:11   | Noticed a caustic shrike
146196 | Zig:11   | Noticed a caustic shrike
146196 | Zig:11   | Noticed a caustic shrike
146197 | Zig:11   | Noticed a caustic shrike
146199 | Zig:11   | Killed a caustic shrike
146199 | Zig:11   | Killed a caustic shrike
146199 | Zig:11   | Killed a caustic shrike
146199 | Zig:11   | Killed a caustic shrike
146199 | Zig:11   | Killed a caustic shrike
146200 | Zig:11   | Noticed a caustic shrike
146200 | Zig:11   | Noticed a dread lich
146201 | Zig:11   | Noticed a caustic shrike
146202 | Zig:11   | Killed a caustic shrike
146202 | Zig:11   | Noticed a caustic shrike
146202 | Zig:11   | Noticed a caustic shrike
146202 | Zig:11   | Noticed a caustic shrike
146203 | Zig:11   | Noticed a caustic shrike
146204 | Zig:11   | Killed a caustic shrike
146204 | Zig:11   | Killed a dread lich
146204 | Zig:11   | Killed a caustic shrike
146204 | Zig:11   | Noticed a caustic shrike
146205 | Zig:11   | Killed a caustic shrike
146205 | Zig:11   | Killed a caustic shrike
146205 | Zig:11   | Killed a caustic shrike
146206 | Zig:11   | Killed a caustic shrike
146208 | Zig:11   | Killed a caustic shrike
146208 | Zig:11   | Noticed a caustic shrike
146211 | Zig:11   | Noticed a caustic shrike
146211 | Zig:11   | Noticed a caustic shrike
146216 | Zig:11   | Killed a caustic shrike
146217 | Zig:11   | Killed a caustic shrike
146217 | Zig:11   | Killed a caustic shrike
146263 | Zig:11   | Identified the +8 plate armour of the Exiled Hosts {*Slow
                  | Dex+6}
146270 | Zig:11   | Identified the ring "Taaw" {rElec rPois rCorr Str+6}
146273 | Zig:11   | Identified the +1 robe of Hishreeba {Harm rN+ Slay+3
                  | Archmagi}
146280 | Zig:11   | Identified the +4 spear of the Median {flame, rC+ Will+}
146290 | Zig:11   | Identified the +1 broad axe "Puploh" {venom, rF+}
146302 | Zig:11   | Identified the ring "Dawnail" {rF+ rN+ Str+4 SInv}
146477 | Zig:11   | Got Ocieq's Octavo of Stony Generation
146520 | Zig:12   | Entered Level 12 of a ziggurat
146544 | Zig:12   | Noticed Jeestrisa the pandemonium lord
146548 | Zig:12   | Killed Jeestrisa the pandemonium lord
146819 | Zig:12   | Identified the ring of Erasuq {rPois Will- rCorr Str+4}
146837 | Zig:12   | Identified the staff of air "Ethruh" {rElec rPois Will+}
146873 | Zig:12   | Identified the +5 mace "Mukauhao" {drain, rCorr}
146946 | Zig:12   | Got the Lessons on the Deathly Curse
146966 | Zig:13   | Entered Level 13 of a ziggurat
147089 | Zig:13   | Identified the staff of fire "Nush" {rElec rPois rF+ rN+
                  | Int+2}
147105 | Zig:13   | Identified the ring of Surprise {*Slow rElec rF+ Str+5}
147107 | Zig:13   | Identified the ring "Wotzien" {rElec rC+}
147112 | Zig:13   | Identified the amulet "Recw" {Spirit -Cast +Blink rPois
                  | rCorr}
147495 | Zig:14   | Entered Level 14 of a ziggurat
147500 | Zig:14   | Noticed a dread lich
147502 | Zig:14   | Killed a dread lich
147522 | Zig:14   | Noticed an ancient lich
147523 | Zig:14   | Killed an ancient lich
147738 | Zig:14   | Identified the +5 mace "Varasy" {pain, Dex+2}
147739 | Zig:14   | Identified the +7 war axe "Bead" {speed, *Rage rPois rF+
                  | Will+}
147746 | Zig:14   | Identified the amulet "Detuanni" {RegenMP *Corrode rF+++
                  | MP+9 Dex-2}
147758 | Zig:14   | Got Geodwih's Histories of Mysteries and You
147766 | Zig:14   | Identified the +10 arbalest "Yxzumofu" {heavy, Dex+5}
147785 | Zig:14   | Identified the +5 plate armour of Supple Strength {rPois
                  | rN+ Stlth+}
147787 | Zig:14   | Identified the +8 scimitar of Filiqo {venom, rPois}
147812 | Zig:14   | Got the Octavo of Focus
147829 | Zig:14   | Identified the ring "Gaxyejoi" {rN+ Will+ rCorr Int-5
                  | Dex+2}
147839 | Zig:15   | Entered Level 15 of a ziggurat
147843 | Zig:15   | Noticed a caustic shrike
147845 | Zig:15   | Noticed a caustic shrike
147845 | Zig:15   | Noticed a caustic shrike
147848 | Zig:15   | Killed a caustic shrike
147850 | Zig:15   | Killed a caustic shrike
147851 | Zig:15   | Killed a caustic shrike
147851 | Zig:15   | Noticed a caustic shrike
147851 | Zig:15   | Noticed a caustic shrike
147852 | Zig:15   | Noticed a caustic shrike
147852 | Zig:15   | Noticed a caustic shrike
147853 | Zig:15   | Noticed a caustic shrike
147853 | Zig:15   | Killed a caustic shrike
147853 | Zig:15   | Killed a caustic shrike
147853 | Zig:15   | Noticed a caustic shrike
147853 | Zig:15   | Noticed a caustic shrike
147869 | Zig:15   | Noticed a caustic shrike
147869 | Zig:15   | Noticed a caustic shrike
147870 | Zig:15   | Killed a caustic shrike
147870 | Zig:15   | Killed a caustic shrike
147870 | Zig:15   | Noticed a caustic shrike
147873 | Zig:15   | Killed a caustic shrike
147873 | Zig:15   | Killed a caustic shrike
147873 | Zig:15   | Killed a caustic shrike
147873 | Zig:15   | Noticed a caustic shrike
147874 | Zig:15   | Killed a caustic shrike
147875 | Zig:15   | Killed a caustic shrike
147877 | Zig:15   | Noticed a caustic shrike
147878 | Zig:15   | Killed a caustic shrike
147878 | Zig:15   | Noticed a caustic shrike
147879 | Zig:15   | Killed a caustic shrike
147880 | Zig:15   | Killed a caustic shrike
147880 | Zig:15   | Noticed a caustic shrike
147886 | Zig:15   | Killed a caustic shrike
147891 | Zig:15   | Killed a caustic shrike
147937 | Zig:15   | Identified the amulet "Gec Oxue" {RegenMP rF+}
147943 | Zig:15   | Identified the +2 short sword "Guxt" {pain, Will+ Str+4}
147957 | Zig:15   | Identified the +13 gold dragon scales of Somewhere Else
                  | {rPois rF+ rC+ Dex+3}
147963 | Zig:15   | Identified the +9 war axe of the Bright God {holy, Fragile
                  | rElec Str+3}
147968 | Zig:15   | Identified the staff of fire "Uquemuan" {rPois rF+ rCorr}
147969 | Zig:15   | Identified the amulet "Weycra Leck" {Spirit rElec rPois}
147971 | Zig:15   | Identified the +4 great sword of Uhegoat {protect, rC+
                  | Str+4 Int-2}
147974 | Zig:15   | Identified the +1 helmet "Ytaur" {rN+}
147982 | Zig:15   | Identified the ring "Ikhemyg" {Ice rPois Str+3 Dex-2}
147995 | Zig:15   | Identified the +6 hand axe "Dygiquibb" {spect, *Noise rPois
                  | Int+4 SInv}
148301 | Zig:16   | Entered Level 16 of a ziggurat
148305 | Zig:16   | Noticed an ancient lich
148305 | Zig:16   | Noticed a dread lich
148305 | Zig:16   | Noticed an ancient lich
148305 | Zig:16   | Noticed an ancient lich
148305 | Zig:16   | Noticed an ancient lich
148307 | Zig:16   | Killed an ancient lich
148307 | Zig:16   | Killed an ancient lich
148307 | Zig:16   | Killed an ancient lich
148308 | Zig:16   | Noticed a dread lich
148308 | Zig:16   | Noticed a dread lich
148308 | Zig:16   | Noticed an ancient lich
148309 | Zig:16   | Killed a dread lich
148309 | Zig:16   | Noticed a dread lich
148309 | Zig:16   | Noticed a dread lich
148310 | Zig:16   | Killed an ancient lich
148310 | Zig:16   | Killed a dread lich
148310 | Zig:16   | Killed a dread lich
148310 | Zig:16   | Killed an ancient lich
148310 | Zig:16   | Killed a dread lich
148310 | Zig:16   | Killed a dread lich
148311 | Zig:16   | Noticed a dread lich
148312 | Zig:16   | Noticed a dread lich
148312 | Zig:16   | Noticed a dread lich
148312 | Zig:16   | Noticed an ancient lich
148312 | Zig:16   | Noticed an ancient lich
148313 | Zig:16   | Killed a dread lich
148313 | Zig:16   | Killed a dread lich
148313 | Zig:16   | Killed a dread lich
148313 | Zig:16   | Killed an ancient lich
148313 | Zig:16   | Killed an ancient lich
148313 | Zig:16   | Noticed an ancient lich
148313 | Zig:16   | Noticed an ancient lich
148313 | Zig:16   | Noticed an ancient lich
148313 | Zig:16   | Noticed a dread lich
148314 | Zig:16   | Killed an ancient lich
148314 | Zig:16   | Killed an ancient lich
148314 | Zig:16   | Killed a dread lich
148315 | Zig:16   | Noticed an ancient lich
148315 | Zig:16   | Noticed an ancient lich
148316 | Zig:16   | Noticed an ancient lich
148316 | Zig:16   | Noticed an ancient lich
148317 | Zig:16   | Noticed an ancient lich
148317 | Zig:16   | Noticed a dread lich
148317 | Zig:16   | Noticed an ancient lich
148318 | Zig:16   | Noticed a dread lich
148319 | Zig:16   | Killed an ancient lich
148319 | Zig:16   | Killed a dread lich
148319 | Zig:16   | Killed an ancient lich
148319 | Zig:16   | Killed an ancient lich
148319 | Zig:16   | Killed an ancient lich
148319 | Zig:16   | Killed a dread lich
148319 | Zig:16   | Killed an ancient lich
148319 | Zig:16   | Killed an ancient lich
148320 | Zig:16   | Killed an ancient lich
148320 | Zig:16   | Noticed a dread lich
148321 | Zig:16   | Noticed a dread lich
148321 | Zig:16   | Noticed a dread lich
148321 | Zig:16   | Noticed an ancient lich
148322 | Zig:16   | Noticed a dread lich
148322 | Zig:16   | Noticed an ancient lich
148322 | Zig:16   | Noticed an ancient lich
148323 | Zig:16   | Killed a dread lich
148323 | Zig:16   | Killed a dread lich
148323 | Zig:16   | Killed a dread lich
148323 | Zig:16   | Killed an ancient lich
148323 | Zig:16   | Noticed an ancient lich
148324 | Zig:16   | Killed a dread lich
148324 | Zig:16   | Killed an ancient lich
148324 | Zig:16   | Killed an ancient lich
148324 | Zig:16   | Killed an ancient lich
148325 | Zig:16   | Noticed an ancient lich
148325 | Zig:16   | Noticed an ancient lich
148326 | Zig:16   | Noticed an ancient lich
148327 | Zig:16   | Noticed an ancient lich
148327 | Zig:16   | Killed an ancient lich
148328 | Zig:16   | Killed an ancient lich
148328 | Zig:16   | Killed an ancient lich
148328 | Zig:16   | Killed an ancient lich
148567 | Zig:16   | Identified the +8 war axe of the Lusting Fox {speed, Fly
                  | rCorr}
148610 | Zig:16   | Identified the staff of cold "Nifomes" {rF+ rC+ rCorr
                  | Str+2}
148622 | Zig:16   | Identified the +0 buckler "Tuloynk" {Drain rElec rN+ Dex+3}
148623 | Zig:16   | Identified the +6 halberd of Suuqixzauza {flame, rF++
                  | Will++ Str+3}
148640 | Zig:16   | Identified the +7 trident "Fugoewoega" {spect, rN++ Will++
                  | Int-5}
148641 | Zig:16   | Identified the staff of conjuration "Ulyruy" {+Blink rN+}
148643 | Zig:16   | Identified the +1 leather armour of Pixkakkuph {-Cast Fly
                  | rCorr}
148646 | Zig:16   | Identified the staff of air "Saahal" {rElec rF+ rC- rN+
                  | Str+5}
148656 | Zig:16   | Identified the staff of poison "Zaoczit" {rPois rF- Dex+2
                  | Stlth+}
148666 | Zig:16   | Identified the staff of cold "Oleof" {+Blink rC+}
148686 | Zig:16   | Identified the +8 great sword of Exquisite Death
                  | {antimagic, Drain Fly rCorr Int+4}
148688 | Zig:16   | Identified the +5 ring mail of Xom's Favour {rElec rPois
                  | Str-3 Int+3}
148716 | Zig:16   | Got the Compilation of Mutagenic Beguiling
148721 | Zig:16   | Got Tigeegoivu's Cyclopedia of the Dislocated Sky
148723 | Zig:16   | Got Estroxami's Incunable of Transformation
148737 | Zig:16   | Got the Lessons on the Stinger and the Blaze
148767 | Zig:16   | Got the Quarto of Misty Obstruction
148820 | Zig:17   | Entered Level 17 of a ziggurat
148822 | Zig:17   | Noticed a shard shrike
148823 | Zig:17   | Noticed a shard shrike
148825 | Zig:17   | Noticed a shard shrike
148825 | Zig:17   | Noticed a shard shrike
148826 | Zig:17   | Killed a shard shrike
148826 | Zig:17   | Killed a shard shrike
148826 | Zig:17   | Killed a shard shrike
148826 | Zig:17   | Killed a shard shrike
148826 | Zig:17   | Killed a shard shrike
148827 | Zig:17   | Noticed an ancient lich
148827 | Zig:17   | Paralysed by a wendigo for 1 turns
148829 | Zig:17   | Noticed a shard shrike
148830 | Zig:17   | Killed an ancient lich
148830 | Zig:17   | Killed a shard shrike
148830 | Zig:17   | Killed a shard shrike
148831 | Zig:17   | Noticed a shard shrike
148833 | Zig:17   | Noticed an ancient lich
148833 | Zig:17   | Noticed a shard shrike
148833 | Zig:17   | Noticed a shard shrike
148834 | Zig:17   | Noticed a shard shrike
148835 | Zig:17   | Killed a shard shrike
148835 | Zig:17   | Killed a shard shrike
148835 | Zig:17   | Killed a shard shrike
148835 | Zig:17   | Noticed a shard shrike
148837 | Zig:17   | Killed a shard shrike
148837 | Zig:17   | Killed a shard shrike
148837 | Zig:17   | Killed a shard shrike
148837 | Zig:17   | Killed a shard shrike
148837 | Zig:17   | Noticed a shard shrike
148838 | Zig:17   | Noticed a shard shrike
148839 | Zig:17   | Noticed a shard shrike
148840 | Zig:17   | Killed a shard shrike
148840 | Zig:17   | Killed a shard shrike
148840 | Zig:17   | Killed a shard shrike
148840 | Zig:17   | Noticed a shard shrike
148841 | Zig:17   | Killed an ancient lich
148841 | Zig:17   | Noticed a shard shrike
148842 | Zig:17   | Noticed a shard shrike
148843 | Zig:17   | Killed a shard shrike
148843 | Zig:17   | Killed a shard shrike
148844 | Zig:17   | Noticed a shard shrike
148844 | Zig:17   | Noticed a shard shrike
148845 | Zig:17   | Killed a shard shrike
148845 | Zig:17   | Killed a shard shrike
148847 | Zig:17   | Noticed a shard shrike
148848 | Zig:17   | Killed a shard shrike
148849 | Zig:17   | Noticed a shard shrike
148850 | Zig:17   | Killed a shard shrike
148850 | Zig:17   | Killed a shard shrike
148852 | Zig:17   | Killed a shard shrike
148903 | Zig:17   | Identified the +11 mace "Stringbean" {vamp, rN++ Str+4
                  | Int+3}
148914 | Zig:17   | Identified the +10 long sword of Ygihul {venom, rF++ Dex+4}
148919 | Zig:17   | Identified the +6 morningstar "Xomulalo" {freeze, Int+5}
148936 | Zig:17   | Identified the +3 quarterstaff of Doom {flame, rElec Str+4}
149275 | Zig:17   | Got the Elucidation of the Gift and Fulmination
149285 | Zig:17   | Got Sif Muna's Monograph on Shifting Amathomancy
149305 | Zig:17   | Got the Teachings on the Lungs
149324 | Zig:18   | Entered Level 18 of a ziggurat
149675 | Zig:18   | Identified the +4 war axe "Olluose" {antimagic, Str+3}
149684 | Zig:18   | Identified the amulet of Haloesch {Reflect Dex+2 SH+5}
149695 | Zig:18   | Identified the +1 robe "Uteopsum" {Dex+3}
149704 | Zig:18   | Identified the ring "Ockistal" {rCorr Dex+2}
149721 | Zig:18   | Identified the +6 sling "Duir" {antimagic, *Corrode Fly
                  | Int+3 Stlth+}
149725 | Zig:18   | Identified the +2 dagger of Nyutyag {heavy, Int+3}
149787 | Zig:18   | Got Sif Muna's Dissertation on Venom
149829 | Zig:18   | Got the Elucidation of Accelerants and Gases
149845 | Zig:19   | Entered Level 19 of a ziggurat
149845 | Zig:19   | Noticed a royal mummy
149845 | Zig:19   | Noticed a royal mummy
149845 | Zig:19   | Noticed a royal mummy
149845 | Zig:19   | Noticed a dread lich
149845 | Zig:19   | Noticed a royal mummy
149845 | Zig:19   | Noticed a royal mummy
149845 | Zig:19   | Noticed a royal mummy
149845 | Zig:19   | Noticed a royal mummy
149845 | Zig:19   | Noticed a royal mummy
149845 | Zig:19   | Noticed a royal mummy
149845 | Zig:19   | Noticed a royal mummy
149846 | Zig:19   | Killed a royal mummy
149846 | Zig:19   | Killed a royal mummy
149846 | Zig:19   | Killed a royal mummy
149846 | Zig:19   | Killed a royal mummy
149846 | Zig:19   | Killed a dread lich
149846 | Zig:19   | Killed a royal mummy
149846 | Zig:19   | Killed a royal mummy
149846 | Zig:19   | Killed a royal mummy
149846 | Zig:19   | Killed a royal mummy
149846 | Zig:19   | Killed a royal mummy
149846 | Zig:19   | Killed a royal mummy
149847 | Zig:19   | Noticed a royal mummy
149849 | Zig:19   | Noticed a royal mummy
149849 | Zig:19   | Noticed a royal mummy
149851 | Zig:19   | Noticed a royal mummy
149851 | Zig:19   | Killed a royal mummy
149851 | Zig:19   | Noticed a royal mummy
149851 | Zig:19   | Noticed a royal mummy
149852 | Zig:19   | Noticed a royal mummy
149852 | Zig:19   | Noticed a royal mummy
149853 | Zig:19   | Noticed a royal mummy
149853 | Zig:19   | Noticed a royal mummy
149853 | Zig:19   | Noticed a royal mummy
149854 | Zig:19   | Noticed a royal mummy
149854 | Zig:19   | Noticed a royal mummy
149854 | Zig:19   | Noticed a royal mummy
149854 | Zig:19   | Noticed a royal mummy
149854 | Zig:19   | Noticed a royal mummy
149855 | Zig:19   | Killed a royal mummy
149855 | Zig:19   | Killed a royal mummy
149855 | Zig:19   | Killed a royal mummy
149855 | Zig:19   | Killed a royal mummy
149855 | Zig:19   | Killed a royal mummy
149855 | Zig:19   | Killed a royal mummy
149855 | Zig:19   | Killed a royal mummy
149855 | Zig:19   | Killed a royal mummy
149855 | Zig:19   | Killed a royal mummy
149855 | Zig:19   | Killed a royal mummy
149855 | Zig:19   | Killed a royal mummy
149855 | Zig:19   | Noticed a royal mummy
149857 | Zig:19   | Noticed a royal mummy
149857 | Zig:19   | Noticed a royal mummy
149857 | Zig:19   | Killed a royal mummy
149857 | Zig:19   | Noticed a royal mummy
149858 | Zig:19   | Noticed a royal mummy
149858 | Zig:19   | Noticed a royal mummy
149858 | Zig:19   | Noticed a royal mummy
149858 | Zig:19   | Noticed a royal mummy
149858 | Zig:19   | Noticed a royal mummy
149858 | Zig:19   | Killed a royal mummy
149859 | Zig:19   | Noticed a royal mummy
149859 | Zig:19   | Noticed a royal mummy
149859 | Zig:19   | Killed a royal mummy
149859 | Zig:19   | Killed a royal mummy
149859 | Zig:19   | Noticed a royal mummy
149859 | Zig:19   | Noticed a royal mummy
149860 | Zig:19   | Noticed a royal mummy
149860 | Zig:19   | Noticed a royal mummy
149861 | Zig:19   | Noticed a royal mummy
149861 | Zig:19   | Killed a royal mummy
149861 | Zig:19   | Killed a royal mummy
149861 | Zig:19   | Noticed a royal mummy
149862 | Zig:19   | Killed a royal mummy
149862 | Zig:19   | Killed a royal mummy
149862 | Zig:19   | Killed a royal mummy
149862 | Zig:19   | Killed a royal mummy
149862 | Zig:19   | Killed a royal mummy
149862 | Zig:19   | Killed a royal mummy
149862 | Zig:19   | Killed a royal mummy
149862 | Zig:19   | Killed a royal mummy
149862 | Zig:19   | Killed a royal mummy
149862 | Zig:19   | Killed a royal mummy
149862 | Zig:19   | Killed a royal mummy
149862 | Zig:19   | Noticed a royal mummy
149863 | Zig:19   | Noticed a royal mummy
149864 | Zig:19   | Noticed a royal mummy
149864 | Zig:19   | Noticed a royal mummy
149865 | Zig:19   | Killed a royal mummy
149865 | Zig:19   | Killed a royal mummy
149865 | Zig:19   | Killed a royal mummy
149865 | Zig:19   | Killed a royal mummy
149865 | Zig:19   | Killed a royal mummy
149865 | Zig:19   | Killed a royal mummy
149865 | Zig:19   | Killed a royal mummy
149865 | Zig:19   | Killed a royal mummy
149865 | Zig:19   | Killed a royal mummy
149865 | Zig:19   | Noticed a royal mummy
149865 | Zig:19   | Noticed a royal mummy
149865 | Zig:19   | Noticed a royal mummy
149867 | Zig:19   | Noticed a royal mummy
149867 | Zig:19   | Noticed a royal mummy
149868 | Zig:19   | Noticed a royal mummy
149869 | Zig:19   | Killed a royal mummy
149869 | Zig:19   | Killed a royal mummy
149870 | Zig:19   | Killed a royal mummy
149870 | Zig:19   | Noticed a royal mummy
149871 | Zig:19   | Noticed a royal mummy
149871 | Zig:19   | Noticed a royal mummy
149871 | Zig:19   | Killed a royal mummy
149871 | Zig:19   | Killed a royal mummy
149871 | Zig:19   | Killed a royal mummy
149871 | Zig:19   | Noticed a royal mummy
149872 | Zig:19   | Noticed a royal mummy
149872 | Zig:19   | Noticed a royal mummy
149872 | Zig:19   | Noticed a royal mummy
149873 | Zig:19   | Killed a royal mummy
149873 | Zig:19   | Killed a royal mummy
149873 | Zig:19   | Killed a royal mummy
149873 | Zig:19   | Killed a royal mummy
149873 | Zig:19   | Killed a royal mummy
149873 | Zig:19   | Killed a royal mummy
149873 | Zig:19   | Killed a royal mummy
149873 | Zig:19   | Noticed a royal mummy
149874 | Zig:19   | Noticed a royal mummy
149876 | Zig:19   | Noticed a royal mummy
149877 | Zig:19   | Killed a royal mummy
149877 | Zig:19   | Killed a royal mummy
149877 | Zig:19   | Killed a royal mummy
149878 | Zig:19   | Noticed a royal mummy
149883 | Zig:19   | Killed a royal mummy
149883 | Zig:19   | Killed a royal mummy
149918 | Zig:19   | Identified the amulet "Sayji Peequ" {RegenMP Str+6 Int+5
                  | Dex-3}
149926 | Zig:19   | Identified the staff of cold "Pomoqen" {rC+ Int+5}
149930 | Zig:19   | Identified the +0 robe of Distant Worlds {Dex+2}
149933 | Zig:19   | Identified the +0 pair of boots "Kaosigac" {*Slow rN++}
149944 | Zig:19   | Identified the +1 robe of Minor Irritation {Will+}
149946 | Zig:19   | Identified the +1 helmet "Batublog" {Str+2}
149947 | Zig:19   | Identified the staff of poison "Qiyrudash" {rPois Dex+2}
149948 | Zig:19   | Identified the +10 war axe of the Eternal Warrior {flame,
                  | Str+4}
149951 | Zig:19   | Identified the +6 mace of Glory {speed, rC+}
149956 | Zig:19   | Identified the staff of poison "Edwoej" {rPois Str+3 Int+2
                  | Dex+5}
149958 | Zig:19   | Identified the +2 morningstar of the Final Chapter {heavy,
                  | rF+ Int+3}
149959 | Zig:19   | Identified the amulet "Onociclask" {Acrobat Rampage rElec
                  | rN+}
149960 | Zig:19   | Identified the staff of death "Piom" {rC+ rN+ Str-3 Int+5}
149970 | Zig:19   | Identified the +0 cloak "Akiamet" {rPois Regen+ Str+2}
149979 | Zig:19   | Identified the +11 great sword of Past Mistakes {flame,
                  | rElec rPois rC+ Stlth-}
149994 | Zig:19   | Identified the +8 morningstar "Itaroik" {flame, rC+++ Str-2
                  | Dex+5}
149996 | Zig:19   | Identified the +8 battleaxe of the Realm of Zot {flame,
                  | *Rage +Blink rPois Int+2}
150646 | Zig:19   | Got the Elucidation of the Singularity
150668 | Zig:20   | Entered Level 20 of a ziggurat
150676 | Zig:20   | Noticed a shard shrike
150676 | Zig:20   | Noticed a shard shrike
150676 | Zig:20   | Noticed a shard shrike
150676 | Zig:20   | Noticed a shard shrike
150677 | Zig:20   | Noticed a shard shrike
150677 | Zig:20   | Noticed a shard shrike
150678 | Zig:20   | Killed a shard shrike
150678 | Zig:20   | Killed a shard shrike
150678 | Zig:20   | Killed a shard shrike
150678 | Zig:20   | Killed a shard shrike
150678 | Zig:20   | Killed a shard shrike
150678 | Zig:20   | Noticed a shard shrike
150679 | Zig:20   | Killed a shard shrike
150680 | Zig:20   | Noticed a shard shrike
150681 | Zig:20   | Noticed a shard shrike
150681 | Zig:20   | Killed a shard shrike
150681 | Zig:20   | Killed a shard shrike
150681 | Zig:20   | Killed a shard shrike
150681 | Zig:20   | Noticed a shard shrike
150682 | Zig:20   | Noticed a shard shrike
150682 | Zig:20   | Noticed a shard shrike
150683 | Zig:20   | Killed a shard shrike
150684 | Zig:20   | Noticed a shard shrike
150684 | Zig:20   | Noticed a shard shrike
150684 | Zig:20   | Noticed a shard shrike
150684 | Zig:20   | Noticed a shard shrike
150685 | Zig:20   | Noticed a shard shrike
150685 | Zig:20   | Noticed a shard shrike
150686 | Zig:20   | Killed a shard shrike
150686 | Zig:20   | Killed a shard shrike
150686 | Zig:20   | Killed a shard shrike
150686 | Zig:20   | Killed a shard shrike
150686 | Zig:20   | Killed a shard shrike
150686 | Zig:20   | Killed a shard shrike
150686 | Zig:20   | Killed a shard shrike
150686 | Zig:20   | Killed a shard shrike
150686 | Zig:20   | Killed a shard shrike
150686 | Zig:20   | Noticed a shard shrike
150687 | Zig:20   | Paralysed by a wendigo for 1 turns
150687 | Zig:20   | Noticed a shard shrike
150689 | Zig:20   | Noticed a shard shrike
150689 | Zig:20   | Killed a shard shrike
150690 | Zig:20   | Killed a shard shrike
150690 | Zig:20   | Killed a shard shrike
150690 | Zig:20   | Killed a shard shrike
150690 | Zig:20   | Noticed a shard shrike
150691 | Zig:20   | Noticed an ancient lich
150692 | Zig:20   | Killed a shard shrike
150693 | Zig:20   | Noticed a shard shrike
150694 | Zig:20   | Noticed a shard shrike
150695 | Zig:20   | Killed a shard shrike
150695 | Zig:20   | Killed a shard shrike
150695 | Zig:20   | Killed a shard shrike
150695 | Zig:20   | Noticed a dread lich
150696 | Zig:20   | Noticed a shard shrike
150696 | Zig:20   | Noticed a shard shrike
150697 | Zig:20   | Noticed a dread lich
150697 | Zig:20   | Noticed a shard shrike
150698 | Zig:20   | Killed a shard shrike
150698 | Zig:20   | Killed a shard shrike
150698 | Zig:20   | Killed a shard shrike
150698 | Zig:20   | Killed a dread lich
150698 | Zig:20   | Killed a dread lich
150698 | Zig:20   | Noticed a shard shrike
150700 | Zig:20   | Noticed a shard shrike
150701 | Zig:20   | Killed an ancient lich
150701 | Zig:20   | Killed a shard shrike
150701 | Zig:20   | Killed a shard shrike
150702 | Zig:20   | Noticed a shard shrike
150704 | Zig:20   | Killed a shard shrike
150993 | Zig:20   | Identified the staff of air "Nuiriups" {rElec rPois rC+
                  | Int+3}
151003 | Zig:20   | Identified the staff of fire "Purirchefulu" {+Blink rPois
                  | rF+ Str+3 Int+2}
151004 | Zig:20   | Identified the +3 leather armour "Ecwo" {Drain Int+6}
151024 | Zig:20   | Identified the amulet "Maimesyj" {Faith Int+3}
151042 | Zig:20   | Identified the staff of fire "Jonov" {rF+ rN+}
151049 | Zig:20   | Identified the +1 hand axe of Eternal Vigilance {drain,
                  | Str+3 Stlth+}
151052 | Zig:20   | Identified the staff of air "Boifios" {rElec rN+ Str+6
                  | Dex-5}
151053 | Zig:20   | Identified the ring "Lyst" {rCorr MP+9 Str+4}
151077 | Zig:20   | Identified the +5 shortbow of Uclathixko {drain, rElec rF+
                  | Str+3 Int+2}
151080 | Zig:20   | Identified the +2 robe "Jiamneij" {Int+3 Stlth+}
151087 | Zig:20   | Identified the +2 whip "Bisuotun" {flame, rElec rN+ Will+
                  | Dex+4 Stlth-}
151231 | Zig:20   | Got the Compilation of the Salamander
151245 | Zig:21   | Entered Level 21 of a ziggurat
151253 | Zig:21   | Noticed an ancient lich
151254 | Zig:21   | Noticed an ancient lich
151254 | Zig:21   | Noticed a dread lich
151255 | Zig:21   | Killed an ancient lich
151255 | Zig:21   | Killed an ancient lich
151255 | Zig:21   | Killed a dread lich
151257 | Zig:21   | Noticed an ancient lich
151258 | Zig:21   | Noticed a dread lich
151258 | Zig:21   | Noticed an ancient lich
151258 | Zig:21   | Noticed an ancient lich
151258 | Zig:21   | Noticed a dread lich
151259 | Zig:21   | Noticed a dread lich
151259 | Zig:21   | Noticed an ancient lich
151260 | Zig:21   | Noticed a dread lich
151260 | Zig:21   | Noticed an ancient lich
151260 | Zig:21   | Killed an ancient lich
151260 | Zig:21   | Killed a dread lich
151260 | Zig:21   | Killed an ancient lich
151260 | Zig:21   | Killed a dread lich
151260 | Zig:21   | Killed a dread lich
151261 | Zig:21   | Noticed an ancient lich
151261 | Zig:21   | Killed an ancient lich
151261 | Zig:21   | Noticed a dread lich
151261 | Zig:21   | Noticed a dread lich
151262 | Zig:21   | Killed an ancient lich
151262 | Zig:21   | Killed a dread lich
151262 | Zig:21   | Killed an ancient lich
151262 | Zig:21   | Killed a dread lich
151262 | Zig:21   | Killed a dread lich
151262 | Zig:21   | Killed an ancient lich
151262 | Zig:21   | Noticed a dread lich
151262 | Zig:21   | Noticed an ancient lich
151262 | Zig:21   | Noticed a dread lich
151262 | Zig:21   | Noticed an ancient lich
151263 | Zig:21   | Noticed a dread lich
151264 | Zig:21   | Noticed a dread lich
151264 | Zig:21   | Noticed a dread lich
151265 | Zig:21   | Killed an ancient lich
151265 | Zig:21   | Killed an ancient lich
151265 | Zig:21   | Killed a dread lich
151265 | Zig:21   | Killed a dread lich
151265 | Zig:21   | Killed a dread lich
151265 | Zig:21   | Killed a dread lich
151265 | Zig:21   | Noticed an ancient lich
151266 | Zig:21   | Noticed a dread lich
151266 | Zig:21   | Noticed a dread lich
151267 | Zig:21   | Noticed a dread lich
151267 | Zig:21   | Noticed an ancient lich
151267 | Zig:21   | Noticed a dread lich
151268 | Zig:21   | Killed a dread lich
151268 | Zig:21   | Noticed a dread lich
151269 | Zig:21   | Noticed a dread lich
151269 | Zig:21   | Noticed an ancient lich
151271 | Zig:21   | Noticed an ancient lich
151271 | Zig:21   | Noticed an ancient lich
151272 | Zig:21   | Killed an ancient lich
151272 | Zig:21   | Killed an ancient lich
151272 | Zig:21   | Killed a dread lich
151272 | Zig:21   | Killed an ancient lich
151272 | Zig:21   | Killed a dread lich
151272 | Zig:21   | Killed a dread lich
151272 | Zig:21   | Killed a dread lich
151272 | Zig:21   | Killed a dread lich
151273 | Zig:21   | Killed an ancient lich
151273 | Zig:21   | Killed a dread lich
151273 | Zig:21   | Killed an ancient lich
151274 | Zig:21   | Noticed a dread lich
151274 | Zig:21   | Noticed a dread lich
151275 | Zig:21   | Noticed an ancient lich
151277 | Zig:21   | Killed an ancient lich
151277 | Zig:21   | Killed a dread lich
151278 | Zig:21   | Killed a dread lich
151359 | Zig:21   | Identified the staff of air "Xagrulesi" {rElec rPois rC+
                  | Will+ Dex-2}
151361 | Zig:21   | Identified the +1 morningstar of the Revolution {drain, rF+
                  | rCorr Int-3}
151401 | Zig:21   | Identified the +4 trident "Arphamp" {heavy, rN+ Str-4
                  | Dex+6}
151403 | Zig:21   | Identified the +6 halberd "Yliek" {vamp, rN+ Dex+2}
151410 | Zig:21   | Identified the ring "Zuappy" {rC+ rN+ Int+4}
151765 | Zig:21   | Identified the staff of death "Maahuuwo" {rC+ rN+}
151787 | Zig:21   | Acquired 829 gold pieces
151788 | Zig:21   | Acquired 947 gold pieces
151810 | Zig:21   | Got the Tome of Bedrock and Malediction
151812 | Zig:21   | Got Enosais's Directory of Congealing Vicissitude
151834 | Zig:22   | Entered Level 22 of a ziggurat
152396 | Zig:22   | Identified the staff of death "Ipienueh" {+Blink rN+}
152486 | Zig:22   | Identified the ring "Ciap" {rPois Will+ MP+9 Int+6 Dex-3}
152501 | Zig:22   | Identified the amulet "Kagh" {Spirit Rampage}
152507 | Zig:22   | Identified the +1 war axe "Xeuruerr" {pain, Drain rN++
                  | Int+3 Dex-2}
152513 | Zig:22   | Identified the staff of death "Rioqanwa" {rF+ rN+}
152517 | Zig:22   | Identified the +1 flail "Pastrac" {vamp, rElec rPois SInv}
152532 | Zig:22   | Identified the ring "Xegairig" {rCorr Int+3}
152533 | Zig:22   | Identified the +1 mace of Sin {drain, rElec Int+2}
152542 | Zig:22   | Identified the ring of Leazeog {*Slow +Blink rN+ Dex+2}
152544 | Zig:22   | Identified the ring of the Empty Page {rPois Int+3 Dex+3
                  | Slay+3 SInv}
152547 | Zig:22   | Identified the +2 scale mail of Rationality {Rampage rElec
                  | rN+++ Stlth-}
152729 | Zig:22   | Got the Atlas of the Peculiar Priests
152769 | Zig:23   | Entered Level 23 of a ziggurat
152817 | Zig:23   | Noticed Wietonkeru the pandemonium lord
152824 | Zig:23   | Killed Wietonkeru the pandemonium lord
153327 | Zig:23   | Identified the +6 hand axe of Righteous Fury {drain, *Rage
                  | rCorr Str+8 Dex-5}
153335 | Zig:23   | Identified the +7 scimitar "Pikhemae" {elec, rCorr}
153336 | Zig:23   | Identified the +1 leather armour of the Comet {rC+ Will+
                  | Str+2}
153345 | Zig:23   | Identified the ring "Ejoinkeg" {rC+ MP+9 Int+3 Dex+5}
153353 | Zig:23   | Identified the +5 halberd of Ignis {antimagic, Drain rElec
                  | Dex+2}
153356 | Zig:23   | Identified the ring of Satisfaction {Ice rElec Will+}
153360 | Zig:23   | Identified the +8 halberd of Plog {heavy, rElec rF+}
153370 | Zig:24   | Entered Level 24 of a ziggurat
153971 | Zig:24   | Identified the +9 short sword of the Moth {heavy, rN+}
153985 | Zig:24   | Identified the staff of poison "Bimiv" {Fragile rElec rPois
                  | Int+5 Stlth+}
153989 | Zig:24   | Identified the +7 trident "Orb Guardian's Foe" {freeze,
                  | rCorr}
154051 | Zig:24   | Got Ymyude Vimu's Compilation of Twisted Rime
154091 | Zig:25   | Entered Level 25 of a ziggurat
154257 | Zig:25   | Noticed Hofi the pandemonium lord
154263 | Zig:25   | Killed Hofi the pandemonium lord
154785 | Zig:25   | Got the Compendium of the Traveller
154786 | Zig:25   | Identified the staff of air "Asus" {rElec rN+ Str+3}
154788 | Zig:25   | Identified the +8 plate armour "Uticulynk" {*Slow rPois
                  | Int+9 Dex-3}
154806 | Zig:25   | Identified the staff of poison "Yphedis" {rPois Str+2}
154815 | Zig:25   | Got the Octavo of Allied Grit
154825 | Zig:25   | Got the Omnibus of Dislocation and Clay
154828 | Zig:25   | Identified the staff of cold "Jiuqadess" {rC+ Str+2 SInv}
154854 | Zig:25   | Identified the +2 cloak of Juplos {rF+}
154856 | Zig:25   | Identified the +1 robe of the Known World {Fly rC- Str+3
                  | Int+4}
154864 | Zig:25   | Got Sif Muna's Excursus on Topography and Orientation
154879 | Zig:25   | Got A Handbook from the Loreminder to PurpleRed
154899 | Zig:26   | Entered Level 26 of a ziggurat
154964 | Zig:26   | Noticed a curse toe
154979 | Zig:26   | Killed a curse toe
154988 | Zig:26   | Noticed a curse toe
154995 | Zig:26   | Killed a curse toe
155024 | Zig:26   | Noticed a curse toe
155028 | Zig:26   | Noticed an ancient lich
155053 | Zig:26   | Killed a curse toe
155073 | Zig:26   | Noticed a curse toe
155081 | Zig:26   | Killed a curse toe
155083 | Zig:26   | Killed an ancient lich
155118 | Zig:26   | Noticed a curse toe
155129 | Zig:26   | Killed a curse toe
155642 | Zig:26   | Identified the staff of death "Ehoyh" {rElec rC+ rN+ Dex+3}
155645 | Zig:26   | Identified the +11 short sword of Shrieking Terror {freeze,
                  | Str+3}
155651 | Zig:26   | Identified the +3 leather armour of the Clam {Str+4 Int-2}
155654 | Zig:26   | Identified the staff of air "Fymevuko" {rElec rCorr Int+5}
155667 | Zig:26   | Identified the staff of cold "Qilothoi" {+Blink rC+ rN+
                  | Stlth-}
155672 | Zig:26   | Identified the +1 ring mail of Vouxo {rPois Regen+ Int+2
                  | Stlth+}
155678 | Zig:26   | Identified the amulet "Sesy" {Regen+ Str+4 SInv}
155682 | Zig:26   | Identified the staff of earth "Jedeog" {rElec Dex+2}
155693 | Zig:26   | Identified the +1 hand axe of Red Tenacity {freeze, rElec}
155795 | Zig:26   | Got Aklai's Last Folio of the Prophet
155815 | Zig:26   | Got Gusegit's Papyrus of Blasphemous Spells
155838 | Zig:26   | Acquired the +2 pair of gloves of the Thunderstorm {rPois
                  | Str+4 Int+2}
155857 | Zig:27   | Entered Level 27 of a ziggurat
155873 | Zig:27   | Noticed an ancient lich
155876 | Zig:27   | Killed an ancient lich
156572 | Zig:27   | Identified the +5 sling "Hydra's Nightmare" {freeze, Int+3}
156573 | Zig:27   | Identified the staff of cold "Amnoeluo" {rC+ rN+ Str+3
                  | Stlth+}
156578 | Zig:27   | Identified the +4 plate armour of Servitude {rC+ rCorr}
156580 | Zig:27   | Identified the +2 robe "Hietiv" {Contam Harm rPois Str-3}
156589 | Zig:27   | Identified the +7 short sword of the Nexus {flame, Will+}
156591 | Zig:27   | Identified the +1 scale mail of the Present {Int+4 Dex-2
                  | SInv}
156594 | Zig:27   | Identified the staff of cold "Vechouf" {rF- rC+ Dex+4}
156613 | Zig:27   | Identified the +3 scale mail of the Hidden Allies {rPois
                  | rC+ rCorr Int-3}
156628 | Zig:27   | Identified the +0 chain mail "Ociuggo" {Dex+7 SInv}
156738 | Zig:27   | Got Sif Muna's Spellbook of Roasted Reconstruction
156765 | Zig:27   | Got the Thoughts on the Dusty Swarm
156815 | Zig:1    | Entered Level 1 of a ziggurat
156865 | Zig:2    | Entered Level 2 of a ziggurat
156865 | Zig:2    | Noticed a dread lich
156865 | Zig:2    | Noticed an ancient lich
156865 | Zig:2    | Noticed an ancient lich
156865 | Zig:2    | Noticed an ancient lich
156866 | Zig:2    | Killed an ancient lich
156866 | Zig:2    | Killed an ancient lich
156866 | Zig:2    | Killed a dread lich
156867 | Zig:2    | Killed an ancient lich
156912 | Zig:2    | Identified the +8 hand axe of Jungorin {holy, Str+3 Dex+2}
156944 | Zig:3    | Entered Level 3 of a ziggurat
156976 | Zig:3    | Identified the -1 tower shield of the Game of Life {rC+}
157075 | Zig:4    | Entered Level 4 of a ziggurat
157075 | Zig:4    | Noticed a royal mummy
157075 | Zig:4    | Noticed a royal mummy
157075 | Zig:4    | Noticed a royal mummy
157075 | Zig:4    | Noticed a royal mummy
157075 | Zig:4    | Noticed a royal mummy
157075 | Zig:4    | Noticed a royal mummy
157075 | Zig:4    | Noticed a royal mummy
157075 | Zig:4    | Noticed a royal mummy
157075 | Zig:4    | Noticed a royal mummy
157075 | Zig:4    | Noticed a royal mummy
157075 | Zig:4    | Noticed a royal mummy
157076 | Zig:4    | Killed a royal mummy
157076 | Zig:4    | Killed a royal mummy
157076 | Zig:4    | Killed a royal mummy
157076 | Zig:4    | Killed a royal mummy
157076 | Zig:4    | Killed a royal mummy
157076 | Zig:4    | Killed a royal mummy
157077 | Zig:4    | Noticed a royal mummy
157080 | Zig:4    | Killed a royal mummy
157080 | Zig:4    | Killed a royal mummy
157080 | Zig:4    | Killed a royal mummy
157080 | Zig:4    | Killed a royal mummy
157080 | Zig:4    | Killed a royal mummy
157081 | Zig:4    | Killed a royal mummy
157233 | Zig:4    | Identified the staff of death "Ubokkam" {rF+ rN+}
157244 | Zig:4    | Identified the +1 troll leather armour of Muttered Phrases
                  | {Will- Regen+ Int+3 Dex+4}
157267 | Zig:5    | Entered Level 5 of a ziggurat
157267 | Zig:5    | Noticed a juggernaut
157267 | Zig:5    | Noticed a juggernaut
157267 | Zig:5    | Noticed a juggernaut
157267 | Zig:5    | Noticed a juggernaut
157267 | Zig:5    | Noticed a juggernaut
157268 | Zig:5    | Killed a juggernaut
157268 | Zig:5    | Killed a juggernaut
157268 | Zig:5    | Killed a juggernaut
157268 | Zig:5    | Killed a juggernaut
157268 | Zig:5    | Killed a juggernaut
157269 | Zig:5    | Noticed a juggernaut
157273 | Zig:5    | Killed a juggernaut
157316 | Zig:5    | Identified the staff of death "Esautona" {rElec rF+ rN+
                  | Int+3 Stlth-}
157540 | Zig:6    | Entered Level 6 of a ziggurat
157540 | Zig:6    | Noticed Rueful's ghost (legendary TrWr)
157540 | Zig:6    | Noticed Huju's ghost (legendary HOFi)
157540 | Zig:6    | Noticed frimble's ghost (legendary GrFi)
157540 | Zig:6    | Noticed Xorhowon's ghost (legendary MiBe)
157540 | Zig:6    | Noticed Fenir's ghost (legendary GnAE)
157540 | Zig:6    | Noticed Vuopse's ghost (legendary GnIE)
157540 | Zig:6    | Noticed Marixus's ghost (legendary DDFi)
157540 | Zig:6    | Noticed a curse toe
157540 | Zig:6    | Noticed Becvyf's ghost (legendary GnFi)
157540 | Zig:6    | Noticed Qeilemp's ghost (legendary HOFi)
157540 | Zig:6    | Noticed TuffENuff's ghost (legendary FoFi)
157540 | Zig:6    | Noticed deprived's ghost (legendary HOFi)
157540 | Zig:6    | Noticed frimble's ghost (legendary DsFi)
157540 | Zig:6    | Noticed scarywalker64's ghost (veteran BaSu)
157540 | Zig:6    | Noticed sleeves's ghost (legendary HuEE)
157540 | Zig:6    | Noticed sleeves's ghost (legendary DsFi)
157540 | Zig:6    | Noticed agentgt's ghost (legendary MiCK)
157540 | Zig:6    | Noticed a curse toe
157541 | Zig:6    | Noticed Gucom's ghost (veteran GnFi)
157541 | Zig:6    | Noticed Ubraesch's ghost (adept TrMo)
157541 | Zig:6    | Noticed heteroy's ghost (legendary DsHu)
157541 | Zig:6    | Noticed Xutext's ghost (adept DsAK)
157543 | Zig:6    | Killed scarywalker64's ghost
157544 | Zig:6    | Killed frimble's ghost
157544 | Zig:6    | Killed sleeves's ghost
157544 | Zig:6    | Killed TuffENuff's ghost
157544 | Zig:6    | Killed sleeves's ghost
157544 | Zig:6    | Killed a curse toe
157544 | Zig:6    | Noticed Zonian's ghost (legendary HOFi)
157545 | Zig:6    | Killed Marixus's ghost
157545 | Zig:6    | Killed agentgt's ghost
157545 | Zig:6    | Killed Qeilemp's ghost
157545 | Zig:6    | Killed deprived's ghost
157545 | Zig:6    | Killed Huju's ghost
157545 | Zig:6    | Killed Vuopse's ghost
157545 | Zig:6    | Killed Rueful's ghost
157545 | Zig:6    | Killed Xorhowon's ghost
157545 | Zig:6    | Killed Xutext's ghost
157545 | Zig:6    | Killed Fenir's ghost
157545 | Zig:6    | Killed Ubraesch's ghost
157545 | Zig:6    | Killed a curse toe
157545 | Zig:6    | Killed Gucom's ghost
157545 | Zig:6    | Killed Becvyf's ghost
157546 | Zig:6    | Noticed Fenir's ghost (legendary GnAE)
157546 | Zig:6    | Noticed reasonance's ghost (legendary HOMo)
157546 | Zig:6    | Noticed Diezoyro's ghost (legendary DDNe)
157547 | Zig:6    | Noticed WiseOSalty's ghost (legendary TrGl)
157548 | Zig:6    | Killed heteroy's ghost
157549 | Zig:6    | Killed frimble's ghost
157550 | Zig:6    | Killed Fenir's ghost
157550 | Zig:6    | Killed reasonance's ghost
157551 | Zig:6    | Killed Zonian's ghost
157553 | Zig:6    | Killed WiseOSalty's ghost
157558 | Zig:6    | Killed Diezoyro's ghost
157679 | Zig:6    | Identified the +0 plate armour "Hagaeqam" {-Cast +Inv rElec
                  | Dex+3}
157687 | Zig:6    | Identified the +10 spear of Surim {protect, Will++ SInv}
157701 | Zig:6    | Identified the staff of poison "Roesifitze" {rElec rPois
                  | Str+3 Int-3}
157740 | Zig:7    | Entered Level 7 of a ziggurat
157790 | Zig:7    | Identified the +1 scale mail "Qeiqead" {-Tele Rampage
                  | rElec}
157792 | Zig:7    | Identified the +2 spear of Sunlight {heavy, *Corrode Str+4
                  | Dex+8}
157821 | Zig:7    | Identified the +2 scale mail "Xinataconi" {Harm rPois
                  | Regen+}
157836 | Zig:7    | Identified the +1 falchion "Murmur" {flame, rN+ Str-2
                  | Dex+4}
158012 | Zig:8    | Entered Level 8 of a ziggurat
158244 | Zig:8    | Identified the staff of conjuration "Jodywapt" {rPois}
158277 | Zig:8    | Identified the ring "Selen" {Fly rF+++ rC- Int+3}
158280 | Zig:8    | Identified the +1 long sword "Gouxtin" {protect, Fragile
                  | rPois Dex+3}
158294 | Zig:8    | Identified the +4 leather armour "Kuwk" {Int+2}
158301 | Zig:8    | Identified the staff of conjuration "Deer" {rN+}
158309 | Zig:8    | Identified the +2 ring mail of Dyspraxia {*Corrode Str+7
                  | Dex-5}
158338 | Zig:9    | Entered Level 9 of a ziggurat
158375 | Zig:9    | Identified the staff of conjuration "Miwo" {rElec rF+}
158385 | Zig:9    | Identified the +2 robe of the Past {rPois Stlth+}
158771 | Zig:10   | Entered Level 10 of a ziggurat
158993 | Zig:10   | Identified the +5 dagger of Mutilation {speed, rF+}
158994 | Zig:10   | Identified the ring "Keusodgh" {rPois Int+6}
159009 | Zig:10   | Identified the +9 ring mail of the Guild-Master {-Tele rC+
                  | Str+5 Int+3}
159018 | Zig:10   | Identified the ring of Bonuseki {rElec rC++ Will+ MP+9
                  | Int+3}
159022 | Zig:10   | Identified the ring of Paranoia {rF+ Str+4}
159046 | Zig:11   | Entered Level 11 of a ziggurat
159046 | Zig:11   | Noticed a royal mummy
159046 | Zig:11   | Noticed a royal mummy
159046 | Zig:11   | Noticed a royal mummy
159046 | Zig:11   | Noticed a royal mummy
159046 | Zig:11   | Noticed a royal mummy
159046 | Zig:11   | Noticed a royal mummy
159046 | Zig:11   | Noticed a royal mummy
159046 | Zig:11   | Noticed a royal mummy
159047 | Zig:11   | Killed a royal mummy
159047 | Zig:11   | Killed a royal mummy
159047 | Zig:11   | Killed a royal mummy
159047 | Zig:11   | Killed a royal mummy
159047 | Zig:11   | Killed a royal mummy
159047 | Zig:11   | Killed a royal mummy
159047 | Zig:11   | Killed a royal mummy
159047 | Zig:11   | Killed a royal mummy
159047 | Zig:11   | Noticed a royal mummy
159047 | Zig:11   | Noticed a royal mummy
159049 | Zig:11   | Noticed a royal mummy
159049 | Zig:11   | Noticed a royal mummy
159050 | Zig:11   | Noticed a royal mummy
159052 | Zig:11   | Noticed a royal mummy
159052 | Zig:11   | Killed a royal mummy
159052 | Zig:11   | Killed a royal mummy
159053 | Zig:11   | Noticed a royal mummy
159053 | Zig:11   | Noticed a royal mummy
159053 | Zig:11   | Killed a royal mummy
159053 | Zig:11   | Killed a royal mummy
159054 | Zig:11   | Killed a royal mummy
159054 | Zig:11   | Killed a royal mummy
159054 | Zig:11   | Killed a royal mummy
159054 | Zig:11   | Noticed a royal mummy
159055 | Zig:11   | Noticed a royal mummy
159055 | Zig:11   | Noticed a royal mummy
159055 | Zig:11   | Noticed a royal mummy
159058 | Zig:11   | Killed a royal mummy
159058 | Zig:11   | Killed a royal mummy
159058 | Zig:11   | Killed a royal mummy
159060 | Zig:11   | Noticed a royal mummy
159060 | Zig:11   | Killed a royal mummy
159060 | Zig:11   | Killed a royal mummy
159061 | Zig:11   | Noticed a royal mummy
159062 | Zig:11   | Killed a royal mummy
159065 | Zig:11   | Killed a royal mummy
159108 | Zig:11   | Identified the +2 spear of Valiance {flame, Int+7}
159111 | Zig:11   | Identified the +0 pair of gloves of Vexation {rPois Int+3}
159548 | Zig:12   | Entered Level 12 of a ziggurat
159548 | Zig:12   | Noticed a dread lich
159549 | Zig:12   | Killed a dread lich
159560 | Zig:12   | Paralysed by accursed screaming for 2 turns
159889 | Zig:12   | Identified the +9 lajatang "Mokotuse" {heavy, rF- Will+++}
159901 | Zig:12   | Identified the +2 pair of gloves of Cysuph {Int+3}
159980 | Zig:13   | Entered Level 13 of a ziggurat
159980 | Zig:13   | Noticed a royal mummy
159980 | Zig:13   | Noticed a royal mummy
159980 | Zig:13   | Noticed a royal mummy
159980 | Zig:13   | Noticed a royal mummy
159980 | Zig:13   | Noticed a royal mummy
159980 | Zig:13   | Noticed a royal mummy
159980 | Zig:13   | Noticed a royal mummy
159981 | Zig:13   | Killed a royal mummy
159981 | Zig:13   | Killed a royal mummy
159981 | Zig:13   | Killed a royal mummy
159981 | Zig:13   | Killed a royal mummy
159981 | Zig:13   | Killed a royal mummy
159981 | Zig:13   | Killed a royal mummy
159981 | Zig:13   | Noticed a royal mummy
159981 | Zig:13   | Noticed a royal mummy
159981 | Zig:13   | Noticed a royal mummy
159981 | Zig:13   | Noticed a royal mummy
159985 | Zig:13   | Noticed a royal mummy
159985 | Zig:13   | Noticed a royal mummy
159986 | Zig:13   | Noticed a royal mummy
159986 | Zig:13   | Noticed a royal mummy
159986 | Zig:13   | Killed a royal mummy
159986 | Zig:13   | Noticed a royal mummy
159988 | Zig:13   | Killed a royal mummy
159988 | Zig:13   | Killed a royal mummy
159988 | Zig:13   | Killed a royal mummy
159988 | Zig:13   | Killed a royal mummy
159988 | Zig:13   | Killed a royal mummy
159988 | Zig:13   | Killed a royal mummy
159988 | Zig:13   | Killed a royal mummy
159988 | Zig:13   | Killed a royal mummy
159988 | Zig:13   | Noticed a royal mummy
159989 | Zig:13   | Noticed a royal mummy
159989 | Zig:13   | Noticed a royal mummy
159990 | Zig:13   | Noticed a royal mummy
159990 | Zig:13   | Noticed a royal mummy
159990 | Zig:13   | Noticed a royal mummy
159990 | Zig:13   | Noticed a royal mummy
159990 | Zig:13   | Noticed a royal mummy
159991 | Zig:13   | Killed a royal mummy
159991 | Zig:13   | Killed a royal mummy
159992 | Zig:13   | Noticed a royal mummy
159992 | Zig:13   | Noticed a dread lich
159992 | Zig:13   | Noticed a royal mummy
159993 | Zig:13   | Killed a royal mummy
159993 | Zig:13   | Killed a royal mummy
159993 | Zig:13   | Killed a royal mummy
159993 | Zig:13   | Killed a royal mummy
159993 | Zig:13   | Killed a royal mummy
159995 | Zig:13   | Killed a royal mummy
159995 | Zig:13   | Killed a royal mummy
159995 | Zig:13   | Killed a royal mummy
159995 | Zig:13   | Killed a dread lich
159995 | Zig:13   | Killed a royal mummy
159996 | Zig:13   | Noticed a royal mummy
159997 | Zig:13   | Noticed a royal mummy
159998 | Zig:13   | Noticed a royal mummy
160000 | Zig:13   | Noticed a royal mummy
160001 | Zig:13   | Killed a royal mummy
160002 | Zig:13   | Killed a royal mummy
160004 | Zig:13   | Killed a royal mummy
160006 | Zig:13   | Killed a royal mummy
160433 | Zig:13   | Identified the +10 scimitar "Ireutur" {flame, *Slow Fly
                  | rC++ Int+3}
160453 | Zig:13   | Identified the +6 quarterstaff "Vetaqat" {freeze, *Corrode
                  | Int+4}
160517 | Zig:14   | Entered Level 14 of a ziggurat
160518 | Zig:14   | Noticed a juggernaut
160518 | Zig:14   | Noticed a juggernaut
160518 | Zig:14   | Noticed a juggernaut
160520 | Zig:14   | Noticed a juggernaut
160520 | Zig:14   | Noticed a juggernaut
160520 | Zig:14   | Noticed a juggernaut
160520 | Zig:14   | Noticed a juggernaut
160520 | Zig:14   | Noticed a juggernaut
160520 | Zig:14   | Noticed a juggernaut
160521 | Zig:14   | Killed a juggernaut
160521 | Zig:14   | Killed a juggernaut
160522 | Zig:14   | Killed a juggernaut
160522 | Zig:14   | Killed a juggernaut
160522 | Zig:14   | Killed a juggernaut
160522 | Zig:14   | Killed a juggernaut
160522 | Zig:14   | Killed a juggernaut
160522 | Zig:14   | Killed a juggernaut
160522 | Zig:14   | Noticed a juggernaut
160522 | Zig:14   | Noticed a juggernaut
160523 | Zig:14   | Killed a juggernaut
160524 | Zig:14   | Noticed a juggernaut
160524 | Zig:14   | Noticed a juggernaut
160524 | Zig:14   | Noticed a juggernaut
160524 | Zig:14   | Noticed a juggernaut
160524 | Zig:14   | Noticed a juggernaut
160526 | Zig:14   | Noticed a juggernaut
160526 | Zig:14   | Noticed a juggernaut
160526 | Zig:14   | Killed a juggernaut
160526 | Zig:14   | Killed a juggernaut
160526 | Zig:14   | Killed a juggernaut
160526 | Zig:14   | Killed a juggernaut
160526 | Zig:14   | Noticed a juggernaut
160527 | Zig:14   | Killed a juggernaut
160527 | Zig:14   | Killed a juggernaut
160527 | Zig:14   | Killed a juggernaut
160527 | Zig:14   | Noticed a juggernaut
160528 | Zig:14   | Killed a juggernaut
160528 | Zig:14   | Killed a juggernaut
160528 | Zig:14   | Killed a juggernaut
160528 | Zig:14   | Noticed a juggernaut
160529 | Zig:14   | Killed a juggernaut
160530 | Zig:14   | Noticed a juggernaut
160530 | Zig:14   | Noticed a juggernaut
160530 | Zig:14   | Noticed a juggernaut
160531 | Zig:14   | Noticed a juggernaut
160532 | Zig:14   | Noticed a juggernaut
160532 | Zig:14   | Killed a juggernaut
160532 | Zig:14   | Killed a juggernaut
160532 | Zig:14   | Killed a juggernaut
160533 | Zig:14   | Killed a juggernaut
160533 | Zig:14   | Killed a juggernaut
160533 | Zig:14   | Killed a juggernaut
160535 | Zig:14   | Noticed a juggernaut
160536 | Zig:14   | Noticed a juggernaut
160538 | Zig:14   | Killed a juggernaut
160538 | Zig:14   | Killed a juggernaut
160540 | Zig:14   | Noticed a juggernaut
160543 | Zig:14   | Killed a juggernaut
160785 | Zig:14   | Identified the +1 whip of the Original Sin {vamp, Int-3
                  | Dex+5}
160792 | Zig:14   | Identified the +2 chain mail "Deideynli" {rPois Will- Int+5
                  | Stlth+}
160810 | Zig:14   | Identified the +3 chain mail of the Squeaky God {MP+9}
160883 | Zig:15   | Entered Level 15 of a ziggurat
160993 | Zig:15   | Identified the +3 hand axe of Lehap {flame, rC+++ Int-5
                  | Stlth+}
161005 | Zig:15   | Identified the staff of fire "Tetor" {rF+ rN+ Dex+3 SInv
                  | Stlth+}
161376 | Zig:16   | Entered Level 16 of a ziggurat
161379 | Zig:16   | Noticed an ancient lich
161379 | Zig:16   | Noticed a dread lich
161380 | Zig:16   | Noticed a dread lich
161380 | Zig:16   | Noticed a dread lich
161380 | Zig:16   | Noticed an ancient lich
161381 | Zig:16   | Killed an ancient lich
161381 | Zig:16   | Killed a dread lich
161383 | Zig:16   | Noticed an ancient lich
161384 | Zig:16   | Noticed an ancient lich
161384 | Zig:16   | Killed an ancient lich
161385 | Zig:16   | Noticed an ancient lich
161385 | Zig:16   | Killed a dread lich
161385 | Zig:16   | Killed an ancient lich
161386 | Zig:16   | Noticed an ancient lich
161386 | Zig:16   | Noticed an ancient lich
161386 | Zig:16   | Noticed an ancient lich
161386 | Zig:16   | Noticed a dread lich
161387 | Zig:16   | Killed an ancient lich
161387 | Zig:16   | Killed a dread lich
161387 | Zig:16   | Killed an ancient lich
161387 | Zig:16   | Killed an ancient lich
161387 | Zig:16   | Killed an ancient lich
161387 | Zig:16   | Killed an ancient lich
161387 | Zig:16   | Killed an ancient lich
161388 | Zig:16   | Killed a dread lich
161390 | Zig:16   | Noticed an ancient lich
161390 | Zig:16   | Noticed an ancient lich
161390 | Zig:16   | Noticed a dread lich
161391 | Zig:16   | Killed an ancient lich
161391 | Zig:16   | Noticed a dread lich
161392 | Zig:16   | Killed a dread lich
161392 | Zig:16   | Killed an ancient lich
161392 | Zig:16   | Killed a dread lich
161392 | Zig:16   | Noticed a dread lich
161394 | Zig:16   | Noticed an ancient lich
161394 | Zig:16   | Noticed a dread lich
161395 | Zig:16   | Killed an ancient lich
161395 | Zig:16   | Killed a dread lich
161397 | Zig:16   | Killed a dread lich
161398 | Zig:16   | Noticed an ancient lich
161399 | Zig:16   | Noticed an ancient lich
161401 | Zig:16   | Killed an ancient lich
161401 | Zig:16   | Killed an ancient lich
161707 | Zig:16   | Identified the +5 dagger "Bipsoomiu" {drain, Drain Int+8
                  | Dex+3 Stlth+}
161708 | Zig:16   | Identified the staff of fire "Muphuota" {rElec rF+ rC+
                  | Int+6 Stlth-}
161747 | Zig:16   | Identified the staff of death "Wiaprefa" {rN+ Dex+2}
161752 | Zig:16   | Identified the +0 battleaxe "Alur" {venom, rC+}
161760 | Zig:16   | Identified the +3 halberd "Osops" {heavy, rF++ rN+}
161826 | Zig:17   | Entered Level 17 of a ziggurat
161831 | Zig:17   | Noticed Zeph's ghost (adept NaFi)
161831 | Zig:17   | Noticed a curse toe
161832 | Zig:17   | Noticed Barug's ghost (adept TrMo)
161832 | Zig:17   | Noticed a curse toe
161832 | Zig:17   | Noticed Oreexun's ghost (legendary DECj)
161833 | Zig:17   | Noticed Pikuto's ghost (adept MiBe)
161833 | Zig:17   | Noticed Hacvoq's ghost (legendary HOFi)
161833 | Zig:17   | Noticed Saphesar's ghost (veteran DsFi)
161833 | Zig:17   | Noticed Shayle's ghost (legendary GnHW)
161833 | Zig:17   | Noticed Piginabag's ghost (legendary DsSk)
161833 | Zig:17   | Noticed Himmaryad's ghost (adept TrMo)
161833 | Zig:17   | Noticed sleeves's ghost (legendary DsFi)
161833 | Zig:17   | Noticed Huju's ghost (legendary HOFi)
161834 | Zig:17   | Noticed Manman's ghost (legendary HOGl)
161834 | Zig:17   | Noticed Jeklifit's ghost (legendary FoFi)
161834 | Zig:17   | Noticed Becvyf's ghost (legendary GnFi)
161834 | Zig:17   | Noticed melllvar's ghost (legendary MiBe)
161834 | Zig:17   | Noticed Viugiw's ghost (legendary TeBe)
161834 | Zig:17   | Noticed Pohawk's ghost (adept MiGl)
161834 | Zig:17   | Noticed scarywalker64's ghost (veteran BaSu)
161835 | Zig:17   | Killed scarywalker64's ghost
161835 | Zig:17   | Killed Oreexun's ghost
161835 | Zig:17   | Killed Pohawk's ghost
161836 | Zig:17   | Killed Viugiw's ghost
161836 | Zig:17   | Killed Himmaryad's ghost
161836 | Zig:17   | Noticed grandjackal's ghost (legendary DsGl)
161837 | Zig:17   | Killed Hacvoq's ghost
161837 | Zig:17   | Killed Barug's ghost
161837 | Zig:17   | Noticed GlasyaLabolas's ghost (legendary MiFi)
161837 | Zig:17   | Noticed Xutext's ghost (adept DsAK)
161837 | Zig:17   | Noticed lmSkywalker's ghost (adept DrTm)
161837 | Zig:17   | Noticed Diezoyro's ghost (legendary DDNe)
161839 | Zig:17   | Noticed Likado's ghost (legendary GnSk)
161839 | Zig:17   | Noticed Alysiarr's ghost (legendary KoHu)
161839 | Zig:17   | Noticed heteroy's ghost (legendary DsHu)
161839 | Zig:17   | Noticed Fenir's ghost (legendary GnAE)
161839 | Zig:17   | Noticed Barug's ghost (adept TrMo)
161839 | Zig:17   | Noticed frimble's ghost (legendary GrFi)
161839 | Zig:17   | Noticed lmSkywalker's ghost (adept DrTm)
161839 | Zig:17   | Killed Zeph's ghost
161839 | Zig:17   | Noticed Fueng's ghost (legendary HOFi)
161839 | Zig:17   | Noticed tigertrap's ghost (legendary DgHW)
161839 | Zig:17   | Noticed Huju's ghost (legendary HOFi)
161840 | Zig:17   | Noticed frimble's ghost (legendary DsFi)
161840 | Zig:17   | Noticed Xocw's ghost (legendary GrMo)
161840 | Zig:17   | Noticed Likado's ghost (legendary GnSk)
161840 | Zig:17   | Noticed swap's ghost (legendary DEFE)
161840 | Zig:17   | Noticed scarywalker64's ghost (veteran BaSu)
161840 | Zig:17   | Noticed Qeilemp's ghost (legendary HOFi)
161840 | Zig:17   | Noticed Becvyf's ghost (legendary GnFi)
161840 | Zig:17   | Noticed a curse toe
161841 | Zig:17   | Noticed Fueng's ghost (legendary HOFi)
161841 | Zig:17   | Noticed MrChinwatt's ghost (legendary DsWn)
161841 | Zig:17   | Killed Saphesar's ghost
161841 | Zig:17   | Killed scarywalker64's ghost
161841 | Zig:17   | Killed Barug's ghost
161841 | Zig:17   | Killed lmSkywalker's ghost
161841 | Zig:17   | Noticed a curse toe
161842 | Zig:17   | Killed Becvyf's ghost
161842 | Zig:17   | Noticed Xocw's ghost (legendary GrMo)
161842 | Zig:17   | Noticed xzight's ghost (legendary MiBe)
161843 | Zig:17   | Killed melllvar's ghost
161843 | Zig:17   | Killed a curse toe
161843 | Zig:17   | Killed Fenir's ghost
161843 | Zig:17   | Killed Becvyf's ghost
161843 | Zig:17   | Killed a curse toe
161843 | Zig:17   | Killed Xutext's ghost
161843 | Zig:17   | Noticed Anafel's ghost (legendary GrFi)
161843 | Zig:17   | Noticed swap's ghost (legendary DEFE)
161843 | Zig:17   | Noticed blexxed's ghost (legendary DsFi)
161844 | Zig:17   | Killed sleeves's ghost
161844 | Zig:17   | Killed Jeklifit's ghost
161844 | Zig:17   | Killed grandjackal's ghost
161844 | Zig:17   | Killed Alysiarr's ghost
161844 | Zig:17   | Killed Qeilemp's ghost
161844 | Zig:17   | Killed Fueng's ghost
161845 | Zig:17   | Killed Piginabag's ghost
161845 | Zig:17   | Killed Diezoyro's ghost
161845 | Zig:17   | Killed Shayle's ghost
161845 | Zig:17   | Killed tigertrap's ghost
161845 | Zig:17   | Killed swap's ghost
161845 | Zig:17   | Killed a curse toe
161845 | Zig:17   | Noticed andrewp's ghost (veteran MiBe)
161845 | Zig:17   | Noticed Alysiarr's ghost (legendary KoHu)
161845 | Zig:17   | Noticed Saphesar's ghost (veteran DsFi)
161845 | Zig:17   | Noticed Zenecom's ghost (legendary MiFi)
161846 | Zig:17   | Noticed Zonian's ghost (legendary HOFi)
161846 | Zig:17   | Killed Huju's ghost
161846 | Zig:17   | Killed Xocw's ghost
161847 | Zig:17   | Noticed a curse toe
161850 | Zig:17   | Noticed tigertrap's ghost (legendary DgHW)
161851 | Zig:17   | Killed Likado's ghost
161851 | Zig:17   | Killed frimble's ghost
161852 | Zig:17   | Noticed Qatinlae's ghost (veteran DEFE)
161853 | Zig:17   | Noticed Evehuixoju's ghost (legendary VSFi)
161853 | Zig:17   | Noticed Shayle's ghost (legendary GnHW)
161853 | Zig:17   | Noticed Saphesar's ghost (veteran DsFi)
161854 | Zig:17   | Noticed Totuz's ghost (legendary HOFi)
161854 | Zig:17   | Noticed Hacvoq's ghost (legendary HOFi)
161854 | Zig:17   | Noticed runemage's ghost (legendary GnFi)
161854 | Zig:17   | Noticed EricTams's ghost (veteran MiBe)
161854 | Zig:17   | Noticed Walil's ghost (veteran MiMo)
161855 | Zig:17   | Killed Anafel's ghost
161855 | Zig:17   | Killed lmSkywalker's ghost
161855 | Zig:17   | Killed frimble's ghost
161855 | Zig:17   | Noticed melllvar's ghost (legendary MiBe)
161855 | Zig:17   | Noticed Hewasun's ghost (legendary MiBe)
161856 | Zig:17   | Killed Zenecom's ghost
161856 | Zig:17   | Killed Alysiarr's ghost
161856 | Zig:17   | Killed andrewp's ghost
161856 | Zig:17   | Killed Fueng's ghost
161856 | Zig:17   | Killed blexxed's ghost
161856 | Zig:17   | Killed tigertrap's ghost
161856 | Zig:17   | Killed xzight's ghost
161856 | Zig:17   | Killed MrChinwatt's ghost
161856 | Zig:17   | Noticed frimble's ghost (adept DsGl)
161856 | Zig:17   | Noticed Viocziel's ghost (adept TrMo)
161856 | Zig:17   | Noticed Huju's ghost (legendary HOFi)
161856 | Zig:17   | Noticed Piginabag's ghost (legendary DsSk)
161856 | Zig:17   | Noticed Zonian's ghost (legendary HOFi)
161857 | Zig:17   | Killed Saphesar's ghost
161857 | Zig:17   | Killed a curse toe
161857 | Zig:17   | Killed Walil's ghost
161857 | Zig:17   | Killed Qatinlae's ghost
161858 | Zig:17   | Killed GlasyaLabolas's ghost
161858 | Zig:17   | Killed Evehuixoju's ghost
161858 | Zig:17   | Killed Saphesar's ghost
161858 | Zig:17   | Killed Totuz's ghost
161858 | Zig:17   | Killed Likado's ghost
161858 | Zig:17   | Killed Huju's ghost
161858 | Zig:17   | Killed Hewasun's ghost
161858 | Zig:17   | Killed Xocw's ghost
161858 | Zig:17   | Killed EricTams's ghost
161858 | Zig:17   | Killed Shayle's ghost
161858 | Zig:17   | Killed swap's ghost
161858 | Zig:17   | Killed a curse toe
161858 | Zig:17   | Killed heteroy's ghost
161858 | Zig:17   | Noticed Uhosoup's ghost (veteran GrFi)
161858 | Zig:17   | Noticed scarywalker64's ghost (legendary GrEE)
161859 | Zig:17   | Noticed MrChinwatt's ghost (legendary DsWn)
161859 | Zig:17   | Noticed TuffENuff's ghost (legendary FoFi)
161859 | Zig:17   | Noticed Rirumasy's ghost (legendary OpWn)
161859 | Zig:17   | Noticed WiseOSalty's ghost (legendary TrGl)
161859 | Zig:17   | Noticed Janeylunn's ghost (veteran GnWn)
161859 | Zig:17   | Noticed Piginabag's ghost (veteran GnMo)
161859 | Zig:17   | Noticed Wammos's ghost (legendary TeCj)
161859 | Zig:17   | Killed Hacvoq's ghost
161859 | Zig:17   | Killed Zonian's ghost
161859 | Zig:17   | Killed frimble's ghost
161859 | Zig:17   | Noticed reasonance's ghost (legendary HOMo)
161859 | Zig:17   | Noticed Veodywke's ghost (legendary MiBe)
161859 | Zig:17   | Noticed Kufiz's ghost (master GrCK)
161860 | Zig:17   | Noticed a curse toe
161860 | Zig:17   | Noticed meatyocre's ghost (veteran TrFi)
161860 | Zig:17   | Noticed a curse toe
161860 | Zig:17   | Noticed Unuchuin's ghost (legendary GnFi)
161861 | Zig:17   | Killed melllvar's ghost
161862 | Zig:17   | Killed Wammos's ghost
161862 | Zig:17   | Killed a curse toe
161862 | Zig:17   | Noticed scarywalker64's ghost (veteran BaSu)
161863 | Zig:17   | Noticed frimble's ghost (legendary DsFi)
161863 | Zig:17   | Noticed Denobboc's ghost (legendary OpMo)
161865 | Zig:17   | Noticed Godueg's ghost (veteran HOFi)
161867 | Zig:17   | Noticed Polaczum's ghost (adept TrMo)
161867 | Zig:17   | Killed MrChinwatt's ghost
161867 | Zig:17   | Killed Viocziel's ghost
161867 | Zig:17   | Killed Piginabag's ghost
161867 | Zig:17   | Killed scarywalker64's ghost
161867 | Zig:17   | Killed Rirumasy's ghost
161868 | Zig:17   | Noticed grandjackal's ghost (legendary DsGl)
161868 | Zig:17   | Killed meatyocre's ghost
161868 | Zig:17   | Killed reasonance's ghost
161869 | Zig:17   | Killed Manman's ghost
161870 | Zig:17   | Killed Veodywke's ghost
161870 | Zig:17   | Killed a curse toe
161870 | Zig:17   | Killed Unuchuin's ghost
161871 | Zig:17   | Noticed Zachydoop's ghost (veteran MiGl)
161871 | Zig:17   | Noticed Wammos's ghost (legendary TeCj)
161871 | Zig:17   | Killed scarywalker64's ghost
161871 | Zig:17   | Noticed Sext's ghost (legendary MiFi)
161872 | Zig:17   | Killed WiseOSalty's ghost
161872 | Zig:17   | Killed Polaczum's ghost
161873 | Zig:17   | Noticed Polaczum's ghost (adept TrMo)
161873 | Zig:17   | Noticed Zachydoop's ghost (veteran MiGl)
161873 | Zig:17   | Killed Godueg's ghost
161873 | Zig:17   | Noticed astronautguy's ghost (legendary FoEE)
161874 | Zig:17   | Killed frimble's ghost
161874 | Zig:17   | Killed runemage's ghost
161874 | Zig:17   | Killed Janeylunn's ghost
161874 | Zig:17   | Killed Zonian's ghost
161874 | Zig:17   | Killed grandjackal's ghost
161874 | Zig:17   | Killed Wammos's ghost
161874 | Zig:17   | Killed TuffENuff's ghost
161875 | Zig:17   | Noticed Shayle's ghost (legendary GnHW)
161875 | Zig:17   | Noticed a curse toe
161876 | Zig:17   | Killed Denobboc's ghost
161876 | Zig:17   | Killed Uhosoup's ghost
161876 | Zig:17   | Killed Kufiz's ghost
161876 | Zig:17   | Killed Pikuto's ghost
161877 | Zig:17   | Killed Sext's ghost
161877 | Zig:17   | Killed Zachydoop's ghost
161877 | Zig:17   | Killed Polaczum's ghost
161877 | Zig:17   | Killed a curse toe
161877 | Zig:17   | Killed Zachydoop's ghost
161883 | Zig:17   | Killed Huju's ghost
161883 | Zig:17   | Killed Shayle's ghost
161884 | Zig:17   | Killed astronautguy's ghost
161886 | Zig:17   | Killed Piginabag's ghost
162003 | Zig:17   | Identified the ring "Heol" {rN+ EV+5 Str+6}
162004 | Zig:17   | Identified the +6 dagger of the Abyss {heavy, Str+4 SInv}
162006 | Zig:17   | Identified the +4 hand axe of the Lurker {heavy, rC+}
162011 | Zig:17   | Identified the +4 sling "Xeevifui" {speed, *Slow rPois
                  | Will+}
162014 | Zig:17   | Identified the +4 halberd "Qorch" {pain, rN+}
162022 | Zig:17   | Identified the +8 great sword "Jeomm" {freeze, rC+ MP+9
                  | Str+3}
162025 | Zig:17   | Identified the +9 glaive of the Forging Saviour {venom,
                  | Will++}
162030 | Zig:17   | Identified the ring of Uhozang {Str-4 Int+4 Dex+6}
162033 | Zig:17   | Identified the +8 scimitar "Kulah" {heavy, Fragile rElec
                  | rN++ Int+3 SInv}
162052 | Zig:17   | Identified the +2 scale mail "Supagura" {Int+2}
162062 | Zig:17   | Identified the +6 mace of the Witching Hero {freeze, Drain
                  | +Blink rC+ rN+}
162063 | Zig:17   | Identified the +7 long sword of Ycseall {vamp, Int+4}
162066 | Zig:17   | Identified the +7 quarterstaff of Yfiet {pain, *Slow rF+++
                  | MP-9 Str+5}
162307 | Zig:17   | Identified the +5 falchion of the Butterfly {freeze, Str+6
                  | Int+2}
162354 | Zig:18   | Entered Level 18 of a ziggurat
162368 | Zig:18   | Noticed Volub the pandemonium lord
162376 | Zig:19   | Entered Level 19 of a ziggurat
162376 | Zig:19   | Noticed a juggernaut
162376 | Zig:19   | Noticed a juggernaut
162376 | Zig:19   | Noticed a juggernaut
162376 | Zig:19   | Noticed a juggernaut
162376 | Zig:19   | Noticed a juggernaut
162376 | Zig:19   | Noticed a juggernaut
162376 | Zig:19   | Noticed a juggernaut
162377 | Zig:19   | Noticed a juggernaut
162378 | Zig:19   | Noticed a juggernaut
162379 | Zig:19   | Noticed a juggernaut
162379 | Zig:19   | Noticed a juggernaut
162379 | Zig:19   | Noticed a juggernaut
162379 | Zig:19   | Noticed a juggernaut
162379 | Zig:19   | Noticed a juggernaut
162380 | Zig:19   | Noticed a juggernaut
162381 | Zig:19   | Killed a juggernaut
162381 | Zig:19   | Killed a juggernaut
162381 | Zig:19   | Killed a juggernaut
162381 | Zig:19   | Killed a juggernaut
162381 | Zig:19   | Killed a juggernaut
162381 | Zig:19   | Killed a juggernaut
162381 | Zig:19   | Killed a juggernaut
162381 | Zig:19   | Killed a juggernaut
162381 | Zig:19   | Killed a juggernaut
162381 | Zig:19   | Killed a juggernaut
162381 | Zig:19   | Killed a juggernaut
162381 | Zig:19   | Killed a juggernaut
162381 | Zig:19   | Noticed a juggernaut
162381 | Zig:19   | Noticed a juggernaut
162382 | Zig:19   | Noticed a juggernaut
162390 | Zig:19   | Noticed a juggernaut
162390 | Zig:19   | Killed a juggernaut
162390 | Zig:19   | Killed a juggernaut
162390 | Zig:19   | Killed a juggernaut
162390 | Zig:19   | Killed a juggernaut
162390 | Zig:19   | Noticed a juggernaut
162391 | Zig:19   | Noticed a juggernaut
162396 | Zig:19   | Killed a juggernaut
162396 | Zig:19   | Killed a juggernaut
162396 | Zig:19   | Noticed a juggernaut
162396 | Zig:19   | Noticed a juggernaut
162399 | Zig:19   | Noticed a juggernaut
162399 | Zig:19   | Noticed a juggernaut
162399 | Zig:19   | Noticed a juggernaut
162399 | Zig:19   | Noticed a juggernaut
162401 | Zig:19   | Killed a juggernaut
162401 | Zig:19   | Killed a juggernaut
162401 | Zig:19   | Killed a juggernaut
162401 | Zig:19   | Killed a juggernaut
162401 | Zig:19   | Noticed a juggernaut
162402 | Zig:19   | Noticed a juggernaut
162403 | Zig:19   | Noticed a juggernaut
162404 | Zig:19   | Noticed a juggernaut
162405 | Zig:19   | Killed a juggernaut
162405 | Zig:19   | Killed a juggernaut
162405 | Zig:19   | Killed a juggernaut
162408 | Zig:19   | Noticed a juggernaut
162409 | Zig:19   | Noticed a juggernaut
162410 | Zig:19   | Noticed a juggernaut
162410 | Zig:19   | Noticed a juggernaut
162410 | Zig:19   | Noticed a juggernaut
162410 | Zig:19   | Noticed a juggernaut
162410 | Zig:19   | Noticed a juggernaut
162411 | Zig:19   | Noticed a juggernaut
162411 | Zig:19   | Noticed a juggernaut
162411 | Zig:19   | Noticed a juggernaut
162411 | Zig:19   | Killed a juggernaut
162411 | Zig:19   | Killed a juggernaut
162411 | Zig:19   | Killed a juggernaut
162411 | Zig:19   | Killed a juggernaut
162411 | Zig:19   | Killed a juggernaut
162411 | Zig:19   | Killed a juggernaut
162411 | Zig:19   | Killed a juggernaut
162411 | Zig:19   | Killed a juggernaut
162411 | Zig:19   | Killed a juggernaut
162411 | Zig:19   | Killed a juggernaut
162411 | Zig:19   | Killed a juggernaut
162411 | Zig:19   | Killed a juggernaut
162411 | Zig:19   | Killed a juggernaut
162411 | Zig:19   | Killed a juggernaut
162411 | Zig:19   | Killed a juggernaut
162412 | Zig:19   | Noticed a juggernaut
162412 | Zig:19   | Noticed a juggernaut
162413 | Zig:19   | Noticed a juggernaut
162416 | Zig:19   | Killed a juggernaut
162416 | Zig:19   | Killed a juggernaut
162416 | Zig:19   | Killed a juggernaut
162417 | Zig:19   | Noticed a juggernaut
162417 | Zig:19   | Noticed a juggernaut
162418 | Zig:19   | Noticed a juggernaut
162419 | Zig:19   | Noticed a juggernaut
162420 | Zig:19   | Noticed a juggernaut
162421 | Zig:19   | Killed a juggernaut
162421 | Zig:19   | Killed a juggernaut
162421 | Zig:19   | Killed a juggernaut
162421 | Zig:19   | Killed a juggernaut
162421 | Zig:19   | Killed a juggernaut
162425 | Zig:19   | Killed a juggernaut
162488 | Zig:19   | Identified the ring of Jyffoud {EV+5 Dex+2}
162489 | Zig:19   | Identified the +2 chain mail of Wu Jian's Whim {rC+}
162500 | Zig:19   | Identified the +3 battleaxe "Poreyt" {flame, Int+3}
162508 | Zig:19   | Identified the ring of Icvo {rElec Str-3 Int+6 Dex-3
                  | Slay+5}
162522 | Zig:19   | Identified the +5 lajatang of Change {pain, rPois Dex+4}
162531 | Zig:19   | Identified the +1 shortbow of Kaneoxump {antimagic, Stlth+}
162540 | Zig:19   | Identified the +2 arbalest "Grom" {penet, Fragile Int+5}
162550 | Zig:19   | Identified the +7 short sword of Extinguishment {freeze,
                  | rElec rPois rF- Stlth+}
163147 | Zig:19   | Identified the +1 ring mail of the Yeti {rC+ Str+2 Int+2
                  | SInv}
163157 | Zig:20   | Entered Level 20 of a ziggurat
163191 | Zig:20   | Noticed Bitixuu the pandemonium lord
163200 | Zig:20   | Killed Bitixuu the pandemonium lord
163344 | Zig:20   | Identified the +6 plate armour "Higg" {Harm *Corrode rC-
                  | SInv}
163597 | Zig:20   | Identified the scarf "Efegy" {rC+ rF+, Str+5}
163653 | Zig:20   | Identified the +3 long sword of Reod {flame, Contam rElec
                  | rCorr Int-4}
163655 | Zig:20   | Identified the ring of Uppeudgh {Str+6 Dex+2}
163657 | Zig:20   | Identified the +5 dire flail of Law {freeze, Int+3 Dex+3}
163660 | Zig:20   | Identified the staff of fire "Ashriz" {rF+ rC+ Dex+2}
163662 | Zig:20   | Identified the staff of earth "Xuseunox" {rPois rN+ Str+3
                  | Int-5 Stlth+}
163667 | Zig:20   | Identified the +9 plate armour of Uskayaw's Castigation
                  | {Str+3 Int+2}
163674 | Zig:20   | Identified the ring of Egalitarianism {+Blink rC+++ rN+
                  | Str-2 Int-2}
163675 | Zig:20   | Identified the +1 dagger of the Eleven Xeniums {antimagic,
                  | rElec rN+ Str-2}
163676 | Zig:20   | Identified the staff of air "Ugaesuyss" {rElec Dex+5}
163681 | Zig:20   | Identified the +2 robe of the Devil's Advocate {Regen+
                  | SInv}
163682 | Zig:20   | Identified the staff of cold "Nosiog" {rC+ Will++ rCorr
                  | Int+3}
163692 | Zig:20   | Identified the +2 scale mail of Subjectivity {Int+3 Stlth+}
163709 | Zig:20   | Identified the staff of air "Jaor" {rElec Str+3}
163720 | Zig:20   | Identified the +0 robe of Reugujie {rC+ rN+ Str-3}
163817 | Zig:21   | Entered Level 21 of a ziggurat
164405 | Zig:21   | Identified the staff of air "Toqidur" {Drain rElec rN+
                  | Dex+4}
164408 | Zig:21   | Identified the staff of poison "Sioklin" {rPois rF+}
164418 | Zig:21   | Identified the ring "Silaegi" {rC+ Will+ rCorr MP+9}
164421 | Zig:21   | Identified the +4 quarterstaff of Generosity {freeze, rElec
                  | rF+++ rC- Str-3}
164434 | Zig:21   | Identified the +1 quarterstaff "Narixti" {flame, Will+
                  | Str+3 Dex+3}
164449 | Zig:22   | Entered Level 22 of a ziggurat
164953 | Zig:22   | Identified the +1 chain mail "Banusk" {+Inv rCorr Slay-6
                  | SInv}
164955 | Zig:22   | Identified the staff of cold "Cuilaor" {rPois rC+}
164958 | Zig:22   | Identified the +7 sling of Uskayaw's Favour {elec, rC+
                  | Int+4 Stlth-}
164959 | Zig:22   | Identified the +6 morningstar "Bavaul" {freeze, *Slow rElec
                  | rC++ rCorr}
164960 | Zig:22   | Identified the staff of air "Xitz" {rElec Int+2}
164964 | Zig:22   | Identified the ring of Ephemeral Luck {rF+ MP+9}
164967 | Zig:22   | Identified the ring of Vugicausae {rElec Will++ rCorr MP+9
                  | Str+3}
164973 | Zig:22   | Identified the +7 short sword of Ujia {heavy, rElec rN+}
164974 | Zig:22   | Identified the +13 plate armour of Wochai {rElec Int+2
                  | Stlth-}
164980 | Zig:22   | Identified the amulet of Nerghaes {Reflect Dex+5 SH+5}
164983 | Zig:22   | Identified the ring of Meuhavum {Fire Dex+3}
164985 | Zig:22   | Identified the ring "Xopiapuxzy" {*Corrode rElec rF+++ EV+5
                  | Int-3}
164986 | Zig:22   | Identified the +10 arbalest of Dafueps Ygost {heavy, rCorr}
165227 | Zig:23   | Entered Level 23 of a ziggurat
165233 | Zig:23   | Noticed Fammosch the pandemonium lord
165233 | Zig:23   | Noticed Dinun the pandemonium lord
165233 | Zig:23   | Noticed Bopryg the pandemonium lord
165234 | Zig:23   | Noticed Magrol the pandemonium lord
165234 | Zig:23   | Noticed Oshos the pandemonium lord
165234 | Zig:23   | Noticed a Killer Klown
165235 | Zig:23   | Noticed a Killer Klown
165235 | Zig:23   | Noticed Wum Xusocw the pandemonium lord
165236 | Zig:23   | Noticed Guudus the pandemonium lord
165236 | Zig:23   | Noticed Elelut the pandemonium lord
165236 | Zig:23   | Noticed a Killer Klown
165237 | Zig:23   | Killed Fammosch the pandemonium lord
165237 | Zig:23   | Noticed a Killer Klown
165237 | Zig:23   | Noticed Koneufer the pandemonium lord
165238 | Zig:23   | Killed a Killer Klown
165238 | Zig:23   | Killed a Killer Klown
165238 | Zig:23   | Killed Oshos the pandemonium lord
165238 | Zig:23   | Killed a Killer Klown
165238 | Zig:23   | Killed a Killer Klown
165238 | Zig:23   | Noticed Timecritz the pandemonium lord
165238 | Zig:23   | Noticed Durairai the pandemonium lord
165239 | Zig:23   | Killed Dinun the pandemonium lord
165239 | Zig:23   | Killed Wum Xusocw the pandemonium lord
165239 | Zig:23   | Killed Koneufer the pandemonium lord
165239 | Zig:23   | Killed Elelut the pandemonium lord
165239 | Zig:23   | Killed Guudus the pandemonium lord
165239 | Zig:23   | Noticed Woaganwa the pandemonium lord
165239 | Zig:23   | Noticed Zibb the pandemonium lord
165239 | Zig:23   | Noticed Xiwuxt the pandemonium lord
165239 | Zig:23   | Noticed Tehipij the pandemonium lord
165239 | Zig:23   | Noticed Heen the pandemonium lord
165239 | Zig:23   | Noticed a Killer Klown
165239 | Zig:23   | Noticed a Killer Klown
165240 | Zig:23   | Noticed Qikeur the pandemonium lord
165240 | Zig:23   | Noticed Gide the pandemonium lord
165240 | Zig:23   | Noticed Povar the pandemonium lord
165240 | Zig:23   | Noticed Laletul the pandemonium lord
165240 | Zig:23   | Noticed Beplinif the pandemonium lord
165240 | Zig:23   | Noticed Wicluunk the pandemonium lord
165240 | Zig:23   | Noticed Urhaip the pandemonium lord
165241 | Zig:23   | Killed Magrol the pandemonium lord
165241 | Zig:23   | Killed Zibb the pandemonium lord
165241 | Zig:23   | Killed a Killer Klown
165241 | Zig:23   | Killed Xiwuxt the pandemonium lord
165241 | Zig:23   | Noticed a Killer Klown
165241 | Zig:23   | Noticed Hairaa the pandemonium lord
165241 | Zig:23   | Noticed Jipugor the pandemonium lord
165242 | Zig:23   | Killed a Killer Klown
165242 | Zig:23   | Killed Tehipij the pandemonium lord
165242 | Zig:23   | Killed a Killer Klown
165242 | Zig:23   | Killed Woaganwa the pandemonium lord
165242 | Zig:23   | Killed Heen the pandemonium lord
165242 | Zig:23   | Noticed Ydwed the pandemonium lord
165242 | Zig:23   | Noticed a Killer Klown
165242 | Zig:23   | Noticed a Killer Klown
165242 | Zig:23   | Noticed Oskar the pandemonium lord
165242 | Zig:23   | Noticed Ynuopha the pandemonium lord
165242 | Zig:23   | Noticed Zebbavysa the pandemonium lord
165242 | Zig:23   | Noticed a Killer Klown
165243 | Zig:23   | Noticed Onivi the pandemonium lord
165243 | Zig:23   | Noticed Keolu Ojixeq the pandemonium lord
165243 | Zig:23   | Noticed Joemee Soekh the pandemonium lord
165243 | Zig:23   | Noticed a Killer Klown
165243 | Zig:23   | Noticed Woripn the pandemonium lord
165244 | Zig:23   | Noticed Odweosel the pandemonium lord
165244 | Zig:23   | Killed Bopryg the pandemonium lord
165244 | Zig:23   | Killed Beplinif the pandemonium lord
165244 | Zig:23   | Killed Laletul the pandemonium lord
165244 | Zig:23   | Killed Gide the pandemonium lord
165244 | Zig:23   | Noticed Zyipsar the pandemonium lord
165244 | Zig:23   | Noticed Musegauz the pandemonium lord
165244 | Zig:23   | Noticed Zien the pandemonium lord
165244 | Zig:23   | Noticed Domisao the pandemonium lord
165244 | Zig:23   | Noticed a Killer Klown
165244 | Zig:23   | Noticed Juogias the pandemonium lord
165244 | Zig:23   | Noticed Qaoryd the pandemonium lord
165245 | Zig:23   | Killed Qikeur the pandemonium lord
165245 | Zig:23   | Killed Timecritz the pandemonium lord
165245 | Zig:23   | Killed a Killer Klown
165245 | Zig:23   | Killed Povar the pandemonium lord
165245 | Zig:23   | Noticed a Killer Klown
165245 | Zig:23   | Noticed Dotzymof the pandemonium lord
165245 | Zig:23   | Noticed a caustic shrike
165246 | Zig:23   | Noticed Siodes Okain the pandemonium lord
165246 | Zig:23   | Noticed Kierunk the pandemonium lord
165246 | Zig:23   | Noticed Pitworph the pandemonium lord
165246 | Zig:23   | Noticed a Killer Klown
165251 | Zig:23   | Killed Kierunk the pandemonium lord
165252 | Zig:23   | Killed Musegauz the pandemonium lord
165252 | Zig:23   | Killed a Killer Klown
165252 | Zig:23   | Killed Keolu Ojixeq the pandemonium lord
165252 | Zig:23   | Killed Juogias the pandemonium lord
165252 | Zig:23   | Killed Joemee Soekh the pandemonium lord
165252 | Zig:23   | Killed Durairai the pandemonium lord
165252 | Zig:23   | Killed Zyipsar the pandemonium lord
165254 | Zig:23   | Killed Siodes Okain the pandemonium lord
165254 | Zig:23   | Killed Pitworph the pandemonium lord
165255 | Zig:23   | Killed Odweosel the pandemonium lord
165255 | Zig:23   | Killed Urhaip the pandemonium lord
165255 | Zig:23   | Killed a caustic shrike
165255 | Zig:23   | Killed Hairaa the pandemonium lord
165255 | Zig:23   | Killed a Killer Klown
165255 | Zig:23   | Noticed a Killer Klown
165256 | Zig:23   | Killed Onivi the pandemonium lord
165256 | Zig:23   | Killed a Killer Klown
165256 | Zig:23   | Noticed Xisir the pandemonium lord
165257 | Zig:23   | Noticed Quses the pandemonium lord
165257 | Zig:23   | Killed Qaoryd the pandemonium lord
165257 | Zig:23   | Killed a Killer Klown
165257 | Zig:23   | Killed a Killer Klown
165257 | Zig:23   | Killed Ydwed the pandemonium lord
165257 | Zig:23   | Killed Woripn the pandemonium lord
165257 | Zig:23   | Noticed Bankod the pandemonium lord
165258 | Zig:23   | Noticed a Killer Klown
165258 | Zig:23   | Noticed Yggemmu the pandemonium lord
165258 | Zig:23   | Noticed Tyopt the pandemonium lord
165259 | Zig:23   | Noticed Hiwnut the pandemonium lord
165259 | Zig:23   | Noticed Tyjis the pandemonium lord
165260 | Zig:23   | Noticed Fexuan the pandemonium lord
165260 | Zig:23   | Noticed Xoymew Wupn the pandemonium lord
165260 | Zig:23   | Noticed Ykyuph the pandemonium lord
165260 | Zig:23   | Noticed a Killer Klown
165260 | Zig:23   | Noticed Dutash the pandemonium lord
165260 | Zig:23   | Noticed Atuwaymn the pandemonium lord
165261 | Zig:23   | Noticed Keen the pandemonium lord
165261 | Zig:23   | Noticed a Killer Klown
165262 | Zig:23   | Killed a Killer Klown
165262 | Zig:23   | Killed Dutash the pandemonium lord
165262 | Zig:23   | Noticed Lecyon the pandemonium lord
165263 | Zig:23   | Noticed Haomaeru the pandemonium lord
165263 | Zig:23   | Killed a Killer Klown
165263 | Zig:23   | Killed a Killer Klown
165263 | Zig:23   | Killed a Killer Klown
165263 | Zig:23   | Killed Dotzymof the pandemonium lord
165263 | Zig:23   | Noticed Luffol the pandemonium lord
165264 | Zig:23   | Killed Xoymew Wupn the pandemonium lord
165264 | Zig:23   | Killed Ykyuph the pandemonium lord
165264 | Zig:23   | Noticed Juix the pandemonium lord
165264 | Zig:23   | Noticed Xiajishu the pandemonium lord
165264 | Zig:23   | Noticed Nouddion the pandemonium lord
165265 | Zig:23   | Noticed Ofisaj the pandemonium lord
165266 | Zig:23   | Noticed Upsunem the pandemonium lord
165266 | Zig:23   | Noticed Xoumiv the pandemonium lord
165266 | Zig:23   | Noticed Jeixasch the pandemonium lord
165266 | Zig:23   | Noticed Ymnethru the pandemonium lord
165266 | Zig:23   | Noticed Oculotich the pandemonium lord
165266 | Zig:23   | Noticed a Killer Klown
165266 | Zig:23   | Noticed Daer the pandemonium lord
165266 | Zig:23   | Noticed Putyash the pandemonium lord
165267 | Zig:23   | Killed Atuwaymn the pandemonium lord
165267 | Zig:23   | Killed Luffol the pandemonium lord
165267 | Zig:23   | Killed Nouddion the pandemonium lord
165267 | Zig:23   | Killed Ofisaj the pandemonium lord
165267 | Zig:23   | Killed Xisir the pandemonium lord
165267 | Zig:23   | Killed a Killer Klown
165267 | Zig:23   | Killed Zebbavysa the pandemonium lord
165267 | Zig:23   | Noticed Fopuasu the pandemonium lord
165268 | Zig:23   | Killed Haomaeru the pandemonium lord
165268 | Zig:23   | Killed Lecyon the pandemonium lord
165268 | Zig:23   | Killed Xiajishu the pandemonium lord
165268 | Zig:23   | Killed Keen the pandemonium lord
165268 | Zig:23   | Killed Putyash the pandemonium lord
165268 | Zig:23   | Killed Wicluunk the pandemonium lord
165268 | Zig:23   | Noticed Teeh the pandemonium lord
165268 | Zig:23   | Noticed Deymahax the pandemonium lord
165269 | Zig:23   | Noticed Puicuntyr the pandemonium lord
165269 | Zig:23   | Killed Xoumiv the pandemonium lord
165269 | Zig:23   | Killed Fexuan the pandemonium lord
165269 | Zig:23   | Killed Hiwnut the pandemonium lord
165269 | Zig:23   | Killed Tyopt the pandemonium lord
165269 | Zig:23   | Killed Jeixasch the pandemonium lord
165269 | Zig:23   | Killed Ynuopha the pandemonium lord
165269 | Zig:23   | Killed Daer the pandemonium lord
165269 | Zig:23   | Noticed Gostac the pandemonium lord
165269 | Zig:23   | Noticed Rimneec the pandemonium lord
165270 | Zig:23   | Killed Puicuntyr the pandemonium lord
165270 | Zig:23   | Killed Ymnethru the pandemonium lord
165270 | Zig:23   | Killed Zien the pandemonium lord
165270 | Zig:23   | Killed Oculotich the pandemonium lord
165270 | Zig:23   | Noticed Cieczub the pandemonium lord
165270 | Zig:23   | Noticed Gech the pandemonium lord
165270 | Zig:23   | Noticed Ytsoubum the pandemonium lord
165270 | Zig:23   | Noticed a Killer Klown
165270 | Zig:23   | Noticed Ilecwalulu the pandemonium lord
165270 | Zig:23   | Noticed a Killer Klown
165271 | Zig:23   | Killed Juix the pandemonium lord
165271 | Zig:23   | Noticed Jediw the pandemonium lord
165271 | Zig:23   | Noticed a Killer Klown
165271 | Zig:23   | Noticed Zukhu the pandemonium lord
165271 | Zig:23   | Noticed a Killer Klown
165273 | Zig:23   | Noticed Fourigim the pandemonium lord
165273 | Zig:23   | Noticed Puisasoq the pandemonium lord
165275 | Zig:23   | Killed Bankod the pandemonium lord
165275 | Zig:23   | Killed Oskar the pandemonium lord
165275 | Zig:23   | Killed Domisao the pandemonium lord
165276 | Zig:23   | Killed Puisasoq the pandemonium lord
165276 | Zig:23   | Killed Quses the pandemonium lord
165276 | Zig:23   | Killed a Killer Klown
165276 | Zig:23   | Killed Yggemmu the pandemonium lord
165277 | Zig:23   | Noticed Kuxzaelu the pandemonium lord
165278 | Zig:23   | Noticed Ibowenuv the pandemonium lord
165279 | Zig:23   | Noticed Enowas the pandemonium lord
165280 | Zig:23   | Killed Teeh the pandemonium lord
165280 | Zig:23   | Killed a Killer Klown
165280 | Zig:23   | Noticed Rouqits the pandemonium lord
165280 | Zig:23   | Noticed Jiaro the pandemonium lord
165281 | Zig:23   | Noticed Cenwuixi the pandemonium lord
165281 | Zig:23   | Noticed Roink the pandemonium lord
165282 | Zig:23   | Killed Ilecwalulu the pandemonium lord
165282 | Zig:23   | Killed Fopuasu the pandemonium lord
165282 | Zig:23   | Killed Rimneec the pandemonium lord
165282 | Zig:23   | Killed a Killer Klown
165282 | Zig:23   | Killed a Killer Klown
165283 | Zig:23   | Killed Jipugor the pandemonium lord
165283 | Zig:23   | Noticed Ohiqil the pandemonium lord
165284 | Zig:23   | Killed Tyjis the pandemonium lord
165284 | Zig:23   | Killed Rouqits the pandemonium lord
165284 | Zig:23   | Noticed Posu the pandemonium lord
165285 | Zig:23   | Noticed Heos the pandemonium lord
165285 | Zig:23   | Noticed a Killer Klown
165285 | Zig:23   | Noticed Illisix the pandemonium lord
165285 | Zig:23   | Noticed Rumuram the pandemonium lord
165285 | Zig:23   | Noticed Dusuk the pandemonium lord
165285 | Zig:23   | Noticed Ixiad the pandemonium lord
165285 | Zig:23   | Noticed Nifrenk the pandemonium lord
165285 | Zig:23   | Killed Ibowenuv the pandemonium lord
165285 | Zig:23   | Killed Enowas the pandemonium lord
165285 | Zig:23   | Killed Jiaro the pandemonium lord
165285 | Zig:23   | Noticed Kiuczits the pandemonium lord
165285 | Zig:23   | Noticed a Killer Klown
165285 | Zig:23   | Noticed Solupt the pandemonium lord
165286 | Zig:23   | Killed Zukhu the pandemonium lord
165286 | Zig:23   | Killed Roink the pandemonium lord
165286 | Zig:23   | Noticed Daidiv the pandemonium lord
165287 | Zig:23   | Noticed Isalanlo the pandemonium lord
165287 | Zig:23   | Noticed a Killer Klown
165287 | Zig:23   | Noticed Niodgh the pandemonium lord
165287 | Zig:23   | Noticed Noschor the pandemonium lord
165287 | Zig:23   | Killed Ohiqil the pandemonium lord
165287 | Zig:23   | Killed Gostac the pandemonium lord
165287 | Zig:23   | Killed a Killer Klown
165287 | Zig:23   | Noticed Tous the pandemonium lord
165287 | Zig:23   | Noticed Ytoclyevo the pandemonium lord
165288 | Zig:23   | Noticed Byroseg the pandemonium lord
165288 | Zig:23   | Killed Niodgh the pandemonium lord
165288 | Zig:23   | Killed Solupt the pandemonium lord
165288 | Zig:23   | Killed Noschor the pandemonium lord
165288 | Zig:23   | Killed Kuxzaelu the pandemonium lord
165289 | Zig:23   | Killed Jediw the pandemonium lord
165289 | Zig:23   | Killed Cieczub the pandemonium lord
165289 | Zig:23   | Killed Dusuk the pandemonium lord
165289 | Zig:23   | Killed Upsunem the pandemonium lord
165289 | Zig:23   | Killed Rumuram the pandemonium lord
165289 | Zig:23   | Killed a Killer Klown
165289 | Zig:23   | Noticed Faung the pandemonium lord
165290 | Zig:23   | Noticed a Killer Klown
165290 | Zig:23   | Noticed Mifinnub the pandemonium lord
165290 | Zig:23   | Noticed a Killer Klown
165290 | Zig:23   | Noticed Goan the pandemonium lord
165290 | Zig:23   | Noticed Liuc the pandemonium lord
165290 | Zig:23   | Noticed Lunnos the pandemonium lord
165290 | Zig:23   | Noticed Fakkiv the pandemonium lord
165291 | Zig:23   | Noticed Vaekome Gita the pandemonium lord
165291 | Zig:23   | Noticed Zureuzij the pandemonium lord
165291 | Zig:23   | Noticed a Killer Klown
165292 | Zig:23   | Killed Tous the pandemonium lord
165292 | Zig:23   | Killed Kiuczits the pandemonium lord
165292 | Zig:23   | Killed Cenwuixi the pandemonium lord
165292 | Zig:23   | Killed Fourigim the pandemonium lord
165292 | Zig:23   | Killed Nifrenk the pandemonium lord
165292 | Zig:23   | Killed Illisix the pandemonium lord
165292 | Zig:23   | Killed Ytoclyevo the pandemonium lord
165292 | Zig:23   | Noticed Modoixt the pandemonium lord
165292 | Zig:23   | Noticed Daegec the pandemonium lord
165292 | Zig:23   | Noticed Naehiz the pandemonium lord
165292 | Zig:23   | Noticed Rumpibru the pandemonium lord
165292 | Zig:23   | Killed Goan the pandemonium lord
165292 | Zig:23   | Killed Deymahax the pandemonium lord
165293 | Zig:23   | Killed Isalanlo the pandemonium lord
165293 | Zig:23   | Killed Posu the pandemonium lord
165293 | Zig:23   | Killed Ytsoubum the pandemonium lord
165293 | Zig:23   | Killed Ixiad the pandemonium lord
165293 | Zig:23   | Killed a Killer Klown
165293 | Zig:23   | Killed a Killer Klown
165293 | Zig:23   | Killed Fakkiv the pandemonium lord
165293 | Zig:23   | Killed a Killer Klown
165293 | Zig:23   | Killed a Killer Klown
165293 | Zig:23   | Noticed Mesi the pandemonium lord
165294 | Zig:23   | Killed Daidiv the pandemonium lord
165294 | Zig:23   | Noticed a Killer Klown
165295 | Zig:23   | Noticed a Killer Klown
165295 | Zig:23   | Noticed Paosuc the pandemonium lord
165295 | Zig:23   | Noticed a Killer Klown
165295 | Zig:23   | Noticed Tutimed the pandemonium lord
165295 | Zig:23   | Noticed Itab Ram the pandemonium lord
165295 | Zig:23   | Killed Byroseg the pandemonium lord
165295 | Zig:23   | Noticed Ythrof the pandemonium lord
165295 | Zig:23   | Noticed Gyfadugi the pandemonium lord
165295 | Zig:23   | Noticed Abamyfid the pandemonium lord
165295 | Zig:23   | Noticed Niomoas the pandemonium lord
165296 | Zig:23   | Killed Faung the pandemonium lord
165296 | Zig:23   | Killed Mifinnub the pandemonium lord
165296 | Zig:23   | Killed Liuc the pandemonium lord
165296 | Zig:23   | Killed Rumpibru the pandemonium lord
165296 | Zig:23   | Killed Gech the pandemonium lord
165296 | Zig:23   | Killed a Killer Klown
165296 | Zig:23   | Killed Zureuzij the pandemonium lord
165296 | Zig:23   | Killed Vaekome Gita the pandemonium lord
165296 | Zig:23   | Killed a Killer Klown
165296 | Zig:23   | Noticed Ulowk the pandemonium lord
165297 | Zig:23   | Killed Heos the pandemonium lord
165297 | Zig:23   | Killed Daegec the pandemonium lord
165297 | Zig:23   | Killed Tutimed the pandemonium lord
165297 | Zig:23   | Killed a Killer Klown
165297 | Zig:23   | Killed Paosuc the pandemonium lord
165297 | Zig:23   | Killed Modoixt the pandemonium lord
165297 | Zig:23   | Killed Abamyfid the pandemonium lord
165297 | Zig:23   | Killed Ythrof the pandemonium lord
165297 | Zig:23   | Killed Gyfadugi the pandemonium lord
165297 | Zig:23   | Noticed a Killer Klown
165297 | Zig:23   | Noticed a Killer Klown
165297 | Zig:23   | Noticed Hozu Hok the pandemonium lord
165298 | Zig:23   | Noticed a Killer Klown
165298 | Zig:23   | Noticed a Killer Klown
165298 | Zig:23   | Noticed Lelazez the pandemonium lord
165298 | Zig:23   | Noticed Ziplyeso the pandemonium lord
165298 | Zig:23   | Killed Naehiz the pandemonium lord
165298 | Zig:23   | Killed a Killer Klown
165298 | Zig:23   | Noticed Zurobe the pandemonium lord
165298 | Zig:23   | Noticed Fussuc the pandemonium lord
165299 | Zig:23   | Noticed Daduxzegh the pandemonium lord
165299 | Zig:23   | Killed a Killer Klown
165299 | Zig:23   | Killed Lunnos the pandemonium lord
165299 | Zig:23   | Killed Niomoas the pandemonium lord
165299 | Zig:23   | Killed a Killer Klown
165299 | Zig:23   | Noticed a Killer Klown
165299 | Zig:23   | Noticed a Killer Klown
165299 | Zig:23   | Noticed Leroumou the pandemonium lord
165300 | Zig:23   | Noticed Wujiqut the pandemonium lord
165300 | Zig:23   | Noticed Vyvi the pandemonium lord
165300 | Zig:23   | Noticed Jautag the pandemonium lord
165300 | Zig:23   | Noticed Kualudian the pandemonium lord
165300 | Zig:23   | Noticed Laumumar the pandemonium lord
165300 | Zig:23   | Killed a Killer Klown
165300 | Zig:23   | Killed Mesi the pandemonium lord
165300 | Zig:23   | Noticed Illeaptu the pandemonium lord
165301 | Zig:23   | Killed Itab Ram the pandemonium lord
165301 | Zig:23   | Killed a Killer Klown
165301 | Zig:23   | Killed Ziplyeso the pandemonium lord
165301 | Zig:23   | Killed a Killer Klown
165302 | Zig:23   | Noticed Gaptot the pandemonium lord
165302 | Zig:23   | Noticed Kimyom the pandemonium lord
165302 | Zig:23   | Killed Hozu Hok the pandemonium lord
165302 | Zig:23   | Killed Wujiqut the pandemonium lord
165302 | Zig:23   | Killed a Killer Klown
165302 | Zig:23   | Killed Vyvi the pandemonium lord
165302 | Zig:23   | Killed Jautag the pandemonium lord
165302 | Zig:23   | Noticed Suyff the pandemonium lord
165302 | Zig:23   | Noticed Ahoh the pandemonium lord
165302 | Zig:23   | Noticed Qitiugh the pandemonium lord
165303 | Zig:23   | Noticed a Killer Klown
165305 | Zig:23   | Killed Ulowk the pandemonium lord
165305 | Zig:23   | Killed Leroumou the pandemonium lord
165305 | Zig:23   | Killed a Killer Klown
165305 | Zig:23   | Noticed a Killer Klown
165305 | Zig:23   | Noticed Koyshrixt the pandemonium lord
165306 | Zig:23   | Killed Fussuc the pandemonium lord
165306 | Zig:23   | Killed Daduxzegh the pandemonium lord
165306 | Zig:23   | Killed Illeaptu the pandemonium lord
165306 | Zig:23   | Killed Kimyom the pandemonium lord
165306 | Zig:23   | Killed Zurobe the pandemonium lord
165306 | Zig:23   | Killed Laumumar the pandemonium lord
165306 | Zig:23   | Noticed Ylonefag the pandemonium lord
165307 | Zig:23   | Noticed a Killer Klown
165307 | Zig:23   | Noticed Boebeduc the pandemonium lord
165307 | Zig:23   | Noticed Filuum the pandemonium lord
165307 | Zig:23   | Killed Ahoh the pandemonium lord
165308 | Zig:23   | Noticed Intorud the pandemonium lord
165309 | Zig:23   | Killed Gaptot the pandemonium lord
165309 | Zig:23   | Killed Suyff the pandemonium lord
165309 | Zig:23   | Killed Kualudian the pandemonium lord
165309 | Zig:23   | Killed a Killer Klown
165310 | Zig:23   | Killed a Killer Klown
165310 | Zig:23   | Killed Ylonefag the pandemonium lord
165310 | Zig:23   | Killed Intorud the pandemonium lord
165310 | Zig:23   | Noticed Foismaoj the pandemonium lord
165311 | Zig:23   | Noticed Baexiq the pandemonium lord
165311 | Zig:23   | Killed Koyshrixt the pandemonium lord
165311 | Zig:23   | Killed Boebeduc the pandemonium lord
165311 | Zig:23   | Noticed a Killer Klown
165311 | Zig:23   | Killed Qitiugh the pandemonium lord
165312 | Zig:23   | Killed Lelazez the pandemonium lord
165312 | Zig:23   | Noticed a Killer Klown
165314 | Zig:23   | Noticed Nanusyill the pandemonium lord
165314 | Zig:23   | Noticed Imyifer the pandemonium lord
165315 | Zig:23   | Noticed Jireumon the pandemonium lord
165316 | Zig:23   | Killed a Killer Klown
165316 | Zig:23   | Noticed Uruwes the pandemonium lord
165318 | Zig:23   | Noticed a Killer Klown
165318 | Zig:23   | Noticed a Killer Klown
165319 | Zig:23   | Noticed Rogeneh the pandemonium lord
165319 | Zig:23   | Killed Foismaoj the pandemonium lord
165319 | Zig:23   | Killed a Killer Klown
165319 | Zig:23   | Killed Uruwes the pandemonium lord
165320 | Zig:23   | Killed a Killer Klown
165320 | Zig:23   | Killed Jireumon the pandemonium lord
165320 | Zig:23   | Killed Filuum the pandemonium lord
165320 | Zig:23   | Killed a Killer Klown
165320 | Zig:23   | Noticed Feret the pandemonium lord
165321 | Zig:23   | Noticed Syzummegub the pandemonium lord
165321 | Zig:23   | Noticed Nouc the pandemonium lord
165321 | Zig:23   | Noticed Hubriwk the pandemonium lord
165322 | Zig:23   | Noticed Quruphup the pandemonium lord
165326 | Zig:23   | Noticed Otaen the pandemonium lord
165326 | Zig:23   | Noticed Voym the pandemonium lord
165328 | Zig:23   | Killed Baexiq the pandemonium lord
165329 | Zig:23   | Killed Hubriwk the pandemonium lord
165329 | Zig:23   | Killed Feret the pandemonium lord
165329 | Zig:23   | Noticed Vavoimm the pandemonium lord
165331 | Zig:23   | Noticed Omelox the pandemonium lord
165331 | Zig:23   | Noticed Yfuomous the pandemonium lord
165334 | Zig:23   | Killed Quruphup the pandemonium lord
165336 | Zig:23   | Killed Otaen the pandemonium lord
165336 | Zig:23   | Killed Syzummegub the pandemonium lord
165336 | Zig:23   | Killed Nouc the pandemonium lord
165336 | Zig:23   | Killed Rogeneh the pandemonium lord
165337 | Zig:23   | Killed Voym the pandemonium lord
165338 | Zig:23   | Killed Vavoimm the pandemonium lord
165338 | Zig:23   | Killed Yfuomous the pandemonium lord
165338 | Zig:23   | Noticed Utzis the pandemonium lord
165339 | Zig:23   | Killed Nanusyill the pandemonium lord
165341 | Zig:23   | Noticed Woupa the pandemonium lord
165343 | Zig:23   | Paralysed by you for 2 turns
165345 | Zig:23   | Killed Imyifer the pandemonium lord
165346 | Zig:23   | Killed Utzis the pandemonium lord
165346 | Zig:23   | Killed Woupa the pandemonium lord
165348 | Zig:23   | Killed Omelox the pandemonium lord
165879 | Zig:23   | Identified the +1 pair of boots "Butaxian" {Str+4}
165882 | Zig:23   | Identified the staff of death "Kepael" {rN+ Dex+4}
165885 | Zig:23   | Identified the staff of earth "Wiruokk" {rElec Str+3}
165886 | Zig:23   | Identified the +6 dire flail "Ahaece Jahai" {venom, *Rage
                  | rF+ rC+ Stlth+}
165898 | Zig:23   | Identified the +4 kite shield of a bailey {rElec rC+
                  | Stlth+}
165899 | Zig:23   | Identified the +5 long sword of the Unliving {freeze, Drain
                  | rC+ Str+2}
165906 | Zig:23   | Identified the +0 long sword of Impeachment {spect, *Slow
                  | rN+++ Str-5 Stlth+}
165910 | Zig:23   | Identified the +4 glaive of Impermanence {flame, rN++
                  | Str-3}
165924 | Zig:23   | Identified the +3 sling of Plog {freeze, *Slow rPois Int+2
                  | Dex+2}
165933 | Zig:23   | Identified the ring "Ociyqu Josu" {rF+ rN++}
165943 | Zig:23   | Identified the +5 short sword "Risic" {heavy, Contam Will-
                  | Str+2 Dex+8}
165983 | Zig:24   | Entered Level 24 of a ziggurat
165992 | Zig:24   | Paralysed by a floating eye for 4 turns
165999 | Zig:24   | Noticed a juggernaut
165999 | Zig:24   | Noticed a juggernaut
166000 | Zig:24   | Noticed a juggernaut
166000 | Zig:24   | Noticed a juggernaut
166000 | Zig:24   | Noticed a juggernaut
166000 | Zig:24   | Noticed a juggernaut
166001 | Zig:24   | Killed a juggernaut
166001 | Zig:24   | Killed a juggernaut
166001 | Zig:24   | Noticed a juggernaut
166002 | Zig:24   | Killed a juggernaut
166002 | Zig:24   | Killed a juggernaut
166002 | Zig:24   | Killed a juggernaut
166002 | Zig:24   | Noticed a juggernaut
166002 | Zig:24   | Noticed a juggernaut
166003 | Zig:24   | Noticed a juggernaut
166003 | Zig:24   | Noticed a juggernaut
166004 | Zig:24   | Noticed a juggernaut
166004 | Zig:24   | Noticed a juggernaut
166004 | Zig:24   | Noticed a juggernaut
166004 | Zig:24   | Noticed a juggernaut
166004 | Zig:24   | Noticed a juggernaut
166004 | Zig:24   | Noticed a juggernaut
166005 | Zig:24   | Noticed a juggernaut
166005 | Zig:24   | Noticed a juggernaut
166005 | Zig:24   | Noticed a juggernaut
166005 | Zig:24   | Noticed a juggernaut
166006 | Zig:24   | Killed a juggernaut
166006 | Zig:24   | Killed a juggernaut
166006 | Zig:24   | Killed a juggernaut
166006 | Zig:24   | Killed a juggernaut
166006 | Zig:24   | Noticed a juggernaut
166006 | Zig:24   | Noticed a juggernaut
166006 | Zig:24   | Noticed a juggernaut
166006 | Zig:24   | Noticed a juggernaut
166007 | Zig:24   | Killed a juggernaut
166007 | Zig:24   | Killed a juggernaut
166007 | Zig:24   | Killed a juggernaut
166007 | Zig:24   | Killed a juggernaut
166007 | Zig:24   | Killed a juggernaut
166007 | Zig:24   | Killed a juggernaut
166007 | Zig:24   | Killed a juggernaut
166007 | Zig:24   | Killed a juggernaut
166007 | Zig:24   | Killed a juggernaut
166007 | Zig:24   | Killed a juggernaut
166007 | Zig:24   | Killed a juggernaut
166007 | Zig:24   | Noticed a juggernaut
166009 | Zig:24   | Noticed a juggernaut
166009 | Zig:24   | Noticed a juggernaut
166010 | Zig:24   | Noticed a juggernaut
166010 | Zig:24   | Noticed a juggernaut
166010 | Zig:24   | Noticed a juggernaut
166010 | Zig:24   | Noticed a juggernaut
166010 | Zig:24   | Noticed a juggernaut
166010 | Zig:24   | Noticed a juggernaut
166010 | Zig:24   | Noticed a juggernaut
166010 | Zig:24   | Noticed a juggernaut
166011 | Zig:24   | Killed a juggernaut
166011 | Zig:24   | Killed a juggernaut
166011 | Zig:24   | Killed a juggernaut
166011 | Zig:24   | Killed a juggernaut
166011 | Zig:24   | Killed a juggernaut
166011 | Zig:24   | Noticed a juggernaut
166012 | Zig:24   | Killed a juggernaut
166012 | Zig:24   | Killed a juggernaut
166012 | Zig:24   | Killed a juggernaut
166012 | Zig:24   | Killed a juggernaut
166012 | Zig:24   | Noticed a juggernaut
166012 | Zig:24   | Noticed a juggernaut
166013 | Zig:24   | Killed a juggernaut
166013 | Zig:24   | Noticed a juggernaut
166013 | Zig:24   | Noticed a juggernaut
166014 | Zig:24   | Noticed a juggernaut
166014 | Zig:24   | Noticed a juggernaut
166014 | Zig:24   | Noticed a juggernaut
166014 | Zig:24   | Noticed a juggernaut
166015 | Zig:24   | Noticed a juggernaut
166015 | Zig:24   | Noticed a juggernaut
166015 | Zig:24   | Noticed a juggernaut
166015 | Zig:24   | Noticed a juggernaut
166015 | Zig:24   | Noticed a juggernaut
166015 | Zig:24   | Noticed a juggernaut
166015 | Zig:24   | Noticed a juggernaut
166015 | Zig:24   | Noticed a juggernaut
166016 | Zig:24   | Killed a juggernaut
166016 | Zig:24   | Killed a juggernaut
166016 | Zig:24   | Killed a juggernaut
166016 | Zig:24   | Killed a juggernaut
166016 | Zig:24   | Killed a juggernaut
166016 | Zig:24   | Killed a juggernaut
166016 | Zig:24   | Killed a juggernaut
166016 | Zig:24   | Noticed a juggernaut
166016 | Zig:24   | Noticed a juggernaut
166017 | Zig:24   | Noticed a juggernaut
166017 | Zig:24   | Noticed a juggernaut
166018 | Zig:24   | Killed a juggernaut
166018 | Zig:24   | Killed a juggernaut
166018 | Zig:24   | Killed a juggernaut
166018 | Zig:24   | Killed a juggernaut
166018 | Zig:24   | Killed a juggernaut
166018 | Zig:24   | Killed a juggernaut
166018 | Zig:24   | Killed a juggernaut
166018 | Zig:24   | Killed a juggernaut
166018 | Zig:24   | Killed a juggernaut
166018 | Zig:24   | Killed a juggernaut
166018 | Zig:24   | Killed a juggernaut
166018 | Zig:24   | Killed a juggernaut
166018 | Zig:24   | Noticed a juggernaut
166018 | Zig:24   | Noticed a juggernaut
166018 | Zig:24   | Noticed a juggernaut
166019 | Zig:24   | Killed a juggernaut
166019 | Zig:24   | Killed a juggernaut
166019 | Zig:24   | Killed a juggernaut
166019 | Zig:24   | Killed a juggernaut
166019 | Zig:24   | Killed a juggernaut
166019 | Zig:24   | Killed a juggernaut
166019 | Zig:24   | Killed a juggernaut
166019 | Zig:24   | Noticed a juggernaut
166020 | Zig:24   | Noticed a juggernaut
166021 | Zig:24   | Killed a juggernaut
166021 | Zig:24   | Killed a juggernaut
166021 | Zig:24   | Killed a juggernaut
166021 | Zig:24   | Killed a juggernaut
166021 | Zig:24   | Killed a juggernaut
166021 | Zig:24   | Noticed a juggernaut
166022 | Zig:24   | Noticed a juggernaut
166023 | Zig:24   | Noticed a juggernaut
166023 | Zig:24   | Killed a juggernaut
166025 | Zig:24   | Killed a juggernaut
166025 | Zig:24   | Killed a juggernaut
166027 | Zig:24   | Killed a juggernaut
166377 | Zig:24   | Identified the +8 broad axe of Kinuobeck {elec, MP+9 SInv}
166387 | Zig:24   | Identified the ring "Luosiq" {Wiz rC+ Slay+2}
166393 | Zig:24   | Identified the +1 great mace of Sufficient Prudence {spect,
                  | rF+ rC- Int+3}
166397 | Zig:24   | Identified the ring of the Castellan {Will+ rCorr Stlth+}
166444 | Zig:24   | Identified the +7 sling of the Nurturing Gods {freeze,
                  | Drain Will+ Int+7 Dex-2}
166456 | Zig:24   | Identified the +6 whip of a ziggurat {flame, rF+ Will+}
166459 | Zig:24   | Identified the +6 hand axe "Ceuquash" {heavy, Dex+2}
166473 | Zig:24   | Identified the +0 ring mail of the Cockatrice {Dex+5
                  | Slay-5}
166476 | Zig:24   | Identified the ring of Dithmenos's Delight {rF+ Will+
                  | Stlth+}
166485 | Zig:24   | Identified the +9 flail "Giantslayer" {venom, Str+3 Int+5}
166486 | Zig:24   | Identified the +2 falchion of Valuable Assets {heavy, rCorr
                  | SInv}
166487 | Zig:24   | Identified the staff of conjuration "Kothray" {*Slow rC+
                  | Int+7 Stlth+}
166652 | Zig:24   | Identified the +3 leather armour of Zofetuf {rF++ Str+2
                  | Stlth+}
166659 | Zig:24   | Identified the +2 plate armour of Protective Custody {Fly
                  | Will+ Slay+5}
166785 | Zig:25   | Entered Level 25 of a ziggurat
166812 | Zig:25   | Identified the +3 buckler "Xokhlesi" {Str+4 Int+5 Dex-3}
166814 | Zig:25   | Identified the +4 tower shield "Gesun" {Harm}
166814 | Zig:25   | Identified the +3 tower shield of Darkness {rPois rCorr
                  | Slay-2 Stlth+}
166815 | Zig:25   | Identified the -1 tower shield of Pathos {rPois}
166822 | Zig:25   | Identified the +0 tower shield of Isarun {Str+5 Int-5
                  | Dex+2}
166822 | Zig:25   | Identified the +3 tower shield of Action {rF+ Slay+2}
166823 | Zig:25   | Identified the +8 tower shield of the Boiling Point {Str+3}
166828 | Zig:25   | Identified the +3 buckler "Bapi" {Harm Int-2 Dex+6 Stlth+}
166841 | Zig:25   | Identified the +0 hat "Dynilopt" {rElec Regen+ Str+2}
166891 | Zig:25   | Identified the staff of fire "Peab" {rF+ Dex+3}
166896 | Zig:25   | Identified the +1 scale mail "Rifacul" {Rampage Fly rCorr
                  | Int-2}
166903 | Zig:25   | Identified the staff of earth "Lairad" {Fly Will+ Str-3}
166904 | Zig:25   | Identified the +0 leather armour "Becoc" {rF+ rCorr Int-2
                  | Dex+2}
166907 | Zig:25   | Identified the +12 long sword of Uncertain Death {heavy,
                  | +Blink rC+ rCorr Str+2}
166923 | Zig:25   | Identified the ring of the Messenger {rC++ Int+2 Slay+4}
166934 | Zig:25   | Identified the +0 scale mail of Jiaxke Cutu {Dex+6 Slay-5}
166935 | Zig:25   | Identified the +8 sling of Bodily Harmony {elec, rC+ Will+}
166939 | Zig:25   | Identified the ring of Xutixzol {EV+5 Dex+2}
166944 | Zig:25   | Identified the ring of Qichovet {Str+6 Dex+2}
166978 | Zig:25   | Identified the staff of earth "Inleeria" {SInv}
166980 | Zig:25   | Identified the staff of air "Hyxeur" {rElec rN+ Int+2
                  | Stlth+}
166984 | Zig:25   | Identified the +1 cloak of the Cicada {Rampage Fly rN+
                  | Str-4}
166992 | Zig:25   | Identified the +7 hand axe of Karma {vamp, rPois rN+ Int-3}
167001 | Zig:25   | Identified the +3 arbalest "Ithiy" {freeze, Dex+4 Stlth+}
167002 | Zig:25   | Identified the staff of earth "Hagymuk" {rC+}
167320 | Zig:25   | Identified the +1 tower shield "Dicvugge" {MP+9 Stlth+}
                  | (You took it off a daeva on level 25 of a ziggurat)
167532 | Zig:25   | Identified the +0 robe "Uzaucat" {Fly MP+9 Str-5 Int+5}
167657 | Zig:26   | Entered Level 26 of a ziggurat
167671 | Zig:26   | Noticed a dread lich
167672 | Zig:26   | Noticed an ancient lich
167673 | Zig:26   | Noticed a dread lich
167675 | Zig:26   | Killed a dread lich
167675 | Zig:26   | Killed a dread lich
167675 | Zig:26   | Noticed an ancient lich
167675 | Zig:26   | Noticed an ancient lich
167675 | Zig:26   | Noticed an ancient lich
167676 | Zig:26   | Killed an ancient lich
167676 | Zig:26   | Killed an ancient lich
167677 | Zig:26   | Noticed an ancient lich
167678 | Zig:26   | Noticed an ancient lich
167678 | Zig:26   | Noticed an ancient lich
167678 | Zig:26   | Noticed an ancient lich
167678 | Zig:26   | Noticed an ancient lich
167679 | Zig:26   | Noticed an ancient lich
167679 | Zig:26   | Noticed a dread lich
167680 | Zig:26   | Killed an ancient lich
167680 | Zig:26   | Killed an ancient lich
167680 | Zig:26   | Killed an ancient lich
167680 | Zig:26   | Noticed an ancient lich
167681 | Zig:26   | Killed an ancient lich
167681 | Zig:26   | Killed an ancient lich
167681 | Zig:26   | Killed an ancient lich
167681 | Zig:26   | Killed a dread lich
167681 | Zig:26   | Killed an ancient lich
167681 | Zig:26   | Killed an ancient lich
167681 | Zig:26   | Killed an ancient lich
167681 | Zig:26   | Noticed a dread lich
167681 | Zig:26   | Noticed a dread lich
167681 | Zig:26   | Noticed a dread lich
167682 | Zig:26   | Noticed an ancient lich
167682 | Zig:26   | Noticed an ancient lich
167682 | Zig:26   | Noticed an ancient lich
167682 | Zig:26   | Noticed an ancient lich
167683 | Zig:26   | Noticed an ancient lich
167683 | Zig:26   | Noticed an ancient lich
167683 | Zig:26   | Noticed an ancient lich
167683 | Zig:26   | Noticed a dread lich
167683 | Zig:26   | Noticed an ancient lich
167683 | Zig:26   | Noticed a dread lich
167683 | Zig:26   | Noticed an ancient lich
167684 | Zig:26   | Killed a dread lich
167684 | Zig:26   | Killed a dread lich
167684 | Zig:26   | Killed an ancient lich
167684 | Zig:26   | Killed an ancient lich
167684 | Zig:26   | Killed an ancient lich
167684 | Zig:26   | Killed an ancient lich
167685 | Zig:26   | Killed an ancient lich
167685 | Zig:26   | Killed a dread lich
167685 | Zig:26   | Killed an ancient lich
167685 | Zig:26   | Killed a dread lich
167685 | Zig:26   | Killed a dread lich
167685 | Zig:26   | Killed an ancient lich
167685 | Zig:26   | Killed an ancient lich
167685 | Zig:26   | Noticed an ancient lich
167685 | Zig:26   | Noticed a dread lich
167685 | Zig:26   | Noticed an ancient lich
167686 | Zig:26   | Noticed an ancient lich
167686 | Zig:26   | Noticed a dread lich
167686 | Zig:26   | Noticed a dread lich
167686 | Zig:26   | Noticed an ancient lich
167686 | Zig:26   | Noticed a dread lich
167686 | Zig:26   | Noticed a dread lich
167686 | Zig:26   | Noticed an ancient lich
167687 | Zig:26   | Noticed a dread lich
167687 | Zig:26   | Noticed a dread lich
167687 | Zig:26   | Noticed a dread lich
167687 | Zig:26   | Noticed an ancient lich
167687 | Zig:26   | Noticed a dread lich
167687 | Zig:26   | Noticed an ancient lich
167688 | Zig:26   | Killed an ancient lich
167688 | Zig:26   | Killed an ancient lich
167688 | Zig:26   | Killed a dread lich
167688 | Zig:26   | Killed an ancient lich
167688 | Zig:26   | Killed an ancient lich
167688 | Zig:26   | Killed an ancient lich
167688 | Zig:26   | Killed a dread lich
167688 | Zig:26   | Killed an ancient lich
167688 | Zig:26   | Noticed a dread lich
167688 | Zig:26   | Noticed an ancient lich
167688 | Zig:26   | Noticed an ancient lich
167688 | Zig:26   | Noticed an ancient lich
167689 | Zig:26   | Killed a dread lich
167689 | Zig:26   | Killed an ancient lich
167689 | Zig:26   | Killed a dread lich
167689 | Zig:26   | Killed a dread lich
167689 | Zig:26   | Killed a dread lich
167689 | Zig:26   | Killed an ancient lich
167689 | Zig:26   | Killed an ancient lich
167689 | Zig:26   | Killed a dread lich
167689 | Zig:26   | Killed a dread lich
167689 | Zig:26   | Killed an ancient lich
167689 | Zig:26   | Killed a dread lich
167689 | Zig:26   | Killed a dread lich
167689 | Zig:26   | Noticed an ancient lich
167689 | Zig:26   | Noticed an ancient lich
167689 | Zig:26   | Noticed an ancient lich
167689 | Zig:26   | Noticed a dread lich
167689 | Zig:26   | Noticed an ancient lich
167690 | Zig:26   | Noticed an ancient lich
167690 | Zig:26   | Noticed an ancient lich
167690 | Zig:26   | Noticed an ancient lich
167691 | Zig:26   | Noticed a dread lich
167691 | Zig:26   | Noticed a dread lich
167691 | Zig:26   | Noticed an ancient lich
167691 | Zig:26   | Noticed a dread lich
167691 | Zig:26   | Noticed a dread lich
167692 | Zig:26   | Noticed a dread lich
167692 | Zig:26   | Killed a dread lich
167692 | Zig:26   | Killed an ancient lich
167692 | Zig:26   | Killed an ancient lich
167692 | Zig:26   | Killed an ancient lich
167692 | Zig:26   | Killed a dread lich
167692 | Zig:26   | Killed an ancient lich
167692 | Zig:26   | Killed an ancient lich
167692 | Zig:26   | Killed an ancient lich
167692 | Zig:26   | Noticed a dread lich
167693 | Zig:26   | Killed an ancient lich
167693 | Zig:26   | Killed an ancient lich
167693 | Zig:26   | Killed an ancient lich
167693 | Zig:26   | Killed a dread lich
167693 | Zig:26   | Killed a dread lich
167693 | Zig:26   | Killed a dread lich
167693 | Zig:26   | Killed a dread lich
167693 | Zig:26   | Killed a dread lich
167694 | Zig:26   | Noticed a dread lich
167694 | Zig:26   | Noticed a dread lich
167694 | Zig:26   | Noticed a dread lich
167694 | Zig:26   | Noticed a dread lich
167694 | Zig:26   | Noticed an ancient lich
167695 | Zig:26   | Noticed an ancient lich
167695 | Zig:26   | Noticed an ancient lich
167695 | Zig:26   | Noticed a dread lich
167696 | Zig:26   | Killed a dread lich
167696 | Zig:26   | Killed a dread lich
167696 | Zig:26   | Killed a dread lich
167696 | Zig:26   | Killed a dread lich
167696 | Zig:26   | Killed an ancient lich
167696 | Zig:26   | Killed a dread lich
167696 | Zig:26   | Killed an ancient lich
167696 | Zig:26   | Killed an ancient lich
167696 | Zig:26   | Noticed a dread lich
167696 | Zig:26   | Noticed an ancient lich
167696 | Zig:26   | Noticed an ancient lich
167698 | Zig:26   | Killed a dread lich
167698 | Zig:26   | Killed an ancient lich
167698 | Zig:26   | Killed an ancient lich
167698 | Zig:26   | Noticed a dread lich
167701 | Zig:26   | Noticed a dread lich
167703 | Zig:26   | Killed a dread lich
167704 | Zig:26   | Killed a dread lich
167704 | Zig:26   | Noticed an ancient lich
167706 | Zig:26   | Noticed a dread lich
167708 | Zig:26   | Noticed an ancient lich
167708 | Zig:26   | Noticed a dread lich
167709 | Zig:26   | Killed a dread lich
167709 | Zig:26   | Killed an ancient lich
167709 | Zig:26   | Killed an ancient lich
167710 | Zig:26   | Killed a dread lich
168009 | Zig:26   | Identified the ring "Weedgh" {Fire Contam rElec Int+3
                  | Stlth+}
168127 | Zig:26   | Identified the ring of Xom's Malicious Joy {rN+ Dex+5}
168152 | Zig:26   | Identified the +7 spear of Tumult {flame, Will+ Int+2
                  | Stlth+}
168153 | Zig:26   | Identified the +7 flail "Nosomikaus" {elec, Int+4}
168155 | Zig:26   | Identified the staff of air "Tatigh" {rElec rPois Str-5
                  | Int+2 SInv}
168166 | Zig:26   | Identified the ring of Moodd {Ice *Slow Str+3 Int+3 Dex+6}
168173 | Zig:26   | Identified the ring "Boja" {rF+ rCorr Dex+3}
168181 | Zig:26   | Identified the amulet "Qumpoun" {rC+ Regen+ Int-2 Dex+4}
168209 | Zig:26   | Identified the +0 chain mail "Raod" {rC+++ MP+9 Dex+3}
168214 | Zig:26   | Identified the +6 lajatang of Big Damage {freeze, rElec
                  | Dex+3}
168234 | Zig:26   | Identified the +10 arbalest "Uxzafin" {penet, Will+ rCorr
                  | Int+3}
168348 | Zig:27   | Entered Level 27 of a ziggurat
168358 | Zig:27   | Noticed a dread lich
168360 | Zig:27   | Killed a dread lich
168361 | Zig:27   | Noticed a dread lich
168361 | Zig:27   | Noticed a dread lich
168362 | Zig:27   | Noticed a dread lich
168362 | Zig:27   | Noticed a dread lich
168364 | Zig:27   | Killed a dread lich
168366 | Zig:27   | Noticed an ancient lich
168366 | Zig:27   | Noticed an ancient lich
168367 | Zig:27   | Killed a dread lich
168367 | Zig:27   | Killed a dread lich
168367 | Zig:27   | Killed a dread lich
168368 | Zig:27   | Noticed an ancient lich
168369 | Zig:27   | Killed an ancient lich
168369 | Zig:27   | Killed an ancient lich
168369 | Zig:27   | Killed an ancient lich
168369 | Zig:27   | Noticed a dread lich
168369 | Zig:27   | Noticed an ancient lich
168370 | Zig:27   | Noticed a dread lich
168370 | Zig:27   | Noticed a dread lich
168371 | Zig:27   | Noticed a dread lich
168371 | Zig:27   | Noticed an ancient lich
168373 | Zig:27   | Killed a dread lich
168373 | Zig:27   | Killed a dread lich
168373 | Zig:27   | Killed an ancient lich
168373 | Zig:27   | Killed a dread lich
168374 | Zig:27   | Killed an ancient lich
168374 | Zig:27   | Killed a dread lich
168374 | Zig:27   | Noticed an ancient lich
168375 | Zig:27   | Noticed an ancient lich
168375 | Zig:27   | Noticed a dread lich
168376 | Zig:27   | Noticed a dread lich
168376 | Zig:27   | Noticed a dread lich
168376 | Zig:27   | Noticed an ancient lich
168377 | Zig:27   | Killed an ancient lich
168377 | Zig:27   | Killed a dread lich
168378 | Zig:27   | Killed an ancient lich
168378 | Zig:27   | Killed an ancient lich
168378 | Zig:27   | Killed a dread lich
168378 | Zig:27   | Noticed an ancient lich
168378 | Zig:27   | Noticed an ancient lich
168379 | Zig:27   | Noticed an ancient lich
168380 | Zig:27   | Noticed an ancient lich
168381 | Zig:27   | Killed an ancient lich
168381 | Zig:27   | Killed an ancient lich
168381 | Zig:27   | Noticed an ancient lich
168382 | Zig:27   | Killed an ancient lich
168382 | Zig:27   | Killed an ancient lich
168382 | Zig:27   | Killed a dread lich
168382 | Zig:27   | Killed an ancient lich
168383 | Zig:27   | Noticed an ancient lich
168384 | Zig:27   | Noticed an ancient lich
168384 | Zig:27   | Noticed an ancient lich
168385 | Zig:27   | Killed an ancient lich
168385 | Zig:27   | Killed an ancient lich
168388 | Zig:27   | Killed an ancient lich
168490 | Zig:27   | Identified the +5 morningstar "Ytooj" {heavy, Int+6}
168494 | Zig:27   | Identified the staff of air "Oxkad" {+Blink rElec rPois}
168497 | Zig:27   | Identified the +1 mace of Darkness {flame, rElec rN++ Will-
                  | Str-5}
168502 | Zig:27   | Identified the +12 chain mail of the Centipede {rN+ Str+6
                  | Int-3 Stlth+}
168503 | Zig:27   | Identified the staff of poison "Xalo" {Drain rPois rN+
                  | Str+3}
168508 | Zig:27   | Identified the ring "Kycka" {rC+ Will+ rCorr Dex+2 Stlth-}
168514 | Zig:27   | Identified the ring of Teixoane {rCorr SInv}
168526 | Zig:27   | Identified the ring of Vihi {MP+9 Dex+7}
168531 | Zig:27   | Identified the staff of air "Upnevef" {rElec Str+4 Int-5}
168535 | Zig:27   | Identified the staff of air "Docrep" {rElec rC++ rCorr
                  | Int+3 Stlth-}
168541 | Zig:27   | Identified the +2 plate armour "Bucefan" {Int+3 Dex-3 SInv
                  | Stlth+}
169112 | Zig:27   | Identified the +4 long sword "Ogonokem" {heavy, rElec MP+9
                  | Int+3 Dex+2}
169220 | Zig:1    | Entered Level 1 of a ziggurat
169220 | Zig:1    | Noticed a dread lich
169223 | Zig:1    | Killed a dread lich
169247 | Zig:1    | Identified the -2 pair of gloves "Otiov" {rC++ rCorr}
169287 | Zig:2    | Entered Level 2 of a ziggurat
169347 | Zig:2    | Identified the amulet "Wuniaff" {Reflect Str+4 Dex+3 SH+5}
169391 | Zig:3    | Entered Level 3 of a ziggurat
169422 | Zig:3    | Identified the +5 halberd "Gitutwawn" {heavy, rPois Int+4}
169506 | Zig:4    | Entered Level 4 of a ziggurat
169506 | Zig:4    | Noticed a juggernaut
169506 | Zig:4    | Noticed a juggernaut
169506 | Zig:4    | Noticed a juggernaut
169507 | Zig:4    | Killed a juggernaut
169507 | Zig:4    | Killed a juggernaut
169507 | Zig:4    | Killed a juggernaut
169592 | Zig:4    | Identified the ring "Lum Buo" {rPois Will+ Dex+2}
169615 | Zig:5    | Entered Level 5 of a ziggurat
169615 | Zig:5    | Noticed a caustic shrike
169615 | Zig:5    | Noticed a caustic shrike
169615 | Zig:5    | Noticed a caustic shrike
169617 | Zig:5    | Noticed a caustic shrike
169618 | Zig:5    | Killed a caustic shrike
169618 | Zig:5    | Killed a caustic shrike
169618 | Zig:5    | Noticed a caustic shrike
169619 | Zig:5    | Noticed a caustic shrike
169619 | Zig:5    | Killed a caustic shrike
169621 | Zig:5    | Killed a caustic shrike
169621 | Zig:5    | Killed a caustic shrike
169626 | Zig:5    | Killed a caustic shrike
169634 | Zig:5    | Identified the ring "Wabacseq" {Contam rC+ Will++ MP+9
                  | AC+4}
169643 | Zig:5    | Identified the +3 bardiche of the Turnip {vamp, rN+ Dex+3}
169644 | Zig:5    | Identified the staff of fire "Fuhaez" {+Blink rF+ rC+ SInv}
169649 | Zig:5    | Identified the staff of conjuration "Ulampet" {rCorr Int+4}
169654 | Zig:5    | Identified the staff of fire "Tonar" {rElec rPois rF+ Str+3
                  | Int+3 Dex-2}
169757 | Zig:6    | Entered Level 6 of a ziggurat
169757 | Zig:6    | Noticed a dread lich
169757 | Zig:6    | Noticed a dread lich
169757 | Zig:6    | Noticed a dread lich
169757 | Zig:6    | Noticed an ancient lich
169758 | Zig:6    | Killed a dread lich
169758 | Zig:6    | Killed a dread lich
169758 | Zig:6    | Killed an ancient lich
169759 | Zig:6    | Killed a dread lich
169760 | Zig:6    | Noticed an ancient lich
169761 | Zig:6    | Noticed an ancient lich
169763 | Zig:6    | Killed an ancient lich
169763 | Zig:6    | Killed an ancient lich
169763 | Zig:6    | Noticed an ancient lich
169763 | Zig:6    | Noticed an ancient lich
169767 | Zig:6    | Killed an ancient lich
169767 | Zig:6    | Killed an ancient lich
169904 | Zig:6    | Identified the +6 whip "Poav" {heavy, rF- rC+ rN+++ Dex+2}
169914 | Zig:6    | Identified the ring "Vompa" {rElec rCorr AC+4 Int-2}
169920 | Zig:6    | Identified the +3 battleaxe of the Hairy God {freeze, rElec
                  | Str-4 Dex+3 Stlth+}
169925 | Zig:6    | Identified the +0 robe of the Northern Lights {Fly rF- rC-
                  | Str+9}
169927 | Zig:6    | Identified the +10 tower shield of Impermeability {rCorr
                  | MP+9 Str-4 Dex+3}
169977 | Zig:7    | Entered Level 7 of a ziggurat
169985 | Zig:7    | Noticed Sosoir the pandemonium lord
169989 | Zig:7    | Killed Sosoir the pandemonium lord
170028 | Zig:7    | Identified the +3 battleaxe of Corruption {freeze, rElec
                  | rF- Dex+3 SInv}
170029 | Zig:7    | Identified the +1 hat "Bomeow" {Regen+ rCorr Str+3}
170040 | Zig:7    | Identified the ring "Rinerus" {*Corrode rN+ Int+6 Dex+6}
170189 | Zig:8    | Entered Level 8 of a ziggurat
170189 | Zig:8    | Noticed a dread lich
170189 | Zig:8    | Noticed an ancient lich
170189 | Zig:8    | Noticed an ancient lich
170189 | Zig:8    | Noticed a dread lich
170189 | Zig:8    | Noticed an ancient lich
170189 | Zig:8    | Noticed an ancient lich
170189 | Zig:8    | Noticed a dread lich
170189 | Zig:8    | Noticed a dread lich
170189 | Zig:8    | Noticed a dread lich
170189 | Zig:8    | Noticed an ancient lich
170189 | Zig:8    | Noticed a dread lich
170189 | Zig:8    | Noticed a dread lich
170189 | Zig:8    | Noticed an ancient lich
170189 | Zig:8    | Noticed an ancient lich
170189 | Zig:8    | Noticed an ancient lich
170189 | Zig:8    | Noticed a dread lich
170189 | Zig:8    | Noticed a dread lich
170189 | Zig:8    | Noticed a dread lich
170190 | Zig:8    | Killed a dread lich
170190 | Zig:8    | Killed an ancient lich
170190 | Zig:8    | Killed an ancient lich
170190 | Zig:8    | Killed an ancient lich
170190 | Zig:8    | Killed a dread lich
170190 | Zig:8    | Killed an ancient lich
170190 | Zig:8    | Killed a dread lich
170190 | Zig:8    | Killed a dread lich
170190 | Zig:8    | Killed a dread lich
170190 | Zig:8    | Killed a dread lich
170190 | Zig:8    | Killed an ancient lich
170190 | Zig:8    | Killed an ancient lich
170190 | Zig:8    | Killed a dread lich
170190 | Zig:8    | Killed a dread lich
170191 | Zig:8    | Killed a dread lich
170191 | Zig:8    | Killed a dread lich
170191 | Zig:8    | Killed an ancient lich
170191 | Zig:8    | Killed an ancient lich
170191 | Zig:8    | Noticed an ancient lich
170191 | Zig:8    | Noticed an ancient lich
170192 | Zig:8    | Killed an ancient lich
170192 | Zig:8    | Noticed an ancient lich
170193 | Zig:8    | Noticed an ancient lich
170193 | Zig:8    | Noticed an ancient lich
170194 | Zig:8    | Noticed a dread lich
170194 | Zig:8    | Noticed an ancient lich
170194 | Zig:8    | Noticed a dread lich
170195 | Zig:8    | Noticed an ancient lich
170195 | Zig:8    | Killed an ancient lich
170196 | Zig:8    | Noticed a dread lich
170196 | Zig:8    | Killed an ancient lich
170197 | Zig:8    | Killed an ancient lich
170197 | Zig:8    | Killed an ancient lich
170197 | Zig:8    | Killed a dread lich
170197 | Zig:8    | Killed a dread lich
170197 | Zig:8    | Killed an ancient lich
170198 | Zig:8    | Killed a dread lich
170199 | Zig:8    | Noticed a dread lich
170199 | Zig:8    | Noticed a dread lich
170200 | Zig:8    | Killed an ancient lich
170200 | Zig:8    | Killed a dread lich
170200 | Zig:8    | Killed a dread lich
170200 | Zig:8    | Noticed an ancient lich
170202 | Zig:8    | Killed an ancient lich
170327 | Zig:8    | Identified the staff of cold "Yqehoaha" {rC+ Will+ Str+2
                  | Int+3 Dex-4}
170329 | Zig:8    | Identified the ring "Neiporuc" {rPois SInv}
170352 | Zig:8    | Identified the ring "Ekif" {Ice +Blink Will+}
170358 | Zig:8    | Identified the +2 leather armour of Hucyb {Fly MP+9}
170395 | Zig:8    | Identified the +6 broad axe of Gooforre {flame, rPois
                  | Will+}
170403 | Zig:9    | Entered Level 9 of a ziggurat
170523 | Zig:9    | Identified the amulet of False Pretenses {Spirit rPois
                  | rCorr}
170531 | Zig:9    | Identified the +8 rapier "Konanin" {flame, rPois rC+ Str+2
                  | SInv}
170533 | Zig:9    | Identified the ring "Liasais" {+Blink EV+5 Stlth+}
170538 | Zig:9    | Identified the staff of death "Vunull" {rPois rC++ rN+
                  | Dex+2}
170651 | Zig:9    | Identified the +1 sling "Caudief" {drain, rN+ Will+ Int+5
                  | Dex-3}
170656 | Zig:10   | Entered Level 10 of a ziggurat
170660 | Zig:10   | Identified the +0 tower shield of Quantum Leap {rPois
                  | Regen+ Slay+2}
170679 | Zig:10   | Identified the +6 tower shield of Spite {rElec Str-4 Dex+3}
                  | (You took it off a daeva on level 10 of a ziggurat)
170912 | Zig:10   | Identified the +7 long sword of Regicide {freeze, Str+3}
170922 | Zig:10   | Identified the +4 broad axe of Syichad {elec, *Slow rElec
                  | Will++ Str+3}
170929 | Zig:11   | Entered Level 11 of a ziggurat
170974 | Zig:11   | Identified the +10 falchion "Wuagayne" {freeze, Str+3
                  | Int+2}
170977 | Zig:11   | Identified the +2 helmet "Aluat" {rF+ Str+3 Dex+3}
170987 | Zig:11   | Identified the +0 scale mail of the Tuna {rCorr}
171237 | Zig:12   | Entered Level 12 of a ziggurat
171507 | Zig:12   | Identified the +1 cloak of Ysarghos {Drain Regen+ Stlth+}
171527 | Zig:12   | Identified the +6 chain mail of Mocoschel {Rampage rF-
                  | Str+8 Int-3}
171528 | Zig:12   | Identified the +1 double sword "Tehearu" {freeze, Will+
                  | rCorr}
171533 | Zig:12   | Identified the +2 leather armour "Faetriyju" {Will+ Int+3}
171534 | Zig:12   | Identified the +1 scale mail of Narcissism {rC- Str+6}
171538 | Zig:12   | Identified the +9 hand axe "Huffoschuch" {freeze, Fragile
                  | Will+ Dex+7}
171550 | Zig:13   | Entered Level 13 of a ziggurat
171550 | Zig:13   | Noticed a juggernaut
171550 | Zig:13   | Noticed a juggernaut
171550 | Zig:13   | Noticed a juggernaut
171550 | Zig:13   | Noticed a juggernaut
171550 | Zig:13   | Noticed a juggernaut
171551 | Zig:13   | Killed a juggernaut
171551 | Zig:13   | Killed a juggernaut
171551 | Zig:13   | Killed a juggernaut
171551 | Zig:13   | Killed a juggernaut
171551 | Zig:13   | Killed a juggernaut
171551 | Zig:13   | Noticed a juggernaut
171553 | Zig:13   | Noticed a juggernaut
171554 | Zig:13   | Noticed a juggernaut
171554 | Zig:13   | Noticed a juggernaut
171555 | Zig:13   | Noticed a juggernaut
171555 | Zig:13   | Noticed a juggernaut
171556 | Zig:13   | Noticed a juggernaut
171556 | Zig:13   | Noticed a juggernaut
171557 | Zig:13   | Killed a juggernaut
171557 | Zig:13   | Killed a juggernaut
171557 | Zig:13   | Killed a juggernaut
171558 | Zig:13   | Killed a juggernaut
171558 | Zig:13   | Killed a juggernaut
171558 | Zig:13   | Killed a juggernaut
171558 | Zig:13   | Killed a juggernaut
171558 | Zig:13   | Killed a juggernaut
171624 | Zig:13   | Identified the amulet "Foukoti" {Faith +Inv}
171637 | Zig:13   | Identified the staff of poison "Jung" {rPois Str+3}
171640 | Zig:13   | Identified the amulet "Buomen" {Faith rC+ Stlth+}
171646 | Zig:13   | Identified the +4 short sword "Ox" {pain, Str+4}
171647 | Zig:13   | Identified the +8 shortbow of Evisceration {heavy, rN+
                  | rCorr Str-2 Int+4 Dex-2}
171650 | Zig:13   | Identified the staff of air "Soock" {Fragile rElec Int+3
                  | SInv}
171661 | Zig:13   | Identified the +10 flail "Fepaimi" {flame, +Blink Will+}
171667 | Zig:13   | Identified the +10 mace of Cheese {flame, rC- Int+5 Dex+3}
171679 | Zig:13   | Identified the +5 sling of Crusades {speed, rElec rF-
                  | Stlth+}
171682 | Zig:13   | Identified the amulet "Quirel" {Acrobat *Corrode rPois rC++
                  | Str+4}
171686 | Zig:13   | Identified the +1 morningstar of Ru, Kissing {holy, rPois
                  | rF+ Int+4 Stlth+}
171917 | Zig:13   | Acquired 433 gold pieces
171926 | Zig:14   | Entered Level 14 of a ziggurat
171950 | Zig:14   | Noticed Luinuolle the pandemonium lord
171955 | Zig:14   | Killed Luinuolle the pandemonium lord
172215 | Zig:14   | Identified the amulet of Mang {rElec Regen+ Str+3}
172217 | Zig:14   | Identified the staff of death "Pueharue" {rF+ rC+ rN+
                  | Int+3}
172222 | Zig:14   | Identified the ring of Day {Str+6 Int+8}
172225 | Zig:14   | Identified the +0 robe "Vaul" {Rampage +Blink rPois Stlth-}
172229 | Zig:14   | Identified the +0 chain mail of the Three Beasts {Int+4}
172235 | Zig:14   | Identified the +9 spear of Overwhelming Force {venom, Dex+4
                  | SInv Stlth+}
172249 | Zig:15   | Entered Level 15 of a ziggurat
172283 | Zig:15   | Identified the +12 short sword of Wavept {elec, rC+ Will+
                  | Int+4 Dex-2}
172285 | Zig:15   | Identified the +4 lajatang of Piph {holy, *Rage rN++}
172286 | Zig:15   | Identified the +11 mace of Ceig {heavy, Fly SInv}
172290 | Zig:15   | Identified the +0 pair of gloves of Zejain {Stlth+}
172296 | Zig:15   | Identified the +9 chain mail of Chill Winds {rElec Regen+
                  | Slay-4}
172302 | Zig:15   | Identified the staff of fire "Vuejatt" {rF+ rN+ Str+6
                  | Int+2}
172304 | Zig:15   | Identified the +1 chain mail "Xuef" {+Inv rN++}
172314 | Zig:15   | Identified the staff of air "Omuggokued" {rElec rPois Int+5
                  | Stlth-}
172321 | Zig:15   | Identified the +6 long sword of the Original Sin {flame,
                  | +Blink rF- rN+ Dex+3}
172329 | Zig:15   | Identified the +7 trident of the Protecting Gods {pain,
                  | rElec Will- MP+9 Str+2 SInv}
172341 | Zig:15   | Identified the staff of conjuration "Caudidatz" {Str+3}
172639 | Zig:15   | Acquired 586 gold pieces
172647 | Zig:16   | Entered Level 16 of a ziggurat
172647 | Zig:16   | Noticed a caustic shrike
172647 | Zig:16   | Noticed a caustic shrike
172647 | Zig:16   | Noticed a caustic shrike
172647 | Zig:16   | Noticed a dread lich
172647 | Zig:16   | Noticed a caustic shrike
172647 | Zig:16   | Noticed a caustic shrike
172649 | Zig:16   | Killed a dread lich
172651 | Zig:16   | Killed a caustic shrike
172651 | Zig:16   | Killed a caustic shrike
172652 | Zig:16   | Killed a caustic shrike
172652 | Zig:16   | Killed a caustic shrike
172653 | Zig:16   | Noticed a caustic shrike
172653 | Zig:16   | Noticed a dread lich
172653 | Zig:16   | Killed a caustic shrike
172654 | Zig:16   | Noticed a caustic shrike
172655 | Zig:16   | Killed a caustic shrike
172655 | Zig:16   | Killed a dread lich
172656 | Zig:16   | Noticed a caustic shrike
172656 | Zig:16   | Noticed a caustic shrike
172657 | Zig:16   | Killed a caustic shrike
172658 | Zig:16   | Noticed a caustic shrike
172660 | Zig:16   | Killed a caustic shrike
172660 | Zig:16   | Killed a caustic shrike
172661 | Zig:16   | Noticed a caustic shrike
172661 | Zig:16   | Noticed a caustic shrike
172662 | Zig:16   | Noticed a caustic shrike
172662 | Zig:16   | Noticed a caustic shrike
172662 | Zig:16   | Noticed a caustic shrike
172663 | Zig:16   | Killed a caustic shrike
172664 | Zig:16   | Noticed a caustic shrike
172665 | Zig:16   | Killed a caustic shrike
172665 | Zig:16   | Killed a caustic shrike
172666 | Zig:16   | Killed a caustic shrike
172667 | Zig:16   | Killed a caustic shrike
172667 | Zig:16   | Killed a caustic shrike
172667 | Zig:16   | Killed a caustic shrike
172667 | Zig:16   | Noticed a caustic shrike
172674 | Zig:16   | Killed a caustic shrike
172961 | Zig:16   | Identified the ring "Zekler" {rElec rC+ rCorr Str+2 Dex-2}
172966 | Zig:16   | Identified the staff of poison "Iffocics" {Fly rElec rPois
                  | Will- Int+5}
172968 | Zig:16   | Identified the ring of the Heavens {rN+ Int+5}
172969 | Zig:16   | Identified the +1 helmet of Rotation {Will+}
172975 | Zig:16   | Identified the +3 shortbow "Jidash" {freeze, MP+9 Str+3
                  | Int-3}
172976 | Zig:16   | Identified the +5 hand axe "Vaessah" {freeze, rPois rF+}
172989 | Zig:16   | Identified the +6 mace of Enethrirgh {holy, Str+5}
172993 | Zig:16   | Identified the ring of Gaabbak {rF+ rN+ Will+ Dex+2}
172994 | Zig:16   | Identified the staff of cold "Pojuf" {rC+ MP+9 Str+2 SInv}
173019 | Zig:17   | Entered Level 17 of a ziggurat
173055 | Zig:17   | Identified the ring "Wood" {rPois rF+ Dex+6}
173066 | Zig:17   | Identified the +0 leather armour "Emaadon" {Will+ Dex+3}
173076 | Zig:17   | Identified the +3 rapier of Amorality {holy, rF+ Stlth+}
173086 | Zig:17   | Identified the +1 ring mail "Uguqos" {rElec Stlth+}
173521 | Zig:18   | Entered Level 18 of a ziggurat
173557 | Zig:18   | Noticed Fuopp the pandemonium lord
173563 | Zig:18   | Killed Fuopp the pandemonium lord
173811 | Zig:18   | Identified the ring "Angyim" {Wiz Str+9 Int+2 Dex-2 Slay+3}
173813 | Zig:18   | Identified the +8 dagger of the Disbelieving Seer {holy,
                  | Drain MP+9 Int+3}
173817 | Zig:18   | Identified the +5 hand axe of Ufuace {drain, rN+ Stlth+}
173819 | Zig:18   | Identified the +0 gold dragon scales of the Elven Halls
                  | {*Slow rPois rF+ rC+ Regen+ rCorr Str+2}
173820 | Zig:18   | Identified the +7 flail "Qylomm" {heavy, rElec Will+ MP+9}
173821 | Zig:18   | Identified the +10 quarterstaff of the Freezing Ancients
                  | {venom, +Blink rElec rF-}
173827 | Zig:18   | Identified the +0 scale mail of the Bespelled Zebra {Harm
                  | rF+ Int+3}
173830 | Zig:18   | Identified the ring of Esawourchue {rElec rPois rC- Dex+2
                  | SInv}
173831 | Zig:18   | Identified the staff of conjuration "Yvutazes" {Will+
                  | rCorr}
173836 | Zig:18   | Identified the +4 great sword of False Accusations {holy,
                  | +Blink rC+ Str+3 Stlth+}
173839 | Zig:18   | Identified the +7 chain mail of the Moon {Will- Str-2 Int+2
                  | Dex+7}
173842 | Zig:18   | Identified the +8 falchion of Yrphimnise {freeze, Str+2}
173845 | Zig:18   | Identified the +0 hat of Olon {rPois rF- rN+ rCorr}
173847 | Zig:18   | Identified the ring of Odiyl {Contam rPois rF+++ Will+}
173859 | Zig:18   | Identified the +4 shortbow of Starshine {speed, rN+ rCorr
                  | Stlth+}
173875 | Zig:19   | Entered Level 19 of a ziggurat
173875 | Zig:19   | Noticed a juggernaut
173875 | Zig:19   | Noticed a juggernaut
173875 | Zig:19   | Noticed a juggernaut
173875 | Zig:19   | Noticed a juggernaut
173875 | Zig:19   | Noticed a juggernaut
173875 | Zig:19   | Noticed a juggernaut
173875 | Zig:19   | Noticed a juggernaut
173875 | Zig:19   | Noticed a juggernaut
173875 | Zig:19   | Noticed a juggernaut
173875 | Zig:19   | Noticed a juggernaut
173875 | Zig:19   | Noticed a juggernaut
173875 | Zig:19   | Noticed a juggernaut
173875 | Zig:19   | Noticed a juggernaut
173876 | Zig:19   | Killed a juggernaut
173876 | Zig:19   | Killed a juggernaut
173876 | Zig:19   | Killed a juggernaut
173876 | Zig:19   | Killed a juggernaut
173876 | Zig:19   | Killed a juggernaut
173876 | Zig:19   | Killed a juggernaut
173876 | Zig:19   | Killed a juggernaut
173876 | Zig:19   | Killed a juggernaut
173876 | Zig:19   | Killed a juggernaut
173876 | Zig:19   | Killed a juggernaut
173876 | Zig:19   | Killed a juggernaut
173876 | Zig:19   | Killed a juggernaut
173876 | Zig:19   | Killed a juggernaut
173877 | Zig:19   | Noticed a juggernaut
173879 | Zig:19   | Noticed a juggernaut
173879 | Zig:19   | Noticed a juggernaut
173879 | Zig:19   | Noticed a juggernaut
173880 | Zig:19   | Killed a juggernaut
173880 | Zig:19   | Killed a juggernaut
173881 | Zig:19   | Noticed a juggernaut
173881 | Zig:19   | Noticed a juggernaut
173882 | Zig:19   | Noticed a juggernaut
173882 | Zig:19   | Noticed a juggernaut
173882 | Zig:19   | Noticed a juggernaut
173883 | Zig:19   | Killed a juggernaut
173883 | Zig:19   | Killed a juggernaut
173883 | Zig:19   | Killed a juggernaut
173884 | Zig:19   | Noticed a juggernaut
173885 | Zig:19   | Killed a juggernaut
173885 | Zig:19   | Killed a juggernaut
173885 | Zig:19   | Killed a juggernaut
173885 | Zig:19   | Noticed a juggernaut
173886 | Zig:19   | Noticed a juggernaut
173886 | Zig:19   | Noticed a juggernaut
173887 | Zig:19   | Noticed a juggernaut
173888 | Zig:19   | Noticed a juggernaut
173888 | Zig:19   | Killed a juggernaut
173888 | Zig:19   | Killed a juggernaut
173888 | Zig:19   | Noticed a juggernaut
173888 | Zig:19   | Noticed a juggernaut
173889 | Zig:19   | Noticed a juggernaut
173890 | Zig:19   | Killed a juggernaut
173890 | Zig:19   | Killed a juggernaut
173890 | Zig:19   | Killed a juggernaut
173890 | Zig:19   | Killed a juggernaut
173890 | Zig:19   | Killed a juggernaut
173890 | Zig:19   | Noticed a juggernaut
173890 | Zig:19   | Noticed a juggernaut
173893 | Zig:19   | Killed a juggernaut
173893 | Zig:19   | Killed a juggernaut
173893 | Zig:19   | Killed a juggernaut
173894 | Zig:19   | Noticed a juggernaut
173895 | Zig:19   | Noticed a juggernaut
173895 | Zig:19   | Noticed a juggernaut
173896 | Zig:19   | Killed a juggernaut
173896 | Zig:19   | Killed a juggernaut
173896 | Zig:19   | Killed a juggernaut
173896 | Zig:19   | Killed a juggernaut
173896 | Zig:19   | Killed a juggernaut
173905 | Zig:19   | Identified the +1 whip "Watt" {pain, rElec Dex+3}
173923 | Zig:19   | Identified the amulet "Siff" {rElec Regen+}
173925 | Zig:19   | Identified the staff of poison "Firghyrixt" {rElec rPois}
173931 | Zig:19   | Identified the +2 robe "Junafy" {*Slow rC+++ Will- Dex+5}
173933 | Zig:19   | Identified the +0 scale mail of Compression {Str+6}
173934 | Zig:19   | Identified the staff of air "Tinog" {+Blink rElec Will++
                  | rCorr Str+3}
173949 | Zig:19   | Identified the +8 dire flail "Tattletale" {holy, rElec
                  | rCorr}
173965 | Zig:19   | Identified the +3 rapier "Najet" {distort, rElec Dex+3}
173978 | Zig:19   | Identified the ring "Hinn" {Fly MP+9}
173980 | Zig:19   | Identified the staff of conjuration "Jalebb" {Fly rPois}
173983 | Zig:19   | Identified the ring "Edah Jysm" {rPois Will+ rCorr Dex+3
                  | Stlth+}
174034 | Zig:19   | Identified the +1 robe "Put-Me-On" {rC+ Str+7 Dex-5 Stlth+}
174036 | Zig:19   | Identified the staff of cold "Jisma" {rElec rC+ rCorr}
174328 | Zig:20   | Entered Level 20 of a ziggurat
174777 | Zig:20   | Identified the ring of the Slimy Lime {Ice Dex+3 SInv}
174797 | Zig:20   | Identified the +8 glaive of Ragnarok {protect, +Blink
                  | Int+5}
174799 | Zig:20   | Identified the amulet "Topic" {Faith rElec rF- rN+++}
174843 | Zig:20   | Identified the +0 trident "Wymoqext" {flame, rF- Will+
                  | Dex+4}
174854 | Zig:20   | Identified the staff of conjuration "Zuef" {rPois}
174907 | Zig:21   | Entered Level 21 of a ziggurat
174959 | Zig:21   | Identified the staff of cold "Veukh" {rC+ Int+3 Dex+3}
174971 | Zig:21   | Identified the +1 whip of Frustration {freeze, rF+}
174976 | Zig:21   | Identified the +3 leather armour of Defence {Dex+5}
174980 | Zig:21   | Identified the +8 great sword of Accord {freeze, Fragile
                  | rElec Int+3 SInv}
174984 | Zig:21   | Identified the ring "Benoneum" {rElec Str+6 Int+2}
174997 | Zig:21   | Identified the +4 scale mail of Ibionoba {rC+ Str+2}
175003 | Zig:21   | Identified the amulet of Kophagen {Acrobat rElec}
175011 | Zig:21   | Identified the +3 ring mail of Tuebealo {rF+ Will+}
175023 | Zig:21   | Identified the +0 robe "Jiunguta" {Str+2}
175034 | Zig:21   | Identified the +1 ring mail of Beyond {Harm}
175044 | Zig:21   | Identified the amulet "Zuqobyel" {RegenMP Drain rElec rN+++
                  | Will+}
175433 | Zig:21   | Identified the +0 leather armour "Katyad" {-Tele Will+
                  | Dex+6}
175447 | Zig:21   | Identified the +7 plate armour of Buoz Qie {Will+ Int+3}
175475 | Zig:22   | Entered Level 22 of a ziggurat
175475 | Zig:22   | Noticed a caustic shrike
175475 | Zig:22   | Noticed a caustic shrike
175475 | Zig:22   | Noticed a caustic shrike
175475 | Zig:22   | Noticed a caustic shrike
175475 | Zig:22   | Noticed a caustic shrike
175475 | Zig:22   | Noticed a caustic shrike
175475 | Zig:22   | Noticed a caustic shrike
175475 | Zig:22   | Noticed a caustic shrike
175475 | Zig:22   | Noticed a caustic shrike
175475 | Zig:22   | Noticed a caustic shrike
175475 | Zig:22   | Noticed a caustic shrike
175475 | Zig:22   | Noticed a caustic shrike
175475 | Zig:22   | Noticed a caustic shrike
175475 | Zig:22   | Noticed a caustic shrike
175475 | Zig:22   | Noticed a caustic shrike
175475 | Zig:22   | Noticed a caustic shrike
175475 | Zig:22   | Noticed a caustic shrike
175476 | Zig:22   | Killed a caustic shrike
175476 | Zig:22   | Killed a caustic shrike
175476 | Zig:22   | Killed a caustic shrike
175476 | Zig:22   | Killed a caustic shrike
175476 | Zig:22   | Killed a caustic shrike
175476 | Zig:22   | Killed a caustic shrike
175476 | Zig:22   | Killed a caustic shrike
175476 | Zig:22   | Killed a caustic shrike
175476 | Zig:22   | Killed a caustic shrike
175476 | Zig:22   | Killed a caustic shrike
175476 | Zig:22   | Killed a caustic shrike
175476 | Zig:22   | Killed a caustic shrike
175476 | Zig:22   | Killed a caustic shrike
175476 | Zig:22   | Killed a caustic shrike
175476 | Zig:22   | Killed a caustic shrike
175476 | Zig:22   | Killed a caustic shrike
175476 | Zig:22   | Noticed a caustic shrike
175476 | Zig:22   | Noticed a caustic shrike
175477 | Zig:22   | Noticed a caustic shrike
175477 | Zig:22   | Noticed a caustic shrike
175477 | Zig:22   | Noticed a caustic shrike
175477 | Zig:22   | Noticed a caustic shrike
175478 | Zig:22   | Noticed a caustic shrike
175478 | Zig:22   | Noticed a caustic shrike
175479 | Zig:22   | Noticed a caustic shrike
175479 | Zig:22   | Noticed a caustic shrike
175479 | Zig:22   | Noticed a caustic shrike
175479 | Zig:22   | Killed a caustic shrike
175479 | Zig:22   | Noticed a caustic shrike
175479 | Zig:22   | Noticed a caustic shrike
175480 | Zig:22   | Noticed a caustic shrike
175480 | Zig:22   | Noticed a caustic shrike
175480 | Zig:22   | Killed a caustic shrike
175480 | Zig:22   | Noticed a caustic shrike
175481 | Zig:22   | Noticed a caustic shrike
175481 | Zig:22   | Killed a caustic shrike
175481 | Zig:22   | Killed a caustic shrike
175481 | Zig:22   | Killed a caustic shrike
175482 | Zig:22   | Noticed a caustic shrike
175482 | Zig:22   | Killed a caustic shrike
175482 | Zig:22   | Killed a caustic shrike
175482 | Zig:22   | Killed a caustic shrike
175482 | Zig:22   | Killed a caustic shrike
175482 | Zig:22   | Killed a caustic shrike
175482 | Zig:22   | Killed a caustic shrike
175482 | Zig:22   | Killed a caustic shrike
175482 | Zig:22   | Killed a caustic shrike
175482 | Zig:22   | Killed a caustic shrike
175482 | Zig:22   | Killed a caustic shrike
175482 | Zig:22   | Killed a caustic shrike
175482 | Zig:22   | Killed a caustic shrike
175482 | Zig:22   | Noticed a caustic shrike
175483 | Zig:22   | Killed a caustic shrike
175483 | Zig:22   | Noticed a caustic shrike
175483 | Zig:22   | Noticed a caustic shrike
175484 | Zig:22   | Noticed a caustic shrike
175484 | Zig:22   | Noticed a caustic shrike
175484 | Zig:22   | Noticed a caustic shrike
175484 | Zig:22   | Noticed a caustic shrike
175484 | Zig:22   | Noticed a caustic shrike
175485 | Zig:22   | Noticed a caustic shrike
175485 | Zig:22   | Noticed a caustic shrike
175485 | Zig:22   | Noticed a caustic shrike
175485 | Zig:22   | Noticed a caustic shrike
175485 | Zig:22   | Noticed a caustic shrike
175486 | Zig:22   | Noticed a caustic shrike
175486 | Zig:22   | Noticed a caustic shrike
175486 | Zig:22   | Noticed a caustic shrike
175487 | Zig:22   | Killed a caustic shrike
175487 | Zig:22   | Killed a caustic shrike
175487 | Zig:22   | Killed a caustic shrike
175487 | Zig:22   | Killed a caustic shrike
175487 | Zig:22   | Killed a caustic shrike
175487 | Zig:22   | Killed a caustic shrike
175487 | Zig:22   | Killed a caustic shrike
175487 | Zig:22   | Killed a caustic shrike
175487 | Zig:22   | Killed a caustic shrike
175487 | Zig:22   | Killed a caustic shrike
175487 | Zig:22   | Killed a caustic shrike
175487 | Zig:22   | Killed a caustic shrike
175487 | Zig:22   | Killed a caustic shrike
175487 | Zig:22   | Noticed a caustic shrike
175487 | Zig:22   | Noticed a caustic shrike
175487 | Zig:22   | Noticed a caustic shrike
175487 | Zig:22   | Noticed a caustic shrike
175487 | Zig:22   | Noticed a caustic shrike
175489 | Zig:22   | Killed a caustic shrike
175489 | Zig:22   | Killed a caustic shrike
175489 | Zig:22   | Killed a caustic shrike
175489 | Zig:22   | Killed a caustic shrike
175492 | Zig:22   | Noticed a caustic shrike
175493 | Zig:22   | Killed a caustic shrike
175493 | Zig:22   | Killed a caustic shrike
175493 | Zig:22   | Killed a caustic shrike
175493 | Zig:22   | Noticed a caustic shrike
175494 | Zig:22   | Killed a caustic shrike
175497 | Zig:22   | Killed a caustic shrike
175499 | Zig:22   | Killed a caustic shrike
175499 | Zig:22   | Killed a caustic shrike
175957 | Zig:22   | Identified the +6 spear "Hell-Harrower" {heavy, Will+}
175974 | Zig:22   | Identified the +3 scale mail "Doggi" {Rampage *Slow Int+3}
175981 | Zig:22   | Identified the staff of poison "Jiuwips" {rPois rN+}
175983 | Zig:22   | Identified the +4 ring mail "Anupn" {rF+}
175984 | Zig:22   | Identified the staff of death "Fajusaep" {rElec rN+ rCorr
                  | Stlth-}
175989 | Zig:22   | Identified the ring of the Charming Jester {rPois rF+ rC++
                  | Will+ MP+9}
175990 | Zig:22   | Identified the +6 chain mail "Fingul Asho" {rC++ Regen+
                  | Str-3 Stlth+}
176003 | Zig:22   | Identified the +11 battleaxe of the Loving Dove {venom,
                  | rElec}
176008 | Zig:22   | Identified the +0 morningstar "Beastslayer" {spect, Int+2}
176016 | Zig:22   | Identified the +4 trident "Usogopli" {freeze, rC+ Str+5
                  | Dex-5 SInv}
176070 | Zig:23   | Entered Level 23 of a ziggurat
176116 | Zig:23   | Identified the +8 short sword of Uncertain Death {heavy,
                  | rPois rN+ Int-3 Stlth+}
176118 | Zig:23   | Identified the +4 spear "Gegheni" {flame, rC+ rCorr}
176135 | Zig:23   | Identified the staff of conjuration "Qoxtymip" {rN+ Str+3}
176143 | Zig:23   | Identified the staff of conjuration "Vobaes" {rC++ Will+}
176144 | Zig:23   | Identified the staff of death "Ituist" {Contam rN+ Int+5}
176157 | Zig:23   | Identified the staff of conjuration "Pymuc" {rElec rC+
                  | SInv}
176161 | Zig:23   | Identified the +8 glaive "Doefelee" {venom, *Slow rC+ rN+
                  | Will++}
176738 | Zig:24   | Entered Level 24 of a ziggurat
176738 | Zig:24   | Noticed Juig the pandemonium lord
176738 | Zig:24   | Noticed Jookaqus the pandemonium lord
176738 | Zig:24   | Noticed Sasav the pandemonium lord
176738 | Zig:24   | Noticed Xyj Hoa the pandemonium lord
176738 | Zig:24   | Noticed Zengua the pandemonium lord
176738 | Zig:24   | Noticed a Killer Klown
176738 | Zig:24   | Noticed Lox Horo the pandemonium lord
176738 | Zig:24   | Noticed Bicesofyach the pandemonium lord
176738 | Zig:24   | Noticed Kofu the pandemonium lord
176738 | Zig:24   | Noticed Hihoann the pandemonium lord
176738 | Zig:24   | Noticed Mani the pandemonium lord
176738 | Zig:24   | Noticed a Killer Klown
176738 | Zig:24   | Noticed Suvuliroi the pandemonium lord
176738 | Zig:24   | Noticed Ucevoig the pandemonium lord
176738 | Zig:24   | Noticed a Killer Klown
176738 | Zig:24   | Noticed Asuinuic the pandemonium lord
176738 | Zig:24   | Noticed Rawanac the pandemonium lord
176738 | Zig:24   | Noticed Vouduihatz the pandemonium lord
176738 | Zig:24   | Noticed a Killer Klown
176738 | Zig:24   | Noticed Esmoqypo the pandemonium lord
176738 | Zig:24   | Noticed Wyilof the pandemonium lord
176738 | Zig:24   | Noticed Bafiq the pandemonium lord
176738 | Zig:24   | Noticed Giuprein the pandemonium lord
176738 | Zig:24   | Noticed Joureh the pandemonium lord
176738 | Zig:24   | Noticed Qoothu the pandemonium lord
176738 | Zig:24   | Noticed Disotimy the pandemonium lord
176738 | Zig:24   | Noticed Wodethru the pandemonium lord
176738 | Zig:24   | Noticed Odiatsam the pandemonium lord
176738 | Zig:24   | Noticed Asiov the pandemonium lord
176738 | Zig:24   | Noticed Zorgh the pandemonium lord
176738 | Zig:24   | Noticed Paibb the pandemonium lord
176738 | Zig:24   | Noticed Xukhloot the pandemonium lord
176738 | Zig:24   | Noticed Waet the pandemonium lord
176738 | Zig:24   | Noticed a Killer Klown
176738 | Zig:24   | Noticed Naeblusio the pandemonium lord
176738 | Zig:24   | Noticed a Killer Klown
176738 | Zig:24   | Noticed Zosch the pandemonium lord
176738 | Zig:24   | Noticed Keodd the pandemonium lord
176738 | Zig:24   | Noticed a Killer Klown
176738 | Zig:24   | Noticed a Killer Klown
176738 | Zig:24   | Noticed a Killer Klown
176738 | Zig:24   | Noticed Qoth the pandemonium lord
176738 | Zig:24   | Noticed Dac Budd the pandemonium lord
176740 | Zig:24   | Killed Suvuliroi the pandemonium lord
176740 | Zig:24   | Killed a Killer Klown
176740 | Zig:24   | Killed Ezemp the pandemonium lord
176740 | Zig:24   | Killed a Killer Klown
176740 | Zig:24   | Killed a Killer Klown
176740 | Zig:24   | Killed Kofu the pandemonium lord
176740 | Zig:24   | Killed Mani the pandemonium lord
176740 | Zig:24   | Killed a Killer Klown
176740 | Zig:24   | Killed a Killer Klown
176740 | Zig:24   | Killed Zengua the pandemonium lord
176740 | Zig:24   | Killed Vouduihatz the pandemonium lord
176740 | Zig:24   | Killed Joureh the pandemonium lord
176740 | Zig:24   | Killed Disotimy the pandemonium lord
176740 | Zig:24   | Killed Ucevoig the pandemonium lord
176740 | Zig:24   | Killed Rawanac the pandemonium lord
176740 | Zig:24   | Killed Waet the pandemonium lord
176740 | Zig:24   | Killed Bafiq the pandemonium lord
176740 | Zig:24   | Killed a Killer Klown
176740 | Zig:24   | Killed Naeblusio the pandemonium lord
176740 | Zig:24   | Killed a Killer Klown
176740 | Zig:24   | Killed Zosch the pandemonium lord
176740 | Zig:24   | Killed a Killer Klown
176740 | Zig:24   | Killed a Killer Klown
176740 | Zig:24   | Killed a Killer Klown
176740 | Zig:24   | Killed Xukhloot the pandemonium lord
176740 | Zig:24   | Noticed Lousotz the pandemonium lord
176740 | Zig:24   | Noticed a Killer Klown
176740 | Zig:24   | Noticed Housytuh the pandemonium lord
176741 | Zig:24   | Killed Keodd the pandemonium lord
176741 | Zig:24   | Killed Paibb the pandemonium lord
176741 | Zig:24   | Killed Esmoqypo the pandemonium lord
176741 | Zig:24   | Killed Xyj Hoa the pandemonium lord
176741 | Zig:24   | Killed Asiov the pandemonium lord
176741 | Zig:24   | Killed Dac Budd the pandemonium lord
176741 | Zig:24   | Killed Odiatsam the pandemonium lord
176741 | Zig:24   | Noticed Haite Zit the pandemonium lord
176741 | Zig:24   | Noticed Jokyell the pandemonium lord
176741 | Zig:24   | Noticed Cepagaixt the pandemonium lord
176741 | Zig:24   | Noticed a Killer Klown
176741 | Zig:24   | Noticed a Killer Klown
176741 | Zig:24   | Noticed a Killer Klown
176742 | Zig:24   | Killed Qoth the pandemonium lord
176742 | Zig:24   | Killed Qoothu the pandemonium lord
176742 | Zig:24   | Killed Juig the pandemonium lord
176742 | Zig:24   | Killed Hihoann the pandemonium lord
176742 | Zig:24   | Killed Zorgh the pandemonium lord
176742 | Zig:24   | Killed Wodethru the pandemonium lord
176742 | Zig:24   | Killed a Killer Klown
176742 | Zig:24   | Killed a Killer Klown
176742 | Zig:24   | Noticed Ytha the pandemonium lord
176742 | Zig:24   | Noticed Yfoppar the pandemonium lord
176742 | Zig:24   | Noticed a Killer Klown
176742 | Zig:24   | Noticed a Killer Klown
176742 | Zig:24   | Noticed a Killer Klown
176743 | Zig:24   | Noticed Oheidgh the pandemonium lord
176743 | Zig:24   | Noticed Asipteun the pandemonium lord
176743 | Zig:24   | Noticed a Killer Klown
176743 | Zig:24   | Noticed a Killer Klown
176743 | Zig:24   | Noticed Wonkeinyez the pandemonium lord
176743 | Zig:24   | Noticed Iplukaq the pandemonium lord
176743 | Zig:24   | Noticed Tianal the pandemonium lord
176743 | Zig:24   | Noticed Pesiax the pandemonium lord
176743 | Zig:24   | Noticed Jaex the pandemonium lord
176743 | Zig:24   | Noticed Ytuifos the pandemonium lord
176744 | Zig:24   | Noticed a Killer Klown
176744 | Zig:24   | Noticed a Killer Klown
176744 | Zig:24   | Noticed Neharr the pandemonium lord
176744 | Zig:24   | Noticed Veukka the pandemonium lord
176744 | Zig:24   | Noticed a Killer Klown
176744 | Zig:24   | Noticed Kurphode the pandemonium lord
176744 | Zig:24   | Noticed Vanwut the pandemonium lord
176744 | Zig:24   | Noticed Notequni the pandemonium lord
176744 | Zig:24   | Noticed Coofy the pandemonium lord
176744 | Zig:24   | Noticed Ytefu the pandemonium lord
176744 | Zig:24   | Killed Wyilof the pandemonium lord
176744 | Zig:24   | Killed Jookaqus the pandemonium lord
176744 | Zig:24   | Killed Sasav the pandemonium lord
176744 | Zig:24   | Noticed Ujeatycve the pandemonium lord
176744 | Zig:24   | Noticed Eqacia Demu the pandemonium lord
176744 | Zig:24   | Noticed a Killer Klown
176744 | Zig:24   | Noticed Nerios the pandemonium lord
176745 | Zig:24   | Noticed Vaippo the pandemonium lord
176745 | Zig:24   | Killed a Killer Klown
176745 | Zig:24   | Killed Jokyell the pandemonium lord
176745 | Zig:24   | Killed a Killer Klown
176745 | Zig:24   | Killed Oheidgh the pandemonium lord
176745 | Zig:24   | Killed a Killer Klown
176745 | Zig:24   | Killed Lousotz the pandemonium lord
176745 | Zig:24   | Killed Haite Zit the pandemonium lord
176745 | Zig:24   | Killed Asuinuic the pandemonium lord
176745 | Zig:24   | Killed a Killer Klown
176745 | Zig:24   | Killed Ytha the pandemonium lord
176745 | Zig:24   | Noticed Cisizoc the pandemonium lord
176745 | Zig:24   | Noticed Teble the pandemonium lord
176745 | Zig:24   | Noticed Suhuir the pandemonium lord
176745 | Zig:24   | Noticed Muyzozis the pandemonium lord
176745 | Zig:24   | Noticed Cauqeph the pandemonium lord
176745 | Zig:24   | Noticed Tisar the pandemonium lord
176745 | Zig:24   | Noticed Ogiagoqo the pandemonium lord
176745 | Zig:24   | Noticed Jacip the pandemonium lord
176745 | Zig:24   | Noticed Jeil the pandemonium lord
176745 | Zig:24   | Noticed Houps the pandemonium lord
176745 | Zig:24   | Noticed Avyx Qusch the pandemonium lord
176745 | Zig:24   | Noticed Latua the pandemonium lord
176745 | Zig:24   | Noticed a Killer Klown
176745 | Zig:24   | Noticed a Killer Klown
176745 | Zig:24   | Noticed Coogic the pandemonium lord
176745 | Zig:24   | Noticed Cegieh the pandemonium lord
176745 | Zig:24   | Noticed Justrov the pandemonium lord
176745 | Zig:24   | Noticed Nemorph the pandemonium lord
176745 | Zig:24   | Noticed a Killer Klown
176745 | Zig:24   | Noticed a Killer Klown
176745 | Zig:24   | Noticed a Killer Klown
176745 | Zig:24   | Noticed Nuvizecs the pandemonium lord
176745 | Zig:24   | Noticed Miefrun the pandemonium lord
176745 | Zig:24   | Noticed a Killer Klown
176745 | Zig:24   | Noticed a Killer Klown
176745 | Zig:24   | Noticed a Killer Klown
176745 | Zig:24   | Noticed Xonofid the pandemonium lord
176745 | Zig:24   | Noticed Wyilliffo the pandemonium lord
176745 | Zig:24   | Noticed Ostaca the pandemonium lord
176745 | Zig:24   | Noticed Muhined the pandemonium lord
176745 | Zig:24   | Noticed a Killer Klown
176746 | Zig:24   | Killed Giuprein the pandemonium lord
176746 | Zig:24   | Killed Ujeatycve the pandemonium lord
176746 | Zig:24   | Killed a Killer Klown
176746 | Zig:24   | Killed Asipteun the pandemonium lord
176746 | Zig:24   | Killed a Killer Klown
176746 | Zig:24   | Killed a Killer Klown
176746 | Zig:24   | Killed Vanwut the pandemonium lord
176746 | Zig:24   | Killed a Killer Klown
176746 | Zig:24   | Killed a Killer Klown
176746 | Zig:24   | Killed a Killer Klown
176746 | Zig:24   | Killed Wonkeinyez the pandemonium lord
176746 | Zig:24   | Killed a Killer Klown
176746 | Zig:24   | Killed Iplukaq the pandemonium lord
176746 | Zig:24   | Killed Housytuh the pandemonium lord
176746 | Zig:24   | Killed Avyx Qusch the pandemonium lord
176746 | Zig:24   | Killed a Killer Klown
176746 | Zig:24   | Killed a Killer Klown
176746 | Zig:24   | Killed a Killer Klown
176746 | Zig:24   | Killed Neharr the pandemonium lord
176746 | Zig:24   | Killed a Killer Klown
176746 | Zig:24   | Killed Pesiax the pandemonium lord
176746 | Zig:24   | Killed Vaippo the pandemonium lord
176746 | Zig:24   | Killed a Killer Klown
176746 | Zig:24   | Killed Muhined the pandemonium lord
176746 | Zig:24   | Killed Lox Horo the pandemonium lord
176746 | Zig:24   | Killed a Killer Klown
176746 | Zig:24   | Noticed Linotuz the pandemonium lord
176747 | Zig:24   | Noticed a Killer Klown
176747 | Zig:24   | Noticed Ryumar Juse the pandemonium lord
176747 | Zig:24   | Noticed Tecrivo the pandemonium lord
176747 | Zig:24   | Killed a Killer Klown
176747 | Zig:24   | Killed Coofy the pandemonium lord
176747 | Zig:24   | Killed Jaex the pandemonium lord
176747 | Zig:24   | Killed Notequni the pandemonium lord
176747 | Zig:24   | Killed Cepagaixt the pandemonium lord
176747 | Zig:24   | Killed Yfoppar the pandemonium lord
176747 | Zig:24   | Killed Eqacia Demu the pandemonium lord
176747 | Zig:24   | Killed Ogiagoqo the pandemonium lord
176747 | Zig:24   | Killed a Killer Klown
176747 | Zig:24   | Killed Justrov the pandemonium lord
176747 | Zig:24   | Killed Cegieh the pandemonium lord
176747 | Zig:24   | Killed Kurphode the pandemonium lord
176747 | Zig:24   | Killed Nuvizecs the pandemonium lord
176747 | Zig:24   | Killed a Killer Klown
176747 | Zig:24   | Killed Tianal the pandemonium lord
176747 | Zig:24   | Killed Tisar the pandemonium lord
176747 | Zig:24   | Killed Ryumar Juse the pandemonium lord
176747 | Zig:24   | Noticed Tastaun the pandemonium lord
176747 | Zig:24   | Noticed Yggeipel the pandemonium lord
176747 | Zig:24   | Noticed Iraad the pandemonium lord
176747 | Zig:24   | Noticed Qeggim the pandemonium lord
176748 | Zig:24   | Killed Ytefu the pandemonium lord
176748 | Zig:24   | Killed Houps the pandemonium lord
176748 | Zig:24   | Killed Wyilliffo the pandemonium lord
176748 | Zig:24   | Killed Ytuifos the pandemonium lord
176748 | Zig:24   | Killed Jacip the pandemonium lord
176748 | Zig:24   | Killed Coogic the pandemonium lord
176748 | Zig:24   | Killed Bicesofyach the pandemonium lord
176748 | Zig:24   | Killed a Killer Klown
176748 | Zig:24   | Killed Miefrun the pandemonium lord
176748 | Zig:24   | Killed Xonofid the pandemonium lord
176748 | Zig:24   | Noticed Xoclit the pandemonium lord
176748 | Zig:24   | Noticed Pamusear the pandemonium lord
176748 | Zig:24   | Noticed Caypesm the pandemonium lord
176748 | Zig:24   | Noticed a Killer Klown
176748 | Zig:24   | Noticed a Killer Klown
176748 | Zig:24   | Noticed Hytahuf the pandemonium lord
176749 | Zig:24   | Noticed Sionnuko the pandemonium lord
176749 | Zig:24   | Killed Cisizoc the pandemonium lord
176749 | Zig:24   | Killed Suhuir the pandemonium lord
176749 | Zig:24   | Killed Tecrivo the pandemonium lord
176749 | Zig:24   | Killed Cauqeph the pandemonium lord
176749 | Zig:24   | Noticed Makhaar the pandemonium lord
176749 | Zig:24   | Killed Qeggim the pandemonium lord
176749 | Zig:24   | Noticed a Killer Klown
176749 | Zig:24   | Noticed Nimocek the pandemonium lord
176750 | Zig:24   | Noticed Wurobimi the pandemonium lord
176750 | Zig:24   | Killed Iraad the pandemonium lord
176750 | Zig:24   | Killed a Killer Klown
176750 | Zig:24   | Killed Nemorph the pandemonium lord
176750 | Zig:24   | Killed Xoclit the pandemonium lord
176750 | Zig:24   | Killed Muyzozis the pandemonium lord
176750 | Zig:24   | Killed a Killer Klown
176750 | Zig:24   | Noticed Loavaod the pandemonium lord
176750 | Zig:24   | Noticed Qodi the pandemonium lord
176750 | Zig:24   | Noticed Jab Lac the pandemonium lord
176750 | Zig:24   | Noticed Jaur the pandemonium lord
176751 | Zig:24   | Killed Linotuz the pandemonium lord
176751 | Zig:24   | Killed Yggeipel the pandemonium lord
176751 | Zig:24   | Killed Tastaun the pandemonium lord
176751 | Zig:24   | Killed a Killer Klown
176751 | Zig:24   | Noticed Ala Iloleod the pandemonium lord
176751 | Zig:24   | Noticed Daok the pandemonium lord
176751 | Zig:24   | Noticed Cizakkovi the pandemonium lord
176751 | Zig:24   | Noticed Afiub Orut the pandemonium lord
176752 | Zig:24   | Killed Latua the pandemonium lord
176752 | Zig:24   | Killed Teble the pandemonium lord
176752 | Zig:24   | Killed Jeil the pandemonium lord
176752 | Zig:24   | Killed Caypesm the pandemonium lord
176752 | Zig:24   | Killed Wurobimi the pandemonium lord
176752 | Zig:24   | Noticed a Killer Klown
176752 | Zig:24   | Noticed Maatwep the pandemonium lord
176752 | Zig:24   | Noticed Jycud the pandemonium lord
176752 | Zig:24   | Noticed Equash the pandemonium lord
176752 | Zig:24   | Noticed Kureu the pandemonium lord
176753 | Zig:24   | Noticed Ebomag the pandemonium lord
176753 | Zig:24   | Noticed a Killer Klown
176753 | Zig:24   | Noticed Roepsol the pandemonium lord
176753 | Zig:24   | Noticed Etrehes the pandemonium lord
176753 | Zig:24   | Noticed Pedulog the pandemonium lord
176754 | Zig:24   | Noticed Joplehasm the pandemonium lord
176761 | Zig:24   | Killed Ostaca the pandemonium lord
176761 | Zig:24   | Killed Jab Lac the pandemonium lord
176761 | Zig:24   | Killed Nimocek the pandemonium lord
176762 | Zig:24   | Killed Jaur the pandemonium lord
176762 | Zig:24   | Killed Qodi the pandemonium lord
176768 | Zig:24   | Noticed Bietwu the pandemonium lord
176768 | Zig:24   | Noticed Hogash the pandemonium lord
176769 | Zig:24   | Noticed Pepaeqa the pandemonium lord
176769 | Zig:24   | Noticed Sisus the pandemonium lord
176769 | Zig:24   | Noticed Juorimp the pandemonium lord
176769 | Zig:24   | Noticed Ytumomea the pandemonium lord
176769 | Zig:24   | Noticed Daokhunk the pandemonium lord
176769 | Zig:24   | Noticed a Killer Klown
176769 | Zig:24   | Noticed Menurr the pandemonium lord
176769 | Zig:24   | Noticed a Killer Klown
176769 | Zig:24   | Noticed Velynn the pandemonium lord
176769 | Zig:24   | Noticed Tuosumiw the pandemonium lord
176769 | Zig:24   | Noticed Funusas the pandemonium lord
176769 | Zig:24   | Noticed Jalot the pandemonium lord
176769 | Zig:24   | Noticed Aluosejo the pandemonium lord
176770 | Zig:24   | Noticed Votzug the pandemonium lord
176770 | Zig:24   | Noticed a Killer Klown
176771 | Zig:24   | Killed Pamusear the pandemonium lord
176771 | Zig:24   | Killed a Killer Klown
176771 | Zig:24   | Killed a Killer Klown
176771 | Zig:24   | Killed a Killer Klown
176771 | Zig:24   | Noticed Jydusuexta the pandemonium lord
176771 | Zig:24   | Noticed Coddur the pandemonium lord
176771 | Zig:24   | Noticed Kauwuhub the pandemonium lord
176772 | Zig:24   | Noticed a Killer Klown
176773 | Zig:24   | Killed Bietwu the pandemonium lord
176773 | Zig:24   | Killed Ebomag the pandemonium lord
176773 | Zig:24   | Killed Sisus the pandemonium lord
176773 | Zig:24   | Killed a Killer Klown
176773 | Zig:24   | Killed Etrehes the pandemonium lord
176773 | Zig:24   | Killed Veukka the pandemonium lord
176773 | Zig:24   | Killed Makhaar the pandemonium lord
176773 | Zig:24   | Killed Daok the pandemonium lord
176773 | Zig:24   | Killed Ala Iloleod the pandemonium lord
176773 | Zig:24   | Killed Afiub Orut the pandemonium lord
176773 | Zig:24   | Killed Votzug the pandemonium lord
176773 | Zig:24   | Noticed Qamek the pandemonium lord
176773 | Zig:24   | Noticed Isece the pandemonium lord
176774 | Zig:24   | Noticed Kuafaxt the pandemonium lord
176774 | Zig:24   | Killed Cizakkovi the pandemonium lord
176774 | Zig:24   | Killed Equash the pandemonium lord
176774 | Zig:24   | Killed Sionnuko the pandemonium lord
176774 | Zig:24   | Noticed Newelorch the pandemonium lord
176775 | Zig:24   | Noticed Qenez the pandemonium lord
176775 | Zig:24   | Killed Maatwep the pandemonium lord
176775 | Zig:24   | Killed Aluosejo the pandemonium lord
176775 | Zig:24   | Killed Hogash the pandemonium lord
176775 | Zig:24   | Killed Jydusuexta the pandemonium lord
176775 | Zig:24   | Killed Juorimp the pandemonium lord
176775 | Zig:24   | Killed Coddur the pandemonium lord
176775 | Zig:24   | Killed Jycud the pandemonium lord
176775 | Zig:24   | Killed Ytumomea the pandemonium lord
176775 | Zig:24   | Killed Funusas the pandemonium lord
176775 | Zig:24   | Killed Tuosumiw the pandemonium lord
176775 | Zig:24   | Noticed a Killer Klown
176776 | Zig:24   | Killed Loavaod the pandemonium lord
176776 | Zig:24   | Killed Velynn the pandemonium lord
176776 | Zig:24   | Killed a Killer Klown
176776 | Zig:24   | Killed Menurr the pandemonium lord
176776 | Zig:24   | Killed Hytahuf the pandemonium lord
176776 | Zig:24   | Killed Qamek the pandemonium lord
176776 | Zig:24   | Killed a Killer Klown
176776 | Zig:24   | Noticed Deiceich the pandemonium lord
176777 | Zig:24   | Killed Joplehasm the pandemonium lord
176777 | Zig:24   | Noticed a Killer Klown
176778 | Zig:24   | Killed Jalot the pandemonium lord
176778 | Zig:24   | Killed Newelorch the pandemonium lord
176778 | Zig:24   | Killed Qenez the pandemonium lord
176778 | Zig:24   | Killed Pepaeqa the pandemonium lord
176778 | Zig:24   | Killed a Killer Klown
176778 | Zig:24   | Killed Roepsol the pandemonium lord
176778 | Zig:24   | Killed a Killer Klown
176778 | Zig:24   | Killed Kureu the pandemonium lord
176778 | Zig:24   | Noticed Purrasch the pandemonium lord
176779 | Zig:24   | Noticed Cecvuycu the pandemonium lord
176779 | Zig:24   | Killed Daokhunk the pandemonium lord
176779 | Zig:24   | Killed Isece the pandemonium lord
176779 | Zig:24   | Killed Deiceich the pandemonium lord
176779 | Zig:24   | Noticed Ynweer the pandemonium lord
176779 | Zig:24   | Noticed Nesih the pandemonium lord
176780 | Zig:24   | Killed Kauwuhub the pandemonium lord
176780 | Zig:24   | Noticed Redij the pandemonium lord
176780 | Zig:24   | Noticed a Killer Klown
176781 | Zig:24   | Killed Nesih the pandemonium lord
176781 | Zig:24   | Killed Kuafaxt the pandemonium lord
176781 | Zig:24   | Killed a Killer Klown
176781 | Zig:24   | Killed Cecvuycu the pandemonium lord
176781 | Zig:24   | Noticed Jizy the pandemonium lord
176782 | Zig:24   | Noticed Nonel the pandemonium lord
176782 | Zig:24   | Noticed Foluoph the pandemonium lord
176783 | Zig:24   | Noticed a Killer Klown
176783 | Zig:24   | Noticed Qewa the pandemonium lord
176784 | Zig:24   | Killed Ynweer the pandemonium lord
176784 | Zig:24   | Noticed Rassamin the pandemonium lord
176785 | Zig:24   | Noticed a Killer Klown
176785 | Zig:24   | Noticed Mocos the pandemonium lord
176785 | Zig:24   | Noticed Jiasuawora the pandemonium lord
176785 | Zig:24   | Noticed Qofem the pandemonium lord
176786 | Zig:24   | Killed Redij the pandemonium lord
176786 | Zig:24   | Killed Nonel the pandemonium lord
176786 | Zig:24   | Killed Nerios the pandemonium lord
176786 | Zig:24   | Killed Pedulog the pandemonium lord
176786 | Zig:24   | Killed Purrasch the pandemonium lord
176786 | Zig:24   | Killed Jizy the pandemonium lord
176786 | Zig:24   | Noticed Tipsaf the pandemonium lord
176787 | Zig:24   | Noticed Apegramue the pandemonium lord
176787 | Zig:24   | Noticed Udwamome the pandemonium lord
176787 | Zig:24   | Noticed a Killer Klown
176787 | Zig:24   | Noticed Avujaabi the pandemonium lord
176787 | Zig:24   | Killed Rassamin the pandemonium lord
176787 | Zig:24   | Noticed a Killer Klown
176787 | Zig:24   | Noticed Guloq the pandemonium lord
176787 | Zig:24   | Noticed a Killer Klown
176788 | Zig:24   | Noticed Toky the pandemonium lord
176788 | Zig:24   | Noticed Quttoud the pandemonium lord
176788 | Zig:24   | Noticed a Killer Klown
176788 | Zig:24   | Killed Foluoph the pandemonium lord
176788 | Zig:24   | Killed Qewa the pandemonium lord
176788 | Zig:24   | Killed a Killer Klown
176788 | Zig:24   | Killed a Killer Klown
176789 | Zig:24   | Killed Qofem the pandemonium lord
176790 | Zig:24   | Noticed Ussuaj the pandemonium lord
176790 | Zig:24   | Noticed Nuqogadi the pandemonium lord
176790 | Zig:24   | Noticed Aleantin the pandemonium lord
176790 | Zig:24   | Noticed Ytecun the pandemonium lord
176790 | Zig:24   | Killed Jiasuawora the pandemonium lord
176791 | Zig:24   | Killed Mocos the pandemonium lord
176791 | Zig:24   | Killed Tipsaf the pandemonium lord
176791 | Zig:24   | Killed a Killer Klown
176791 | Zig:24   | Killed a Killer Klown
176791 | Zig:24   | Killed a Killer Klown
176791 | Zig:24   | Killed a Killer Klown
176791 | Zig:24   | Killed Avujaabi the pandemonium lord
176792 | Zig:24   | Killed Nuqogadi the pandemonium lord
176792 | Zig:24   | Killed Quttoud the pandemonium lord
176792 | Zig:24   | Noticed a Killer Klown
176792 | Zig:24   | Noticed Yzunteuz the pandemonium lord
176793 | Zig:24   | Killed a Killer Klown
176793 | Zig:24   | Killed Udwamome the pandemonium lord
176793 | Zig:24   | Killed Ytecun the pandemonium lord
176793 | Zig:24   | Killed Aleantin the pandemonium lord
176793 | Zig:24   | Killed Guloq the pandemonium lord
176793 | Zig:24   | Noticed Otasots the pandemonium lord
176794 | Zig:24   | Noticed Zecloq the pandemonium lord
176795 | Zig:24   | Noticed Hurec the pandemonium lord
176798 | Zig:24   | Killed Zecloq the pandemonium lord
176798 | Zig:24   | Killed a Killer Klown
176798 | Zig:24   | Killed Ussuaj the pandemonium lord
176798 | Zig:24   | Killed Toky the pandemonium lord
176799 | Zig:24   | Killed Otasots the pandemonium lord
176799 | Zig:24   | Killed Yzunteuz the pandemonium lord
176799 | Zig:24   | Killed Hurec the pandemonium lord
176805 | Zig:24   | Killed Apegramue the pandemonium lord
177175 | Zig:24   | Identified the +4 morningstar of Golutwue {holy, Stlth+}
177179 | Zig:24   | Identified the +1 scale mail "Anourudd" {Rampage rElec
                  | rPois Dex-2}
177183 | Zig:24   | Identified the staff of conjuration "Wukhlyff" {Int+7}
177196 | Zig:24   | Identified the staff of earth "Nupep" {*Corrode rElec rPois
                  | SInv}
177223 | Zig:24   | Identified the +1 scale mail of Watchfulness {Str+2 Slay+2}
177225 | Zig:24   | Identified the +1 sling of the Aged Places {elec, Str+6}
177226 | Zig:24   | Identified the +9 triple sword "Vali" {drain, rF+}
177228 | Zig:24   | Identified the +4 flail of Gluttony {chaos, Drain +Blink
                  | Will+++ Int-4}
177259 | Zig:25   | Entered Level 25 of a ziggurat
177288 | Zig:25   | Noticed Heso the pandemonium lord
177290 | Zig:25   | Killed Heso the pandemonium lord
177432 | Zig:25   | Identified the amulet of the Fool {Acrobat rElec rCorr
                  | Dex+2}
177441 | Zig:25   | Identified the +0 leather armour of Vomon {rC- Int+4}
177443 | Zig:25   | Identified the +7 lajatang "Transmigrator" {flame, rF- rC+
                  | rCorr Int+5}
177446 | Zig:25   | Identified the +0 scale mail "Ziuvy" {Will+}
177448 | Zig:25   | Identified the staff of earth "Racw" {rC+++ Will- Str-4
                  | Int+2}
177452 | Zig:25   | Identified the +9 war axe of Hubris {freeze, rCorr Str+2
                  | Stlth+}
177454 | Zig:25   | Identified the +7 spear "Gaitret" {heavy, Fragile rF++}
177463 | Zig:25   | Identified the staff of poison "Lomijow" {Drain rElec rPois
                  | rN+}
177818 | Zig:25   | Identified the staff of poison "Ytaehi" {rElec rPois rCorr}
177827 | Zig:25   | Identified the +1 sling of Skirmishing {speed, Fly rF- rN+}
177839 | Zig:25   | Identified the +3 falchion of Plague {venom, rPois Int+2}
177851 | Zig:26   | Entered Level 26 of a ziggurat
178322 | Zig:26   | Identified the ring "Gorr" {+Blink rElec Dex+6 SInv}
178326 | Zig:26   | Identified the +0 leather armour "Com Olum" {Dex+4}
178337 | Zig:26   | Identified the ring "Kaseviaz" {Fly rElec rF+ rC+ Slay+2}
178349 | Zig:26   | Identified the +11 shortbow "Citioss" {speed, rPois}
178359 | Zig:26   | Identified the ring "Zan Fini" {rC- Will+ Int+8 Dex-4
                  | Stlth+}
178364 | Zig:26   | Identified the +2 leather armour "Zukkei" {MP+9 Str+3}
178370 | Zig:26   | Identified the ring "Roijunt" {Will+ Stlth+}
178372 | Zig:26   | Identified the +9 morningstar of the Briny Deep {flame,
                  | Dex+3}
178374 | Zig:26   | Identified the +2 robe of Maibluco {Drain rElec rCorr
                  | Archmagi}
178377 | Zig:26   | Identified the +0 plate armour of the Histrionic God {Harm
                  | Int+4 SInv}
178385 | Zig:26   | Identified the +8 battleaxe of Uzoask {holy, *Corrode
                  | +Blink rF+ Int+2}
178387 | Zig:26   | Identified the +8 plate armour "Saaqyvaf" {Regen+ rCorr
                  | Str-4 Dex+5}
178390 | Zig:26   | Identified the +9 whip of Impermanence {heavy, rElec rC-
                  | Int+7}
178391 | Zig:26   | Identified the +7 falchion of Disintegration {flame, rPois
                  | rC- Str+8 Int+2}
178395 | Zig:26   | Identified the +9 plate armour "Roalodar" {Int+2}
178398 | Zig:26   | Identified the +3 quarterstaff of Peblejur {heavy, rPois
                  | Str+4 SInv}
178413 | Zig:26   | Identified the +8 battleaxe of the Hidden Vale {speed,
                  | Drain *Slow Dex+8}
178414 | Zig:26   | Identified the +3 helmet of the Good {Str+5 Stlth-}
178466 | Zig:27   | Entered Level 27 of a ziggurat
178662 | Zig:27   | Identified the amulet of Qazlal's Displeasure {Reflect rC+
                  | SH+5}
178663 | Zig:27   | Identified the +6 leather armour "Rygylyak" {Str-5 Int+8}
179047 | Zig:27   | Identified the scarf "Kaconly" {rC+ rF+, rN+++ Will- MP-9}
179050 | Zig:27   | Identified the staff of fire "Wewkil" {rPois rF+ Will+++
                  | Str+3 Dex-2}
179052 | Zig:27   | Identified the +2 quarterstaff of the Spinneret {flame,
                  | rElec Int-5 Dex+5 Stlth+}
179057 | Zig:27   | Identified the +3 morningstar "Baucuschi" {heavy, rC+
                  | Int+2}
179058 | Zig:27   | Identified the +9 great mace of Evil {heavy, rElec Str+3
                  | Int-4}
179061 | Zig:27   | Identified the staff of air "Manatecu" {rElec rPois}
179062 | Zig:27   | Identified the +2 ring mail of Ihiunire {rElec Slay-5 SInv}
179211 | Depths:3 | Lost mutation: Your movements are slightly less encumbered
                  | by armour. (ER -2) [potion of mutation]
179211 | Depths:3 | Lost mutation: Your spells are a little easier to cast, but
                  | a little less powerful. [potion of mutation]
179211 | Depths:3 | Gained mutation: Your spells are a little easier to cast,
                  | but a little less powerful. [potion of mutation]
179212 | Depths:3 | Lost mutation: Your flesh is heat resistant. (rF+) [potion
                  | of mutation]
179212 | Depths:3 | Lost mutation: Armour fits poorly on your strangely shaped
                  | body. [potion of mutation]
179212 | Depths:3 | Gained mutation: You are vulnerable to heat. (rF-) [potion
                  | of mutation]
179212 | Depths:3 | Gained mutation: Your movements are slightly less
                  | encumbered by armour. (ER -2) [potion of mutation]
179212 | Depths:3 | Gained mutation: Your spells are easier to cast, but less
                  | powerful. [potion of mutation]
179212 | Depths:3 | Gained mutation: You are agile. (Dex +4, Str/Int -1)
                  | [potion of mutation]
179213 | Depths:3 | Lost mutation: You are vulnerable to heat. (rF-) [potion of
                  | mutation]
179213 | Depths:3 | Lost mutation: Your spells are easier to cast, but less
                  | powerful. [potion of mutation]
179213 | Depths:3 | Lost mutation: Your spells are a little easier to cast, but
                  | a little less powerful. [potion of mutation]
179213 | Depths:3 | Gained mutation: You are weak. (Str -2) [potion of
                  | mutation]
179214 | Depths:3 | Lost mutation: You are weak. (Str -2) [potion of mutation]
179214 | Depths:3 | Lost mutation: Your movements are slightly less encumbered
                  | by armour. (ER -2) [potion of mutation]
179214 | Depths:3 | Lost mutation: You are agile. (Dex +4, Str/Int -1) [potion
                  | of mutation]
179214 | Depths:3 | Gained mutation: You passively dampen the noise of your
                  | surroundings. [potion of mutation]
179214 | Depths:3 | Gained mutation: You are frail. (-10% HP) [potion of
                  | mutation]
179214 | Depths:3 | Gained mutation: You are resistant to electric shocks.
                  | (rElec) [potion of mutation]
179215 | Depths:3 | Lost mutation: You are frail. (-10% HP) [potion of
                  | mutation]
179215 | Depths:3 | Lost mutation: You have supernaturally acute eyesight.
                  | (SInv) [potion of mutation]
179215 | Depths:3 | Gained mutation: You are vulnerable to heat. (rF-) [potion
                  | of mutation]
179215 | Depths:3 | Lost mutation: You passively dampen the noise of your
                  | surroundings. [potion of mutation]
179215 | Depths:3 | Gained mutation: You are robust. (+10% HP) [potion of
                  | mutation]
179218 | Depths:3 | Lost mutation: You are resistant to electric shocks.
                  | (rElec) [potion of mutation]
179218 | Depths:3 | Lost mutation: You are vulnerable to heat. (rF-) [potion of
                  | mutation]
179218 | Depths:3 | Gained mutation: You are dopey. (Int -2) [potion of
                  | mutation]
179218 | Depths:3 | Gained mutation: You have large cloven feet. [potion of
                  | mutation]
179218 | Depths:3 | Gained mutation: Your muscles are strong. (Str +4, Int/Dex
                  | -1) [potion of mutation]
179219 | Depths:3 | Lost mutation: You have large cloven feet. [potion of
                  | mutation]
179219 | Depths:3 | Lost mutation: Your muscles are strong. (Str +4, Int/Dex
                  | -1) [potion of mutation]
179219 | Depths:3 | Gained mutation: You are vulnerable to cold. (rC-) [potion
                  | of mutation]
179220 | Depths:3 | Lost mutation: You are dopey. (Int -2) [potion of mutation]
179220 | Depths:3 | Lost mutation: You are robust. (+10% HP) [potion of
                  | mutation]
179220 | Depths:3 | Gained mutation: You sometimes lose your temper in combat.
                  | [potion of mutation]
179220 | Depths:3 | Gained mutation: You passively dampen the noise of your
                  | surroundings. [potion of mutation]
179221 | Depths:3 | Lost mutation: You are vulnerable to cold. (rC-) [potion of
                  | mutation]
179221 | Depths:3 | Lost mutation: You sometimes lose your temper in combat.
                  | [potion of mutation]
179221 | Depths:3 | Gained mutation: Your body sometimes deteriorates upon
                  | taking damage. [potion of mutation]
179221 | Depths:3 | Gained mutation: Your natural rate of healing is unusually
                  | fast. [potion of mutation]
179222 | Depths:3 | Lost mutation: You passively dampen the noise of your
                  | surroundings. [potion of mutation]
179222 | Depths:3 | Lost mutation: Your natural rate of healing is unusually
                  | fast. [potion of mutation]
179222 | Depths:3 | Gained mutation: Armour fits poorly on your strangely
                  | shaped body. [potion of mutation]
179222 | Depths:3 | Gained mutation: You expend magic power (3 MP) to
                  | strengthen your wands. [potion of mutation]
179223 | Depths:3 | Lost mutation: Armour fits poorly on your strangely shaped
                  | body. [potion of mutation]
179223 | Depths:3 | Lost mutation: Your body sometimes deteriorates upon taking
                  | damage. [potion of mutation]
179223 | Depths:3 | Lost mutation: You expend magic power (3 MP) to strengthen
                  | your wands. [potion of mutation]
179223 | Depths:3 | Gained mutation: You are partially covered in iridescent
                  | scales. (AC +2) [potion of mutation]
179223 | Depths:3 | Gained mutation: You are agile. (Dex +4, Str/Int -1)
                  | [potion of mutation]
179229 | Zig:1    | Entered Level 1 of a ziggurat
179229 | Zig:1    | Noticed an ancient lich
179229 | Zig:1    | Noticed an ancient lich
179231 | Zig:1    | Killed an ancient lich
179231 | Zig:1    | Killed an ancient lich
179286 | Zig:2    | Entered Level 2 of a ziggurat
179290 | Zig:2    | Noticed Vuleiw the pandemonium lord
179290 | Zig:2    | Killed Vuleiw the pandemonium lord
179357 | Zig:2    | Identified the +1 great sword of the Hero {drain, rPois
                  | MP+9}
179364 | Zig:2    | Identified the staff of conjuration "Akhaot" {rPois}
179398 | Zig:3    | Entered Level 3 of a ziggurat
179398 | Zig:3    | Noticed a dread lich
179398 | Zig:3    | Noticed a dread lich
179398 | Zig:3    | Noticed an ancient lich
179398 | Zig:3    | Noticed a dread lich
179399 | Zig:3    | Killed a dread lich
179399 | Zig:3    | Killed a dread lich
179400 | Zig:3    | Killed an ancient lich
179400 | Zig:3    | Killed a dread lich
179430 | Zig:3    | Identified the +6 spear "Kaonam" {flame, rF- rC+ Dex+4}
179499 | Zig:3    | Identified the +4 plate armour of Luomudil {Int+3 Dex+3}
179524 | Zig:4    | Entered Level 4 of a ziggurat
179630 | Zig:4    | Identified the -2 buckler "Kusejas" {+Blink rF+}
179632 | Zig:4    | Identified the +3 falchion of Massacring {freeze, rC+ Str+3
                  | Int+2}
179660 | Zig:5    | Entered Level 5 of a ziggurat
179660 | Zig:5    | Noticed a dread lich
179660 | Zig:5    | Noticed an ancient lich
179660 | Zig:5    | Noticed an ancient lich
179660 | Zig:5    | Noticed an ancient lich
179660 | Zig:5    | Noticed an ancient lich
179660 | Zig:5    | Noticed an ancient lich
179660 | Zig:5    | Noticed an ancient lich
179660 | Zig:5    | Noticed an ancient lich
179661 | Zig:5    | Killed a dread lich
179661 | Zig:5    | Killed an ancient lich
179661 | Zig:5    | Killed an ancient lich
179661 | Zig:5    | Killed an ancient lich
179661 | Zig:5    | Killed an ancient lich
179661 | Zig:5    | Killed an ancient lich
179661 | Zig:5    | Killed an ancient lich
179661 | Zig:5    | Noticed an ancient lich
179662 | Zig:5    | Killed an ancient lich
179662 | Zig:5    | Killed an ancient lich
179663 | Zig:5    | Noticed an ancient lich
179663 | Zig:5    | Noticed a dread lich
179665 | Zig:5    | Killed an ancient lich
179665 | Zig:5    | Noticed a dread lich
179666 | Zig:5    | Killed a dread lich
179666 | Zig:5    | Killed a dread lich
179849 | Zig:5    | Acquired 763 gold pieces
179855 | Zig:6    | Entered Level 6 of a ziggurat
179873 | Zig:6    | Noticed Woros the pandemonium lord
179880 | Zig:6    | Killed Woros the pandemonium lord
180012 | Zig:6    | Identified the +10 battleaxe of a bazaar {pain, MP+9 Int+4}
180013 | Zig:6    | Identified the staff of conjuration "Lifaeng" {rC+ rN+
                  | Will+}
180035 | Zig:6    | Identified the amulet "Seetoto" {Will+ Regen+ Stlth+}
180045 | Zig:6    | Identified the +1 short sword "Yraoch" {pain, rF+ rCorr
                  | Dex+4}
180089 | Zig:7    | Entered Level 7 of a ziggurat
180089 | Zig:7    | Noticed a juggernaut
180090 | Zig:7    | Killed a juggernaut
180092 | Zig:7    | Noticed a juggernaut
180094 | Zig:7    | Noticed a juggernaut
180095 | Zig:7    | Killed a juggernaut
180095 | Zig:7    | Killed a juggernaut
180120 | Zig:7    | Identified the +6 scimitar "Poysk" {flame, rC- Dex+5}
180124 | Zig:7    | Identified the staff of cold "Baukk" {Fly rPois rF++ rC+
                  | Will-}
180315 | Zig:8    | Entered Level 8 of a ziggurat
180482 | Zig:8    | Identified the +0 ring mail of Juamofue {+Inv Fly rF++
                  | Str-4}
180490 | Zig:8    | Identified the +3 chain mail "Muwasas" {Fly MP-9 Stlth+}
180502 | Zig:8    | Identified the +1 robe "Qibi" {Fly Will+ rCorr}
180514 | Zig:8    | Identified the staff of air "Juzet" {rElec rCorr Int+2
                  | Dex+4}
180533 | Zig:9    | Entered Level 9 of a ziggurat
180533 | Zig:9    | Noticed an orb of fire
180533 | Zig:9    | Noticed an orb of fire
180533 | Zig:9    | Noticed an orb of fire
180533 | Zig:9    | Noticed an orb of fire
180533 | Zig:9    | Noticed an orb of fire
180533 | Zig:9    | Noticed an orb of fire
180533 | Zig:9    | Noticed an orb of fire
180533 | Zig:9    | Noticed an orb of fire
180533 | Zig:9    | Noticed an orb of fire
180533 | Zig:9    | Noticed an orb of fire
180533 | Zig:9    | Noticed an orb of fire
180533 | Zig:9    | Noticed an orb of fire
180533 | Zig:9    | Noticed an orb of fire
180533 | Zig:9    | Noticed an orb of fire
180533 | Zig:9    | Noticed an orb of fire
180533 | Zig:9    | Noticed an orb of fire
180533 | Zig:9    | Noticed an orb of fire
180533 | Zig:9    | Noticed an orb of fire
180533 | Zig:9    | Noticed an orb of fire
180533 | Zig:9    | Noticed an orb of fire
180535 | Zig:9    | Noticed an orb of fire
180535 | Zig:9    | Noticed an orb of fire
180535 | Zig:9    | Noticed an orb of fire
180535 | Zig:9    | Noticed an orb of fire
180536 | Zig:9    | Killed an orb of fire
180536 | Zig:9    | Killed an orb of fire
180536 | Zig:9    | Killed an orb of fire
180536 | Zig:9    | Killed an orb of fire
180536 | Zig:9    | Killed an orb of fire
180536 | Zig:9    | Killed an orb of fire
180536 | Zig:9    | Killed an orb of fire
180536 | Zig:9    | Killed an orb of fire
180536 | Zig:9    | Killed an orb of fire
180536 | Zig:9    | Killed an orb of fire
180537 | Zig:9    | Killed an orb of fire
180537 | Zig:9    | Killed an orb of fire
180537 | Zig:9    | Killed an orb of fire
180537 | Zig:9    | Killed an orb of fire
180537 | Zig:9    | Killed an orb of fire
180537 | Zig:9    | Killed an orb of fire
180537 | Zig:9    | Killed an orb of fire
180537 | Zig:9    | Killed an orb of fire
180537 | Zig:9    | Killed an orb of fire
180537 | Zig:9    | Killed an orb of fire
180537 | Zig:9    | Noticed an orb of fire
180538 | Zig:9    | Noticed an orb of fire
180538 | Zig:9    | Killed an orb of fire
180538 | Zig:9    | Killed an orb of fire
180538 | Zig:9    | Killed an orb of fire
180538 | Zig:9    | Killed an orb of fire
180538 | Zig:9    | Noticed an orb of fire
180539 | Zig:9    | Noticed an orb of fire
180540 | Zig:9    | Killed an orb of fire
180540 | Zig:9    | Killed an orb of fire
180541 | Zig:9    | Noticed an orb of fire
180541 | Zig:9    | Noticed an orb of fire
180542 | Zig:9    | Noticed an orb of fire
180544 | Zig:9    | Noticed an orb of fire
180544 | Zig:9    | Noticed an orb of fire
180544 | Zig:9    | Killed an orb of fire
180544 | Zig:9    | Killed an orb of fire
180545 | Zig:9    | Killed an orb of fire
180545 | Zig:9    | Killed an orb of fire
180545 | Zig:9    | Noticed an orb of fire
180546 | Zig:9    | Killed an orb of fire
180546 | Zig:9    | Killed an orb of fire
180547 | Zig:9    | Killed an orb of fire
180548 | Zig:9    | Killed an orb of fire
180594 | Zig:9    | Identified the +4 short sword "Roohek" {freeze, rPois
                  | Str+4}
180597 | Zig:9    | Identified the +7 chain mail of Tartarus {Dex+3}
180598 | Zig:9    | Identified the staff of conjuration "Jomaw" {Int+3}
180603 | Zig:9    | Identified the +11 long sword of the Endless Expanse
                  | {flame, Will+ Int+2 Dex+2 Stlth+}
180620 | Zig:9    | Identified the +0 robe "Baaraekheuc" {rN+ Slay+2}
180777 | Zig:10   | Entered Level 10 of a ziggurat
180930 | Zig:10   | Identified the ring "Hohenel" {rPois rCorr Stlth+}
180931 | Zig:10   | Identified the +3 dagger "Qocuxiar" {holy, Int+5}
181054 | Zig:11   | Entered Level 11 of a ziggurat
181062 | Zig:11   | Paralysed by accursed screaming for 2 turns
181102 | Zig:11   | Identified the +6 demon trident of the Big Bang {venom, rF-
                  | Int+2 Dex+3}
181117 | Zig:11   | Identified the +5 ring mail "Cecif" {Rampage Will+ Str+3}
181122 | Zig:11   | Identified the +9 trident of Division {pain, Int+4}
181348 | Zig:11   | Identified the +8 ring mail of Misanthropy {-Cast Harm rC+
                  | Dex+5}
181360 | Zig:12   | Entered Level 12 of a ziggurat
181660 | Zig:12   | Identified the +1 scimitar "Ynuphuc" {freeze, rElec}
181677 | Zig:12   | Identified the +6 sling of Keugoo {drain, Fragile +Blink
                  | rC+++ Dex-3}
181678 | Zig:12   | Identified the +1 leather armour "Vaedipn" {rPois Int+4
                  | Dex+4}
181681 | Zig:12   | Identified the amulet "Wubrynwi" {Spirit rElec Dex+3}
181714 | Zig:13   | Entered Level 13 of a ziggurat
181714 | Zig:13   | Noticed an ancient lich
181716 | Zig:13   | Killed an ancient lich
181819 | Zig:13   | Identified the +2 cloak of Unbearable Mirth {+Blink rN+
                  | Int+3}
181829 | Zig:13   | Identified the +6 longbow of Vaosiarph {elec, rF+ rC+ SInv
                  | Stlth+}
181830 | Zig:13   | Identified the +0 scale mail of Gestures {Fly rF- Regen+
                  | Slay+4}
181833 | Zig:13   | Identified the +1 sling of Fate {flame, rF- Dex+7 SInv}
181834 | Zig:13   | Identified the staff of death "Xiohoekk" {rElec rC++ rN+
                  | Dex-3}
181841 | Zig:13   | Identified the +9 trident of Igaatira {flame, Will+ Dex+3}
181869 | Zig:13   | Identified the staff of poison "Utick" {rElec rPois}
181871 | Zig:13   | Identified the +5 sling "Yteir" {speed, +Blink Int+3}
182022 | Zig:13   | Identified the +0 robe of Doiqonug {rN+ Int+3 Slay+3}
182034 | Zig:14   | Entered Level 14 of a ziggurat
182333 | Zig:14   | Identified the +3 morningstar of the Sea {speed, Int+2}
182343 | Zig:14   | Identified the +1 ring mail "Nibbim" {Will++ Stlth+}
182344 | Zig:14   | Identified the +0 buckler of the Eagle {rN+ Int+3}
182350 | Zig:14   | Identified the ring of Secrets {rCorr Str+4}
182382 | Zig:14   | Identified the +11 falchion of Recklessness {flame, rCorr
                  | Dex+7 Stlth-}
182402 | Zig:14   | Identified the +7 scimitar of the Manifold Seers {heavy,
                  | rElec Dex+5}
182408 | Zig:14   | Identified the +2 acid dragon scales of Bedazzled Wonder
                  | {rCorr Int+4}
182466 | Zig:15   | Entered Level 15 of a ziggurat
182514 | Zig:15   | Identified the +4 arbalest "Umawkom" {heavy, Str+3 Int+5
                  | Dex+3}
182526 | Zig:15   | Identified the +6 long sword of Objectivity {pain, rElec
                  | rPois}
182537 | Zig:15   | Identified the ring of Kacari {Drain AC+4 Str+2 Int+4}
182547 | Zig:15   | Identified the +1 flail "Impbane" {drain, rF+}
182552 | Zig:15   | Identified the +6 scale mail of the Gate {rPois rF- Dex+2}
182555 | Zig:15   | Identified the ring "Jeos Rykk" {rElec rPois rF++ rC-
                  | Stlth+}
182557 | Zig:15   | Identified the +4 long sword "Xoehish" {drain, Str+3 Dex+4}
182560 | Zig:15   | Identified the +0 plate armour of Atheism {Str+3 Int+6}
182561 | Zig:15   | Identified the staff of poison "Miqomas" {rPois rN+}
182793 | Zig:15   | Identified the +1 scimitar of Patterns {flame, rPois rC-
                  | Str+3}
182799 | Zig:15   | Identified the +5 great sword of the Goat {venom, Dex+2}
182810 | Zig:16   | Entered Level 16 of a ziggurat
183055 | Zig:16   | Identified the +2 cloak "Reeb" {Regen+ Int+2 Slay+3}
183132 | Zig:16   | Identified the +6 dagger "Beetleslayer" {venom, Dex+3
                  | Stlth+}
183149 | Zig:16   | Identified the +11 hand axe of the Pariah {venom, Fly rPois
                  | rN++ Dex-3}
183156 | Zig:16   | Identified the staff of conjuration "Ichok" {Str+4 SInv}
183171 | Zig:16   | Identified the ring of Haofiu Nupa {rCorr Dex+5}
183185 | Zig:16   | Identified the +5 arbalest "Felu" {penet, rN+}
183193 | Zig:17   | Entered Level 17 of a ziggurat
183193 | Zig:17   | Noticed a caustic shrike
183193 | Zig:17   | Noticed a caustic shrike
183193 | Zig:17   | Noticed a caustic shrike
183193 | Zig:17   | Noticed a caustic shrike
183193 | Zig:17   | Noticed a caustic shrike
183193 | Zig:17   | Noticed a caustic shrike
183193 | Zig:17   | Noticed a caustic shrike
183193 | Zig:17   | Noticed a caustic shrike
183193 | Zig:17   | Noticed a caustic shrike
183193 | Zig:17   | Noticed a caustic shrike
183194 | Zig:17   | Noticed a caustic shrike
183196 | Zig:17   | Killed a caustic shrike
183196 | Zig:17   | Killed a caustic shrike
183196 | Zig:17   | Killed a caustic shrike
183196 | Zig:17   | Killed a caustic shrike
183196 | Zig:17   | Noticed a caustic shrike
183197 | Zig:17   | Killed a caustic shrike
183197 | Zig:17   | Killed a caustic shrike
183197 | Zig:17   | Killed a caustic shrike
183197 | Zig:17   | Killed a caustic shrike
183197 | Zig:17   | Killed a caustic shrike
183197 | Zig:17   | Killed a caustic shrike
183197 | Zig:17   | Noticed a caustic shrike
183198 | Zig:17   | Killed a caustic shrike
183198 | Zig:17   | Noticed a caustic shrike
183198 | Zig:17   | Noticed a caustic shrike
183200 | Zig:17   | Killed a caustic shrike
183200 | Zig:17   | Killed a caustic shrike
183201 | Zig:17   | Killed a caustic shrike
183201 | Zig:17   | Killed a caustic shrike
183201 | Zig:17   | Noticed a caustic shrike
183203 | Zig:17   | Noticed a caustic shrike
183203 | Zig:17   | Noticed a caustic shrike
183204 | Zig:17   | Noticed a caustic shrike
183205 | Zig:17   | Killed a caustic shrike
183205 | Zig:17   | Noticed a caustic shrike
183207 | Zig:17   | Killed a caustic shrike
183207 | Zig:17   | Killed a caustic shrike
183208 | Zig:17   | Killed a caustic shrike
183208 | Zig:17   | Killed a caustic shrike
183211 | Zig:17   | Noticed a caustic shrike
183218 | Zig:17   | Noticed a caustic shrike
183220 | Zig:17   | Killed a caustic shrike
183220 | Zig:17   | Noticed a caustic shrike
183221 | Zig:17   | Noticed a caustic shrike
183225 | Zig:17   | Killed a caustic shrike
183225 | Zig:17   | Killed a caustic shrike
183226 | Zig:17   | Killed a caustic shrike
183231 | Zig:17   | Noticed a caustic shrike
183237 | Zig:17   | Killed a caustic shrike
183512 | Zig:17   | Identified the +1 long sword of Trauma {flame, Will+ Int+3}
183513 | Zig:17   | Identified the +3 kite shield of the Brewing Gods {rN+
                  | Str+3 SInv}
183514 | Zig:17   | Identified the staff of cold "Baaceur" {rC+ Str+3}
183517 | Zig:17   | Identified the staff of fire "Ycsez" {rF+ rN+ Dex+3}
183527 | Zig:17   | Identified the amulet of Witulah {Reflect *Slow rF+ Dex+3
                  | SH+5}
183534 | Zig:17   | Identified the +6 spear of the Messenger {elec, *Noise
                  | Fragile rF++ rCorr}
183535 | Zig:17   | Identified the ring of Wezu Rinke {AC+4 Int+3 Dex+2}
183536 | Zig:17   | Identified the +6 scale mail of Birdsong {rPois Int+2}
183538 | Zig:17   | Identified the +4 spear of Hyomax {freeze, Str+4}
183576 | Zig:17   | Identified the staff of poison "Jeusutheat" {rPois rF+ rC+
                  | Dex+6}
183617 | Zig:18   | Entered Level 18 of a ziggurat
183652 | Zig:18   | Identified the ring "Ciylyuqo" {rF+ rN+ MP+9 Stlth-}
183655 | Zig:18   | Identified the +7 trident of the Freezing God {venom, *Rage
                  | rCorr SInv}
183966 | Zig:18   | Identified the +0 chain mail of Voetish {rCorr}
183978 | Zig:18   | Identified the +3 battleaxe of Pyromania {freeze, rElec rN+
                  | Str+4 Dex-4}
183992 | Zig:18   | Identified the ring of Traps {Fly rElec rC+ Str-2}
183996 | Zig:18   | Identified the +5 falchion of the End {venom, Dex+4}
183998 | Zig:18   | Identified the +9 great sword of Ignis's Generosity {drain,
                  | rN+}
184008 | Zig:18   | Identified the +6 short sword of Kuduaq {pain, Fly rElec
                  | rC- SInv}
184014 | Zig:18   | Identified the +0 shortbow of Soramiq {flame, Dex+3}
184036 | Zig:18   | Identified the +7 mace of Makhleb {flame, rF+ rC- Str+3}
184086 | Zig:18   | Identified the staff of fire "Juuqaxuo" {rPois rF+ rC+
                  | rCorr Dex-2}
184104 | Zig:19   | Entered Level 19 of a ziggurat
184137 | Zig:19   | Identified the +4 chain mail "Riosk" {rF++ rCorr Int-3}
184161 | Zig:19   | Identified the +3 lajatang of Ignis's Vengeance {freeze,
                  | rF+ rC+ rN++ Stlth-}
184167 | Zig:19   | Identified the +0 scale mail of the Desolation of Salt
                  | {Will+ Int+7 Dex+2}
184168 | Zig:19   | Identified the +0 dagger of Qocyifo {freeze, rN+ Will+
                  | Int+2}
184181 | Zig:19   | Identified the +5 trident "Dise" {heavy, Int+3 Dex+2}
184184 | Zig:19   | Identified the +4 halberd of Evolution {venom, rF+ Dex+2
                  | Stlth+}
184195 | Zig:19   | Identified the staff of poison "Waopuzo" {rPois rF+ Stlth+}
184205 | Zig:19   | Identified the +0 rapier of the Vulture {freeze, Dex+6}
184293 | Zig:19   | Identified the +5 glaive "Huporadu" {flame, rC+ Str+5 SInv}
184295 | Zig:19   | Identified the +0 chain mail of Disappointment {Str+2}
184313 | Zig:19   | Identified the amulet of the Jumping Gods {Reflect Drain
                  | Fragile rPois Regen+ SH+5}
184608 | Zig:20   | Entered Level 20 of a ziggurat
184608 | Zig:20   | Noticed a shard shrike
184608 | Zig:20   | Noticed a shard shrike
184608 | Zig:20   | Noticed a shard shrike
184608 | Zig:20   | Noticed a shard shrike
184608 | Zig:20   | Noticed a shard shrike
184608 | Zig:20   | Noticed a shard shrike
184608 | Zig:20   | Noticed a dread lich
184608 | Zig:20   | Noticed a shard shrike
184608 | Zig:20   | Noticed a shard shrike
184609 | Zig:20   | Killed a shard shrike
184609 | Zig:20   | Killed a shard shrike
184609 | Zig:20   | Killed a shard shrike
184609 | Zig:20   | Killed a shard shrike
184609 | Zig:20   | Killed a shard shrike
184609 | Zig:20   | Killed a shard shrike
184609 | Zig:20   | Killed a shard shrike
184609 | Zig:20   | Killed a shard shrike
184609 | Zig:20   | Killed a dread lich
184609 | Zig:20   | Killed a shard shrike
184610 | Zig:20   | Noticed a shard shrike
184610 | Zig:20   | Noticed a shard shrike
184610 | Zig:20   | Noticed a shard shrike
184612 | Zig:20   | Noticed a shard shrike
184612 | Zig:20   | Noticed a shard shrike
184612 | Zig:20   | Noticed a shard shrike
184613 | Zig:20   | Killed a shard shrike
184613 | Zig:20   | Killed a shard shrike
184613 | Zig:20   | Killed a shard shrike
184613 | Zig:20   | Killed a shard shrike
184613 | Zig:20   | Killed a shard shrike
184613 | Zig:20   | Killed a shard shrike
184613 | Zig:20   | Killed a shard shrike
184614 | Zig:20   | Noticed a shard shrike
184615 | Zig:20   | Noticed a shard shrike
184615 | Zig:20   | Noticed a shard shrike
184615 | Zig:20   | Paralysed by a wendigo for 1 turns
184616 | Zig:20   | Noticed a shard shrike
184617 | Zig:20   | Killed a shard shrike
184617 | Zig:20   | Killed a shard shrike
184617 | Zig:20   | Killed a shard shrike
184617 | Zig:20   | Killed a shard shrike
184617 | Zig:20   | Noticed a shard shrike
184618 | Zig:20   | Noticed a shard shrike
184619 | Zig:20   | Noticed a dread lich
184620 | Zig:20   | Killed a shard shrike
184621 | Zig:20   | Noticed a shard shrike
184622 | Zig:20   | Noticed a shard shrike
184623 | Zig:20   | Killed a shard shrike
184623 | Zig:20   | Killed a shard shrike
184623 | Zig:20   | Killed a shard shrike
184623 | Zig:20   | Killed a dread lich
184623 | Zig:20   | Killed a shard shrike
184623 | Zig:20   | Killed a shard shrike
184624 | Zig:20   | Noticed a shard shrike
184624 | Zig:20   | Noticed a shard shrike
184624 | Zig:20   | Noticed a shard shrike
184626 | Zig:20   | Killed a shard shrike
184626 | Zig:20   | Killed a shard shrike
184626 | Zig:20   | Killed a shard shrike
184629 | Zig:20   | Killed a shard shrike
184635 | Zig:20   | Noticed a shard shrike
184636 | Zig:20   | Killed a shard shrike
185115 | Zig:20   | Identified the +1 morningstar "Paebella" {freeze, *Noise
                  | Dex+5 SInv}
185119 | Zig:20   | Identified the +10 eveningstar "Dollim" {elec, rF+}
185122 | Zig:20   | Identified the staff of death "Tebeacax" {rN+ Dex+7}
185123 | Zig:20   | Identified the +5 longbow "Hetir" {freeze, Dex+3}
185134 | Zig:20   | Identified the staff of earth "Xiewki Geys" {rF+ Dex+2}
185147 | Zig:20   | Identified the +7 broad axe of Psychosis {freeze, rF+
                  | Stlth+}
185174 | Zig:21   | Entered Level 21 of a ziggurat
185240 | Zig:21   | Identified the +0 pair of gloves of the Moon {rElec Str-2
                  | Dex+8}
185761 | Zig:22   | Entered Level 22 of a ziggurat
185782 | Zig:22   | Paralysed by an air elemental for 1 turns
186295 | Zig:22   | Identified the +2 falchion of the Uplifting Goat {freeze,
                  | Int+3}
186303 | Zig:22   | Identified the +4 long sword of Kismet {protect, rF+ rCorr
                  | Dex+4}
186305 | Zig:22   | Identified the staff of fire "Xyfod" {+Blink rF+ rN+}
186306 | Zig:22   | Identified the +7 rapier "Pergh" {antimagic, rElec rC-
                  | Str+2 Dex+5}
186312 | Zig:22   | Identified the ring "Polaug" {rElec rPois Will+ Str+2}
186324 | Zig:22   | Identified the staff of earth "Diopp" {Str+4 Int+2}
186389 | Zig:23   | Entered Level 23 of a ziggurat
186389 | Zig:23   | Noticed an ancient lich
186391 | Zig:23   | Killed an ancient lich
186395 | Zig:23   | Noticed a dread lich
186395 | Zig:23   | Killed a dread lich
186406 | Zig:23   | Noticed a dread lich
186409 | Zig:23   | Killed a dread lich
186413 | Zig:23   | Noticed an ancient lich
186415 | Zig:23   | Killed an ancient lich
186565 | Zig:23   | Identified the +3 chain mail of Hopscotch {+Inv Str+3}
186581 | Zig:23   | Identified the ring of Secrets {Will+ AC+4}
186582 | Zig:23   | Identified the +11 rapier of Inlo {heavy, rPois Will- Dex+2
                  | Stlth+}
186592 | Zig:23   | Identified the +9 dagger "Diecenol" {antimagic, Fly rC+
                  | Int+2}
186595 | Zig:23   | Identified the +0 cloak "Wavaramm" {rCorr Stlth+}
186905 | Zig:24   | Entered Level 24 of a ziggurat
186931 | Zig:24   | Identified the +1 flail "Kamuot" {heavy, *Rage rPois rC+
                  | rN++}
187282 | Zig:24   | Identified the +0 pair of boots of Failure {rElec rPois rC-
                  | Will++}
187430 | Zig:24   | Identified the staff of death "Downuah" {rN+ Stlth+}
187446 | Zig:24   | Identified the staff of conjuration "Folod" {rPois rF+
                  | Dex+3 Stlth-}
187480 | Zig:24   | Identified the +2 ring mail of Youthful Indiscretion {Str+3
                  | Dex+4}
187486 | Zig:24   | Identified the staff of conjuration "Pudisk" {rF+ Str+6
                  | Int+3 Dex-3}
187488 | Zig:24   | Identified the +7 quarterstaff "Athrisul" {holy, rN+ Int+4}
187518 | Zig:24   | Identified the +7 broad axe "Saceff" {venom, *Noise rN+
                  | Int+2}
187527 | Zig:24   | Identified the +6 war axe of Causality {holy, rElec rC+}
187532 | Zig:24   | Identified the +1 battleaxe of Death's Door {freeze, rC+
                  | rN+ Dex-4}
187536 | Zig:24   | Identified the ring "Femius Udghof" {rC+ Str+4 Dex+8}
187554 | Zig:24   | Identified the staff of death "Ito Mas" {rN+ Dex+4}
187557 | Zig:24   | Identified the +10 spear of the Establishment {pain, rElec
                  | Dex-2 SInv}
187558 | Zig:24   | Identified the +5 morningstar "Trog's Scorn" {antimagic,
                  | Will+}
187559 | Zig:24   | Identified the +8 arbalest of Muletil {heavy, rF+ rC+ Int+3
                  | SInv}
187560 | Zig:24   | Identified the +4 glaive "Yrugion" {freeze, Drain Dex+3
                  | Stlth+}
187570 | Zig:24   | Identified the +8 lajatang "Ewonech" {venom, Str+2}
187588 | Zig:24   | Acquired 672 gold pieces
187589 | Zig:24   | Acquired the -2 pair of boots "Caczoij" {rElec rC- Regen+
                  | Int+7 Dex+2}
187590 | Zig:24   | Acquired 1043 gold pieces
187603 | Zig:25   | Entered Level 25 of a ziggurat
187603 | Zig:25   | Noticed an ancient lich
187603 | Zig:25   | Noticed an ancient lich
187603 | Zig:25   | Noticed an ancient lich
187603 | Zig:25   | Noticed a dread lich
187603 | Zig:25   | Noticed an ancient lich
187603 | Zig:25   | Noticed an ancient lich
187603 | Zig:25   | Noticed an ancient lich
187603 | Zig:25   | Noticed a dread lich
187603 | Zig:25   | Noticed an ancient lich
187603 | Zig:25   | Noticed a dread lich
187603 | Zig:25   | Noticed an ancient lich
187603 | Zig:25   | Noticed an ancient lich
187603 | Zig:25   | Noticed an ancient lich
187605 | Zig:25   | Killed an ancient lich
187605 | Zig:25   | Killed an ancient lich
187605 | Zig:25   | Killed a dread lich
187605 | Zig:25   | Killed an ancient lich
187605 | Zig:25   | Killed an ancient lich
187605 | Zig:25   | Killed an ancient lich
187605 | Zig:25   | Killed a dread lich
187605 | Zig:25   | Killed an ancient lich
187605 | Zig:25   | Killed a dread lich
187605 | Zig:25   | Killed an ancient lich
187605 | Zig:25   | Killed an ancient lich
187605 | Zig:25   | Killed an ancient lich
187605 | Zig:25   | Noticed an ancient lich
187605 | Zig:25   | Noticed a dread lich
187605 | Zig:25   | Noticed an ancient lich
187606 | Zig:25   | Killed an ancient lich
187606 | Zig:25   | Killed an ancient lich
187606 | Zig:25   | Killed a dread lich
187606 | Zig:25   | Killed an ancient lich
187606 | Zig:25   | Noticed an ancient lich
187606 | Zig:25   | Noticed a dread lich
187607 | Zig:25   | Noticed an ancient lich
187607 | Zig:25   | Noticed a dread lich
187608 | Zig:25   | Noticed a dread lich
187608 | Zig:25   | Noticed an ancient lich
187608 | Zig:25   | Noticed a dread lich
187608 | Zig:25   | Noticed a dread lich
187609 | Zig:25   | Noticed an ancient lich
187609 | Zig:25   | Noticed a dread lich
187609 | Zig:25   | Noticed an ancient lich
187610 | Zig:25   | Noticed a dread lich
187610 | Zig:25   | Killed a dread lich
187610 | Zig:25   | Killed an ancient lich
187610 | Zig:25   | Killed an ancient lich
187610 | Zig:25   | Killed a dread lich
187611 | Zig:25   | Killed an ancient lich
187611 | Zig:25   | Killed a dread lich
187611 | Zig:25   | Killed a dread lich
187611 | Zig:25   | Killed an ancient lich
187611 | Zig:25   | Killed a dread lich
187611 | Zig:25   | Killed a dread lich
187611 | Zig:25   | Killed an ancient lich
187611 | Zig:25   | Killed a dread lich
187611 | Zig:25   | Noticed an ancient lich
187611 | Zig:25   | Noticed a dread lich
187612 | Zig:25   | Noticed a dread lich
187612 | Zig:25   | Noticed an ancient lich
187612 | Zig:25   | Noticed an ancient lich
187612 | Zig:25   | Noticed a dread lich
187613 | Zig:25   | Noticed a dread lich
187613 | Zig:25   | Noticed a dread lich
187613 | Zig:25   | Noticed an ancient lich
187613 | Zig:25   | Noticed an ancient lich
187613 | Zig:25   | Noticed a dread lich
187614 | Zig:25   | Noticed an ancient lich
187614 | Zig:25   | Noticed an ancient lich
187614 | Zig:25   | Noticed an ancient lich
187614 | Zig:25   | Noticed a dread lich
187614 | Zig:25   | Noticed an ancient lich
187614 | Zig:25   | Noticed an ancient lich
187614 | Zig:25   | Noticed an ancient lich
187615 | Zig:25   | Killed an ancient lich
187615 | Zig:25   | Killed a dread lich
187615 | Zig:25   | Killed an ancient lich
187615 | Zig:25   | Killed an ancient lich
187615 | Zig:25   | Killed an ancient lich
187615 | Zig:25   | Killed an ancient lich
187615 | Zig:25   | Killed a dread lich
187615 | Zig:25   | Noticed a dread lich
187615 | Zig:25   | Noticed an ancient lich
187615 | Zig:25   | Noticed a dread lich
187616 | Zig:25   | Killed a dread lich
187616 | Zig:25   | Killed a dread lich
187616 | Zig:25   | Killed a dread lich
187616 | Zig:25   | Killed a dread lich
187616 | Zig:25   | Killed an ancient lich
187616 | Zig:25   | Killed a dread lich
187616 | Zig:25   | Killed an ancient lich
187616 | Zig:25   | Killed a dread lich
187616 | Zig:25   | Killed an ancient lich
187616 | Zig:25   | Killed an ancient lich
187616 | Zig:25   | Killed an ancient lich
187616 | Zig:25   | Killed an ancient lich
187616 | Zig:25   | Killed an ancient lich
187616 | Zig:25   | Noticed an ancient lich
187616 | Zig:25   | Noticed an ancient lich
187617 | Zig:25   | Noticed a dread lich
187619 | Zig:25   | Noticed an ancient lich
187619 | Zig:25   | Noticed a dread lich
187620 | Zig:25   | Noticed a dread lich
187620 | Zig:25   | Killed an ancient lich
187620 | Zig:25   | Killed an ancient lich
187620 | Zig:25   | Noticed a dread lich
187621 | Zig:25   | Killed a dread lich
187621 | Zig:25   | Killed a dread lich
187621 | Zig:25   | Killed an ancient lich
187621 | Zig:25   | Killed a dread lich
187621 | Zig:25   | Killed a dread lich
187621 | Zig:25   | Killed a dread lich
187622 | Zig:25   | Noticed an ancient lich
187622 | Zig:25   | Noticed an ancient lich
187622 | Zig:25   | Noticed an ancient lich
187622 | Zig:25   | Noticed an ancient lich
187623 | Zig:25   | Noticed a dread lich
187623 | Zig:25   | Noticed an ancient lich
187623 | Zig:25   | Noticed a dread lich
187624 | Zig:25   | Noticed an ancient lich
187624 | Zig:25   | Killed an ancient lich
187624 | Zig:25   | Killed an ancient lich
187625 | Zig:25   | Killed an ancient lich
187625 | Zig:25   | Killed an ancient lich
187625 | Zig:25   | Killed an ancient lich
187625 | Zig:25   | Killed an ancient lich
187625 | Zig:25   | Killed a dread lich
187626 | Zig:25   | Noticed an ancient lich
187626 | Zig:25   | Noticed a dread lich
187626 | Zig:25   | Noticed an ancient lich
187627 | Zig:25   | Noticed an ancient lich
187627 | Zig:25   | Killed a dread lich
187628 | Zig:25   | Killed a dread lich
187628 | Zig:25   | Noticed a dread lich
187629 | Zig:25   | Killed an ancient lich
187629 | Zig:25   | Killed an ancient lich
187629 | Zig:25   | Killed an ancient lich
187629 | Zig:25   | Killed a dread lich
187630 | Zig:25   | Noticed a dread lich
187632 | Zig:25   | Killed a dread lich
187633 | Zig:25   | Noticed a dread lich
187633 | Zig:25   | Noticed an ancient lich
187634 | Zig:25   | Noticed an ancient lich
187636 | Zig:25   | Killed an ancient lich
187636 | Zig:25   | Killed an ancient lich
187639 | Zig:25   | Killed a dread lich
187656 | Zig:25   | Identified the staff of poison "Cotofeoc" {rPois Int+3}
187667 | Zig:25   | Identified the +5 long sword of the Penguin {heavy, *Slow
                  | rF++ rC+ Stlth+}
187672 | Zig:25   | Identified the +7 morningstar of Theory {antimagic, rF+
                  | Int+2 Stlth+}
187675 | Zig:25   | Identified the amulet of Untruth {Acrobat rElec Dex+3}
187680 | Zig:25   | Identified the +12 hand axe of Gakiq {elec, Will+ Int+6}
187687 | Zig:25   | Identified the +5 scimitar of Hihoy {freeze, Will++ Int+3
                  | Dex-3 Stlth+}
187705 | Zig:25   | Identified the staff of fire "Fogrulas" {rElec rF+ Str+3}
187711 | Zig:25   | Identified the staff of fire "Boumefoga" {rF+ Will- Dex+5}
187727 | Zig:25   | Identified the ring "Diogetwe" {Fly Will+}
187730 | Zig:25   | Identified the +4 mace of Uncertain Death {antimagic, rF++
                  | Will- Str+2}
187734 | Zig:25   | Identified the +1 pair of gloves of the Orb {Int+3}
187775 | Zig:25   | Identified the ring of Opoori {rPois rN+ Will+ Dex-5
                  | Slay+4}
187777 | Zig:25   | Identified the +10 long sword "Odearaaxt" {chaos, Drain
                  | rCorr Dex+4}
187779 | Zig:25   | Identified the +2 morningstar "Saugizusm" {speed, rN+}
188267 | Zig:25   | Identified the ring "Teimnenele" {EV+5 Str+6 Dex+4}
188274 | Zig:25   | Identified the ring of Iskot {EV+5 Dex+4}
188301 | Zig:25   | Acquired 786 gold pieces
188317 | Zig:26   | Entered Level 26 of a ziggurat
188349 | Zig:26   | Found the +7 Kryia's mail coat {PotionHeal*2 rC+}
188795 | Zig:26   | Identified the amulet of Xuaj {Faith Int+2}
188799 | Zig:26   | Identified the +7 great mace of Himilotz {venom, rF+ Str+5
                  | Stlth-}
188801 | Zig:26   | Identified the +0 chain mail of Grot {Int+3}
188804 | Zig:26   | Identified the +0 robe "Wugoez" {Regen+ Str-5 Int+4}
188823 | Zig:26   | Identified the +12 mace of the Moon {heavy, rPois Str+2
                  | Dex+3 Stlth-}
188836 | Zig:26   | Identified the ring of Onaviate {Contam rPois rF++ rC+
                  | MP+9}
188844 | Zig:26   | Identified the +3 leather armour of Snakes and Ladders
                  | {Rampage rPois Str-3}
188845 | Zig:26   | Identified the +0 robe of Greed {rN+}
188846 | Zig:26   | Identified the ring of Qudiox {MP+9 Slay+4}
188851 | Zig:26   | Identified the amulet of Dulethry {Acrobat Dex+4}
188871 | Zig:26   | Identified the ring "Ilimargh" {rPois rF+++ rC- AC+4 Dex-4}
188879 | Zig:26   | Identified the amulet of Poawna {RegenMP rElec}
188880 | Zig:26   | Identified the staff of fire "Netoir" {rF+ Will- Dex+5}
188881 | Zig:26   | Identified the +0 hat of Impressiveness {Contam rElec Str+3
                  | Stlth+}
188899 | Zig:26   | Identified the +5 arbalest "Vaedoq" {elec, Int+4}
188916 | Zig:26   | Identified the staff of cold "Cataff" {rPois rC+ rN++
                  | Int-2}
188924 | Zig:26   | Identified the +0 pair of boots of Lies {*Slow rElec rN+
                  | SInv}
188967 | Zig:27   | Entered Level 27 of a ziggurat
189040 | Zig:27   | Identified the +4 chain mail of Qazlal's Inspiration {+Inv
                  | rPois rC- rN+}
189042 | Zig:27   | Identified the +1 robe "Viv Pirch" {Rampage rCorr Int+4
                  | Stlth-}
189043 | Zig:27   | Identified the +9 dagger of Fatigue {antimagic, rCorr}
189044 | Zig:27   | Identified the +2 lajatang "Pytoy" {pain, Str+3 Dex+3}
189048 | Zig:27   | Identified the staff of conjuration "Yfrom" {rElec}
189050 | Zig:27   | Identified the +4 cloak "Naodumoa" {Harm *Slow Regen+}
189061 | Zig:27   | Identified the +5 dagger of Effant {heavy, rElec rC+}
189065 | Zig:27   | Identified the +9 war axe of Zin's Fury {antimagic, Dex+7}
189069 | Zig:27   | Identified the ring of Bichudol {Fly Str+3 Dex+7}
189077 | Zig:27   | Identified the +1 helmet of the Kraken {Int+6}
189080 | Zig:27   | Identified the +7 scale mail "Entiybach" {rElec rF+ Str-3
                  | Slay+2}
189597 | Zig:27   | Identified the staff of poison "Tieff" {rPois Str+7 Dex+4}
189666 | Zig:1    | Entered Level 1 of a ziggurat
189666 | Zig:1    | Noticed an ancient lich
189667 | Zig:1    | Killed an ancient lich
189734 | Zig:2    | Entered Level 2 of a ziggurat
189841 | Zig:3    | Entered Level 3 of a ziggurat
189882 | Zig:3    | Identified the +2 morningstar of Gazing Execution {spect,
                  | rF++}
189887 | Zig:3    | Identified the +0 plate armour of the Shrinking Gods {Fly
                  | Int+2}
190045 | Zig:4    | Entered Level 4 of a ziggurat
190045 | Zig:4    | Noticed a dread lich
190045 | Zig:4    | Noticed an ancient lich
190045 | Zig:4    | Noticed an ancient lich
190045 | Zig:4    | Noticed an ancient lich
190045 | Zig:4    | Noticed an ancient lich
190045 | Zig:4    | Noticed an ancient lich
190045 | Zig:4    | Noticed a dread lich
190045 | Zig:4    | Noticed an ancient lich
190045 | Zig:4    | Noticed a dread lich
190045 | Zig:4    | Noticed an ancient lich
190045 | Zig:4    | Noticed a dread lich
190045 | Zig:4    | Noticed a dread lich
190045 | Zig:4    | Noticed an ancient lich
190046 | Zig:4    | Killed an ancient lich
190046 | Zig:4    | Killed a dread lich
190046 | Zig:4    | Killed an ancient lich
190046 | Zig:4    | Killed a dread lich
190046 | Zig:4    | Killed an ancient lich
190046 | Zig:4    | Killed an ancient lich
190046 | Zig:4    | Killed a dread lich
190047 | Zig:4    | Killed a dread lich
190047 | Zig:4    | Killed an ancient lich
190047 | Zig:4    | Killed an ancient lich
190047 | Zig:4    | Killed an ancient lich
190047 | Zig:4    | Killed an ancient lich
190047 | Zig:4    | Killed a dread lich
190047 | Zig:4    | Noticed a dread lich
190048 | Zig:4    | Killed a dread lich
190048 | Zig:4    | Noticed a dread lich
190049 | Zig:4    | Killed a dread lich
190049 | Zig:4    | Noticed an ancient lich
190050 | Zig:4    | Noticed an ancient lich
190051 | Zig:4    | Noticed a dread lich
190051 | Zig:4    | Noticed an ancient lich
190052 | Zig:4    | Killed an ancient lich
190052 | Zig:4    | Killed a dread lich
190053 | Zig:4    | Killed an ancient lich
190053 | Zig:4    | Killed an ancient lich
190163 | Zig:4    | Identified the +4 ring mail of Defence {Harm rPois Str-2
                  | Int+2}
190168 | Zig:4    | Identified the amulet of Hiuc {RegenMP rF+ Int-4 Dex+3
                  | Stlth+}
190186 | Zig:5    | Entered Level 5 of a ziggurat
190200 | Zig:5    | Noticed Yppy the pandemonium lord
190204 | Zig:5    | Killed Yppy the pandemonium lord
190230 | Zig:5    | Identified the +2 spear "Ecywk" {freeze, *Rage Will+ Str+8
                  | Stlth+}
190231 | Zig:5    | Identified the +12 hand axe "Zoozenki" {speed, rN+ Will+}
190394 | Zig:6    | Entered Level 6 of a ziggurat
190394 | Zig:6    | Noticed a caustic shrike
190394 | Zig:6    | Noticed a caustic shrike
190394 | Zig:6    | Noticed a caustic shrike
190394 | Zig:6    | Noticed a caustic shrike
190394 | Zig:6    | Noticed a caustic shrike
190394 | Zig:6    | Noticed a caustic shrike
190396 | Zig:6    | Noticed a caustic shrike
190397 | Zig:6    | Killed a caustic shrike
190397 | Zig:6    | Killed a caustic shrike
190397 | Zig:6    | Killed a caustic shrike
190398 | Zig:6    | Killed a caustic shrike
190398 | Zig:6    | Killed a caustic shrike
190398 | Zig:6    | Killed a caustic shrike
190400 | Zig:6    | Noticed a caustic shrike
190400 | Zig:6    | Killed a caustic shrike
190408 | Zig:6    | Killed a caustic shrike
190457 | Zig:6    | Identified the +7 dagger "Acurrokk" {chaos, *Rage rN+ Str+8
                  | Stlth+}
190476 | Zig:6    | Identified the ring "Kiuhomm" {Wiz Str+5}
190479 | Zig:6    | Identified the +0 robe "Qerchas" {Contam Fly rElec Dex+8}
190484 | Zig:6    | Identified the staff of air "Kuceg" {rElec rPois rN+}
190487 | Zig:6    | Identified the +1 buckler "Ykkue" {rN+ Regen+}
190604 | Zig:7    | Entered Level 7 of a ziggurat
190604 | Zig:7    | Noticed a caustic shrike
190604 | Zig:7    | Noticed a caustic shrike
190604 | Zig:7    | Noticed a caustic shrike
190604 | Zig:7    | Noticed a caustic shrike
190604 | Zig:7    | Noticed a caustic shrike
190606 | Zig:7    | Noticed a caustic shrike
190607 | Zig:7    | Killed a caustic shrike
190607 | Zig:7    | Killed a caustic shrike
190607 | Zig:7    | Noticed a caustic shrike
190608 | Zig:7    | Killed a caustic shrike
190608 | Zig:7    | Killed a caustic shrike
190608 | Zig:7    | Killed a caustic shrike
190608 | Zig:7    | Killed a caustic shrike
190611 | Zig:7    | Killed a caustic shrike
190839 | Zig:8    | Entered Level 8 of a ziggurat
190839 | Zig:8    | Noticed a caustic shrike
190839 | Zig:8    | Noticed a caustic shrike
190839 | Zig:8    | Noticed a caustic shrike
190839 | Zig:8    | Noticed a caustic shrike
190839 | Zig:8    | Noticed a caustic shrike
190839 | Zig:8    | Noticed a caustic shrike
190839 | Zig:8    | Noticed a caustic shrike
190839 | Zig:8    | Noticed a caustic shrike
190839 | Zig:8    | Noticed a caustic shrike
190839 | Zig:8    | Noticed a caustic shrike
190839 | Zig:8    | Noticed a caustic shrike
190839 | Zig:8    | Noticed a caustic shrike
190839 | Zig:8    | Noticed a caustic shrike
190839 | Zig:8    | Noticed a caustic shrike
190839 | Zig:8    | Noticed a caustic shrike
190840 | Zig:8    | Killed a caustic shrike
190840 | Zig:8    | Killed a caustic shrike
190840 | Zig:8    | Killed a caustic shrike
190840 | Zig:8    | Killed a caustic shrike
190840 | Zig:8    | Killed a caustic shrike
190840 | Zig:8    | Killed a caustic shrike
190840 | Zig:8    | Killed a caustic shrike
190840 | Zig:8    | Killed a caustic shrike
190840 | Zig:8    | Killed a caustic shrike
190840 | Zig:8    | Killed a caustic shrike
190840 | Zig:8    | Killed a caustic shrike
190840 | Zig:8    | Killed a caustic shrike
190840 | Zig:8    | Killed a caustic shrike
190841 | Zig:8    | Noticed a caustic shrike
190841 | Zig:8    | Noticed a caustic shrike
190841 | Zig:8    | Noticed a caustic shrike
190841 | Zig:8    | Noticed a caustic shrike
190841 | Zig:8    | Noticed a caustic shrike
190842 | Zig:8    | Noticed a caustic shrike
190842 | Zig:8    | Noticed a caustic shrike
190842 | Zig:8    | Noticed a caustic shrike
190843 | Zig:8    | Killed a caustic shrike
190844 | Zig:8    | Noticed a caustic shrike
190844 | Zig:8    | Killed a caustic shrike
190844 | Zig:8    | Killed a caustic shrike
190844 | Zig:8    | Killed a caustic shrike
190844 | Zig:8    | Killed a caustic shrike
190844 | Zig:8    | Noticed a caustic shrike
190844 | Zig:8    | Noticed a caustic shrike
190844 | Zig:8    | Noticed a caustic shrike
190845 | Zig:8    | Noticed a caustic shrike
190845 | Zig:8    | Killed a caustic shrike
190845 | Zig:8    | Killed a caustic shrike
190846 | Zig:8    | Killed a caustic shrike
190846 | Zig:8    | Killed a caustic shrike
190846 | Zig:8    | Noticed a caustic shrike
190847 | Zig:8    | Noticed a caustic shrike
190847 | Zig:8    | Killed a caustic shrike
190847 | Zig:8    | Killed a caustic shrike
190847 | Zig:8    | Noticed a caustic shrike
190847 | Zig:8    | Noticed a caustic shrike
190849 | Zig:8    | Noticed a caustic shrike
190849 | Zig:8    | Noticed a caustic shrike
190849 | Zig:8    | Noticed a caustic shrike
190850 | Zig:8    | Noticed a caustic shrike
190854 | Zig:8    | Killed a caustic shrike
190854 | Zig:8    | Killed a caustic shrike
190855 | Zig:8    | Killed a caustic shrike
190856 | Zig:8    | Killed a caustic shrike
190856 | Zig:8    | Killed a caustic shrike
190856 | Zig:8    | Killed a caustic shrike
190856 | Zig:8    | Killed a caustic shrike
190856 | Zig:8    | Killed a caustic shrike
190857 | Zig:8    | Killed a caustic shrike
190857 | Zig:8    | Killed a caustic shrike
190858 | Zig:8    | Killed a caustic shrike
190859 | Zig:8    | Killed a caustic shrike
191088 | Zig:8    | Identified the ring "Mifuos" {rN+ Dex+2}
191089 | Zig:8    | Identified the staff of cold "Pafutohu" {rPois rC+ Int-4
                  | SInv Stlth+}
191128 | Zig:8    | Identified the +10 hand axe "Caogapp" {flame, MP+9}
191130 | Zig:8    | Identified the +7 short sword of Contention {spect, rElec
                  | rN+ Int+3}
191135 | Zig:8    | Identified the ring "Suec" {Fire rN+ rCorr Str+3 Int-2}
191136 | Zig:8    | Identified the +4 ring mail "Ocwaow" {+Blink rPois rCorr
                  | Dex-2}
191137 | Zig:8    | Identified the +6 great sword of Saltpetre {spect, rF+
                  | rCorr Dex-3}
191149 | Zig:8    | Identified the +6 great sword of Pride {freeze, Str+3
                  | Dex+2}
191162 | Zig:9    | Entered Level 9 of a ziggurat
191203 | Zig:9    | Identified the +1 trident of a Labyrinth {heavy, Fragile
                  | rN+ Str+3 Dex+3}
191574 | Zig:10   | Entered Level 10 of a ziggurat
191911 | Zig:10   | Identified the +8 broad axe of the Sky {spect, Dex+3}
191921 | Zig:10   | Identified the +0 robe of Efeonuobbu {rPois Will+ Int+2}
191925 | Zig:10   | Identified the +4 battleaxe "Jellyslayer" {vamp, rC+ SInv}
191950 | Zig:10   | Identified the +0 crystal plate armour of the Flute {Harm
                  | rElec}
191956 | Zig:11   | Entered Level 11 of a ziggurat
191971 | Zig:11   | Paralysed by an air elemental for 1 turns
192003 | Zig:11   | Identified the ring "Heuwnaab" {Fire Int+5 SInv Stlth-}
192020 | Zig:11   | Identified the amulet "Jesohos" {RegenMP Harm rPois rF+
                  | Str-4}
192027 | Zig:11   | Identified the +5 morningstar of Income {flame, Str-5 Int+5
                  | SInv}
192029 | Zig:11   | Identified the ring "Wetasy" {Int+4 SInv}
192030 | Zig:11   | Identified the +0 spear of Doom {freeze, *Rage +Blink rPois
                  | Stlth+}
192031 | Zig:11   | Identified the +8 rapier "Gicipitt" {heavy, Stlth+}
192032 | Zig:11   | Identified the staff of cold "Gaucwi" {rElec rF+ rC+ Str+4}
192429 | Zig:12   | Entered Level 12 of a ziggurat
192429 | Zig:12   | Noticed a dread lich
192429 | Zig:12   | Noticed a dread lich
192429 | Zig:12   | Noticed an ancient lich
192429 | Zig:12   | Noticed a dread lich
192429 | Zig:12   | Noticed an ancient lich
192429 | Zig:12   | Noticed an ancient lich
192429 | Zig:12   | Noticed an ancient lich
192429 | Zig:12   | Noticed an ancient lich
192429 | Zig:12   | Noticed a dread lich
192429 | Zig:12   | Noticed an ancient lich
192429 | Zig:12   | Noticed a dread lich
192430 | Zig:12   | Noticed a dread lich
192430 | Zig:12   | Noticed a dread lich
192430 | Zig:12   | Noticed an ancient lich
192430 | Zig:12   | Noticed a dread lich
192430 | Zig:12   | Noticed an ancient lich
192430 | Zig:12   | Noticed an ancient lich
192431 | Zig:12   | Killed an ancient lich
192431 | Zig:12   | Killed an ancient lich
192431 | Zig:12   | Killed a dread lich
192431 | Zig:12   | Killed an ancient lich
192431 | Zig:12   | Killed a dread lich
192431 | Zig:12   | Killed a dread lich
192431 | Zig:12   | Killed a dread lich
192431 | Zig:12   | Killed a dread lich
192431 | Zig:12   | Killed an ancient lich
192431 | Zig:12   | Killed an ancient lich
192431 | Zig:12   | Noticed a dread lich
192431 | Zig:12   | Noticed a dread lich
192431 | Zig:12   | Noticed an ancient lich
192432 | Zig:12   | Noticed an ancient lich
192432 | Zig:12   | Noticed a dread lich
192432 | Zig:12   | Killed a dread lich
192432 | Zig:12   | Killed an ancient lich
192432 | Zig:12   | Killed an ancient lich
192432 | Zig:12   | Killed a dread lich
192432 | Zig:12   | Killed an ancient lich
192432 | Zig:12   | Killed a dread lich
192432 | Zig:12   | Noticed a dread lich
192432 | Zig:12   | Noticed a dread lich
192433 | Zig:12   | Noticed an ancient lich
192433 | Zig:12   | Noticed a dread lich
192433 | Zig:12   | Noticed an ancient lich
192434 | Zig:12   | Noticed a dread lich
192434 | Zig:12   | Noticed a dread lich
192434 | Zig:12   | Noticed an ancient lich
192434 | Zig:12   | Noticed an ancient lich
192434 | Zig:12   | Noticed an ancient lich
192435 | Zig:12   | Noticed a dread lich
192435 | Zig:12   | Noticed an ancient lich
192436 | Zig:12   | Noticed an ancient lich
192437 | Zig:12   | Killed an ancient lich
192437 | Zig:12   | Killed an ancient lich
192437 | Zig:12   | Killed an ancient lich
192437 | Zig:12   | Killed a dread lich
192437 | Zig:12   | Killed a dread lich
192437 | Zig:12   | Killed a dread lich
192437 | Zig:12   | Killed an ancient lich
192437 | Zig:12   | Killed a dread lich
192437 | Zig:12   | Killed an ancient lich
192437 | Zig:12   | Killed an ancient lich
192437 | Zig:12   | Killed an ancient lich
192437 | Zig:12   | Killed an ancient lich
192437 | Zig:12   | Killed a dread lich
192437 | Zig:12   | Killed a dread lich
192437 | Zig:12   | Killed a dread lich
192437 | Zig:12   | Killed an ancient lich
192437 | Zig:12   | Killed a dread lich
192437 | Zig:12   | Noticed a dread lich
192438 | Zig:12   | Noticed an ancient lich
192438 | Zig:12   | Noticed an ancient lich
192438 | Zig:12   | Noticed a dread lich
192438 | Zig:12   | Killed a dread lich
192438 | Zig:12   | Killed an ancient lich
192439 | Zig:12   | Noticed an ancient lich
192439 | Zig:12   | Noticed a dread lich
192440 | Zig:12   | Killed an ancient lich
192440 | Zig:12   | Killed an ancient lich
192440 | Zig:12   | Killed a dread lich
192440 | Zig:12   | Killed a dread lich
192440 | Zig:12   | Killed a dread lich
192441 | Zig:12   | Noticed an ancient lich
192441 | Zig:12   | Noticed an ancient lich
192441 | Zig:12   | Noticed an ancient lich
192441 | Zig:12   | Noticed an ancient lich
192442 | Zig:12   | Killed an ancient lich
192442 | Zig:12   | Killed an ancient lich
192442 | Zig:12   | Killed an ancient lich
192443 | Zig:12   | Noticed an ancient lich
192443 | Zig:12   | Noticed a dread lich
192443 | Zig:12   | Noticed a dread lich
192443 | Zig:12   | Noticed an ancient lich
192443 | Zig:12   | Killed an ancient lich
192444 | Zig:12   | Noticed an ancient lich
192444 | Zig:12   | Noticed a dread lich
192444 | Zig:12   | Noticed an ancient lich
192445 | Zig:12   | Killed an ancient lich
192445 | Zig:12   | Killed a dread lich
192445 | Zig:12   | Killed a dread lich
192445 | Zig:12   | Killed an ancient lich
192445 | Zig:12   | Killed a dread lich
192445 | Zig:12   | Killed an ancient lich
192445 | Zig:12   | Killed an ancient lich
192450 | Zig:12   | Killed an ancient lich
192765 | Zig:12   | Identified the orb "Poenepn" {*Rage, Rampage rC+ Will+
                  | Int+4}
192818 | Zig:13   | Entered Level 13 of a ziggurat
192855 | Zig:13   | Identified the staff of poison "Ceiturabil" {rPois rC+
                  | Str+4 Int+2}
192858 | Zig:13   | Identified the staff of death "Deamahi" {rF- rC+++ rN+
                  | Will+ Stlth+}
192868 | Zig:13   | Identified the +9 short sword "Fish" {spect, *Slow rF++
                  | Int+4}
192872 | Zig:13   | Identified the staff of conjuration "Otoquf" {rN+}
192873 | Zig:13   | Identified the staff of conjuration "Riruek" {rPois}
192912 | Zig:13   | Identified the staff of earth "Poceoh" {*Slow rCorr Str-4
                  | Stlth+}
192915 | Zig:13   | Identified the +9 scimitar "Todecs" {pain, +Blink Str+3
                  | Dex+3}
193340 | Zig:14   | Entered Level 14 of a ziggurat
193818 | Zig:14   | Identified the +6 great sword "Giantslayer" {heavy, rC+}
193845 | Zig:14   | Identified the +10 battleaxe "Culiw" {freeze, Fragile
                  | Str+6}
193851 | Zig:14   | Identified the +8 sling of Nightmares {drain, Stlth+}
193859 | Zig:14   | Identified the ring "Qar Imnote" {rPois rN+ Int+4 Slay-2}
193860 | Zig:14   | Identified the +3 arbalest of Impeachment {penet, Fragile
                  | Str+4 Dex+4}
193861 | Zig:14   | Identified the ring of Makuaj {+Blink rF+}
193870 | Zig:14   | Identified the staff of conjuration "Geuly" {rF+ Dex+2}
193877 | Zig:14   | Identified the +6 whip "Tucratag" {heavy, rF+}
193940 | Zig:15   | Entered Level 15 of a ziggurat
193980 | Zig:15   | Identified the amulet of Moner {Acrobat rElec Str+3}
193984 | Zig:15   | Identified the +0 troll leather armour of Defiance {Harm
                  | rF+ Regen+ rCorr Dex+4}
193986 | Zig:15   | Identified the +6 quarterstaff of Ynuo {holy, rElec Dex+3
                  | Stlth+}
193995 | Zig:15   | Identified the +11 morningstar of Distant Worlds {venom,
                  | rPois rC+ rN+ Stlth-}
193999 | Zig:15   | Identified the +4 scimitar "Tiuskum" {spect, rElec Will+
                  | Str+2}
194000 | Zig:15   | Identified the ring "Roamna" {Str+6 Dex+5}
194007 | Zig:15   | Identified the +4 short sword of War {vamp, rElec rPois
                  | Int-4 Stlth-}
194010 | Zig:15   | Identified the +1 trident of a Labyrinth {elec, Dex+3}
194011 | Zig:15   | Identified the +5 glaive "Cexzylak" {vamp, *Slow rElec
                  | rPois Int+5}
194017 | Zig:15   | Identified the +2 helmet of Wrong Decisions {rPois Dex+2}
194019 | Zig:15   | Identified the +1 short sword "Cetisyt" {antimagic, Dex+2}
194035 | Zig:15   | Identified the staff of air "Ingohaun" {rElec MP+9 Int+4}
194041 | Zig:15   | Identified the +9 flail of Compulsion {drain, Will+ Dex+5}
194043 | Zig:15   | Identified the +12 shortbow of Dissatisfaction {drain,
                  | *Corrode MP+9 Dex+4 Stlth+}
194490 | Zig:15   | Acquired the amulet "Ympon" {Reflect Str+4 Int+2 Dex+2
                  | SH+5}
194491 | Zig:15   | Acquired 1084 gold pieces
194492 | Zig:15   | Acquired 737 gold pieces
194507 | Zig:16   | Entered Level 16 of a ziggurat
194507 | Zig:16   | Noticed a shard shrike
194507 | Zig:16   | Noticed a shard shrike
194507 | Zig:16   | Noticed a shard shrike
194507 | Zig:16   | Noticed a shard shrike
194507 | Zig:16   | Noticed a shard shrike
194507 | Zig:16   | Noticed a shard shrike
194508 | Zig:16   | Killed a shard shrike
194508 | Zig:16   | Killed a shard shrike
194508 | Zig:16   | Killed a shard shrike
194508 | Zig:16   | Killed a shard shrike
194508 | Zig:16   | Killed a shard shrike
194508 | Zig:16   | Killed a shard shrike
194508 | Zig:16   | Killed a shard shrike
194510 | Zig:16   | Noticed a shard shrike
194512 | Zig:16   | Noticed a shard shrike
194512 | Zig:16   | Noticed a shard shrike
194513 | Zig:16   | Killed a shard shrike
194513 | Zig:16   | Killed a shard shrike
194513 | Zig:16   | Killed a shard shrike
194513 | Zig:16   | Killed a shard shrike
194513 | Zig:16   | Noticed a shard shrike
194513 | Zig:16   | Noticed a shard shrike
194513 | Zig:16   | Noticed a shard shrike
194514 | Zig:16   | Noticed a shard shrike
194514 | Zig:16   | Noticed a shard shrike
194515 | Zig:16   | Noticed a shard shrike
194515 | Zig:16   | Noticed a shard shrike
194516 | Zig:16   | Killed a shard shrike
194516 | Zig:16   | Killed a shard shrike
194516 | Zig:16   | Killed a shard shrike
194516 | Zig:16   | Killed a shard shrike
194516 | Zig:16   | Killed a shard shrike
194516 | Zig:16   | Killed a shard shrike
194516 | Zig:16   | Killed a shard shrike
194516 | Zig:16   | Killed a shard shrike
194517 | Zig:16   | Noticed a shard shrike
194517 | Zig:16   | Noticed a shard shrike
194517 | Zig:16   | Noticed a shard shrike
194517 | Zig:16   | Noticed a shard shrike
194517 | Zig:16   | Noticed a shard shrike
194518 | Zig:16   | Noticed a shard shrike
194519 | Zig:16   | Killed a shard shrike
194519 | Zig:16   | Killed a shard shrike
194519 | Zig:16   | Killed a shard shrike
194519 | Zig:16   | Killed a shard shrike
194519 | Zig:16   | Killed a shard shrike
194519 | Zig:16   | Killed a shard shrike
194519 | Zig:16   | Killed a shard shrike
194519 | Zig:16   | Killed a shard shrike
194519 | Zig:16   | Noticed a shard shrike
194519 | Zig:16   | Noticed a shard shrike
194519 | Zig:16   | Noticed a shard shrike
194519 | Zig:16   | Noticed a shard shrike
194520 | Zig:16   | Noticed a shard shrike
194522 | Zig:16   | Killed a shard shrike
194522 | Zig:16   | Killed a shard shrike
194522 | Zig:16   | Killed a shard shrike
194522 | Zig:16   | Killed a shard shrike
194522 | Zig:16   | Killed a shard shrike
194522 | Zig:16   | Killed a shard shrike
194523 | Zig:16   | Noticed a shard shrike
194524 | Zig:16   | Noticed an ancient lich
194524 | Zig:16   | Paralysed by a wendigo for 1 turns
194526 | Zig:16   | Killed an ancient lich
194526 | Zig:16   | Noticed a shard shrike
194526 | Zig:16   | Noticed a shard shrike
194527 | Zig:16   | Noticed a shard shrike
194527 | Zig:16   | Noticed a shard shrike
194528 | Zig:16   | Noticed a shard shrike
194528 | Zig:16   | Noticed a shard shrike
194528 | Zig:16   | Noticed a shard shrike
194529 | Zig:16   | Killed a shard shrike
194529 | Zig:16   | Killed a shard shrike
194529 | Zig:16   | Killed a shard shrike
194529 | Zig:16   | Killed a shard shrike
194529 | Zig:16   | Killed a shard shrike
194529 | Zig:16   | Killed a shard shrike
194529 | Zig:16   | Killed a shard shrike
194529 | Zig:16   | Killed a shard shrike
194529 | Zig:16   | Noticed a shard shrike
194532 | Zig:16   | Killed a shard shrike
194534 | Zig:16   | Paralysed by a wendigo for 1 turns
195018 | Zig:16   | Identified the ring "Naveeffy" {Fire rElec Str-3 Dex+5
                  | SInv}
195026 | Zig:16   | Identified the staff of death "Dollaopiz" {rC+ rN+ Int+4}
195028 | Zig:16   | Identified the ring of Dunwykk {rF+ Int+2 Dex+4}
195056 | Zig:17   | Entered Level 17 of a ziggurat
195082 | Zig:17   | Found the +1 Delatra's gloves {ID++}
195117 | Zig:17   | Identified the ring of Niext {rN+ EV+5}
195119 | Zig:17   | Identified the +6 long sword "Fiumodono" {antimagic, rN+++
                  | Will- Int+5}
195125 | Zig:17   | Identified the +6 shortbow of Defence {freeze, rC- rN+
                  | rCorr Dex+3}
195134 | Zig:17   | Identified the +1 scale mail "Kafufit" {Str+6}
195141 | Zig:17   | Identified the +4 battleaxe "Uxijoseg" {flame, *Corrode
                  | Will+ Str+3}
195148 | Zig:17   | Identified the +6 scale mail of Muipn {Harm rN+++ Str-4
                  | Stlth-}
195151 | Zig:17   | Identified the +0 scale mail "Vymp" {rPois rF+ Will- Dex+3}
195153 | Zig:17   | Identified the +5 morningstar "Nefoisurph" {vamp, rElec
                  | Will+ rCorr SInv}
195167 | Zig:17   | Identified the +3 battleaxe "Yvejiw" {antimagic, rElec
                  | Str+3}
195745 | Zig:17   | Identified the +8 falchion "Fuforoil" {flame, rElec rC-
                  | Int+4 Stlth+}
195797 | Zig:17   | Acquired 533 gold pieces
195799 | Zig:17   | Acquired 653 gold pieces
195822 | Zig:18   | Entered Level 18 of a ziggurat
195822 | Zig:18   | Noticed a caustic shrike
195822 | Zig:18   | Noticed a dread lich
195822 | Zig:18   | Noticed a caustic shrike
195822 | Zig:18   | Noticed a caustic shrike
195822 | Zig:18   | Noticed a caustic shrike
195822 | Zig:18   | Noticed a caustic shrike
195824 | Zig:18   | Noticed a caustic shrike
195825 | Zig:18   | Killed a dread lich
195825 | Zig:18   | Killed a caustic shrike
195826 | Zig:18   | Killed a caustic shrike
195826 | Zig:18   | Killed a caustic shrike
195826 | Zig:18   | Killed a caustic shrike
195827 | Zig:18   | Noticed a caustic shrike
195827 | Zig:18   | Noticed a caustic shrike
195827 | Zig:18   | Killed a caustic shrike
195827 | Zig:18   | Killed a caustic shrike
195828 | Zig:18   | Noticed a caustic shrike
195829 | Zig:18   | Killed a caustic shrike
195829 | Zig:18   | Noticed a caustic shrike
195830 | Zig:18   | Noticed a caustic shrike
195831 | Zig:18   | Killed a caustic shrike
195831 | Zig:18   | Killed a caustic shrike
195831 | Zig:18   | Noticed a caustic shrike
195831 | Zig:18   | Noticed a caustic shrike
195831 | Zig:18   | Noticed a dread lich
195832 | Zig:18   | Noticed a caustic shrike
195833 | Zig:18   | Killed a caustic shrike
195833 | Zig:18   | Killed a caustic shrike
195833 | Zig:18   | Killed a caustic shrike
195834 | Zig:18   | Noticed a caustic shrike
195836 | Zig:18   | Killed a caustic shrike
195836 | Zig:18   | Killed a dread lich
195836 | Zig:18   | Killed a caustic shrike
195838 | Zig:18   | Noticed a caustic shrike
195838 | Zig:18   | Noticed an ancient lich
195838 | Zig:18   | Noticed a caustic shrike
195839 | Zig:18   | Noticed a caustic shrike
195840 | Zig:18   | Killed a caustic shrike
195840 | Zig:18   | Killed an ancient lich
195841 | Zig:18   | Killed a caustic shrike
195841 | Zig:18   | Killed a caustic shrike
195843 | Zig:18   | Noticed an ancient lich
195843 | Zig:18   | Killed a caustic shrike
195843 | Zig:18   | Killed an ancient lich
195843 | Zig:18   | Noticed a caustic shrike
195843 | Zig:18   | Noticed a caustic shrike
195845 | Zig:18   | Noticed a caustic shrike
195845 | Zig:18   | Noticed a caustic shrike
195845 | Zig:18   | Noticed a caustic shrike
195846 | Zig:18   | Noticed a caustic shrike
195850 | Zig:18   | Killed a caustic shrike
195850 | Zig:18   | Killed a caustic shrike
195850 | Zig:18   | Killed a caustic shrike
195851 | Zig:18   | Killed a caustic shrike
195851 | Zig:18   | Killed a caustic shrike
195852 | Zig:18   | Killed a caustic shrike
195852 | Zig:18   | Noticed a caustic shrike
195854 | Zig:18   | Killed a caustic shrike
195856 | Zig:18   | Noticed a caustic shrike
195856 | Zig:18   | Noticed a dread lich
195857 | Zig:18   | Killed a dread lich
195857 | Zig:18   | Noticed a caustic shrike
195858 | Zig:18   | Killed a caustic shrike
195858 | Zig:18   | Killed a caustic shrike
195861 | Zig:18   | Noticed a caustic shrike
195867 | Zig:18   | Killed a caustic shrike
196294 | Zig:18   | Identified the staff of air "Gutirhyth" {rElec rC++}
196375 | Zig:19   | Entered Level 19 of a ziggurat
196379 | Zig:19   | Noticed Kucykkydd's ghost (legendary MiFi)
196379 | Zig:19   | Noticed lmSkywalker's ghost (adept DrTm)
196379 | Zig:19   | Noticed Haitsiopt's ghost (legendary DsGl)
196379 | Zig:19   | Noticed a curse toe
196379 | Zig:19   | Noticed EricTams's ghost (veteran MiBe)
196379 | Zig:19   | Noticed Kalug's ghost (legendary DrFi)
196379 | Zig:19   | Noticed sleeves's ghost (legendary DsFi)
196379 | Zig:19   | Noticed BoringLoser's ghost (veteran TeAE)
196379 | Zig:19   | Noticed Zachydoop's ghost (veteran MiGl)
196379 | Zig:19   | Noticed Xutext's ghost (adept DsAK)
196379 | Zig:19   | Noticed reasonance's ghost (legendary HOMo)
196380 | Zig:19   | Noticed BerryKnight's ghost (legendary DgFi)
196380 | Zig:19   | Noticed Kufiz's ghost (master GrCK)
196380 | Zig:19   | Noticed Pohawk's ghost (adept MiGl)
196381 | Zig:19   | Killed a curse toe
196381 | Zig:19   | Killed Xutext's ghost
196381 | Zig:19   | Noticed Alysiarr's ghost (legendary KoHu)
196381 | Zig:19   | Noticed ragingrage's ghost (legendary OpFE)
196382 | Zig:19   | Killed Pohawk's ghost
196382 | Zig:19   | Noticed Sext's ghost (legendary MiFi)
196384 | Zig:19   | Noticed Sext's ghost (legendary MiFi)
196384 | Zig:19   | Noticed Qeilemp's ghost (legendary HOFi)
196400 | Zig:19   | Noticed thechecker02's ghost (master DDFi)
196400 | Zig:19   | Noticed Motirgh's ghost (legendary DgHW)
196402 | Zig:19   | Noticed Unuchuin's ghost (legendary GnFi)
196402 | Zig:19   | Noticed deprived's ghost (legendary HOFi)
196403 | Zig:19   | Killed Kalug's ghost
196403 | Zig:19   | Killed BoringLoser's ghost
196403 | Zig:19   | Killed sleeves's ghost
196403 | Zig:19   | Killed BerryKnight's ghost
196403 | Zig:19   | Killed Haitsiopt's ghost
196403 | Zig:19   | Killed lmSkywalker's ghost
196403 | Zig:19   | Killed Kufiz's ghost
196404 | Zig:19   | Killed EricTams's ghost
196404 | Zig:19   | Killed ragingrage's ghost
196404 | Zig:19   | Killed Qeilemp's ghost
196404 | Zig:19   | Killed Alysiarr's ghost
196404 | Zig:19   | Killed reasonance's ghost
196405 | Zig:19   | Killed Sext's ghost
196405 | Zig:19   | Noticed Huju's ghost (legendary HOFi)
196405 | Zig:19   | Noticed Sext's ghost (legendary MiFi)
196405 | Zig:19   | Noticed Huju's ghost (legendary HOFi)
196406 | Zig:19   | Noticed Dameikh's ghost (veteran FoFi)
196406 | Zig:19   | Killed thechecker02's ghost
196406 | Zig:19   | Killed deprived's ghost
196407 | Zig:19   | Noticed Zoplarin's ghost (legendary BaSk)
196407 | Zig:19   | Killed Motirgh's ghost
196408 | Zig:19   | Noticed Likado's ghost (legendary GnSk)
196408 | Zig:19   | Noticed Giojuova's ghost (legendary GnBe)
196408 | Zig:19   | Noticed Nenig's ghost (legendary GnFi)
196408 | Zig:19   | Noticed Qupubruts's ghost (master HOFi)
196408 | Zig:19   | Noticed Hacvoq's ghost (legendary HOFi)
196408 | Zig:19   | Noticed Xuqyot's ghost (legendary DsFi)
196408 | Zig:19   | Noticed ragingrage's ghost (legendary OpFE)
196408 | Zig:19   | Killed Unuchuin's ghost
196408 | Zig:19   | Noticed strangelove's ghost (master GrEE)
196408 | Zig:19   | Noticed Hillam's ghost (legendary DsTm)
196409 | Zig:19   | Noticed Rueful's ghost (legendary TrWr)
196409 | Zig:19   | Noticed Alysiarr's ghost (legendary KoHu)
196409 | Zig:19   | Noticed Dittersdorf's ghost (legendary MiBe)
196409 | Zig:19   | Noticed Fugi's ghost (legendary FoFi)
196409 | Zig:19   | Noticed Janeylunn's ghost (veteran GnWn)
196409 | Zig:19   | Noticed Ekeiwkem's ghost (legendary DsFi)
196409 | Zig:19   | Noticed thechecker02's ghost (master DDFi)
196409 | Zig:19   | Noticed Qupubruts's ghost (master HOFi)
196409 | Zig:19   | Noticed Pusocauss's ghost (legendary VSBe)
196409 | Zig:19   | Noticed scarywalker64's ghost (legendary GrEE)
196409 | Zig:19   | Noticed Qupubruts's ghost (master HOFi)
196409 | Zig:19   | Noticed ragingrage's ghost (legendary OpFE)
196409 | Zig:19   | Noticed Kucykkydd's ghost (legendary MiFi)
196409 | Zig:19   | Noticed Wammos's ghost (legendary TeCj)
196409 | Zig:19   | Noticed MrChinwatt's ghost (legendary DsWn)
196409 | Zig:19   | Noticed Pusocauss's ghost (legendary VSBe)
196409 | Zig:19   | Noticed Qeilemp's ghost (legendary HOFi)
196409 | Zig:19   | Noticed lmSkywalker's ghost (adept DrTm)
196409 | Zig:19   | Noticed sleeves's ghost (legendary HuSk)
196409 | Zig:19   | Noticed Rueful's ghost (legendary TrWr)
196409 | Zig:19   | Noticed a curse toe
196409 | Zig:19   | Noticed Xatwola's ghost (legendary DDFi)
196409 | Zig:19   | Noticed corvin's ghost (legendary OgWn)
196409 | Zig:19   | Noticed Hewasun's ghost (legendary MiBe)
196409 | Zig:19   | Noticed Gemnonof's ghost (adept DgCj)
196409 | Zig:19   | Noticed Kucykkydd's ghost (legendary MiFi)
196409 | Zig:19   | Noticed Zachydoop's ghost (veteran MiMo)
196409 | Zig:19   | Noticed astronautguy's ghost (legendary FoEE)
196409 | Zig:19   | Noticed Pohawk's ghost (adept MiGl)
196409 | Zig:19   | Noticed frimble's ghost (legendary GrFi)
196409 | Zig:19   | Noticed Zeph's ghost (adept NaFi)
196409 | Zig:19   | Noticed WeeknightWizard's ghost (veteran DEFE)
196410 | Zig:19   | Noticed Diezoyro's ghost (legendary DDNe)
196410 | Zig:19   | Noticed Kalug's ghost (legendary DrFi)
196410 | Zig:19   | Noticed Totuz's ghost (legendary HOFi)
196410 | Zig:19   | Noticed Pusocauss's ghost (legendary VSBe)
196410 | Zig:19   | Noticed Anafel's ghost (legendary GrFi)
196410 | Zig:19   | Noticed agentgt's ghost (legendary MiCK)
196410 | Zig:19   | Noticed thechecker02's ghost (master DDFi)
196411 | Zig:19   | Noticed Ikusitist's ghost (legendary NaFE)
196411 | Zig:19   | Noticed Rirumasy's ghost (legendary OpWn)
196411 | Zig:19   | Noticed Zonian's ghost (legendary HOFi)
196411 | Zig:19   | Noticed Hillam's ghost (legendary DsTm)
196411 | Zig:19   | Noticed Pusocauss's ghost (legendary VSBe)
196412 | Zig:19   | Noticed Becvyf's ghost (legendary GnFi)
196412 | Zig:19   | Noticed Zachydoop's ghost (veteran MiMo)
196412 | Zig:19   | Noticed a curse toe
196412 | Zig:19   | Noticed Fenir's ghost (legendary GnAE)
196413 | Zig:19   | Killed WeeknightWizard's ghost
196414 | Zig:19   | Noticed Wammos's ghost (legendary TeCj)
196414 | Zig:19   | Killed Zeph's ghost
196414 | Zig:19   | Killed Anafel's ghost
196414 | Zig:19   | Killed Hillam's ghost
196414 | Zig:19   | Killed Pusocauss's ghost
196414 | Zig:19   | Killed Gemnonof's ghost
196414 | Zig:19   | Killed Fugi's ghost
196414 | Zig:19   | Killed Wammos's ghost
196414 | Zig:19   | Killed Pusocauss's ghost
196415 | Zig:19   | Killed Qupubruts's ghost
196415 | Zig:19   | Killed agentgt's ghost
196415 | Zig:19   | Killed thechecker02's ghost
196415 | Zig:19   | Killed Pusocauss's ghost
196415 | Zig:19   | Killed a curse toe
196415 | Zig:19   | Killed Pohawk's ghost
196415 | Zig:19   | Killed Rueful's ghost
196415 | Zig:19   | Killed lmSkywalker's ghost
196415 | Zig:19   | Killed a curse toe
196415 | Zig:19   | Killed corvin's ghost
196415 | Zig:19   | Noticed blexxed's ghost (legendary DsFi)
196416 | Zig:19   | Killed Kucykkydd's ghost
196416 | Zig:19   | Killed Xuqyot's ghost
196416 | Zig:19   | Killed Nenig's ghost
196416 | Zig:19   | Killed Qeilemp's ghost
196416 | Zig:19   | Killed Hewasun's ghost
196416 | Zig:19   | Killed Xatwola's ghost
196416 | Zig:19   | Killed Qupubruts's ghost
196416 | Zig:19   | Killed Pusocauss's ghost
196416 | Zig:19   | Killed Ikusitist's ghost
196416 | Zig:19   | Killed Fenir's ghost
196417 | Zig:19   | Killed Zonian's ghost
196417 | Zig:19   | Killed Kalug's ghost
196417 | Zig:19   | Killed Zachydoop's ghost
196417 | Zig:19   | Killed Hillam's ghost
196417 | Zig:19   | Killed Wammos's ghost
196417 | Zig:19   | Killed blexxed's ghost
196417 | Zig:19   | Killed Becvyf's ghost
196417 | Zig:19   | Killed Janeylunn's ghost
196417 | Zig:19   | Killed Sext's ghost
196418 | Zig:19   | Killed ragingrage's ghost
196418 | Zig:19   | Killed Huju's ghost
196418 | Zig:19   | Killed sleeves's ghost
196418 | Zig:19   | Killed Sext's ghost
196418 | Zig:19   | Killed Qupubruts's ghost
196418 | Zig:19   | Killed Rueful's ghost
196418 | Zig:19   | Killed Dittersdorf's ghost
196418 | Zig:19   | Killed Kucykkydd's ghost
196418 | Zig:19   | Killed Alysiarr's ghost
196418 | Zig:19   | Killed Zoplarin's ghost
196418 | Zig:19   | Noticed frimble's ghost (adept DsGl)
196418 | Zig:19   | Noticed Xutext's ghost (adept DsAK)
196419 | Zig:19   | Killed Giojuova's ghost
196419 | Zig:19   | Killed Zachydoop's ghost
196419 | Zig:19   | Killed astronautguy's ghost
196419 | Zig:19   | Killed MrChinwatt's ghost
196419 | Zig:19   | Killed Totuz's ghost
196419 | Zig:19   | Killed thechecker02's ghost
196419 | Zig:19   | Noticed grandjackal's ghost (legendary DsGl)
196419 | Zig:19   | Noticed Nenig's ghost (legendary GnFi)
196419 | Zig:19   | Noticed Wammos's ghost (legendary TeCj)
196419 | Zig:19   | Noticed GlasyaLabolas's ghost (legendary MiFi)
196419 | Zig:19   | Noticed sleeves's ghost (legendary HuEE)
196420 | Zig:19   | Killed Ekeiwkem's ghost
196420 | Zig:19   | Killed scarywalker64's ghost
196420 | Zig:19   | Killed Dameikh's ghost
196420 | Zig:19   | Killed Huju's ghost
196420 | Zig:19   | Killed strangelove's ghost
196420 | Zig:19   | Killed Rirumasy's ghost
196420 | Zig:19   | Noticed a curse toe
196421 | Zig:19   | Noticed Hacvoq's ghost (legendary HOFi)
196421 | Zig:19   | Noticed melllvar's ghost (legendary MiBe)
196422 | Zig:19   | Noticed andrewp's ghost (veteran MiBe)
196422 | Zig:19   | Noticed scarywalker64's ghost (legendary GrEE)
196422 | Zig:19   | Noticed Ycuhohed's ghost (veteran TeBe)
196422 | Zig:19   | Noticed Hacvoq's ghost (legendary HOFi)
196422 | Zig:19   | Noticed Shayle's ghost (legendary GnHW)
196422 | Zig:19   | Noticed Haitsiopt's ghost (legendary DsGl)
196423 | Zig:19   | Noticed Gucom's ghost (veteran GnFi)
196423 | Zig:19   | Noticed Xatwola's ghost (legendary DDFi)
196423 | Zig:19   | Noticed Qatinlae's ghost (veteran DEFE)
196423 | Zig:19   | Noticed stevelinton's ghost (legendary KoBe)
196424 | Zig:19   | Killed frimble's ghost
196424 | Zig:19   | Killed Xutext's ghost
196425 | Zig:19   | Killed frimble's ghost
196425 | Zig:19   | Killed grandjackal's ghost
196425 | Zig:19   | Killed Nenig's ghost
196425 | Zig:19   | Killed a curse toe
196425 | Zig:19   | Noticed xzight's ghost (legendary MiBe)
196425 | Zig:19   | Noticed Piginabag's ghost (legendary DsSk)
196426 | Zig:19   | Killed ragingrage's ghost
196426 | Zig:19   | Killed Ycuhohed's ghost
196426 | Zig:19   | Killed sleeves's ghost
196426 | Zig:19   | Killed scarywalker64's ghost
196426 | Zig:19   | Killed Gucom's ghost
196426 | Zig:19   | Killed Wammos's ghost
196426 | Zig:19   | Killed Qatinlae's ghost
196426 | Zig:19   | Noticed Viocziel's ghost (adept TrMo)
196426 | Zig:19   | Noticed stevelinton's ghost (legendary KoBe)
196426 | Zig:19   | Noticed thechecker02's ghost (legendary DDFi)
196426 | Zig:19   | Noticed Fugi's ghost (legendary FoFi)
196426 | Zig:19   | Noticed Xocw's ghost (legendary GrMo)
196426 | Zig:19   | Noticed Waohesse's ghost (legendary VSFi)
196426 | Zig:19   | Noticed Hillam's ghost (legendary DsTm)
196426 | Zig:19   | Noticed Fenir's ghost (legendary GnAE)
196427 | Zig:19   | Noticed lukano's ghost (legendary GrFi)
196428 | Zig:19   | Noticed Godueg's ghost (veteran HOFi)
196428 | Zig:19   | Killed GlasyaLabolas's ghost
196428 | Zig:19   | Killed Kucykkydd's ghost
196428 | Zig:19   | Noticed thechecker02's ghost (master DDFi)
196428 | Zig:19   | Noticed astronautguy's ghost (legendary FoEE)
196428 | Zig:19   | Noticed BoringLoser's ghost (veteran TeAE)
196429 | Zig:19   | Noticed Wammos's ghost (legendary TeCj)
196429 | Zig:19   | Noticed Piginabag's ghost (legendary DsSk)
196429 | Zig:19   | Noticed astronautguy's ghost (master DEFE)
196429 | Zig:19   | Noticed Hacvoq's ghost (legendary HOFi)
196429 | Zig:19   | Noticed Piginabag's ghost (veteran GnMo)
196429 | Zig:19   | Noticed sleeves's ghost (legendary HuSk)
196429 | Zig:19   | Noticed Rocah's ghost (veteran GrFi)
196429 | Zig:19   | Noticed thechecker02's ghost (legendary DDFi)
196429 | Zig:19   | Noticed Ucrups's ghost (legendary MiFi)
196429 | Zig:19   | Noticed Veodywke's ghost (legendary MiBe)
196429 | Zig:19   | Noticed Xutext's ghost (adept DsAK)
196429 | Zig:19   | Killed stevelinton's ghost
196429 | Zig:19   | Killed Hacvoq's ghost
196429 | Zig:19   | Noticed frimble's ghost (legendary DsFi)
196429 | Zig:19   | Noticed grandjackal's ghost (legendary DsGl)
196430 | Zig:19   | Noticed yaoilover's ghost (veteran MiBe)
196430 | Zig:19   | Noticed reasonance's ghost (legendary HOMo)
196430 | Zig:19   | Noticed Xorhowon's ghost (legendary MiBe)
196430 | Zig:19   | Noticed Giojuova's ghost (legendary GnBe)
196430 | Zig:19   | Noticed Zonian's ghost (legendary HOFi)
196430 | Zig:19   | Noticed Zachydoop's ghost (veteran MiGl)
196430 | Zig:19   | Noticed frimble's ghost (adept DsGl)
196430 | Zig:19   | Noticed meatyocre's ghost (veteran TrFi)
196430 | Zig:19   | Noticed Ubraesch's ghost (adept TrMo)
196430 | Zig:19   | Noticed Kalug's ghost (legendary DrFi)
196430 | Zig:19   | Noticed agentgt's ghost (legendary MiCK)
196430 | Zig:19   | Killed Xatwola's ghost
196430 | Zig:19   | Noticed corvin's ghost (legendary OgWn)
196431 | Zig:19   | Noticed ragingrage's ghost (legendary OpFE)
196431 | Zig:19   | Killed Hacvoq's ghost
196431 | Zig:19   | Killed Fenir's ghost
196431 | Zig:19   | Killed andrewp's ghost
196431 | Zig:19   | Killed xzight's ghost
196431 | Zig:19   | Noticed Kalug's ghost (legendary DrFi)
196432 | Zig:19   | Noticed lukano's ghost (legendary GrFi)
196432 | Zig:19   | Killed thechecker02's ghost
196432 | Zig:19   | Killed astronautguy's ghost
196432 | Zig:19   | Killed BoringLoser's ghost
196432 | Zig:19   | Killed Fugi's ghost
196432 | Zig:19   | Killed lukano's ghost
196432 | Zig:19   | Killed Waohesse's ghost
196432 | Zig:19   | Killed Rocah's ghost
196432 | Zig:19   | Killed melllvar's ghost
196432 | Zig:19   | Killed Wammos's ghost
196432 | Zig:19   | Killed thechecker02's ghost
196432 | Zig:19   | Killed frimble's ghost
196432 | Zig:19   | Noticed Boduf's ghost (legendary FoHu)
196433 | Zig:19   | Killed Piginabag's ghost
196433 | Zig:19   | Killed Hillam's ghost
196433 | Zig:19   | Killed Shayle's ghost
196433 | Zig:19   | Killed astronautguy's ghost
196433 | Zig:19   | Killed Piginabag's ghost
196433 | Zig:19   | Killed Diezoyro's ghost
196433 | Zig:19   | Killed thechecker02's ghost
196433 | Zig:19   | Killed Xocw's ghost
196433 | Zig:19   | Killed Ubraesch's ghost
196433 | Zig:19   | Killed ragingrage's ghost
196433 | Zig:19   | Killed Piginabag's ghost
196433 | Zig:19   | Killed corvin's ghost
196433 | Zig:19   | Noticed a curse toe
196434 | Zig:19   | Killed grandjackal's ghost
196434 | Zig:19   | Killed Kalug's ghost
196434 | Zig:19   | Killed Hacvoq's ghost
196434 | Zig:19   | Killed Xutext's ghost
196434 | Zig:19   | Killed Likado's ghost
196434 | Zig:19   | Killed Zachydoop's ghost
196434 | Zig:19   | Killed yaoilover's ghost
196434 | Zig:19   | Noticed astronautguy's ghost (master DEFE)
196434 | Zig:19   | Noticed Qatinlae's ghost (veteran DEFE)
196434 | Zig:19   | Noticed Nenig's ghost (legendary GnFi)
196434 | Zig:19   | Noticed Xutext's ghost (adept DsAK)
196435 | Zig:19   | Noticed Motirgh's ghost (legendary DgHW)
196436 | Zig:19   | Noticed Veodywke's ghost (legendary MiBe)
196436 | Zig:19   | Noticed BoringLoser's ghost (veteran TeAE)
196436 | Zig:19   | Killed agentgt's ghost
196436 | Zig:19   | Killed Godueg's ghost
196437 | Zig:19   | Noticed Motirgh's ghost (legendary DgHW)
196437 | Zig:19   | Killed Giojuova's ghost
196437 | Zig:19   | Killed Kalug's ghost
196437 | Zig:19   | Killed sleeves's ghost
196437 | Zig:19   | Killed frimble's ghost
196437 | Zig:19   | Killed Veodywke's ghost
196437 | Zig:19   | Noticed Boduf's ghost (legendary FoHu)
196438 | Zig:19   | Noticed Viugiw's ghost (legendary TeBe)
196438 | Zig:19   | Killed reasonance's ghost
196438 | Zig:19   | Killed meatyocre's ghost
196438 | Zig:19   | Killed Qatinlae's ghost
196438 | Zig:19   | Killed Xutext's ghost
196438 | Zig:19   | Killed lukano's ghost
196438 | Zig:19   | Killed Zachydoop's ghost
196438 | Zig:19   | Killed Xorhowon's ghost
196438 | Zig:19   | Killed Zonian's ghost
196438 | Zig:19   | Killed Viocziel's ghost
196438 | Zig:19   | Killed a curse toe
196438 | Zig:19   | Killed Hacvoq's ghost
196439 | Zig:19   | Killed Boduf's ghost
196439 | Zig:19   | Noticed Himmaryad's ghost (adept TrMo)
196440 | Zig:19   | Killed BoringLoser's ghost
196440 | Zig:19   | Noticed a curse toe
196441 | Zig:19   | Killed Nenig's ghost
196441 | Zig:19   | Killed Veodywke's ghost
196441 | Zig:19   | Killed stevelinton's ghost
196441 | Zig:19   | Noticed Himmaryad's ghost (adept TrMo)
196442 | Zig:19   | Killed astronautguy's ghost
196442 | Zig:19   | Killed Haitsiopt's ghost
196442 | Zig:19   | Killed Himmaryad's ghost
196442 | Zig:19   | Killed Viugiw's ghost
196442 | Zig:19   | Noticed a curse toe
196443 | Zig:19   | Killed Motirgh's ghost
196443 | Zig:19   | Killed Himmaryad's ghost
196443 | Zig:19   | Killed Ucrups's ghost
196450 | Zig:19   | Killed a curse toe
196451 | Zig:19   | Killed Boduf's ghost
196451 | Zig:19   | Killed Motirgh's ghost
196452 | Zig:19   | Killed a curse toe
196497 | Zig:19   | Identified the +6 spear of the Blowfly {heavy, Str+3}
196498 | Zig:19   | Identified the +5 scimitar "Rextitzou" {holy, rElec rPois
                  | rF+++ Stlth-}
196499 | Zig:19   | Identified the staff of conjuration "Pycw" {rF+ rN+}
196509 | Zig:19   | Identified the staff of conjuration "Ximmag" {Int+5}
196510 | Zig:19   | Identified the +0 dagger of Mastery {spect, rF+ Int+3}
196919 | Zig:20   | Entered Level 20 of a ziggurat
196964 | Zig:20   | Found the +5 robe of Misfortune {Harm *Corrode *Slow EV+5}
196990 | Zig:20   | Identified the +0 ring mail "Dalis" {-Tele rElec rN+}
197636 | Zig:20   | Identified the +8 short sword of Twilight {freeze, Str+3}
197644 | Zig:20   | Identified the +2 mace of the Other Side {heavy, rF+ Str+3
                  | Int-4}
197647 | Zig:20   | Identified the staff of death "Xuroutut" {rN+ MP+9 Int+4
                  | SInv}
197653 | Zig:20   | Identified the +7 dagger "Giant's Doom" {holy, Will+}
197696 | Zig:20   | Identified the ring of Pemecix {rC+ Int+6}
197763 | Zig:21   | Entered Level 21 of a ziggurat
197898 | Zig:21   | Identified the +3 chain mail of the Raven {rElec Will+++
                  | Dex-5 Stlth+}
197906 | Zig:21   | Identified the +0 robe of the Devil's Advocate {*Slow Fly
                  | rPois Str+4}
197907 | Zig:21   | Identified the +0 pair of gloves of Lucidity {Str+3}
197912 | Zig:21   | Identified the staff of poison "Efeffeawn" {rPois rC+}
197915 | Zig:21   | Identified the +6 longbow of Icoug {drain, rC+}
197916 | Zig:21   | Identified the +3 broad axe "Haefemu" {heavy, rElec}
198662 | Zig:22   | Entered Level 22 of a ziggurat
198831 | Zig:22   | Identified the +0 dire flail of Iconoclasm {freeze, rF-
                  | rN++ Dex+3}
198834 | Zig:22   | Identified the ring "Daekh" {rCorr MP+9 Str+3 Dex+3}
198847 | Zig:22   | Identified the amulet "Qobbubon" {RegenMP rC- rN+++}
198851 | Zig:22   | Identified the staff of fire "Byizeweg" {rF+ Will++ Int-5
                  | SInv}
198854 | Zig:22   | Identified the ring "Huizaseo" {rF+ SInv}
198860 | Zig:22   | Identified the amulet "Neepoam" {Regen+ Int+5}
198863 | Zig:22   | Identified the +3 hand crossbow of Misery {drain, Str+5}
198867 | Zig:22   | Identified the +3 ring mail "Gafac" {rPois}
198876 | Zig:22   | Identified the +9 rapier of Okoxt {heavy, *Noise rElec
                  | rPois Stlth+}
198886 | Zig:22   | Identified the +9 arbalest of Dissent {penet, Int+5}
198902 | Zig:22   | Identified the +0 leather armour of Sloth {-Tele Str+2
                  | Dex+3}
198908 | Zig:22   | Identified the +9 shortbow of the Briny Deep {drain, rC+
                  | rN++ Str+9 Stlth-}
198914 | Zig:22   | Identified the ring "Duppovvo" {Will+ SInv}
198925 | Zig:22   | Identified the +0 plate armour of Lixtohu {+Blink rCorr
                  | Dex-5}
199560 | Zig:22   | Acquired 290 gold pieces
199571 | Zig:23   | Entered Level 23 of a ziggurat
199675 | Zig:23   | Identified the +2 demon blade "Jelay" {elec, rC+ Dex+3}
199678 | Zig:23   | Identified the +3 falchion of the Penguin {freeze, *Noise
                  | SInv Stlth+}
199687 | Zig:23   | Identified the ring "Kieriwa" {Ice Will+ Str+2 Int+3}
199693 | Zig:23   | Identified the +5 war axe of Disgust {flame, rC+}
199704 | Zig:23   | Identified the +2 longbow "Muloefer" {drain, rN+ Will-
                  | rCorr}
199706 | Zig:23   | Identified the +10 plate armour of Cowardice {MP+9}
199707 | Zig:23   | Identified the +2 buckler "Xadghopun" {rC+ SInv}
199714 | Zig:23   | Identified the staff of earth "Zukaxt" {rN+}
199718 | Zig:23   | Identified the +0 ring mail of Submission {rPois rF+ rC-
                  | Slay+2}
199734 | Zig:23   | Identified the ring "Wusur" {Wiz rElec Dex+4}
199742 | Zig:23   | Identified the staff of poison "Oseh" {rElec rPois rC+
                  | SInv}
199760 | Zig:23   | Identified the staff of death "Beget Zoo" {Fragile +Blink
                  | rElec rN+ rCorr}
199764 | Zig:23   | Identified the ring of Haex Huu {Contam rPois Will+ SInv}
199782 | Zig:23   | Identified the +5 pair of boots "Doyss" {rC+ Str+3 Dex-2}
199804 | Zig:23   | Identified the +0 pair of gloves "Hikhiruith" {rC+ Dex+3}
199844 | Zig:23   | Identified the ring of Fragile Peace {rF+ Will+ MP+9}
200465 | Zig:23   | Identified the +1 great sword of Suavien {flame, *Rage
                  | rElec Will+ Dex+4}
200466 | Zig:23   | Identified the staff of poison "Onoc" {rPois rN+ MP+9
                  | Str-3}
200479 | Zig:24   | Entered Level 24 of a ziggurat
200481 | Zig:24   | Noticed Mugosot the pandemonium lord
200481 | Zig:24   | Noticed Petenyaff the pandemonium lord
200481 | Zig:24   | Noticed Quvoemni the pandemonium lord
200481 | Zig:24   | Noticed Pucrak the pandemonium lord
200481 | Zig:24   | Noticed a Killer Klown
200481 | Zig:24   | Noticed Sodwemmao the pandemonium lord
200482 | Zig:24   | Killed Petenyaff the pandemonium lord
200483 | Zig:24   | Noticed Agen the pandemonium lord
200483 | Zig:24   | Noticed Ademoew the pandemonium lord
200483 | Zig:24   | Noticed Poelauq the pandemonium lord
200483 | Zig:24   | Noticed Zustuy the pandemonium lord
200483 | Zig:24   | Noticed Joafiuw the pandemonium lord
200483 | Zig:24   | Noticed Puquc the pandemonium lord
200483 | Zig:24   | Noticed Urghomeann the pandemonium lord
200483 | Zig:24   | Noticed Gibb the pandemonium lord
200484 | Zig:24   | Noticed a Killer Klown
200484 | Zig:24   | Noticed Osaihava the pandemonium lord
200484 | Zig:24   | Noticed Inohy the pandemonium lord
200484 | Zig:24   | Noticed Welitwif the pandemonium lord
200484 | Zig:24   | Killed a Killer Klown
200485 | Zig:24   | Noticed Baf Yfiv the pandemonium lord
200485 | Zig:24   | Noticed a Killer Klown
200485 | Zig:24   | Noticed Nututux the pandemonium lord
200486 | Zig:24   | Killed Quvoemni the pandemonium lord
200486 | Zig:24   | Killed Mugosot the pandemonium lord
200486 | Zig:24   | Killed Puquc the pandemonium lord
200486 | Zig:24   | Killed Sodwemmao the pandemonium lord
200486 | Zig:24   | Killed Pucrak the pandemonium lord
200486 | Zig:24   | Killed a Killer Klown
200486 | Zig:24   | Noticed Quommoeh the pandemonium lord
200486 | Zig:24   | Noticed a Killer Klown
200486 | Zig:24   | Noticed Wosyps the pandemonium lord
200487 | Zig:24   | Noticed Toceex the pandemonium lord
200487 | Zig:24   | Noticed Duzizebb the pandemonium lord
200487 | Zig:24   | Noticed Pueczush the pandemonium lord
200487 | Zig:24   | Noticed Dasut the pandemonium lord
200487 | Zig:24   | Noticed Qetydgh the pandemonium lord
200487 | Zig:24   | Noticed Byurph the pandemonium lord
200488 | Zig:24   | Killed Agen the pandemonium lord
200488 | Zig:24   | Killed Joafiuw the pandemonium lord
200488 | Zig:24   | Killed Poelauq the pandemonium lord
200488 | Zig:24   | Killed a Killer Klown
200488 | Zig:24   | Killed Welitwif the pandemonium lord
200488 | Zig:24   | Killed a Killer Klown
200488 | Zig:24   | Killed Inohy the pandemonium lord
200488 | Zig:24   | Killed Baf Yfiv the pandemonium lord
200488 | Zig:24   | Killed Gibb the pandemonium lord
200488 | Zig:24   | Killed Zustuy the pandemonium lord
200488 | Zig:24   | Killed Ademoew the pandemonium lord
200488 | Zig:24   | Killed Osaihava the pandemonium lord
200488 | Zig:24   | Noticed Qocoef Jifudgh the pandemonium lord
200488 | Zig:24   | Noticed Keiqas the pandemonium lord
200488 | Zig:24   | Noticed Roshrif the pandemonium lord
200489 | Zig:24   | Noticed Locwi the pandemonium lord
200489 | Zig:24   | Noticed Aweomoplu the pandemonium lord
200489 | Zig:24   | Noticed Xaifobut the pandemonium lord
200489 | Zig:24   | Noticed Heinua the pandemonium lord
200489 | Zig:24   | Noticed Nisearuc the pandemonium lord
200489 | Zig:24   | Noticed Afadotex the pandemonium lord
200489 | Zig:24   | Killed Nututux the pandemonium lord
200489 | Zig:24   | Noticed a Killer Klown
200490 | Zig:24   | Noticed Loureudd the pandemonium lord
200490 | Zig:24   | Noticed Qaxot the pandemonium lord
200490 | Zig:24   | Noticed Boytrelon the pandemonium lord
200490 | Zig:24   | Noticed Atolixin the pandemonium lord
200490 | Zig:24   | Noticed a Killer Klown
200490 | Zig:24   | Noticed Nuziemic the pandemonium lord
200490 | Zig:24   | Noticed Ujinemik the pandemonium lord
200490 | Zig:24   | Noticed Reedus the pandemonium lord
200490 | Zig:24   | Noticed Ingoat the pandemonium lord
200491 | Zig:24   | Noticed Ellauh the pandemonium lord
200491 | Zig:24   | Noticed Raruuvie the pandemonium lord
200491 | Zig:24   | Killed Wosyps the pandemonium lord
200491 | Zig:24   | Killed Dasut the pandemonium lord
200491 | Zig:24   | Killed Locwi the pandemonium lord
200491 | Zig:24   | Killed Pueczush the pandemonium lord
200491 | Zig:24   | Killed Keiqas the pandemonium lord
200491 | Zig:24   | Killed Quommoeh the pandemonium lord
200491 | Zig:24   | Killed Duzizebb the pandemonium lord
200491 | Zig:24   | Killed Urghomeann the pandemonium lord
200491 | Zig:24   | Killed Roshrif the pandemonium lord
200491 | Zig:24   | Killed Loureudd the pandemonium lord
200491 | Zig:24   | Noticed Venyluodd the pandemonium lord
200491 | Zig:24   | Noticed Nofoaxez the pandemonium lord
200491 | Zig:24   | Noticed a Killer Klown
200492 | Zig:24   | Noticed Xawos the pandemonium lord
200492 | Zig:24   | Killed Qetydgh the pandemonium lord
200492 | Zig:24   | Killed Nisearuc the pandemonium lord
200492 | Zig:24   | Killed a Killer Klown
200492 | Zig:24   | Killed Reedus the pandemonium lord
200492 | Zig:24   | Killed Atolixin the pandemonium lord
200492 | Zig:24   | Killed Toceex the pandemonium lord
200493 | Zig:24   | Noticed Qupe the pandemonium lord
200493 | Zig:24   | Killed Ujinemik the pandemonium lord
200493 | Zig:24   | Killed Qocoef Jifudgh the pandemonium lord
200493 | Zig:24   | Noticed a Killer Klown
200493 | Zig:24   | Noticed Uhajusk the pandemonium lord
200494 | Zig:24   | Noticed Gefaiqot the pandemonium lord
200494 | Zig:24   | Noticed Nyimaykk the pandemonium lord
200495 | Zig:24   | Killed Afadotex the pandemonium lord
200495 | Zig:24   | Killed Nuziemic the pandemonium lord
200495 | Zig:24   | Killed Qaxot the pandemonium lord
200495 | Zig:24   | Killed Byurph the pandemonium lord
200495 | Zig:24   | Killed a Killer Klown
200495 | Zig:24   | Killed Aweomoplu the pandemonium lord
200496 | Zig:24   | Killed Ingoat the pandemonium lord
200496 | Zig:24   | Killed a Killer Klown
200496 | Zig:24   | Killed Xaifobut the pandemonium lord
200496 | Zig:24   | Killed Qupe the pandemonium lord
200496 | Zig:24   | Killed Nyimaykk the pandemonium lord
200497 | Zig:24   | Killed Gefaiqot the pandemonium lord
200497 | Zig:24   | Killed Ellauh the pandemonium lord
200497 | Zig:24   | Noticed Jeplalac the pandemonium lord
200497 | Zig:24   | Noticed Heulaas the pandemonium lord
200497 | Zig:24   | Noticed Riphystrotro the pandemonium lord
200497 | Zig:24   | Noticed Yrruc the pandemonium lord
200497 | Zig:24   | Noticed Daecudo the pandemonium lord
200498 | Zig:24   | Noticed Jasishu the pandemonium lord
200498 | Zig:24   | Noticed a Killer Klown
200498 | Zig:24   | Noticed Osusod the pandemonium lord
200498 | Zig:24   | Noticed Zeiher Mudod the pandemonium lord
200498 | Zig:24   | Noticed Cuockap the pandemonium lord
200498 | Zig:24   | Noticed Ylent the pandemonium lord
200498 | Zig:24   | Noticed a Killer Klown
200498 | Zig:24   | Noticed Vaifraic the pandemonium lord
200498 | Zig:24   | Noticed Qesket the pandemonium lord
200498 | Zig:24   | Noticed a Killer Klown
200499 | Zig:24   | Noticed Keonarchone the pandemonium lord
200499 | Zig:24   | Noticed Zeops the pandemonium lord
200499 | Zig:24   | Killed Boytrelon the pandemonium lord
200499 | Zig:24   | Killed a Killer Klown
200499 | Zig:24   | Killed a Killer Klown
200499 | Zig:24   | Killed Raruuvie the pandemonium lord
200499 | Zig:24   | Noticed Pommyof the pandemonium lord
200501 | Zig:24   | Killed Jeplalac the pandemonium lord
200501 | Zig:24   | Killed Daecudo the pandemonium lord
200501 | Zig:24   | Killed Uhajusk the pandemonium lord
200501 | Zig:24   | Killed a Killer Klown
200501 | Zig:24   | Killed Xawos the pandemonium lord
200501 | Zig:24   | Killed Yrruc the pandemonium lord
200501 | Zig:24   | Noticed Wuss the pandemonium lord
200501 | Zig:24   | Noticed Qoohum the pandemonium lord
200501 | Zig:24   | Noticed Hihyigeg the pandemonium lord
200502 | Zig:24   | Killed Jasishu the pandemonium lord
200502 | Zig:24   | Killed Ylent the pandemonium lord
200502 | Zig:24   | Killed Nofoaxez the pandemonium lord
200502 | Zig:24   | Killed Riphystrotro the pandemonium lord
200502 | Zig:24   | Killed Venyluodd the pandemonium lord
200502 | Zig:24   | Killed Heulaas the pandemonium lord
200502 | Zig:24   | Killed Zeops the pandemonium lord
200502 | Zig:24   | Killed Vaifraic the pandemonium lord
200502 | Zig:24   | Noticed Cibb the pandemonium lord
200502 | Zig:24   | Noticed Yxal Wes the pandemonium lord
200503 | Zig:24   | Noticed a Killer Klown
200503 | Zig:24   | Noticed Celiph the pandemonium lord
200503 | Zig:24   | Noticed Bytem the pandemonium lord
200503 | Zig:24   | Noticed Mekh the pandemonium lord
200503 | Zig:24   | Noticed a Killer Klown
200503 | Zig:24   | Killed Pommyof the pandemonium lord
200503 | Zig:24   | Noticed Yryliaf the pandemonium lord
200503 | Zig:24   | Noticed a Killer Klown
200504 | Zig:24   | Noticed Xacura the pandemonium lord
200504 | Zig:24   | Noticed Duer the pandemonium lord
200504 | Zig:24   | Killed Osusod the pandemonium lord
200504 | Zig:24   | Killed Qesket the pandemonium lord
200504 | Zig:24   | Killed Duer the pandemonium lord
200504 | Zig:24   | Killed Wuss the pandemonium lord
200504 | Zig:24   | Noticed Segusi the pandemonium lord
200504 | Zig:24   | Noticed Cutul the pandemonium lord
200505 | Zig:24   | Killed Keonarchone the pandemonium lord
200505 | Zig:24   | Killed Celiph the pandemonium lord
200505 | Zig:24   | Killed Zeiher Mudod the pandemonium lord
200505 | Zig:24   | Noticed a Killer Klown
200505 | Zig:24   | Noticed Zeum the pandemonium lord
200505 | Zig:24   | Noticed a Killer Klown
200505 | Zig:24   | Killed a Killer Klown
200505 | Zig:24   | Killed a Killer Klown
200506 | Zig:24   | Noticed Femos the pandemonium lord
200506 | Zig:24   | Noticed Waicu the pandemonium lord
200506 | Zig:24   | Noticed Pogykaukh the pandemonium lord
200506 | Zig:24   | Noticed Cutuit the pandemonium lord
200506 | Zig:24   | Killed Cuockap the pandemonium lord
200506 | Zig:24   | Killed Cibb the pandemonium lord
200506 | Zig:24   | Killed Xacura the pandemonium lord
200506 | Zig:24   | Noticed Sihami the pandemonium lord
200506 | Zig:24   | Noticed Qatyk the pandemonium lord
200507 | Zig:24   | Noticed a Killer Klown
200507 | Zig:24   | Killed Qoohum the pandemonium lord
200507 | Zig:24   | Killed a Killer Klown
200507 | Zig:24   | Killed a Killer Klown
200507 | Zig:24   | Killed Yryliaf the pandemonium lord
200507 | Zig:24   | Killed a Killer Klown
200507 | Zig:24   | Killed Mekh the pandemonium lord
200507 | Zig:24   | Killed Yxal Wes the pandemonium lord
200507 | Zig:24   | Noticed Feuha the pandemonium lord
200507 | Zig:24   | Noticed Mugom the pandemonium lord
200508 | Zig:24   | Noticed Simuec the pandemonium lord
200508 | Zig:24   | Noticed Raeh the pandemonium lord
200508 | Zig:24   | Killed a Killer Klown
200508 | Zig:24   | Killed Pogykaukh the pandemonium lord
200508 | Zig:24   | Killed Cutul the pandemonium lord
200508 | Zig:24   | Killed Sihami the pandemonium lord
200508 | Zig:24   | Killed Hihyigeg the pandemonium lord
200508 | Zig:24   | Noticed Pususyry the pandemonium lord
200508 | Zig:24   | Noticed Geecett the pandemonium lord
200508 | Zig:24   | Noticed Vyx Xeih the pandemonium lord
200509 | Zig:24   | Killed Bytem the pandemonium lord
200509 | Zig:24   | Noticed Utaomon the pandemonium lord
200509 | Zig:24   | Noticed Lizied the pandemonium lord
200509 | Zig:24   | Noticed Vovvokk the pandemonium lord
200509 | Zig:24   | Noticed Upor Qub the pandemonium lord
200509 | Zig:24   | Noticed a Killer Klown
200509 | Zig:24   | Noticed Qankesm the pandemonium lord
200509 | Zig:24   | Noticed Jofenib the pandemonium lord
200510 | Zig:24   | Noticed Ujeihig the pandemonium lord
200510 | Zig:24   | Killed Zeum the pandemonium lord
200510 | Zig:24   | Killed Femos the pandemonium lord
200510 | Zig:24   | Noticed a Killer Klown
200510 | Zig:24   | Noticed Pamayw the pandemonium lord
200510 | Zig:24   | Noticed Deimnash the pandemonium lord
200510 | Zig:24   | Noticed Dexoc the pandemonium lord
200510 | Zig:24   | Noticed a Killer Klown
200511 | Zig:24   | Noticed Zukesam the pandemonium lord
200511 | Zig:24   | Killed Utaomon the pandemonium lord
200511 | Zig:24   | Killed Mugom the pandemonium lord
200511 | Zig:24   | Killed Lizied the pandemonium lord
200511 | Zig:24   | Killed a Killer Klown
200511 | Zig:24   | Killed Qankesm the pandemonium lord
200511 | Zig:24   | Noticed Iretut the pandemonium lord
200511 | Zig:24   | Noticed Vuk Sikk the pandemonium lord
200511 | Zig:24   | Noticed a Killer Klown
200512 | Zig:24   | Noticed Umoyneng the pandemonium lord
200512 | Zig:24   | Noticed Ypteuset the pandemonium lord
200512 | Zig:24   | Noticed a Killer Klown
200512 | Zig:24   | Noticed Omuw the pandemonium lord
200512 | Zig:24   | Killed Umoyneng the pandemonium lord
200512 | Zig:24   | Killed a Killer Klown
200512 | Zig:24   | Killed Feuha the pandemonium lord
200512 | Zig:24   | Killed Pamayw the pandemonium lord
200512 | Zig:24   | Killed Zukesam the pandemonium lord
200512 | Zig:24   | Killed Jofenib the pandemonium lord
200512 | Zig:24   | Noticed Onelocri the pandemonium lord
200512 | Zig:24   | Noticed Faat the pandemonium lord
200513 | Zig:24   | Noticed Hamny the pandemonium lord
200513 | Zig:24   | Killed Ypteuset the pandemonium lord
200513 | Zig:24   | Killed Omuw the pandemonium lord
200513 | Zig:24   | Killed Segusi the pandemonium lord
200513 | Zig:24   | Killed Dexoc the pandemonium lord
200513 | Zig:24   | Killed a Killer Klown
200513 | Zig:24   | Killed a Killer Klown
200513 | Zig:24   | Noticed a Killer Klown
200513 | Zig:24   | Noticed a Killer Klown
200513 | Zig:24   | Noticed Konwol the pandemonium lord
200513 | Zig:24   | Noticed Potowkecs the pandemonium lord
200513 | Zig:24   | Noticed Futzaob the pandemonium lord
200513 | Zig:24   | Noticed Leishyak the pandemonium lord
200514 | Zig:24   | Noticed Nustim the pandemonium lord
200514 | Zig:24   | Noticed Rimafiaq the pandemonium lord
200514 | Zig:24   | Noticed Foritime the pandemonium lord
200514 | Zig:24   | Noticed Etaitiv the pandemonium lord
200514 | Zig:24   | Killed Foritime the pandemonium lord
200514 | Zig:24   | Killed Vyx Xeih the pandemonium lord
200514 | Zig:24   | Killed Heinua the pandemonium lord
200514 | Zig:24   | Killed Iretut the pandemonium lord
200514 | Zig:24   | Killed a Killer Klown
200514 | Zig:24   | Killed a Killer Klown
200515 | Zig:24   | Noticed Qepreliv the pandemonium lord
200515 | Zig:24   | Noticed Amariosch the pandemonium lord
200515 | Zig:24   | Noticed Ylie the pandemonium lord
200515 | Zig:24   | Killed Etaitiv the pandemonium lord
200515 | Zig:24   | Killed Rimafiaq the pandemonium lord
200515 | Zig:24   | Killed Pususyry the pandemonium lord
200515 | Zig:24   | Killed Waicu the pandemonium lord
200515 | Zig:24   | Noticed Cado the pandemonium lord
200516 | Zig:24   | Noticed Ycsirghann the pandemonium lord
200517 | Zig:24   | Noticed Epehe the pandemonium lord
200517 | Zig:24   | Killed a Killer Klown
200526 | Zig:24   | Killed Vovvokk the pandemonium lord
200527 | Zig:24   | Killed Qepreliv the pandemonium lord
200530 | Zig:24   | Killed a Killer Klown
200530 | Zig:24   | Killed Amariosch the pandemonium lord
200533 | Zig:24   | Noticed Bilipixual the pandemonium lord
200535 | Zig:24   | Noticed Jagitoz the pandemonium lord
200535 | Zig:24   | Noticed Ucai the pandemonium lord
200535 | Zig:24   | Killed Simuec the pandemonium lord
200535 | Zig:24   | Killed Vuk Sikk the pandemonium lord
200535 | Zig:24   | Killed Ujeihig the pandemonium lord
200535 | Zig:24   | Killed Hamny the pandemonium lord
200535 | Zig:24   | Killed Nustim the pandemonium lord
200535 | Zig:24   | Noticed Fuankaon the pandemonium lord
200538 | Zig:24   | Noticed Goulipla the pandemonium lord
200538 | Zig:24   | Noticed a Killer Klown
200538 | Zig:24   | Noticed Fifin the pandemonium lord
200538 | Zig:24   | Noticed Fugoysk the pandemonium lord
200538 | Zig:24   | Noticed a Killer Klown
200538 | Zig:24   | Killed Ucai the pandemonium lord
200539 | Zig:24   | Killed Leishyak the pandemonium lord
200539 | Zig:24   | Killed Raeh the pandemonium lord
200539 | Zig:24   | Killed Onelocri the pandemonium lord
200539 | Zig:24   | Killed a Killer Klown
200539 | Zig:24   | Killed Upor Qub the pandemonium lord
200539 | Zig:24   | Killed Faat the pandemonium lord
200539 | Zig:24   | Killed Cutuit the pandemonium lord
200539 | Zig:24   | Killed Bilipixual the pandemonium lord
200539 | Zig:24   | Killed Fifin the pandemonium lord
200539 | Zig:24   | Killed Potowkecs the pandemonium lord
200539 | Zig:24   | Killed Cado the pandemonium lord
200539 | Zig:24   | Noticed Moyfiub the pandemonium lord
200539 | Zig:24   | Noticed Tudiapny the pandemonium lord
200539 | Zig:24   | Noticed Gauhoet the pandemonium lord
200540 | Zig:24   | Killed Fuankaon the pandemonium lord
200541 | Zig:24   | Killed Jagitoz the pandemonium lord
200541 | Zig:24   | Killed Qatyk the pandemonium lord
200541 | Zig:24   | Noticed Tyeleof the pandemonium lord
200542 | Zig:24   | Killed a Killer Klown
200544 | Zig:24   | Noticed Kuysodgh the pandemonium lord
200544 | Zig:24   | Noticed Wucalil the pandemonium lord
200544 | Zig:24   | Noticed Jamel the pandemonium lord
200544 | Zig:24   | Noticed Loejiuru the pandemonium lord
200545 | Zig:24   | Noticed a Killer Klown
200545 | Zig:24   | Noticed Doabeown the pandemonium lord
200546 | Zig:24   | Noticed a Killer Klown
200546 | Zig:24   | Noticed Cynoav the pandemonium lord
200547 | Zig:24   | Killed Ylie the pandemonium lord
200548 | Zig:24   | Killed Kuysodgh the pandemonium lord
200548 | Zig:24   | Killed Moyfiub the pandemonium lord
200548 | Zig:24   | Killed Epehe the pandemonium lord
200548 | Zig:24   | Killed Konwol the pandemonium lord
200548 | Zig:24   | Killed a Killer Klown
200548 | Zig:24   | Killed Loejiuru the pandemonium lord
200548 | Zig:24   | Killed Futzaob the pandemonium lord
200548 | Zig:24   | Killed Deimnash the pandemonium lord
200548 | Zig:24   | Killed a Killer Klown
200548 | Zig:24   | Killed Fugoysk the pandemonium lord
200548 | Zig:24   | Killed Goulipla the pandemonium lord
200548 | Zig:24   | Noticed Haxtynwake the pandemonium lord
200548 | Zig:24   | Noticed Lecausem the pandemonium lord
200548 | Zig:24   | Noticed Toraggag the pandemonium lord
200549 | Zig:24   | Killed Gauhoet the pandemonium lord
200549 | Zig:24   | Killed Cynoav the pandemonium lord
200549 | Zig:24   | Killed Ycsirghann the pandemonium lord
200549 | Zig:24   | Killed Jamel the pandemonium lord
200549 | Zig:24   | Killed Tyeleof the pandemonium lord
200549 | Zig:24   | Noticed Icyxzuat the pandemonium lord
200549 | Zig:24   | Noticed Yploahoff the pandemonium lord
200550 | Zig:24   | Noticed Macaclag the pandemonium lord
200550 | Zig:24   | Killed Doabeown the pandemonium lord
200550 | Zig:24   | Killed Tudiapny the pandemonium lord
200550 | Zig:24   | Noticed Yrinuxic the pandemonium lord
200550 | Zig:24   | Noticed a Killer Klown
200551 | Zig:24   | Killed Toraggag the pandemonium lord
200551 | Zig:24   | Noticed Xodwopy the pandemonium lord
200551 | Zig:24   | Noticed Jaaxuhu the pandemonium lord
200551 | Zig:24   | Noticed Gaxedusku the pandemonium lord
200551 | Zig:24   | Noticed Pauqi the pandemonium lord
200551 | Zig:24   | Noticed Dir Hoosh the pandemonium lord
200552 | Zig:24   | Killed Geecett the pandemonium lord
200552 | Zig:24   | Killed Yploahoff the pandemonium lord
200552 | Zig:24   | Killed Haxtynwake the pandemonium lord
200552 | Zig:24   | Noticed Siveff the pandemonium lord
200552 | Zig:24   | Noticed Yliu the pandemonium lord
200552 | Zig:24   | Noticed Zapn the pandemonium lord
200552 | Zig:24   | Noticed a Killer Klown
200553 | Zig:24   | Noticed a Killer Klown
200553 | Zig:24   | Noticed Xiddim the pandemonium lord
200553 | Zig:24   | Noticed Dupur the pandemonium lord
200553 | Zig:24   | Noticed Meuplir the pandemonium lord
200554 | Zig:24   | Killed Pauqi the pandemonium lord
200554 | Zig:24   | Killed Yrinuxic the pandemonium lord
200554 | Zig:24   | Killed Zapn the pandemonium lord
200554 | Zig:24   | Killed a Killer Klown
200554 | Zig:24   | Killed Meuplir the pandemonium lord
200554 | Zig:24   | Killed Macaclag the pandemonium lord
200554 | Zig:24   | Killed a Killer Klown
200554 | Zig:24   | Noticed Zaofaz the pandemonium lord
200554 | Zig:24   | Noticed Rosi the pandemonium lord
200555 | Zig:24   | Killed Dir Hoosh the pandemonium lord
200555 | Zig:24   | Killed Xiddim the pandemonium lord
200555 | Zig:24   | Killed Gaxedusku the pandemonium lord
200555 | Zig:24   | Killed a Killer Klown
200555 | Zig:24   | Killed Rosi the pandemonium lord
200555 | Zig:24   | Noticed a Killer Klown
200555 | Zig:24   | Noticed Lystynt the pandemonium lord
200556 | Zig:24   | Noticed Vededghe the pandemonium lord
200556 | Zig:24   | Killed Yliu the pandemonium lord
200556 | Zig:24   | Killed Siveff the pandemonium lord
200556 | Zig:24   | Killed Icyxzuat the pandemonium lord
200556 | Zig:24   | Killed Dupur the pandemonium lord
200556 | Zig:24   | Killed Jaaxuhu the pandemonium lord
200556 | Zig:24   | Noticed Epsiwyn the pandemonium lord
200556 | Zig:24   | Noticed Zemm the pandemonium lord
200556 | Zig:24   | Noticed Dytred the pandemonium lord
200556 | Zig:24   | Noticed Zaxot the pandemonium lord
200556 | Zig:24   | Noticed Ziet the pandemonium lord
200557 | Zig:24   | Killed a Killer Klown
200557 | Zig:24   | Noticed Rofouxkath the pandemonium lord
200557 | Zig:24   | Noticed Bext the pandemonium lord
200558 | Zig:24   | Noticed Qoystep the pandemonium lord
200558 | Zig:24   | Killed Bext the pandemonium lord
200558 | Zig:24   | Killed Zaxot the pandemonium lord
200558 | Zig:24   | Killed Lystynt the pandemonium lord
200558 | Zig:24   | Killed Zaofaz the pandemonium lord
200558 | Zig:24   | Killed Dytred the pandemonium lord
200558 | Zig:24   | Killed Vededghe the pandemonium lord
200558 | Zig:24   | Noticed Suxeskix the pandemonium lord
200558 | Zig:24   | Noticed a Killer Klown
200558 | Zig:24   | Noticed a Killer Klown
200558 | Zig:24   | Noticed Qeawemit the pandemonium lord
200558 | Zig:24   | Noticed a Killer Klown
200559 | Zig:24   | Killed Epsiwyn the pandemonium lord
200559 | Zig:24   | Killed Qoystep the pandemonium lord
200559 | Zig:24   | Killed a Killer Klown
200559 | Zig:24   | Killed a Killer Klown
200559 | Zig:24   | Killed Ziet the pandemonium lord
200559 | Zig:24   | Noticed Kotta the pandemonium lord
200559 | Zig:24   | Noticed a Killer Klown
200560 | Zig:24   | Killed a Killer Klown
200560 | Zig:24   | Killed Suxeskix the pandemonium lord
200560 | Zig:24   | Killed Lecausem the pandemonium lord
200560 | Zig:24   | Killed a Killer Klown
200560 | Zig:24   | Killed Qeawemit the pandemonium lord
200560 | Zig:24   | Noticed a Killer Klown
200560 | Zig:24   | Noticed Kaoh the pandemonium lord
200561 | Zig:24   | Killed Rofouxkath the pandemonium lord
200561 | Zig:24   | Killed Xodwopy the pandemonium lord
200561 | Zig:24   | Killed Zemm the pandemonium lord
200561 | Zig:24   | Killed Kotta the pandemonium lord
200561 | Zig:24   | Noticed Diman the pandemonium lord
200561 | Zig:24   | Noticed Ometh the pandemonium lord
200562 | Zig:24   | Noticed Ihom the pandemonium lord
200562 | Zig:24   | Noticed a Killer Klown
200564 | Zig:24   | Noticed Ziomeer the pandemonium lord
200565 | Zig:24   | Noticed Qyaxzur the pandemonium lord
200566 | Zig:24   | Noticed Tein Ogo the pandemonium lord
200566 | Zig:24   | Noticed Roboz the pandemonium lord
200566 | Zig:24   | Noticed Sutohu Vups the pandemonium lord
200566 | Zig:24   | Noticed Naixuarr the pandemonium lord
200566 | Zig:24   | Noticed Jyikem the pandemonium lord
200566 | Zig:24   | Noticed Kizxow the pandemonium lord
200567 | Zig:24   | Killed Ihom the pandemonium lord
200567 | Zig:24   | Killed Wucalil the pandemonium lord
200567 | Zig:24   | Killed Sutohu Vups the pandemonium lord
200567 | Zig:24   | Killed a Killer Klown
200567 | Zig:24   | Noticed a Killer Klown
200568 | Zig:24   | Killed Diman the pandemonium lord
200568 | Zig:24   | Killed Tein Ogo the pandemonium lord
200568 | Zig:24   | Killed a Killer Klown
200568 | Zig:24   | Killed Ometh the pandemonium lord
200568 | Zig:24   | Killed Ziomeer the pandemonium lord
200568 | Zig:24   | Killed Roboz the pandemonium lord
200568 | Zig:24   | Noticed Qyacov the pandemonium lord
200568 | Zig:24   | Noticed Ukoyf the pandemonium lord
200568 | Zig:24   | Noticed Ysosch the pandemonium lord
200569 | Zig:24   | Killed Kaoh the pandemonium lord
200569 | Zig:24   | Killed Qyaxzur the pandemonium lord
200569 | Zig:24   | Killed Kizxow the pandemonium lord
200569 | Zig:24   | Killed Jyikem the pandemonium lord
200569 | Zig:24   | Killed a Killer Klown
200569 | Zig:24   | Noticed Uxtog the pandemonium lord
200571 | Zig:24   | Noticed Anakk the pandemonium lord
200571 | Zig:24   | Noticed Itael the pandemonium lord
200571 | Zig:24   | Noticed a Killer Klown
200572 | Zig:24   | Noticed a Killer Klown
200572 | Zig:24   | Killed Ukoyf the pandemonium lord
200572 | Zig:24   | Killed Itael the pandemonium lord
200572 | Zig:24   | Killed a Killer Klown
200572 | Zig:24   | Killed a Killer Klown
200572 | Zig:24   | Noticed a Killer Klown
200573 | Zig:24   | Killed Qyacov the pandemonium lord
200573 | Zig:24   | Killed Naixuarr the pandemonium lord
200573 | Zig:24   | Noticed Uclyull the pandemonium lord
200573 | Zig:24   | Noticed Plog the pandemonium lord
200573 | Zig:24   | Noticed Nireumif the pandemonium lord
200574 | Zig:24   | Killed Ysosch the pandemonium lord
200574 | Zig:24   | Noticed a Killer Klown
200574 | Zig:24   | Noticed a Killer Klown
200574 | Zig:24   | Noticed Nefuirisk the pandemonium lord
200575 | Zig:24   | Killed a Killer Klown
200575 | Zig:24   | Killed Anakk the pandemonium lord
200575 | Zig:24   | Killed Uxtog the pandemonium lord
200575 | Zig:24   | Killed a Killer Klown
200575 | Zig:24   | Killed Uclyull the pandemonium lord
200575 | Zig:24   | Killed a Killer Klown
200575 | Zig:24   | Killed Nefuirisk the pandemonium lord
200575 | Zig:24   | Killed Plog the pandemonium lord
200575 | Zig:24   | Noticed Umporas the pandemonium lord
200575 | Zig:24   | Noticed a Killer Klown
200576 | Zig:24   | Noticed God Kel the pandemonium lord
200576 | Zig:24   | Noticed Fedamya the pandemonium lord
200576 | Zig:24   | Noticed Basunad the pandemonium lord
200576 | Zig:24   | Noticed Caxt the pandemonium lord
200577 | Zig:24   | Killed Nireumif the pandemonium lord
200577 | Zig:24   | Killed Umporas the pandemonium lord
200577 | Zig:24   | Killed a Killer Klown
200577 | Zig:24   | Noticed Yjyri Nemok the pandemonium lord
200578 | Zig:24   | Noticed a Killer Klown
200578 | Zig:24   | Noticed Kiupn the pandemonium lord
200579 | Zig:24   | Killed a Killer Klown
200579 | Zig:24   | Noticed Cajanix the pandemonium lord
200579 | Zig:24   | Noticed a Killer Klown
200580 | Zig:24   | Killed Caxt the pandemonium lord
200580 | Zig:24   | Killed a Killer Klown
200580 | Zig:24   | Noticed a Killer Klown
200580 | Zig:24   | Noticed Oqajour the pandemonium lord
200580 | Zig:24   | Killed Yjyri Nemok the pandemonium lord
200581 | Zig:24   | Killed Basunad the pandemonium lord
200581 | Zig:24   | Noticed a Killer Klown
200581 | Zig:24   | Noticed a Killer Klown
200582 | Zig:24   | Killed Kiupn the pandemonium lord
200582 | Zig:24   | Killed God Kel the pandemonium lord
200582 | Zig:24   | Killed Oqajour the pandemonium lord
200582 | Zig:24   | Killed a Killer Klown
200582 | Zig:24   | Killed a Killer Klown
200582 | Zig:24   | Noticed Qoagoot the pandemonium lord
200582 | Zig:24   | Noticed Bilay the pandemonium lord
200582 | Zig:24   | Noticed Opoyps the pandemonium lord
200583 | Zig:24   | Killed Cajanix the pandemonium lord
200583 | Zig:24   | Killed Fedamya the pandemonium lord
200583 | Zig:24   | Killed a Killer Klown
200583 | Zig:24   | Noticed Pismooto the pandemonium lord
200583 | Zig:24   | Noticed a Killer Klown
200583 | Zig:24   | Noticed Vuqoo the pandemonium lord
200584 | Zig:24   | Killed a Killer Klown
200585 | Zig:24   | Noticed Dobbel the pandemonium lord
200588 | Zig:24   | Noticed Tapobank the pandemonium lord
200588 | Zig:24   | Noticed a Killer Klown
200588 | Zig:24   | Noticed Wurexeato the pandemonium lord
200588 | Zig:24   | Noticed Tetasm the pandemonium lord
200589 | Zig:24   | Killed Qoagoot the pandemonium lord
200589 | Zig:24   | Killed Pismooto the pandemonium lord
200589 | Zig:24   | Noticed Xaip the pandemonium lord
200590 | Zig:24   | Killed Vuqoo the pandemonium lord
200591 | Zig:24   | Killed Bilay the pandemonium lord
200591 | Zig:24   | Killed Opoyps the pandemonium lord
200591 | Zig:24   | Killed Tapobank the pandemonium lord
200591 | Zig:24   | Killed a Killer Klown
200592 | Zig:24   | Killed Dobbel the pandemonium lord
200592 | Zig:24   | Killed Wurexeato the pandemonium lord
200592 | Zig:24   | Noticed Enkuti the pandemonium lord
200592 | Zig:24   | Noticed Roaxurac the pandemonium lord
200592 | Zig:24   | Noticed Maasch the pandemonium lord
200593 | Zig:24   | Noticed Cethytiw the pandemonium lord
200593 | Zig:24   | Noticed a Killer Klown
200593 | Zig:24   | Killed Xaip the pandemonium lord
200593 | Zig:24   | Killed Tetasm the pandemonium lord
200593 | Zig:24   | Noticed Loretur the pandemonium lord
200594 | Zig:24   | Noticed Ynneqil the pandemonium lord
200594 | Zig:24   | Noticed a Killer Klown
200595 | Zig:24   | Killed Maasch the pandemonium lord
200595 | Zig:24   | Noticed Unnam the pandemonium lord
200595 | Zig:24   | Noticed Nutorgh the pandemonium lord
200596 | Zig:24   | Killed Roaxurac the pandemonium lord
200596 | Zig:24   | Killed Loretur the pandemonium lord
200596 | Zig:24   | Killed Enkuti the pandemonium lord
200596 | Zig:24   | Killed a Killer Klown
200596 | Zig:24   | Noticed a Killer Klown
200596 | Zig:24   | Noticed Puegeterch the pandemonium lord
200597 | Zig:24   | Killed Ynneqil the pandemonium lord
200597 | Zig:24   | Killed a Killer Klown
200597 | Zig:24   | Noticed a Killer Klown
200598 | Zig:24   | Killed a Killer Klown
200598 | Zig:24   | Killed Unnam the pandemonium lord
200598 | Zig:24   | Killed Cethytiw the pandemonium lord
200598 | Zig:24   | Killed Nutorgh the pandemonium lord
200598 | Zig:24   | Noticed a Killer Klown
200599 | Zig:24   | Noticed Piongor the pandemonium lord
200600 | Zig:24   | Noticed a Killer Klown
200600 | Zig:24   | Noticed Ugaadice the pandemonium lord
200601 | Zig:24   | Noticed a Killer Klown
200601 | Zig:24   | Noticed Yseut the pandemonium lord
200601 | Zig:24   | Noticed Xoux the pandemonium lord
200601 | Zig:24   | Noticed Riruken the pandemonium lord
200601 | Zig:24   | Noticed Xuwkozye the pandemonium lord
200601 | Zig:24   | Noticed Qot Hiyg the pandemonium lord
200601 | Zig:24   | Noticed Luingav the pandemonium lord
200603 | Zig:24   | Killed Yseut the pandemonium lord
200604 | Zig:24   | Killed Riruken the pandemonium lord
200604 | Zig:24   | Killed a Killer Klown
200605 | Zig:24   | Noticed a Killer Klown
200606 | Zig:24   | Noticed Uraegiqu the pandemonium lord
200606 | Zig:24   | Killed a Killer Klown
200606 | Zig:24   | Noticed Yhu Anoem the pandemonium lord
200607 | Zig:24   | Noticed Jacukob the pandemonium lord
200607 | Zig:24   | Noticed Qoosch the pandemonium lord
200607 | Zig:24   | Killed Xoux the pandemonium lord
200607 | Zig:24   | Killed Qot Hiyg the pandemonium lord
200608 | Zig:24   | Noticed Ufong the pandemonium lord
200609 | Zig:24   | Noticed Jemotuck the pandemonium lord
200609 | Zig:24   | Noticed Esoath the pandemonium lord
200610 | Zig:24   | Killed a Killer Klown
200610 | Zig:24   | Killed Xuwkozye the pandemonium lord
200610 | Zig:24   | Killed Yhu Anoem the pandemonium lord
200610 | Zig:24   | Killed Luingav the pandemonium lord
200610 | Zig:24   | Killed Jacukob the pandemonium lord
200611 | Zig:24   | Noticed Tuweinku the pandemonium lord
200611 | Zig:24   | Killed a Killer Klown
200611 | Zig:24   | Killed Puegeterch the pandemonium lord
200612 | Zig:24   | Killed Uraegiqu the pandemonium lord
200612 | Zig:24   | Killed Ufong the pandemonium lord
200612 | Zig:24   | Killed Jemotuck the pandemonium lord
200612 | Zig:24   | Killed Esoath the pandemonium lord
200612 | Zig:24   | Killed Qoosch the pandemonium lord
200615 | Zig:24   | Killed Tuweinku the pandemonium lord
200615 | Zig:24   | Killed a Killer Klown
200617 | Zig:24   | Killed Ugaadice the pandemonium lord
200617 | Zig:24   | Killed Piongor the pandemonium lord
200993 | Zig:24   | Identified the +4 flail of Destiny {flame, rCorr}
200995 | Zig:24   | Identified the ring "Geadonk" {Fire rN+ Dex+4}
201001 | Zig:24   | Identified the staff of fire "Abil" {Fragile +Blink rF+
                  | Will++ Str+3}
201008 | Zig:24   | Identified the +9 crystal plate armour "Reur" {Regen+}
201009 | Zig:24   | Identified the staff of earth "Anuwumec" {Fly rC+}
201010 | Zig:24   | Identified the +5 glaive of the Warrior-Mage {freeze,
                  | Will+}
201011 | Zig:24   | Identified the ring "Nuuneo" {rPois Will+ MP+9 Str+7 Int-5}
201012 | Zig:24   | Identified the staff of death "Roleorud" {rC- rN+ MP-9
                  | Str+8}
201013 | Zig:24   | Identified the staff of cold "Quix" {rPois rC+ SInv Stlth+}
201014 | Zig:24   | Identified the +10 flail "Ugaequ Fext" {spect, *Rage rPois
                  | Str+7 SInv}
201016 | Zig:24   | Identified the staff of death "Voet" {rN+ Stlth+}
201020 | Zig:24   | Identified the +1 chain mail of Defiance {rF++ Str+5 Dex-4}
201027 | Zig:24   | Identified the amulet "Obburee" {RegenMP Contam rElec Str+3
                  | Dex+2}
201028 | Zig:24   | Identified the ring "Xenoxkej" {*Corrode rElec rF++ Will+
                  | Str+6}
201043 | Zig:24   | Identified the +8 halberd of the Sun {freeze, rN+ Str+4}
201071 | Zig:24   | Identified the +0 helmet of Hedonism {Int+2}
201072 | Zig:24   | Identified the +4 dagger of Wege Lyodgh {flame, rPois rC-
                  | Will+++ Str-2}
201075 | Zig:24   | Identified the +1 hand axe "Rudeuje" {venom, rF+ rCorr
                  | Str-3 Int+4}
201079 | Zig:24   | Identified the +3 ring mail "Muloid" {Rampage *Corrode MP+9
                  | Str+3}
201081 | Zig:24   | Identified the ring "Qishribir" {rF+ Str+4 Int+3}
201094 | Zig:24   | Identified the +0 chain mail of Ketibad {Fly rElec Int+2}
201225 | Zig:25   | Entered Level 25 of a ziggurat
201226 | Zig:25   | Noticed a caustic shrike
201227 | Zig:25   | Noticed a caustic shrike
201228 | Zig:25   | Noticed a caustic shrike
201228 | Zig:25   | Noticed a caustic shrike
201228 | Zig:25   | Noticed a caustic shrike
201228 | Zig:25   | Noticed a caustic shrike
201228 | Zig:25   | Noticed a caustic shrike
201228 | Zig:25   | Noticed a caustic shrike
201230 | Zig:25   | Noticed a caustic shrike
201230 | Zig:25   | Killed a caustic shrike
201230 | Zig:25   | Killed a caustic shrike
201230 | Zig:25   | Killed a caustic shrike
201230 | Zig:25   | Killed a caustic shrike
201230 | Zig:25   | Noticed a caustic shrike
201230 | Zig:25   | Noticed a caustic shrike
201231 | Zig:25   | Noticed a caustic shrike
201232 | Zig:25   | Noticed a caustic shrike
201232 | Zig:25   | Noticed a caustic shrike
201232 | Zig:25   | Noticed a caustic shrike
201232 | Zig:25   | Killed a caustic shrike
201232 | Zig:25   | Noticed a caustic shrike
201232 | Zig:25   | Noticed a caustic shrike
201233 | Zig:25   | Noticed a caustic shrike
201233 | Zig:25   | Noticed a caustic shrike
201233 | Zig:25   | Noticed a caustic shrike
201233 | Zig:25   | Noticed a caustic shrike
201233 | Zig:25   | Killed a caustic shrike
201233 | Zig:25   | Killed a caustic shrike
201233 | Zig:25   | Noticed a caustic shrike
201234 | Zig:25   | Killed a caustic shrike
201234 | Zig:25   | Killed a caustic shrike
201234 | Zig:25   | Killed a caustic shrike
201234 | Zig:25   | Killed a caustic shrike
201234 | Zig:25   | Killed a caustic shrike
201234 | Zig:25   | Killed a caustic shrike
201234 | Zig:25   | Noticed a caustic shrike
201234 | Zig:25   | Noticed a caustic shrike
201234 | Zig:25   | Noticed a caustic shrike
201234 | Zig:25   | Noticed a caustic shrike
201234 | Zig:25   | Noticed a caustic shrike
201234 | Zig:25   | Noticed a caustic shrike
201234 | Zig:25   | Noticed a caustic shrike
201235 | Zig:25   | Noticed a caustic shrike
201235 | Zig:25   | Killed a caustic shrike
201235 | Zig:25   | Killed a caustic shrike
201235 | Zig:25   | Killed a caustic shrike
201235 | Zig:25   | Killed a caustic shrike
201235 | Zig:25   | Killed a caustic shrike
201235 | Zig:25   | Noticed a caustic shrike
201236 | Zig:25   | Noticed a caustic shrike
201236 | Zig:25   | Noticed a caustic shrike
201236 | Zig:25   | Noticed a caustic shrike
201236 | Zig:25   | Noticed a caustic shrike
201236 | Zig:25   | Killed a caustic shrike
201236 | Zig:25   | Killed a caustic shrike
201236 | Zig:25   | Killed a caustic shrike
201236 | Zig:25   | Killed a caustic shrike
201236 | Zig:25   | Noticed a caustic shrike
201236 | Zig:25   | Noticed a caustic shrike
201237 | Zig:25   | Noticed a caustic shrike
201237 | Zig:25   | Noticed a caustic shrike
201237 | Zig:25   | Killed a caustic shrike
201237 | Zig:25   | Killed a caustic shrike
201237 | Zig:25   | Killed a caustic shrike
201237 | Zig:25   | Killed a caustic shrike
201237 | Zig:25   | Noticed a caustic shrike
201237 | Zig:25   | Noticed a caustic shrike
201237 | Zig:25   | Noticed a caustic shrike
201238 | Zig:25   | Killed a caustic shrike
201238 | Zig:25   | Killed a caustic shrike
201238 | Zig:25   | Killed a caustic shrike
201238 | Zig:25   | Killed a caustic shrike
201238 | Zig:25   | Killed a caustic shrike
201238 | Zig:25   | Killed a caustic shrike
201238 | Zig:25   | Killed a caustic shrike
201238 | Zig:25   | Killed a caustic shrike
201238 | Zig:25   | Killed a caustic shrike
201238 | Zig:25   | Killed a caustic shrike
201238 | Zig:25   | Killed a caustic shrike
201238 | Zig:25   | Noticed a caustic shrike
201238 | Zig:25   | Noticed a caustic shrike
201239 | Zig:25   | Noticed a caustic shrike
201239 | Zig:25   | Noticed a caustic shrike
201239 | Zig:25   | Noticed a caustic shrike
201239 | Zig:25   | Noticed a caustic shrike
201239 | Zig:25   | Noticed a caustic shrike
201239 | Zig:25   | Noticed a caustic shrike
201239 | Zig:25   | Noticed a caustic shrike
201239 | Zig:25   | Noticed a caustic shrike
201239 | Zig:25   | Noticed a caustic shrike
201239 | Zig:25   | Noticed a caustic shrike
201240 | Zig:25   | Noticed a caustic shrike
201240 | Zig:25   | Noticed a caustic shrike
201240 | Zig:25   | Noticed a caustic shrike
201240 | Zig:25   | Noticed a caustic shrike
201240 | Zig:25   | Noticed a caustic shrike
201240 | Zig:25   | Noticed a caustic shrike
201240 | Zig:25   | Noticed a caustic shrike
201240 | Zig:25   | Noticed a caustic shrike
201240 | Zig:25   | Noticed a caustic shrike
201240 | Zig:25   | Noticed a caustic shrike
201240 | Zig:25   | Noticed a caustic shrike
201240 | Zig:25   | Noticed a caustic shrike
201241 | Zig:25   | Killed a caustic shrike
201241 | Zig:25   | Killed a caustic shrike
201241 | Zig:25   | Killed a caustic shrike
201241 | Zig:25   | Killed a caustic shrike
201241 | Zig:25   | Killed a caustic shrike
201241 | Zig:25   | Killed a caustic shrike
201241 | Zig:25   | Killed a caustic shrike
201241 | Zig:25   | Killed a caustic shrike
201241 | Zig:25   | Killed a caustic shrike
201241 | Zig:25   | Killed a caustic shrike
201241 | Zig:25   | Killed a caustic shrike
201241 | Zig:25   | Killed a caustic shrike
201241 | Zig:25   | Killed a caustic shrike
201241 | Zig:25   | Killed a caustic shrike
201241 | Zig:25   | Killed a caustic shrike
201241 | Zig:25   | Killed a caustic shrike
201241 | Zig:25   | Killed a caustic shrike
201241 | Zig:25   | Noticed a caustic shrike
201241 | Zig:25   | Noticed a caustic shrike
201241 | Zig:25   | Noticed a caustic shrike
201242 | Zig:25   | Noticed a caustic shrike
201242 | Zig:25   | Noticed a caustic shrike
201242 | Zig:25   | Noticed a caustic shrike
201242 | Zig:25   | Noticed a caustic shrike
201244 | Zig:25   | Killed a caustic shrike
201244 | Zig:25   | Noticed a caustic shrike
201244 | Zig:25   | Noticed a caustic shrike
201245 | Zig:25   | Noticed a caustic shrike
201245 | Zig:25   | Noticed a caustic shrike
201245 | Zig:25   | Noticed a caustic shrike
201245 | Zig:25   | Noticed a caustic shrike
201245 | Zig:25   | Noticed a caustic shrike
201245 | Zig:25   | Noticed a caustic shrike
201245 | Zig:25   | Killed a caustic shrike
201245 | Zig:25   | Killed a caustic shrike
201245 | Zig:25   | Killed a caustic shrike
201245 | Zig:25   | Killed a caustic shrike
201245 | Zig:25   | Killed a caustic shrike
201245 | Zig:25   | Killed a caustic shrike
201245 | Zig:25   | Killed a caustic shrike
201245 | Zig:25   | Noticed a caustic shrike
201245 | Zig:25   | Noticed a caustic shrike
201245 | Zig:25   | Noticed a caustic shrike
201246 | Zig:25   | Killed a caustic shrike
201246 | Zig:25   | Killed a caustic shrike
201246 | Zig:25   | Killed a caustic shrike
201246 | Zig:25   | Killed a caustic shrike
201246 | Zig:25   | Killed a caustic shrike
201246 | Zig:25   | Killed a caustic shrike
201246 | Zig:25   | Killed a caustic shrike
201246 | Zig:25   | Killed a caustic shrike
201246 | Zig:25   | Killed a caustic shrike
201246 | Zig:25   | Killed a caustic shrike
201246 | Zig:25   | Killed a caustic shrike
201246 | Zig:25   | Killed a caustic shrike
201246 | Zig:25   | Killed a caustic shrike
201246 | Zig:25   | Killed a caustic shrike
201246 | Zig:25   | Noticed a caustic shrike
201246 | Zig:25   | Noticed a caustic shrike
201246 | Zig:25   | Noticed a caustic shrike
201246 | Zig:25   | Noticed a caustic shrike
201246 | Zig:25   | Noticed a caustic shrike
201246 | Zig:25   | Noticed a caustic shrike
201247 | Zig:25   | Noticed a caustic shrike
201247 | Zig:25   | Killed a caustic shrike
201247 | Zig:25   | Killed a caustic shrike
201248 | Zig:25   | Noticed a caustic shrike
201248 | Zig:25   | Noticed a caustic shrike
201248 | Zig:25   | Killed a caustic shrike
201248 | Zig:25   | Killed a caustic shrike
201249 | Zig:25   | Noticed a caustic shrike
201249 | Zig:25   | Killed a caustic shrike
201249 | Zig:25   | Killed a caustic shrike
201249 | Zig:25   | Killed a caustic shrike
201249 | Zig:25   | Killed a caustic shrike
201249 | Zig:25   | Killed a caustic shrike
201249 | Zig:25   | Killed a caustic shrike
201249 | Zig:25   | Killed a caustic shrike
201249 | Zig:25   | Noticed a caustic shrike
201249 | Zig:25   | Noticed a caustic shrike
201250 | Zig:25   | Noticed a caustic shrike
201250 | Zig:25   | Noticed a caustic shrike
201250 | Zig:25   | Noticed a caustic shrike
201250 | Zig:25   | Noticed a caustic shrike
201250 | Zig:25   | Killed a caustic shrike
201250 | Zig:25   | Killed a caustic shrike
201250 | Zig:25   | Killed a caustic shrike
201250 | Zig:25   | Killed a caustic shrike
201250 | Zig:25   | Noticed a caustic shrike
201251 | Zig:25   | Noticed a caustic shrike
201251 | Zig:25   | Noticed a caustic shrike
201251 | Zig:25   | Noticed a caustic shrike
201251 | Zig:25   | Noticed a caustic shrike
201251 | Zig:25   | Noticed a caustic shrike
201252 | Zig:25   | Killed a caustic shrike
201252 | Zig:25   | Killed a caustic shrike
201252 | Zig:25   | Killed a caustic shrike
201252 | Zig:25   | Killed a caustic shrike
201252 | Zig:25   | Killed a caustic shrike
201252 | Zig:25   | Killed a caustic shrike
201252 | Zig:25   | Killed a caustic shrike
201252 | Zig:25   | Killed a caustic shrike
201252 | Zig:25   | Killed a caustic shrike
201252 | Zig:25   | Killed a caustic shrike
201252 | Zig:25   | Noticed a caustic shrike
201252 | Zig:25   | Noticed a caustic shrike
201254 | Zig:25   | Noticed a caustic shrike
201254 | Zig:25   | Noticed a caustic shrike
201254 | Zig:25   | Noticed a caustic shrike
201255 | Zig:25   | Killed a caustic shrike
201255 | Zig:25   | Killed a caustic shrike
201255 | Zig:25   | Killed a caustic shrike
201255 | Zig:25   | Killed a caustic shrike
201255 | Zig:25   | Killed a caustic shrike
201255 | Zig:25   | Killed a caustic shrike
201255 | Zig:25   | Killed a caustic shrike
201255 | Zig:25   | Noticed a caustic shrike
201255 | Zig:25   | Noticed a caustic shrike
201256 | Zig:25   | Noticed a caustic shrike
201256 | Zig:25   | Noticed a caustic shrike
201256 | Zig:25   | Noticed a caustic shrike
201258 | Zig:25   | Killed a caustic shrike
201258 | Zig:25   | Killed a caustic shrike
201258 | Zig:25   | Killed a caustic shrike
201258 | Zig:25   | Killed a caustic shrike
201258 | Zig:25   | Noticed a caustic shrike
201259 | Zig:25   | Noticed a caustic shrike
201259 | Zig:25   | Noticed a caustic shrike
201261 | Zig:25   | Killed a caustic shrike
201261 | Zig:25   | Killed a caustic shrike
201264 | Zig:25   | Killed a caustic shrike
201264 | Zig:25   | Killed a caustic shrike
201267 | Zig:25   | Killed a caustic shrike
201267 | Zig:25   | Killed a caustic shrike
201270 | Zig:25   | Killed a caustic shrike
201291 | Zig:25   | Identified the +0 chain mail of Lugonu's Anger {Harm Regen+
                  | Int-5 Dex+5}
201297 | Zig:25   | Identified the +0 robe "Mosch" {rElec Str+3 Stlth+}
201304 | Zig:25   | Identified the +11 plate armour of the Fletcher {Harm
                  | Rampage rC- Stlth+}
201308 | Zig:25   | Identified the +6 scale mail of Ubamaz {rN++}
201320 | Zig:25   | Identified the +6 flail of Piddaff {protect, +Blink rC+}
201321 | Zig:25   | Identified the +0 scale mail of the Game Afoot {Regen+}
201326 | Zig:25   | Identified the +5 scimitar of the Kissing Shark {freeze,
                  | *Corrode rElec Will- Int+7 Stlth+}
201333 | Zig:25   | Identified the staff of poison "Kiubaim" {rPois rF+ rC+}
201334 | Zig:25   | Identified the staff of poison "Quocikhy" {rPois Str+2
                  | Int+3 SInv}
201337 | Zig:25   | Identified the +9 chain mail of Redghomerph {rElec rN+
                  | Regen+ Int+3}
201342 | Zig:25   | Identified the +4 morningstar "Igutal" {heavy, Will+ MP+9
                  | Str+4}
201359 | Zig:25   | Identified the ring of Arrival {rElec rPois Will- MP+9}
201365 | Zig:25   | Identified the +4 trident "Xolim" {heavy, rF+}
201371 | Zig:25   | Identified the +9 shortbow of the Everdark {freeze, Int+5
                  | Dex+5 Stlth-}
201373 | Zig:25   | Identified the +1 pair of boots of the Sun {Will+ Stlth+}
201381 | Zig:25   | Identified the +4 short sword "Yhajoaxt" {flame, rC++}
202211 | Zig:26   | Entered Level 26 of a ziggurat
202856 | Zig:26   | Identified the +1 chain mail of Least Resistance {Rampage
                  | rElec rN+ Regen+}
202858 | Zig:26   | Identified the ring "Vounix" {rPois rF++ rCorr}
202881 | Zig:26   | Identified the +1 morningstar of Qazlal's Favour {protect,
                  | *Noise Will+ Dex+3 SInv}
202904 | Zig:26   | Identified the +5 scimitar of Tender Mercy {drain, rF++
                  | Will+ Str+2}
202909 | Zig:26   | Identified the +1 spear of Beogh's Respect {drain, rN+}
202942 | Zig:26   | Identified the +1 leather armour of Blue Skies {Int+3
                  | Dex+3}
202955 | Zig:26   | Identified the +6 hand axe of the Present {elec, +Blink}
202985 | Zig:26   | Identified the +1 chain mail "Rifao" {rElec Str-2 Int+4
                  | Dex+4}
202989 | Zig:26   | Identified the +0 plate armour of Catatonia {Dex+3}
202990 | Zig:26   | Identified the +3 leather armour "Wovyon" {rPois Dex+3}
202992 | Zig:26   | Identified the staff of fire "Wagext" {Fly rElec rF+ Int+6}
202996 | Zig:26   | Identified the +1 leather armour "Ryiczouh" {rC+ rN+ Dex-2}
203000 | Zig:26   | Identified the +7 chain mail of the Storm King {rElec
                  | Will++}
203009 | Zig:26   | Identified the +3 short sword of the Vulture {pain, *Slow
                  | Will+ Str+3 Dex+2}
203014 | Zig:26   | Identified the +1 quarterstaff of Excruciating Pain {vamp,
                  | *Slow rF+++ rCorr Str-4}
203027 | Zig:26   | Identified the staff of air "Xolu" {Contam rElec rF+ Str+3
                  | Int+7}
203029 | Zig:26   | Identified the +5 lajatang of Tension {heavy, +Blink Fly
                  | rElec rC+++}
203031 | Zig:26   | Identified the staff of earth "Suinlour" {Str+3}
203043 | Zig:26   | Identified the +10 shortbow of Yreapyos {flame, rElec Will+
                  | Str-5}
203055 | Zig:26   | Identified the +7 long sword "Zach" {drain, *Noise Fly
                  | Stlth+}
203057 | Zig:26   | Identified the ring "Wica" {Ice Str+5}
203180 | Zig:27   | Entered Level 27 of a ziggurat
203182 | Zig:27   | Noticed a dread lich
203186 | Zig:27   | Killed a dread lich
203199 | Zig:27   | Noticed a dread lich
203200 | Zig:27   | Noticed an ancient lich
203202 | Zig:27   | Killed a dread lich
203205 | Zig:27   | Killed an ancient lich
203230 | Zig:27   | Killed a starcursed mass
203237 | Zig:27   | Paralysed by accursed screaming for 1 turns
203260 | Zig:27   | Identified the +2 robe "Lughiu" {rPois rF+ Dex+3}
203264 | Zig:27   | Identified the +6 scale mail of Dicleon {rN+ Will+ SInv}
203276 | Zig:27   | Identified the +10 arbalest "Newtbane" {heavy, rPois rN+}
203277 | Zig:27   | Identified the +3 spear of Caezey {freeze, Str+3}
203288 | Zig:27   | Identified the staff of conjuration "Oraytuf" {Stlth+}
203292 | Zig:27   | Identified the +0 shortbow "Conservator" {speed, Str+3}
203299 | Zig:27   | Identified the staff of air "Awnukhal" {rElec rC+ Will+}
203307 | Zig:27   | Identified the +1 robe of Pobal {rC+ SInv}
203310 | Zig:27   | Identified the +6 quick blade "Ejeimp" {pain, *Corrode
                  | rElec rN+}
203314 | Zig:27   | Identified the +5 rapier of Ekefuloy {drain, SInv}
203317 | Zig:27   | Identified the staff of poison "Gurocul" {rPois rF++ rC-
                  | rN+ SInv}
203329 | Zig:27   | Identified the +6 fire dragon scales of Weightlessness
                  | {rElec rF++ rC- Str+4 Dex-3}
203364 | Zig:27   | Identified the +6 whip "Gerofiarch" {antimagic, rF++}
204120 | Zig:27   | Acquired 533 gold pieces
204215 | Zig:1    | Entered Level 1 of a ziggurat
204215 | Zig:1    | Noticed a shard shrike
204215 | Zig:1    | Noticed a shard shrike
204216 | Zig:1    | Killed a shard shrike
204216 | Zig:1    | Killed a shard shrike
204276 | Zig:2    | Entered Level 2 of a ziggurat
204277 | Zig:2    | Noticed Witiw the pandemonium lord
204283 | Zig:2    | Killed Witiw the pandemonium lord
204436 | Zig:3    | Entered Level 3 of a ziggurat
204436 | Zig:3    | Noticed a dread lich
204436 | Zig:3    | Noticed a dread lich
204436 | Zig:3    | Noticed an ancient lich
204436 | Zig:3    | Noticed a dread lich
204436 | Zig:3    | Noticed a dread lich
204436 | Zig:3    | Noticed an ancient lich
204436 | Zig:3    | Noticed an ancient lich
204436 | Zig:3    | Noticed a dread lich
204436 | Zig:3    | Noticed a dread lich
204437 | Zig:3    | Killed a dread lich
204437 | Zig:3    | Killed a dread lich
204437 | Zig:3    | Killed a dread lich
204438 | Zig:3    | Killed an ancient lich
204438 | Zig:3    | Killed a dread lich
204438 | Zig:3    | Killed a dread lich
204438 | Zig:3    | Killed an ancient lich
204438 | Zig:3    | Killed a dread lich
204438 | Zig:3    | Killed an ancient lich
204438 | Zig:3    | Noticed a dread lich
204438 | Zig:3    | Noticed a dread lich
204439 | Zig:3    | Killed a dread lich
204439 | Zig:3    | Killed a dread lich
204439 | Zig:3    | Noticed a dread lich
204440 | Zig:3    | Killed a dread lich
204441 | Zig:3    | Noticed a dread lich
204448 | Zig:3    | Killed a dread lich
204471 | Zig:3    | Identified the staff of fire "Biuvoc" {rF+ rC- Int+5}
204594 | Zig:4    | Entered Level 4 of a ziggurat
204775 | Zig:5    | Entered Level 5 of a ziggurat
204819 | Zig:5    | Identified the +2 ring mail of Immorality {+Inv rPois}
204835 | Zig:5    | Identified the +8 halberd "Micysis" {freeze, Dex+2}
204836 | Zig:5    | Identified the +0 ring mail "Uqunit" {Will+}
204837 | Zig:5    | Identified the staff of fire "Noomm" {rF+ Int+2}
204840 | Zig:5    | Identified the +0 plate armour of Negation {+Inv rCorr
                  | Str-2 Int+5}
205029 | Zig:6    | Entered Level 6 of a ziggurat
205204 | Zig:6    | Identified the +0 scale mail of Ethics {Str+5}
205238 | Zig:7    | Entered Level 7 of a ziggurat
205238 | Zig:7    | Noticed a caustic shrike
205238 | Zig:7    | Noticed a caustic shrike
205238 | Zig:7    | Noticed a caustic shrike
205238 | Zig:7    | Noticed a caustic shrike
205238 | Zig:7    | Noticed a caustic shrike
205238 | Zig:7    | Noticed a caustic shrike
205238 | Zig:7    | Noticed a caustic shrike
205238 | Zig:7    | Noticed a dread lich
205238 | Zig:7    | Noticed a caustic shrike
205240 | Zig:7    | Killed a caustic shrike
205241 | Zig:7    | Killed a caustic shrike
205241 | Zig:7    | Killed a caustic shrike
205241 | Zig:7    | Killed a caustic shrike
205241 | Zig:7    | Killed a caustic shrike
205241 | Zig:7    | Killed a caustic shrike
205241 | Zig:7    | Killed a caustic shrike
205242 | Zig:7    | Killed a caustic shrike
205242 | Zig:7    | Killed a dread lich
205242 | Zig:7    | Noticed a caustic shrike
205243 | Zig:7    | Noticed a caustic shrike
205244 | Zig:7    | Killed a caustic shrike
205244 | Zig:7    | Noticed a caustic shrike
205244 | Zig:7    | Noticed a caustic shrike
205245 | Zig:7    | Noticed an ancient lich
205247 | Zig:7    | Killed an ancient lich
205247 | Zig:7    | Noticed a caustic shrike
205249 | Zig:7    | Killed a caustic shrike
205249 | Zig:7    | Killed a caustic shrike
205250 | Zig:7    | Killed a caustic shrike
205260 | Zig:7    | Killed a caustic shrike
205276 | Zig:7    | Identified the +4 mace of Toytiv {spect, rC- rN+ Str+3}
205290 | Zig:7    | Identified the staff of cold "Wajuipi" {rC+ rCorr SInv
                  | Stlth-}
205301 | Zig:7    | Identified the +6 bardiche "Omyuz" {heavy, MP-9 Int+4}
205305 | Zig:7    | Identified the ring "Ostrak" {rN+ MP+9 Slay+2}
205499 | Zig:8    | Entered Level 8 of a ziggurat
205499 | Zig:8    | Noticed a juggernaut
205500 | Zig:8    | Killed a juggernaut
205500 | Zig:8    | Killed a juggernaut
205500 | Zig:8    | Noticed a juggernaut
205503 | Zig:8    | Noticed a juggernaut
205506 | Zig:8    | Killed a juggernaut
205508 | Zig:8    | Noticed a juggernaut
205510 | Zig:8    | Killed a juggernaut
205513 | Zig:8    | Killed a juggernaut
205846 | Zig:8    | Identified the staff of air "Asmouff" {rElec rPois Str+2}
205851 | Zig:8    | Identified the amulet "Kiromef" {Acrobat Fragile rC- Str+4
                  | Dex+4}
205867 | Zig:9    | Entered Level 9 of a ziggurat
205867 | Zig:9    | Noticed a juggernaut
205867 | Zig:9    | Noticed a juggernaut
205867 | Zig:9    | Noticed a juggernaut
205867 | Zig:9    | Noticed a juggernaut
205867 | Zig:9    | Noticed a juggernaut
205867 | Zig:9    | Noticed a juggernaut
205867 | Zig:9    | Noticed a juggernaut
205867 | Zig:9    | Noticed a juggernaut
205867 | Zig:9    | Noticed a juggernaut
205867 | Zig:9    | Noticed a juggernaut
205867 | Zig:9    | Noticed a juggernaut
205867 | Zig:9    | Noticed a juggernaut
205867 | Zig:9    | Noticed a juggernaut
205867 | Zig:9    | Noticed a juggernaut
205867 | Zig:9    | Noticed a juggernaut
205867 | Zig:9    | Noticed a juggernaut
205867 | Zig:9    | Noticed a juggernaut
205867 | Zig:9    | Noticed a juggernaut
205867 | Zig:9    | Noticed a juggernaut
205867 | Zig:9    | Noticed a juggernaut
205868 | Zig:9    | Killed a juggernaut
205868 | Zig:9    | Killed a juggernaut
205868 | Zig:9    | Killed a juggernaut
205868 | Zig:9    | Killed a juggernaut
205868 | Zig:9    | Killed a juggernaut
205868 | Zig:9    | Killed a juggernaut
205868 | Zig:9    | Killed a juggernaut
205868 | Zig:9    | Killed a juggernaut
205868 | Zig:9    | Killed a juggernaut
205868 | Zig:9    | Killed a juggernaut
205868 | Zig:9    | Killed a juggernaut
205868 | Zig:9    | Killed a juggernaut
205868 | Zig:9    | Killed a juggernaut
205868 | Zig:9    | Killed a juggernaut
205868 | Zig:9    | Killed a juggernaut
205868 | Zig:9    | Killed a juggernaut
205868 | Zig:9    | Killed a juggernaut
205868 | Zig:9    | Killed a juggernaut
205868 | Zig:9    | Killed a juggernaut
205868 | Zig:9    | Killed a juggernaut
205869 | Zig:9    | Noticed a juggernaut
205869 | Zig:9    | Noticed a juggernaut
205869 | Zig:9    | Noticed a juggernaut
205869 | Zig:9    | Noticed a juggernaut
205871 | Zig:9    | Noticed a juggernaut
205872 | Zig:9    | Noticed a juggernaut
205872 | Zig:9    | Noticed a juggernaut
205873 | Zig:9    | Killed a juggernaut
205873 | Zig:9    | Killed a juggernaut
205873 | Zig:9    | Noticed a juggernaut
205875 | Zig:9    | Killed a juggernaut
205875 | Zig:9    | Killed a juggernaut
205875 | Zig:9    | Killed a juggernaut
205875 | Zig:9    | Killed a juggernaut
205876 | Zig:9    | Noticed a juggernaut
205876 | Zig:9    | Noticed a juggernaut
205876 | Zig:9    | Noticed a juggernaut
205876 | Zig:9    | Noticed a juggernaut
205876 | Zig:9    | Noticed a juggernaut
205876 | Zig:9    | Noticed a juggernaut
205876 | Zig:9    | Noticed a juggernaut
205876 | Zig:9    | Noticed a juggernaut
205878 | Zig:9    | Killed a juggernaut
205878 | Zig:9    | Killed a juggernaut
205878 | Zig:9    | Killed a juggernaut
205878 | Zig:9    | Killed a juggernaut
205878 | Zig:9    | Killed a juggernaut
205879 | Zig:9    | Killed a juggernaut
205879 | Zig:9    | Killed a juggernaut
205879 | Zig:9    | Killed a juggernaut
205879 | Zig:9    | Killed a juggernaut
205879 | Zig:9    | Killed a juggernaut
205889 | Zig:9    | Identified the staff of death "Tuir" {rN+ rCorr Int-4 SInv}
205906 | Zig:9    | Identified the +3 hand axe of Valour {flame, rN++ Int+6}
205929 | Zig:9    | Identified the +1 short sword "Cibapnec" {speed, Str+2}
205952 | Zig:9    | Identified the staff of death "Waruy" {rN+ Str+5 Int-4}
206217 | Zig:10   | Entered Level 10 of a ziggurat
206439 | Zig:10   | Identified the staff of earth "Toriukk" {rC+}
206467 | Zig:10   | Identified the +5 great sword "Etutroin" {antimagic, Int+3}
206593 | Zig:11   | Entered Level 11 of a ziggurat
206671 | Zig:11   | Identified the ring "Coronled" {rF+ Int+6}
206673 | Zig:11   | Identified the ring of Compulsion {Will+ MP+9 Int+3}
206682 | Zig:11   | Identified the staff of cold "Qyzxaeheu" {rC+ Str+3}
206701 | Zig:11   | Identified the +0 helmet of the Farmer {Str+2}
206706 | Zig:11   | Identified the staff of death "Ciopp" {rN+ Str+5 Int-4}
206728 | Zig:11   | Identified the +2 long sword "Jeghioko" {freeze, Fly}
207130 | Zig:12   | Entered Level 12 of a ziggurat
207148 | Zig:12   | Found the +0 toga "Victory" {*Victory Clar}
207516 | Zig:12   | Identified the ring of Mikhlu Suvu {rElec rPois}
207520 | Zig:12   | Identified the ring "Feeruob" {Will+ Str+2}
207551 | Zig:13   | Entered Level 13 of a ziggurat
207593 | Zig:13   | Identified the staff of poison "Okuir" {rPois MP+9 Str+3}
207600 | Zig:13   | Identified the +1 robe "Suetuosaorgh" {Drain Int+4 Dex+3}
207609 | Zig:13   | Identified the +1 quarterstaff of the Harvest {elec,
                  | Fragile rPois rCorr}
207614 | Zig:13   | Identified the +7 chain mail of Valour {Will+ Dex+4}
207616 | Zig:13   | Identified the staff of earth "Cucait" {+Blink Str+3 Int+3}
207626 | Zig:13   | Identified the ring "Aczyo" {rF+ Will+ Dex+3}
207629 | Zig:13   | Identified the +6 dagger "Ziumai" {venom, MP+9 Str+4 Int-2
                  | Stlth+}
207635 | Zig:13   | Identified the staff of air "Requemof" {rElec rPois rC+ rN+
                  | Dex+3}
207639 | Zig:13   | Identified the staff of fire "Hakeaczi" {rElec rF+}
207644 | Zig:13   | Identified the +6 arbalest "Wodgh" {drain, rC+ rCorr Str-2}
207649 | Zig:13   | Identified the +3 long sword of Ariosesye {flame, Fragile
                  | rF+ Dex+3 SInv}
207662 | Zig:13   | Identified the +3 plate armour of Hairiness {Drain Str+2
                  | Dex+9 Stlth-}
208039 | Zig:14   | Entered Level 14 of a ziggurat
208543 | Zig:14   | Identified the +0 chain mail of Duty {-Tele Harm Regen+
                  | Dex+5}
208544 | Zig:14   | Identified the +8 long sword of a bailey {chaos, Fragile
                  | rN+++ rCorr Stlth-}
208618 | Zig:15   | Entered Level 15 of a ziggurat
208618 | Zig:15   | Noticed an ancient lich
208618 | Zig:15   | Noticed an ancient lich
208618 | Zig:15   | Noticed a dread lich
208618 | Zig:15   | Noticed an ancient lich
208620 | Zig:15   | Killed a dread lich
208621 | Zig:15   | Killed an ancient lich
208621 | Zig:15   | Killed an ancient lich
208621 | Zig:15   | Killed an ancient lich
208661 | Zig:15   | Noticed an ancient lich
208663 | Zig:15   | Killed an ancient lich
209034 | Zig:15   | Identified the +1 ring mail of the Volcano {Rampage rC+
                  | Int-5 Dex+3}
209037 | Zig:15   | Identified the staff of conjuration "Qyot" {rPois}
209038 | Zig:15   | Identified the staff of death "Ruplicw" {rN+ rCorr}
209048 | Zig:15   | Identified the ring of Yfribit {Wiz Dex+3}
209049 | Zig:15   | Identified the ring of Fuiwno {rF+ rC+ Str+2}
209050 | Zig:15   | Identified the +2 chain mail of Unambiguity {Str-3 Int+4}
209053 | Zig:15   | Identified the +5 flail of the Three Orbs {venom, rElec
                  | rCorr Str+3 Stlth-}
209077 | Zig:15   | Identified the staff of fire "Etimikle" {Fragile rF+ Str+3
                  | Dex+4}
209093 | Zig:15   | Identified the ring "Vaohuno" {rPois rC+}
209106 | Zig:15   | Identified the +1 trident of Causality {drain, rCorr Str+3}
209120 | Zig:16   | Entered Level 16 of a ziggurat
209120 | Zig:16   | Noticed an ancient lich
209120 | Zig:16   | Noticed a dread lich
209120 | Zig:16   | Noticed a dread lich
209121 | Zig:16   | Killed an ancient lich
209121 | Zig:16   | Killed a dread lich
209121 | Zig:16   | Killed a dread lich
209122 | Zig:16   | Noticed a dread lich
209126 | Zig:16   | Killed a dread lich
209128 | Zig:16   | Noticed an ancient lich
209128 | Zig:16   | Noticed a dread lich
209128 | Zig:16   | Noticed an ancient lich
209130 | Zig:16   | Killed a dread lich
209130 | Zig:16   | Noticed a dread lich
209131 | Zig:16   | Killed an ancient lich
209131 | Zig:16   | Killed a dread lich
209133 | Zig:16   | Noticed a dread lich
209134 | Zig:16   | Killed a dread lich
209134 | Zig:16   | Killed an ancient lich
209134 | Zig:16   | Noticed a dread lich
209135 | Zig:16   | Killed a dread lich
209136 | Zig:16   | Noticed an ancient lich
209137 | Zig:16   | Noticed an ancient lich
209137 | Zig:16   | Noticed a dread lich
209138 | Zig:16   | Killed a dread lich
209138 | Zig:16   | Killed an ancient lich
209141 | Zig:16   | Killed an ancient lich
209144 | Zig:16   | Noticed an ancient lich
209146 | Zig:16   | Killed an ancient lich
209170 | Zig:16   | Identified the amulet "Xoes" {Will- Regen+ Int+3 Dex+3}
209172 | Zig:16   | Identified the ring of Mank {rPois Will+ rCorr Int+6}
209174 | Zig:16   | Identified the staff of air "Larirhoz" {rElec rC+ Str+3
                  | Stlth-}
209656 | Zig:16   | Identified the +1 leather armour "Atyjef" {-Tele rF+ rCorr}
209670 | Zig:16   | Identified the amulet "Nef Sav" {Faith +Blink Int+2}
209671 | Zig:16   | Identified the +1 cloak of Inaction {Int+2 Dex+3}
209704 | Zig:16   | Identified the staff of air "Osifeotz" {Fly rElec MP+9
                  | Str+2}
209705 | Zig:16   | Identified the staff of death "Ded Koro" {rPois rN+ Will+
                  | rCorr SInv}
209706 | Zig:16   | Identified the staff of fire "Hiuts" {rF+ rN+ Dex+3}
209718 | Zig:16   | Identified the +3 arbalest of Racippei {drain, Fragile
                  | rPois rC+}
209721 | Zig:16   | Identified the +9 bardiche of Red Wine {heavy, Dex+2
                  | Stlth+}
209725 | Zig:16   | Identified the +9 long sword of Evolution {venom, *Slow
                  | rC++ Dex+3}
209762 | Zig:17   | Entered Level 17 of a ziggurat
209812 | Zig:17   | Identified the +4 dagger of Heskih Voi {protect, rCorr}
209818 | Zig:17   | Identified the ring of Fanaticism {Fire Will- Dex+3 SInv}
209822 | Zig:17   | Identified the ring of Autotheism {Str+6 Int+3 Dex+2}
209824 | Zig:17   | Identified the ring of Fowekhil {Dex+2 SInv}
209827 | Zig:17   | Identified the staff of cold "Tooll" {rElec rPois rC+}
209829 | Zig:17   | Identified the +10 great mace of Watchfulness {drain, rCorr
                  | Dex+4}
209836 | Zig:17   | Identified the +6 whip "Otan" {venom, Str+3 SInv}
209859 | Zig:17   | Identified the +7 halberd "Epatoala" {flame, Dex+5}
209891 | Zig:17   | Identified the +5 halberd of the Lonely Beasts {heavy, rF+
                  | rC+ Int+2}
210431 | Zig:17   | Acquired 865 gold pieces
210445 | Zig:18   | Entered Level 18 of a ziggurat
210509 | Zig:18   | Noticed Koliad the pandemonium lord
210513 | Zig:18   | Killed Koliad the pandemonium lord
210855 | Zig:18   | Identified the staff of cold "Songuf" {*Slow rF+++ rC+
                  | rCorr Stlth-}
210862 | Zig:18   | Identified the +11 mace "Tihax" {protect, rN+}
210872 | Zig:18   | Identified the ring "Vazam" {rElec MP+9 Int+2 Dex+3}
210873 | Zig:18   | Identified the +10 arbalest "Giulaxzo" {drain, rPois MP-9
                  | Int+5}
210875 | Zig:18   | Identified the ring of Quext {Drain Will+ rCorr EV+5 Int+4}
210882 | Zig:18   | Identified the +5 short sword "Jaf Gum" {flame, rC+++
                  | Will++ Int-4}
210883 | Zig:18   | Identified the ring of Moral Flaws {rC+ Will+}
210890 | Zig:18   | Identified the +1 troll leather armour "Weiturgh" {Contam
                  | +Inv Regen+ Slay+2 SInv}
210891 | Zig:18   | Identified the staff of air "Ekhauto" {rElec Dex+5}
210892 | Zig:18   | Identified the +1 leather armour of the Comet {Harm Drain
                  | rCorr SInv}
210909 | Zig:18   | Identified the +8 hand axe of Biafrapi {protect, rF- Str+2
                  | Dex+7 SInv}
210912 | Zig:18   | Identified the +2 robe "Xitick" {rCorr Dex+3 Stlth+}
210921 | Zig:18   | Identified the ring "Parriom" {rF+ rC+ Dex+3 Stlth+}
210924 | Zig:18   | Identified the +2 scale mail of Egalitarianism {Rampage rC-
                  | Str+8 SInv}
210926 | Zig:18   | Identified the +8 spear of Accord {heavy, Dex+3}
210927 | Zig:18   | Identified the staff of death "Varronank" {rElec rF+ rN+
                  | Stlth+}
210984 | Zig:19   | Entered Level 19 of a ziggurat
211024 | Zig:19   | Identified the +1 robe of Compression {Contam rPois rCorr
                  | Int+3}
211026 | Zig:19   | Identified the +9 halberd of the Maze {protect, rPois
                  | rCorr}
211041 | Zig:19   | Identified the staff of fire "Ibuufagong" {rElec rF+ Dex+3}
211046 | Zig:19   | Identified the +4 shortbow of Perversion {freeze, Str+3}
211082 | Zig:19   | Identified the +2 leather armour of Autumn {rElec Str+2}
211084 | Zig:19   | Identified the staff of poison "Eczaq" {rPois rC+ Will+
                  | rCorr}
211092 | Zig:19   | Identified the +3 short sword "Zierchumi" {freeze, rC-
                  | Will+ Int+4}
211095 | Zig:19   | Identified the ring of the Genius {Fire Drain Str+4 Int+3}
211128 | Zig:19   | Identified the staff of earth "Foegyidi" {Drain Str+3
                  | Dex+3}
211716 | Zig:19   | Identified the +5 shortbow of Cataclysm {freeze, Fragile
                  | rPois rF+ Dex+4}
211719 | Zig:19   | Identified the amulet of Beogh's Condemnation {Regen+
                  | Str+3}
211720 | Zig:19   | Identified the +3 broad axe of the Last Teeth {flame, rC+
                  | Str+3}
211764 | Zig:20   | Entered Level 20 of a ziggurat
211766 | Zig:20   | Noticed grandjackal's ghost (legendary DsGl)
211766 | Zig:20   | Noticed Xaowkis's ghost (legendary GnWr)
211766 | Zig:20   | Noticed Denobboc's ghost (legendary OpMo)
211766 | Zig:20   | Noticed andrewp's ghost (veteran MiBe)
211766 | Zig:20   | Noticed yaoilover's ghost (veteran MiBe)
211766 | Zig:20   | Noticed Zachydoop's ghost (veteran MiGl)
211766 | Zig:20   | Noticed Walil's ghost (veteran MiMo)
211766 | Zig:20   | Noticed Teaz Xo Upt's ghost (legendary GnFE)
211767 | Zig:20   | Noticed a curse toe
211767 | Zig:20   | Noticed Saphesar's ghost (veteran DsFi)
211767 | Zig:20   | Noticed Uhosoup's ghost (veteran GrFi)
211767 | Zig:20   | Noticed Haitsiopt's ghost (legendary DsGl)
211767 | Zig:20   | Noticed a curse toe
211767 | Zig:20   | Noticed scarywalker64's ghost (veteran BaSu)
211767 | Zig:20   | Noticed frimble's ghost (adept DsGl)
211767 | Zig:20   | Noticed scarywalker64's ghost (legendary GrEE)
211767 | Zig:20   | Noticed Likado's ghost (legendary GnSk)
211767 | Zig:20   | Noticed Godueg's ghost (veteran HOFi)
211769 | Zig:20   | Noticed Haitsiopt's ghost (legendary DsGl)
211770 | Zig:20   | Noticed Giojuova's ghost (legendary GnBe)
211770 | Zig:20   | Killed frimble's ghost
211770 | Zig:20   | Killed yaoilover's ghost
211770 | Zig:20   | Killed a curse toe
211770 | Zig:20   | Killed a curse toe
211770 | Zig:20   | Killed grandjackal's ghost
211770 | Zig:20   | Killed Denobboc's ghost
211771 | Zig:20   | Killed Xaowkis's ghost
211771 | Zig:20   | Killed Walil's ghost
211771 | Zig:20   | Noticed reasonance's ghost (legendary HOMo)
211771 | Zig:20   | Noticed reasonance's ghost (legendary HOMo)
211772 | Zig:20   | Killed scarywalker64's ghost
211772 | Zig:20   | Killed Teaz Xo Upt's ghost
211772 | Zig:20   | Killed Zachydoop's ghost
211772 | Zig:20   | Killed andrewp's ghost
211772 | Zig:20   | Killed Giojuova's ghost
211772 | Zig:20   | Killed scarywalker64's ghost
211772 | Zig:20   | Killed Saphesar's ghost
211773 | Zig:20   | Killed Godueg's ghost
211773 | Zig:20   | Killed Haitsiopt's ghost
211773 | Zig:20   | Killed reasonance's ghost
211773 | Zig:20   | Noticed lmSkywalker's ghost (adept DrTm)
211773 | Zig:20   | Noticed Xocw's ghost (legendary GrMo)
211773 | Zig:20   | Noticed thechecker02's ghost (legendary DDFi)
211773 | Zig:20   | Noticed Zenecom's ghost (legendary MiFi)
211773 | Zig:20   | Noticed Kalug's ghost (legendary DrFi)
211773 | Zig:20   | Noticed Rueful's ghost (legendary TrWr)
211774 | Zig:20   | Noticed Hacvoq's ghost (legendary HOFi)
211774 | Zig:20   | Noticed meatyocre's ghost (veteran TrFi)
211774 | Zig:20   | Noticed grandjackal's ghost (legendary DsGl)
211774 | Zig:20   | Noticed Heartburn's ghost (veteran MiFi)
211774 | Zig:20   | Noticed Waohesse's ghost (legendary VSFi)
211774 | Zig:20   | Killed Uhosoup's ghost
211774 | Zig:20   | Noticed a curse toe
211774 | Zig:20   | Noticed Marixus's ghost (legendary DDFi)
211774 | Zig:20   | Noticed astronautguy's ghost (legendary FoEE)
211774 | Zig:20   | Noticed WiseOSalty's ghost (legendary TrGl)
211775 | Zig:20   | Noticed Uhosoup's ghost (veteran GrFi)
211775 | Zig:20   | Killed Likado's ghost
211775 | Zig:20   | Killed thechecker02's ghost
211776 | Zig:20   | Killed Rueful's ghost
211776 | Zig:20   | Killed Haitsiopt's ghost
211776 | Zig:20   | Noticed Haitsiopt's ghost (legendary DsGl)
211776 | Zig:20   | Noticed Xutext's ghost (adept DsAK)
211776 | Zig:20   | Noticed Shayle's ghost (legendary GnHW)
211776 | Zig:20   | Noticed Uhosoup's ghost (veteran GrFi)
211777 | Zig:20   | Noticed Xuqyot's ghost (legendary DsFi)
211777 | Zig:20   | Noticed thechecker02's ghost (legendary DDFi)
211777 | Zig:20   | Killed Kalug's ghost
211777 | Zig:20   | Killed Uhosoup's ghost
211777 | Zig:20   | Noticed Pusocauss's ghost (legendary VSBe)
211777 | Zig:20   | Noticed Motirgh's ghost (legendary DgHW)
211780 | Zig:20   | Killed a curse toe
211782 | Zig:20   | Killed grandjackal's ghost
211784 | Zig:20   | Noticed strangelove's ghost (master GrEE)
211784 | Zig:20   | Noticed Jargh's ghost (legendary FoFi)
211785 | Zig:20   | Killed a curse toe
211786 | Zig:20   | Noticed Rueful's ghost (legendary TrWr)
211786 | Zig:20   | Noticed Zachydoop's ghost (veteran MiGl)
211786 | Zig:20   | Noticed a curse toe
211786 | Zig:20   | Killed Heartburn's ghost
211786 | Zig:20   | Noticed a curse toe
211786 | Zig:20   | Noticed Xaowkis's ghost (legendary GnWr)
211787 | Zig:20   | Noticed TuffENuff's ghost (legendary FoFi)
211787 | Zig:20   | Noticed sleeves's ghost (legendary DsFi)
211787 | Zig:20   | Killed reasonance's ghost
211787 | Zig:20   | Killed Waohesse's ghost
211787 | Zig:20   | Killed lmSkywalker's ghost
211787 | Zig:20   | Killed a curse toe
211787 | Zig:20   | Noticed Unuchuin's ghost (legendary GnFi)
211787 | Zig:20   | Noticed Veodywke's ghost (legendary MiBe)
211788 | Zig:20   | Noticed Zonian's ghost (legendary HOFi)
211788 | Zig:20   | Noticed tigertrap's ghost (legendary DgHW)
211788 | Zig:20   | Noticed Qeilemp's ghost (legendary HOFi)
211788 | Zig:20   | Noticed Ikusitist's ghost (legendary NaFE)
211789 | Zig:20   | Killed Xaowkis's ghost
211789 | Zig:20   | Killed sleeves's ghost
211789 | Zig:20   | Killed thechecker02's ghost
211789 | Zig:20   | Killed Rueful's ghost
211789 | Zig:20   | Killed astronautguy's ghost
211789 | Zig:20   | Killed Qeilemp's ghost
211789 | Zig:20   | Killed WiseOSalty's ghost
211789 | Zig:20   | Killed Pusocauss's ghost
211789 | Zig:20   | Noticed meatyocre's ghost (veteran TrFi)
211789 | Zig:20   | Noticed Fenir's ghost (legendary GnAE)
211789 | Zig:20   | Noticed Xaowkis's ghost (legendary GnWr)
211790 | Zig:20   | Killed TuffENuff's ghost
211790 | Zig:20   | Killed Veodywke's ghost
211790 | Zig:20   | Killed tigertrap's ghost
211790 | Zig:20   | Killed Fenir's ghost
211790 | Zig:20   | Killed Xocw's ghost
211790 | Zig:20   | Killed Unuchuin's ghost
211790 | Zig:20   | Noticed Zachydoop's ghost (veteran MiGl)
211790 | Zig:20   | Noticed ragingrage's ghost (legendary OpFE)
211790 | Zig:20   | Noticed runemage's ghost (legendary GnFi)
211790 | Zig:20   | Noticed Jeklifit's ghost (legendary FoFi)
211791 | Zig:20   | Noticed Xorhowon's ghost (legendary MiBe)
211791 | Zig:20   | Killed Uhosoup's ghost
211791 | Zig:20   | Killed Zonian's ghost
211792 | Zig:20   | Noticed Viugiw's ghost (legendary TeBe)
211792 | Zig:20   | Noticed Anafel's ghost (legendary GrFi)
211792 | Zig:20   | Noticed Giojuova's ghost (legendary GnBe)
211792 | Zig:20   | Noticed Ekeiwkem's ghost (legendary DsFi)
211792 | Zig:20   | Noticed Ebassic's ghost (veteran GrFi)
211792 | Zig:20   | Noticed Denobboc's ghost (legendary OpMo)
211792 | Zig:20   | Noticed meatyocre's ghost (veteran TrFi)
211792 | Zig:20   | Noticed sleeves's ghost (legendary DsFi)
211792 | Zig:20   | Noticed lmSkywalker's ghost (adept DrTm)
211793 | Zig:20   | Killed Ikusitist's ghost
211793 | Zig:20   | Killed runemage's ghost
211793 | Zig:20   | Killed Shayle's ghost
211793 | Zig:20   | Killed Marixus's ghost
211793 | Zig:20   | Killed Viugiw's ghost
211793 | Zig:20   | Killed Xaowkis's ghost
211793 | Zig:20   | Noticed Ubraesch's ghost (adept TrMo)
211794 | Zig:20   | Noticed thechecker02's ghost (master DDFi)
211794 | Zig:20   | Noticed Anafel's ghost (legendary GrFi)
211794 | Zig:20   | Noticed Jeklifit's ghost (legendary FoFi)
211794 | Zig:20   | Noticed Dittersdorf's ghost (legendary MiBe)
211794 | Zig:20   | Noticed Hacvoq's ghost (legendary HOFi)
211794 | Zig:20   | Noticed Rirumasy's ghost (legendary OpWn)
211794 | Zig:20   | Noticed a curse toe
211794 | Zig:20   | Noticed Himmaryad's ghost (adept TrMo)
211794 | Zig:20   | Noticed scarywalker64's ghost (veteran BaSu)
211794 | Zig:20   | Noticed Hillam's ghost (legendary DsTm)
211794 | Zig:20   | Noticed Hacvoq's ghost (legendary HOFi)
211795 | Zig:20   | Noticed stevelinton's ghost (legendary KoBe)
211795 | Zig:20   | Noticed Dameikh's ghost (veteran FoFi)
211795 | Zig:20   | Killed Haitsiopt's ghost
211795 | Zig:20   | Killed Giojuova's ghost
211795 | Zig:20   | Killed Hacvoq's ghost
211795 | Zig:20   | Killed Jeklifit's ghost
211795 | Zig:20   | Killed sleeves's ghost
211795 | Zig:20   | Killed Xorhowon's ghost
211795 | Zig:20   | Killed Anafel's ghost
211795 | Zig:20   | Killed Ubraesch's ghost
211795 | Zig:20   | Killed Zachydoop's ghost
211795 | Zig:20   | Killed lmSkywalker's ghost
211796 | Zig:20   | Killed Rirumasy's ghost
211796 | Zig:20   | Noticed Saphesar's ghost (veteran DsFi)
211797 | Zig:20   | Noticed Manman's ghost (legendary HOGl)
211797 | Zig:20   | Killed Zachydoop's ghost
211797 | Zig:20   | Killed ragingrage's ghost
211797 | Zig:20   | Killed Denobboc's ghost
211797 | Zig:20   | Killed Zenecom's ghost
211797 | Zig:20   | Killed Jargh's ghost
211797 | Zig:20   | Killed Xutext's ghost
211797 | Zig:20   | Killed a curse toe
211797 | Zig:20   | Killed meatyocre's ghost
211797 | Zig:20   | Killed meatyocre's ghost
211797 | Zig:20   | Noticed Rirumasy's ghost (legendary OpWn)
211797 | Zig:20   | Noticed runemage's ghost (legendary GnFi)
211797 | Zig:20   | Noticed Marixus's ghost (legendary DDFi)
211798 | Zig:20   | Killed Ebassic's ghost
211798 | Zig:20   | Killed meatyocre's ghost
211798 | Zig:20   | Killed Hillam's ghost
211798 | Zig:20   | Killed Saphesar's ghost
211798 | Zig:20   | Killed Dameikh's ghost
211798 | Zig:20   | Killed thechecker02's ghost
211798 | Zig:20   | Killed Motirgh's ghost
211798 | Zig:20   | Killed Xuqyot's ghost
211798 | Zig:20   | Killed Anafel's ghost
211798 | Zig:20   | Killed scarywalker64's ghost
211799 | Zig:20   | Noticed deprived's ghost (legendary HOFi)
211799 | Zig:20   | Noticed scarywalker64's ghost (legendary GrEE)
211799 | Zig:20   | Noticed Veodywke's ghost (legendary MiBe)
211800 | Zig:20   | Noticed Evehuixoju's ghost (legendary VSFi)
211800 | Zig:20   | Noticed frimble's ghost (legendary GrFi)
211800 | Zig:20   | Noticed Denobboc's ghost (legendary OpMo)
211800 | Zig:20   | Noticed Saphesar's ghost (veteran DsFi)
211800 | Zig:20   | Noticed sleeves's ghost (legendary DsFi)
211800 | Zig:20   | Noticed Heartburn's ghost (veteran MiFi)
211800 | Zig:20   | Noticed Fugi's ghost (legendary FoFi)
211800 | Zig:20   | Noticed Kufiz's ghost (master GrCK)
211800 | Zig:20   | Noticed Hacvoq's ghost (legendary HOFi)
211800 | Zig:20   | Noticed Giojuova's ghost (legendary GnBe)
211800 | Zig:20   | Noticed Janeylunn's ghost (veteran GnWn)
211800 | Zig:20   | Noticed Xocw's ghost (legendary GrMo)
211801 | Zig:20   | Noticed WeeknightWizard's ghost (veteran DEFE)
211801 | Zig:20   | Noticed Viugiw's ghost (legendary TeBe)
211801 | Zig:20   | Noticed astronautguy's ghost (legendary FoEE)
211801 | Zig:20   | Noticed Hillam's ghost (legendary DsTm)
211801 | Zig:20   | Noticed Pusocauss's ghost (legendary VSBe)
211801 | Zig:20   | Noticed Huju's ghost (legendary HOFi)
211801 | Zig:20   | Noticed blexxed's ghost (legendary DsFi)
211801 | Zig:20   | Killed Ekeiwkem's ghost
211801 | Zig:20   | Killed Dittersdorf's ghost
211801 | Zig:20   | Noticed Walil's ghost (veteran MiMo)
211801 | Zig:20   | Noticed Piginabag's ghost (legendary DsSk)
211801 | Zig:20   | Noticed Hillam's ghost (legendary DsTm)
211801 | Zig:20   | Noticed a curse toe
211802 | Zig:20   | Noticed yaoilover's ghost (veteran MiBe)
211802 | Zig:20   | Killed runemage's ghost
211802 | Zig:20   | Killed stevelinton's ghost
211802 | Zig:20   | Killed Jeklifit's ghost
211802 | Zig:20   | Killed Hacvoq's ghost
211802 | Zig:20   | Killed strangelove's ghost
211802 | Zig:20   | Killed Rirumasy's ghost
211803 | Zig:20   | Killed Fugi's ghost
211803 | Zig:20   | Killed Himmaryad's ghost
211803 | Zig:20   | Killed a curse toe
211803 | Zig:20   | Killed Evehuixoju's ghost
211803 | Zig:20   | Killed Pusocauss's ghost
211803 | Zig:20   | Killed Denobboc's ghost
211803 | Zig:20   | Killed sleeves's ghost
211803 | Zig:20   | Killed Marixus's ghost
211803 | Zig:20   | Noticed Amikeex's ghost (adept TrMo)
211803 | Zig:20   | Noticed Barug's ghost (adept TrMo)
211803 | Zig:20   | Killed Giojuova's ghost
211803 | Zig:20   | Noticed sleeves's ghost (legendary HuEE)
211804 | Zig:20   | Killed Veodywke's ghost
211804 | Zig:20   | Killed deprived's ghost
211804 | Zig:20   | Killed Janeylunn's ghost
211804 | Zig:20   | Killed Kufiz's ghost
211804 | Zig:20   | Killed Hacvoq's ghost
211804 | Zig:20   | Killed Saphesar's ghost
211804 | Zig:20   | Killed Viugiw's ghost
211804 | Zig:20   | Killed a curse toe
211804 | Zig:20   | Killed Walil's ghost
211804 | Zig:20   | Killed scarywalker64's ghost
211804 | Zig:20   | Noticed Ubraesch's ghost (adept TrMo)
211804 | Zig:20   | Noticed Likado's ghost (legendary GnSk)
211805 | Zig:20   | Noticed ragingrage's ghost (legendary OpFE)
211805 | Zig:20   | Noticed Ycuhohed's ghost (veteran TeBe)
211805 | Zig:20   | Noticed Zenecom's ghost (legendary MiFi)
211805 | Zig:20   | Killed frimble's ghost
211805 | Zig:20   | Killed Heartburn's ghost
211805 | Zig:20   | Killed Hillam's ghost
211805 | Zig:20   | Killed Hillam's ghost
211805 | Zig:20   | Noticed Hacvoq's ghost (legendary HOFi)
211805 | Zig:20   | Noticed Gucom's ghost (veteran GnFi)
211805 | Zig:20   | Noticed Viocziel's ghost (adept TrMo)
211805 | Zig:20   | Noticed Hillam's ghost (legendary DsTm)
211806 | Zig:20   | Noticed Kufiz's ghost (master GrCK)
211806 | Zig:20   | Killed blexxed's ghost
211807 | Zig:20   | Killed Xocw's ghost
211807 | Zig:20   | Killed Barug's ghost
211807 | Zig:20   | Killed Hacvoq's ghost
211807 | Zig:20   | Noticed GlasyaLabolas's ghost (legendary MiFi)
211807 | Zig:20   | Noticed Nenig's ghost (legendary GnFi)
211822 | Zig:20   | Killed sleeves's ghost
211825 | Zig:20   | Noticed Amikeex's ghost (adept TrMo)
211826 | Zig:20   | Killed Amikeex's ghost
211826 | Zig:20   | Killed Huju's ghost
211826 | Zig:20   | Killed Ycuhohed's ghost
211826 | Zig:20   | Killed astronautguy's ghost
211827 | Zig:20   | Killed yaoilover's ghost
211827 | Zig:20   | Killed Likado's ghost
211827 | Zig:20   | Killed WeeknightWizard's ghost
211828 | Zig:20   | Killed Manman's ghost
211828 | Zig:20   | Killed Gucom's ghost
211828 | Zig:20   | Killed ragingrage's ghost
211828 | Zig:20   | Killed Hillam's ghost
211828 | Zig:20   | Killed Amikeex's ghost
211829 | Zig:20   | Killed Piginabag's ghost
211830 | Zig:20   | Killed Viocziel's ghost
211830 | Zig:20   | Killed Kufiz's ghost
211831 | Zig:20   | Killed Nenig's ghost
211831 | Zig:20   | Killed Zenecom's ghost
211831 | Zig:20   | Killed Ubraesch's ghost
211831 | Zig:20   | Killed GlasyaLabolas's ghost
211832 | Zig:20   | Noticed Qatinlae's ghost (veteran DEFE)
211832 | Zig:20   | Killed Hacvoq's ghost
211833 | Zig:20   | Noticed Pusocauss's ghost (legendary VSBe)
211833 | Zig:20   | Noticed Ekeiwkem's ghost (legendary DsFi)
211833 | Zig:20   | Noticed Marixus's ghost (legendary DDFi)
211834 | Zig:20   | Noticed Ecsetopt's ghost (legendary BaWn)
211834 | Zig:20   | Noticed Uhosoup's ghost (veteran GrFi)
211834 | Zig:20   | Noticed Zonian's ghost (legendary HOFi)
211834 | Zig:20   | Noticed sleeves's ghost (legendary HuEE)
211834 | Zig:20   | Noticed astronautguy's ghost (legendary FoEE)
211835 | Zig:20   | Killed Qatinlae's ghost
211835 | Zig:20   | Noticed Totuz's ghost (legendary HOFi)
211835 | Zig:20   | Noticed Nenig's ghost (legendary GnFi)
211836 | Zig:20   | Killed Pusocauss's ghost
211837 | Zig:20   | Killed Ekeiwkem's ghost
211837 | Zig:20   | Killed Uhosoup's ghost
211837 | Zig:20   | Killed Zonian's ghost
211837 | Zig:20   | Killed Ecsetopt's ghost
211837 | Zig:20   | Killed astronautguy's ghost
211837 | Zig:20   | Killed sleeves's ghost
211837 | Zig:20   | Noticed Giojuova's ghost (legendary GnBe)
211837 | Zig:20   | Noticed Hewasun's ghost (legendary MiBe)
211838 | Zig:20   | Killed Nenig's ghost
211838 | Zig:20   | Noticed Xaowkis's ghost (legendary GnWr)
211838 | Zig:20   | Noticed Haitsiopt's ghost (legendary DsGl)
211840 | Zig:20   | Noticed Amikeex's ghost (adept TrMo)
211842 | Zig:20   | Killed Giojuova's ghost
211842 | Zig:20   | Killed Totuz's ghost
211842 | Zig:20   | Noticed Wammos's ghost (legendary TeCj)
211842 | Zig:20   | Noticed blexxed's ghost (legendary DsFi)
211844 | Zig:20   | Killed Xaowkis's ghost
211845 | Zig:20   | Killed Hewasun's ghost
211853 | Zig:20   | Killed Wammos's ghost
211853 | Zig:20   | Killed Marixus's ghost
211854 | Zig:20   | Killed Haitsiopt's ghost
211855 | Zig:20   | Noticed Rirumasy's ghost (legendary OpWn)
211855 | Zig:20   | Noticed Saphesar's ghost (veteran DsFi)
211858 | Zig:20   | Killed Amikeex's ghost
211859 | Zig:20   | Killed Saphesar's ghost
211859 | Zig:20   | Noticed Nenig's ghost (legendary GnFi)
211859 | Zig:20   | Noticed Viugiw's ghost (legendary TeBe)
211860 | Zig:20   | Killed blexxed's ghost
211861 | Zig:20   | Noticed Ecsetopt's ghost (legendary BaWn)
211861 | Zig:20   | Noticed Totuz's ghost (legendary HOFi)
211862 | Zig:20   | Killed Viugiw's ghost
211862 | Zig:20   | Noticed andrewp's ghost (veteran MiBe)
211863 | Zig:20   | Killed Nenig's ghost
211863 | Zig:20   | Killed Ecsetopt's ghost
211863 | Zig:20   | Noticed a curse toe
211864 | Zig:20   | Noticed Qatinlae's ghost (veteran DEFE)
211864 | Zig:20   | Noticed Uhosoup's ghost (veteran GrFi)
211864 | Zig:20   | Noticed deprived's ghost (legendary HOFi)
211864 | Zig:20   | Noticed Kucykkydd's ghost (legendary MiFi)
211865 | Zig:20   | Noticed MrChinwatt's ghost (legendary DsWn)
211865 | Zig:20   | Killed andrewp's ghost
211865 | Zig:20   | Killed Totuz's ghost
211865 | Zig:20   | Killed Rirumasy's ghost
211866 | Zig:20   | Killed a curse toe
211866 | Zig:20   | Killed Uhosoup's ghost
211867 | Zig:20   | Noticed GlasyaLabolas's ghost (legendary MiFi)
211867 | Zig:20   | Noticed reasonance's ghost (legendary HOMo)
211867 | Zig:20   | Noticed Hacvoq's ghost (legendary HOFi)
211867 | Zig:20   | Noticed swap's ghost (legendary DEFE)
211868 | Zig:20   | Noticed BerryKnight's ghost (legendary DgFi)
211868 | Zig:20   | Killed deprived's ghost
211868 | Zig:20   | Killed Kucykkydd's ghost
211868 | Zig:20   | Killed swap's ghost
211869 | Zig:20   | Killed Qatinlae's ghost
211869 | Zig:20   | Killed MrChinwatt's ghost
211869 | Zig:20   | Killed BerryKnight's ghost
211869 | Zig:20   | Killed GlasyaLabolas's ghost
211869 | Zig:20   | Killed reasonance's ghost
211869 | Zig:20   | Noticed Zoplarin's ghost (legendary BaSk)
211869 | Zig:20   | Noticed thechecker02's ghost (master DDFi)
211869 | Zig:20   | Noticed Unuchuin's ghost (legendary GnFi)
211870 | Zig:20   | Noticed a curse toe
211870 | Zig:20   | Noticed Rirumasy's ghost (legendary OpWn)
211870 | Zig:20   | Noticed Waohesse's ghost (legendary VSFi)
211870 | Zig:20   | Noticed meatyocre's ghost (veteran TrFi)
211871 | Zig:20   | Killed Hacvoq's ghost
211871 | Zig:20   | Noticed a curse toe
211871 | Zig:20   | Noticed a curse toe
211873 | Zig:20   | Noticed scarywalker64's ghost (legendary GrEE)
211874 | Zig:20   | Killed thechecker02's ghost
211874 | Zig:20   | Killed a curse toe
211874 | Zig:20   | Killed Rirumasy's ghost
211874 | Zig:20   | Killed a curse toe
211874 | Zig:20   | Killed a curse toe
211874 | Zig:20   | Noticed Uhosoup's ghost (veteran GrFi)
211874 | Zig:20   | Noticed Wammos's ghost (legendary TeCj)
211879 | Zig:20   | Noticed Evehuixoju's ghost (legendary VSFi)
211879 | Zig:20   | Noticed Fueng's ghost (legendary HOFi)
211879 | Zig:20   | Noticed Piginabag's ghost (legendary DsSk)
211879 | Zig:20   | Noticed Piginabag's ghost (veteran GnMo)
211884 | Zig:20   | Noticed deprived's ghost (legendary HOFi)
211885 | Zig:20   | Noticed frimble's ghost (adept DsGl)
211886 | Zig:20   | Noticed Kufiz's ghost (master GrCK)
211886 | Zig:20   | Noticed a curse toe
211887 | Zig:20   | Noticed EricTams's ghost (veteran MiBe)
211888 | Zig:20   | Killed scarywalker64's ghost
211888 | Zig:20   | Killed Fueng's ghost
211888 | Zig:20   | Killed frimble's ghost
211889 | Zig:20   | Killed Piginabag's ghost
211889 | Zig:20   | Killed Kufiz's ghost
211889 | Zig:20   | Killed deprived's ghost
211889 | Zig:20   | Killed Piginabag's ghost
211889 | Zig:20   | Killed Evehuixoju's ghost
211889 | Zig:20   | Killed a curse toe
211890 | Zig:20   | Killed EricTams's ghost
211891 | Zig:20   | Noticed Zoplarin's ghost (legendary BaSk)
211891 | Zig:20   | Noticed Likado's ghost (legendary GnSk)
211892 | Zig:20   | Noticed Viugiw's ghost (legendary TeBe)
211895 | Zig:20   | Killed Zoplarin's ghost
211896 | Zig:20   | Killed Waohesse's ghost
211897 | Zig:20   | Killed Zoplarin's ghost
211897 | Zig:20   | Killed Unuchuin's ghost
211899 | Zig:20   | Killed meatyocre's ghost
211900 | Zig:20   | Killed Uhosoup's ghost
211902 | Zig:20   | Killed Viugiw's ghost
211902 | Zig:20   | Killed Likado's ghost
211903 | Zig:20   | Killed Wammos's ghost
211948 | Zig:20   | Identified the +1 short sword "Giqoetat" {chaos, +Blink
                  | MP-9 Str+2}
211949 | Zig:20   | Identified the ring "Tudazxu" {Fly Int-4 Dex+6}
211958 | Zig:20   | Identified the +10 mace of Cheibriados's Anger {drain,
                  | Contam rC- rN+++ Str+4}
211965 | Zig:20   | Identified the +2 pair of gloves of Light {rPois rC-
                  | Will++}
211967 | Zig:20   | Identified the amulet of Egayt {Spirit Stlth+}
211972 | Zig:20   | Identified the staff of air "Viciammo" {rElec rN+ Dex+3}
211977 | Zig:20   | Identified the +3 hand axe of the Purple Skies {speed,
                  | rElec Int+5}
211978 | Zig:20   | Identified the staff of earth "Orghagut" {Will+}
211999 | Zig:20   | Identified the +8 hand axe of the Building Moth {freeze,
                  | rElec Str+3 Dex-4}
212001 | Zig:20   | Identified the staff of death "Biele" {rPois rN+ MP+9
                  | Str+4}
212004 | Zig:20   | Identified the +10 shortbow "Qahulent" {heavy, rElec rC+
                  | rN+ Stlth-}
212006 | Zig:20   | Identified the staff of conjuration "Axutiw" {rF+}
212011 | Zig:20   | Identified the +6 chain mail "Xaaneigh" {Int+5}
212022 | Zig:20   | Identified the +2 ring mail of the Circus Animal {Stlth+}
212027 | Zig:20   | Identified the staff of earth "Bunniqaa" {rCorr Stlth+}
212033 | Zig:20   | Identified the ring of the Unkillable {MP+9 Str+6}
212034 | Zig:20   | Identified the staff of poison "Wyemaxy Rino" {+Blink rPois
                  | Str+5}
212415 | Zig:21   | Entered Level 21 of a ziggurat
212547 | Zig:21   | Identified the +5 rapier "Zurr" {heavy, rF+ rC- Int+3}
212548 | Zig:21   | Identified the staff of earth "Rofi" {Int+2}
212554 | Zig:21   | Identified the +9 sling "Hapruck" {elec, Drain rC+ rCorr
                  | SInv}
213368 | Zig:22   | Entered Level 22 of a ziggurat
213368 | Zig:22   | Noticed a caustic shrike
213368 | Zig:22   | Noticed a caustic shrike
213368 | Zig:22   | Noticed a caustic shrike
213368 | Zig:22   | Noticed a caustic shrike
213368 | Zig:22   | Noticed a caustic shrike
213368 | Zig:22   | Noticed a caustic shrike
213368 | Zig:22   | Noticed a caustic shrike
213368 | Zig:22   | Noticed a caustic shrike
213368 | Zig:22   | Noticed a caustic shrike
213368 | Zig:22   | Noticed a caustic shrike
213368 | Zig:22   | Noticed a caustic shrike
213368 | Zig:22   | Noticed a caustic shrike
213368 | Zig:22   | Noticed a caustic shrike
213368 | Zig:22   | Noticed a caustic shrike
213368 | Zig:22   | Noticed a caustic shrike
213368 | Zig:22   | Noticed a caustic shrike
213368 | Zig:22   | Noticed a caustic shrike
213370 | Zig:22   | Killed a caustic shrike
213370 | Zig:22   | Killed a caustic shrike
213370 | Zig:22   | Killed a caustic shrike
213370 | Zig:22   | Killed a caustic shrike
213370 | Zig:22   | Killed a caustic shrike
213370 | Zig:22   | Killed a caustic shrike
213370 | Zig:22   | Killed a caustic shrike
213370 | Zig:22   | Killed a caustic shrike
213370 | Zig:22   | Killed a caustic shrike
213370 | Zig:22   | Killed a caustic shrike
213370 | Zig:22   | Killed a caustic shrike
213370 | Zig:22   | Killed a caustic shrike
213370 | Zig:22   | Killed a caustic shrike
213370 | Zig:22   | Killed a caustic shrike
213370 | Zig:22   | Killed a caustic shrike
213370 | Zig:22   | Killed a caustic shrike
213370 | Zig:22   | Noticed a caustic shrike
213371 | Zig:22   | Noticed a caustic shrike
213371 | Zig:22   | Noticed a caustic shrike
213371 | Zig:22   | Noticed a caustic shrike
213371 | Zig:22   | Noticed a caustic shrike
213372 | Zig:22   | Noticed a caustic shrike
213372 | Zig:22   | Noticed a caustic shrike
213372 | Zig:22   | Noticed a caustic shrike
213373 | Zig:22   | Killed a caustic shrike
213373 | Zig:22   | Killed a caustic shrike
213373 | Zig:22   | Killed a caustic shrike
213373 | Zig:22   | Killed a caustic shrike
213373 | Zig:22   | Killed a caustic shrike
213373 | Zig:22   | Killed a caustic shrike
213373 | Zig:22   | Noticed a caustic shrike
213373 | Zig:22   | Noticed a caustic shrike
213374 | Zig:22   | Noticed a caustic shrike
213374 | Zig:22   | Killed a caustic shrike
213374 | Zig:22   | Killed a caustic shrike
213374 | Zig:22   | Killed a caustic shrike
213374 | Zig:22   | Noticed a caustic shrike
213375 | Zig:22   | Noticed a caustic shrike
213375 | Zig:22   | Noticed a caustic shrike
213375 | Zig:22   | Noticed a caustic shrike
213375 | Zig:22   | Noticed a caustic shrike
213375 | Zig:22   | Killed a caustic shrike
213375 | Zig:22   | Noticed a caustic shrike
213375 | Zig:22   | Noticed a caustic shrike
213376 | Zig:22   | Noticed a caustic shrike
213376 | Zig:22   | Killed a caustic shrike
213376 | Zig:22   | Killed a caustic shrike
213376 | Zig:22   | Killed a caustic shrike
213376 | Zig:22   | Killed a caustic shrike
213376 | Zig:22   | Killed a caustic shrike
213376 | Zig:22   | Noticed a caustic shrike
213376 | Zig:22   | Noticed a caustic shrike
213376 | Zig:22   | Noticed a caustic shrike
213376 | Zig:22   | Noticed a caustic shrike
213377 | Zig:22   | Noticed a caustic shrike
213378 | Zig:22   | Noticed a caustic shrike
213378 | Zig:22   | Noticed a caustic shrike
213379 | Zig:22   | Noticed a caustic shrike
213379 | Zig:22   | Noticed a caustic shrike
213379 | Zig:22   | Noticed a caustic shrike
213379 | Zig:22   | Noticed a caustic shrike
213379 | Zig:22   | Noticed a caustic shrike
213379 | Zig:22   | Noticed a caustic shrike
213380 | Zig:22   | Noticed a caustic shrike
213380 | Zig:22   | Noticed a caustic shrike
213380 | Zig:22   | Noticed a caustic shrike
213381 | Zig:22   | Noticed a caustic shrike
213381 | Zig:22   | Killed a caustic shrike
213381 | Zig:22   | Killed a caustic shrike
213381 | Zig:22   | Killed a caustic shrike
213381 | Zig:22   | Killed a caustic shrike
213381 | Zig:22   | Killed a caustic shrike
213381 | Zig:22   | Killed a caustic shrike
213381 | Zig:22   | Killed a caustic shrike
213381 | Zig:22   | Killed a caustic shrike
213381 | Zig:22   | Killed a caustic shrike
213381 | Zig:22   | Killed a caustic shrike
213381 | Zig:22   | Killed a caustic shrike
213381 | Zig:22   | Killed a caustic shrike
213381 | Zig:22   | Killed a caustic shrike
213381 | Zig:22   | Killed a caustic shrike
213381 | Zig:22   | Killed a caustic shrike
213381 | Zig:22   | Killed a caustic shrike
213381 | Zig:22   | Killed a caustic shrike
213381 | Zig:22   | Killed a caustic shrike
213381 | Zig:22   | Noticed a caustic shrike
213381 | Zig:22   | Noticed a caustic shrike
213381 | Zig:22   | Noticed a caustic shrike
213382 | Zig:22   | Noticed a caustic shrike
213382 | Zig:22   | Noticed a caustic shrike
213382 | Zig:22   | Noticed a caustic shrike
213382 | Zig:22   | Noticed a caustic shrike
213382 | Zig:22   | Noticed a caustic shrike
213382 | Zig:22   | Noticed a caustic shrike
213382 | Zig:22   | Noticed a caustic shrike
213383 | Zig:22   | Noticed a caustic shrike
213383 | Zig:22   | Noticed a caustic shrike
213383 | Zig:22   | Noticed a caustic shrike
213383 | Zig:22   | Noticed a caustic shrike
213383 | Zig:22   | Noticed a caustic shrike
213383 | Zig:22   | Noticed a caustic shrike
213383 | Zig:22   | Noticed a caustic shrike
213385 | Zig:22   | Noticed a caustic shrike
213385 | Zig:22   | Killed a caustic shrike
213385 | Zig:22   | Killed a caustic shrike
213385 | Zig:22   | Killed a caustic shrike
213385 | Zig:22   | Killed a caustic shrike
213385 | Zig:22   | Killed a caustic shrike
213385 | Zig:22   | Killed a caustic shrike
213385 | Zig:22   | Killed a caustic shrike
213385 | Zig:22   | Killed a caustic shrike
213385 | Zig:22   | Killed a caustic shrike
213385 | Zig:22   | Killed a caustic shrike
213385 | Zig:22   | Noticed a caustic shrike
213385 | Zig:22   | Noticed a caustic shrike
213386 | Zig:22   | Noticed a caustic shrike
213387 | Zig:22   | Noticed a caustic shrike
213387 | Zig:22   | Noticed a caustic shrike
213387 | Zig:22   | Killed a caustic shrike
213387 | Zig:22   | Killed a caustic shrike
213387 | Zig:22   | Killed a caustic shrike
213387 | Zig:22   | Noticed a caustic shrike
213388 | Zig:22   | Noticed a caustic shrike
213388 | Zig:22   | Killed a caustic shrike
213388 | Zig:22   | Killed a caustic shrike
213388 | Zig:22   | Noticed a caustic shrike
213388 | Zig:22   | Noticed a caustic shrike
213389 | Zig:22   | Noticed a caustic shrike
213389 | Zig:22   | Killed a caustic shrike
213389 | Zig:22   | Killed a caustic shrike
213389 | Zig:22   | Killed a caustic shrike
213389 | Zig:22   | Killed a caustic shrike
213389 | Zig:22   | Killed a caustic shrike
213389 | Zig:22   | Killed a caustic shrike
213389 | Zig:22   | Killed a caustic shrike
213389 | Zig:22   | Killed a caustic shrike
213389 | Zig:22   | Killed a caustic shrike
213389 | Zig:22   | Killed a caustic shrike
213389 | Zig:22   | Killed a caustic shrike
213389 | Zig:22   | Killed a caustic shrike
213389 | Zig:22   | Killed a caustic shrike
213389 | Zig:22   | Noticed a caustic shrike
213390 | Zig:22   | Noticed a caustic shrike
213390 | Zig:22   | Killed a caustic shrike
213390 | Zig:22   | Killed a caustic shrike
213390 | Zig:22   | Noticed a caustic shrike
213390 | Zig:22   | Noticed a caustic shrike
213391 | Zig:22   | Noticed a caustic shrike
213391 | Zig:22   | Killed a caustic shrike
213391 | Zig:22   | Killed a caustic shrike
213392 | Zig:22   | Killed a caustic shrike
213392 | Zig:22   | Killed a caustic shrike
213392 | Zig:22   | Killed a caustic shrike
213392 | Zig:22   | Killed a caustic shrike
213392 | Zig:22   | Noticed a caustic shrike
213393 | Zig:22   | Noticed a caustic shrike
213394 | Zig:22   | Noticed a caustic shrike
213394 | Zig:22   | Noticed a caustic shrike
213395 | Zig:22   | Noticed a caustic shrike
213395 | Zig:22   | Killed a caustic shrike
213395 | Zig:22   | Killed a caustic shrike
213395 | Zig:22   | Killed a caustic shrike
213395 | Zig:22   | Noticed a caustic shrike
213396 | Zig:22   | Noticed a caustic shrike
213396 | Zig:22   | Noticed a caustic shrike
213397 | Zig:22   | Noticed a caustic shrike
213397 | Zig:22   | Killed a caustic shrike
213397 | Zig:22   | Killed a caustic shrike
213397 | Zig:22   | Noticed a caustic shrike
213397 | Zig:22   | Noticed a caustic shrike
213398 | Zig:22   | Killed a caustic shrike
213401 | Zig:22   | Killed a caustic shrike
213401 | Zig:22   | Killed a caustic shrike
213403 | Zig:22   | Killed a caustic shrike
213403 | Zig:22   | Killed a caustic shrike
213403 | Zig:22   | Killed a caustic shrike
213403 | Zig:22   | Killed a caustic shrike
213408 | Zig:22   | Killed a caustic shrike
214089 | Zig:22   | Identified the +0 rapier "Toegaocu" {holy, rC+ Int+5}
214090 | Zig:22   | Identified the amulet "Huiv" {Spirit rElec rCorr Dex+5}
214104 | Zig:22   | Identified the +9 scimitar "Bescheili" {holy, Str+4}
214107 | Zig:22   | Identified the +1 leather armour of Morality {rPois rF-
                  | Will- Slay+6}
214120 | Zig:22   | Identified the +10 plate armour of the Dowdy God {Str+3}
214121 | Zig:22   | Identified the staff of air "Yggiwk" {rElec rF- Str+6}
214123 | Zig:22   | Identified the amulet of Noon {Acrobat Dex+3 SInv}
214254 | Zig:23   | Entered Level 23 of a ziggurat
214302 | Zig:23   | Identified the +5 mace of Wusiel {drain, rN+ Int+3}
214328 | Zig:23   | Identified the +4 cloak "Coorumiminn" {rN+}
214335 | Zig:23   | Identified the ring of Coronation {Fly rElec rF- Str+5
                  | Stlth+}
214342 | Zig:23   | Identified the ring of Ongaur {rF+ rN+ Will+ Dex+6}
214348 | Zig:23   | Identified the +0 scale mail "Itzumn" {rCorr Dex-4 Slay+5
                  | Stlth+}
214363 | Zig:23   | Identified the staff of air "Tysoroh" {rElec rCorr Int+7}
214367 | Zig:23   | Identified the +4 flail "Vuivotz" {venom, rN++}
214380 | Zig:23   | Identified the staff of poison "Lenwoj" {rPois rC+ rN+
                  | Will+ Dex-2}
214388 | Zig:23   | Identified the amulet "Faclain" {Reflect Fly rC+ SH+5}
214404 | Zig:23   | Identified the +0 cloak "Fass" {Drain +Blink MP+9 Int+2}
214410 | Zig:23   | Identified the +7 falchion of Rol Taos {elec, rF+ Dex+2}
214420 | Zig:23   | Identified the ring "Buxzer" {rN+ Int+2 Stlth+}
214421 | Zig:23   | Identified the +3 shortbow of Dismemberment {heavy, Str+3
                  | Dex+3}
214423 | Zig:23   | Identified the +10 plate armour of the Enormous God {rC+
                  | Str+2 Slay+3}
214429 | Zig:23   | Identified the +4 falchion "Eviscerator" {pain, rN++ Str+3}
214430 | Zig:23   | Identified the amulet of Avimitou {Reflect rPois SH+5}
214456 | Zig:23   | Identified the ring "Soheb" {rPois rN+ Will+ Int+3 Dex-2}
214461 | Zig:23   | Identified the staff of cold "Bucaif" {rF+ rC+ rN+ Int+4
                  | Stlth-}
214470 | Zig:23   | Identified the +9 sling of Disembowelment {flame, rC+
                  | Int+2}
215224 | Zig:24   | Entered Level 24 of a ziggurat
215224 | Zig:24   | Noticed an ancient lich
215224 | Zig:24   | Noticed an ancient lich
215224 | Zig:24   | Noticed an ancient lich
215224 | Zig:24   | Noticed an ancient lich
215224 | Zig:24   | Noticed an ancient lich
215225 | Zig:24   | Killed an ancient lich
215225 | Zig:24   | Killed an ancient lich
215225 | Zig:24   | Killed an ancient lich
215225 | Zig:24   | Killed an ancient lich
215226 | Zig:24   | Killed an ancient lich
215227 | Zig:24   | Noticed an ancient lich
215228 | Zig:24   | Noticed an ancient lich
215231 | Zig:24   | Killed an ancient lich
215231 | Zig:24   | Killed an ancient lich
215234 | Zig:24   | Noticed a dread lich
215236 | Zig:24   | Noticed a dread lich
215236 | Zig:24   | Noticed a dread lich
215237 | Zig:24   | Noticed an ancient lich
215237 | Zig:24   | Killed a dread lich
215237 | Zig:24   | Killed a dread lich
215237 | Zig:24   | Killed a dread lich
215238 | Zig:24   | Noticed a dread lich
215238 | Zig:24   | Noticed a dread lich
215238 | Zig:24   | Noticed an ancient lich
215240 | Zig:24   | Noticed an ancient lich
215240 | Zig:24   | Killed an ancient lich
215241 | Zig:24   | Killed an ancient lich
215241 | Zig:24   | Killed a dread lich
215241 | Zig:24   | Killed a dread lich
215241 | Zig:24   | Noticed a dread lich
215242 | Zig:24   | Noticed an ancient lich
215244 | Zig:24   | Killed an ancient lich
215244 | Zig:24   | Noticed an ancient lich
215244 | Zig:24   | Noticed a dread lich
215246 | Zig:24   | Noticed an ancient lich
215246 | Zig:24   | Noticed a dread lich
215247 | Zig:24   | Noticed a dread lich
215247 | Zig:24   | Killed a dread lich
215247 | Zig:24   | Killed a dread lich
215247 | Zig:24   | Killed an ancient lich
215248 | Zig:24   | Killed an ancient lich
215248 | Zig:24   | Killed a dread lich
215248 | Zig:24   | Killed a dread lich
215248 | Zig:24   | Killed an ancient lich
215248 | Zig:24   | Noticed a dread lich
215252 | Zig:24   | Killed a dread lich
215252 | Zig:24   | Noticed a dread lich
215253 | Zig:24   | Killed a dread lich
215254 | Zig:24   | Noticed an ancient lich
215254 | Zig:24   | Noticed an ancient lich
215255 | Zig:24   | Noticed an ancient lich
215257 | Zig:24   | Killed an ancient lich
215258 | Zig:24   | Killed an ancient lich
215258 | Zig:24   | Killed an ancient lich
215261 | Zig:24   | Noticed a dread lich
215262 | Zig:24   | Killed a dread lich
215265 | Zig:24   | Noticed a dread lich
215268 | Zig:24   | Killed a dread lich
216024 | Zig:24   | Identified the ring of Ashenzari's Envy {Str-3 Int+7 SInv}
216027 | Zig:24   | Identified the ring of Umounaim {Fly rElec Str-3 Dex+2}
216035 | Zig:24   | Identified the +2 trident of Corporal Punishment {freeze,
                  | rC+ rCorr}
216037 | Zig:24   | Identified the amulet "Emaryucs" {RegenMP Rampage rPois
                  | rCorr Int+3}
216040 | Zig:24   | Identified the +0 dagger "Vojuogh" {flame, Drain rN+ Int+2
                  | Stlth+}
216046 | Zig:24   | Identified the ring "Caytsok" {Drain Will+++ Int+2 Dex+3
                  | SInv}
216050 | Zig:24   | Identified the amulet "Ynyng" {RegenMP Regen+ Dex-5 Slay+3}
216057 | Zig:24   | Identified the staff of air "Usat Coyg" {rElec rF+ rC++
                  | rN+}
216121 | Zig:25   | Entered Level 25 of a ziggurat
216209 | Zig:25   | Identified the staff of conjuration "Wipn" {Int+4 Stlth+}
216212 | Zig:25   | Identified the ring "Vacuoll" {+Blink rF- rN+ rCorr Dex-3}
216229 | Zig:25   | Identified the staff of cold "Kivvoe" {rC+ rN+}
216235 | Zig:25   | Identified the +8 great mace of Uskayaw, Burning {heavy,
                  | Str+4}
216236 | Zig:25   | Identified the +5 mace of the Nurturing Gods {venom, rElec
                  | Will+ Stlth+}
216238 | Zig:25   | Identified the +8 falchion "Ybedepn" {flame, Int+3}
216244 | Zig:25   | Identified the staff of fire "Usaosunn" {Drain rF+ Str+4
                  | Int+4}
216274 | Zig:25   | Identified the ring of Unovex {Drain rElec rF++ rC+ rCorr}
216281 | Zig:25   | Identified the +9 battleaxe of Quse {vamp, *Rage Int+9
                  | Dex-3}
217147 | Zig:26   | Entered Level 26 of a ziggurat
217221 | Zig:26   | Noticed Zeraoxtu the pandemonium lord
217228 | Zig:26   | Killed Zeraoxtu the pandemonium lord
217837 | Zig:26   | Identified the +5 short sword of Qeshrax {protect, rPois
                  | Int+6}
217839 | Zig:26   | Identified the +7 mace "Suliqazo" {holy, rN+ Str-5 Int+3
                  | Dex+8}
217848 | Zig:26   | Identified the staff of death "Plog" {rN+ Will+}
217857 | Zig:26   | Identified the staff of air "Luekh" {rElec rF- Will+ Int+2
                  | Dex+2}
217861 | Zig:26   | Identified the staff of cold "Rickuri" {rC+ rN+ Int-2 SInv}
217863 | Zig:26   | Identified the +8 shortbow "Qoil" {speed, Will+++ MP+9
                  | Str+2 Int-4}
217866 | Zig:26   | Identified the +2 helmet of Nivigut {rC+++ rN+++ Str-3
                  | Int-2}
217867 | Zig:26   | Identified the +4 broad axe "Beetleslayer" {heavy, rC++
                  | Str+3}
217870 | Zig:26   | Identified the staff of poison "Ynatuegg" {rPois Str+4
                  | Dex+3 Stlth+}
217879 | Zig:26   | Identified the staff of fire "Ciosash" {rF+ Str+3}
217899 | Zig:26   | Identified the staff of poison "Edekkots" {*Slow rPois
                  | Will+ Int+2 Dex+4}
217901 | Zig:26   | Identified the +1 robe "Anaudday" {rN++ Str-2 Slay+3
                  | Stlth+}
217902 | Zig:26   | Identified the ring "Gecus" {Will+ Int+3 Dex+6}
217905 | Zig:26   | Identified the +6 spear of Might {freeze, Drain rN+ rCorr
                  | Int+4}
217920 | Zig:26   | Identified the +4 morningstar "Vyjywal" {pain, Dex+5}
217922 | Zig:26   | Identified the ring of Boen Zagu {rC+ Str-4 Dex+8 Slay+4}
217925 | Zig:26   | Identified the +9 demon whip of the Bespelling Hero {venom,
                  | Str+4 Stlth+}
217949 | Zig:26   | Identified the staff of cold "Geetilag" {rElec rC+ Dex+2}
217962 | Zig:26   | Identified the ring "Evu Naom" {Will+ Dex+6}
218064 | Zig:27   | Entered Level 27 of a ziggurat
218067 | Zig:27   | Noticed an ancient lich
218068 | Zig:27   | Noticed an ancient lich
218069 | Zig:27   | Killed an ancient lich
218069 | Zig:27   | Killed an ancient lich
218070 | Zig:27   | Noticed a dread lich
218070 | Zig:27   | Noticed an ancient lich
218072 | Zig:27   | Noticed a dread lich
218073 | Zig:27   | Noticed an ancient lich
218073 | Zig:27   | Noticed an ancient lich
218074 | Zig:27   | Noticed a dread lich
218074 | Zig:27   | Noticed an ancient lich
218075 | Zig:27   | Killed an ancient lich
218075 | Zig:27   | Killed a dread lich
218075 | Zig:27   | Killed an ancient lich
218075 | Zig:27   | Killed an ancient lich
218075 | Zig:27   | Killed a dread lich
218075 | Zig:27   | Killed a dread lich
218076 | Zig:27   | Killed an ancient lich
218077 | Zig:27   | Noticed an ancient lich
218077 | Zig:27   | Noticed an ancient lich
218080 | Zig:27   | Noticed an ancient lich
218080 | Zig:27   | Noticed an ancient lich
218080 | Zig:27   | Noticed a dread lich
218081 | Zig:27   | Killed an ancient lich
218081 | Zig:27   | Killed an ancient lich
218081 | Zig:27   | Killed an ancient lich
218082 | Zig:27   | Killed an ancient lich
218082 | Zig:27   | Killed a dread lich
218082 | Zig:27   | Noticed a dread lich
218083 | Zig:27   | Noticed a dread lich
218083 | Zig:27   | Noticed an ancient lich
218084 | Zig:27   | Noticed an ancient lich
218084 | Zig:27   | Noticed a dread lich
218084 | Zig:27   | Noticed a dread lich
218085 | Zig:27   | Noticed a dread lich
218085 | Zig:27   | Noticed an ancient lich
218086 | Zig:27   | Killed a dread lich
218086 | Zig:27   | Killed an ancient lich
218086 | Zig:27   | Killed an ancient lich
218086 | Zig:27   | Killed a dread lich
218086 | Zig:27   | Killed a dread lich
218086 | Zig:27   | Noticed a dread lich
218086 | Zig:27   | Noticed a dread lich
218087 | Zig:27   | Killed a dread lich
218087 | Zig:27   | Killed an ancient lich
218087 | Zig:27   | Killed a dread lich
218087 | Zig:27   | Killed a dread lich
218087 | Zig:27   | Killed a dread lich
218088 | Zig:27   | Noticed a dread lich
218088 | Zig:27   | Noticed a dread lich
218088 | Zig:27   | Noticed a dread lich
218088 | Zig:27   | Noticed a dread lich
218088 | Zig:27   | Noticed an ancient lich
218089 | Zig:27   | Noticed an ancient lich
218089 | Zig:27   | Noticed an ancient lich
218089 | Zig:27   | Noticed an ancient lich
218089 | Zig:27   | Noticed an ancient lich
218090 | Zig:27   | Noticed an ancient lich
218090 | Zig:27   | Noticed an ancient lich
218091 | Zig:27   | Noticed a dread lich
218091 | Zig:27   | Killed a dread lich
218091 | Zig:27   | Killed an ancient lich
218091 | Zig:27   | Killed a dread lich
218091 | Zig:27   | Killed an ancient lich
218091 | Zig:27   | Killed an ancient lich
218091 | Zig:27   | Killed an ancient lich
218091 | Zig:27   | Killed a dread lich
218091 | Zig:27   | Killed an ancient lich
218091 | Zig:27   | Killed an ancient lich
218091 | Zig:27   | Killed a dread lich
218092 | Zig:27   | Killed an ancient lich
218092 | Zig:27   | Killed a dread lich
218092 | Zig:27   | Noticed an ancient lich
218092 | Zig:27   | Noticed an ancient lich
218094 | Zig:27   | Noticed an ancient lich
218094 | Zig:27   | Noticed an ancient lich
218096 | Zig:27   | Killed an ancient lich
218096 | Zig:27   | Killed an ancient lich
218096 | Zig:27   | Killed an ancient lich
218096 | Zig:27   | Killed an ancient lich
218098 | Zig:27   | Noticed an ancient lich
218098 | Zig:27   | Noticed an ancient lich
218099 | Zig:27   | Noticed a dread lich
218100 | Zig:27   | Noticed a dread lich
218101 | Zig:27   | Killed a dread lich
218101 | Zig:27   | Killed a dread lich
218101 | Zig:27   | Killed an ancient lich
218101 | Zig:27   | Killed an ancient lich
218102 | Zig:27   | Noticed a dread lich
218103 | Zig:27   | Killed a dread lich
218104 | Zig:27   | Noticed an ancient lich
218104 | Zig:27   | Noticed a dread lich
218104 | Zig:27   | Noticed an ancient lich
218104 | Zig:27   | Noticed a dread lich
218106 | Zig:27   | Noticed a dread lich
218106 | Zig:27   | Noticed a dread lich
218107 | Zig:27   | Killed an ancient lich
218107 | Zig:27   | Killed an ancient lich
218107 | Zig:27   | Killed a dread lich
218108 | Zig:27   | Killed a dread lich
218108 | Zig:27   | Killed a dread lich
218108 | Zig:27   | Killed a dread lich
218108 | Zig:27   | Killed a dread lich
218108 | Zig:27   | Noticed an ancient lich
218109 | Zig:27   | Noticed a dread lich
218111 | Zig:27   | Killed an ancient lich
218112 | Zig:27   | Killed a dread lich
218134 | Zig:27   | Identified the ring "Vimmuel" {rC+ Int+3}
218135 | Zig:27   | Identified the +2 ring mail of Hepliaklqana, Holding {rPois
                  | rF+ rC+ rN+}
218139 | Zig:27   | Identified the staff of cold "Jioczosch" {rC+ Will- Str+3
                  | Int+5 Dex+2}
218148 | Zig:27   | Identified the +3 dagger of Ancient Evil {flame, *Noise
                  | rElec rN+ Dex+6}
218151 | Zig:27   | Identified the +3 great sword of the Noxious God {pain,
                  | Int+3}
218155 | Zig:27   | Identified the ring of the Thistle {Wiz rF+ Slay+3}
218160 | Zig:27   | Identified the staff of cold "Fomupn" {rElec rC+ rN+ Int+3}
218163 | Zig:27   | Identified the +8 plate armour "Qaomimp" {rPois}
218165 | Zig:27   | Identified the +6 spear of Subjectivity {freeze, Fly rF+
                  | rN++ Str-3}
218166 | Zig:27   | Identified the +5 spear of Luxury {heavy, rF+ rC- Int+3}
218167 | Zig:27   | Identified the +11 trident of the Desert {venom, rC+ rN+
                  | rCorr}
218172 | Zig:27   | Identified the staff of conjuration "Akiarr" {Str+4}
218178 | Zig:27   | Identified the +9 spear of the Median {protect, Fly rElec
                  | rPois Str-5}
218180 | Zig:27   | Identified the +1 robe of the Harvest {Str+3}
218184 | Zig:27   | Identified the +1 scale mail of Supple Strength {Fly rElec}
218185 | Zig:27   | Identified the +5 hand axe of Geuqav {heavy, Will+}
218190 | Zig:27   | Identified the ring of Acruaq {rPois Str+5 Int+4 Dex-5}
218214 | Zig:27   | Identified the ring of Ru's Anger {rPois rC+ Will+ Int+2}
218233 | Zig:27   | Identified the +0 robe "Oplu" {rF+ Int+2}
218235 | Zig:27   | Identified the +5 dagger of Fedhas's Inspiration {venom,
                  | *Rage Will++ rCorr Int-2}
218259 | Zig:27   | Identified the amulet of Fywaicra {Faith Rampage Fragile
                  | Regen+ Dex+3}
218266 | Zig:27   | Identified the staff of earth "Meek" {rElec MP-9 Int+5}
218276 | Zig:27   | Identified the +1 chain mail "Zacway" {Int+3}
218289 | Zig:27   | Identified the +0 pair of gloves of Mirth {Harm rF++ rCorr
                  | Int-4}
219053 | Zig:27   | Identified the staff of death "Lipp" {rN+ Int-2 Dex+2
                  | Stlth+}
219108 | Zig:1    | Entered Level 1 of a ziggurat
219108 | Zig:1    | Noticed a juggernaut
219112 | Zig:1    | Killed a juggernaut
219182 | Zig:2    | Entered Level 2 of a ziggurat
219182 | Zig:2    | Noticed a dread lich
219182 | Zig:2    | Noticed an ancient lich
219182 | Zig:2    | Noticed a dread lich
219182 | Zig:2    | Noticed a dread lich
219182 | Zig:2    | Noticed an ancient lich
219182 | Zig:2    | Noticed a dread lich
219182 | Zig:2    | Noticed a dread lich
219182 | Zig:2    | Noticed a dread lich
219182 | Zig:2    | Noticed a dread lich
219182 | Zig:2    | Noticed an ancient lich
219182 | Zig:2    | Noticed a dread lich
219182 | Zig:2    | Noticed a dread lich
219183 | Zig:2    | Killed a dread lich
219183 | Zig:2    | Killed a dread lich
219183 | Zig:2    | Killed a dread lich
219183 | Zig:2    | Killed a dread lich
219183 | Zig:2    | Killed a dread lich
219183 | Zig:2    | Killed an ancient lich
219183 | Zig:2    | Killed a dread lich
219183 | Zig:2    | Killed an ancient lich
219184 | Zig:2    | Killed a dread lich
219184 | Zig:2    | Killed a dread lich
219185 | Zig:2    | Killed an ancient lich
219185 | Zig:2    | Killed a dread lich
219185 | Zig:2    | Noticed a dread lich
219187 | Zig:2    | Killed a dread lich
219217 | Zig:2    | Identified the +11 shortbow "Jedoytuk" {freeze, MP-9 Str+2
                  | Dex+3}
219259 | Zig:2    | Identified the +3 scale mail of Levity {Dex+2}
219287 | Zig:3    | Entered Level 3 of a ziggurat
219450 | Zig:4    | Entered Level 4 of a ziggurat
219585 | Zig:5    | Entered Level 5 of a ziggurat
219585 | Zig:5    | Noticed an ancient lich
219585 | Zig:5    | Noticed a dread lich
219585 | Zig:5    | Noticed an ancient lich
219585 | Zig:5    | Noticed an ancient lich
219585 | Zig:5    | Noticed an ancient lich
219585 | Zig:5    | Noticed an ancient lich
219585 | Zig:5    | Noticed an ancient lich
219586 | Zig:5    | Killed a dread lich
219586 | Zig:5    | Killed an ancient lich
219586 | Zig:5    | Killed an ancient lich
219586 | Zig:5    | Killed an ancient lich
219586 | Zig:5    | Killed an ancient lich
219586 | Zig:5    | Killed an ancient lich
219587 | Zig:5    | Killed an ancient lich
219589 | Zig:5    | Noticed an ancient lich
219589 | Zig:5    | Noticed an ancient lich
219590 | Zig:5    | Killed an ancient lich
219591 | Zig:5    | Killed an ancient lich
219632 | Zig:5    | Identified the ring "Nawaps" {rElec AC+4 Str+4}
219745 | Zig:6    | Entered Level 6 of a ziggurat
219745 | Zig:6    | Noticed a juggernaut
219745 | Zig:6    | Noticed a juggernaut
219745 | Zig:6    | Noticed a juggernaut
219745 | Zig:6    | Noticed a juggernaut
219745 | Zig:6    | Noticed a juggernaut
219745 | Zig:6    | Noticed a juggernaut
219746 | Zig:6    | Killed a juggernaut
219746 | Zig:6    | Killed a juggernaut
219746 | Zig:6    | Killed a juggernaut
219746 | Zig:6    | Killed a juggernaut
219746 | Zig:6    | Killed a juggernaut
219746 | Zig:6    | Killed a juggernaut
219749 | Zig:6    | Noticed a juggernaut
219755 | Zig:6    | Killed a juggernaut
219890 | Zig:6    | Identified the +5 great sword "Arbiter" {freeze, *Slow
                  | Int+9}
219932 | Zig:6    | Identified the staff of conjuration "Zyetaxof" {Drain rN+
                  | rCorr Dex+3}
219967 | Zig:7    | Entered Level 7 of a ziggurat
219967 | Zig:7    | Noticed Mic Otuj the pandemonium lord
219967 | Zig:7    | Noticed a Killer Klown
219967 | Zig:7    | Noticed Juureiv the pandemonium lord
219967 | Zig:7    | Noticed Orulisui the pandemonium lord
219967 | Zig:7    | Noticed Ekkupp the pandemonium lord
219967 | Zig:7    | Noticed Noxtea the pandemonium lord
219967 | Zig:7    | Noticed Obliruef the pandemonium lord
219967 | Zig:7    | Noticed Awoug the pandemonium lord
219967 | Zig:7    | Noticed Ygatesh the pandemonium lord
219967 | Zig:7    | Noticed Xidatotu the pandemonium lord
219967 | Zig:7    | Noticed a Killer Klown
219967 | Zig:7    | Noticed Misabipt the pandemonium lord
219967 | Zig:7    | Noticed Geysugal the pandemonium lord
219967 | Zig:7    | Noticed Leyreed the pandemonium lord
219967 | Zig:7    | Noticed Byuff the pandemonium lord
219967 | Zig:7    | Noticed Edett the pandemonium lord
219967 | Zig:7    | Noticed Seaheusorgh the pandemonium lord
219967 | Zig:7    | Noticed a Killer Klown
219967 | Zig:7    | Noticed Nots the pandemonium lord
219967 | Zig:7    | Noticed Heci the pandemonium lord
219967 | Zig:7    | Noticed Jaoj Ome the pandemonium lord
219969 | Zig:7    | Noticed a Killer Klown
219969 | Zig:7    | Noticed Jidaj the pandemonium lord
219969 | Zig:7    | Killed Leyreed the pandemonium lord
219969 | Zig:7    | Killed Jaoj Ome the pandemonium lord
219969 | Zig:7    | Killed Heci the pandemonium lord
219969 | Zig:7    | Killed a Killer Klown
219969 | Zig:7    | Noticed Sihy the pandemonium lord
219970 | Zig:7    | Killed Xidatotu the pandemonium lord
219970 | Zig:7    | Killed a Killer Klown
219970 | Zig:7    | Killed Misabipt the pandemonium lord
219970 | Zig:7    | Killed Awoug the pandemonium lord
219970 | Zig:7    | Killed Obliruef the pandemonium lord
219970 | Zig:7    | Killed Ygatesh the pandemonium lord
219970 | Zig:7    | Killed a Killer Klown
219970 | Zig:7    | Killed Seaheusorgh the pandemonium lord
219970 | Zig:7    | Killed Nots the pandemonium lord
219970 | Zig:7    | Noticed Jyzai the pandemonium lord
219970 | Zig:7    | Noticed a Killer Klown
219970 | Zig:7    | Noticed a Killer Klown
219970 | Zig:7    | Noticed Fexorica the pandemonium lord
219970 | Zig:7    | Noticed Fuef Bon the pandemonium lord
219971 | Zig:7    | Noticed Puptaot the pandemonium lord
219971 | Zig:7    | Killed Edett the pandemonium lord
219971 | Zig:7    | Killed Byuff the pandemonium lord
219971 | Zig:7    | Killed Noxtea the pandemonium lord
219971 | Zig:7    | Killed Geysugal the pandemonium lord
219971 | Zig:7    | Noticed a Killer Klown
219971 | Zig:7    | Noticed a Killer Klown
219972 | Zig:7    | Killed Ekkupp the pandemonium lord
219972 | Zig:7    | Killed a Killer Klown
219972 | Zig:7    | Killed Mic Otuj the pandemonium lord
219972 | Zig:7    | Killed a Killer Klown
219972 | Zig:7    | Killed a Killer Klown
219972 | Zig:7    | Killed Jidaj the pandemonium lord
219972 | Zig:7    | Killed Sihy the pandemonium lord
219972 | Zig:7    | Killed a Killer Klown
219972 | Zig:7    | Killed Orulisui the pandemonium lord
219972 | Zig:7    | Noticed Waenezir the pandemonium lord
219972 | Zig:7    | Noticed Uhiake the pandemonium lord
219975 | Zig:7    | Killed Juureiv the pandemonium lord
219975 | Zig:7    | Killed Puptaot the pandemonium lord
219975 | Zig:7    | Killed Jyzai the pandemonium lord
219975 | Zig:7    | Killed a Killer Klown
219975 | Zig:7    | Killed Fexorica the pandemonium lord
219975 | Zig:7    | Killed Fuef Bon the pandemonium lord
219975 | Zig:7    | Noticed Pializ the pandemonium lord
219975 | Zig:7    | Noticed Mayrol the pandemonium lord
219976 | Zig:7    | Noticed a Killer Klown
219976 | Zig:7    | Noticed a Killer Klown
219976 | Zig:7    | Noticed Hypneff the pandemonium lord
219977 | Zig:7    | Noticed Zoj Xisa the pandemonium lord
219977 | Zig:7    | Noticed Cysei the pandemonium lord
219977 | Zig:7    | Noticed a Killer Klown
219978 | Zig:7    | Killed a Killer Klown
219978 | Zig:7    | Killed Mayrol the pandemonium lord
219979 | Zig:7    | Killed Pializ the pandemonium lord
219979 | Zig:7    | Killed Waenezir the pandemonium lord
219979 | Zig:7    | Killed a Killer Klown
219979 | Zig:7    | Killed Zoj Xisa the pandemonium lord
219979 | Zig:7    | Noticed Harph the pandemonium lord
219979 | Zig:7    | Noticed Burryel the pandemonium lord
219980 | Zig:7    | Killed Uhiake the pandemonium lord
219980 | Zig:7    | Noticed Joniw the pandemonium lord
219981 | Zig:7    | Noticed Maugots the pandemonium lord
219981 | Zig:7    | Noticed Nuanog the pandemonium lord
219982 | Zig:7    | Noticed Kenegaod the pandemonium lord
219986 | Zig:7    | Killed Cysei the pandemonium lord
219986 | Zig:7    | Killed Hypneff the pandemonium lord
219986 | Zig:7    | Killed a Killer Klown
219987 | Zig:7    | Killed Maugots the pandemonium lord
219988 | Zig:7    | Killed Joniw the pandemonium lord
219988 | Zig:7    | Killed Harph the pandemonium lord
219991 | Zig:7    | Killed Nuanog the pandemonium lord
219991 | Zig:7    | Killed Burryel the pandemonium lord
219993 | Zig:7    | Killed Kenegaod the pandemonium lord
220009 | Zig:7    | Identified the +0 flail of the Kidney {flame, rC+}
220029 | Zig:7    | Identified the +7 falchion of Integrity {distort, rPois
                  | Will+ Int+3}
220032 | Zig:7    | Identified the +1 scimitar of the Painted God {holy, rPois
                  | rN+ Dex+2}
220165 | Zig:8    | Entered Level 8 of a ziggurat
220165 | Zig:8    | Noticed a royal mummy
220165 | Zig:8    | Noticed a royal mummy
220165 | Zig:8    | Noticed a royal mummy
220165 | Zig:8    | Noticed a royal mummy
220165 | Zig:8    | Noticed a royal mummy
220165 | Zig:8    | Noticed a royal mummy
220165 | Zig:8    | Noticed a royal mummy
220165 | Zig:8    | Noticed an ancient lich
220165 | Zig:8    | Noticed a royal mummy
220165 | Zig:8    | Noticed a royal mummy
220166 | Zig:8    | Killed a royal mummy
220166 | Zig:8    | Killed a royal mummy
220167 | Zig:8    | Killed a royal mummy
220167 | Zig:8    | Killed a royal mummy
220167 | Zig:8    | Killed an ancient lich
220167 | Zig:8    | Killed a royal mummy
220167 | Zig:8    | Killed a royal mummy
220167 | Zig:8    | Killed a royal mummy
220167 | Zig:8    | Killed a royal mummy
220167 | Zig:8    | Killed a royal mummy
220169 | Zig:8    | Noticed a royal mummy
220170 | Zig:8    | Noticed a royal mummy
220174 | Zig:8    | Killed a royal mummy
220177 | Zig:8    | Killed a royal mummy
220346 | Zig:8    | Identified the +0 hand axe of Scorn {holy, rElec rN++}
220389 | Zig:8    | Acquired 1023 gold pieces
220395 | Zig:9    | Entered Level 9 of a ziggurat
220431 | Zig:9    | Identified the ring "Buje Ora" {*Slow rF+ Str+6 Int+4}
220438 | Zig:9    | Identified the staff of earth "Niarukh" {rPois rF+ rN+++
                  | Will-}
220441 | Zig:9    | Identified the ring "Taharats" {Fly rF+ SInv}
220446 | Zig:9    | Identified the staff of fire "Fepreska" {rF+ rCorr}
220459 | Zig:9    | Identified the ring "Voud" {rF+ rC+}
220480 | Zig:9    | Identified the ring of Modul {rElec AC+4 Str+7 Int+3 Dex-2}
220482 | Zig:9    | Identified the +4 sling of the Final Beasts {heavy, rPois
                  | Str-5 Int+3}
220484 | Zig:9    | Identified the ring "Betejy" {Ice Fly Str+4 SInv}
220709 | Zig:10   | Entered Level 10 of a ziggurat
220909 | Zig:10   | Identified the +1 ring mail of Theory {MP+9 Dex+6}
220918 | Zig:10   | Identified the +5 morningstar of Powerful Punishment
                  | {flame, Contam Dex+8 SInv}
220965 | Zig:11   | Entered Level 11 of a ziggurat
220965 | Zig:11   | Noticed a dread lich
220965 | Zig:11   | Noticed an ancient lich
220965 | Zig:11   | Noticed a dread lich
220965 | Zig:11   | Noticed an ancient lich
220965 | Zig:11   | Noticed an ancient lich
220965 | Zig:11   | Noticed a dread lich
220965 | Zig:11   | Noticed an ancient lich
220965 | Zig:11   | Noticed an ancient lich
220965 | Zig:11   | Noticed a dread lich
220965 | Zig:11   | Noticed a dread lich
220965 | Zig:11   | Noticed an ancient lich
220965 | Zig:11   | Noticed an ancient lich
220966 | Zig:11   | Killed an ancient lich
220966 | Zig:11   | Killed a dread lich
220966 | Zig:11   | Killed an ancient lich
220966 | Zig:11   | Killed an ancient lich
220966 | Zig:11   | Killed an ancient lich
220966 | Zig:11   | Killed a dread lich
220966 | Zig:11   | Killed an ancient lich
220966 | Zig:11   | Killed a dread lich
220966 | Zig:11   | Killed a dread lich
220966 | Zig:11   | Killed an ancient lich
220967 | Zig:11   | Noticed a dread lich
220968 | Zig:11   | Noticed a dread lich
220970 | Zig:11   | Killed a dread lich
220970 | Zig:11   | Killed an ancient lich
220970 | Zig:11   | Noticed an ancient lich
220971 | Zig:11   | Killed a dread lich
220971 | Zig:11   | Killed a dread lich
220971 | Zig:11   | Noticed an ancient lich
220971 | Zig:11   | Noticed a dread lich
220972 | Zig:11   | Noticed an ancient lich
220972 | Zig:11   | Killed an ancient lich
220972 | Zig:11   | Killed an ancient lich
220972 | Zig:11   | Killed an ancient lich
220973 | Zig:11   | Noticed an ancient lich
220974 | Zig:11   | Noticed an ancient lich
220974 | Zig:11   | Noticed a dread lich
220974 | Zig:11   | Noticed an ancient lich
220974 | Zig:11   | Noticed an ancient lich
220975 | Zig:11   | Killed a dread lich
220975 | Zig:11   | Killed a dread lich
220975 | Zig:11   | Killed an ancient lich
220975 | Zig:11   | Killed an ancient lich
220975 | Zig:11   | Killed an ancient lich
220975 | Zig:11   | Killed an ancient lich
220975 | Zig:11   | Noticed a dread lich
220976 | Zig:11   | Noticed a dread lich
220976 | Zig:11   | Noticed an ancient lich
220977 | Zig:11   | Noticed an ancient lich
220978 | Zig:11   | Killed a dread lich
220978 | Zig:11   | Killed an ancient lich
220978 | Zig:11   | Killed a dread lich
220978 | Zig:11   | Killed an ancient lich
221033 | Zig:11   | Identified the ring of Noyd {rPois Str+6}
221039 | Zig:11   | Identified the +5 great sword of Infection {drain, +Blink
                  | Will+ Dex-3 Stlth+}
221056 | Zig:11   | Identified the +5 falchion of the Valley {heavy, rC+ rN+
                  | rCorr Int+2}
221061 | Zig:11   | Identified the ring "Toddefuops" {rPois rN+ Slay+3}
221112 | Zig:11   | Identified the ring of Xoul Lud {Str+5 Int+6}
221306 | Zig:12   | Entered Level 12 of a ziggurat
221306 | Zig:12   | Noticed an orb of fire
221306 | Zig:12   | Noticed an orb of fire
221306 | Zig:12   | Noticed an orb of fire
221306 | Zig:12   | Noticed an orb of fire
221306 | Zig:12   | Noticed an orb of fire
221306 | Zig:12   | Noticed an orb of fire
221306 | Zig:12   | Noticed an orb of fire
221306 | Zig:12   | Noticed an orb of fire
221306 | Zig:12   | Noticed an orb of fire
221306 | Zig:12   | Noticed an orb of fire
221306 | Zig:12   | Noticed an orb of fire
221306 | Zig:12   | Noticed an orb of fire
221306 | Zig:12   | Noticed an orb of fire
221306 | Zig:12   | Noticed an orb of fire
221306 | Zig:12   | Noticed an orb of fire
221306 | Zig:12   | Noticed an orb of fire
221306 | Zig:12   | Noticed an orb of fire
221306 | Zig:12   | Noticed an orb of fire
221306 | Zig:12   | Noticed an orb of fire
221308 | Zig:12   | Killed an orb of fire
221308 | Zig:12   | Noticed an orb of fire
221309 | Zig:12   | Killed an orb of fire
221309 | Zig:12   | Killed an orb of fire
221309 | Zig:12   | Killed an orb of fire
221309 | Zig:12   | Killed an orb of fire
221309 | Zig:12   | Noticed an orb of fire
221310 | Zig:12   | Noticed an orb of fire
221310 | Zig:12   | Noticed an orb of fire
221310 | Zig:12   | Killed an orb of fire
221310 | Zig:12   | Killed an orb of fire
221310 | Zig:12   | Killed an orb of fire
221310 | Zig:12   | Killed an orb of fire
221310 | Zig:12   | Killed an orb of fire
221311 | Zig:12   | Killed an orb of fire
221311 | Zig:12   | Noticed an orb of fire
221311 | Zig:12   | Noticed an orb of fire
221312 | Zig:12   | Noticed an orb of fire
221312 | Zig:12   | Noticed an orb of fire
221312 | Zig:12   | Noticed an orb of fire
221313 | Zig:12   | Killed an orb of fire
221313 | Zig:12   | Killed an orb of fire
221313 | Zig:12   | Killed an orb of fire
221314 | Zig:12   | Noticed an orb of fire
221314 | Zig:12   | Noticed an orb of fire
221314 | Zig:12   | Killed an orb of fire
221314 | Zig:12   | Killed an orb of fire
221314 | Zig:12   | Killed an orb of fire
221315 | Zig:12   | Killed an orb of fire
221315 | Zig:12   | Killed an orb of fire
221315 | Zig:12   | Killed an orb of fire
221315 | Zig:12   | Killed an orb of fire
221315 | Zig:12   | Killed an orb of fire
221315 | Zig:12   | Killed an orb of fire
221315 | Zig:12   | Killed an orb of fire
221316 | Zig:12   | Noticed an orb of fire
221316 | Zig:12   | Killed an orb of fire
221316 | Zig:12   | Killed an orb of fire
221316 | Zig:12   | Killed an orb of fire
221316 | Zig:12   | Noticed an orb of fire
221317 | Zig:12   | Noticed an orb of fire
221317 | Zig:12   | Noticed an orb of fire
221318 | Zig:12   | Noticed an orb of fire
221318 | Zig:12   | Noticed an orb of fire
221318 | Zig:12   | Noticed an orb of fire
221319 | Zig:12   | Killed an orb of fire
221319 | Zig:12   | Noticed an orb of fire
221320 | Zig:12   | Killed an orb of fire
221320 | Zig:12   | Killed an orb of fire
221320 | Zig:12   | Killed an orb of fire
221320 | Zig:12   | Killed an orb of fire
221320 | Zig:12   | Killed an orb of fire
221320 | Zig:12   | Noticed an orb of fire
221321 | Zig:12   | Noticed an orb of fire
221323 | Zig:12   | Killed an orb of fire
221324 | Zig:12   | Killed an orb of fire
221324 | Zig:12   | Killed an orb of fire
221325 | Zig:12   | Killed an orb of fire
221327 | Zig:12   | Killed an orb of fire
221328 | Zig:12   | Killed an orb of fire
221328 | Zig:12   | Killed an orb of fire
221517 | Zig:12   | Identified the staff of earth "Wuscheqe" {rC+ rCorr Dex+3}
221536 | Zig:12   | Identified the amulet "Uckur" {Acrobat rF- Int+3 Dex+5}
221539 | Zig:12   | Identified the ring of Beniarho {rElec Dex+6}
221593 | Zig:12   | Identified the +8 spear "Lorem Ipsum" {drain, rPois Str+3}
221609 | Zig:12   | Identified the +1 rapier of Fakuroxt {pain, rN+}
221617 | Zig:13   | Entered Level 13 of a ziggurat
221617 | Zig:13   | Noticed a shard shrike
221617 | Zig:13   | Noticed a shard shrike
221617 | Zig:13   | Noticed a shard shrike
221617 | Zig:13   | Noticed a shard shrike
221617 | Zig:13   | Noticed a shard shrike
221617 | Zig:13   | Noticed a shard shrike
221617 | Zig:13   | Noticed a shard shrike
221617 | Zig:13   | Noticed a shard shrike
221617 | Zig:13   | Noticed a shard shrike
221617 | Zig:13   | Noticed a shard shrike
221618 | Zig:13   | Killed a shard shrike
221618 | Zig:13   | Killed a shard shrike
221618 | Zig:13   | Killed a shard shrike
221618 | Zig:13   | Killed a shard shrike
221618 | Zig:13   | Killed a shard shrike
221618 | Zig:13   | Killed a shard shrike
221618 | Zig:13   | Killed a shard shrike
221618 | Zig:13   | Killed a shard shrike
221618 | Zig:13   | Killed a shard shrike
221618 | Zig:13   | Killed a shard shrike
221618 | Zig:13   | Noticed a shard shrike
221619 | Zig:13   | Noticed a shard shrike
221619 | Zig:13   | Noticed a shard shrike
221619 | Zig:13   | Noticed a shard shrike
221620 | Zig:13   | Noticed a shard shrike
221621 | Zig:13   | Killed a shard shrike
221621 | Zig:13   | Killed a shard shrike
221621 | Zig:13   | Killed a shard shrike
221621 | Zig:13   | Killed a shard shrike
221621 | Zig:13   | Killed a shard shrike
221621 | Zig:13   | Killed a shard shrike
221623 | Zig:13   | Noticed a shard shrike
221624 | Zig:13   | Noticed a shard shrike
221624 | Zig:13   | Noticed an ancient lich
221624 | Zig:13   | Noticed a shard shrike
221625 | Zig:13   | Noticed a shard shrike
221625 | Zig:13   | Noticed a shard shrike
221626 | Zig:13   | Noticed a shard shrike
221627 | Zig:13   | Killed a shard shrike
221627 | Zig:13   | Killed a shard shrike
221627 | Zig:13   | Killed a shard shrike
221627 | Zig:13   | Killed a shard shrike
221627 | Zig:13   | Killed a shard shrike
221627 | Zig:13   | Killed a shard shrike
221627 | Zig:13   | Killed an ancient lich
221629 | Zig:13   | Noticed a shard shrike
221630 | Zig:13   | Killed a shard shrike
221706 | Zig:13   | Identified the +2 kite shield of Hadjma {Harm Str-5 Stlth+}
221707 | Zig:13   | Identified the +4 plate armour of Limited Liability {Int+2}
221709 | Zig:13   | Identified the +1 rapier of the Magi {flame, rCorr Int+2}
221710 | Zig:13   | Identified the +10 shortbow "Earthworm" {freeze, Dex+2}
221711 | Zig:13   | Identified the staff of fire "Digeheoc" {rF+ rC++ Will+
                  | Int-4}
221713 | Zig:13   | Identified the +7 long sword "Earthworm" {freeze, rF+ rC+
                  | Str+3}
221715 | Zig:13   | Identified the +0 leather armour of Okawaru's Inspiration
                  | {Will+ Int+5}
221716 | Zig:13   | Identified the +1 leather armour of the Hanged Man {rC+
                  | Int+5}
221718 | Zig:13   | Identified the amulet "Jasejir" {RegenMP rF+}
221723 | Zig:13   | Identified the ring "Hyekkum" {rPois rC+ Int+4 SInv}
221728 | Zig:13   | Identified the +9 longbow of Fortitude {heavy, *Corrode
                  | rElec rC+ rN+}
221730 | Zig:13   | Identified the +5 falchion of Vekhes {vamp, *Rage rC++
                  | Will+ Dex+3}
221731 | Zig:13   | Identified the +3 short sword of the Sea {heavy, Str+4}
221985 | Zig:14   | Entered Level 14 of a ziggurat
222299 | Zig:14   | Identified the +1 pair of boots of Yhyps {rPois Int-2
                  | Slay+3 SInv}
222301 | Zig:14   | Identified the amulet of Boiroq {rPois Regen+ Stlth+}
222303 | Zig:14   | Identified the +0 pair of gloves "Baqiakh" {Regen+ Str-2
                  | Slay+4}
222325 | Zig:14   | Identified the +0 leather armour "Kaosmusa" {Harm rN+ Str+4
                  | Dex-5}
222383 | Zig:15   | Entered Level 15 of a ziggurat
222383 | Zig:15   | Noticed an ancient lich
222383 | Zig:15   | Noticed an ancient lich
222383 | Zig:15   | Noticed a dread lich
222383 | Zig:15   | Noticed a dread lich
222383 | Zig:15   | Noticed an ancient lich
222383 | Zig:15   | Noticed an ancient lich
222383 | Zig:15   | Noticed a dread lich
222383 | Zig:15   | Noticed an ancient lich
222383 | Zig:15   | Noticed a dread lich
222383 | Zig:15   | Noticed a dread lich
222383 | Zig:15   | Noticed an ancient lich
222383 | Zig:15   | Noticed an ancient lich
222383 | Zig:15   | Noticed a dread lich
222384 | Zig:15   | Killed an ancient lich
222384 | Zig:15   | Killed an ancient lich
222384 | Zig:15   | Killed a dread lich
222384 | Zig:15   | Killed an ancient lich
222384 | Zig:15   | Killed a dread lich
222384 | Zig:15   | Killed an ancient lich
222384 | Zig:15   | Killed an ancient lich
222384 | Zig:15   | Killed a dread lich
222384 | Zig:15   | Killed a dread lich
222385 | Zig:15   | Killed an ancient lich
222385 | Zig:15   | Killed an ancient lich
222385 | Zig:15   | Killed a dread lich
222385 | Zig:15   | Killed a dread lich
222386 | Zig:15   | Noticed an ancient lich
222387 | Zig:15   | Noticed a dread lich
222387 | Zig:15   | Noticed an ancient lich
222387 | Zig:15   | Noticed an ancient lich
222387 | Zig:15   | Noticed a dread lich
222387 | Zig:15   | Noticed an ancient lich
222388 | Zig:15   | Noticed an ancient lich
222388 | Zig:15   | Noticed a dread lich
222388 | Zig:15   | Noticed an ancient lich
222391 | Zig:15   | Noticed an ancient lich
222391 | Zig:15   | Noticed an ancient lich
222391 | Zig:15   | Noticed an ancient lich
222391 | Zig:15   | Killed an ancient lich
222392 | Zig:15   | Noticed a dread lich
222393 | Zig:15   | Killed a dread lich
222393 | Zig:15   | Killed a dread lich
222393 | Zig:15   | Killed an ancient lich
222393 | Zig:15   | Killed an ancient lich
222393 | Zig:15   | Killed an ancient lich
222393 | Zig:15   | Killed an ancient lich
222393 | Zig:15   | Killed an ancient lich
222393 | Zig:15   | Killed an ancient lich
222393 | Zig:15   | Killed an ancient lich
222393 | Zig:15   | Killed a dread lich
222393 | Zig:15   | Killed a dread lich
222393 | Zig:15   | Noticed an ancient lich
222393 | Zig:15   | Noticed an ancient lich
222394 | Zig:15   | Killed an ancient lich
222394 | Zig:15   | Killed an ancient lich
222394 | Zig:15   | Killed an ancient lich
222394 | Zig:15   | Noticed an ancient lich
222394 | Zig:15   | Noticed a dread lich
222394 | Zig:15   | Noticed an ancient lich
222395 | Zig:15   | Noticed a dread lich
222396 | Zig:15   | Noticed an ancient lich
222397 | Zig:15   | Killed an ancient lich
222397 | Zig:15   | Killed an ancient lich
222397 | Zig:15   | Killed a dread lich
222397 | Zig:15   | Killed a dread lich
222398 | Zig:15   | Killed an ancient lich
222398 | Zig:15   | Noticed a dread lich
222399 | Zig:15   | Noticed an ancient lich
222401 | Zig:15   | Killed an ancient lich
222404 | Zig:15   | Killed a dread lich
222434 | Zig:15   | Identified the +4 ring mail of Figameh {rC+ Str-3 Dex+4
                  | Stlth+}
222439 | Zig:15   | Identified the +8 morningstar "Liredoe" {venom, rN+++ rCorr
                  | Str+2 Dex-3}
222441 | Zig:15   | Identified the staff of fire "Tisetukk" {+Blink rElec rF+
                  | rN++ Dex-4}
222446 | Zig:15   | Identified the staff of earth "Vagguam" {rC++}
222448 | Zig:15   | Identified the +0 crystal plate armour "Bung" {+Inv rElec
                  | Int+5}
222774 | Zig:16   | Entered Level 16 of a ziggurat
222774 | Zig:16   | Noticed Lyepnee the pandemonium lord
222774 | Zig:16   | Noticed Roifag the pandemonium lord
222774 | Zig:16   | Noticed Biaj the pandemonium lord
222774 | Zig:16   | Noticed Viosyoc the pandemonium lord
222774 | Zig:16   | Noticed a Killer Klown
222774 | Zig:16   | Noticed Xitzun the pandemonium lord
222774 | Zig:16   | Noticed Efuatur the pandemonium lord
222774 | Zig:16   | Noticed a Killer Klown
222774 | Zig:16   | Noticed Haiwuve the pandemonium lord
222774 | Zig:16   | Noticed Babiwk the pandemonium lord
222774 | Zig:16   | Noticed Inwit the pandemonium lord
222774 | Zig:16   | Noticed Ilus the pandemonium lord
222774 | Zig:16   | Noticed Ozisoag the pandemonium lord
222774 | Zig:16   | Noticed a Killer Klown
222774 | Zig:16   | Noticed Fuozxui the pandemonium lord
222774 | Zig:16   | Noticed Fethyken the pandemonium lord
222774 | Zig:16   | Noticed Ramahyl the pandemonium lord
222774 | Zig:16   | Noticed Zyijull the pandemonium lord
222774 | Zig:16   | Noticed Ylubroga the pandemonium lord
222774 | Zig:16   | Noticed Risumy the pandemonium lord
222774 | Zig:16   | Noticed Foivymno the pandemonium lord
222774 | Zig:16   | Noticed a Killer Klown
222774 | Zig:16   | Noticed Dopsumy the pandemonium lord
222774 | Zig:16   | Noticed a Killer Klown
222774 | Zig:16   | Noticed Rucez the pandemonium lord
222774 | Zig:16   | Noticed Tiluho the pandemonium lord
222774 | Zig:16   | Noticed Daohissong the pandemonium lord
222774 | Zig:16   | Noticed Sopticui the pandemonium lord
222774 | Zig:16   | Noticed Duchubri the pandemonium lord
222774 | Zig:16   | Noticed Xot Yffi the pandemonium lord
222774 | Zig:16   | Noticed Lycsewk the pandemonium lord
222776 | Zig:16   | Killed a Killer Klown
222776 | Zig:16   | Killed a Killer Klown
222776 | Zig:16   | Noticed Hunac the pandemonium lord
222777 | Zig:16   | Noticed Lukluwk the pandemonium lord
222777 | Zig:16   | Killed Lycsewk the pandemonium lord
222777 | Zig:16   | Killed Duchubri the pandemonium lord
222777 | Zig:16   | Killed Foivymno the pandemonium lord
222777 | Zig:16   | Killed Xot Yffi the pandemonium lord
222777 | Zig:16   | Killed Tiluho the pandemonium lord
222777 | Zig:16   | Killed Babiwk the pandemonium lord
222777 | Zig:16   | Killed a Killer Klown
222777 | Zig:16   | Killed Ramahyl the pandemonium lord
222777 | Zig:16   | Killed a Killer Klown
222778 | Zig:16   | Killed Rucez the pandemonium lord
222778 | Zig:16   | Killed Zyijull the pandemonium lord
222778 | Zig:16   | Killed Dopsumy the pandemonium lord
222778 | Zig:16   | Killed Sopticui the pandemonium lord
222778 | Zig:16   | Killed Fethyken the pandemonium lord
222778 | Zig:16   | Killed Risumy the pandemonium lord
222778 | Zig:16   | Killed Fuozxui the pandemonium lord
222778 | Zig:16   | Killed Daohissong the pandemonium lord
222778 | Zig:16   | Killed Ozisoag the pandemonium lord
222778 | Zig:16   | Killed Haiwuve the pandemonium lord
222778 | Zig:16   | Killed a Killer Klown
222778 | Zig:16   | Killed Biaj the pandemonium lord
222778 | Zig:16   | Noticed a Killer Klown
222778 | Zig:16   | Noticed Fovil the pandemonium lord
222779 | Zig:16   | Noticed Bohoutil the pandemonium lord
222779 | Zig:16   | Noticed Qeyrisch the pandemonium lord
222779 | Zig:16   | Noticed Girhaaf the pandemonium lord
222779 | Zig:16   | Noticed Soehugin the pandemonium lord
222779 | Zig:16   | Killed Ilus the pandemonium lord
222779 | Zig:16   | Killed Viosyoc the pandemonium lord
222779 | Zig:16   | Noticed Hoept the pandemonium lord
222780 | Zig:16   | Noticed Cifyocarph the pandemonium lord
222780 | Zig:16   | Noticed a Killer Klown
222780 | Zig:16   | Noticed a Killer Klown
222780 | Zig:16   | Noticed Wudy Kybbu the pandemonium lord
222780 | Zig:16   | Noticed Cikhloyt the pandemonium lord
222780 | Zig:16   | Noticed Isaiwkea the pandemonium lord
222780 | Zig:16   | Noticed Elleurom the pandemonium lord
222780 | Zig:16   | Noticed Nauc Lem the pandemonium lord
222780 | Zig:16   | Noticed Veqaest the pandemonium lord
222780 | Zig:16   | Killed Ylubroga the pandemonium lord
222780 | Zig:16   | Killed Inwit the pandemonium lord
222780 | Zig:16   | Killed Xitzun the pandemonium lord
222780 | Zig:16   | Noticed Nuudgh the pandemonium lord
222781 | Zig:16   | Noticed a Killer Klown
222781 | Zig:16   | Noticed Gawu the pandemonium lord
222781 | Zig:16   | Noticed Limp the pandemonium lord
222781 | Zig:16   | Killed a Killer Klown
222781 | Zig:16   | Killed Lyepnee the pandemonium lord
222781 | Zig:16   | Killed Lukluwk the pandemonium lord
222781 | Zig:16   | Killed Roifag the pandemonium lord
222781 | Zig:16   | Killed Hunac the pandemonium lord
222781 | Zig:16   | Killed a Killer Klown
222781 | Zig:16   | Killed Limp the pandemonium lord
222781 | Zig:16   | Killed Elleurom the pandemonium lord
222781 | Zig:16   | Killed a Killer Klown
222781 | Zig:16   | Noticed Liveorigg the pandemonium lord
222781 | Zig:16   | Noticed Daenonk the pandemonium lord
222782 | Zig:16   | Noticed Cerousm the pandemonium lord
222782 | Zig:16   | Noticed Nebutuarph the pandemonium lord
222782 | Zig:16   | Killed Veqaest the pandemonium lord
222782 | Zig:16   | Killed Efuatur the pandemonium lord
222782 | Zig:16   | Killed Qeyrisch the pandemonium lord
222782 | Zig:16   | Killed Fovil the pandemonium lord
222782 | Zig:16   | Noticed Biod the pandemonium lord
222783 | Zig:16   | Noticed Ampukef the pandemonium lord
222783 | Zig:16   | Noticed Ruguk the pandemonium lord
222783 | Zig:16   | Noticed Dymidgh the pandemonium lord
222783 | Zig:16   | Killed Liveorigg the pandemonium lord
222783 | Zig:16   | Killed a Killer Klown
222783 | Zig:16   | Noticed Naeps the pandemonium lord
222783 | Zig:16   | Noticed a Killer Klown
222784 | Zig:16   | Noticed Supniom the pandemonium lord
222784 | Zig:16   | Noticed Witorpho the pandemonium lord
222784 | Zig:16   | Noticed a Killer Klown
222784 | Zig:16   | Noticed a Killer Klown
222784 | Zig:16   | Noticed Nir Zyag the pandemonium lord
222784 | Zig:16   | Noticed Damula the pandemonium lord
222784 | Zig:16   | Noticed a Killer Klown
222784 | Zig:16   | Noticed Hifirre the pandemonium lord
222784 | Zig:16   | Noticed a Killer Klown
222785 | Zig:16   | Killed Cifyocarph the pandemonium lord
222785 | Zig:16   | Killed Girhaaf the pandemonium lord
222786 | Zig:16   | Killed Soehugin the pandemonium lord
222786 | Zig:16   | Killed Gawu the pandemonium lord
222786 | Zig:16   | Killed Dymidgh the pandemonium lord
222786 | Zig:16   | Killed Hoept the pandemonium lord
222786 | Zig:16   | Killed Bohoutil the pandemonium lord
222786 | Zig:16   | Killed a Killer Klown
222786 | Zig:16   | Killed a Killer Klown
222786 | Zig:16   | Killed Wudy Kybbu the pandemonium lord
222786 | Zig:16   | Killed a Killer Klown
222786 | Zig:16   | Noticed a Killer Klown
222786 | Zig:16   | Noticed Bietoc the pandemonium lord
222786 | Zig:16   | Noticed Xilour the pandemonium lord
222787 | Zig:16   | Killed Cerousm the pandemonium lord
222787 | Zig:16   | Killed Daenonk the pandemonium lord
222787 | Zig:16   | Killed Nebutuarph the pandemonium lord
222787 | Zig:16   | Killed Naeps the pandemonium lord
222787 | Zig:16   | Killed Nuudgh the pandemonium lord
222787 | Zig:16   | Killed Biod the pandemonium lord
222787 | Zig:16   | Killed Cikhloyt the pandemonium lord
222787 | Zig:16   | Killed a Killer Klown
222787 | Zig:16   | Killed a Killer Klown
222787 | Zig:16   | Noticed Onkaoruy the pandemonium lord
222787 | Zig:16   | Noticed Comesumo the pandemonium lord
222788 | Zig:16   | Killed Ruguk the pandemonium lord
222788 | Zig:16   | Killed Ampukef the pandemonium lord
222788 | Zig:16   | Killed Bietoc the pandemonium lord
222788 | Zig:16   | Killed Hifirre the pandemonium lord
222788 | Zig:16   | Noticed Ipluz the pandemonium lord
222788 | Zig:16   | Noticed Gomires the pandemonium lord
222788 | Zig:16   | Noticed Woday the pandemonium lord
222789 | Zig:16   | Noticed Lasim the pandemonium lord
222789 | Zig:16   | Noticed Dosh the pandemonium lord
222789 | Zig:16   | Noticed Hudaku the pandemonium lord
222789 | Zig:16   | Noticed Vicwuuri the pandemonium lord
222789 | Zig:16   | Killed a Killer Klown
222789 | Zig:16   | Killed Witorpho the pandemonium lord
222789 | Zig:16   | Killed Nauc Lem the pandemonium lord
222789 | Zig:16   | Killed Onkaoruy the pandemonium lord
222789 | Zig:16   | Killed Nir Zyag the pandemonium lord
222790 | Zig:16   | Noticed Murapeing the pandemonium lord
222790 | Zig:16   | Noticed Vyenex the pandemonium lord
222790 | Zig:16   | Killed Lasim the pandemonium lord
222790 | Zig:16   | Killed Supniom the pandemonium lord
222790 | Zig:16   | Killed Vicwuuri the pandemonium lord
222790 | Zig:16   | Killed Hudaku the pandemonium lord
222790 | Zig:16   | Killed Dosh the pandemonium lord
222790 | Zig:16   | Killed Damula the pandemonium lord
222790 | Zig:16   | Killed Xilour the pandemonium lord
222791 | Zig:16   | Killed Woday the pandemonium lord
222791 | Zig:16   | Killed Gomires the pandemonium lord
222791 | Zig:16   | Noticed Alul the pandemonium lord
222791 | Zig:16   | Noticed Cutidua the pandemonium lord
222791 | Zig:16   | Noticed Quackucw the pandemonium lord
222792 | Zig:16   | Noticed Hal Xaur the pandemonium lord
222792 | Zig:16   | Noticed a Killer Klown
222793 | Zig:16   | Noticed a Killer Klown
222793 | Zig:16   | Noticed Xuqum the pandemonium lord
222793 | Zig:16   | Noticed a Killer Klown
222793 | Zig:16   | Noticed Bujy the pandemonium lord
222793 | Zig:16   | Killed Isaiwkea the pandemonium lord
222793 | Zig:16   | Noticed Teloir the pandemonium lord
222793 | Zig:16   | Noticed Foatiaq the pandemonium lord
222794 | Zig:16   | Noticed Neny the pandemonium lord
222794 | Zig:16   | Noticed a Killer Klown
222795 | Zig:16   | Killed Quackucw the pandemonium lord
222795 | Zig:16   | Killed a Killer Klown
222795 | Zig:16   | Killed Murapeing the pandemonium lord
222795 | Zig:16   | Killed a Killer Klown
222795 | Zig:16   | Killed Vyenex the pandemonium lord
222795 | Zig:16   | Killed Comesumo the pandemonium lord
222795 | Zig:16   | Killed Ipluz the pandemonium lord
222795 | Zig:16   | Killed Hal Xaur the pandemonium lord
222795 | Zig:16   | Killed Xuqum the pandemonium lord
222795 | Zig:16   | Killed Alul the pandemonium lord
222795 | Zig:16   | Noticed Hillupso the pandemonium lord
222796 | Zig:16   | Killed a Killer Klown
222796 | Zig:16   | Killed Bujy the pandemonium lord
222796 | Zig:16   | Killed a Killer Klown
222796 | Zig:16   | Killed Teloir the pandemonium lord
222796 | Zig:16   | Noticed a Killer Klown
222797 | Zig:16   | Noticed a Killer Klown
222797 | Zig:16   | Noticed Ybbao the pandemonium lord
222797 | Zig:16   | Killed Foatiaq the pandemonium lord
222797 | Zig:16   | Noticed Boumyedu the pandemonium lord
222798 | Zig:16   | Noticed Aduor the pandemonium lord
222799 | Zig:16   | Noticed Ostuewn the pandemonium lord
222799 | Zig:16   | Killed Cutidua the pandemonium lord
222799 | Zig:16   | Killed Neny the pandemonium lord
222799 | Zig:16   | Noticed Raelic the pandemonium lord
222800 | Zig:16   | Killed a Killer Klown
222800 | Zig:16   | Killed a Killer Klown
222800 | Zig:16   | Killed Hillupso the pandemonium lord
222801 | Zig:16   | Killed Boumyedu the pandemonium lord
222801 | Zig:16   | Killed Ybbao the pandemonium lord
222804 | Zig:16   | Killed Raelic the pandemonium lord
222804 | Zig:16   | Killed Aduor the pandemonium lord
222804 | Zig:16   | Killed Ostuewn the pandemonium lord
222823 | Zig:16   | Identified the ring of Geaxiu Qyjy {Str+4 Dex+6}
222825 | Zig:16   | Identified the +5 flail "Newonume" {heavy, rN+ Str+2}
223011 | Zig:16   | Identified the +10 hand axe of Defence {flame, Str+3}
223027 | Zig:16   | Identified the +5 arbalest "Blob" {flame, Drain +Blink
                  | Dex+2}
223029 | Zig:16   | Identified the ring of Tiqomankith {rC+ Will+ AC+4}
223115 | Zig:17   | Entered Level 17 of a ziggurat
223121 | Zig:17   | Paralysed by a floating eye for 2 turns
223128 | Zig:17   | Paralysed by an air elemental for 1 turns
223162 | Zig:17   | Identified the amulet "Lairen" {Reflect rElec Str+5 Slay+2
                  | SH+5}
223163 | Zig:17   | Identified the +10 sling of Mayhem {drain, rPois Will+
                  | Int+4}
223166 | Zig:17   | Identified the +4 morningstar "Xekkakiu" {heavy, rN+}
223175 | Zig:17   | Identified the ring of the Past {Will+ AC+4}
223179 | Zig:17   | Identified the staff of conjuration "Neodd" {rC+ Will+
                  | Int+5 Dex-4}
223181 | Zig:17   | Identified the +2 arbalest "Vokuabem" {elec, rF- rN+++
                  | Dex+5}
223590 | Zig:18   | Entered Level 18 of a ziggurat
223906 | Zig:18   | Identified the staff of conjuration "Mira" {Int+3}
223908 | Zig:18   | Identified the ring of Qeufah {rC++ EV+5 Str+6 Int-3}
223986 | Zig:18   | Identified the +5 scimitar "Leviticus" {speed, *Slow rElec
                  | Int+8}
223988 | Zig:18   | Identified the +5 trident "Hugeluyxt" {freeze, +Blink
                  | Int+3}
223992 | Zig:18   | Identified the +3 great sword "Liatwu" {speed, Str-2 Int+7
                  | Dex+3}
223997 | Zig:18   | Identified the staff of poison "Xausio Voqie" {rPois rF+
                  | rN+ Dex-2}
224044 | Zig:19   | Entered Level 19 of a ziggurat
224155 | Zig:19   | Identified the +0 lajatang "Usauk" {flame, MP+9}
224156 | Zig:19   | Identified the +4 spear of Ikus Ure {elec, rF+ rN+}
224163 | Zig:19   | Identified the +0 cloak of Ynemis {rCorr}
224171 | Zig:19   | Identified the ring "Lecaneru" {rElec rPois Str-2 SInv
                  | Stlth+}
224172 | Zig:19   | Identified the +8 great mace "Tihosch" {heavy, Str-4 Int+5
                  | SInv}
224173 | Zig:19   | Identified the +0 mace "Egazimpai" {freeze, rF+}
224188 | Zig:19   | Identified the staff of cold "Owaoz" {rC+ rN+ MP-9 Int+4}
224193 | Zig:19   | Identified the staff of earth "Dogeurhal" {rF+ SInv}
224196 | Zig:19   | Identified the ring "Tioci" {*Slow rPois Str+3 Dex+3 SInv}
224199 | Zig:19   | Identified the +3 chain mail of Evolution {Int+2}
224216 | Zig:19   | Identified the staff of air "Fonoanef" {rElec Int+5}
224223 | Zig:19   | Identified the +4 plate armour "Fuel" {Rampage Str+4}
224446 | Zig:19   | Acquired 733 gold pieces
224455 | Zig:20   | Entered Level 20 of a ziggurat
224476 | Zig:20   | Paralysed by an air elemental for 1 turns
224756 | Zig:20   | Identified the +1 rapier "Kashuz" {flame, Dex+3}
224895 | Zig:20   | Identified the +5 mace "Ruustrink" {pain, rF++ Will+ Int-3
                  | Dex+2}
224897 | Zig:20   | Identified the +3 scale mail of Tempters {rN+}
224902 | Zig:20   | Identified the +11 dagger of Fortitude {flame, rF+ Int+3}
224903 | Zig:20   | Identified the +4 ring mail of Precision Catastrophes {rN+
                  | rCorr Slay+2}
224912 | Zig:20   | Identified the ring "Loicras" {Fly Dex+3}
224959 | Zig:21   | Entered Level 21 of a ziggurat
225039 | Zig:21   | Identified the ring "Otour" {rF+ Dex+5}
225040 | Zig:21   | Identified the staff of air "Lanozy" {rElec rPois rC+
                  | Str+3}
225041 | Zig:21   | Identified the +5 arbalest "Nissil" {freeze, rF++ rCorr}
225044 | Zig:21   | Identified the +7 morningstar "Bycuomp" {speed, rF+}
225049 | Zig:21   | Identified the +1 rapier of Generosity {flame, rElec Str+4}
225054 | Zig:21   | Identified the staff of death "Qogo Ryn" {rN+ Str+2 Dex+2}
225059 | Zig:21   | Identified the +6 spear of Melee {pain, rN+ Str-3 Int+3}
225060 | Zig:21   | Identified the +2 cloak of Filth {Int+4}
225062 | Zig:21   | Identified the +5 shortbow "Weudd" {drain, rElec Str+4}
225072 | Zig:21   | Identified the +7 broad axe of Law {freeze, SInv}
225432 | Zig:21   | Identified the staff of conjuration "Cel Reil" {rF+ rC+
                  | rCorr}
225455 | Zig:22   | Entered Level 22 of a ziggurat
225455 | Zig:22   | Noticed a caustic shrike
225455 | Zig:22   | Noticed a caustic shrike
225458 | Zig:22   | Noticed a dread lich
225459 | Zig:22   | Killed a caustic shrike
225459 | Zig:22   | Killed a caustic shrike
225460 | Zig:22   | Killed a dread lich
225460 | Zig:22   | Noticed a caustic shrike
225460 | Zig:22   | Noticed an ancient lich
225461 | Zig:22   | Noticed a caustic shrike
225461 | Zig:22   | Noticed a caustic shrike
225461 | Zig:22   | Noticed a caustic shrike
225461 | Zig:22   | Noticed a caustic shrike
225462 | Zig:22   | Noticed a caustic shrike
225463 | Zig:22   | Noticed a dread lich
225463 | Zig:22   | Noticed a caustic shrike
225464 | Zig:22   | Killed a caustic shrike
225464 | Zig:22   | Killed a caustic shrike
225464 | Zig:22   | Killed a caustic shrike
225464 | Zig:22   | Killed a caustic shrike
225464 | Zig:22   | Killed a dread lich
225464 | Zig:22   | Killed an ancient lich
225464 | Zig:22   | Killed a caustic shrike
225466 | Zig:22   | Killed a caustic shrike
225466 | Zig:22   | Killed a caustic shrike
225466 | Zig:22   | Noticed a caustic shrike
225466 | Zig:22   | Noticed a caustic shrike
225469 | Zig:22   | Noticed a caustic shrike
225469 | Zig:22   | Noticed a caustic shrike
225471 | Zig:22   | Killed a caustic shrike
225471 | Zig:22   | Noticed a caustic shrike
225473 | Zig:22   | Noticed a caustic shrike
225474 | Zig:22   | Noticed a caustic shrike
225474 | Zig:22   | Noticed a caustic shrike
225474 | Zig:22   | Killed a caustic shrike
225474 | Zig:22   | Noticed a caustic shrike
225475 | Zig:22   | Killed a caustic shrike
225475 | Zig:22   | Killed a caustic shrike
225476 | Zig:22   | Killed a caustic shrike
225476 | Zig:22   | Killed a caustic shrike
225476 | Zig:22   | Killed a caustic shrike
225477 | Zig:22   | Killed a caustic shrike
225477 | Zig:22   | Killed a caustic shrike
225482 | Zig:22   | Noticed a caustic shrike
225483 | Zig:22   | Noticed a caustic shrike
225486 | Zig:22   | Killed a caustic shrike
225486 | Zig:22   | Killed a caustic shrike
225896 | Zig:22   | Identified the +1 scale mail of Satisfaction {rF+ Dex+9
                  | Slay+5}
225899 | Zig:22   | Identified the staff of fire "Bucez" {rPois rF+ Str+4}
225900 | Zig:22   | Identified the +2 rapier of the Hurting Gods {speed, rElec}
225915 | Zig:22   | Identified the ring "Onlev" {rC+ rN+ Int+4}
225929 | Zig:23   | Entered Level 23 of a ziggurat
225973 | Zig:23   | Identified the staff of death "Sophoxuf" {Drain rC+++ rN+
                  | Int+2 Dex+3}
225987 | Zig:23   | Identified the +8 rapier "Sybaof Paig" {drain, rF++ Dex+7}
225988 | Zig:23   | Identified the ring of the Enemy {rElec rC+ Str+3 Int+3}
226008 | Zig:23   | Identified the ring "Unukesa" {Ice Contam rPois Str+5}
226015 | Zig:23   | Identified the staff of earth "Sarrimua" {rC- rCorr Str+5}
226018 | Zig:23   | Identified the +3 leather armour of Sosigy {Will+}
226470 | Zig:24   | Entered Level 24 of a ziggurat
226470 | Zig:24   | Noticed Qonlaoss the pandemonium lord
226470 | Zig:24   | Noticed a Killer Klown
226470 | Zig:24   | Noticed a Killer Klown
226470 | Zig:24   | Noticed a Killer Klown
226470 | Zig:24   | Noticed Ixkug the pandemonium lord
226470 | Zig:24   | Noticed Zouzibb the pandemonium lord
226470 | Zig:24   | Noticed Cutyema the pandemonium lord
226470 | Zig:24   | Noticed Ochiuzao the pandemonium lord
226470 | Zig:24   | Noticed a Killer Klown
226470 | Zig:24   | Noticed Pebb the pandemonium lord
226470 | Zig:24   | Noticed Mostel the pandemonium lord
226470 | Zig:24   | Noticed Bugguqa the pandemonium lord
226470 | Zig:24   | Noticed Cidduy the pandemonium lord
226470 | Zig:24   | Noticed Fiolegg the pandemonium lord
226470 | Zig:24   | Noticed Misy the pandemonium lord
226470 | Zig:24   | Noticed Kitotoit the pandemonium lord
226470 | Zig:24   | Noticed Etunympi the pandemonium lord
226470 | Zig:24   | Noticed Bakhur the pandemonium lord
226470 | Zig:24   | Noticed Suse the pandemonium lord
226470 | Zig:24   | Noticed Vahomn the pandemonium lord
226470 | Zig:24   | Noticed Ybusestre the pandemonium lord
226470 | Zig:24   | Noticed Zifalom the pandemonium lord
226470 | Zig:24   | Noticed Ymi Eff the pandemonium lord
226470 | Zig:24   | Noticed Oklaryon the pandemonium lord
226470 | Zig:24   | Noticed a Killer Klown
226470 | Zig:24   | Noticed Zyss the pandemonium lord
226470 | Zig:24   | Noticed Qyojonas the pandemonium lord
226470 | Zig:24   | Noticed a Killer Klown
226470 | Zig:24   | Noticed a Killer Klown
226470 | Zig:24   | Noticed a Killer Klown
226470 | Zig:24   | Noticed Wesoxkyxt the pandemonium lord
226470 | Zig:24   | Noticed Biggoq the pandemonium lord
226470 | Zig:24   | Noticed Poseagar the pandemonium lord
226470 | Zig:24   | Noticed a Killer Klown
226470 | Zig:24   | Noticed Ququk the pandemonium lord
226470 | Zig:24   | Noticed Etas the pandemonium lord
226470 | Zig:24   | Noticed Giffuggo the pandemonium lord
226470 | Zig:24   | Noticed a caustic shrike
226470 | Zig:24   | Noticed a Killer Klown
226470 | Zig:24   | Noticed Bilowo the pandemonium lord
226470 | Zig:24   | Noticed Qeta the pandemonium lord
226470 | Zig:24   | Noticed Wirup the pandemonium lord
226470 | Zig:24   | Noticed Eppih the pandemonium lord
226470 | Zig:24   | Noticed Ciunwame the pandemonium lord
226470 | Zig:24   | Noticed Pudezole the pandemonium lord
226470 | Zig:24   | Noticed a Killer Klown
226470 | Zig:24   | Noticed Ycideqod the pandemonium lord
226470 | Zig:24   | Noticed Vuraqeij the pandemonium lord
226470 | Zig:24   | Noticed a Killer Klown
226470 | Zig:24   | Noticed Winag the pandemonium lord
226470 | Zig:24   | Noticed Onieb Utit the pandemonium lord
226470 | Zig:24   | Noticed Omnoicof the pandemonium lord
226470 | Zig:24   | Noticed Bijunkudyd the pandemonium lord
226472 | Zig:24   | Killed a Killer Klown
226472 | Zig:24   | Killed a Killer Klown
226472 | Zig:24   | Killed a Killer Klown
226472 | Zig:24   | Killed a Killer Klown
226472 | Zig:24   | Noticed a Killer Klown
226472 | Zig:24   | Noticed Fulieneca the pandemonium lord
226473 | Zig:24   | Noticed Boaxump the pandemonium lord
226473 | Zig:24   | Noticed Malluh the pandemonium lord
226473 | Zig:24   | Killed Onieb Utit the pandemonium lord
226473 | Zig:24   | Killed a Killer Klown
226473 | Zig:24   | Killed a Killer Klown
226473 | Zig:24   | Killed a caustic shrike
226473 | Zig:24   | Killed a Killer Klown
226473 | Zig:24   | Killed a Killer Klown
226473 | Zig:24   | Killed Wesoxkyxt the pandemonium lord
226473 | Zig:24   | Killed Winag the pandemonium lord
226473 | Zig:24   | Killed Bilowo the pandemonium lord
226473 | Zig:24   | Killed a Killer Klown
226473 | Zig:24   | Killed a Killer Klown
226473 | Zig:24   | Killed a Killer Klown
226473 | Zig:24   | Killed a Killer Klown
226473 | Zig:24   | Killed Omnoicof the pandemonium lord
226473 | Zig:24   | Noticed a Killer Klown
226473 | Zig:24   | Noticed Cisom the pandemonium lord
226473 | Zig:24   | Noticed Nowerusch the pandemonium lord
226473 | Zig:24   | Noticed Vyxku the pandemonium lord
226473 | Zig:24   | Noticed Fimaxuha the pandemonium lord
226474 | Zig:24   | Noticed Hahiol the pandemonium lord
226474 | Zig:24   | Killed Bijunkudyd the pandemonium lord
226474 | Zig:24   | Killed Etas the pandemonium lord
226474 | Zig:24   | Killed Wirup the pandemonium lord
226474 | Zig:24   | Killed Vuraqeij the pandemonium lord
226474 | Zig:24   | Killed Biggoq the pandemonium lord
226474 | Zig:24   | Killed Qyojonas the pandemonium lord
226474 | Zig:24   | Killed Mostel the pandemonium lord
226474 | Zig:24   | Killed Kitotoit the pandemonium lord
226474 | Zig:24   | Killed Zyss the pandemonium lord
226474 | Zig:24   | Killed Etunympi the pandemonium lord
226474 | Zig:24   | Killed Vahomn the pandemonium lord
226474 | Zig:24   | Killed Fulieneca the pandemonium lord
226474 | Zig:24   | Killed Qonlaoss the pandemonium lord
226474 | Zig:24   | Killed Misy the pandemonium lord
226474 | Zig:24   | Killed a Killer Klown
226474 | Zig:24   | Killed Bakhur the pandemonium lord
226474 | Zig:24   | Killed a Killer Klown
226474 | Zig:24   | Killed Giffuggo the pandemonium lord
226474 | Zig:24   | Noticed Xileih the pandemonium lord
226474 | Zig:24   | Noticed a Killer Klown
226474 | Zig:24   | Noticed Ciogete the pandemonium lord
226475 | Zig:24   | Noticed Onyaci the pandemonium lord
226475 | Zig:24   | Killed Qeta the pandemonium lord
226475 | Zig:24   | Killed Pudezole the pandemonium lord
226475 | Zig:24   | Killed Ycideqod the pandemonium lord
226475 | Zig:24   | Killed Ymi Eff the pandemonium lord
226475 | Zig:24   | Killed Oklaryon the pandemonium lord
226475 | Zig:24   | Killed Ququk the pandemonium lord
226475 | Zig:24   | Killed Eppih the pandemonium lord
226475 | Zig:24   | Killed Cidduy the pandemonium lord
226475 | Zig:24   | Killed Ixkug the pandemonium lord
226475 | Zig:24   | Killed Ybusestre the pandemonium lord
226475 | Zig:24   | Killed Zifalom the pandemonium lord
226475 | Zig:24   | Killed Fiolegg the pandemonium lord
226475 | Zig:24   | Killed Boaxump the pandemonium lord
226475 | Zig:24   | Killed Cutyema the pandemonium lord
226475 | Zig:24   | Killed Ciunwame the pandemonium lord
226475 | Zig:24   | Noticed Weur the pandemonium lord
226475 | Zig:24   | Noticed Zigroz the pandemonium lord
226475 | Zig:24   | Noticed Urroddis the pandemonium lord
226475 | Zig:24   | Noticed Bokuasch the pandemonium lord
226475 | Zig:24   | Noticed a Killer Klown
226476 | Zig:24   | Noticed Ahaot the pandemonium lord
226476 | Zig:24   | Noticed Caeheleq the pandemonium lord
226476 | Zig:24   | Noticed a Killer Klown
226476 | Zig:24   | Noticed Ineog the pandemonium lord
226476 | Zig:24   | Noticed a Killer Klown
226476 | Zig:24   | Noticed Huifi the pandemonium lord
226476 | Zig:24   | Noticed Ynku the pandemonium lord
226476 | Zig:24   | Killed Poseagar the pandemonium lord
226476 | Zig:24   | Noticed Maipiov the pandemonium lord
226477 | Zig:24   | Noticed Rybrar the pandemonium lord
226477 | Zig:24   | Noticed a Killer Klown
226477 | Zig:24   | Noticed Uboth the pandemonium lord
226477 | Zig:24   | Noticed Ifituti the pandemonium lord
226477 | Zig:24   | Noticed a Killer Klown
226477 | Zig:24   | Noticed a caustic shrike
226477 | Zig:24   | Noticed Weohuhinn the pandemonium lord
226477 | Zig:24   | Noticed Cano the pandemonium lord
226477 | Zig:24   | Noticed Hoevowee the pandemonium lord
226478 | Zig:24   | Noticed Fiylybu the pandemonium lord
226478 | Zig:24   | Noticed Lyaptic the pandemonium lord
226478 | Zig:24   | Killed Bugguqa the pandemonium lord
226478 | Zig:24   | Killed Cisom the pandemonium lord
226478 | Zig:24   | Killed Suse the pandemonium lord
226478 | Zig:24   | Killed Malluh the pandemonium lord
226478 | Zig:24   | Killed a Killer Klown
226478 | Zig:24   | Noticed Sanowui the pandemonium lord
226478 | Zig:24   | Noticed Yschonn the pandemonium lord
226478 | Zig:24   | Noticed Yqyb the pandemonium lord
226478 | Zig:24   | Noticed a Killer Klown
226478 | Zig:24   | Noticed a Killer Klown
226479 | Zig:24   | Killed Onyaci the pandemonium lord
226479 | Zig:24   | Killed Bokuasch the pandemonium lord
226479 | Zig:24   | Killed a Killer Klown
226479 | Zig:24   | Killed a Killer Klown
226479 | Zig:24   | Killed a Killer Klown
226479 | Zig:24   | Killed a Killer Klown
226479 | Zig:24   | Killed a Killer Klown
226479 | Zig:24   | Killed Ahaot the pandemonium lord
226479 | Zig:24   | Killed Caeheleq the pandemonium lord
226479 | Zig:24   | Noticed Qiemioga the pandemonium lord
226479 | Zig:24   | Noticed a Killer Klown
226480 | Zig:24   | Noticed Elist the pandemonium lord
226480 | Zig:24   | Killed Vyxku the pandemonium lord
226480 | Zig:24   | Killed Xileih the pandemonium lord
226480 | Zig:24   | Killed Fimaxuha the pandemonium lord
226480 | Zig:24   | Killed Urroddis the pandemonium lord
226480 | Zig:24   | Killed Nowerusch the pandemonium lord
226480 | Zig:24   | Killed a Killer Klown
226480 | Zig:24   | Killed Uboth the pandemonium lord
226480 | Zig:24   | Killed Rybrar the pandemonium lord
226480 | Zig:24   | Noticed Ofiruess the pandemonium lord
226480 | Zig:24   | Noticed Wiyjuugu the pandemonium lord
226481 | Zig:24   | Killed Cano the pandemonium lord
226481 | Zig:24   | Killed Pebb the pandemonium lord
226481 | Zig:24   | Killed Yschonn the pandemonium lord
226481 | Zig:24   | Killed Lyaptic the pandemonium lord
226481 | Zig:24   | Killed a Killer Klown
226481 | Zig:24   | Killed Ifituti the pandemonium lord
226481 | Zig:24   | Killed Ciogete the pandemonium lord
226481 | Zig:24   | Killed Fiylybu the pandemonium lord
226481 | Zig:24   | Killed Weur the pandemonium lord
226481 | Zig:24   | Noticed Sintueleqe the pandemonium lord
226481 | Zig:24   | Noticed Nuolac the pandemonium lord
226481 | Zig:24   | Noticed Qoprad the pandemonium lord
226482 | Zig:24   | Killed Hahiol the pandemonium lord
226482 | Zig:24   | Killed Huifi the pandemonium lord
226482 | Zig:24   | Killed Sanowui the pandemonium lord
226482 | Zig:24   | Killed Ineog the pandemonium lord
226482 | Zig:24   | Killed a caustic shrike
226482 | Zig:24   | Killed Zouzibb the pandemonium lord
226482 | Zig:24   | Killed Hoevowee the pandemonium lord
226482 | Zig:24   | Noticed Erolulij the pandemonium lord
226482 | Zig:24   | Noticed Ubegyx the pandemonium lord
226483 | Zig:24   | Noticed Caufin the pandemonium lord
226483 | Zig:24   | Noticed Fazxoacu the pandemonium lord
226483 | Zig:24   | Noticed a Killer Klown
226483 | Zig:24   | Noticed Uwuxypp the pandemonium lord
226483 | Zig:24   | Noticed Muggifiph the pandemonium lord
226483 | Zig:24   | Noticed Joini the pandemonium lord
226483 | Zig:24   | Noticed Leext the pandemonium lord
226483 | Zig:24   | Noticed Funk the pandemonium lord
226484 | Zig:24   | Noticed Hugacey the pandemonium lord
226484 | Zig:24   | Killed Maipiov the pandemonium lord
226484 | Zig:24   | Killed Sintueleqe the pandemonium lord
226484 | Zig:24   | Killed Ofiruess the pandemonium lord
226484 | Zig:24   | Killed a Killer Klown
226484 | Zig:24   | Killed Leext the pandemonium lord
226484 | Zig:24   | Noticed Iletoj the pandemonium lord
226484 | Zig:24   | Noticed Isant the pandemonium lord
226484 | Zig:24   | Noticed Quggiemo the pandemonium lord
226484 | Zig:24   | Noticed Afa Xicru the pandemonium lord
226484 | Zig:24   | Noticed Comakli the pandemonium lord
226484 | Zig:24   | Noticed Yzoz the pandemonium lord
226484 | Zig:24   | Noticed a Killer Klown
226484 | Zig:24   | Killed Yqyb the pandemonium lord
226485 | Zig:24   | Killed Caufin the pandemonium lord
226485 | Zig:24   | Killed Fazxoacu the pandemonium lord
226485 | Zig:24   | Killed Muggifiph the pandemonium lord
226485 | Zig:24   | Killed Funk the pandemonium lord
226485 | Zig:24   | Killed Ynku the pandemonium lord
226485 | Zig:24   | Killed Hugacey the pandemonium lord
226485 | Zig:24   | Killed Qoprad the pandemonium lord
226485 | Zig:24   | Killed Weohuhinn the pandemonium lord
226485 | Zig:24   | Killed Zigroz the pandemonium lord
226485 | Zig:24   | Killed Ochiuzao the pandemonium lord
226485 | Zig:24   | Noticed Axisuomu the pandemonium lord
226485 | Zig:24   | Noticed Quesiur the pandemonium lord
226486 | Zig:24   | Noticed Taenus the pandemonium lord
226486 | Zig:24   | Noticed Coiw the pandemonium lord
226486 | Zig:24   | Noticed Hulunu the pandemonium lord
226486 | Zig:24   | Noticed a Killer Klown
226487 | Zig:24   | Noticed Kaeckyth the pandemonium lord
226487 | Zig:24   | Noticed Giwno the pandemonium lord
226487 | Zig:24   | Noticed Neubui the pandemonium lord
226487 | Zig:24   | Noticed Honias the pandemonium lord
226487 | Zig:24   | Noticed Huzile the pandemonium lord
226487 | Zig:24   | Noticed Qifrix the pandemonium lord
226487 | Zig:24   | Killed Elist the pandemonium lord
226487 | Zig:24   | Noticed Wezxien the pandemonium lord
226487 | Zig:24   | Noticed Ronat the pandemonium lord
226488 | Zig:24   | Noticed a caustic shrike
226488 | Zig:24   | Noticed Joor the pandemonium lord
226488 | Zig:24   | Noticed Remm the pandemonium lord
226488 | Zig:24   | Noticed Alixzoh the pandemonium lord
226488 | Zig:24   | Noticed Atafi the pandemonium lord
226488 | Zig:24   | Killed Joini the pandemonium lord
226488 | Zig:24   | Killed Qiemioga the pandemonium lord
226488 | Zig:24   | Killed Iletoj the pandemonium lord
226488 | Zig:24   | Killed Yzoz the pandemonium lord
226488 | Zig:24   | Killed Quggiemo the pandemonium lord
226488 | Zig:24   | Killed a Killer Klown
226488 | Zig:24   | Killed Remm the pandemonium lord
226488 | Zig:24   | Noticed Bocvurgh the pandemonium lord
226488 | Zig:24   | Killed Alixzoh the pandemonium lord
226489 | Zig:24   | Killed Atafi the pandemonium lord
226489 | Zig:24   | Killed Quesiur the pandemonium lord
226489 | Zig:24   | Killed Huzile the pandemonium lord
226489 | Zig:24   | Killed Wiyjuugu the pandemonium lord
226489 | Zig:24   | Killed Nuolac the pandemonium lord
226489 | Zig:24   | Killed Afa Xicru the pandemonium lord
226489 | Zig:24   | Killed Uwuxypp the pandemonium lord
226489 | Zig:24   | Killed Ubegyx the pandemonium lord
226489 | Zig:24   | Killed Ronat the pandemonium lord
226489 | Zig:24   | Killed Erolulij the pandemonium lord
226489 | Zig:24   | Noticed Daorph the pandemonium lord
226489 | Zig:24   | Noticed a Killer Klown
226489 | Zig:24   | Noticed Netuunew the pandemonium lord
226489 | Zig:24   | Noticed a Killer Klown
226489 | Zig:24   | Noticed Xefanluf the pandemonium lord
226490 | Zig:24   | Killed Hulunu the pandemonium lord
226490 | Zig:24   | Killed Axisuomu the pandemonium lord
226490 | Zig:24   | Killed Kaeckyth the pandemonium lord
226490 | Zig:24   | Killed Honias the pandemonium lord
226490 | Zig:24   | Killed a Killer Klown
226490 | Zig:24   | Killed a Killer Klown
226490 | Zig:24   | Killed Neubui the pandemonium lord
226490 | Zig:24   | Killed Wezxien the pandemonium lord
226490 | Zig:24   | Killed a Killer Klown
226490 | Zig:24   | Killed a caustic shrike
226490 | Zig:24   | Killed Comakli the pandemonium lord
226490 | Zig:24   | Noticed Jetadat the pandemonium lord
226490 | Zig:24   | Noticed Canan the pandemonium lord
226491 | Zig:24   | Noticed Unterap the pandemonium lord
226491 | Zig:24   | Noticed Vaucvo the pandemonium lord
226491 | Zig:24   | Noticed Xogheur the pandemonium lord
226491 | Zig:24   | Noticed Pougy the pandemonium lord
226491 | Zig:24   | Noticed Teniy the pandemonium lord
226491 | Zig:24   | Noticed Kicwaom the pandemonium lord
226491 | Zig:24   | Killed a Killer Klown
226491 | Zig:24   | Noticed Mularera the pandemonium lord
226491 | Zig:24   | Noticed Opuoclur the pandemonium lord
226491 | Zig:24   | Killed Bocvurgh the pandemonium lord
226491 | Zig:24   | Noticed Saom the pandemonium lord
226492 | Zig:24   | Killed Taenus the pandemonium lord
226492 | Zig:24   | Killed Qifrix the pandemonium lord
226492 | Zig:24   | Killed Daorph the pandemonium lord
226492 | Zig:24   | Killed Coiw the pandemonium lord
226492 | Zig:24   | Killed Joor the pandemonium lord
226492 | Zig:24   | Noticed a Killer Klown
226492 | Zig:24   | Noticed Hyit the pandemonium lord
226493 | Zig:24   | Noticed Juowk the pandemonium lord
226493 | Zig:24   | Noticed Ruryt the pandemonium lord
226493 | Zig:24   | Noticed Wadosk the pandemonium lord
226493 | Zig:24   | Noticed Ympyel the pandemonium lord
226493 | Zig:24   | Noticed Goeh the pandemonium lord
226493 | Zig:24   | Noticed Qaucwep the pandemonium lord
226493 | Zig:24   | Noticed Teufrebb the pandemonium lord
226493 | Zig:24   | Noticed Xotiklej the pandemonium lord
226493 | Zig:24   | Noticed Kets the pandemonium lord
226493 | Zig:24   | Killed Isant the pandemonium lord
226493 | Zig:24   | Killed Pougy the pandemonium lord
226493 | Zig:24   | Killed Xefanluf the pandemonium lord
226493 | Zig:24   | Noticed Boxkas the pandemonium lord
226494 | Zig:24   | Killed Teniy the pandemonium lord
226494 | Zig:24   | Killed Saom the pandemonium lord
226494 | Zig:24   | Killed Kicwaom the pandemonium lord
226494 | Zig:24   | Noticed Ephegiok the pandemonium lord
226495 | Zig:24   | Noticed Kadergh the pandemonium lord
226495 | Zig:24   | Noticed a Killer Klown
226495 | Zig:24   | Noticed Ysaari Faff the pandemonium lord
226495 | Zig:24   | Noticed Zysiw the pandemonium lord
226495 | Zig:24   | Killed Vaucvo the pandemonium lord
226495 | Zig:24   | Killed Opuoclur the pandemonium lord
226495 | Zig:24   | Killed Jetadat the pandemonium lord
226495 | Zig:24   | Killed a Killer Klown
226495 | Zig:24   | Noticed Ocler the pandemonium lord
226496 | Zig:24   | Noticed Ymuweis the pandemonium lord
226496 | Zig:24   | Killed a Killer Klown
226496 | Zig:24   | Killed Zysiw the pandemonium lord
226496 | Zig:24   | Killed Kadergh the pandemonium lord
226496 | Zig:24   | Killed Canan the pandemonium lord
226496 | Zig:24   | Killed Giwno the pandemonium lord
226496 | Zig:24   | Killed Qaucwep the pandemonium lord
226496 | Zig:24   | Killed Ruryt the pandemonium lord
226496 | Zig:24   | Killed Netuunew the pandemonium lord
226496 | Zig:24   | Killed Xogheur the pandemonium lord
226496 | Zig:24   | Killed Goeh the pandemonium lord
226497 | Zig:24   | Noticed Fisistrea the pandemonium lord
226497 | Zig:24   | Noticed Boemushug the pandemonium lord
226497 | Zig:24   | Noticed Ziguafill the pandemonium lord
226497 | Zig:24   | Noticed Orrucs the pandemonium lord
226497 | Zig:24   | Noticed Esoicuiw the pandemonium lord
226497 | Zig:24   | Noticed Allaahups the pandemonium lord
226497 | Zig:24   | Noticed a Killer Klown
226500 | Zig:24   | Killed Unterap the pandemonium lord
226502 | Zig:24   | Killed Ysaari Faff the pandemonium lord
226502 | Zig:24   | Killed Ymuweis the pandemonium lord
226502 | Zig:24   | Killed Xotiklej the pandemonium lord
226502 | Zig:24   | Noticed Boecud the pandemonium lord
226503 | Zig:24   | Killed Ocler the pandemonium lord
226503 | Zig:24   | Killed Boemushug the pandemonium lord
226503 | Zig:24   | Killed Juowk the pandemonium lord
226503 | Zig:24   | Killed Boxkas the pandemonium lord
226503 | Zig:24   | Killed Hyit the pandemonium lord
226503 | Zig:24   | Killed Kets the pandemonium lord
226504 | Zig:24   | Killed Ephegiok the pandemonium lord
226504 | Zig:24   | Killed Esoicuiw the pandemonium lord
226504 | Zig:24   | Noticed Suuzxah the pandemonium lord
226504 | Zig:24   | Noticed Gifoc the pandemonium lord
226504 | Zig:24   | Noticed Odiref the pandemonium lord
226504 | Zig:24   | Noticed Xixexure the pandemonium lord
226505 | Zig:24   | Killed Wadosk the pandemonium lord
226514 | Zig:24   | Noticed a Killer Klown
226514 | Zig:24   | Noticed Querojat the pandemonium lord
226514 | Zig:24   | Noticed Peutal the pandemonium lord
226515 | Zig:24   | Killed a Killer Klown
226515 | Zig:24   | Killed Ziguafill the pandemonium lord
226515 | Zig:24   | Killed Mularera the pandemonium lord
226515 | Zig:24   | Killed a Killer Klown
226516 | Zig:24   | Killed Boecud the pandemonium lord
226516 | Zig:24   | Killed Odiref the pandemonium lord
226516 | Zig:24   | Killed Teufrebb the pandemonium lord
226516 | Zig:24   | Killed Suuzxah the pandemonium lord
226516 | Zig:24   | Killed Ympyel the pandemonium lord
226516 | Zig:24   | Killed Orrucs the pandemonium lord
226516 | Zig:24   | Noticed Tukk the pandemonium lord
226517 | Zig:24   | Noticed Zuewk the pandemonium lord
226517 | Zig:24   | Noticed Kahof the pandemonium lord
226517 | Zig:24   | Noticed Borryofe the pandemonium lord
226519 | Zig:24   | Noticed Opoxtall the pandemonium lord
226519 | Zig:24   | Killed Peutal the pandemonium lord
226519 | Zig:24   | Noticed Niruedor the pandemonium lord
226519 | Zig:24   | Noticed Ytacw the pandemonium lord
226520 | Zig:24   | Noticed Faoweroa the pandemonium lord
226520 | Zig:24   | Killed Querojat the pandemonium lord
226520 | Zig:24   | Killed Fisistrea the pandemonium lord
226520 | Zig:24   | Killed Xixexure the pandemonium lord
226520 | Zig:24   | Noticed a Killer Klown
226520 | Zig:24   | Noticed a Killer Klown
226521 | Zig:24   | Noticed Sangoy the pandemonium lord
226522 | Zig:24   | Noticed Waiheg the pandemonium lord
226522 | Zig:24   | Killed Opoxtall the pandemonium lord
226522 | Zig:24   | Killed Tukk the pandemonium lord
226523 | Zig:24   | Killed Zuewk the pandemonium lord
226523 | Zig:24   | Killed Allaahups the pandemonium lord
226523 | Zig:24   | Killed Borryofe the pandemonium lord
226523 | Zig:24   | Killed a Killer Klown
226523 | Zig:24   | Killed Waiheg the pandemonium lord
226523 | Zig:24   | Killed Niruedor the pandemonium lord
226523 | Zig:24   | Killed Ytacw the pandemonium lord
226523 | Zig:24   | Killed Kahof the pandemonium lord
226524 | Zig:24   | Noticed Fytar the pandemonium lord
226525 | Zig:24   | Killed Faoweroa the pandemonium lord
226526 | Zig:24   | Noticed Laoweuni the pandemonium lord
226526 | Zig:24   | Noticed Guadeoho the pandemonium lord
226526 | Zig:24   | Noticed Poekedob the pandemonium lord
226526 | Zig:24   | Killed Sangoy the pandemonium lord
226527 | Zig:24   | Noticed Wymag the pandemonium lord
226527 | Zig:24   | Noticed Feuph the pandemonium lord
226527 | Zig:24   | Killed a Killer Klown
226528 | Zig:24   | Noticed Imooxic the pandemonium lord
226528 | Zig:24   | Noticed Fatzaon the pandemonium lord
226528 | Zig:24   | Killed Gifoc the pandemonium lord
226529 | Zig:24   | Killed Poekedob the pandemonium lord
226531 | Zig:24   | Killed Laoweuni the pandemonium lord
226531 | Zig:24   | Killed Fytar the pandemonium lord
226531 | Zig:24   | Killed Guadeoho the pandemonium lord
226532 | Zig:24   | Killed Feuph the pandemonium lord
226532 | Zig:24   | Killed Imooxic the pandemonium lord
226532 | Zig:24   | Killed Wymag the pandemonium lord
226540 | Zig:24   | Killed Fatzaon the pandemonium lord
226838 | Zig:24   | Identified the +3 flail of the Ancient Orbs {venom, Will+
                  | Str-4 Dex+9 Stlth+}
226843 | Zig:24   | Identified the staff of conjuration "Jiqeoj" {rN+ Int+4}
226845 | Zig:24   | Identified the ring "Nujec" {rN+ Int+6}
226856 | Zig:24   | Identified the +4 quarterstaff of Fajiz {flame, *Slow rCorr
                  | MP+9 Str+5}
226864 | Zig:24   | Identified the +0 long sword of the Chain {pain, rPois rN+}
226865 | Zig:24   | Identified the amulet "Kiwy" {RegenMP Str+5 Int-2}
226868 | Zig:24   | Identified the +5 quarterstaff of the Grave {freeze, Str+2}
226869 | Zig:24   | Identified the ring of Lugonu's Fury {EV+5 Int+3}
226871 | Zig:24   | Identified the +7 trident "Killer Klown's Death" {freeze,
                  | Will+++ rCorr Int-3}
226875 | Zig:24   | Identified the staff of air "Udee" {rElec rF+ Dex+3}
226878 | Zig:24   | Identified the ring "Qinloxek" {Str+4 SInv}
226879 | Zig:24   | Identified the amulet "Upteacw" {Reflect rPois Dex+3 SH+5}
226880 | Zig:24   | Identified the staff of air "Ukuat" {rElec rF+ rCorr}
226889 | Zig:24   | Identified the staff of poison "Uxotel" {rPois rF- Str+5}
226891 | Zig:24   | Identified the +5 rapier "Guruh" {spect, rElec Int+2
                  | Stlth+}
226892 | Zig:24   | Identified the staff of poison "Pogejes" {rPois Int+2}
226895 | Zig:24   | Identified the staff of poison "Xycwuat" {rPois SInv}
226897 | Zig:24   | Identified the staff of death "Toulyishau" {rElec rN+
                  | Str+3}
226901 | Zig:24   | Identified the staff of cold "Raogh" {rC+ Will+}
226908 | Zig:24   | Identified the staff of conjuration "Qonao" {rN++}
226909 | Zig:24   | Identified the scarf "Iguhil" {+Inv, rN++ Dex+5 Slay-2}
226919 | Zig:24   | Identified the ring "Ziet" {rF+ rN+}
226924 | Zig:24   | Identified the +6 battleaxe of Summer {speed, Int+3}
226930 | Zig:24   | Identified the ring "Lickic" {Fly rElec rF++ Will+ Dex-2}
226933 | Zig:24   | Identified the staff of conjuration "Ify Zoiv" {Dex+5
                  | Stlth-}
226934 | Zig:24   | Identified the +1 short sword of Xeozehe {heavy, rN+}
226936 | Zig:24   | Identified the scarf of Inference {repulsion, rC+ rN+
                  | Will+}
226937 | Zig:24   | Identified the staff of earth "Efo Jogg" {rN+ Int+7}
226996 | Zig:25   | Entered Level 25 of a ziggurat
226996 | Zig:25   | Noticed an ancient lich
226996 | Zig:25   | Noticed an ancient lich
226996 | Zig:25   | Noticed an ancient lich
226996 | Zig:25   | Noticed an ancient lich
226996 | Zig:25   | Noticed an ancient lich
226996 | Zig:25   | Noticed a dread lich
226996 | Zig:25   | Noticed a dread lich
226996 | Zig:25   | Noticed an ancient lich
226996 | Zig:25   | Noticed a dread lich
226996 | Zig:25   | Noticed a dread lich
226996 | Zig:25   | Noticed an ancient lich
226996 | Zig:25   | Noticed an ancient lich
226996 | Zig:25   | Noticed a dread lich
226996 | Zig:25   | Noticed an ancient lich
226996 | Zig:25   | Noticed a dread lich
226996 | Zig:25   | Noticed an ancient lich
226996 | Zig:25   | Noticed a dread lich
226996 | Zig:25   | Noticed an ancient lich
226996 | Zig:25   | Noticed an ancient lich
226997 | Zig:25   | Killed a dread lich
226997 | Zig:25   | Killed an ancient lich
226997 | Zig:25   | Killed a dread lich
226997 | Zig:25   | Killed an ancient lich
226997 | Zig:25   | Killed an ancient lich
226997 | Zig:25   | Killed a dread lich
226997 | Zig:25   | Killed a dread lich
226997 | Zig:25   | Killed an ancient lich
226997 | Zig:25   | Killed a dread lich
226997 | Zig:25   | Killed a dread lich
226997 | Zig:25   | Killed an ancient lich
226997 | Zig:25   | Killed an ancient lich
226997 | Zig:25   | Killed a dread lich
226997 | Zig:25   | Killed an ancient lich
226997 | Zig:25   | Killed an ancient lich
226998 | Zig:25   | Killed an ancient lich
226998 | Zig:25   | Killed an ancient lich
226998 | Zig:25   | Killed an ancient lich
226998 | Zig:25   | Killed an ancient lich
226998 | Zig:25   | Noticed a dread lich
226998 | Zig:25   | Noticed a dread lich
226999 | Zig:25   | Noticed a dread lich
226999 | Zig:25   | Noticed an ancient lich
227000 | Zig:25   | Noticed an ancient lich
227000 | Zig:25   | Noticed an ancient lich
227000 | Zig:25   | Noticed a dread lich
227001 | Zig:25   | Noticed an ancient lich
227001 | Zig:25   | Noticed a dread lich
227002 | Zig:25   | Noticed a dread lich
227002 | Zig:25   | Noticed a dread lich
227002 | Zig:25   | Noticed a dread lich
227002 | Zig:25   | Noticed a dread lich
227002 | Zig:25   | Noticed an ancient lich
227002 | Zig:25   | Killed a dread lich
227002 | Zig:25   | Noticed a dread lich
227003 | Zig:25   | Noticed a dread lich
227003 | Zig:25   | Noticed an ancient lich
227003 | Zig:25   | Noticed an ancient lich
227003 | Zig:25   | Noticed an ancient lich
227003 | Zig:25   | Killed a dread lich
227003 | Zig:25   | Noticed a dread lich
227004 | Zig:25   | Noticed an ancient lich
227004 | Zig:25   | Noticed a dread lich
227004 | Zig:25   | Noticed an ancient lich
227004 | Zig:25   | Noticed a dread lich
227004 | Zig:25   | Noticed an ancient lich
227004 | Zig:25   | Noticed a dread lich
227004 | Zig:25   | Killed a dread lich
227005 | Zig:25   | Killed an ancient lich
227005 | Zig:25   | Killed an ancient lich
227005 | Zig:25   | Killed a dread lich
227005 | Zig:25   | Killed a dread lich
227005 | Zig:25   | Killed an ancient lich
227005 | Zig:25   | Killed a dread lich
227005 | Zig:25   | Killed an ancient lich
227005 | Zig:25   | Killed a dread lich
227005 | Zig:25   | Killed a dread lich
227005 | Zig:25   | Killed an ancient lich
227005 | Zig:25   | Killed an ancient lich
227005 | Zig:25   | Killed a dread lich
227005 | Zig:25   | Killed an ancient lich
227005 | Zig:25   | Killed an ancient lich
227005 | Zig:25   | Killed a dread lich
227005 | Zig:25   | Noticed a dread lich
227006 | Zig:25   | Killed a dread lich
227006 | Zig:25   | Killed an ancient lich
227006 | Zig:25   | Killed an ancient lich
227006 | Zig:25   | Killed an ancient lich
227006 | Zig:25   | Killed a dread lich
227006 | Zig:25   | Killed a dread lich
227006 | Zig:25   | Killed a dread lich
227006 | Zig:25   | Noticed an ancient lich
227006 | Zig:25   | Noticed an ancient lich
227007 | Zig:25   | Noticed a dread lich
227007 | Zig:25   | Noticed a dread lich
227007 | Zig:25   | Noticed an ancient lich
227007 | Zig:25   | Noticed an ancient lich
227008 | Zig:25   | Noticed a dread lich
227008 | Zig:25   | Noticed a dread lich
227008 | Zig:25   | Noticed a dread lich
227008 | Zig:25   | Noticed an ancient lich
227008 | Zig:25   | Noticed a dread lich
227009 | Zig:25   | Noticed an ancient lich
227009 | Zig:25   | Killed an ancient lich
227009 | Zig:25   | Killed a dread lich
227009 | Zig:25   | Killed an ancient lich
227009 | Zig:25   | Killed a dread lich
227009 | Zig:25   | Killed a dread lich
227009 | Zig:25   | Killed an ancient lich
227009 | Zig:25   | Killed an ancient lich
227009 | Zig:25   | Killed an ancient lich
227010 | Zig:25   | Killed a dread lich
227010 | Zig:25   | Killed a dread lich
227010 | Zig:25   | Killed a dread lich
227010 | Zig:25   | Killed a dread lich
227010 | Zig:25   | Killed an ancient lich
227011 | Zig:25   | Noticed a dread lich
227011 | Zig:25   | Noticed a dread lich
227011 | Zig:25   | Noticed a dread lich
227011 | Zig:25   | Noticed an ancient lich
227011 | Zig:25   | Noticed a dread lich
227012 | Zig:25   | Noticed an ancient lich
227012 | Zig:25   | Noticed an ancient lich
227012 | Zig:25   | Noticed an ancient lich
227012 | Zig:25   | Noticed an ancient lich
227012 | Zig:25   | Noticed a dread lich
227013 | Zig:25   | Noticed an ancient lich
227013 | Zig:25   | Killed a dread lich
227013 | Zig:25   | Killed a dread lich
227013 | Zig:25   | Killed a dread lich
227013 | Zig:25   | Killed an ancient lich
227013 | Zig:25   | Killed a dread lich
227014 | Zig:25   | Killed a dread lich
227014 | Zig:25   | Killed an ancient lich
227014 | Zig:25   | Killed an ancient lich
227014 | Zig:25   | Killed an ancient lich
227014 | Zig:25   | Killed an ancient lich
227014 | Zig:25   | Killed an ancient lich
227014 | Zig:25   | Killed a dread lich
227015 | Zig:25   | Noticed a dread lich
227015 | Zig:25   | Noticed a dread lich
227015 | Zig:25   | Noticed a dread lich
227015 | Zig:25   | Noticed a dread lich
227015 | Zig:25   | Noticed a dread lich
227016 | Zig:25   | Noticed an ancient lich
227016 | Zig:25   | Noticed a dread lich
227016 | Zig:25   | Noticed an ancient lich
227016 | Zig:25   | Noticed an ancient lich
227016 | Zig:25   | Noticed an ancient lich
227016 | Zig:25   | Noticed an ancient lich
227017 | Zig:25   | Killed an ancient lich
227017 | Zig:25   | Killed an ancient lich
227017 | Zig:25   | Killed a dread lich
227017 | Zig:25   | Killed a dread lich
227017 | Zig:25   | Killed a dread lich
227017 | Zig:25   | Killed an ancient lich
227017 | Zig:25   | Killed a dread lich
227017 | Zig:25   | Noticed a dread lich
227019 | Zig:25   | Killed a dread lich
227019 | Zig:25   | Killed a dread lich
227019 | Zig:25   | Killed an ancient lich
227019 | Zig:25   | Killed a dread lich
227019 | Zig:25   | Killed an ancient lich
227021 | Zig:25   | Noticed an ancient lich
227021 | Zig:25   | Noticed an ancient lich
227022 | Zig:25   | Noticed an ancient lich
227022 | Zig:25   | Noticed an ancient lich
227022 | Zig:25   | Noticed an ancient lich
227023 | Zig:25   | Killed an ancient lich
227023 | Zig:25   | Killed an ancient lich
227024 | Zig:25   | Killed an ancient lich
227024 | Zig:25   | Noticed an ancient lich
227024 | Zig:25   | Noticed a dread lich
227025 | Zig:25   | Killed an ancient lich
227025 | Zig:25   | Noticed an ancient lich
227026 | Zig:25   | Killed a dread lich
227026 | Zig:25   | Killed an ancient lich
227028 | Zig:25   | Killed an ancient lich
227028 | Zig:25   | Killed an ancient lich
227096 | Zig:25   | Identified the amulet "Rastedia" {RegenMP rElec Int+6}
227100 | Zig:25   | Identified the +3 war axe of Scuffed Gallantry {drain,
                  | Will++ Int+3 Dex-3}
227133 | Zig:25   | Identified the +10 plate armour "Etalel" {rCorr Str-2
                  | Slay+2 Stlth+}
227138 | Zig:25   | Identified the ring "Weugidi" {rN+ Str+4 Dex+3}
227143 | Zig:25   | Identified the staff of air "Risox" {rElec rF- rN+ Dex+3}
227150 | Zig:25   | Identified the ring "Goas" {rElec rN+ SInv Stlth-}
227151 | Zig:25   | Identified the +10 flail of Ganwive {heavy, Fly}
227152 | Zig:25   | Identified the +9 mace of Fuelag {freeze, rF+ Will+ Dex+3}
227156 | Zig:25   | Identified the +7 scimitar of the Foot {heavy, +Blink rElec
                  | rF+ Stlth-}
227169 | Zig:25   | Identified the +10 trident "Wuvaxk Rueh" {elec, Contam
                  | Will+ SInv Stlth+}
227172 | Zig:25   | Identified the ring of Kapee {rF- Will+ rCorr MP-9 Int+4}
227183 | Zig:25   | Identified the amulet "Xyreg" {Drain rN+ Regen+ Dex+3}
227185 | Zig:25   | Identified the +3 longbow "Diotot" {heavy, rF++ rC- rCorr
                  | MP-9}
227186 | Zig:25   | Identified the +4 quarterstaff of Extremism {freeze, rElec}
227241 | Zig:25   | Identified the staff of poison "Jinimn" {Fly rPois rN++
                  | Str+3 Stlth+}
227244 | Zig:25   | Identified the staff of cold "Kofanuz" {rC+ Str+2}
227247 | Zig:25   | Identified the amulet of Foolhardiness {Acrobat Int+3
                  | Dex+7}
227249 | Zig:25   | Identified the +9 spear of Dried Tears {heavy, Fragile
                  | rCorr Int+7}
227253 | Zig:25   | Identified the staff of conjuration "Vathej" {rElec rF+
                  | Int+2 Dex-3}
227256 | Zig:25   | Identified the +5 chain mail "Yjaepir" {Int+4}
227636 | Zig:26   | Entered Level 26 of a ziggurat
227636 | Zig:26   | Noticed Nelykh the pandemonium lord
227636 | Zig:26   | Noticed Orchohyloy the pandemonium lord
227636 | Zig:26   | Noticed Oneopraa the pandemonium lord
227636 | Zig:26   | Noticed Wyejol the pandemonium lord
227636 | Zig:26   | Noticed Takateb the pandemonium lord
227636 | Zig:26   | Noticed Qinorch the pandemonium lord
227636 | Zig:26   | Noticed Rojagump the pandemonium lord
227636 | Zig:26   | Noticed a Killer Klown
227636 | Zig:26   | Noticed Naixally the pandemonium lord
227636 | Zig:26   | Noticed Celauc the pandemonium lord
227636 | Zig:26   | Noticed Suq Otet the pandemonium lord
227636 | Zig:26   | Noticed Zuakoaq the pandemonium lord
227636 | Zig:26   | Noticed Tubros the pandemonium lord
227636 | Zig:26   | Noticed Gaagifon the pandemonium lord
227636 | Zig:26   | Noticed Munoshusk the pandemonium lord
227636 | Zig:26   | Noticed Fosmiony the pandemonium lord
227636 | Zig:26   | Noticed Rithaz the pandemonium lord
227636 | Zig:26   | Noticed Gotin the pandemonium lord
227636 | Zig:26   | Noticed Sinigit the pandemonium lord
227636 | Zig:26   | Noticed Homom the pandemonium lord
227636 | Zig:26   | Noticed Viut the pandemonium lord
227636 | Zig:26   | Noticed Guinaik the pandemonium lord
227636 | Zig:26   | Noticed Xel Daut the pandemonium lord
227636 | Zig:26   | Noticed Nadomoll the pandemonium lord
227636 | Zig:26   | Noticed a Killer Klown
227636 | Zig:26   | Noticed a Killer Klown
227636 | Zig:26   | Noticed Zaikh the pandemonium lord
227636 | Zig:26   | Noticed Otuorit the pandemonium lord
227636 | Zig:26   | Noticed Wasch the pandemonium lord
227636 | Zig:26   | Noticed Nyarchir the pandemonium lord
227636 | Zig:26   | Noticed Moitiu the pandemonium lord
227636 | Zig:26   | Noticed a Killer Klown
227636 | Zig:26   | Noticed Qylot the pandemonium lord
227636 | Zig:26   | Noticed Cebusu the pandemonium lord
227636 | Zig:26   | Noticed Geines the pandemonium lord
227636 | Zig:26   | Noticed Qorurph the pandemonium lord
227636 | Zig:26   | Noticed a Killer Klown
227636 | Zig:26   | Noticed Taxt the pandemonium lord
227636 | Zig:26   | Noticed Bimaf the pandemonium lord
227636 | Zig:26   | Noticed Libru the pandemonium lord
227636 | Zig:26   | Noticed Leogiost the pandemonium lord
227636 | Zig:26   | Noticed Ajiaph the pandemonium lord
227636 | Zig:26   | Noticed Taest the pandemonium lord
227636 | Zig:26   | Noticed Enla the pandemonium lord
227636 | Zig:26   | Noticed Igacw the pandemonium lord
227636 | Zig:26   | Noticed Zacwiuv the pandemonium lord
227636 | Zig:26   | Noticed Reciosaut the pandemonium lord
227636 | Zig:26   | Noticed a Killer Klown
227636 | Zig:26   | Noticed Qiats the pandemonium lord
227636 | Zig:26   | Noticed Ocualiut the pandemonium lord
227636 | Zig:26   | Noticed Wuuvaul the pandemonium lord
227638 | Zig:26   | Noticed Tammiuf the pandemonium lord
227638 | Zig:26   | Killed a Killer Klown
227638 | Zig:26   | Killed Viut the pandemonium lord
227638 | Zig:26   | Killed Gotin the pandemonium lord
227638 | Zig:26   | Killed a Killer Klown
227638 | Zig:26   | Noticed a Killer Klown
227638 | Zig:26   | Noticed Lufedudo the pandemonium lord
227639 | Zig:26   | Noticed Uwnoo the pandemonium lord
227639 | Zig:26   | Noticed Ikoges the pandemonium lord
227639 | Zig:26   | Killed Ocualiut the pandemonium lord
227639 | Zig:26   | Killed Wuuvaul the pandemonium lord
227639 | Zig:26   | Killed Reciosaut the pandemonium lord
227639 | Zig:26   | Killed Zacwiuv the pandemonium lord
227639 | Zig:26   | Killed Bimaf the pandemonium lord
227639 | Zig:26   | Killed Igacw the pandemonium lord
227639 | Zig:26   | Killed a Killer Klown
227639 | Zig:26   | Killed Taest the pandemonium lord
227639 | Zig:26   | Killed a Killer Klown
227639 | Zig:26   | Killed Cebusu the pandemonium lord
227639 | Zig:26   | Killed a Killer Klown
227639 | Zig:26   | Killed a Killer Klown
227639 | Zig:26   | Killed Rojagump the pandemonium lord
227639 | Zig:26   | Killed Oneopraa the pandemonium lord
227639 | Zig:26   | Killed Qiats the pandemonium lord
227639 | Zig:26   | Noticed Ukacvuok the pandemonium lord
227639 | Zig:26   | Noticed Okkel the pandemonium lord
227639 | Zig:26   | Noticed Kiwnujoi the pandemonium lord
227640 | Zig:26   | Noticed Fokhlif the pandemonium lord
227640 | Zig:26   | Noticed a Killer Klown
227640 | Zig:26   | Noticed Bamoscha the pandemonium lord
227640 | Zig:26   | Noticed Zohimeome the pandemonium lord
227640 | Zig:26   | Noticed a Killer Klown
227640 | Zig:26   | Noticed Louhet the pandemonium lord
227640 | Zig:26   | Noticed a Killer Klown
227640 | Zig:26   | Noticed Owubor the pandemonium lord
227640 | Zig:26   | Noticed a Killer Klown
227640 | Zig:26   | Noticed Zody the pandemonium lord
227640 | Zig:26   | Killed Enla the pandemonium lord
227640 | Zig:26   | Killed Qylot the pandemonium lord
227640 | Zig:26   | Killed Leogiost the pandemonium lord
227640 | Zig:26   | Killed Libru the pandemonium lord
227640 | Zig:26   | Noticed Ynkiatu the pandemonium lord
227640 | Zig:26   | Noticed Tawes the pandemonium lord
227641 | Zig:26   | Killed Taxt the pandemonium lord
227641 | Zig:26   | Killed Qorurph the pandemonium lord
227641 | Zig:26   | Killed a Killer Klown
227641 | Zig:26   | Killed Guinaik the pandemonium lord
227641 | Zig:26   | Killed a Killer Klown
227641 | Zig:26   | Killed Xel Daut the pandemonium lord
227641 | Zig:26   | Noticed Rudwublu the pandemonium lord
227641 | Zig:26   | Noticed Qeuj the pandemonium lord
227641 | Zig:26   | Noticed Festra the pandemonium lord
227641 | Zig:26   | a Killer Klown changed into a shard shrike
227641 | Zig:26   | Noticed a shard shrike
227641 | Zig:26   | Noticed Ciskuoc the pandemonium lord
227641 | Zig:26   | Noticed Vodaset the pandemonium lord
227642 | Zig:26   | Noticed a Killer Klown
227642 | Zig:26   | Noticed Doepteb the pandemonium lord
227642 | Zig:26   | Killed a Killer Klown
227642 | Zig:26   | Killed Sinigit the pandemonium lord
227642 | Zig:26   | Killed Fosmiony the pandemonium lord
227642 | Zig:26   | Killed Zaikh the pandemonium lord
227642 | Zig:26   | Killed Ajiaph the pandemonium lord
227642 | Zig:26   | Killed Lufedudo the pandemonium lord
227642 | Zig:26   | Killed Orchohyloy the pandemonium lord
227642 | Zig:26   | Killed Moitiu the pandemonium lord
227642 | Zig:26   | Killed Geines the pandemonium lord
227642 | Zig:26   | Killed Ikoges the pandemonium lord
227642 | Zig:26   | Killed Gaagifon the pandemonium lord
227642 | Zig:26   | Killed Bamoscha the pandemonium lord
227642 | Zig:26   | Killed Rithaz the pandemonium lord
227642 | Zig:26   | Killed Nadomoll the pandemonium lord
227642 | Zig:26   | Killed Munoshusk the pandemonium lord
227642 | Zig:26   | Killed a shard shrike
227642 | Zig:26   | Killed Owubor the pandemonium lord
227642 | Zig:26   | Killed Suq Otet the pandemonium lord
227642 | Zig:26   | Killed Qinorch the pandemonium lord
227642 | Zig:26   | Noticed a Killer Klown
227642 | Zig:26   | Noticed a Killer Klown
227642 | Zig:26   | Noticed Funidwio the pandemonium lord
227642 | Zig:26   | Noticed Ira Eroeduu the pandemonium lord
227643 | Zig:26   | Noticed Anabueha the pandemonium lord
227643 | Zig:26   | Noticed Hillobru the pandemonium lord
227643 | Zig:26   | Killed Tubros the pandemonium lord
227643 | Zig:26   | Killed a Killer Klown
227643 | Zig:26   | Killed Wyejol the pandemonium lord
227643 | Zig:26   | Killed Okkel the pandemonium lord
227643 | Zig:26   | Killed a Killer Klown
227643 | Zig:26   | Killed Uwnoo the pandemonium lord
227643 | Zig:26   | Killed Nyarchir the pandemonium lord
227643 | Zig:26   | Killed Ciskuoc the pandemonium lord
227643 | Zig:26   | Killed Otuorit the pandemonium lord
227643 | Zig:26   | Noticed Ublam the pandemonium lord
227643 | Zig:26   | Noticed Ostraom the pandemonium lord
227644 | Zig:26   | Noticed Veibbal the pandemonium lord
227644 | Zig:26   | Killed Anabueha the pandemonium lord
227644 | Zig:26   | Killed Wasch the pandemonium lord
227644 | Zig:26   | Killed Ynkiatu the pandemonium lord
227644 | Zig:26   | Killed Homom the pandemonium lord
227644 | Zig:26   | Killed Kiwnujoi the pandemonium lord
227644 | Zig:26   | Killed Celauc the pandemonium lord
227644 | Zig:26   | Killed Fokhlif the pandemonium lord
227644 | Zig:26   | Killed Ukacvuok the pandemonium lord
227644 | Zig:26   | Killed Hillobru the pandemonium lord
227644 | Zig:26   | Killed Naixally the pandemonium lord
227644 | Zig:26   | Killed Zohimeome the pandemonium lord
227644 | Zig:26   | Killed Rudwublu the pandemonium lord
227644 | Zig:26   | Noticed a Killer Klown
227644 | Zig:26   | Noticed Weti the pandemonium lord
227644 | Zig:26   | Noticed Dausigaz the pandemonium lord
227645 | Zig:26   | Noticed Sacheke the pandemonium lord
227645 | Zig:26   | Noticed Aciklaz the pandemonium lord
227645 | Zig:26   | Noticed Inuos the pandemonium lord
227645 | Zig:26   | Noticed Nowesiqe the pandemonium lord
227645 | Zig:26   | Noticed Nuokk the pandemonium lord
227645 | Zig:26   | Noticed Giolosegh the pandemonium lord
227645 | Zig:26   | Noticed Diomoel the pandemonium lord
227645 | Zig:26   | Noticed Qerojej the pandemonium lord
227645 | Zig:26   | Killed Vodaset the pandemonium lord
227646 | Zig:26   | Noticed Reiruony the pandemonium lord
227646 | Zig:26   | Noticed Kiacveyc the pandemonium lord
227646 | Zig:26   | Noticed Jobel the pandemonium lord
227646 | Zig:26   | Noticed Geedulage the pandemonium lord
227646 | Zig:26   | Noticed Leecwosood the pandemonium lord
227646 | Zig:26   | Noticed Ywkuroet the pandemonium lord
227646 | Zig:26   | Noticed Buonn the pandemonium lord
227646 | Zig:26   | Noticed Ovvid Soitt the pandemonium lord
227646 | Zig:26   | Noticed Sivut the pandemonium lord
227646 | Zig:26   | Noticed Xaiwn the pandemonium lord
227646 | Zig:26   | Noticed Bit Moyn the pandemonium lord
227646 | Zig:26   | Killed Zuakoaq the pandemonium lord
227646 | Zig:26   | Noticed Qudear the pandemonium lord
227647 | Zig:26   | Noticed Sarphi the pandemonium lord
227647 | Zig:26   | Noticed Cealash the pandemonium lord
227647 | Zig:26   | Killed Tammiuf the pandemonium lord
227647 | Zig:26   | Killed Nelykh the pandemonium lord
227647 | Zig:26   | Killed Louhet the pandemonium lord
227647 | Zig:26   | Killed Qeuj the pandemonium lord
227647 | Zig:26   | Killed Diomoel the pandemonium lord
227647 | Zig:26   | Killed Veibbal the pandemonium lord
227647 | Zig:26   | Killed Giolosegh the pandemonium lord
227647 | Zig:26   | Noticed Feytay the pandemonium lord
227647 | Zig:26   | Noticed Liabumong the pandemonium lord
227647 | Zig:26   | Killed Takateb the pandemonium lord
227647 | Zig:26   | Killed Tawes the pandemonium lord
227647 | Zig:26   | Noticed a Killer Klown
227647 | Zig:26   | Noticed a Killer Klown
227648 | Zig:26   | Killed Weti the pandemonium lord
227648 | Zig:26   | Killed Zody the pandemonium lord
227648 | Zig:26   | Killed Funidwio the pandemonium lord
227648 | Zig:26   | Killed Ovvid Soitt the pandemonium lord
227648 | Zig:26   | Killed Ublam the pandemonium lord
227648 | Zig:26   | Killed Festra the pandemonium lord
227648 | Zig:26   | Killed Ywkuroet the pandemonium lord
227648 | Zig:26   | Killed a Killer Klown
227648 | Zig:26   | Killed Inuos the pandemonium lord
227648 | Zig:26   | Killed a Killer Klown
227648 | Zig:26   | Noticed Cesisi the pandemonium lord
227648 | Zig:26   | Killed Dausigaz the pandemonium lord
227648 | Zig:26   | Killed Ostraom the pandemonium lord
227648 | Zig:26   | Noticed Das Lacrun the pandemonium lord
227648 | Zig:26   | Noticed Moqofamm the pandemonium lord
227648 | Zig:26   | Noticed a Killer Klown
227648 | Zig:26   | Noticed Ybei the pandemonium lord
227648 | Zig:26   | Noticed Nidghuapn the pandemonium lord
227649 | Zig:26   | Killed Xaiwn the pandemonium lord
227649 | Zig:26   | Killed a Killer Klown
227649 | Zig:26   | Killed Nowesiqe the pandemonium lord
227649 | Zig:26   | Killed a Killer Klown
227649 | Zig:26   | Killed a Killer Klown
227649 | Zig:26   | Killed Liabumong the pandemonium lord
227649 | Zig:26   | Noticed Pysabono the pandemonium lord
227649 | Zig:26   | Noticed Gyuk the pandemonium lord
227649 | Zig:26   | Noticed Vourouzaxt the pandemonium lord
227649 | Zig:26   | Noticed Lourun the pandemonium lord
227649 | Zig:26   | Noticed a Killer Klown
227649 | Zig:26   | Noticed a Killer Klown
227650 | Zig:26   | Noticed Qanisain the pandemonium lord
227650 | Zig:26   | Noticed Paal the pandemonium lord
227651 | Zig:26   | Killed Doepteb the pandemonium lord
227651 | Zig:26   | Killed Nuokk the pandemonium lord
227651 | Zig:26   | Killed Bit Moyn the pandemonium lord
227651 | Zig:26   | Killed Sivut the pandemonium lord
227651 | Zig:26   | Killed Qerojej the pandemonium lord
227651 | Zig:26   | Killed Ira Eroeduu the pandemonium lord
227651 | Zig:26   | Killed Cesisi the pandemonium lord
227651 | Zig:26   | Killed Geedulage the pandemonium lord
227651 | Zig:26   | Noticed Edid the pandemonium lord
227651 | Zig:26   | Noticed Laphug the pandemonium lord
227652 | Zig:26   | Noticed Xitwast the pandemonium lord
227652 | Zig:26   | Killed Sacheke the pandemonium lord
227652 | Zig:26   | Noticed Ugosetif the pandemonium lord
227652 | Zig:26   | Noticed Xyex the pandemonium lord
227653 | Zig:26   | Noticed Zykeuty the pandemonium lord
227653 | Zig:26   | Noticed Zusm the pandemonium lord
227653 | Zig:26   | Noticed Badofobu the pandemonium lord
227654 | Zig:26   | Noticed Weajikho the pandemonium lord
227654 | Zig:26   | Noticed a Killer Klown
227654 | Zig:26   | Noticed Necw the pandemonium lord
227654 | Zig:26   | Killed Qudear the pandemonium lord
227654 | Zig:26   | Killed Aciklaz the pandemonium lord
227654 | Zig:26   | Noticed Koezxeaf the pandemonium lord
227654 | Zig:26   | Noticed Imufiaz the pandemonium lord
227655 | Zig:26   | Noticed Boosiunoyt the pandemonium lord
227655 | Zig:26   | Killed Nidghuapn the pandemonium lord
227655 | Zig:26   | Killed Feytay the pandemonium lord
227655 | Zig:26   | Killed Pysabono the pandemonium lord
227655 | Zig:26   | Killed a Killer Klown
227655 | Zig:26   | Killed Gyuk the pandemonium lord
227655 | Zig:26   | Killed Reiruony the pandemonium lord
227655 | Zig:26   | Killed Ybei the pandemonium lord
227655 | Zig:26   | Killed Das Lacrun the pandemonium lord
227655 | Zig:26   | Killed Vourouzaxt the pandemonium lord
227655 | Zig:26   | Killed a Killer Klown
227655 | Zig:26   | Killed a Killer Klown
227655 | Zig:26   | Killed Qanisain the pandemonium lord
227655 | Zig:26   | Killed Cealash the pandemonium lord
227655 | Zig:26   | Killed Weajikho the pandemonium lord
227655 | Zig:26   | Killed Kiacveyc the pandemonium lord
227655 | Zig:26   | Noticed Zunn the pandemonium lord
227655 | Zig:26   | Noticed Tugeof the pandemonium lord
227655 | Zig:26   | Noticed Wek Cexi the pandemonium lord
227655 | Zig:26   | Noticed Ischi the pandemonium lord
227655 | Zig:26   | Noticed Gugett the pandemonium lord
227655 | Zig:26   | Noticed Gago the pandemonium lord
227656 | Zig:26   | Noticed Xopromos the pandemonium lord
227656 | Zig:26   | Noticed Fune the pandemonium lord
227656 | Zig:26   | Noticed Muikkygh the pandemonium lord
227656 | Zig:26   | Noticed Caaraikh the pandemonium lord
227656 | Zig:26   | Noticed Isiymeul the pandemonium lord
227656 | Zig:26   | Noticed Lijyl the pandemonium lord
227656 | Zig:26   | Noticed Eput the pandemonium lord
227656 | Zig:26   | Noticed a Killer Klown
227656 | Zig:26   | Killed a Killer Klown
227656 | Zig:26   | Killed Lourun the pandemonium lord
227656 | Zig:26   | Killed Sarphi the pandemonium lord
227656 | Zig:26   | Killed Zusm the pandemonium lord
227656 | Zig:26   | Noticed Jah Raje the pandemonium lord
227657 | Zig:26   | Noticed Sempotro the pandemonium lord
227657 | Zig:26   | Killed Moqofamm the pandemonium lord
227657 | Zig:26   | Killed Buonn the pandemonium lord
227657 | Zig:26   | Killed Necw the pandemonium lord
227657 | Zig:26   | Killed Edid the pandemonium lord
227657 | Zig:26   | Killed Leecwosood the pandemonium lord
227657 | Zig:26   | Killed Xitwast the pandemonium lord
227657 | Zig:26   | Killed Xyex the pandemonium lord
227657 | Zig:26   | Killed Paal the pandemonium lord
227657 | Zig:26   | Killed Boosiunoyt the pandemonium lord
227657 | Zig:26   | Noticed Ipnomaz the pandemonium lord
227657 | Zig:26   | Noticed Wyoski the pandemonium lord
227657 | Zig:26   | Noticed Ymoirob the pandemonium lord
227658 | Zig:26   | Noticed Estrul the pandemonium lord
227658 | Zig:26   | Noticed Tiyst the pandemonium lord
227658 | Zig:26   | Noticed a Killer Klown
227658 | Zig:26   | Noticed Koelisij the pandemonium lord
227658 | Zig:26   | Noticed Xenyq the pandemonium lord
227658 | Zig:26   | Noticed a Killer Klown
227658 | Zig:26   | Noticed Xuanobi the pandemonium lord
227658 | Zig:26   | Killed a Killer Klown
227658 | Zig:26   | Killed Jah Raje the pandemonium lord
227658 | Zig:26   | Killed Ugosetif the pandemonium lord
227658 | Zig:26   | Killed Tugeof the pandemonium lord
227658 | Zig:26   | Noticed Ginaam the pandemonium lord
227658 | Zig:26   | Noticed Geopp the pandemonium lord
227658 | Zig:26   | Noticed a Killer Klown
227658 | Zig:26   | Noticed Evekoaw the pandemonium lord
227658 | Zig:26   | Noticed Kuemeom the pandemonium lord
227659 | Zig:26   | Noticed Hasumyet the pandemonium lord
227659 | Zig:26   | Killed Wek Cexi the pandemonium lord
227659 | Zig:26   | Killed Ischi the pandemonium lord
227659 | Zig:26   | Killed a Killer Klown
227659 | Zig:26   | Killed a Killer Klown
227659 | Zig:26   | Killed Xopromos the pandemonium lord
227659 | Zig:26   | Killed Eput the pandemonium lord
227659 | Zig:26   | Killed Muikkygh the pandemonium lord
227659 | Zig:26   | Killed Zunn the pandemonium lord
227659 | Zig:26   | Killed Isiymeul the pandemonium lord
227659 | Zig:26   | Noticed Ymanuq the pandemonium lord
227659 | Zig:26   | Noticed Sepait the pandemonium lord
227659 | Zig:26   | Noticed a Killer Klown
227659 | Zig:26   | Noticed Qenop the pandemonium lord
227660 | Zig:26   | Killed Laphug the pandemonium lord
227660 | Zig:26   | Killed Fune the pandemonium lord
227660 | Zig:26   | Killed Lijyl the pandemonium lord
227660 | Zig:26   | Killed Gago the pandemonium lord
227660 | Zig:26   | Killed Ymoirob the pandemonium lord
227660 | Zig:26   | Killed Kuemeom the pandemonium lord
227660 | Zig:26   | Killed Evekoaw the pandemonium lord
227660 | Zig:26   | Killed Hasumyet the pandemonium lord
227660 | Zig:26   | Killed a Killer Klown
227660 | Zig:26   | Killed a Killer Klown
227660 | Zig:26   | Killed Zykeuty the pandemonium lord
227660 | Zig:26   | Killed Estrul the pandemonium lord
227660 | Zig:26   | Killed Badofobu the pandemonium lord
227660 | Zig:26   | Killed Caaraikh the pandemonium lord
227660 | Zig:26   | Noticed Hairo the pandemonium lord
227660 | Zig:26   | Noticed Dieh the pandemonium lord
227660 | Zig:26   | Noticed Loicsetz the pandemonium lord
227660 | Zig:26   | Noticed Nauf the pandemonium lord
227660 | Zig:26   | Noticed Zusaira the pandemonium lord
227660 | Zig:26   | Noticed a Killer Klown
227660 | Zig:26   | Noticed Beipp the pandemonium lord
227661 | Zig:26   | Noticed Ritips the pandemonium lord
227661 | Zig:26   | Noticed Zitaps the pandemonium lord
227661 | Zig:26   | Noticed Fitefuin the pandemonium lord
227661 | Zig:26   | Noticed Unaixyxei the pandemonium lord
227661 | Zig:26   | Noticed a Killer Klown
227661 | Zig:26   | Noticed Honulug the pandemonium lord
227661 | Zig:26   | Noticed Lycofump the pandemonium lord
227661 | Zig:26   | Noticed Diocro the pandemonium lord
227661 | Zig:26   | Noticed Diugoc the pandemonium lord
227661 | Zig:26   | Noticed Elorros the pandemonium lord
227661 | Zig:26   | Noticed a Killer Klown
227662 | Zig:26   | Noticed Yruheige the pandemonium lord
227662 | Zig:26   | Noticed Taxtitoa the pandemonium lord
227662 | Zig:26   | Noticed Weiseiwk the pandemonium lord
227662 | Zig:26   | Killed Xuanobi the pandemonium lord
227662 | Zig:26   | Killed Jobel the pandemonium lord
227662 | Zig:26   | Killed Xenyq the pandemonium lord
227662 | Zig:26   | Killed Koezxeaf the pandemonium lord
227662 | Zig:26   | Killed Sempotro the pandemonium lord
227662 | Zig:26   | Killed Tiyst the pandemonium lord
227662 | Zig:26   | Killed Ymanuq the pandemonium lord
227662 | Zig:26   | Killed Ipnomaz the pandemonium lord
227662 | Zig:26   | Killed Imufiaz the pandemonium lord
227662 | Zig:26   | Noticed a Killer Klown
227662 | Zig:26   | Noticed Wyjec the pandemonium lord
227663 | Zig:26   | Killed Weiseiwk the pandemonium lord
227663 | Zig:26   | Killed Taxtitoa the pandemonium lord
227663 | Zig:26   | Killed Wyoski the pandemonium lord
227663 | Zig:26   | Killed Qenop the pandemonium lord
227663 | Zig:26   | Killed Ginaam the pandemonium lord
227663 | Zig:26   | Killed Koelisij the pandemonium lord
227663 | Zig:26   | Killed Geopp the pandemonium lord
227663 | Zig:26   | Killed Ritips the pandemonium lord
227663 | Zig:26   | Killed Gugett the pandemonium lord
227663 | Zig:26   | Killed Sepait the pandemonium lord
227663 | Zig:26   | Killed a Killer Klown
227663 | Zig:26   | Killed Honulug the pandemonium lord
227663 | Zig:26   | Killed Diocro the pandemonium lord
227663 | Zig:26   | Killed a Killer Klown
227663 | Zig:26   | Killed a Killer Klown
227663 | Zig:26   | Noticed a Killer Klown
227663 | Zig:26   | Noticed Daashru the pandemonium lord
227663 | Zig:26   | Noticed Uqozxaku the pandemonium lord
227663 | Zig:26   | Noticed Cubikh the pandemonium lord
227664 | Zig:26   | Noticed a Killer Klown
227664 | Zig:26   | Noticed Heun the pandemonium lord
227664 | Zig:26   | Noticed Wyn Dak the pandemonium lord
227664 | Zig:26   | Noticed Gugy the pandemonium lord
227664 | Zig:26   | Noticed Hegaor the pandemonium lord
227664 | Zig:26   | Noticed a Killer Klown
227664 | Zig:26   | Noticed a Killer Klown
227664 | Zig:26   | Noticed a Killer Klown
227665 | Zig:26   | Killed Beipp the pandemonium lord
227665 | Zig:26   | Killed Unaixyxei the pandemonium lord
227665 | Zig:26   | Killed a Killer Klown
227665 | Zig:26   | Killed Lycofump the pandemonium lord
227665 | Zig:26   | Killed a Killer Klown
227665 | Zig:26   | Killed Heun the pandemonium lord
227665 | Zig:26   | Killed Wyn Dak the pandemonium lord
227665 | Zig:26   | Killed a Killer Klown
227665 | Zig:26   | Noticed Ifuaq the pandemonium lord
227665 | Zig:26   | Noticed Luropty the pandemonium lord
227665 | Zig:26   | Noticed a Killer Klown
227665 | Zig:26   | Noticed Tiluora the pandemonium lord
227666 | Zig:26   | Killed Yruheige the pandemonium lord
227666 | Zig:26   | Killed a Killer Klown
227666 | Zig:26   | Killed a Killer Klown
227666 | Zig:26   | Killed Dieh the pandemonium lord
227666 | Zig:26   | Killed Loicsetz the pandemonium lord
227666 | Zig:26   | Killed a Killer Klown
227666 | Zig:26   | Noticed Hossijutz the pandemonium lord
227666 | Zig:26   | Noticed Halygiuck the pandemonium lord
227667 | Zig:26   | Noticed Quegonih the pandemonium lord
227667 | Zig:26   | Noticed a Killer Klown
227667 | Zig:26   | Noticed Vyuc the pandemonium lord
227667 | Zig:26   | Noticed Deqeq the pandemonium lord
227667 | Zig:26   | Noticed a Killer Klown
227667 | Zig:26   | Noticed Visios the pandemonium lord
227667 | Zig:26   | Noticed a Killer Klown
227667 | Zig:26   | Noticed Qishrin the pandemonium lord
227667 | Zig:26   | Noticed Roiv the pandemonium lord
227668 | Zig:26   | Noticed a Killer Klown
227668 | Zig:26   | Noticed Coreutui the pandemonium lord
227669 | Zig:26   | Noticed Wyquip the pandemonium lord
227669 | Zig:26   | Killed Daashru the pandemonium lord
227669 | Zig:26   | Killed Fitefuin the pandemonium lord
227669 | Zig:26   | Killed Wyjec the pandemonium lord
227669 | Zig:26   | Killed Nauf the pandemonium lord
227669 | Zig:26   | Killed Zusaira the pandemonium lord
227669 | Zig:26   | Killed Cubikh the pandemonium lord
227669 | Zig:26   | Killed Uqozxaku the pandemonium lord
227669 | Zig:26   | Killed Hegaor the pandemonium lord
227669 | Zig:26   | Killed a Killer Klown
227669 | Zig:26   | Killed a Killer Klown
227669 | Zig:26   | Noticed Bavvoesm the pandemonium lord
227669 | Zig:26   | Noticed Zijaggaf the pandemonium lord
227669 | Zig:26   | Noticed Vudocw the pandemonium lord
227669 | Zig:26   | Noticed Wemod the pandemonium lord
227670 | Zig:26   | Noticed Miema the pandemonium lord
227670 | Zig:26   | Killed a Killer Klown
227670 | Zig:26   | Noticed Ogaofeso the pandemonium lord
227670 | Zig:26   | Noticed a Killer Klown
227670 | Zig:26   | Noticed Kosogiem the pandemonium lord
227671 | Zig:26   | Killed Hairo the pandemonium lord
227671 | Zig:26   | Killed Gugy the pandemonium lord
227672 | Zig:26   | Killed Zitaps the pandemonium lord
227672 | Zig:26   | Killed Tiluora the pandemonium lord
227672 | Zig:26   | Killed Diugoc the pandemonium lord
227672 | Zig:26   | Killed Zijaggaf the pandemonium lord
227672 | Zig:26   | Killed Wyquip the pandemonium lord
227672 | Zig:26   | Killed Quegonih the pandemonium lord
227672 | Zig:26   | Killed Roiv the pandemonium lord
227672 | Zig:26   | Killed Elorros the pandemonium lord
227672 | Zig:26   | Killed a Killer Klown
227672 | Zig:26   | Killed Halygiuck the pandemonium lord
227672 | Zig:26   | Killed Deqeq the pandemonium lord
227672 | Zig:26   | Noticed a Killer Klown
227673 | Zig:26   | Killed Luropty the pandemonium lord
227673 | Zig:26   | Noticed Bemiu the pandemonium lord
227673 | Zig:26   | Noticed Diseo the pandemonium lord
227674 | Zig:26   | Killed Qishrin the pandemonium lord
227674 | Zig:26   | Noticed Sakuz the pandemonium lord
227675 | Zig:26   | Noticed a Killer Klown
227675 | Zig:26   | Killed Miema the pandemonium lord
227675 | Zig:26   | Killed Ifuaq the pandemonium lord
227675 | Zig:26   | Killed Visios the pandemonium lord
227676 | Zig:26   | Killed Bavvoesm the pandemonium lord
227677 | Zig:26   | Killed a Killer Klown
227677 | Zig:26   | Killed a Killer Klown
227681 | Zig:26   | Killed Hossijutz the pandemonium lord
227681 | Zig:26   | Killed a Killer Klown
227681 | Zig:26   | Killed Ogaofeso the pandemonium lord
227681 | Zig:26   | Killed Vyuc the pandemonium lord
227681 | Zig:26   | Killed Coreutui the pandemonium lord
227681 | Zig:26   | Killed Wemod the pandemonium lord
227681 | Zig:26   | Killed Kosogiem the pandemonium lord
227681 | Zig:26   | Noticed Seevoomi the pandemonium lord
227682 | Zig:26   | Killed Bemiu the pandemonium lord
227682 | Zig:26   | Killed Diseo the pandemonium lord
227682 | Zig:26   | Killed Vudocw the pandemonium lord
227683 | Zig:26   | Noticed Oked the pandemonium lord
227684 | Zig:26   | Killed a Killer Klown
227685 | Zig:26   | Killed Seevoomi the pandemonium lord
227685 | Zig:26   | Killed Sakuz the pandemonium lord
227685 | Zig:26   | Noticed Gulumidgh the pandemonium lord
227686 | Zig:26   | Noticed a Killer Klown
227687 | Zig:26   | Noticed Fets the pandemonium lord
227695 | Zig:26   | Killed Oked the pandemonium lord
227697 | Zig:26   | Killed Gulumidgh the pandemonium lord
227697 | Zig:26   | Noticed Qeifa the pandemonium lord
227699 | Zig:26   | Noticed Plog the pandemonium lord
227700 | Zig:26   | Killed Fets the pandemonium lord
227702 | Zig:26   | Killed Qeifa the pandemonium lord
227703 | Zig:26   | Noticed Hovauschun the pandemonium lord
227704 | Zig:26   | Killed a Killer Klown
227705 | Zig:26   | Killed Plog the pandemonium lord
227705 | Zig:26   | Noticed a Killer Klown
227706 | Zig:26   | Noticed a Killer Klown
227707 | Zig:26   | Noticed Qorch the pandemonium lord
227708 | Zig:26   | Killed Hovauschun the pandemonium lord
227711 | Zig:26   | Killed a Killer Klown
227711 | Zig:26   | Killed a Killer Klown
227713 | Zig:26   | Killed Qorch the pandemonium lord
228102 | Zig:26   | Identified the +8 shortbow of the Kissing Asp {drain,
                  | Str+2}
228104 | Zig:26   | Identified the ring "Wais Ylu" {Wiz Int+3}
228105 | Zig:26   | Identified the staff of conjuration "Eschyffagg" {rC- rN++}
228112 | Zig:26   | Identified the +3 quick blade of Ebbypp {venom, rN+}
228124 | Zig:26   | Identified the +1 scale mail of the Orb Guardian {Int+5}
228135 | Zig:26   | Identified the amulet "Keucomiesi" {Acrobat Dex+3}
228144 | Zig:27   | Entered Level 27 of a ziggurat
228144 | Zig:27   | Noticed an ancient lich
228144 | Zig:27   | Noticed a dread lich
228144 | Zig:27   | Noticed an ancient lich
228144 | Zig:27   | Noticed a dread lich
228144 | Zig:27   | Noticed a dread lich
228145 | Zig:27   | Killed an ancient lich
228145 | Zig:27   | Killed an ancient lich
228145 | Zig:27   | Killed a dread lich
228146 | Zig:27   | Killed a dread lich
228146 | Zig:27   | Killed a dread lich
228146 | Zig:27   | Noticed a dread lich
228146 | Zig:27   | Noticed a dread lich
228146 | Zig:27   | Noticed an ancient lich
228147 | Zig:27   | Noticed an ancient lich
228147 | Zig:27   | Noticed an ancient lich
228147 | Zig:27   | Noticed an ancient lich
228148 | Zig:27   | Noticed a dread lich
228149 | Zig:27   | Noticed a dread lich
228149 | Zig:27   | Noticed an ancient lich
228149 | Zig:27   | Noticed a dread lich
228149 | Zig:27   | Noticed an ancient lich
228151 | Zig:27   | Killed a dread lich
228151 | Zig:27   | Killed a dread lich
228151 | Zig:27   | Killed an ancient lich
228151 | Zig:27   | Killed an ancient lich
228151 | Zig:27   | Killed an ancient lich
228151 | Zig:27   | Killed a dread lich
228151 | Zig:27   | Killed an ancient lich
228152 | Zig:27   | Killed an ancient lich
228152 | Zig:27   | Killed a dread lich
228152 | Zig:27   | Killed a dread lich
228152 | Zig:27   | Killed an ancient lich
228152 | Zig:27   | Noticed an ancient lich
228152 | Zig:27   | Noticed an ancient lich
228152 | Zig:27   | Noticed a dread lich
228153 | Zig:27   | Noticed an ancient lich
228153 | Zig:27   | Noticed an ancient lich
228154 | Zig:27   | Noticed a dread lich
228154 | Zig:27   | Noticed a dread lich
228154 | Zig:27   | Noticed an ancient lich
228154 | Zig:27   | Noticed a dread lich
228154 | Zig:27   | Noticed an ancient lich
228155 | Zig:27   | Noticed a dread lich
228155 | Zig:27   | Noticed a dread lich
228155 | Zig:27   | Noticed a dread lich
228155 | Zig:27   | Killed an ancient lich
228155 | Zig:27   | Killed a dread lich
228155 | Zig:27   | Killed an ancient lich
228156 | Zig:27   | Noticed a dread lich
228156 | Zig:27   | Noticed an ancient lich
228156 | Zig:27   | Noticed a dread lich
228156 | Zig:27   | Noticed a dread lich
228156 | Zig:27   | Noticed an ancient lich
228156 | Zig:27   | Noticed an ancient lich
228156 | Zig:27   | Noticed an ancient lich
228156 | Zig:27   | Killed an ancient lich
228157 | Zig:27   | Noticed a dread lich
228157 | Zig:27   | Noticed a dread lich
228157 | Zig:27   | Noticed an ancient lich
228157 | Zig:27   | Noticed a dread lich
228158 | Zig:27   | Noticed an ancient lich
228158 | Zig:27   | Noticed a dread lich
228159 | Zig:27   | Noticed a dread lich
228159 | Zig:27   | Noticed an ancient lich
228159 | Zig:27   | Noticed a dread lich
228159 | Zig:27   | Noticed a dread lich
228159 | Zig:27   | Noticed a dread lich
228160 | Zig:27   | Noticed an ancient lich
228160 | Zig:27   | Killed an ancient lich
228160 | Zig:27   | Killed an ancient lich
228160 | Zig:27   | Killed a dread lich
228160 | Zig:27   | Killed a dread lich
228160 | Zig:27   | Killed an ancient lich
228160 | Zig:27   | Killed a dread lich
228160 | Zig:27   | Killed an ancient lich
228160 | Zig:27   | Killed an ancient lich
228160 | Zig:27   | Killed an ancient lich
228160 | Zig:27   | Killed a dread lich
228160 | Zig:27   | Killed an ancient lich
228160 | Zig:27   | Killed a dread lich
228160 | Zig:27   | Killed a dread lich
228160 | Zig:27   | Killed a dread lich
228160 | Zig:27   | Killed a dread lich
228160 | Zig:27   | Killed a dread lich
228160 | Zig:27   | Killed a dread lich
228160 | Zig:27   | Killed a dread lich
228160 | Zig:27   | Killed a dread lich
228160 | Zig:27   | Killed a dread lich
228160 | Zig:27   | Killed an ancient lich
228161 | Zig:27   | Killed a dread lich
228161 | Zig:27   | Killed an ancient lich
228161 | Zig:27   | Killed a dread lich
228161 | Zig:27   | Killed an ancient lich
228161 | Zig:27   | Killed an ancient lich
228161 | Zig:27   | Killed a dread lich
228161 | Zig:27   | Killed a dread lich
228162 | Zig:27   | Noticed a dread lich
228162 | Zig:27   | Noticed a dread lich
228162 | Zig:27   | Noticed a dread lich
228162 | Zig:27   | Noticed a dread lich
228163 | Zig:27   | Noticed a dread lich
228163 | Zig:27   | Noticed an ancient lich
228166 | Zig:27   | Killed a dread lich
228166 | Zig:27   | Killed a dread lich
228166 | Zig:27   | Killed an ancient lich
228166 | Zig:27   | Killed a dread lich
228166 | Zig:27   | Noticed an ancient lich
228168 | Zig:27   | Killed a dread lich
228168 | Zig:27   | Killed a dread lich
228168 | Zig:27   | Killed an ancient lich
228168 | Zig:27   | Noticed an ancient lich
228168 | Zig:27   | Noticed a dread lich
228168 | Zig:27   | Noticed an ancient lich
228173 | Zig:27   | Killed an ancient lich
228173 | Zig:27   | Killed a dread lich
228173 | Zig:27   | Killed an ancient lich
228178 | Zig:27   | Identified the +0 ice dragon scales of Magic {-Cast rF-
                  | rC++ rN+ Str+6 Dex+4}
228253 | Zig:27   | Identified the +9 sling "Ycusit" {speed, Drain rF++ rC+
                  | Stlth+}
228258 | Zig:27   | Identified the +6 chain mail of the Loofah {rElec MP+9}
228266 | Zig:27   | Identified the +0 leather armour "Owumo" {rC+ Str+3}
228272 | Zig:27   | Identified the +4 morningstar of Vawkie {freeze, Int+7}
228274 | Zig:27   | Identified the +0 dagger "Den Zadinim" {drain, *Rage +Blink
                  | MP+9}
228284 | Zig:27   | Identified the +5 chain mail of the Terrible Hippo {rC+
                  | Int+5}
228286 | Zig:27   | Identified the +9 great mace of the Viny God {flame, Dex+3
                  | Stlth+}
228287 | Zig:27   | Identified the staff of air "Vaejuonga" {*Slow rElec Str+5}
228289 | Zig:27   | Identified the scarf of Aritz {+Inv, Dex+2}
228291 | Zig:27   | Identified the ring "Cylu" {Fly rC+ Str+3}
228835 | Zig:1    | Entered Level 1 of a ziggurat
228920 | Zig:2    | Entered Level 2 of a ziggurat
229008 | Zig:2    | Identified the +1 scale mail of Midnight {Int+3}
229028 | Zig:3    | Entered Level 3 of a ziggurat
229028 | Zig:3    | Noticed a juggernaut
229029 | Zig:3    | Killed a juggernaut
229047 | Zig:3    | Identified the +0 pair of gloves "Uskor" {rF+ Str+2}
229049 | Zig:3    | Identified the +1 morningstar "Gaoxerph" {freeze, +Blink
                  | rElec rC+ Will-}
229057 | Zig:3    | Identified the +0 scimitar "Paicoir" {flame, MP-9 Int+4
                  | Dex+3}
229139 | Zig:4    | Entered Level 4 of a ziggurat
229267 | Zig:4    | Identified the +7 rapier "Urchokhliff" {pain, rPois Will+
                  | rCorr}
229301 | Zig:4    | Identified the +5 arbalest of Zecuvem {heavy, Stlth+}
229322 | Zig:5    | Entered Level 5 of a ziggurat
229394 | Zig:5    | Identified the +1 rapier of Ysis {antimagic, Will- Str+4
                  | Dex+2}
229568 | Zig:5    | Acquired 846 gold pieces
229569 | Zig:5    | Acquired 450 gold pieces
229576 | Zig:6    | Entered Level 6 of a ziggurat
229576 | Zig:6    | Noticed an orb of fire
229576 | Zig:6    | Noticed an orb of fire
229576 | Zig:6    | Noticed an orb of fire
229576 | Zig:6    | Noticed an orb of fire
229576 | Zig:6    | Noticed an orb of fire
229576 | Zig:6    | Noticed an orb of fire
229576 | Zig:6    | Noticed an orb of fire
229576 | Zig:6    | Noticed an orb of fire
229576 | Zig:6    | Noticed an orb of fire
229576 | Zig:6    | Noticed an orb of fire
229576 | Zig:6    | Noticed an orb of fire
229576 | Zig:6    | Noticed an orb of fire
229576 | Zig:6    | Noticed an orb of fire
229576 | Zig:6    | Noticed an orb of fire
229576 | Zig:6    | Noticed an orb of fire
229576 | Zig:6    | Noticed an orb of fire
229576 | Zig:6    | Noticed an orb of fire
229576 | Zig:6    | Noticed an orb of fire
229576 | Zig:6    | Noticed an orb of fire
229576 | Zig:6    | Noticed an orb of fire
229576 | Zig:6    | Noticed an orb of fire
229576 | Zig:6    | Noticed an orb of fire
229576 | Zig:6    | Noticed an orb of fire
229578 | Zig:6    | Killed an orb of fire
229578 | Zig:6    | Noticed an orb of fire
229578 | Zig:6    | Noticed an orb of fire
229579 | Zig:6    | Killed an orb of fire
229579 | Zig:6    | Killed an orb of fire
229579 | Zig:6    | Killed an orb of fire
229579 | Zig:6    | Killed an orb of fire
229579 | Zig:6    | Killed an orb of fire
229579 | Zig:6    | Noticed an orb of fire
229579 | Zig:6    | Noticed an orb of fire
229580 | Zig:6    | Killed an orb of fire
229580 | Zig:6    | Killed an orb of fire
229580 | Zig:6    | Killed an orb of fire
229580 | Zig:6    | Killed an orb of fire
229580 | Zig:6    | Killed an orb of fire
229580 | Zig:6    | Killed an orb of fire
229581 | Zig:6    | Killed an orb of fire
229581 | Zig:6    | Killed an orb of fire
229581 | Zig:6    | Killed an orb of fire
229581 | Zig:6    | Killed an orb of fire
229581 | Zig:6    | Killed an orb of fire
229581 | Zig:6    | Killed an orb of fire
229581 | Zig:6    | Noticed an orb of fire
229582 | Zig:6    | Killed an orb of fire
229582 | Zig:6    | Killed an orb of fire
229582 | Zig:6    | Noticed an orb of fire
229583 | Zig:6    | Noticed an orb of fire
229583 | Zig:6    | Noticed an orb of fire
229584 | Zig:6    | Noticed an orb of fire
229584 | Zig:6    | Noticed an orb of fire
229584 | Zig:6    | Killed an orb of fire
229584 | Zig:6    | Killed an orb of fire
229584 | Zig:6    | Killed an orb of fire
229584 | Zig:6    | Killed an orb of fire
229584 | Zig:6    | Killed an orb of fire
229585 | Zig:6    | Killed an orb of fire
229585 | Zig:6    | Killed an orb of fire
229585 | Zig:6    | Noticed an orb of fire
229587 | Zig:6    | Killed an orb of fire
229587 | Zig:6    | Killed an orb of fire
229589 | Zig:6    | Killed an orb of fire
229589 | Zig:6    | Killed an orb of fire
229590 | Zig:6    | Killed an orb of fire
229591 | Zig:6    | Killed an orb of fire
229592 | Zig:6    | Killed an orb of fire
229738 | Zig:6    | Identified the ring of Generosity {Fly rN+ Dex-5 Slay+2}
229752 | Zig:6    | Identified the amulet "Sysaomp" {Harm Regen+ Str-2 Int+2}
229756 | Zig:6    | Identified the ring "Elleorau" {rPois rC++ Str+2 Dex-2}
229759 | Zig:6    | Identified the ring "Usoulotu" {rPois Str+4 Dex+6}
229764 | Zig:6    | Identified the +3 scale mail of Xaostux {rN+ Str+2 Int-3}
229808 | Zig:7    | Entered Level 7 of a ziggurat
229828 | Zig:7    | Identified the +8 whip of Laema {flame, Fly rC+}
230119 | Zig:8    | Entered Level 8 of a ziggurat
230337 | Zig:8    | Identified the ring "Hyes Cia" {rPois rCorr Str-3 Int+4
                  | Slay+4}
230343 | Zig:8    | Identified the +0 leather armour of Sunlight {-Tele Str+4
                  | Dex+3 Stlth-}
230355 | Zig:8    | Identified the +2 mace of Caemioce {vamp, *Slow rC+ Will+
                  | Int+4}
230357 | Zig:8    | Identified the staff of air "Yhephiu" {rElec rCorr MP-9
                  | Dex+2}
230408 | Zig:9    | Entered Level 9 of a ziggurat
230408 | Zig:9    | Noticed an ancient lich
230414 | Zig:9    | Killed an ancient lich
230416 | Zig:9    | Noticed an ancient lich
230420 | Zig:9    | Killed an ancient lich
230438 | Zig:9    | Identified the ring "Jydoaqo" {Contam Fly rF+ rC+ Slay+4}
230477 | Zig:9    | Identified the staff of cold "Icicucli" {Drain Fly rC+
                  | Int+6 SInv}
230485 | Zig:9    | Identified the ring of Joezud {Wiz *Corrode rElec rC+
                  | Dex+5}
230734 | Zig:10   | Entered Level 10 of a ziggurat
230734 | Zig:10   | Noticed a dread lich
230734 | Zig:10   | Noticed a dread lich
230734 | Zig:10   | Noticed an ancient lich
230734 | Zig:10   | Noticed an ancient lich
230734 | Zig:10   | Noticed a dread lich
230734 | Zig:10   | Noticed an ancient lich
230734 | Zig:10   | Noticed an ancient lich
230734 | Zig:10   | Noticed an ancient lich
230734 | Zig:10   | Noticed an ancient lich
230734 | Zig:10   | Noticed a dread lich
230734 | Zig:10   | Noticed a dread lich
230734 | Zig:10   | Noticed a dread lich
230734 | Zig:10   | Noticed an ancient lich
230734 | Zig:10   | Noticed an ancient lich
230734 | Zig:10   | Noticed a dread lich
230734 | Zig:10   | Noticed a dread lich
230734 | Zig:10   | Noticed a dread lich
230734 | Zig:10   | Noticed an ancient lich
230735 | Zig:10   | Killed a dread lich
230735 | Zig:10   | Killed a dread lich
230735 | Zig:10   | Killed a dread lich
230735 | Zig:10   | Killed an ancient lich
230735 | Zig:10   | Killed an ancient lich
230735 | Zig:10   | Killed an ancient lich
230735 | Zig:10   | Killed a dread lich
230735 | Zig:10   | Killed a dread lich
230735 | Zig:10   | Killed a dread lich
230735 | Zig:10   | Killed an ancient lich
230735 | Zig:10   | Killed a dread lich
230735 | Zig:10   | Killed an ancient lich
230735 | Zig:10   | Killed a dread lich
230736 | Zig:10   | Killed an ancient lich
230736 | Zig:10   | Killed a dread lich
230736 | Zig:10   | Killed an ancient lich
230736 | Zig:10   | Killed an ancient lich
230736 | Zig:10   | Killed an ancient lich
230736 | Zig:10   | Noticed a dread lich
230736 | Zig:10   | Noticed a dread lich
230736 | Zig:10   | Noticed an ancient lich
230737 | Zig:10   | Killed a dread lich
230737 | Zig:10   | Killed a dread lich
230737 | Zig:10   | Killed an ancient lich
230737 | Zig:10   | Noticed an ancient lich
230737 | Zig:10   | Noticed an ancient lich
230738 | Zig:10   | Noticed an ancient lich
230738 | Zig:10   | Noticed a dread lich
230738 | Zig:10   | Noticed a dread lich
230738 | Zig:10   | Noticed a dread lich
230739 | Zig:10   | Noticed an ancient lich
230739 | Zig:10   | Noticed an ancient lich
230739 | Zig:10   | Noticed a dread lich
230739 | Zig:10   | Noticed an ancient lich
230740 | Zig:10   | Noticed a dread lich
230741 | Zig:10   | Noticed an ancient lich
230741 | Zig:10   | Noticed a dread lich
230744 | Zig:10   | Killed a dread lich
230744 | Zig:10   | Killed an ancient lich
230744 | Zig:10   | Killed a dread lich
230744 | Zig:10   | Killed an ancient lich
230744 | Zig:10   | Killed an ancient lich
230744 | Zig:10   | Killed a dread lich
230744 | Zig:10   | Killed a dread lich
230744 | Zig:10   | Killed a dread lich
230744 | Zig:10   | Killed an ancient lich
230745 | Zig:10   | Noticed a dread lich
230745 | Zig:10   | Noticed a dread lich
230745 | Zig:10   | Noticed an ancient lich
230745 | Zig:10   | Noticed a dread lich
230745 | Zig:10   | Killed an ancient lich
230746 | Zig:10   | Noticed an ancient lich
230746 | Zig:10   | Killed an ancient lich
230746 | Zig:10   | Killed an ancient lich
230746 | Zig:10   | Killed a dread lich
230747 | Zig:10   | Killed a dread lich
230747 | Zig:10   | Killed an ancient lich
230747 | Zig:10   | Killed a dread lich
230748 | Zig:10   | Killed an ancient lich
230748 | Zig:10   | Killed a dread lich
231076 | Zig:10   | Identified the +2 longbow "Beast's Nightmare" {flame, rElec
                  | rF- rC+ Int+3}
231080 | Zig:10   | Identified the staff of air "Tifyewk" {rElec rN+ Dex+2}
231096 | Zig:10   | Identified the +10 hand axe "Malow" {freeze, rCorr Stlth+}
231105 | Zig:10   | Identified the +2 troll leather armour of Restlessness
                  | {Rampage Regen+ Str+6}
231118 | Zig:10   | Identified the +2 helmet of Tempters {Str+4}
231165 | Zig:11   | Entered Level 11 of a ziggurat
231165 | Zig:11   | Noticed an ancient lich
231166 | Zig:11   | Killed an ancient lich
231167 | Zig:11   | Noticed a dread lich
231171 | Zig:11   | Killed a dread lich
231282 | Zig:11   | Identified the ring of Esiofih {rN+ Dex+3}
231283 | Zig:11   | Identified the +7 falchion of Zialaod {flame, Stlth+}
231289 | Zig:11   | Identified the staff of death "Laal" {rN+ Str+6 Dex+4}
231295 | Zig:11   | Identified the +0 scimitar "Teastrae" {speed, Drain +Blink
                  | Int+7}
231308 | Zig:11   | Identified the +0 pair of boots of Generosity {Dex+2}
231320 | Zig:11   | Identified the ring "Qeit" {AC+4 Str+8 Dex+2}
231329 | Zig:11   | Identified the +1 chain mail of the Endless Expanse {rF+
                  | Dex+3}
231331 | Zig:11   | Identified the +1 scale mail "Pero" {rElec rC+++ rN++
                  | Dex-2}
231658 | Zig:12   | Entered Level 12 of a ziggurat
232155 | Zig:12   | Identified the +4 long sword "Sarcophage" {heavy, Stlth+}
232170 | Zig:12   | Identified the staff of conjuration "Xesod" {rPois Str+2}
232254 | Zig:13   | Entered Level 13 of a ziggurat
232254 | Zig:13   | Noticed a shard shrike
232254 | Zig:13   | Noticed a shard shrike
232254 | Zig:13   | Noticed a shard shrike
232254 | Zig:13   | Noticed a shard shrike
232254 | Zig:13   | Noticed a shard shrike
232254 | Zig:13   | Noticed a shard shrike
232254 | Zig:13   | Noticed a shard shrike
232254 | Zig:13   | Noticed a shard shrike
232254 | Zig:13   | Noticed a shard shrike
232254 | Zig:13   | Noticed a shard shrike
232255 | Zig:13   | Killed a shard shrike
232255 | Zig:13   | Killed a shard shrike
232255 | Zig:13   | Killed a shard shrike
232255 | Zig:13   | Killed a shard shrike
232255 | Zig:13   | Killed a shard shrike
232255 | Zig:13   | Killed a shard shrike
232255 | Zig:13   | Killed a shard shrike
232255 | Zig:13   | Killed a shard shrike
232255 | Zig:13   | Killed a shard shrike
232255 | Zig:13   | Killed a shard shrike
232255 | Zig:13   | Killed a shard shrike
232255 | Zig:13   | Killed a shard shrike
232255 | Zig:13   | Killed a shard shrike
232255 | Zig:13   | Killed a shard shrike
232255 | Zig:13   | Killed a shard shrike
232255 | Zig:13   | Killed a shard shrike
232255 | Zig:13   | Killed a shard shrike
232255 | Zig:13   | Noticed a shard shrike
232255 | Zig:13   | Noticed a shard shrike
232257 | Zig:13   | Noticed a shard shrike
232257 | Zig:13   | Noticed a shard shrike
232258 | Zig:13   | Noticed a shard shrike
232258 | Zig:13   | Noticed a shard shrike
232258 | Zig:13   | Noticed a shard shrike
232258 | Zig:13   | Noticed a shard shrike
232258 | Zig:13   | Noticed a shard shrike
232259 | Zig:13   | Noticed a shard shrike
232259 | Zig:13   | Noticed a shard shrike
232259 | Zig:13   | Noticed a shard shrike
232259 | Zig:13   | Noticed a shard shrike
232259 | Zig:13   | Noticed a shard shrike
232259 | Zig:13   | Noticed a shard shrike
232259 | Zig:13   | Noticed a shard shrike
232260 | Zig:13   | Killed a shard shrike
232260 | Zig:13   | Killed a shard shrike
232260 | Zig:13   | Killed a shard shrike
232260 | Zig:13   | Killed a shard shrike
232260 | Zig:13   | Killed a shard shrike
232260 | Zig:13   | Killed a shard shrike
232260 | Zig:13   | Killed a shard shrike
232260 | Zig:13   | Killed a shard shrike
232260 | Zig:13   | Killed a shard shrike
232260 | Zig:13   | Killed a shard shrike
232260 | Zig:13   | Killed a shard shrike
232260 | Zig:13   | Killed a shard shrike
232260 | Zig:13   | Killed a shard shrike
232260 | Zig:13   | Killed a shard shrike
232260 | Zig:13   | Killed a shard shrike
232260 | Zig:13   | Killed a shard shrike
232260 | Zig:13   | Killed a shard shrike
232260 | Zig:13   | Noticed a shard shrike
232261 | Zig:13   | Noticed a shard shrike
232261 | Zig:13   | Noticed a shard shrike
232262 | Zig:13   | Noticed a shard shrike
232263 | Zig:13   | Noticed a shard shrike
232264 | Zig:13   | Noticed a shard shrike
232265 | Zig:13   | Killed a shard shrike
232265 | Zig:13   | Killed a shard shrike
232265 | Zig:13   | Killed a shard shrike
232265 | Zig:13   | Killed a shard shrike
232265 | Zig:13   | Killed a shard shrike
232265 | Zig:13   | Killed a shard shrike
232265 | Zig:13   | Noticed a shard shrike
232266 | Zig:13   | Noticed a shard shrike
232266 | Zig:13   | Noticed a shard shrike
232266 | Zig:13   | Noticed a shard shrike
232266 | Zig:13   | Noticed a shard shrike
232266 | Zig:13   | Noticed a shard shrike
232266 | Zig:13   | Noticed a shard shrike
232267 | Zig:13   | Noticed a shard shrike
232267 | Zig:13   | Noticed a shard shrike
232267 | Zig:13   | Noticed a shard shrike
232268 | Zig:13   | Noticed a shard shrike
232268 | Zig:13   | Noticed a shard shrike
232268 | Zig:13   | Noticed a shard shrike
232269 | Zig:13   | Noticed a shard shrike
232270 | Zig:13   | Killed a shard shrike
232270 | Zig:13   | Killed a shard shrike
232270 | Zig:13   | Killed a shard shrike
232270 | Zig:13   | Killed a shard shrike
232270 | Zig:13   | Killed a shard shrike
232270 | Zig:13   | Killed a shard shrike
232270 | Zig:13   | Killed a shard shrike
232270 | Zig:13   | Killed a shard shrike
232270 | Zig:13   | Killed a shard shrike
232270 | Zig:13   | Killed a shard shrike
232270 | Zig:13   | Killed a shard shrike
232270 | Zig:13   | Killed a shard shrike
232270 | Zig:13   | Killed a shard shrike
232270 | Zig:13   | Killed a shard shrike
232271 | Zig:13   | Noticed a shard shrike
232273 | Zig:13   | Killed a shard shrike
232289 | Zig:13   | Identified the +0 robe of Xeupt {rN+ Int+2 Dex-3 SInv}
232291 | Zig:13   | Identified the staff of cold "Kikhliemu" {rC+ Int+2 Dex+3}
232313 | Zig:13   | Identified the +0 troll leather armour of Soft Rains {rF+
                  | Regen+ Dex+8}
232318 | Zig:13   | Identified the +9 spear "Viybriycs" {flame, rN+ Int+2}
232324 | Zig:13   | Identified the +3 dagger of Doom {pain, rElec rC+ rN+
                  | Str-3}
232330 | Zig:13   | Identified the ring of Suogohen {Fire rElec}
232332 | Zig:13   | Identified the +0 hand axe of Truncation {flame, Int+5
                  | Dex-5}
232338 | Zig:13   | Identified the +0 longbow "Xifoneox" {heavy, Int+2 Dex-2
                  | Stlth+}
232345 | Zig:13   | Identified the +5 quarterstaff of Fixation {elec, Will+}
232350 | Zig:13   | Identified the staff of death "Ryips" {rPois rN+ Str+4}
232352 | Zig:13   | Identified the +9 morningstar of Truncation {freeze, Str+2
                  | Int+2 Dex+2}
232423 | Zig:13   | Identified the +2 cloak of Ebyeh {Will+ Dex+2}
232858 | Zig:14   | Entered Level 14 of a ziggurat
233398 | Zig:14   | Identified the +7 mace of the Depths {speed, rPois Dex+4}
233461 | Zig:14   | Identified the +1 robe "Solol" {+Inv}
233468 | Zig:14   | Identified the +5 flail of Eternal Vigilance {heavy, rPois
                  | Dex+3}
233507 | Zig:14   | Identified the +11 mace "Qooptour" {freeze, Will- Str+3
                  | Int+4}
233509 | Zig:14   | Identified the staff of death "Zorupyta" {rN+ Dex+6}
233526 | Zig:14   | Identified the amulet "Nuseasaw" {Spirit Str-5 Dex+6}
233540 | Zig:14   | Identified the staff of death "Xokogyv" {+Blink rN+ rCorr}
233564 | Zig:14   | Identified the +6 flail of Insufficient Pleasure {vamp, rF+
                  | rC+}
233581 | Zig:15   | Entered Level 15 of a ziggurat
233591 | Zig:15   | Paralysed by accursed screaming for 2 turns
233651 | Zig:15   | Killed a starcursed mass
233708 | Zig:15   | Identified the +2 trident "Coungamo" {freeze, Str-2 Int+4}
233745 | Zig:15   | Identified the ring "Ujyefeu" {Drain Fly rPois rF+ rN+}
233761 | Zig:15   | Identified the +1 hand axe of Niommu Xolo {flame, rF+
                  | Int+4}
233763 | Zig:15   | Identified the ring "Gabum" {rC+ Dex+3 SInv}
233787 | Zig:15   | Identified the amulet of Kimoe {Faith rC++ Str+2}
233788 | Zig:15   | Identified the staff of fire "Winnuera" {*Corrode +Blink
                  | rF+ rN+++ Dex+2}
233797 | Zig:15   | Identified the ring "Navuges" {Fire rElec rCorr Dex-5 SInv}
233809 | Zig:15   | Identified the +5 arbalest "Pogreyxe" {drain, Contam Str+6
                  | SInv Stlth+}
234293 | Zig:15   | Acquired 613 gold pieces
234294 | Zig:15   | Acquired the +0 pair of boots "Pewy" {Regen+ Dex+4}
234308 | Zig:16   | Entered Level 16 of a ziggurat
234915 | Zig:16   | Identified the staff of conjuration "Caschism" {Fly rF-
                  | Dex+3}
234916 | Zig:16   | Identified the ring "Doth" {rF+ rN+ Str+2}
234917 | Zig:16   | Identified the +3 chain mail "Damnable Contraption" {rPois
                  | Int+2}
234935 | Zig:16   | Identified the +7 hand axe "Hydep" {flame, rPois rCorr
                  | Int-2 Dex-3}
234936 | Zig:16   | Identified the ring "Etheprirr" {rPois Will- EV+5 Str+3}
234937 | Zig:16   | Identified the +0 scale mail of a Labyrinth {Harm rPois
                  | rC++ Stlth+}
234939 | Zig:16   | Identified the staff of cold "Eke Lusa" {rC+ Will++ Dex+3}
234944 | Zig:16   | Identified the +1 battleaxe "Fuxtiqeh" {flame, Contam rElec
                  | MP+9 Int+4}
234963 | Zig:16   | Identified the +6 plate armour "Alaig" {rPois rCorr MP-9
                  | Dex+3}
234992 | Zig:16   | Identified the staff of air "Kakuak Woson" {rElec rF+}
235080 | Zig:17   | Entered Level 17 of a ziggurat
235080 | Zig:17   | Noticed a caustic shrike
235080 | Zig:17   | Noticed a caustic shrike
235080 | Zig:17   | Noticed a caustic shrike
235080 | Zig:17   | Noticed a caustic shrike
235080 | Zig:17   | Noticed a dread lich
235080 | Zig:17   | Noticed a caustic shrike
235083 | Zig:17   | Killed a dread lich
235083 | Zig:17   | Killed a caustic shrike
235083 | Zig:17   | Killed a caustic shrike
235083 | Zig:17   | Noticed a caustic shrike
235084 | Zig:17   | Killed a caustic shrike
235084 | Zig:17   | Killed a caustic shrike
235084 | Zig:17   | Noticed a caustic shrike
235086 | Zig:17   | Noticed a caustic shrike
235086 | Zig:17   | Killed a caustic shrike
235087 | Zig:17   | Killed a caustic shrike
235087 | Zig:17   | Killed a caustic shrike
235087 | Zig:17   | Noticed a caustic shrike
235088 | Zig:17   | Noticed a caustic shrike
235088 | Zig:17   | Noticed a caustic shrike
235089 | Zig:17   | Noticed a caustic shrike
235089 | Zig:17   | Killed a caustic shrike
235089 | Zig:17   | Noticed a caustic shrike
235091 | Zig:17   | Killed a caustic shrike
235091 | Zig:17   | Noticed a caustic shrike
235091 | Zig:17   | Noticed a dread lich
235091 | Zig:17   | Noticed a dread lich
235092 | Zig:17   | Noticed a caustic shrike
235092 | Zig:17   | Noticed a caustic shrike
235093 | Zig:17   | Killed a caustic shrike
235093 | Zig:17   | Killed a caustic shrike
235093 | Zig:17   | Killed a caustic shrike
235093 | Zig:17   | Killed a dread lich
235093 | Zig:17   | Noticed a caustic shrike
235094 | Zig:17   | Noticed a caustic shrike
235095 | Zig:17   | Killed a caustic shrike
235095 | Zig:17   | Killed a dread lich
235095 | Zig:17   | Noticed a caustic shrike
235097 | Zig:17   | Killed a caustic shrike
235097 | Zig:17   | Killed a caustic shrike
235097 | Zig:17   | Killed a caustic shrike
235098 | Zig:17   | Killed a caustic shrike
235098 | Zig:17   | Killed a caustic shrike
235102 | Zig:17   | Killed a caustic shrike
235102 | Zig:17   | Noticed a caustic shrike
235105 | Zig:17   | Noticed a caustic shrike
235106 | Zig:17   | Killed a caustic shrike
235106 | Zig:17   | Noticed a caustic shrike
235106 | Zig:17   | Noticed a caustic shrike
235107 | Zig:17   | Noticed a caustic shrike
235109 | Zig:17   | Noticed a caustic shrike
235109 | Zig:17   | Noticed a caustic shrike
235110 | Zig:17   | Killed a caustic shrike
235112 | Zig:17   | Killed a caustic shrike
235112 | Zig:17   | Killed a caustic shrike
235113 | Zig:17   | Killed a caustic shrike
235113 | Zig:17   | Killed a caustic shrike
235113 | Zig:17   | Killed a caustic shrike
235113 | Zig:17   | Noticed an ancient lich
235115 | Zig:17   | Killed an ancient lich
235150 | Zig:17   | Identified the +6 long sword of True Grit {drain, *Rage rN+
                  | MP+9 Str+3}
235163 | Zig:17   | Identified the staff of cold "Ysomm" {Fragile rPois rC+
                  | Str+3 Dex+3}
235170 | Zig:17   | Identified the +5 great sword of Equilibrium {heavy, rC+
                  | Str-4 Dex+3 Stlth+}
235171 | Zig:17   | Identified the staff of fire "Laronlop" {rPois rF+ Stlth+}
235178 | Zig:17   | Identified the +6 great mace "Tacob" {freeze, *Corrode
                  | Fragile rF+++ rC+++}
235181 | Zig:17   | Identified the amulet "Seacsaa" {Spirit rElec}
235185 | Zig:17   | Identified the +0 scale mail of Untold Secrets {Harm Regen+
                  | Dex+3}
235186 | Zig:17   | Identified the staff of poison "Nicaukoe" {rPois MP+9}
235727 | Zig:18   | Entered Level 18 of a ziggurat
235730 | Zig:18   | Noticed an ancient lich
235737 | Zig:18   | Killed an ancient lich
235772 | Zig:18   | Paralysed by accursed screaming for 2 turns
235803 | Zig:18   | Noticed a dread lich
235807 | Zig:18   | Killed a dread lich
235811 | Zig:18   | Noticed a dread lich
235812 | Zig:18   | Killed a dread lich
235814 | Zig:18   | Noticed a dread lich
235815 | Zig:18   | Noticed an ancient lich
235817 | Zig:18   | Killed a dread lich
235817 | Zig:18   | Killed an ancient lich
236484 | Zig:18   | Identified the amulet of Nasouden {Reflect rElec rPois rF-
                  | rC+++ SH+5}
236486 | Zig:18   | Identified the -2 helmet of Toumiuci {Will+ Str+3}
236487 | Zig:18   | Identified the staff of earth "Liczumn" {rF+ rN+ Will+
                  | Str+3}
236488 | Zig:18   | Identified the +3 hand axe "Coakh" {heavy, *Noise rF+++
                  | Dex+5}
236490 | Zig:18   | Identified the +0 short sword "Xofatt" {heavy, rElec}
236495 | Zig:18   | Identified the +1 scale mail "Burawe" {Harm rPois rN+
                  | Str-5}
236496 | Zig:18   | Identified the staff of conjuration "Avvuahife" {rN+++ MP+9
                  | Int-5}
236501 | Zig:18   | Identified the staff of cold "Fyoniwk" {rElec rF+ rC+
                  | Str+4}
236568 | Zig:19   | Entered Level 19 of a ziggurat
236568 | Zig:19   | Noticed a juggernaut
236568 | Zig:19   | Noticed a juggernaut
236568 | Zig:19   | Noticed a juggernaut
236568 | Zig:19   | Noticed a juggernaut
236568 | Zig:19   | Noticed a juggernaut
236568 | Zig:19   | Noticed a juggernaut
236568 | Zig:19   | Noticed a juggernaut
236568 | Zig:19   | Noticed a juggernaut
236568 | Zig:19   | Noticed a juggernaut
236568 | Zig:19   | Noticed a juggernaut
236568 | Zig:19   | Noticed a juggernaut
236568 | Zig:19   | Noticed a juggernaut
236568 | Zig:19   | Noticed a juggernaut
236568 | Zig:19   | Noticed a juggernaut
236568 | Zig:19   | Noticed a juggernaut
236568 | Zig:19   | Noticed a juggernaut
236569 | Zig:19   | Killed a juggernaut
236569 | Zig:19   | Killed a juggernaut
236569 | Zig:19   | Killed a juggernaut
236569 | Zig:19   | Killed a juggernaut
236569 | Zig:19   | Killed a juggernaut
236569 | Zig:19   | Killed a juggernaut
236569 | Zig:19   | Killed a juggernaut
236569 | Zig:19   | Killed a juggernaut
236569 | Zig:19   | Killed a juggernaut
236569 | Zig:19   | Killed a juggernaut
236569 | Zig:19   | Killed a juggernaut
236569 | Zig:19   | Killed a juggernaut
236569 | Zig:19   | Killed a juggernaut
236569 | Zig:19   | Killed a juggernaut
236569 | Zig:19   | Killed a juggernaut
236569 | Zig:19   | Killed a juggernaut
236572 | Zig:19   | Noticed a juggernaut
236572 | Zig:19   | Noticed a juggernaut
236572 | Zig:19   | Noticed a juggernaut
236572 | Zig:19   | Noticed a juggernaut
236573 | Zig:19   | Noticed a juggernaut
236573 | Zig:19   | Noticed a juggernaut
236573 | Zig:19   | Noticed a juggernaut
236573 | Zig:19   | Noticed a juggernaut
236574 | Zig:19   | Noticed a juggernaut
236574 | Zig:19   | Noticed a juggernaut
236574 | Zig:19   | Noticed a juggernaut
236574 | Zig:19   | Noticed a juggernaut
236575 | Zig:19   | Noticed a juggernaut
236575 | Zig:19   | Noticed a juggernaut
236575 | Zig:19   | Noticed a juggernaut
236576 | Zig:19   | Noticed a juggernaut
236576 | Zig:19   | Noticed a juggernaut
236576 | Zig:19   | Noticed a juggernaut
236577 | Zig:19   | Killed a juggernaut
236577 | Zig:19   | Killed a juggernaut
236577 | Zig:19   | Killed a juggernaut
236577 | Zig:19   | Killed a juggernaut
236577 | Zig:19   | Killed a juggernaut
236577 | Zig:19   | Killed a juggernaut
236577 | Zig:19   | Killed a juggernaut
236577 | Zig:19   | Killed a juggernaut
236577 | Zig:19   | Killed a juggernaut
236577 | Zig:19   | Killed a juggernaut
236577 | Zig:19   | Killed a juggernaut
236577 | Zig:19   | Killed a juggernaut
236577 | Zig:19   | Killed a juggernaut
236577 | Zig:19   | Killed a juggernaut
236577 | Zig:19   | Killed a juggernaut
236577 | Zig:19   | Killed a juggernaut
236577 | Zig:19   | Noticed a juggernaut
236578 | Zig:19   | Noticed a juggernaut
236578 | Zig:19   | Noticed a juggernaut
236579 | Zig:19   | Noticed a juggernaut
236580 | Zig:19   | Noticed a juggernaut
236580 | Zig:19   | Noticed a juggernaut
236580 | Zig:19   | Noticed a juggernaut
236580 | Zig:19   | Noticed a juggernaut
236580 | Zig:19   | Noticed a juggernaut
236580 | Zig:19   | Noticed a juggernaut
236581 | Zig:19   | Noticed a juggernaut
236581 | Zig:19   | Noticed a juggernaut
236582 | Zig:19   | Noticed a juggernaut
236582 | Zig:19   | Noticed a juggernaut
236582 | Zig:19   | Noticed a juggernaut
236582 | Zig:19   | Noticed a juggernaut
236583 | Zig:19   | Killed a juggernaut
236583 | Zig:19   | Killed a juggernaut
236583 | Zig:19   | Killed a juggernaut
236583 | Zig:19   | Killed a juggernaut
236583 | Zig:19   | Killed a juggernaut
236583 | Zig:19   | Killed a juggernaut
236583 | Zig:19   | Killed a juggernaut
236583 | Zig:19   | Killed a juggernaut
236583 | Zig:19   | Killed a juggernaut
236583 | Zig:19   | Killed a juggernaut
236583 | Zig:19   | Killed a juggernaut
236583 | Zig:19   | Killed a juggernaut
236583 | Zig:19   | Killed a juggernaut
236583 | Zig:19   | Killed a juggernaut
236583 | Zig:19   | Killed a juggernaut
236583 | Zig:19   | Killed a juggernaut
236583 | Zig:19   | Killed a juggernaut
236583 | Zig:19   | Noticed a juggernaut
236583 | Zig:19   | Noticed a juggernaut
236583 | Zig:19   | Noticed a juggernaut
236583 | Zig:19   | Noticed a juggernaut
236584 | Zig:19   | Noticed a juggernaut
236584 | Zig:19   | Noticed a juggernaut
236584 | Zig:19   | Noticed a juggernaut
236585 | Zig:19   | Noticed a juggernaut
236585 | Zig:19   | Noticed a juggernaut
236585 | Zig:19   | Noticed a juggernaut
236586 | Zig:19   | Noticed a juggernaut
236587 | Zig:19   | Noticed a juggernaut
236587 | Zig:19   | Noticed a juggernaut
236587 | Zig:19   | Noticed a juggernaut
236588 | Zig:19   | Noticed a juggernaut
236589 | Zig:19   | Killed a juggernaut
236589 | Zig:19   | Killed a juggernaut
236589 | Zig:19   | Killed a juggernaut
236589 | Zig:19   | Killed a juggernaut
236589 | Zig:19   | Killed a juggernaut
236589 | Zig:19   | Killed a juggernaut
236589 | Zig:19   | Killed a juggernaut
236589 | Zig:19   | Killed a juggernaut
236589 | Zig:19   | Killed a juggernaut
236589 | Zig:19   | Killed a juggernaut
236589 | Zig:19   | Killed a juggernaut
236589 | Zig:19   | Killed a juggernaut
236589 | Zig:19   | Killed a juggernaut
236589 | Zig:19   | Killed a juggernaut
236589 | Zig:19   | Noticed a juggernaut
236591 | Zig:19   | Noticed a juggernaut
236594 | Zig:19   | Killed a juggernaut
236594 | Zig:19   | Killed a juggernaut
236594 | Zig:19   | Killed a juggernaut
236597 | Zig:19   | Killed a juggernaut
236597 | Zig:19   | Killed a juggernaut
236598 | Zig:19   | Killed a juggernaut
236684 | Zig:19   | Identified the +3 scale mail "Ziuqitt" {Will+ rCorr}
236689 | Zig:19   | Identified the +5 broad axe "Ossoj" {venom, Int+4}
236690 | Zig:19   | Identified the +6 chain mail "Sissa" {rPois Dex+4}
236692 | Zig:19   | Identified the staff of death "Sesohaz" {rN+ MP+9}
236718 | Zig:19   | Identified the +2 hand axe "Eryum" {heavy, Fly rF+ Int-3
                  | Dex+3}
236737 | Zig:19   | Identified the +10 shortbow of Exquisite Torment {drain,
                  | rElec rF- rN++ Str+2}
236745 | Zig:19   | Identified the ring of Heplytow {rElec rF+ Will+}
236747 | Zig:19   | Identified the +1 falchion "Grum" {flame, Fly Int+3 Stlth+}
236749 | Zig:19   | Identified the staff of death "Bycsoa" {Fly rF+ rN+ Int+2}
236761 | Zig:19   | Identified the ring "Wawy" {+Blink rC+}
236784 | Zig:19   | Identified the ring of Siset {+Blink rPois}
236792 | Zig:19   | Identified the +4 halberd of Dithmenos, Singing {flame,
                  | Str+3}
237492 | Zig:20   | Entered Level 20 of a ziggurat
237492 | Zig:20   | Noticed a juggernaut
237492 | Zig:20   | Noticed a juggernaut
237492 | Zig:20   | Noticed a juggernaut
237492 | Zig:20   | Noticed a juggernaut
237492 | Zig:20   | Noticed a juggernaut
237492 | Zig:20   | Noticed a juggernaut
237492 | Zig:20   | Noticed a juggernaut
237492 | Zig:20   | Noticed a juggernaut
237492 | Zig:20   | Noticed a juggernaut
237492 | Zig:20   | Noticed a juggernaut
237492 | Zig:20   | Noticed a juggernaut
237492 | Zig:20   | Noticed a juggernaut
237492 | Zig:20   | Noticed a juggernaut
237492 | Zig:20   | Noticed a juggernaut
237492 | Zig:20   | Noticed a juggernaut
237492 | Zig:20   | Noticed a juggernaut
237493 | Zig:20   | Killed a juggernaut
237493 | Zig:20   | Killed a juggernaut
237493 | Zig:20   | Killed a juggernaut
237493 | Zig:20   | Killed a juggernaut
237493 | Zig:20   | Killed a juggernaut
237493 | Zig:20   | Killed a juggernaut
237493 | Zig:20   | Killed a juggernaut
237493 | Zig:20   | Killed a juggernaut
237493 | Zig:20   | Killed a juggernaut
237493 | Zig:20   | Killed a juggernaut
237493 | Zig:20   | Killed a juggernaut
237493 | Zig:20   | Killed a juggernaut
237493 | Zig:20   | Killed a juggernaut
237493 | Zig:20   | Killed a juggernaut
237493 | Zig:20   | Killed a juggernaut
237493 | Zig:20   | Noticed a juggernaut
237494 | Zig:20   | Noticed a juggernaut
237494 | Zig:20   | Noticed a juggernaut
237495 | Zig:20   | Noticed a juggernaut
237496 | Zig:20   | Noticed a juggernaut
237496 | Zig:20   | Noticed a juggernaut
237496 | Zig:20   | Noticed a juggernaut
237496 | Zig:20   | Noticed a juggernaut
237496 | Zig:20   | Noticed a juggernaut
237497 | Zig:20   | Noticed a juggernaut
237497 | Zig:20   | Noticed a juggernaut
237497 | Zig:20   | Noticed a juggernaut
237497 | Zig:20   | Noticed a juggernaut
237498 | Zig:20   | Noticed a juggernaut
237499 | Zig:20   | Killed a juggernaut
237499 | Zig:20   | Killed a juggernaut
237499 | Zig:20   | Killed a juggernaut
237499 | Zig:20   | Killed a juggernaut
237499 | Zig:20   | Killed a juggernaut
237499 | Zig:20   | Killed a juggernaut
237499 | Zig:20   | Killed a juggernaut
237499 | Zig:20   | Killed a juggernaut
237499 | Zig:20   | Killed a juggernaut
237499 | Zig:20   | Killed a juggernaut
237499 | Zig:20   | Killed a juggernaut
237499 | Zig:20   | Killed a juggernaut
237499 | Zig:20   | Killed a juggernaut
237499 | Zig:20   | Killed a juggernaut
237499 | Zig:20   | Killed a juggernaut
237499 | Zig:20   | Killed a juggernaut
237500 | Zig:20   | Noticed a juggernaut
237500 | Zig:20   | Noticed a juggernaut
237500 | Zig:20   | Noticed a juggernaut
237500 | Zig:20   | Noticed a juggernaut
237501 | Zig:20   | Noticed a juggernaut
237501 | Zig:20   | Noticed a juggernaut
237501 | Zig:20   | Noticed a juggernaut
237501 | Zig:20   | Noticed a juggernaut
237502 | Zig:20   | Noticed a juggernaut
237502 | Zig:20   | Noticed a juggernaut
237502 | Zig:20   | Noticed a juggernaut
237502 | Zig:20   | Noticed a juggernaut
237502 | Zig:20   | Noticed a juggernaut
237503 | Zig:20   | Noticed a juggernaut
237504 | Zig:20   | Noticed a juggernaut
237504 | Zig:20   | Noticed a juggernaut
237504 | Zig:20   | Noticed a juggernaut
237504 | Zig:20   | Noticed a juggernaut
237504 | Zig:20   | Noticed a juggernaut
237504 | Zig:20   | Noticed a juggernaut
237506 | Zig:20   | Killed a juggernaut
237506 | Zig:20   | Killed a juggernaut
237506 | Zig:20   | Killed a juggernaut
237506 | Zig:20   | Killed a juggernaut
237506 | Zig:20   | Killed a juggernaut
237506 | Zig:20   | Killed a juggernaut
237506 | Zig:20   | Killed a juggernaut
237506 | Zig:20   | Killed a juggernaut
237506 | Zig:20   | Killed a juggernaut
237506 | Zig:20   | Killed a juggernaut
237506 | Zig:20   | Killed a juggernaut
237506 | Zig:20   | Killed a juggernaut
237506 | Zig:20   | Killed a juggernaut
237506 | Zig:20   | Killed a juggernaut
237506 | Zig:20   | Killed a juggernaut
237506 | Zig:20   | Noticed a juggernaut
237506 | Zig:20   | Noticed a juggernaut
237506 | Zig:20   | Noticed a juggernaut
237506 | Zig:20   | Noticed a juggernaut
237506 | Zig:20   | Noticed a juggernaut
237507 | Zig:20   | Noticed a juggernaut
237507 | Zig:20   | Noticed a juggernaut
237507 | Zig:20   | Noticed a juggernaut
237508 | Zig:20   | Noticed a juggernaut
237508 | Zig:20   | Noticed a juggernaut
237508 | Zig:20   | Noticed a juggernaut
237509 | Zig:20   | Noticed a juggernaut
237510 | Zig:20   | Noticed a juggernaut
237510 | Zig:20   | Noticed a juggernaut
237510 | Zig:20   | Noticed a juggernaut
237510 | Zig:20   | Noticed a juggernaut
237510 | Zig:20   | Noticed a juggernaut
237510 | Zig:20   | Noticed a juggernaut
237511 | Zig:20   | Noticed a juggernaut
237513 | Zig:20   | Killed a juggernaut
237513 | Zig:20   | Killed a juggernaut
237513 | Zig:20   | Killed a juggernaut
237513 | Zig:20   | Killed a juggernaut
237513 | Zig:20   | Killed a juggernaut
237513 | Zig:20   | Killed a juggernaut
237513 | Zig:20   | Killed a juggernaut
237513 | Zig:20   | Killed a juggernaut
237513 | Zig:20   | Killed a juggernaut
237513 | Zig:20   | Killed a juggernaut
237513 | Zig:20   | Killed a juggernaut
237513 | Zig:20   | Killed a juggernaut
237513 | Zig:20   | Killed a juggernaut
237513 | Zig:20   | Killed a juggernaut
237513 | Zig:20   | Killed a juggernaut
237513 | Zig:20   | Killed a juggernaut
237513 | Zig:20   | Killed a juggernaut
237513 | Zig:20   | Noticed a juggernaut
237513 | Zig:20   | Noticed a juggernaut
237513 | Zig:20   | Noticed a juggernaut
237514 | Zig:20   | Noticed a juggernaut
237514 | Zig:20   | Noticed a juggernaut
237514 | Zig:20   | Noticed a juggernaut
237514 | Zig:20   | Noticed a juggernaut
237514 | Zig:20   | Noticed a juggernaut
237514 | Zig:20   | Noticed a juggernaut
237514 | Zig:20   | Noticed a juggernaut
237515 | Zig:20   | Noticed a juggernaut
237515 | Zig:20   | Noticed a juggernaut
237517 | Zig:20   | Noticed a juggernaut
237517 | Zig:20   | Noticed a juggernaut
237519 | Zig:20   | Killed a juggernaut
237519 | Zig:20   | Killed a juggernaut
237519 | Zig:20   | Killed a juggernaut
237519 | Zig:20   | Killed a juggernaut
237519 | Zig:20   | Killed a juggernaut
237519 | Zig:20   | Killed a juggernaut
237519 | Zig:20   | Killed a juggernaut
237519 | Zig:20   | Killed a juggernaut
237519 | Zig:20   | Killed a juggernaut
237519 | Zig:20   | Killed a juggernaut
237519 | Zig:20   | Killed a juggernaut
237519 | Zig:20   | Killed a juggernaut
237519 | Zig:20   | Killed a juggernaut
237519 | Zig:20   | Killed a juggernaut
237519 | Zig:20   | Killed a juggernaut
237519 | Zig:20   | Killed a juggernaut
237525 | Zig:20   | Killed a juggernaut
237525 | Zig:20   | Killed a juggernaut
237525 | Zig:20   | Killed a juggernaut
237525 | Zig:20   | Killed a juggernaut
237525 | Zig:20   | Killed a juggernaut
238187 | Zig:20   | Identified the +6 spear "Udghoev" {heavy, Fragile Dex+6}
238248 | Zig:20   | Identified the staff of air "Doiwnah" {rElec rN+ Will+
                  | Str+3}
238261 | Zig:20   | Identified the ring of Biruhim {rPois Will+ rCorr Dex-4
                  | Stlth+}
238269 | Zig:20   | Identified the staff of cold "Soargheil" {*Slow rF++ rC+
                  | MP+9 Stlth+}
238271 | Zig:20   | Identified the +5 spear "Ujall" {chaos, Int+7 Dex-3}
238319 | Zig:20   | Identified the +0 dagger of Freehold {speed, Contam Fly
                  | Str+3 Dex+3}
238347 | Zig:20   | Identified the ring "Conojimm" {rF- rN+ Dex+4}
238353 | Zig:20   | Identified the staff of poison "Anibuptuy" {rPois Dex+2}
238376 | Zig:20   | Identified the staff of cold "Lacsesh Irag" {rC+ Str+2}
238384 | Zig:20   | Identified the staff of cold "Neugiled" {rF+ rC+ Will-
                  | Stlth+}
238404 | Zig:20   | Identified the +0 robe of the Wild Haggis {rC+++ rCorr
                  | Dex-3 Stlth+}
238407 | Zig:20   | Identified the +9 glaive of Jauth {freeze, rF- rN+ Int+2
                  | Dex+3}
238408 | Zig:20   | Identified the ring "Hatim" {Fly rN+ Dex+4}
238410 | Zig:20   | Identified the +0 ring mail of Tuehen {rElec rPois Str-3
                  | Int+8 Stlth-}
238414 | Zig:20   | Identified the +0 cloak "Lulud" {Regen+ Str-5 SInv}
238416 | Zig:20   | Identified the staff of cold "Ycun" {rElec rC+ Dex+4}
238482 | Zig:21   | Entered Level 21 of a ziggurat
238688 | Zig:21   | Identified the ring "Adwoxofo" {rCorr Int+3}
238689 | Zig:21   | Identified the +3 short sword "Zekkehai" {freeze, Str+3}
238690 | Zig:21   | Identified the staff of death "Bineuramu" {Fly rElec rN+
                  | rCorr}
238692 | Zig:21   | Identified the +5 trident of Duty {venom, Str+7 Dex+5}
238695 | Zig:21   | Identified the staff of cold "Keceastri" {*Corrode rC+
                  | Int+5 Dex+2}
238705 | Zig:21   | Identified the +5 rapier of Hiblya {freeze, +Blink rF+
                  | Int+4}
238706 | Zig:21   | Identified the ring "Kerymigh" {rF+ Str+3 Dex+4 Stlth-}
238707 | Zig:21   | Identified the +0 ring mail of Philately {Rampage rC+}
238713 | Zig:21   | Identified the +6 shortbow "Embalmer" {drain, +Blink Int+9
                  | Dex-3 Stlth-}
238715 | Zig:21   | Identified the staff of earth "Butwif" {Will- Str-5 Int+9}
238721 | Zig:21   | Identified the staff of earth "Vuom" {rN++ Str+3}
238738 | Zig:21   | Identified the staff of poison "Giceumemn" {rElec rPois
                  | Int+3}
239474 | Zig:22   | Entered Level 22 of a ziggurat
239474 | Zig:22   | Noticed a royal mummy
239474 | Zig:22   | Noticed a royal mummy
239474 | Zig:22   | Noticed a royal mummy
239474 | Zig:22   | Noticed a royal mummy
239474 | Zig:22   | Noticed a royal mummy
239474 | Zig:22   | Noticed a royal mummy
239474 | Zig:22   | Noticed a royal mummy
239474 | Zig:22   | Noticed a royal mummy
239474 | Zig:22   | Noticed a royal mummy
239474 | Zig:22   | Noticed a royal mummy
239475 | Zig:22   | Noticed a royal mummy
239475 | Zig:22   | Noticed a royal mummy
239476 | Zig:22   | Noticed a royal mummy
239477 | Zig:22   | Noticed a royal mummy
239477 | Zig:22   | Noticed a royal mummy
239478 | Zig:22   | Killed a royal mummy
239478 | Zig:22   | Killed a royal mummy
239478 | Zig:22   | Killed a royal mummy
239478 | Zig:22   | Killed a royal mummy
239478 | Zig:22   | Killed a royal mummy
239478 | Zig:22   | Killed a royal mummy
239478 | Zig:22   | Killed a royal mummy
239478 | Zig:22   | Killed a royal mummy
239478 | Zig:22   | Killed a royal mummy
239478 | Zig:22   | Killed a royal mummy
239478 | Zig:22   | Killed a royal mummy
239478 | Zig:22   | Killed a royal mummy
239478 | Zig:22   | Killed a royal mummy
239478 | Zig:22   | Killed a royal mummy
239479 | Zig:22   | Noticed a royal mummy
239479 | Zig:22   | Noticed a royal mummy
239480 | Zig:22   | Noticed a royal mummy
239480 | Zig:22   | Noticed a royal mummy
239480 | Zig:22   | Noticed a royal mummy
239480 | Zig:22   | Noticed a royal mummy
239480 | Zig:22   | Noticed a royal mummy
239481 | Zig:22   | Noticed a royal mummy
239481 | Zig:22   | Noticed a royal mummy
239482 | Zig:22   | Noticed a royal mummy
239482 | Zig:22   | Killed a royal mummy
239482 | Zig:22   | Noticed a royal mummy
239482 | Zig:22   | Noticed a royal mummy
239483 | Zig:22   | Killed a royal mummy
239483 | Zig:22   | Killed a royal mummy
239483 | Zig:22   | Killed a royal mummy
239483 | Zig:22   | Killed a royal mummy
239483 | Zig:22   | Killed a royal mummy
239483 | Zig:22   | Killed a royal mummy
239483 | Zig:22   | Killed a royal mummy
239483 | Zig:22   | Noticed a royal mummy
239483 | Zig:22   | Noticed a royal mummy
239484 | Zig:22   | Noticed a royal mummy
239484 | Zig:22   | Noticed a royal mummy
239484 | Zig:22   | Noticed a royal mummy
239484 | Zig:22   | Noticed a royal mummy
239485 | Zig:22   | Noticed a royal mummy
239485 | Zig:22   | Noticed a royal mummy
239485 | Zig:22   | Noticed a royal mummy
239485 | Zig:22   | Killed a royal mummy
239485 | Zig:22   | Killed a royal mummy
239485 | Zig:22   | Noticed a royal mummy
239485 | Zig:22   | Noticed a royal mummy
239486 | Zig:22   | Noticed a royal mummy
239486 | Zig:22   | Noticed a royal mummy
239486 | Zig:22   | Noticed a royal mummy
239486 | Zig:22   | Noticed a royal mummy
239488 | Zig:22   | Killed a royal mummy
239488 | Zig:22   | Killed a royal mummy
239488 | Zig:22   | Killed a royal mummy
239488 | Zig:22   | Killed a royal mummy
239488 | Zig:22   | Killed a royal mummy
239488 | Zig:22   | Killed a royal mummy
239488 | Zig:22   | Killed a royal mummy
239488 | Zig:22   | Killed a royal mummy
239488 | Zig:22   | Killed a royal mummy
239488 | Zig:22   | Killed a royal mummy
239488 | Zig:22   | Killed a royal mummy
239488 | Zig:22   | Killed a royal mummy
239488 | Zig:22   | Noticed a royal mummy
239488 | Zig:22   | Noticed a royal mummy
239488 | Zig:22   | Noticed a royal mummy
239489 | Zig:22   | Noticed a royal mummy
239490 | Zig:22   | Noticed a royal mummy
239490 | Zig:22   | Noticed a royal mummy
239490 | Zig:22   | Noticed a royal mummy
239491 | Zig:22   | Killed a royal mummy
239491 | Zig:22   | Killed a royal mummy
239491 | Zig:22   | Killed a royal mummy
239491 | Zig:22   | Killed a royal mummy
239491 | Zig:22   | Noticed a royal mummy
239491 | Zig:22   | Noticed a royal mummy
239491 | Zig:22   | Noticed a royal mummy
239492 | Zig:22   | Killed a royal mummy
239492 | Zig:22   | Killed a royal mummy
239492 | Zig:22   | Killed a royal mummy
239492 | Zig:22   | Killed a royal mummy
239492 | Zig:22   | Killed a royal mummy
239492 | Zig:22   | Killed a royal mummy
239492 | Zig:22   | Killed a royal mummy
239492 | Zig:22   | Killed a royal mummy
239492 | Zig:22   | Killed a royal mummy
239492 | Zig:22   | Killed a royal mummy
239492 | Zig:22   | Noticed a royal mummy
239493 | Zig:22   | Killed a royal mummy
239493 | Zig:22   | Killed a royal mummy
239493 | Zig:22   | Noticed a royal mummy
239493 | Zig:22   | Noticed a royal mummy
239493 | Zig:22   | Noticed a royal mummy
239494 | Zig:22   | Noticed a royal mummy
239494 | Zig:22   | Noticed a royal mummy
239494 | Zig:22   | Noticed a royal mummy
239494 | Zig:22   | Noticed a royal mummy
239495 | Zig:22   | Killed a royal mummy
239495 | Zig:22   | Killed a royal mummy
239495 | Zig:22   | Noticed a royal mummy
239495 | Zig:22   | Noticed a royal mummy
239495 | Zig:22   | Noticed a royal mummy
239495 | Zig:22   | Noticed a royal mummy
239495 | Zig:22   | Noticed a royal mummy
239496 | Zig:22   | Noticed a royal mummy
239496 | Zig:22   | Noticed a royal mummy
239496 | Zig:22   | Noticed a royal mummy
239496 | Zig:22   | Noticed a royal mummy
239498 | Zig:22   | Noticed a royal mummy
239498 | Zig:22   | Noticed a royal mummy
239498 | Zig:22   | Noticed a royal mummy
239498 | Zig:22   | Noticed a royal mummy
239498 | Zig:22   | Killed a royal mummy
239498 | Zig:22   | Killed a royal mummy
239499 | Zig:22   | Killed a royal mummy
239499 | Zig:22   | Killed a royal mummy
239500 | Zig:22   | Killed a royal mummy
239500 | Zig:22   | Killed a royal mummy
239500 | Zig:22   | Killed a royal mummy
239500 | Zig:22   | Killed a royal mummy
239500 | Zig:22   | Killed a royal mummy
239500 | Zig:22   | Killed a royal mummy
239500 | Zig:22   | Noticed a royal mummy
239500 | Zig:22   | Noticed a royal mummy
239500 | Zig:22   | Noticed a royal mummy
239501 | Zig:22   | Noticed a royal mummy
239501 | Zig:22   | Noticed a royal mummy
239502 | Zig:22   | Noticed a royal mummy
239502 | Zig:22   | Noticed a royal mummy
239503 | Zig:22   | Killed a royal mummy
239503 | Zig:22   | Killed a royal mummy
239503 | Zig:22   | Killed a royal mummy
239503 | Zig:22   | Killed a royal mummy
239503 | Zig:22   | Killed a royal mummy
239503 | Zig:22   | Killed a royal mummy
239503 | Zig:22   | Killed a royal mummy
239503 | Zig:22   | Killed a royal mummy
239503 | Zig:22   | Killed a royal mummy
239503 | Zig:22   | Killed a royal mummy
239503 | Zig:22   | Noticed a royal mummy
239503 | Zig:22   | Noticed a royal mummy
239503 | Zig:22   | Noticed a royal mummy
239504 | Zig:22   | Noticed a royal mummy
239504 | Zig:22   | Noticed a royal mummy
239505 | Zig:22   | Killed a royal mummy
239505 | Zig:22   | Noticed a royal mummy
239505 | Zig:22   | Noticed a royal mummy
239505 | Zig:22   | Noticed a royal mummy
239506 | Zig:22   | Noticed a royal mummy
239507 | Zig:22   | Noticed a royal mummy
239508 | Zig:22   | Killed a royal mummy
239508 | Zig:22   | Killed a royal mummy
239508 | Zig:22   | Killed a royal mummy
239508 | Zig:22   | Killed a royal mummy
239508 | Zig:22   | Killed a royal mummy
239508 | Zig:22   | Killed a royal mummy
239508 | Zig:22   | Noticed a royal mummy
239509 | Zig:22   | Killed a royal mummy
239509 | Zig:22   | Killed a royal mummy
239509 | Zig:22   | Noticed a royal mummy
239510 | Zig:22   | Noticed a royal mummy
239510 | Zig:22   | Noticed a royal mummy
239510 | Zig:22   | Noticed a royal mummy
239511 | Zig:22   | Noticed a royal mummy
239511 | Zig:22   | Noticed a royal mummy
239511 | Zig:22   | Killed a royal mummy
239511 | Zig:22   | Killed a royal mummy
239511 | Zig:22   | Killed a royal mummy
239511 | Zig:22   | Killed a royal mummy
239511 | Zig:22   | Killed a royal mummy
239511 | Zig:22   | Noticed a royal mummy
239512 | Zig:22   | Killed a royal mummy
239512 | Zig:22   | Noticed a royal mummy
239513 | Zig:22   | Noticed a royal mummy
239514 | Zig:22   | Noticed a royal mummy
239514 | Zig:22   | Killed a royal mummy
239514 | Zig:22   | Killed a royal mummy
239514 | Zig:22   | Killed a royal mummy
239514 | Zig:22   | Killed a royal mummy
239514 | Zig:22   | Killed a royal mummy
239514 | Zig:22   | Noticed a royal mummy
239514 | Zig:22   | Noticed a royal mummy
239515 | Zig:22   | Noticed a royal mummy
239517 | Zig:22   | Killed a royal mummy
239517 | Zig:22   | Killed a royal mummy
239517 | Zig:22   | Killed a royal mummy
239517 | Zig:22   | Killed a royal mummy
239517 | Zig:22   | Killed a royal mummy
239517 | Zig:22   | Killed a royal mummy
239520 | Zig:22   | Killed a royal mummy
239520 | Zig:22   | Killed a royal mummy
239523 | Zig:22   | Killed a royal mummy
239523 | Zig:22   | Killed a royal mummy
240105 | Zig:22   | Identified the +2 arbalest of Viuz Keonk {penet, *Corrode
                  | rElec Dex+5 SInv}
240121 | Zig:22   | Identified the +1 great mace of Causality {speed, Fly rPois
                  | Dex+3 Stlth+}
240182 | Zig:22   | Identified the +4 sling of Enuusuh {speed, rElec rPois rC-
                  | Int+4}
240187 | Zig:22   | Identified the ring "Unimm" {+Blink Str+6 Int+5}
240190 | Zig:22   | Identified the +6 quarterstaff "Orea" {spect, rF+++ Will-
                  | MP+9 Stlth+}
240193 | Zig:22   | Identified the +2 battleaxe of Miro Veuh {venom, rElec rF+
                  | rCorr Dex-4}
240203 | Zig:22   | Identified the +9 battleaxe of Evisceration {freeze, rCorr
                  | Str+5 Dex+2}
240314 | Zig:23   | Entered Level 23 of a ziggurat
240322 | Zig:23   | Noticed a curse toe
240324 | Zig:23   | Noticed an ancient lich
240326 | Zig:23   | Noticed a dread lich
240328 | Zig:23   | Noticed a dread lich
240333 | Zig:23   | Noticed a curse toe
240334 | Zig:23   | Killed a curse toe
240337 | Zig:23   | Killed a curse toe
240347 | Zig:23   | Killed a dread lich
240355 | Zig:23   | Noticed an ancient lich
240358 | Zig:23   | Killed a dread lich
240367 | Zig:23   | HP: 8/273 [???[a shadow demon] (6)]
240371 | Zig:23   | Paralysed by a floating eye for 2 turns
240371 | Zig:23   | Slain by a tainted leviathan

Illustrated notes

Levels and vault maps discovered:
D:1:      eino_arrival_tree_alley, layout_basic, hangedman_decor_points,
          minmay_tromino_mix6
D:2:      layout_loops_corners, serial_shops, nicolae_shop_rolling_square
D:3:      layout_rooms, nicolae_overflow_ecumenical_swirl,
          gammafunk_ghost_cemetery, uniq_crazy_yiuf_cottage
D:4:      layout_basic, minmay_starry_boxes
D:5:      layout_layer_cave, nicolae_qazlal_beasts_of_the_sky, nrook_campfire,
          uniq_blork_the_orc
D:6:      layout_basic, old_standard_altar, sigmund_army, uniq_sigmund
D:7:      layout_gridville, minmay_temple_entry_waves, serial_shops,
          nicolae_shop_rolled_up, guppyfry_shop_venom
D:8:      layout_cave_pods, lair_entry_dummy, uniq_grum, uniq_psyche
D:9:      layout_irregular_city, uniq_gastronok
D:10:     layout_loops_corners, mainiacjoe_overflow_boulevard,
          mainiacjoe_overflow_divided_tiny, special_room [special_room_orc]
D:11:     layout_irregular_city, gauntlet_entry_generic,
          nicolae_figureground_sparkle
D:12:     layout_cave_pods, orc_0_dummy, muffindrake_ghost_dual_entry,
          minivault_25, chequers_garden
D:13:     minmay_curly_fans, layout_rooms, serial_shops, shop_statue
D:14:     nzn_motion_control, layout_basic, lightli_vaults_fourway_checkpoint
D:15:     gammafunk_depths_entry_grave, layout_long_grid, serial_bayou_shore_a
Temple:   lightli_temple_of_artemis
Lair:1:   layout_small_grid
Lair:2:   minmay_lair_oklob_chamber, layout_gridlike, basic_altar,
          serial_forest, infiniplex_forest_clump_double,
          infiniplex_forest_3_way, infiniplex_forest_end_1,
          infiniplex_forest_split, infiniplex_forest_corner_1,
          infiniplex_forest_straight_2, infiniplex_forest_lined_2,
          infiniplex_forest_straight_3, uniq_fannar
Lair:3:   layout_loops_ring, shoals_dummy_entry, guppyfry_snake_entry_garden,
          grunt_megastairs_5, uniq_josephine
Lair:4:   layout_roguey, nicolae_slime_entry_field_trip, st_stairs_7
Lair:5:   hangedman_lair_caniforms_friends, layout_regular_city,
          hangedman_lair_in_review, lemuel_fruit_tree, uniq_sonja, uniq_rupert
Shoals:1: layout_shoals, serial_shops, shop, nicolae_shop_tiny_statue_garden,
          nicolae_shop_tiny_real_fake_doors, nicolae_shop_tiny_waterfront,
          nicolae_shoals_beach_cooler
Shoals:2: layout_shoals, serial_shops, shop
Shoals:3: argonaut_golden_fleece, layout_shoals
Shoals:4: shoals_end_hellmonk_storm_palace [storm_palace_center_square,
          storm_palace_corner_reverse_hut, storm_palace_corner_reverse_hut,
          storm_palace_corner_altar, storm_palace_corner_reverse_hut],
          serial_shops, uniq_polyphemus
Snake:1:  layout_misc_corridors
Snake:2:  layout_honeycomb, uniq_aizul
Snake:3:  layout_onion, serial_shops, shop_fountains, guppyfry_snake_island,
          minmay_shop_grove
Snake:4:  johnstein_snake_rune_scales, layout_rooms,
          portal_ice_cave_entry_horrid_things, uniq_agnes, uniq_vashnia
Slime:1:  layout_caves
Slime:2:  nicolae_slime_jelly_donut, layout_caves
Slime:3:  layout_caves
Slime:4:  layout_caves, basic_altar
Slime:5
Orc:1:    layout_caves, mines1_david
Orc:2:    st_orc_mages, layout_caves, gammafunk_ghost_split, uniq_donald,
          uniq_urug
Elf:1:    minmay_elf_arrival_circle, layout_gridlike, minmay_elf_demonology,
          minmay_misc_feat_pillars
Elf:2:    elven_hall_of_blades_hangedman_alternative
          [nicolae_blade_entry_antechamber], layout_geoelf_grid,
          gammafunk_ghost_abyssal_escape
Elf:3:    elf_hall, layout_geoelf_grid, nicolae_elf_archery_training
Vaults:1: nicolae_vaults_two_Ls, nicolae_vaults_two_Ls,
          nicolae_vaults_yaktaur_gun_rack, ontoclasm_vaults_spin,
          nicolae_vaults_surprise_closet, dpeg_vaults_monster_box,
          hangedman_vaults_slice, v_misc_5, nicolae_vaults_storage_room_water,
          layout_vaults_omnigrid
Vaults:2: dpeg_vaults_pockets_of_resistance, nicolae_vaults_tetromino_Z_2,
          nicolae_vaults_double_plus_1, grunt_vaults_twisty,
          vaults_dpeg_encased_lava, hangedman_vaults_slither,
          nicolae_vaults_more_shelving_2, nicolae_vaults_tetromino_Z_2,
          v_alt_pattern_5, nicolae_vaults_shelves_hall, v_rooms_4,
          nicolae_vaults_storage_closets_2, vaults_dpeg_hooks,
          layout_vaults_omnicross
Vaults:3: infiniplex_enter_wizlab_water, nicolae_vaults_double_plus_3,
          nicolae_vaults_asterisk, nicolae_vaults_offset_grid_hallway_4,
          nicolae_vaults_tetromino_Z_2, nicolae_vaults_shipping_containers_1,
          minmay_crypt_entry_simple_round, nicolae_vaults_network_s,
          nicolae_vaults_trapezoid_layered, nicolae_vaults_surprise_closet,
          ontoclasm_vaults_pinch, v_pattern_1, nicolae_vaults_sesquioval_fish,
          nicolae_vaults_house_1, layout_vaults_chaotic_city, serial_shops,
          nicolae_shop_dealshenge, uniq_nikola
Vaults:4: nicolae_vaults_mitosis, v_misc_17, ontoclasm_vaults_ring_large,
          hangedman_vaults_nails, nicolae_vaults_little_ls,
          hangedman_vaults_slice, nicolae_vaults_tetromino_Z_2,
          nicolae_vaults_meiosis, vaults_room_semicircle,
          nicolae_vaults_specimen_jars, nicolae_vaults_tangram_2,
          layout_vaults_ring, uniq_margery, uniq_mennas
Vaults:5: serial_shops
Crypt:1:  layout_chaotic_city, grunt_crypt_arrival_guarded_gate
Crypt:2:  grunt_deathspiral_small, layout_chaotic_city,
          ebering_ghost_disaster_area, st_stairs_3, hangedman_summoners_spam,
          uniq_khufu
Crypt:3:  due_elkab, layout_chaotic_city, uniq_jory, uniq_grunn
Tomb:1
Tomb:2
Tomb:3
Depths:1: layout_roguey, hell_entry, serial_shops, shop, shop,
          kennysheep_little_box, shop, nicolae_shop_stone,
          ebering_ghost_inner_flame, kennysheep_dice, kennysheep_random_hallway
Depths:2: four-leaf_vault, layout_cave_shapes, lightli_too_deep,
          grunt_pan_entry_spiral, nrook_pool_corridor, minmay_shop_star
Depths:3: grunt_twist_and_shout, layout_honeycomb, enter_ziggurat_d,
          hangedman_abyss_entry_splay, cheibrodos_ashenzari_chains, hell_entry,
          skrybe_limestone_x, minmay_misc_feat_roman,
          minmay_misc_feat_secret_circle, minmay_misc_feat_x,
          minmay_misc_feat_doors, nicolae_ru_the_path_less_chosen, uniq_xtahua,
          uniq_parghit
Depths:4: evilmike_zot_entry_diamond, layout_cave_shapes,
          rand_demon_pan_entry_4, grunt_hell_entry_dis_mu, grunt_megastairs_2,
          serial_bayou_shore_b
Zot:1:    evilmike_crystal_ball_defense, layout_misc_corridors
Zot:2:    layout_cathedral_of_symmetry, uniq_josephina
Zot:3:    layout_misc_corridors, skrybe_zot_glass_3
Zot:4:    dreamdust_zin_vs_xom, layout_cathedral_of_symmetry, hangedman_zot_gyre
Zot:5:    layout_gridlike, gammafunk_ghost_mausoleum
Zig:23:   ziggurat_pillar_abc, ziggurat_pillar_abc, ziggurat_pillar_abc,
          ziggurat_pillar_abc, ziggurat_pillar_abc, ziggurat_pillar_abc,
          ziggurat_pillar_abc, ziggurat_pillar_abc, ziggurat_pillar_centre_c,
          ziggurat_pillar_centre_c, ziggurat_pillar_centre_c,
          ziggurat_pillar_centre_c, ziggurat_pillar_d, ziggurat_pillar_d,
          ziggurat_pillar_d, ziggurat_pillar_d, ziggurat_pillar_centre_c,
          ziggurat_pillar_centre_c, ziggurat_pillar_centre_c,
          ziggurat_pillar_centre_c

Skill      XL: |  1  2  3  4  5  6  7  8  9 10 11 12 13 14 15 16 17 18 19 20 21 22 23 24 25 26 27 |
---------------+----------------------------------------------------------------------------------+-----
Spellcasting   | 3 4 5 6 8 10 12 13 16 18 19 20 21 22 23 27 | 27.0
Conjurations   | 5 6 7 9 11 13 14 16 17 18 19 20 21 22 23 27 | 27.0
Hexes          | 1 2 3 27 | 27.0
Fighting       | 1 5 8 10 12 27 | 27.0
Translocations | 1 2 27 | 27.0
Dodging        | 3 5 8 10 11 27 | 27.0
Fire Magic     | 1 6 9 11 13 14 15 16 18 19 22 23 27 | 27.0
Earth Magic    | 1 5 9 27 | 27.0
Armour         | 2 4 6 27 | 27.0
Staves         | 4 8 10 12 27 | 27.0
Air Magic      | 11 16 19 23 27 | 27.0
Shields        | 7 27 | 27.0
Necromancy     | 27 | 27.0
Transmutations | 27 | 27.0
Long Blades    | 27 | 27.0
Evocations     | 27 | 27.0
Throwing       | 27 | 27.0
Ice Magic      | 27 | 27.0
Stealth        | 27 | 27.0
Axes           | 27 | 27.0
Ranged Weapons | 27 | 27.0
Summonings     | 27 | 27.0
Poison Magic   | 27 | 27.0
Short Blades   | 27 | 27.0
Maces & Flails | 27 | 27.0
Polearms       | 27 | 27.0
Unarmed Combat | 27 | 27.0
Invocations    | 27 | 27.0

Action                     |  1- 3 |  4- 6 |  7- 9 | 10-12 | 13-15 | 16-18 | 19-21 | 22-24 | 25-27 || total
---------------------------+-------+-------+-------+-------+-------+-------+-------+-------+-------++-------
  Melee: Unarmed           |       |     1 |     2 |       |       |       |       |       |    13 ||    16
         Dagger            |       |       |     1 |       |       |       |       |       |       ||     1
         Short sword       |       |       |     1 |     1 |       |       |       |       |       ||     2
         Lajatang          |       |       |       |    15 |    19 |       |       |       |       ||    34
         Staff             |       |       |       |       |       |    13 |     3 |     4 |   135 ||   155
         Bo                |       |       |       |       |       |       |       |       |   104 ||   104
         Broad axe         |       |       |       |       |       |       |       |       |    69 ||    69
         Double sword      |       |       |       |       |       |       |       |       |     3 ||     3
  Throw: Dart              |       |       |       |     1 |     3 |       |       |       |       ||     4
         Javelin           |       |       |       |       |       |       |       |       |    75 ||    75
   Cast: Magic Dart        |    26 |       |     5 |     2 |       |       |       |       |       ||    33
         Searing Ray       |     4 |    12 |    40 |    37 |     3 |       |       |       |       ||    96
         Fulminant Prism   |       |       |    12 |    76 |    44 |       |       |       |       ||   132
         Iskenderun's Myst |       |       |     4 |    43 |   151 |    34 |    44 |    28 |    22 ||   326
         Scorch            |       |       |       |     1 |       |       |       |       |       ||     1
         Sticky Flame      |       |       |       |     1 |       |     1 |       |     3 |       ||     5
         Iron Shot         |       |       |       |       |    50 |    28 |    37 |    26 |   177 ||   318
         Fireball          |       |       |       |       |    13 |   155 |   139 |    36 |    26 ||   369
         Starburst         |       |       |       |       |    12 |    15 |    24 |       |       ||    51
         Freezing Cloud    |       |       |       |       |       |     6 |       |       |       ||     6
         Ignition          |       |       |       |       |       |       |    22 |    13 |  1369 ||  1404
         Fire Storm        |       |       |       |       |       |       |    69 |   143 |   563 ||   775
         Chain Lightning   |       |       |       |       |       |       |       |    10 |  2500 ||  2510
         Shatter           |       |       |       |       |       |       |       |       |  3494 ||  3494
         Necromutation     |       |       |       |       |       |       |       |       |   607 ||   607
         Polar Vortex      |       |       |       |       |       |       |       |       |   401 ||   401
         Sublimation of Bl |       |       |       |       |       |       |       |       |   131 ||   131
         Statue Form       |       |       |       |       |       |       |       |       |     1 ||     1
         Wereblood         |       |       |       |       |       |       |       |       |     1 ||     1
 Invoke: Potion Petition   |       |       |       |       |       |       |       |       |   896 ||   896
         Call Merchant     |       |       |       |       |       |       |       |       |     2 ||     2
Ability: End Transformatio |       |       |       |       |       |       |       |       |    55 ||    55
         Evoke Blink       |       |       |       |       |       |       |       |       |     6 ||     6
  Evoke: Figurine of a zig |       |       |       |       |       |       |       |       |    19 ||    19
         Lightning rod     |       |       |       |       |       |       |       |       |     7 ||     7
         Condenser vane    |       |       |       |       |       |       |       |       |     6 ||     6
         Wand              |       |       |       |       |       |       |       |       |     2 ||     2
         Phial of floods   |       |       |       |       |       |       |       |       |     1 ||     1
    Use: Scroll            |       |     4 |     7 |    12 |     7 |     4 |       |     2 |   209 ||   245
         Potion            |       |       |     1 |     1 |       |     1 |       |     1 |   144 ||   148
   Stab: Distracted        |       |       |       |       |       |       |       |       |    16 ||    16
 Armour: Robe              |     7 |     2 |    16 |    28 |    18 |     7 |    42 |    28 |    49 ||   197
         Steam dragon scal |       |       |       |    12 |       |       |       |       |       ||    12
         Crystal plate arm |       |       |       |       |       |       |       |       |  1870 ||  1870
         Acid dragon scale |       |       |       |       |       |       |       |       |    73 ||    73
         Skin              |       |       |       |       |       |       |       |       |    22 ||    22
         Shadow dragon sca |       |       |       |       |       |       |       |       |    20 ||    20
  Dodge: Dodged            |     5 |    13 |    44 |    98 |    84 |    33 |    62 |    48 |  2234 ||  2621
  Block: Tower shield      |       |       |       |       |       |       |       |       |  2298 ||  2298
         Kite shield       |       |       |       |       |       |       |       |       |  1223 ||  1223
         Reflection        |       |       |       |       |       |       |       |       |    66 ||    66
         Buckler           |       |       |       |       |       |       |       |       |     1 ||     1
